 Dungeon Crawl Stone Soup version 0.29.0-4-gdea44cf6ec (webtiles) character file.

Game seed: 7519072116599028019

102 qw the Ruffian (level 4, 1/1 (44) HPs)
             Began as a Troll Cinder Acolyte on Aug 31, 2022.
             Was a High Priest of Ignis.
             Tarried too long and was consumed by Zot
             ... on level 3 of the Dungeon.
             The game lasted 00:53:20 (21013 turns).

qw the Ruffian (Troll Cinder Acolyte)              Turns: 21013, Time: 00:53:21

HP:   1/1 (44)      AC:  5    Str: 24    XL:     4   Next: 50%
MP:   4/4           EV: 24    Int: 10    God:    Ignis [*****.]
Gold: 157           SH:  0    Dex:  5    Spells: 5/5 levels left

rFire   + . .      SeeInvis .     - Unarmed
rCold   + . .      Faith    .   (no shield)
rNeg    . . .      Spirit   .   a - +0 robe
rPois   .          Reflect  .   (helmet restricted)
rElec   .          Harm     .   c - +0 cloak
rCorr   .          Rampage  .   (gloves unavailable)
Will    .....                   (boots unavailable)
Stlth   +.........              h - amulet of the acrobat
HPRegen 0.80/turn               j - ring of protection from cold
MPRegen 0.09/turn               (no ring)

@: acrobatic, extremely drained, bezotted and risking death
A: large, unfitting armour, claws 3, regeneration 1, shaggy fur 1, tough skin 1
a: Renounce Religion, Fiery Armour, Foxfire Swarm, Rising Flame


You were on level 3 of the Dungeon.
You worshipped Ignis.
Ignis was extremely pleased with you.
You visited 1 branch of the dungeon, and saw 3 of its levels.

You collected 157 gold pieces.


Innate Abilities, Weirdness & Mutations

You are too large for most types of armour.
You have claws for hands.
Your natural rate of healing is unusually fast.
You are covered in fur. (AC +1)
You have tough skin. (AC +1)


   Skills:
 - Level 2.4 Fighting
 + Level 5.3 Unarmed Combat
 - Level 1.0 Spellcasting
 - Level 2.1 Fire Magic


You had 5 spell levels left.
You didn't know any spells.
Your spell library contained the following spells:

 Spells                   Type           Power      Damage    Failure   Level
 Scorch                   Fire           8%         2d5       22%         2

Inventory:

Armour
 a - a +0 robe (worn)
 c - a +0 cloak (worn)
Jewellery
 h - an amulet of the acrobat (around neck)
 j - a ring of protection from cold (left claw)
Scrolls
 f - a scroll of enchant weapon
 g - a scroll of identify
Potions
 b - a potion of curing
 d - a potion of heal wounds
 k - a potion of cancellation {unknown}
 l - a potion of brilliance {unknown}
 m - a potion of haste {unknown}
 n - a potion of resistance {unknown}

Dungeon Overview and Level Annotations

Branches:
Dungeon (3/15) Zot: 0! You are so drained that the power of Zot will kill you!

Altars:


Message History

You see here a +0 dagger.
20976 ||| Stepping ~*~*~tactically~*~*~ (outnumbered).
You see here a +0 dagger.
20978 ||| Stepping ~*~*~tactically~*~*~ (outnumbered).
You see here a +0 dagger.
20980 ||| Stepping ~*~*~tactically~*~*~ (outnumbered).
You see here a +0 dagger.
20982 ||| Stepping ~*~*~tactically~*~*~ (outnumbered).
You see here a +0 dagger.
20984 ||| Stepping ~*~*~tactically~*~*~ (outnumbered).
You see here a +0 dagger.
20986 ||| Stepping ~*~*~tactically~*~*~ (outnumbered).
You see here a +0 dagger.
20988 ||| Stepping ~*~*~tactically~*~*~ (outnumbered).
You see here a +0 dagger.
20990 ||| Stepping ~*~*~tactically~*~*~ (outnumbered).
You see here a +0 dagger.
20992 ||| Stepping ~*~*~tactically~*~*~ (outnumbered).
You see here a +0 dagger.
20994 ||| Stepping ~*~*~tactically~*~*~ (outnumbered).
You see here a +0 dagger.
20996 ||| Stepping ~*~*~tactically~*~*~ (outnumbered).
You see here a +0 dagger.
20998 ||| Stepping ~*~*~tactically~*~*~ (outnumbered).
You see here a +0 dagger.
21000 ||| Stepping ~*~*~tactically~*~*~ (outnumbered).
You see here a +0 dagger.
21002 ||| Stepping ~*~*~tactically~*~*~ (outnumbered).
You see here a +0 dagger.
21004 ||| Stepping ~*~*~tactically~*~*~ (outnumbered).
You see here a +0 dagger.
21006 ||| Stepping ~*~*~tactically~*~*~ (outnumbered).
You see here a +0 dagger.
21008 ||| Stepping ~*~*~tactically~*~*~ (outnumbered).
You see here a +0 dagger.
21010 ||| Stepping ~*~*~tactically~*~*~ (outnumbered).
You see here a +0 dagger.
21012 ||| Stepping ~*~*~tactically~*~*~ (outnumbered).
Zot unmakes you!
You die...

###### #....### #@.^#
#.....##)# #..... #.#
#..... #.## #.....
#..# #.....##..#
#~~.~~#...#
###########g~.~g###.#
..........# #.#


You could see 2 goblins.

Vanquished Creatures
  An orc wizard (D:3)
  An adder (D:2)
  A worm (D:2)
  4 orcs (D:3)
  6 ball pythons
  5 endoplasms
  5 giant cockroaches
  3 goblins
  10 hobgoblins
  4 kobolds
  2 quokkas (D:1)
  4 bats
  A frilled lizard (D:2)
  8 rats
55 creatures vanquished.

Vanquished Creatures (others)
  4 fungi (D:2)
  8 plants (D:2)
12 creatures vanquished.

Grand Total: 67 creatures vanquished

Notes
Turn   | Place    | Note
-------+----------+-------------------------------------------
     0 | D:1      | qw the Troll Cinder Acolyte began the quest for the Orb.
     0 | D:1      | Reached XP level 1. HP: 22/22 MP: 1/1
     0 | D:1      | 0 ||| qw: Version: 0.1-a-97-g2dd2ca4
     0 | D:1      | 0 ||| qw: Game counter: 4684
     0 | D:1      | 0 ||| qw: Always use a shield: true
     0 | D:1      | 0 ||| qw: God list: Okawaru
     0 | D:1      | 0 ||| qw: Allow faded altars: false
     0 | D:1      | 0 ||| qw: Do Orc after D:15 true
     0 | D:1      | 0 ||| qw: Do second Lair branch before Depths: true
     0 | D:1      | 0 ||| qw: Lair rune preference: random
     0 | D:1      | 0 ||| qw: Plans: Normal
     0 | D:1      | 0 ||| PLANNING D:1-11
   156 | D:1      | Reached XP level 2. HP: 29/29 MP: 2/2
   432 | D:1      | Reached skill level 4 in Unarmed Combat
   725 | D:1      | 725 ||| UPGRADING to amulet of the acrobat.
   730 | D:1      | 730 ||| UPGRADING to ring of protection from cold.
   731 | D:1      | 731 ||| READING scroll labelled NEOCEY UZ EDU.
   732 | D:1      | 732 ||| READING scroll labelled REVVUQUIPH.
   733 | D:1      | 733 ||| READING 2 scrolls labelled TEFUFI GISEY.
   734 | D:1      | 734 ||| READING 3 scrolls labelled TIPRIP QOPNEUSK.
   735 | D:1      | 735 ||| READING 2 scrolls labelled NIUSCH NIMYRCH.
   738 | D:1      | 738 ||| READING 2 scrolls of identify.
   738 | D:1      | 738 ||| IDENTIFYING sedimented emerald potion
   739 | D:1      | 739 ||| DROPPING potion of lignification.
   956 | D:2      | Reached XP level 3. HP: 35/36 MP: 3/3
  1052 | D:2      | 1052 ||| Stepping ~*~*~tactically~*~*~ (stealth).
  1226 | D:2      | Found a faded altar of an unknown god.
  1432 | D:2      | 1432 ||| UPGRADING to +0 cloak.
  1437 | D:2      | 1437 ||| READING scroll labelled PAJUKHLUG WAMICH.
  1438 | D:2      | 1438 ||| READING scroll labelled NOWNY HAUNK.
  1439 | D:2      | 1439 ||| READING scroll labelled JUESKY YPSIOLO.
  1457 | D:2      | 1457 ||| DRINKING 3 emerald potions.
  1458 | D:2      | 1458 ||| READING 2 scrolls of identify.
  1458 | D:2      | 1458 ||| IDENTIFYING silvery potion
  1459 | D:2      | 1459 ||| DROPPING 2 potions of magic.
  1538 | D:3      | 1538 ||| Stepping ~*~*~tactically~*~*~ (outnumbered).
  1544 | D:3      | Reached skill level 5 in Unarmed Combat
  1544 | D:3      | Reached XP level 4. HP: 44/44 MP: 4/4
  1824 | D:3      | 1824 ||| READING 3 scrolls of identify.
  1824 | D:3      | 1824 ||| IDENTIFYING bubbling green potion
  1825 | D:3      | 1825 ||| READING 2 scrolls of identify.
  1825 | D:3      | 1825 ||| IDENTIFYING grey potion
  1826 | D:3      | 1826 ||| DROPPING potion of invisibility.
  1827 | D:3      | 1827 ||| READING scroll of teleportation.
  1957 | D:3      | 1957 ||| Stepping ~*~*~tactically~*~*~ (outnumbered).
  1959 | D:3      | 1959 ||| Stepping ~*~*~tactically~*~*~ (outnumbered).
  1961 | D:3      | 1961 ||| Stepping ~*~*~tactically~*~*~ (outnumbered).
  1963 | D:3      | 1963 ||| Stepping ~*~*~tactically~*~*~ (outnumbered).
  1965 | D:3      | 1965 ||| Stepping ~*~*~tactically~*~*~ (outnumbered).
  1967 | D:3      | 1967 ||| Stepping ~*~*~tactically~*~*~ (outnumbered).
  1969 | D:3      | 1969 ||| Stepping ~*~*~tactically~*~*~ (outnumbered).
  1971 | D:3      | 1971 ||| Stepping ~*~*~tactically~*~*~ (outnumbered).
  1973 | D:3      | 1973 ||| Stepping ~*~*~tactically~*~*~ (outnumbered).
  1975 | D:3      | 1975 ||| Stepping ~*~*~tactically~*~*~ (outnumbered).
  1977 | D:3      | 1977 ||| Stepping ~*~*~tactically~*~*~ (outnumbered).
  1979 | D:3      | 1979 ||| Stepping ~*~*~tactically~*~*~ (outnumbered).
  1981 | D:3      | 1981 ||| Stepping ~*~*~tactically~*~*~ (outnumbered).
  1983 | D:3      | 1983 ||| Stepping ~*~*~tactically~*~*~ (outnumbered).
  1985 | D:3      | 1985 ||| Stepping ~*~*~tactically~*~*~ (outnumbered).
  1987 | D:3      | 1987 ||| Stepping ~*~*~tactically~*~*~ (outnumbered).
  1989 | D:3      | 1989 ||| Stepping ~*~*~tactically~*~*~ (outnumbered).
  1991 | D:3      | 1991 ||| Stepping ~*~*~tactically~*~*~ (outnumbered).
  1993 | D:3      | 1993 ||| Stepping ~*~*~tactically~*~*~ (outnumbered).
  1995 | D:3      | 1995 ||| Stepping ~*~*~tactically~*~*~ (outnumbered).
  1997 | D:3      | 1997 ||| Stepping ~*~*~tactically~*~*~ (outnumbered).
  1999 | D:3      | 1999 ||| Stepping ~*~*~tactically~*~*~ (outnumbered).
  2001 | D:3      | 2001 ||| Stepping ~*~*~tactically~*~*~ (outnumbered).
  2003 | D:3      | 2003 ||| Stepping ~*~*~tactically~*~*~ (outnumbered).
  2005 | D:3      | 2005 ||| Stepping ~*~*~tactically~*~*~ (outnumbered).
  2007 | D:3      | 2007 ||| Stepping ~*~*~tactically~*~*~ (outnumbered).
  2009 | D:3      | 2009 ||| Stepping ~*~*~tactically~*~*~ (outnumbered).
  2011 | D:3      | 2011 ||| Stepping ~*~*~tactically~*~*~ (outnumbered).
  2013 | D:3      | 2013 ||| Stepping ~*~*~tactically~*~*~ (outnumbered).
  2015 | D:3      | 2015 ||| Stepping ~*~*~tactically~*~*~ (outnumbered).
  2017 | D:3      | 2017 ||| Stepping ~*~*~tactically~*~*~ (outnumbered).
  2019 | D:3      | 2019 ||| Stepping ~*~*~tactically~*~*~ (outnumbered).
  2021 | D:3      | 2021 ||| Stepping ~*~*~tactically~*~*~ (outnumbered).
  2023 | D:3      | 2023 ||| Stepping ~*~*~tactically~*~*~ (outnumbered).
  2025 | D:3      | 2025 ||| Stepping ~*~*~tactically~*~*~ (outnumbered).
  2027 | D:3      | 2027 ||| Stepping ~*~*~tactically~*~*~ (outnumbered).
  2029 | D:3      | 2029 ||| Stepping ~*~*~tactically~*~*~ (outnumbered).
  2031 | D:3      | 2031 ||| Stepping ~*~*~tactically~*~*~ (outnumbered).
  2033 | D:3      | 2033 ||| Stepping ~*~*~tactically~*~*~ (outnumbered).
  2035 | D:3      | 2035 ||| Stepping ~*~*~tactically~*~*~ (outnumbered).
  2037 | D:3      | 2037 ||| Stepping ~*~*~tactically~*~*~ (outnumbered).
  2039 | D:3      | 2039 ||| Stepping ~*~*~tactically~*~*~ (outnumbered).
  2041 | D:3      | 2041 ||| Stepping ~*~*~tactically~*~*~ (outnumbered).
  2043 | D:3      | 2043 ||| Stepping ~*~*~tactically~*~*~ (outnumbered).
  2045 | D:3      | 2045 ||| Stepping ~*~*~tactically~*~*~ (outnumbered).
  2047 | D:3      | 2047 ||| Stepping ~*~*~tactically~*~*~ (outnumbered).
  2049 | D:3      | 2049 ||| Stepping ~*~*~tactically~*~*~ (outnumbered).
  2051 | D:3      | 2051 ||| Stepping ~*~*~tactically~*~*~ (outnumbered).
  2053 | D:3      | 2053 ||| Stepping ~*~*~tactically~*~*~ (outnumbered).
  2055 | D:3      | 2055 ||| Stepping ~*~*~tactically~*~*~ (outnumbered).
  2057 | D:3      | 2057 ||| Stepping ~*~*~tactically~*~*~ (outnumbered).
  2059 | D:3      | 2059 ||| Stepping ~*~*~tactically~*~*~ (outnumbered).
  2061 | D:3      | 2061 ||| Stepping ~*~*~tactically~*~*~ (outnumbered).
  2063 | D:3      | 2063 ||| Stepping ~*~*~tactically~*~*~ (outnumbered).
  2065 | D:3      | 2065 ||| Stepping ~*~*~tactically~*~*~ (outnumbered).
  2067 | D:3      | 2067 ||| Stepping ~*~*~tactically~*~*~ (outnumbered).
  2069 | D:3      | 2069 ||| Stepping ~*~*~tactically~*~*~ (outnumbered).
  2071 | D:3      | 2071 ||| Stepping ~*~*~tactically~*~*~ (outnumbered).
  2073 | D:3      | 2073 ||| Stepping ~*~*~tactically~*~*~ (outnumbered).
  2075 | D:3      | 2075 ||| Stepping ~*~*~tactically~*~*~ (outnumbered).
  2077 | D:3      | 2077 ||| Stepping ~*~*~tactically~*~*~ (outnumbered).
  2079 | D:3      | 2079 ||| Stepping ~*~*~tactically~*~*~ (outnumbered).
  2081 | D:3      | 2081 ||| Stepping ~*~*~tactically~*~*~ (outnumbered).
  2083 | D:3      | 2083 ||| Stepping ~*~*~tactically~*~*~ (outnumbered).
  2085 | D:3      | 2085 ||| Stepping ~*~*~tactically~*~*~ (outnumbered).
  2087 | D:3      | 2087 ||| Stepping ~*~*~tactically~*~*~ (outnumbered).
  2089 | D:3      | 2089 ||| Stepping ~*~*~tactically~*~*~ (outnumbered).
  2091 | D:3      | 2091 ||| Stepping ~*~*~tactically~*~*~ (outnumbered).
  2093 | D:3      | 2093 ||| Stepping ~*~*~tactically~*~*~ (outnumbered).
  2095 | D:3      | 2095 ||| Stepping ~*~*~tactically~*~*~ (outnumbered).
  2097 | D:3      | 2097 ||| Stepping ~*~*~tactically~*~*~ (outnumbered).
  2099 | D:3      | 2099 ||| Stepping ~*~*~tactically~*~*~ (outnumbered).
  2101 | D:3      | 2101 ||| Stepping ~*~*~tactically~*~*~ (outnumbered).
  2103 | D:3      | 2103 ||| Stepping ~*~*~tactically~*~*~ (outnumbered).
  2105 | D:3      | 2105 ||| Stepping ~*~*~tactically~*~*~ (outnumbered).
  2107 | D:3      | 2107 ||| Stepping ~*~*~tactically~*~*~ (outnumbered).
  2109 | D:3      | 2109 ||| Stepping ~*~*~tactically~*~*~ (outnumbered).
  2111 | D:3      | 2111 ||| Stepping ~*~*~tactically~*~*~ (outnumbered).
  2113 | D:3      | 2113 ||| Stepping ~*~*~tactically~*~*~ (outnumbered).
  2115 | D:3      | 2115 ||| Stepping ~*~*~tactically~*~*~ (outnumbered).
  2117 | D:3      | 2117 ||| Stepping ~*~*~tactically~*~*~ (outnumbered).
  2119 | D:3      | 2119 ||| Stepping ~*~*~tactically~*~*~ (outnumbered).
  2121 | D:3      | 2121 ||| Stepping ~*~*~tactically~*~*~ (outnumbered).
  2123 | D:3      | 2123 ||| Stepping ~*~*~tactically~*~*~ (outnumbered).
  2125 | D:3      | 2125 ||| Stepping ~*~*~tactically~*~*~ (outnumbered).
  2127 | D:3      | 2127 ||| Stepping ~*~*~tactically~*~*~ (outnumbered).
  2129 | D:3      | 2129 ||| Stepping ~*~*~tactically~*~*~ (outnumbered).
  2131 | D:3      | 2131 ||| Stepping ~*~*~tactically~*~*~ (outnumbered).
  2133 | D:3      | 2133 ||| Stepping ~*~*~tactically~*~*~ (outnumbered).
  2135 | D:3      | 2135 ||| Stepping ~*~*~tactically~*~*~ (outnumbered).
  2137 | D:3      | 2137 ||| Stepping ~*~*~tactically~*~*~ (outnumbered).
  2139 | D:3      | 2139 ||| Stepping ~*~*~tactically~*~*~ (outnumbered).
  2141 | D:3      | 2141 ||| Stepping ~*~*~tactically~*~*~ (outnumbered).
  2143 | D:3      | 2143 ||| Stepping ~*~*~tactically~*~*~ (outnumbered).
  2145 | D:3      | 2145 ||| Stepping ~*~*~tactically~*~*~ (outnumbered).
  2147 | D:3      | 2147 ||| Stepping ~*~*~tactically~*~*~ (outnumbered).
  2149 | D:3      | 2149 ||| Stepping ~*~*~tactically~*~*~ (outnumbered).
  2151 | D:3      | 2151 ||| Stepping ~*~*~tactically~*~*~ (outnumbered).
  2153 | D:3      | 2153 ||| Stepping ~*~*~tactically~*~*~ (outnumbered).
  2155 | D:3      | 2155 ||| Stepping ~*~*~tactically~*~*~ (outnumbered).
  2157 | D:3      | 2157 ||| Stepping ~*~*~tactically~*~*~ (outnumbered).
  2159 | D:3      | 2159 ||| Stepping ~*~*~tactically~*~*~ (outnumbered).
  2161 | D:3      | 2161 ||| Stepping ~*~*~tactically~*~*~ (outnumbered).
  2163 | D:3      | 2163 ||| Stepping ~*~*~tactically~*~*~ (outnumbered).
  2165 | D:3      | 2165 ||| Stepping ~*~*~tactically~*~*~ (outnumbered).
  2167 | D:3      | 2167 ||| Stepping ~*~*~tactically~*~*~ (outnumbered).
  2169 | D:3      | 2169 ||| Stepping ~*~*~tactically~*~*~ (outnumbered).
  2171 | D:3      | 2171 ||| Stepping ~*~*~tactically~*~*~ (outnumbered).
  2173 | D:3      | 2173 ||| Stepping ~*~*~tactically~*~*~ (outnumbered).
  2175 | D:3      | 2175 ||| Stepping ~*~*~tactically~*~*~ (outnumbered).
  2177 | D:3      | 2177 ||| Stepping ~*~*~tactically~*~*~ (outnumbered).
  2179 | D:3      | 2179 ||| Stepping ~*~*~tactically~*~*~ (outnumbered).
  2181 | D:3      | 2181 ||| Stepping ~*~*~tactically~*~*~ (outnumbered).
  2183 | D:3      | 2183 ||| Stepping ~*~*~tactically~*~*~ (outnumbered).
  2185 | D:3      | 2185 ||| Stepping ~*~*~tactically~*~*~ (outnumbered).
  2187 | D:3      | 2187 ||| Stepping ~*~*~tactically~*~*~ (outnumbered).
  2189 | D:3      | 2189 ||| Stepping ~*~*~tactically~*~*~ (outnumbered).
  2191 | D:3      | 2191 ||| Stepping ~*~*~tactically~*~*~ (outnumbered).
  2193 | D:3      | 2193 ||| Stepping ~*~*~tactically~*~*~ (outnumbered).
  2195 | D:3      | 2195 ||| Stepping ~*~*~tactically~*~*~ (outnumbered).
  2197 | D:3      | 2197 ||| Stepping ~*~*~tactically~*~*~ (outnumbered).
  2199 | D:3      | 2199 ||| Stepping ~*~*~tactically~*~*~ (outnumbered).
  2201 | D:3      | 2201 ||| Stepping ~*~*~tactically~*~*~ (outnumbered).
  2203 | D:3      | 2203 ||| Stepping ~*~*~tactically~*~*~ (outnumbered).
  2205 | D:3      | 2205 ||| Stepping ~*~*~tactically~*~*~ (outnumbered).
  2207 | D:3      | 2207 ||| Stepping ~*~*~tactically~*~*~ (outnumbered).
  2209 | D:3      | 2209 ||| Stepping ~*~*~tactically~*~*~ (outnumbered).
  2211 | D:3      | 2211 ||| Stepping ~*~*~tactically~*~*~ (outnumbered).
  2213 | D:3      | 2213 ||| Stepping ~*~*~tactically~*~*~ (outnumbered).
  2215 | D:3      | 2215 ||| Stepping ~*~*~tactically~*~*~ (outnumbered).
  2217 | D:3      | 2217 ||| Stepping ~*~*~tactically~*~*~ (outnumbered).
  2219 | D:3      | 2219 ||| Stepping ~*~*~tactically~*~*~ (outnumbered).
  2221 | D:3      | 2221 ||| Stepping ~*~*~tactically~*~*~ (outnumbered).
  2223 | D:3      | 2223 ||| Stepping ~*~*~tactically~*~*~ (outnumbered).
  2225 | D:3      | 2225 ||| Stepping ~*~*~tactically~*~*~ (outnumbered).
  2227 | D:3      | 2227 ||| Stepping ~*~*~tactically~*~*~ (outnumbered).
  2229 | D:3      | 2229 ||| Stepping ~*~*~tactically~*~*~ (outnumbered).
  2231 | D:3      | 2231 ||| Stepping ~*~*~tactically~*~*~ (outnumbered).
  2233 | D:3      | 2233 ||| Stepping ~*~*~tactically~*~*~ (outnumbered).
  2235 | D:3      | 2235 ||| Stepping ~*~*~tactically~*~*~ (outnumbered).
  2237 | D:3      | 2237 ||| Stepping ~*~*~tactically~*~*~ (outnumbered).
  2239 | D:3      | 2239 ||| Stepping ~*~*~tactically~*~*~ (outnumbered).
  2241 | D:3      | 2241 ||| Stepping ~*~*~tactically~*~*~ (outnumbered).
  2243 | D:3      | 2243 ||| Stepping ~*~*~tactically~*~*~ (outnumbered).
  2245 | D:3      | 2245 ||| Stepping ~*~*~tactically~*~*~ (outnumbered).
  2247 | D:3      | 2247 ||| Stepping ~*~*~tactically~*~*~ (outnumbered).
  2249 | D:3      | 2249 ||| Stepping ~*~*~tactically~*~*~ (outnumbered).
  2251 | D:3      | 2251 ||| Stepping ~*~*~tactically~*~*~ (outnumbered).
  2253 | D:3      | 2253 ||| Stepping ~*~*~tactically~*~*~ (outnumbered).
  2255 | D:3      | 2255 ||| Stepping ~*~*~tactically~*~*~ (outnumbered).
  2257 | D:3      | 2257 ||| Stepping ~*~*~tactically~*~*~ (outnumbered).
  2259 | D:3      | 2259 ||| Stepping ~*~*~tactically~*~*~ (outnumbered).
  2261 | D:3      | 2261 ||| Stepping ~*~*~tactically~*~*~ (outnumbered).
  2263 | D:3      | 2263 ||| Stepping ~*~*~tactically~*~*~ (outnumbered).
  2265 | D:3      | 2265 ||| Stepping ~*~*~tactically~*~*~ (outnumbered).
  2267 | D:3      | 2267 ||| Stepping ~*~*~tactically~*~*~ (outnumbered).
  2269 | D:3      | 2269 ||| Stepping ~*~*~tactically~*~*~ (outnumbered).
  2271 | D:3      | 2271 ||| Stepping ~*~*~tactically~*~*~ (outnumbered).
  2273 | D:3      | 2273 ||| Stepping ~*~*~tactically~*~*~ (outnumbered).
  2275 | D:3      | 2275 ||| Stepping ~*~*~tactically~*~*~ (outnumbered).
  2277 | D:3      | 2277 ||| Stepping ~*~*~tactically~*~*~ (outnumbered).
  2279 | D:3      | 2279 ||| Stepping ~*~*~tactically~*~*~ (outnumbered).
  2281 | D:3      | 2281 ||| Stepping ~*~*~tactically~*~*~ (outnumbered).
  2283 | D:3      | 2283 ||| Stepping ~*~*~tactically~*~*~ (outnumbered).
  2285 | D:3      | 2285 ||| Stepping ~*~*~tactically~*~*~ (outnumbered).
  2287 | D:3      | 2287 ||| Stepping ~*~*~tactically~*~*~ (outnumbered).
  2289 | D:3      | 2289 ||| Stepping ~*~*~tactically~*~*~ (outnumbered).
  2291 | D:3      | 2291 ||| Stepping ~*~*~tactically~*~*~ (outnumbered).
  2293 | D:3      | 2293 ||| Stepping ~*~*~tactically~*~*~ (outnumbered).
  2295 | D:3      | 2295 ||| Stepping ~*~*~tactically~*~*~ (outnumbered).
  2297 | D:3      | 2297 ||| Stepping ~*~*~tactically~*~*~ (outnumbered).
  2299 | D:3      | 2299 ||| Stepping ~*~*~tactically~*~*~ (outnumbered).
  2301 | D:3      | 2301 ||| Stepping ~*~*~tactically~*~*~ (outnumbered).
  2303 | D:3      | 2303 ||| Stepping ~*~*~tactically~*~*~ (outnumbered).
  2305 | D:3      | 2305 ||| Stepping ~*~*~tactically~*~*~ (outnumbered).
  2307 | D:3      | 2307 ||| Stepping ~*~*~tactically~*~*~ (outnumbered).
  2309 | D:3      | 2309 ||| Stepping ~*~*~tactically~*~*~ (outnumbered).
  2311 | D:3      | 2311 ||| Stepping ~*~*~tactically~*~*~ (outnumbered).
  2313 | D:3      | 2313 ||| Stepping ~*~*~tactically~*~*~ (outnumbered).
  2315 | D:3      | 2315 ||| Stepping ~*~*~tactically~*~*~ (outnumbered).
  2317 | D:3      | 2317 ||| Stepping ~*~*~tactically~*~*~ (outnumbered).
  2319 | D:3      | 2319 ||| Stepping ~*~*~tactically~*~*~ (outnumbered).
  2321 | D:3      | 2321 ||| Stepping ~*~*~tactically~*~*~ (outnumbered).
  2323 | D:3      | 2323 ||| Stepping ~*~*~tactically~*~*~ (outnumbered).
  2325 | D:3      | 2325 ||| Stepping ~*~*~tactically~*~*~ (outnumbered).
  2327 | D:3      | 2327 ||| Stepping ~*~*~tactically~*~*~ (outnumbered).
  2329 | D:3      | 2329 ||| Stepping ~*~*~tactically~*~*~ (outnumbered).
  2331 | D:3      | 2331 ||| Stepping ~*~*~tactically~*~*~ (outnumbered).
  2333 | D:3      | 2333 ||| Stepping ~*~*~tactically~*~*~ (outnumbered).
  2335 | D:3      | 2335 ||| Stepping ~*~*~tactically~*~*~ (outnumbered).
  2337 | D:3      | 2337 ||| Stepping ~*~*~tactically~*~*~ (outnumbered).
  2339 | D:3      | 2339 ||| Stepping ~*~*~tactically~*~*~ (outnumbered).
  2341 | D:3      | 2341 ||| Stepping ~*~*~tactically~*~*~ (outnumbered).
  2343 | D:3      | 2343 ||| Stepping ~*~*~tactically~*~*~ (outnumbered).
  2345 | D:3      | 2345 ||| Stepping ~*~*~tactically~*~*~ (outnumbered).
  2347 | D:3      | 2347 ||| Stepping ~*~*~tactically~*~*~ (outnumbered).
  2349 | D:3      | 2349 ||| Stepping ~*~*~tactically~*~*~ (outnumbered).
  2351 | D:3      | 2351 ||| Stepping ~*~*~tactically~*~*~ (outnumbered).
  2353 | D:3      | 2353 ||| Stepping ~*~*~tactically~*~*~ (outnumbered).
  2355 | D:3      | 2355 ||| Stepping ~*~*~tactically~*~*~ (outnumbered).
  2357 | D:3      | 2357 ||| Stepping ~*~*~tactically~*~*~ (outnumbered).
  2359 | D:3      | 2359 ||| Stepping ~*~*~tactically~*~*~ (outnumbered).
  2361 | D:3      | 2361 ||| Stepping ~*~*~tactically~*~*~ (outnumbered).
  2363 | D:3      | 2363 ||| Stepping ~*~*~tactically~*~*~ (outnumbered).
  2365 | D:3      | 2365 ||| Stepping ~*~*~tactically~*~*~ (outnumbered).
  2367 | D:3      | 2367 ||| Stepping ~*~*~tactically~*~*~ (outnumbered).
  2369 | D:3      | 2369 ||| Stepping ~*~*~tactically~*~*~ (outnumbered).
  2371 | D:3      | 2371 ||| Stepping ~*~*~tactically~*~*~ (outnumbered).
  2373 | D:3      | 2373 ||| Stepping ~*~*~tactically~*~*~ (outnumbered).
  2375 | D:3      | 2375 ||| Stepping ~*~*~tactically~*~*~ (outnumbered).
  2377 | D:3      | 2377 ||| Stepping ~*~*~tactically~*~*~ (outnumbered).
  2379 | D:3      | 2379 ||| Stepping ~*~*~tactically~*~*~ (outnumbered).
  2381 | D:3      | 2381 ||| Stepping ~*~*~tactically~*~*~ (outnumbered).
  2383 | D:3      | 2383 ||| Stepping ~*~*~tactically~*~*~ (outnumbered).
  2385 | D:3      | 2385 ||| Stepping ~*~*~tactically~*~*~ (outnumbered).
  2387 | D:3      | 2387 ||| Stepping ~*~*~tactically~*~*~ (outnumbered).
  2389 | D:3      | 2389 ||| Stepping ~*~*~tactically~*~*~ (outnumbered).
  2391 | D:3      | 2391 ||| Stepping ~*~*~tactically~*~*~ (outnumbered).
  2393 | D:3      | 2393 ||| Stepping ~*~*~tactically~*~*~ (outnumbered).
  2395 | D:3      | 2395 ||| Stepping ~*~*~tactically~*~*~ (outnumbered).
  2397 | D:3      | 2397 ||| Stepping ~*~*~tactically~*~*~ (outnumbered).
  2399 | D:3      | 2399 ||| Stepping ~*~*~tactically~*~*~ (outnumbered).
  2401 | D:3      | 2401 ||| Stepping ~*~*~tactically~*~*~ (outnumbered).
  2403 | D:3      | 2403 ||| Stepping ~*~*~tactically~*~*~ (outnumbered).
  2405 | D:3      | 2405 ||| Stepping ~*~*~tactically~*~*~ (outnumbered).
  2407 | D:3      | 2407 ||| Stepping ~*~*~tactically~*~*~ (outnumbered).
  2409 | D:3      | 2409 ||| Stepping ~*~*~tactically~*~*~ (outnumbered).
  2411 | D:3      | 2411 ||| Stepping ~*~*~tactically~*~*~ (outnumbered).
  2413 | D:3      | 2413 ||| Stepping ~*~*~tactically~*~*~ (outnumbered).
  2415 | D:3      | 2415 ||| Stepping ~*~*~tactically~*~*~ (outnumbered).
  2417 | D:3      | 2417 ||| Stepping ~*~*~tactically~*~*~ (outnumbered).
  2419 | D:3      | 2419 ||| Stepping ~*~*~tactically~*~*~ (outnumbered).
  2421 | D:3      | 2421 ||| Stepping ~*~*~tactically~*~*~ (outnumbered).
  2423 | D:3      | 2423 ||| Stepping ~*~*~tactically~*~*~ (outnumbered).
  2425 | D:3      | 2425 ||| Stepping ~*~*~tactically~*~*~ (outnumbered).
  2427 | D:3      | 2427 ||| Stepping ~*~*~tactically~*~*~ (outnumbered).
  2429 | D:3      | 2429 ||| Stepping ~*~*~tactically~*~*~ (outnumbered).
  2431 | D:3      | 2431 ||| Stepping ~*~*~tactically~*~*~ (outnumbered).
  2433 | D:3      | 2433 ||| Stepping ~*~*~tactically~*~*~ (outnumbered).
  2435 | D:3      | 2435 ||| Stepping ~*~*~tactically~*~*~ (outnumbered).
  2437 | D:3      | 2437 ||| Stepping ~*~*~tactically~*~*~ (outnumbered).
  2439 | D:3      | 2439 ||| Stepping ~*~*~tactically~*~*~ (outnumbered).
  2441 | D:3      | 2441 ||| Stepping ~*~*~tactically~*~*~ (outnumbered).
  2443 | D:3      | 2443 ||| Stepping ~*~*~tactically~*~*~ (outnumbered).
  2445 | D:3      | 2445 ||| Stepping ~*~*~tactically~*~*~ (outnumbered).
  2447 | D:3      | 2447 ||| Stepping ~*~*~tactically~*~*~ (outnumbered).
  2449 | D:3      | 2449 ||| Stepping ~*~*~tactically~*~*~ (outnumbered).
  2451 | D:3      | 2451 ||| Stepping ~*~*~tactically~*~*~ (outnumbered).
  2453 | D:3      | 2453 ||| Stepping ~*~*~tactically~*~*~ (outnumbered).
  2455 | D:3      | 2455 ||| Stepping ~*~*~tactically~*~*~ (outnumbered).
  2457 | D:3      | 2457 ||| Stepping ~*~*~tactically~*~*~ (outnumbered).
  2459 | D:3      | 2459 ||| Stepping ~*~*~tactically~*~*~ (outnumbered).
  2461 | D:3      | 2461 ||| Stepping ~*~*~tactically~*~*~ (outnumbered).
  2463 | D:3      | 2463 ||| Stepping ~*~*~tactically~*~*~ (outnumbered).
  2465 | D:3      | 2465 ||| Stepping ~*~*~tactically~*~*~ (outnumbered).
  2467 | D:3      | 2467 ||| Stepping ~*~*~tactically~*~*~ (outnumbered).
  2469 | D:3      | 2469 ||| Stepping ~*~*~tactically~*~*~ (outnumbered).
  2471 | D:3      | 2471 ||| Stepping ~*~*~tactically~*~*~ (outnumbered).
  2473 | D:3      | 2473 ||| Stepping ~*~*~tactically~*~*~ (outnumbered).
  2475 | D:3      | 2475 ||| Stepping ~*~*~tactically~*~*~ (outnumbered).
  2477 | D:3      | 2477 ||| Stepping ~*~*~tactically~*~*~ (outnumbered).
  2479 | D:3      | 2479 ||| Stepping ~*~*~tactically~*~*~ (outnumbered).
  2481 | D:3      | 2481 ||| Stepping ~*~*~tactically~*~*~ (outnumbered).
  2483 | D:3      | 2483 ||| Stepping ~*~*~tactically~*~*~ (outnumbered).
  2485 | D:3      | 2485 ||| Stepping ~*~*~tactically~*~*~ (outnumbered).
  2487 | D:3      | 2487 ||| Stepping ~*~*~tactically~*~*~ (outnumbered).
  2489 | D:3      | 2489 ||| Stepping ~*~*~tactically~*~*~ (outnumbered).
  2491 | D:3      | 2491 ||| Stepping ~*~*~tactically~*~*~ (outnumbered).
  2493 | D:3      | 2493 ||| Stepping ~*~*~tactically~*~*~ (outnumbered).
  2495 | D:3      | 2495 ||| Stepping ~*~*~tactically~*~*~ (outnumbered).
  2497 | D:3      | 2497 ||| Stepping ~*~*~tactically~*~*~ (outnumbered).
  2499 | D:3      | 2499 ||| Stepping ~*~*~tactically~*~*~ (outnumbered).
  2501 | D:3      | 2501 ||| Stepping ~*~*~tactically~*~*~ (outnumbered).
  2503 | D:3      | 2503 ||| Stepping ~*~*~tactically~*~*~ (outnumbered).
  2505 | D:3      | 2505 ||| Stepping ~*~*~tactically~*~*~ (outnumbered).
  2507 | D:3      | 2507 ||| Stepping ~*~*~tactically~*~*~ (outnumbered).
  2509 | D:3      | 2509 ||| Stepping ~*~*~tactically~*~*~ (outnumbered).
  2511 | D:3      | 2511 ||| Stepping ~*~*~tactically~*~*~ (outnumbered).
  2513 | D:3      | 2513 ||| Stepping ~*~*~tactically~*~*~ (outnumbered).
  2515 | D:3      | 2515 ||| Stepping ~*~*~tactically~*~*~ (outnumbered).
  2517 | D:3      | 2517 ||| Stepping ~*~*~tactically~*~*~ (outnumbered).
  2519 | D:3      | 2519 ||| Stepping ~*~*~tactically~*~*~ (outnumbered).
  2521 | D:3      | 2521 ||| Stepping ~*~*~tactically~*~*~ (outnumbered).
  2523 | D:3      | 2523 ||| Stepping ~*~*~tactically~*~*~ (outnumbered).
  2525 | D:3      | 2525 ||| Stepping ~*~*~tactically~*~*~ (outnumbered).
  2527 | D:3      | 2527 ||| Stepping ~*~*~tactically~*~*~ (outnumbered).
  2529 | D:3      | 2529 ||| Stepping ~*~*~tactically~*~*~ (outnumbered).
  2531 | D:3      | 2531 ||| Stepping ~*~*~tactically~*~*~ (outnumbered).
  2533 | D:3      | 2533 ||| Stepping ~*~*~tactically~*~*~ (outnumbered).
  2535 | D:3      | 2535 ||| Stepping ~*~*~tactically~*~*~ (outnumbered).
  2537 | D:3      | 2537 ||| Stepping ~*~*~tactically~*~*~ (outnumbered).
  2539 | D:3      | 2539 ||| Stepping ~*~*~tactically~*~*~ (outnumbered).
  2541 | D:3      | 2541 ||| Stepping ~*~*~tactically~*~*~ (outnumbered).
  2543 | D:3      | 2543 ||| Stepping ~*~*~tactically~*~*~ (outnumbered).
  2545 | D:3      | 2545 ||| Stepping ~*~*~tactically~*~*~ (outnumbered).
  2547 | D:3      | 2547 ||| Stepping ~*~*~tactically~*~*~ (outnumbered).
  2549 | D:3      | 2549 ||| Stepping ~*~*~tactically~*~*~ (outnumbered).
  2551 | D:3      | 2551 ||| Stepping ~*~*~tactically~*~*~ (outnumbered).
  2553 | D:3      | 2553 ||| Stepping ~*~*~tactically~*~*~ (outnumbered).
  2555 | D:3      | 2555 ||| Stepping ~*~*~tactically~*~*~ (outnumbered).
  2557 | D:3      | 2557 ||| Stepping ~*~*~tactically~*~*~ (outnumbered).
  2559 | D:3      | 2559 ||| Stepping ~*~*~tactically~*~*~ (outnumbered).
  2561 | D:3      | 2561 ||| Stepping ~*~*~tactically~*~*~ (outnumbered).
  2563 | D:3      | 2563 ||| Stepping ~*~*~tactically~*~*~ (outnumbered).
  2565 | D:3      | 2565 ||| Stepping ~*~*~tactically~*~*~ (outnumbered).
  2567 | D:3      | 2567 ||| Stepping ~*~*~tactically~*~*~ (outnumbered).
  2569 | D:3      | 2569 ||| Stepping ~*~*~tactically~*~*~ (outnumbered).
  2571 | D:3      | 2571 ||| Stepping ~*~*~tactically~*~*~ (outnumbered).
  2573 | D:3      | 2573 ||| Stepping ~*~*~tactically~*~*~ (outnumbered).
  2575 | D:3      | 2575 ||| Stepping ~*~*~tactically~*~*~ (outnumbered).
  2577 | D:3      | 2577 ||| Stepping ~*~*~tactically~*~*~ (outnumbered).
  2579 | D:3      | 2579 ||| Stepping ~*~*~tactically~*~*~ (outnumbered).
  2581 | D:3      | 2581 ||| Stepping ~*~*~tactically~*~*~ (outnumbered).
  2583 | D:3      | 2583 ||| Stepping ~*~*~tactically~*~*~ (outnumbered).
  2585 | D:3      | 2585 ||| Stepping ~*~*~tactically~*~*~ (outnumbered).
  2587 | D:3      | 2587 ||| Stepping ~*~*~tactically~*~*~ (outnumbered).
  2589 | D:3      | 2589 ||| Stepping ~*~*~tactically~*~*~ (outnumbered).
  2591 | D:3      | 2591 ||| Stepping ~*~*~tactically~*~*~ (outnumbered).
  2593 | D:3      | 2593 ||| Stepping ~*~*~tactically~*~*~ (outnumbered).
  2595 | D:3      | 2595 ||| Stepping ~*~*~tactically~*~*~ (outnumbered).
  2597 | D:3      | 2597 ||| Stepping ~*~*~tactically~*~*~ (outnumbered).
  2599 | D:3      | 2599 ||| Stepping ~*~*~tactically~*~*~ (outnumbered).
  2601 | D:3      | 2601 ||| Stepping ~*~*~tactically~*~*~ (outnumbered).
  2603 | D:3      | 2603 ||| Stepping ~*~*~tactically~*~*~ (outnumbered).
  2605 | D:3      | 2605 ||| Stepping ~*~*~tactically~*~*~ (outnumbered).
  2607 | D:3      | 2607 ||| Stepping ~*~*~tactically~*~*~ (outnumbered).
  2609 | D:3      | 2609 ||| Stepping ~*~*~tactically~*~*~ (outnumbered).
  2611 | D:3      | 2611 ||| Stepping ~*~*~tactically~*~*~ (outnumbered).
  2613 | D:3      | 2613 ||| Stepping ~*~*~tactically~*~*~ (outnumbered).
  2615 | D:3      | 2615 ||| Stepping ~*~*~tactically~*~*~ (outnumbered).
  2617 | D:3      | 2617 ||| Stepping ~*~*~tactically~*~*~ (outnumbered).
  2619 | D:3      | 2619 ||| Stepping ~*~*~tactically~*~*~ (outnumbered).
  2621 | D:3      | 2621 ||| Stepping ~*~*~tactically~*~*~ (outnumbered).
  2623 | D:3      | 2623 ||| Stepping ~*~*~tactically~*~*~ (outnumbered).
  2625 | D:3      | 2625 ||| Stepping ~*~*~tactically~*~*~ (outnumbered).
  2627 | D:3      | 2627 ||| Stepping ~*~*~tactically~*~*~ (outnumbered).
  2629 | D:3      | 2629 ||| Stepping ~*~*~tactically~*~*~ (outnumbered).
  2631 | D:3      | 2631 ||| Stepping ~*~*~tactically~*~*~ (outnumbered).
  2633 | D:3      | 2633 ||| Stepping ~*~*~tactically~*~*~ (outnumbered).
  2635 | D:3      | 2635 ||| Stepping ~*~*~tactically~*~*~ (outnumbered).
  2637 | D:3      | 2637 ||| Stepping ~*~*~tactically~*~*~ (outnumbered).
  2639 | D:3      | 2639 ||| Stepping ~*~*~tactically~*~*~ (outnumbered).
  2641 | D:3      | 2641 ||| Stepping ~*~*~tactically~*~*~ (outnumbered).
  2643 | D:3      | 2643 ||| Stepping ~*~*~tactically~*~*~ (outnumbered).
  2645 | D:3      | 2645 ||| Stepping ~*~*~tactically~*~*~ (outnumbered).
  2647 | D:3      | 2647 ||| Stepping ~*~*~tactically~*~*~ (outnumbered).
  2649 | D:3      | 2649 ||| Stepping ~*~*~tactically~*~*~ (outnumbered).
  2651 | D:3      | 2651 ||| Stepping ~*~*~tactically~*~*~ (outnumbered).
  2653 | D:3      | 2653 ||| Stepping ~*~*~tactically~*~*~ (outnumbered).
  2655 | D:3      | 2655 ||| Stepping ~*~*~tactically~*~*~ (outnumbered).
  2657 | D:3      | 2657 ||| Stepping ~*~*~tactically~*~*~ (outnumbered).
  2659 | D:3      | 2659 ||| Stepping ~*~*~tactically~*~*~ (outnumbered).
  2661 | D:3      | 2661 ||| Stepping ~*~*~tactically~*~*~ (outnumbered).
  2663 | D:3      | 2663 ||| Stepping ~*~*~tactically~*~*~ (outnumbered).
  2665 | D:3      | 2665 ||| Stepping ~*~*~tactically~*~*~ (outnumbered).
  2667 | D:3      | 2667 ||| Stepping ~*~*~tactically~*~*~ (outnumbered).
  2669 | D:3      | 2669 ||| Stepping ~*~*~tactically~*~*~ (outnumbered).
  2671 | D:3      | 2671 ||| Stepping ~*~*~tactically~*~*~ (outnumbered).
  2673 | D:3      | 2673 ||| Stepping ~*~*~tactically~*~*~ (outnumbered).
  2675 | D:3      | 2675 ||| Stepping ~*~*~tactically~*~*~ (outnumbered).
  2677 | D:3      | 2677 ||| Stepping ~*~*~tactically~*~*~ (outnumbered).
  2679 | D:3      | 2679 ||| Stepping ~*~*~tactically~*~*~ (outnumbered).
  2681 | D:3      | 2681 ||| Stepping ~*~*~tactically~*~*~ (outnumbered).
  2683 | D:3      | 2683 ||| Stepping ~*~*~tactically~*~*~ (outnumbered).
  2685 | D:3      | 2685 ||| Stepping ~*~*~tactically~*~*~ (outnumbered).
  2687 | D:3      | 2687 ||| Stepping ~*~*~tactically~*~*~ (outnumbered).
  2689 | D:3      | 2689 ||| Stepping ~*~*~tactically~*~*~ (outnumbered).
  2691 | D:3      | 2691 ||| Stepping ~*~*~tactically~*~*~ (outnumbered).
  2693 | D:3      | 2693 ||| Stepping ~*~*~tactically~*~*~ (outnumbered).
  2695 | D:3      | 2695 ||| Stepping ~*~*~tactically~*~*~ (outnumbered).
  2697 | D:3      | 2697 ||| Stepping ~*~*~tactically~*~*~ (outnumbered).
  2699 | D:3      | 2699 ||| Stepping ~*~*~tactically~*~*~ (outnumbered).
  2701 | D:3      | 2701 ||| Stepping ~*~*~tactically~*~*~ (outnumbered).
  2703 | D:3      | 2703 ||| Stepping ~*~*~tactically~*~*~ (outnumbered).
  2705 | D:3      | 2705 ||| Stepping ~*~*~tactically~*~*~ (outnumbered).
  2707 | D:3      | 2707 ||| Stepping ~*~*~tactically~*~*~ (outnumbered).
  2709 | D:3      | 2709 ||| Stepping ~*~*~tactically~*~*~ (outnumbered).
  2711 | D:3      | 2711 ||| Stepping ~*~*~tactically~*~*~ (outnumbered).
  2713 | D:3      | 2713 ||| Stepping ~*~*~tactically~*~*~ (outnumbered).
  2715 | D:3      | 2715 ||| Stepping ~*~*~tactically~*~*~ (outnumbered).
  2717 | D:3      | 2717 ||| Stepping ~*~*~tactically~*~*~ (outnumbered).
  2719 | D:3      | 2719 ||| Stepping ~*~*~tactically~*~*~ (outnumbered).
  2721 | D:3      | 2721 ||| Stepping ~*~*~tactically~*~*~ (outnumbered).
  2723 | D:3      | 2723 ||| Stepping ~*~*~tactically~*~*~ (outnumbered).
  2725 | D:3      | 2725 ||| Stepping ~*~*~tactically~*~*~ (outnumbered).
  2727 | D:3      | 2727 ||| Stepping ~*~*~tactically~*~*~ (outnumbered).
  2729 | D:3      | 2729 ||| Stepping ~*~*~tactically~*~*~ (outnumbered).
  2731 | D:3      | 2731 ||| Stepping ~*~*~tactically~*~*~ (outnumbered).
  2733 | D:3      | 2733 ||| Stepping ~*~*~tactically~*~*~ (outnumbered).
  2735 | D:3      | 2735 ||| Stepping ~*~*~tactically~*~*~ (outnumbered).
  2737 | D:3      | 2737 ||| Stepping ~*~*~tactically~*~*~ (outnumbered).
  2739 | D:3      | 2739 ||| Stepping ~*~*~tactically~*~*~ (outnumbered).
  2741 | D:3      | 2741 ||| Stepping ~*~*~tactically~*~*~ (outnumbered).
  2743 | D:3      | 2743 ||| Stepping ~*~*~tactically~*~*~ (outnumbered).
  2745 | D:3      | 2745 ||| Stepping ~*~*~tactically~*~*~ (outnumbered).
  2747 | D:3      | 2747 ||| Stepping ~*~*~tactically~*~*~ (outnumbered).
  2749 | D:3      | 2749 ||| Stepping ~*~*~tactically~*~*~ (outnumbered).
  2751 | D:3      | 2751 ||| Stepping ~*~*~tactically~*~*~ (outnumbered).
  2753 | D:3      | 2753 ||| Stepping ~*~*~tactically~*~*~ (outnumbered).
  2755 | D:3      | 2755 ||| Stepping ~*~*~tactically~*~*~ (outnumbered).
  2757 | D:3      | 2757 ||| Stepping ~*~*~tactically~*~*~ (outnumbered).
  2759 | D:3      | 2759 ||| Stepping ~*~*~tactically~*~*~ (outnumbered).
  2761 | D:3      | 2761 ||| Stepping ~*~*~tactically~*~*~ (outnumbered).
  2763 | D:3      | 2763 ||| Stepping ~*~*~tactically~*~*~ (outnumbered).
  2765 | D:3      | 2765 ||| Stepping ~*~*~tactically~*~*~ (outnumbered).
  2767 | D:3      | 2767 ||| Stepping ~*~*~tactically~*~*~ (outnumbered).
  2769 | D:3      | 2769 ||| Stepping ~*~*~tactically~*~*~ (outnumbered).
  2771 | D:3      | 2771 ||| Stepping ~*~*~tactically~*~*~ (outnumbered).
  2773 | D:3      | 2773 ||| Stepping ~*~*~tactically~*~*~ (outnumbered).
  2775 | D:3      | 2775 ||| Stepping ~*~*~tactically~*~*~ (outnumbered).
  2777 | D:3      | 2777 ||| Stepping ~*~*~tactically~*~*~ (outnumbered).
  2779 | D:3      | 2779 ||| Stepping ~*~*~tactically~*~*~ (outnumbered).
  2781 | D:3      | 2781 ||| Stepping ~*~*~tactically~*~*~ (outnumbered).
  2783 | D:3      | 2783 ||| Stepping ~*~*~tactically~*~*~ (outnumbered).
  2785 | D:3      | 2785 ||| Stepping ~*~*~tactically~*~*~ (outnumbered).
  2787 | D:3      | 2787 ||| Stepping ~*~*~tactically~*~*~ (outnumbered).
  2789 | D:3      | 2789 ||| Stepping ~*~*~tactically~*~*~ (outnumbered).
  2791 | D:3      | 2791 ||| Stepping ~*~*~tactically~*~*~ (outnumbered).
  2793 | D:3      | 2793 ||| Stepping ~*~*~tactically~*~*~ (outnumbered).
  2795 | D:3      | 2795 ||| Stepping ~*~*~tactically~*~*~ (outnumbered).
  2797 | D:3      | 2797 ||| Stepping ~*~*~tactically~*~*~ (outnumbered).
  2799 | D:3      | 2799 ||| Stepping ~*~*~tactically~*~*~ (outnumbered).
  2801 | D:3      | 2801 ||| Stepping ~*~*~tactically~*~*~ (outnumbered).
  2803 | D:3      | 2803 ||| Stepping ~*~*~tactically~*~*~ (outnumbered).
  2805 | D:3      | 2805 ||| Stepping ~*~*~tactically~*~*~ (outnumbered).
  2807 | D:3      | 2807 ||| Stepping ~*~*~tactically~*~*~ (outnumbered).
  2809 | D:3      | 2809 ||| Stepping ~*~*~tactically~*~*~ (outnumbered).
  2811 | D:3      | 2811 ||| Stepping ~*~*~tactically~*~*~ (outnumbered).
  2813 | D:3      | 2813 ||| Stepping ~*~*~tactically~*~*~ (outnumbered).
  2815 | D:3      | 2815 ||| Stepping ~*~*~tactically~*~*~ (outnumbered).
  2817 | D:3      | 2817 ||| Stepping ~*~*~tactically~*~*~ (outnumbered).
  2819 | D:3      | 2819 ||| Stepping ~*~*~tactically~*~*~ (outnumbered).
  2821 | D:3      | 2821 ||| Stepping ~*~*~tactically~*~*~ (outnumbered).
  2823 | D:3      | 2823 ||| Stepping ~*~*~tactically~*~*~ (outnumbered).
  2825 | D:3      | 2825 ||| Stepping ~*~*~tactically~*~*~ (outnumbered).
  2827 | D:3      | 2827 ||| Stepping ~*~*~tactically~*~*~ (outnumbered).
  2829 | D:3      | 2829 ||| Stepping ~*~*~tactically~*~*~ (outnumbered).
  2831 | D:3      | 2831 ||| Stepping ~*~*~tactically~*~*~ (outnumbered).
  2833 | D:3      | 2833 ||| Stepping ~*~*~tactically~*~*~ (outnumbered).
  2835 | D:3      | 2835 ||| Stepping ~*~*~tactically~*~*~ (outnumbered).
  2837 | D:3      | 2837 ||| Stepping ~*~*~tactically~*~*~ (outnumbered).
  2839 | D:3      | 2839 ||| Stepping ~*~*~tactically~*~*~ (outnumbered).
  2841 | D:3      | 2841 ||| Stepping ~*~*~tactically~*~*~ (outnumbered).
  2843 | D:3      | 2843 ||| Stepping ~*~*~tactically~*~*~ (outnumbered).
  2845 | D:3      | 2845 ||| Stepping ~*~*~tactically~*~*~ (outnumbered).
  2847 | D:3      | 2847 ||| Stepping ~*~*~tactically~*~*~ (outnumbered).
  2849 | D:3      | 2849 ||| Stepping ~*~*~tactically~*~*~ (outnumbered).
  2851 | D:3      | 2851 ||| Stepping ~*~*~tactically~*~*~ (outnumbered).
  2853 | D:3      | 2853 ||| Stepping ~*~*~tactically~*~*~ (outnumbered).
  2855 | D:3      | 2855 ||| Stepping ~*~*~tactically~*~*~ (outnumbered).
  2857 | D:3      | 2857 ||| Stepping ~*~*~tactically~*~*~ (outnumbered).
  2859 | D:3      | 2859 ||| Stepping ~*~*~tactically~*~*~ (outnumbered).
  2861 | D:3      | 2861 ||| Stepping ~*~*~tactically~*~*~ (outnumbered).
  2863 | D:3      | 2863 ||| Stepping ~*~*~tactically~*~*~ (outnumbered).
  2865 | D:3      | 2865 ||| Stepping ~*~*~tactically~*~*~ (outnumbered).
  2867 | D:3      | 2867 ||| Stepping ~*~*~tactically~*~*~ (outnumbered).
  2869 | D:3      | 2869 ||| Stepping ~*~*~tactically~*~*~ (outnumbered).
  2871 | D:3      | 2871 ||| Stepping ~*~*~tactically~*~*~ (outnumbered).
  2873 | D:3      | 2873 ||| Stepping ~*~*~tactically~*~*~ (outnumbered).
  2875 | D:3      | 2875 ||| Stepping ~*~*~tactically~*~*~ (outnumbered).
  2877 | D:3      | 2877 ||| Stepping ~*~*~tactically~*~*~ (outnumbered).
  2879 | D:3      | 2879 ||| Stepping ~*~*~tactically~*~*~ (outnumbered).
  2881 | D:3      | 2881 ||| Stepping ~*~*~tactically~*~*~ (outnumbered).
  2883 | D:3      | 2883 ||| Stepping ~*~*~tactically~*~*~ (outnumbered).
  2885 | D:3      | 2885 ||| Stepping ~*~*~tactically~*~*~ (outnumbered).
  2887 | D:3      | 2887 ||| Stepping ~*~*~tactically~*~*~ (outnumbered).
  2889 | D:3      | 2889 ||| Stepping ~*~*~tactically~*~*~ (outnumbered).
  2891 | D:3      | 2891 ||| Stepping ~*~*~tactically~*~*~ (outnumbered).
  2893 | D:3      | 2893 ||| Stepping ~*~*~tactically~*~*~ (outnumbered).
  2895 | D:3      | 2895 ||| Stepping ~*~*~tactically~*~*~ (outnumbered).
  2897 | D:3      | 2897 ||| Stepping ~*~*~tactically~*~*~ (outnumbered).
  2899 | D:3      | 2899 ||| Stepping ~*~*~tactically~*~*~ (outnumbered).
  2901 | D:3      | 2901 ||| Stepping ~*~*~tactically~*~*~ (outnumbered).
  2903 | D:3      | 2903 ||| Stepping ~*~*~tactically~*~*~ (outnumbered).
  2905 | D:3      | 2905 ||| Stepping ~*~*~tactically~*~*~ (outnumbered).
  2907 | D:3      | 2907 ||| Stepping ~*~*~tactically~*~*~ (outnumbered).
  2909 | D:3      | 2909 ||| Stepping ~*~*~tactically~*~*~ (outnumbered).
  2911 | D:3      | 2911 ||| Stepping ~*~*~tactically~*~*~ (outnumbered).
  2913 | D:3      | 2913 ||| Stepping ~*~*~tactically~*~*~ (outnumbered).
  2915 | D:3      | 2915 ||| Stepping ~*~*~tactically~*~*~ (outnumbered).
  2917 | D:3      | 2917 ||| Stepping ~*~*~tactically~*~*~ (outnumbered).
  2919 | D:3      | 2919 ||| Stepping ~*~*~tactically~*~*~ (outnumbered).
  2921 | D:3      | 2921 ||| Stepping ~*~*~tactically~*~*~ (outnumbered).
  2923 | D:3      | 2923 ||| Stepping ~*~*~tactically~*~*~ (outnumbered).
  2925 | D:3      | 2925 ||| Stepping ~*~*~tactically~*~*~ (outnumbered).
  2927 | D:3      | 2927 ||| Stepping ~*~*~tactically~*~*~ (outnumbered).
  2929 | D:3      | 2929 ||| Stepping ~*~*~tactically~*~*~ (outnumbered).
  2931 | D:3      | 2931 ||| Stepping ~*~*~tactically~*~*~ (outnumbered).
  2933 | D:3      | 2933 ||| Stepping ~*~*~tactically~*~*~ (outnumbered).
  2935 | D:3      | 2935 ||| Stepping ~*~*~tactically~*~*~ (outnumbered).
  2937 | D:3      | 2937 ||| Stepping ~*~*~tactically~*~*~ (outnumbered).
  2939 | D:3      | 2939 ||| Stepping ~*~*~tactically~*~*~ (outnumbered).
  2941 | D:3      | 2941 ||| Stepping ~*~*~tactically~*~*~ (outnumbered).
  2943 | D:3      | 2943 ||| Stepping ~*~*~tactically~*~*~ (outnumbered).
  2945 | D:3      | 2945 ||| Stepping ~*~*~tactically~*~*~ (outnumbered).
  2947 | D:3      | 2947 ||| Stepping ~*~*~tactically~*~*~ (outnumbered).
  2949 | D:3      | 2949 ||| Stepping ~*~*~tactically~*~*~ (outnumbered).
  2951 | D:3      | 2951 ||| Stepping ~*~*~tactically~*~*~ (outnumbered).
  2953 | D:3      | 2953 ||| Stepping ~*~*~tactically~*~*~ (outnumbered).
  2955 | D:3      | 2955 ||| Stepping ~*~*~tactically~*~*~ (outnumbered).
  2957 | D:3      | 2957 ||| Stepping ~*~*~tactically~*~*~ (outnumbered).
  2959 | D:3      | 2959 ||| Stepping ~*~*~tactically~*~*~ (outnumbered).
  2961 | D:3      | 2961 ||| Stepping ~*~*~tactically~*~*~ (outnumbered).
  2963 | D:3      | 2963 ||| Stepping ~*~*~tactically~*~*~ (outnumbered).
  2965 | D:3      | 2965 ||| Stepping ~*~*~tactically~*~*~ (outnumbered).
  2967 | D:3      | 2967 ||| Stepping ~*~*~tactically~*~*~ (outnumbered).
  2969 | D:3      | 2969 ||| Stepping ~*~*~tactically~*~*~ (outnumbered).
  2971 | D:3      | 2971 ||| Stepping ~*~*~tactically~*~*~ (outnumbered).
  2973 | D:3      | 2973 ||| Stepping ~*~*~tactically~*~*~ (outnumbered).
  2975 | D:3      | 2975 ||| Stepping ~*~*~tactically~*~*~ (outnumbered).
  2977 | D:3      | 2977 ||| Stepping ~*~*~tactically~*~*~ (outnumbered).
  2979 | D:3      | 2979 ||| Stepping ~*~*~tactically~*~*~ (outnumbered).
  2981 | D:3      | 2981 ||| Stepping ~*~*~tactically~*~*~ (outnumbered).
  2983 | D:3      | 2983 ||| Stepping ~*~*~tactically~*~*~ (outnumbered).
  2985 | D:3      | 2985 ||| Stepping ~*~*~tactically~*~*~ (outnumbered).
  2987 | D:3      | 2987 ||| Stepping ~*~*~tactically~*~*~ (outnumbered).
  2989 | D:3      | 2989 ||| Stepping ~*~*~tactically~*~*~ (outnumbered).
  2991 | D:3      | 2991 ||| Stepping ~*~*~tactically~*~*~ (outnumbered).
  2993 | D:3      | 2993 ||| Stepping ~*~*~tactically~*~*~ (outnumbered).
  2995 | D:3      | 2995 ||| Stepping ~*~*~tactically~*~*~ (outnumbered).
  2997 | D:3      | 2997 ||| Stepping ~*~*~tactically~*~*~ (outnumbered).
  2999 | D:3      | 2999 ||| Stepping ~*~*~tactically~*~*~ (outnumbered).
  3001 | D:3      | 3001 ||| Stepping ~*~*~tactically~*~*~ (outnumbered).
  3003 | D:3      | 3003 ||| Stepping ~*~*~tactically~*~*~ (outnumbered).
  3005 | D:3      | 3005 ||| Stepping ~*~*~tactically~*~*~ (outnumbered).
  3007 | D:3      | 3007 ||| Stepping ~*~*~tactically~*~*~ (outnumbered).
  3009 | D:3      | 3009 ||| Stepping ~*~*~tactically~*~*~ (outnumbered).
  3011 | D:3      | 3011 ||| Stepping ~*~*~tactically~*~*~ (outnumbered).
  3013 | D:3      | 3013 ||| Stepping ~*~*~tactically~*~*~ (outnumbered).
  3015 | D:3      | 3015 ||| Stepping ~*~*~tactically~*~*~ (outnumbered).
  3017 | D:3      | 3017 ||| Stepping ~*~*~tactically~*~*~ (outnumbered).
  3019 | D:3      | 3019 ||| Stepping ~*~*~tactically~*~*~ (outnumbered).
  3021 | D:3      | 3021 ||| Stepping ~*~*~tactically~*~*~ (outnumbered).
  3023 | D:3      | 3023 ||| Stepping ~*~*~tactically~*~*~ (outnumbered).
  3025 | D:3      | 3025 ||| Stepping ~*~*~tactically~*~*~ (outnumbered).
  3027 | D:3      | 3027 ||| Stepping ~*~*~tactically~*~*~ (outnumbered).
  3029 | D:3      | 3029 ||| Stepping ~*~*~tactically~*~*~ (outnumbered).
  3031 | D:3      | 3031 ||| Stepping ~*~*~tactically~*~*~ (outnumbered).
  3033 | D:3      | 3033 ||| Stepping ~*~*~tactically~*~*~ (outnumbered).
  3035 | D:3      | 3035 ||| Stepping ~*~*~tactically~*~*~ (outnumbered).
  3037 | D:3      | 3037 ||| Stepping ~*~*~tactically~*~*~ (outnumbered).
  3039 | D:3      | 3039 ||| Stepping ~*~*~tactically~*~*~ (outnumbered).
  3041 | D:3      | 3041 ||| Stepping ~*~*~tactically~*~*~ (outnumbered).
  3043 | D:3      | 3043 ||| Stepping ~*~*~tactically~*~*~ (outnumbered).
  3045 | D:3      | 3045 ||| Stepping ~*~*~tactically~*~*~ (outnumbered).
  3047 | D:3      | 3047 ||| Stepping ~*~*~tactically~*~*~ (outnumbered).
  3049 | D:3      | 3049 ||| Stepping ~*~*~tactically~*~*~ (outnumbered).
  3051 | D:3      | 3051 ||| Stepping ~*~*~tactically~*~*~ (outnumbered).
  3053 | D:3      | 3053 ||| Stepping ~*~*~tactically~*~*~ (outnumbered).
  3055 | D:3      | 3055 ||| Stepping ~*~*~tactically~*~*~ (outnumbered).
  3057 | D:3      | 3057 ||| Stepping ~*~*~tactically~*~*~ (outnumbered).
  3059 | D:3      | 3059 ||| Stepping ~*~*~tactically~*~*~ (outnumbered).
  3061 | D:3      | 3061 ||| Stepping ~*~*~tactically~*~*~ (outnumbered).
  3063 | D:3      | 3063 ||| Stepping ~*~*~tactically~*~*~ (outnumbered).
  3065 | D:3      | 3065 ||| Stepping ~*~*~tactically~*~*~ (outnumbered).
  3067 | D:3      | 3067 ||| Stepping ~*~*~tactically~*~*~ (outnumbered).
  3069 | D:3      | 3069 ||| Stepping ~*~*~tactically~*~*~ (outnumbered).
  3071 | D:3      | 3071 ||| Stepping ~*~*~tactically~*~*~ (outnumbered).
  3073 | D:3      | 3073 ||| Stepping ~*~*~tactically~*~*~ (outnumbered).
  3075 | D:3      | 3075 ||| Stepping ~*~*~tactically~*~*~ (outnumbered).
  3077 | D:3      | 3077 ||| Stepping ~*~*~tactically~*~*~ (outnumbered).
  3079 | D:3      | 3079 ||| Stepping ~*~*~tactically~*~*~ (outnumbered).
  3081 | D:3      | 3081 ||| Stepping ~*~*~tactically~*~*~ (outnumbered).
  3083 | D:3      | 3083 ||| Stepping ~*~*~tactically~*~*~ (outnumbered).
  3085 | D:3      | 3085 ||| Stepping ~*~*~tactically~*~*~ (outnumbered).
  3087 | D:3      | 3087 ||| Stepping ~*~*~tactically~*~*~ (outnumbered).
  3089 | D:3      | 3089 ||| Stepping ~*~*~tactically~*~*~ (outnumbered).
  3091 | D:3      | 3091 ||| Stepping ~*~*~tactically~*~*~ (outnumbered).
  3093 | D:3      | 3093 ||| Stepping ~*~*~tactically~*~*~ (outnumbered).
  3095 | D:3      | 3095 ||| Stepping ~*~*~tactically~*~*~ (outnumbered).
  3097 | D:3      | 3097 ||| Stepping ~*~*~tactically~*~*~ (outnumbered).
  3099 | D:3      | 3099 ||| Stepping ~*~*~tactically~*~*~ (outnumbered).
  3101 | D:3      | 3101 ||| Stepping ~*~*~tactically~*~*~ (outnumbered).
  3103 | D:3      | 3103 ||| Stepping ~*~*~tactically~*~*~ (outnumbered).
  3105 | D:3      | 3105 ||| Stepping ~*~*~tactically~*~*~ (outnumbered).
  3107 | D:3      | 3107 ||| Stepping ~*~*~tactically~*~*~ (outnumbered).
  3109 | D:3      | 3109 ||| Stepping ~*~*~tactically~*~*~ (outnumbered).
  3111 | D:3      | 3111 ||| Stepping ~*~*~tactically~*~*~ (outnumbered).
  3113 | D:3      | 3113 ||| Stepping ~*~*~tactically~*~*~ (outnumbered).
  3115 | D:3      | 3115 ||| Stepping ~*~*~tactically~*~*~ (outnumbered).
  3117 | D:3      | 3117 ||| Stepping ~*~*~tactically~*~*~ (outnumbered).
  3119 | D:3      | 3119 ||| Stepping ~*~*~tactically~*~*~ (outnumbered).
  3121 | D:3      | 3121 ||| Stepping ~*~*~tactically~*~*~ (outnumbered).
  3123 | D:3      | 3123 ||| Stepping ~*~*~tactically~*~*~ (outnumbered).
  3125 | D:3      | 3125 ||| Stepping ~*~*~tactically~*~*~ (outnumbered).
  3127 | D:3      | 3127 ||| Stepping ~*~*~tactically~*~*~ (outnumbered).
  3129 | D:3      | 3129 ||| Stepping ~*~*~tactically~*~*~ (outnumbered).
  3131 | D:3      | 3131 ||| Stepping ~*~*~tactically~*~*~ (outnumbered).
  3133 | D:3      | 3133 ||| Stepping ~*~*~tactically~*~*~ (outnumbered).
  3135 | D:3      | 3135 ||| Stepping ~*~*~tactically~*~*~ (outnumbered).
  3137 | D:3      | 3137 ||| Stepping ~*~*~tactically~*~*~ (outnumbered).
  3139 | D:3      | 3139 ||| Stepping ~*~*~tactically~*~*~ (outnumbered).
  3141 | D:3      | 3141 ||| Stepping ~*~*~tactically~*~*~ (outnumbered).
  3143 | D:3      | 3143 ||| Stepping ~*~*~tactically~*~*~ (outnumbered).
  3145 | D:3      | 3145 ||| Stepping ~*~*~tactically~*~*~ (outnumbered).
  3147 | D:3      | 3147 ||| Stepping ~*~*~tactically~*~*~ (outnumbered).
  3149 | D:3      | 3149 ||| Stepping ~*~*~tactically~*~*~ (outnumbered).
  3151 | D:3      | 3151 ||| Stepping ~*~*~tactically~*~*~ (outnumbered).
  3153 | D:3      | 3153 ||| Stepping ~*~*~tactically~*~*~ (outnumbered).
  3155 | D:3      | 3155 ||| Stepping ~*~*~tactically~*~*~ (outnumbered).
  3157 | D:3      | 3157 ||| Stepping ~*~*~tactically~*~*~ (outnumbered).
  3159 | D:3      | 3159 ||| Stepping ~*~*~tactically~*~*~ (outnumbered).
  3161 | D:3      | 3161 ||| Stepping ~*~*~tactically~*~*~ (outnumbered).
  3163 | D:3      | 3163 ||| Stepping ~*~*~tactically~*~*~ (outnumbered).
  3165 | D:3      | 3165 ||| Stepping ~*~*~tactically~*~*~ (outnumbered).
  3167 | D:3      | 3167 ||| Stepping ~*~*~tactically~*~*~ (outnumbered).
  3169 | D:3      | 3169 ||| Stepping ~*~*~tactically~*~*~ (outnumbered).
  3171 | D:3      | 3171 ||| Stepping ~*~*~tactically~*~*~ (outnumbered).
  3173 | D:3      | 3173 ||| Stepping ~*~*~tactically~*~*~ (outnumbered).
  3175 | D:3      | 3175 ||| Stepping ~*~*~tactically~*~*~ (outnumbered).
  3177 | D:3      | 3177 ||| Stepping ~*~*~tactically~*~*~ (outnumbered).
  3179 | D:3      | 3179 ||| Stepping ~*~*~tactically~*~*~ (outnumbered).
  3181 | D:3      | 3181 ||| Stepping ~*~*~tactically~*~*~ (outnumbered).
  3183 | D:3      | 3183 ||| Stepping ~*~*~tactically~*~*~ (outnumbered).
  3185 | D:3      | 3185 ||| Stepping ~*~*~tactically~*~*~ (outnumbered).
  3187 | D:3      | 3187 ||| Stepping ~*~*~tactically~*~*~ (outnumbered).
  3189 | D:3      | 3189 ||| Stepping ~*~*~tactically~*~*~ (outnumbered).
  3191 | D:3      | 3191 ||| Stepping ~*~*~tactically~*~*~ (outnumbered).
  3193 | D:3      | 3193 ||| Stepping ~*~*~tactically~*~*~ (outnumbered).
  3195 | D:3      | 3195 ||| Stepping ~*~*~tactically~*~*~ (outnumbered).
  3197 | D:3      | 3197 ||| Stepping ~*~*~tactically~*~*~ (outnumbered).
  3199 | D:3      | 3199 ||| Stepping ~*~*~tactically~*~*~ (outnumbered).
  3201 | D:3      | 3201 ||| Stepping ~*~*~tactically~*~*~ (outnumbered).
  3203 | D:3      | 3203 ||| Stepping ~*~*~tactically~*~*~ (outnumbered).
  3205 | D:3      | 3205 ||| Stepping ~*~*~tactically~*~*~ (outnumbered).
  3207 | D:3      | 3207 ||| Stepping ~*~*~tactically~*~*~ (outnumbered).
  3209 | D:3      | 3209 ||| Stepping ~*~*~tactically~*~*~ (outnumbered).
  3211 | D:3      | 3211 ||| Stepping ~*~*~tactically~*~*~ (outnumbered).
  3213 | D:3      | 3213 ||| Stepping ~*~*~tactically~*~*~ (outnumbered).
  3215 | D:3      | 3215 ||| Stepping ~*~*~tactically~*~*~ (outnumbered).
  3217 | D:3      | 3217 ||| Stepping ~*~*~tactically~*~*~ (outnumbered).
  3219 | D:3      | 3219 ||| Stepping ~*~*~tactically~*~*~ (outnumbered).
  3221 | D:3      | 3221 ||| Stepping ~*~*~tactically~*~*~ (outnumbered).
  3223 | D:3      | 3223 ||| Stepping ~*~*~tactically~*~*~ (outnumbered).
  3225 | D:3      | 3225 ||| Stepping ~*~*~tactically~*~*~ (outnumbered).
  3227 | D:3      | 3227 ||| Stepping ~*~*~tactically~*~*~ (outnumbered).
  3229 | D:3      | 3229 ||| Stepping ~*~*~tactically~*~*~ (outnumbered).
  3231 | D:3      | 3231 ||| Stepping ~*~*~tactically~*~*~ (outnumbered).
  3233 | D:3      | 3233 ||| Stepping ~*~*~tactically~*~*~ (outnumbered).
  3235 | D:3      | 3235 ||| Stepping ~*~*~tactically~*~*~ (outnumbered).
  3237 | D:3      | 3237 ||| Stepping ~*~*~tactically~*~*~ (outnumbered).
  3239 | D:3      | 3239 ||| Stepping ~*~*~tactically~*~*~ (outnumbered).
  3241 | D:3      | 3241 ||| Stepping ~*~*~tactically~*~*~ (outnumbered).
  3243 | D:3      | 3243 ||| Stepping ~*~*~tactically~*~*~ (outnumbered).
  3245 | D:3      | 3245 ||| Stepping ~*~*~tactically~*~*~ (outnumbered).
  3247 | D:3      | 3247 ||| Stepping ~*~*~tactically~*~*~ (outnumbered).
  3249 | D:3      | 3249 ||| Stepping ~*~*~tactically~*~*~ (outnumbered).
  3251 | D:3      | 3251 ||| Stepping ~*~*~tactically~*~*~ (outnumbered).
  3253 | D:3      | 3253 ||| Stepping ~*~*~tactically~*~*~ (outnumbered).
  3255 | D:3      | 3255 ||| Stepping ~*~*~tactically~*~*~ (outnumbered).
  3257 | D:3      | 3257 ||| Stepping ~*~*~tactically~*~*~ (outnumbered).
  3259 | D:3      | 3259 ||| Stepping ~*~*~tactically~*~*~ (outnumbered).
  3261 | D:3      | 3261 ||| Stepping ~*~*~tactically~*~*~ (outnumbered).
  3263 | D:3      | 3263 ||| Stepping ~*~*~tactically~*~*~ (outnumbered).
  3265 | D:3      | 3265 ||| Stepping ~*~*~tactically~*~*~ (outnumbered).
  3267 | D:3      | 3267 ||| Stepping ~*~*~tactically~*~*~ (outnumbered).
  3269 | D:3      | 3269 ||| Stepping ~*~*~tactically~*~*~ (outnumbered).
  3271 | D:3      | 3271 ||| Stepping ~*~*~tactically~*~*~ (outnumbered).
  3273 | D:3      | 3273 ||| Stepping ~*~*~tactically~*~*~ (outnumbered).
  3275 | D:3      | 3275 ||| Stepping ~*~*~tactically~*~*~ (outnumbered).
  3277 | D:3      | 3277 ||| Stepping ~*~*~tactically~*~*~ (outnumbered).
  3279 | D:3      | 3279 ||| Stepping ~*~*~tactically~*~*~ (outnumbered).
  3281 | D:3      | 3281 ||| Stepping ~*~*~tactically~*~*~ (outnumbered).
  3283 | D:3      | 3283 ||| Stepping ~*~*~tactically~*~*~ (outnumbered).
  3285 | D:3      | 3285 ||| Stepping ~*~*~tactically~*~*~ (outnumbered).
  3287 | D:3      | 3287 ||| Stepping ~*~*~tactically~*~*~ (outnumbered).
  3289 | D:3      | 3289 ||| Stepping ~*~*~tactically~*~*~ (outnumbered).
  3291 | D:3      | 3291 ||| Stepping ~*~*~tactically~*~*~ (outnumbered).
  3293 | D:3      | 3293 ||| Stepping ~*~*~tactically~*~*~ (outnumbered).
  3295 | D:3      | 3295 ||| Stepping ~*~*~tactically~*~*~ (outnumbered).
  3297 | D:3      | 3297 ||| Stepping ~*~*~tactically~*~*~ (outnumbered).
  3299 | D:3      | 3299 ||| Stepping ~*~*~tactically~*~*~ (outnumbered).
  3301 | D:3      | 3301 ||| Stepping ~*~*~tactically~*~*~ (outnumbered).
  3303 | D:3      | 3303 ||| Stepping ~*~*~tactically~*~*~ (outnumbered).
  3305 | D:3      | 3305 ||| Stepping ~*~*~tactically~*~*~ (outnumbered).
  3307 | D:3      | 3307 ||| Stepping ~*~*~tactically~*~*~ (outnumbered).
  3309 | D:3      | 3309 ||| Stepping ~*~*~tactically~*~*~ (outnumbered).
  3311 | D:3      | 3311 ||| Stepping ~*~*~tactically~*~*~ (outnumbered).
  3313 | D:3      | 3313 ||| Stepping ~*~*~tactically~*~*~ (outnumbered).
  3315 | D:3      | 3315 ||| Stepping ~*~*~tactically~*~*~ (outnumbered).
  3317 | D:3      | 3317 ||| Stepping ~*~*~tactically~*~*~ (outnumbered).
  3319 | D:3      | 3319 ||| Stepping ~*~*~tactically~*~*~ (outnumbered).
  3321 | D:3      | 3321 ||| Stepping ~*~*~tactically~*~*~ (outnumbered).
  3323 | D:3      | 3323 ||| Stepping ~*~*~tactically~*~*~ (outnumbered).
  3325 | D:3      | 3325 ||| Stepping ~*~*~tactically~*~*~ (outnumbered).
  3327 | D:3      | 3327 ||| Stepping ~*~*~tactically~*~*~ (outnumbered).
  3329 | D:3      | 3329 ||| Stepping ~*~*~tactically~*~*~ (outnumbered).
  3331 | D:3      | 3331 ||| Stepping ~*~*~tactically~*~*~ (outnumbered).
  3333 | D:3      | 3333 ||| Stepping ~*~*~tactically~*~*~ (outnumbered).
  3335 | D:3      | 3335 ||| Stepping ~*~*~tactically~*~*~ (outnumbered).
  3337 | D:3      | 3337 ||| Stepping ~*~*~tactically~*~*~ (outnumbered).
  3339 | D:3      | 3339 ||| Stepping ~*~*~tactically~*~*~ (outnumbered).
  3341 | D:3      | 3341 ||| Stepping ~*~*~tactically~*~*~ (outnumbered).
  3343 | D:3      | 3343 ||| Stepping ~*~*~tactically~*~*~ (outnumbered).
  3345 | D:3      | 3345 ||| Stepping ~*~*~tactically~*~*~ (outnumbered).
  3347 | D:3      | 3347 ||| Stepping ~*~*~tactically~*~*~ (outnumbered).
  3349 | D:3      | 3349 ||| Stepping ~*~*~tactically~*~*~ (outnumbered).
  3351 | D:3      | 3351 ||| Stepping ~*~*~tactically~*~*~ (outnumbered).
  3353 | D:3      | 3353 ||| Stepping ~*~*~tactically~*~*~ (outnumbered).
  3355 | D:3      | 3355 ||| Stepping ~*~*~tactically~*~*~ (outnumbered).
  3357 | D:3      | 3357 ||| Stepping ~*~*~tactically~*~*~ (outnumbered).
  3359 | D:3      | 3359 ||| Stepping ~*~*~tactically~*~*~ (outnumbered).
  3361 | D:3      | 3361 ||| Stepping ~*~*~tactically~*~*~ (outnumbered).
  3363 | D:3      | 3363 ||| Stepping ~*~*~tactically~*~*~ (outnumbered).
  3365 | D:3      | 3365 ||| Stepping ~*~*~tactically~*~*~ (outnumbered).
  3367 | D:3      | 3367 ||| Stepping ~*~*~tactically~*~*~ (outnumbered).
  3369 | D:3      | 3369 ||| Stepping ~*~*~tactically~*~*~ (outnumbered).
  3371 | D:3      | 3371 ||| Stepping ~*~*~tactically~*~*~ (outnumbered).
  3373 | D:3      | 3373 ||| Stepping ~*~*~tactically~*~*~ (outnumbered).
  3375 | D:3      | 3375 ||| Stepping ~*~*~tactically~*~*~ (outnumbered).
  3377 | D:3      | 3377 ||| Stepping ~*~*~tactically~*~*~ (outnumbered).
  3379 | D:3      | 3379 ||| Stepping ~*~*~tactically~*~*~ (outnumbered).
  3381 | D:3      | 3381 ||| Stepping ~*~*~tactically~*~*~ (outnumbered).
  3383 | D:3      | 3383 ||| Stepping ~*~*~tactically~*~*~ (outnumbered).
  3385 | D:3      | 3385 ||| Stepping ~*~*~tactically~*~*~ (outnumbered).
  3387 | D:3      | 3387 ||| Stepping ~*~*~tactically~*~*~ (outnumbered).
  3389 | D:3      | 3389 ||| Stepping ~*~*~tactically~*~*~ (outnumbered).
  3391 | D:3      | 3391 ||| Stepping ~*~*~tactically~*~*~ (outnumbered).
  3393 | D:3      | 3393 ||| Stepping ~*~*~tactically~*~*~ (outnumbered).
  3395 | D:3      | 3395 ||| Stepping ~*~*~tactically~*~*~ (outnumbered).
  3397 | D:3      | 3397 ||| Stepping ~*~*~tactically~*~*~ (outnumbered).
  3399 | D:3      | 3399 ||| Stepping ~*~*~tactically~*~*~ (outnumbered).
  3401 | D:3      | 3401 ||| Stepping ~*~*~tactically~*~*~ (outnumbered).
  3403 | D:3      | 3403 ||| Stepping ~*~*~tactically~*~*~ (outnumbered).
  3405 | D:3      | 3405 ||| Stepping ~*~*~tactically~*~*~ (outnumbered).
  3407 | D:3      | 3407 ||| Stepping ~*~*~tactically~*~*~ (outnumbered).
  3409 | D:3      | 3409 ||| Stepping ~*~*~tactically~*~*~ (outnumbered).
  3411 | D:3      | 3411 ||| Stepping ~*~*~tactically~*~*~ (outnumbered).
  3413 | D:3      | 3413 ||| Stepping ~*~*~tactically~*~*~ (outnumbered).
  3415 | D:3      | 3415 ||| Stepping ~*~*~tactically~*~*~ (outnumbered).
  3417 | D:3      | 3417 ||| Stepping ~*~*~tactically~*~*~ (outnumbered).
  3419 | D:3      | 3419 ||| Stepping ~*~*~tactically~*~*~ (outnumbered).
  3421 | D:3      | 3421 ||| Stepping ~*~*~tactically~*~*~ (outnumbered).
  3423 | D:3      | 3423 ||| Stepping ~*~*~tactically~*~*~ (outnumbered).
  3425 | D:3      | 3425 ||| Stepping ~*~*~tactically~*~*~ (outnumbered).
  3427 | D:3      | 3427 ||| Stepping ~*~*~tactically~*~*~ (outnumbered).
  3429 | D:3      | 3429 ||| Stepping ~*~*~tactically~*~*~ (outnumbered).
  3431 | D:3      | 3431 ||| Stepping ~*~*~tactically~*~*~ (outnumbered).
  3433 | D:3      | 3433 ||| Stepping ~*~*~tactically~*~*~ (outnumbered).
  3435 | D:3      | 3435 ||| Stepping ~*~*~tactically~*~*~ (outnumbered).
  3437 | D:3      | 3437 ||| Stepping ~*~*~tactically~*~*~ (outnumbered).
  3439 | D:3      | 3439 ||| Stepping ~*~*~tactically~*~*~ (outnumbered).
  3441 | D:3      | 3441 ||| Stepping ~*~*~tactically~*~*~ (outnumbered).
  3443 | D:3      | 3443 ||| Stepping ~*~*~tactically~*~*~ (outnumbered).
  3445 | D:3      | 3445 ||| Stepping ~*~*~tactically~*~*~ (outnumbered).
  3447 | D:3      | 3447 ||| Stepping ~*~*~tactically~*~*~ (outnumbered).
  3449 | D:3      | 3449 ||| Stepping ~*~*~tactically~*~*~ (outnumbered).
  3451 | D:3      | 3451 ||| Stepping ~*~*~tactically~*~*~ (outnumbered).
  3453 | D:3      | 3453 ||| Stepping ~*~*~tactically~*~*~ (outnumbered).
  3455 | D:3      | 3455 ||| Stepping ~*~*~tactically~*~*~ (outnumbered).
  3457 | D:3      | 3457 ||| Stepping ~*~*~tactically~*~*~ (outnumbered).
  3459 | D:3      | 3459 ||| Stepping ~*~*~tactically~*~*~ (outnumbered).
  3461 | D:3      | 3461 ||| Stepping ~*~*~tactically~*~*~ (outnumbered).
  3463 | D:3      | 3463 ||| Stepping ~*~*~tactically~*~*~ (outnumbered).
  3465 | D:3      | 3465 ||| Stepping ~*~*~tactically~*~*~ (outnumbered).
  3467 | D:3      | 3467 ||| Stepping ~*~*~tactically~*~*~ (outnumbered).
  3469 | D:3      | 3469 ||| Stepping ~*~*~tactically~*~*~ (outnumbered).
  3471 | D:3      | 3471 ||| Stepping ~*~*~tactically~*~*~ (outnumbered).
  3473 | D:3      | 3473 ||| Stepping ~*~*~tactically~*~*~ (outnumbered).
  3475 | D:3      | 3475 ||| Stepping ~*~*~tactically~*~*~ (outnumbered).
  3477 | D:3      | 3477 ||| Stepping ~*~*~tactically~*~*~ (outnumbered).
  3479 | D:3      | 3479 ||| Stepping ~*~*~tactically~*~*~ (outnumbered).
  3481 | D:3      | 3481 ||| Stepping ~*~*~tactically~*~*~ (outnumbered).
  3483 | D:3      | 3483 ||| Stepping ~*~*~tactically~*~*~ (outnumbered).
  3485 | D:3      | 3485 ||| Stepping ~*~*~tactically~*~*~ (outnumbered).
  3487 | D:3      | 3487 ||| Stepping ~*~*~tactically~*~*~ (outnumbered).
  3489 | D:3      | 3489 ||| Stepping ~*~*~tactically~*~*~ (outnumbered).
  3491 | D:3      | 3491 ||| Stepping ~*~*~tactically~*~*~ (outnumbered).
  3493 | D:3      | 3493 ||| Stepping ~*~*~tactically~*~*~ (outnumbered).
  3495 | D:3      | 3495 ||| Stepping ~*~*~tactically~*~*~ (outnumbered).
  3497 | D:3      | 3497 ||| Stepping ~*~*~tactically~*~*~ (outnumbered).
  3499 | D:3      | 3499 ||| Stepping ~*~*~tactically~*~*~ (outnumbered).
  3501 | D:3      | 3501 ||| Stepping ~*~*~tactically~*~*~ (outnumbered).
  3503 | D:3      | 3503 ||| Stepping ~*~*~tactically~*~*~ (outnumbered).
  3505 | D:3      | 3505 ||| Stepping ~*~*~tactically~*~*~ (outnumbered).
  3507 | D:3      | 3507 ||| Stepping ~*~*~tactically~*~*~ (outnumbered).
  3509 | D:3      | 3509 ||| Stepping ~*~*~tactically~*~*~ (outnumbered).
  3511 | D:3      | 3511 ||| Stepping ~*~*~tactically~*~*~ (outnumbered).
  3513 | D:3      | 3513 ||| Stepping ~*~*~tactically~*~*~ (outnumbered).
  3515 | D:3      | 3515 ||| Stepping ~*~*~tactically~*~*~ (outnumbered).
  3517 | D:3      | 3517 ||| Stepping ~*~*~tactically~*~*~ (outnumbered).
  3519 | D:3      | 3519 ||| Stepping ~*~*~tactically~*~*~ (outnumbered).
  3521 | D:3      | 3521 ||| Stepping ~*~*~tactically~*~*~ (outnumbered).
  3523 | D:3      | 3523 ||| Stepping ~*~*~tactically~*~*~ (outnumbered).
  3525 | D:3      | 3525 ||| Stepping ~*~*~tactically~*~*~ (outnumbered).
  3527 | D:3      | 3527 ||| Stepping ~*~*~tactically~*~*~ (outnumbered).
  3529 | D:3      | 3529 ||| Stepping ~*~*~tactically~*~*~ (outnumbered).
  3531 | D:3      | 3531 ||| Stepping ~*~*~tactically~*~*~ (outnumbered).
  3533 | D:3      | 3533 ||| Stepping ~*~*~tactically~*~*~ (outnumbered).
  3535 | D:3      | 3535 ||| Stepping ~*~*~tactically~*~*~ (outnumbered).
  3537 | D:3      | 3537 ||| Stepping ~*~*~tactically~*~*~ (outnumbered).
  3539 | D:3      | 3539 ||| Stepping ~*~*~tactically~*~*~ (outnumbered).
  3541 | D:3      | 3541 ||| Stepping ~*~*~tactically~*~*~ (outnumbered).
  3543 | D:3      | 3543 ||| Stepping ~*~*~tactically~*~*~ (outnumbered).
  3545 | D:3      | 3545 ||| Stepping ~*~*~tactically~*~*~ (outnumbered).
  3547 | D:3      | 3547 ||| Stepping ~*~*~tactically~*~*~ (outnumbered).
  3549 | D:3      | 3549 ||| Stepping ~*~*~tactically~*~*~ (outnumbered).
  3551 | D:3      | 3551 ||| Stepping ~*~*~tactically~*~*~ (outnumbered).
  3553 | D:3      | 3553 ||| Stepping ~*~*~tactically~*~*~ (outnumbered).
  3555 | D:3      | 3555 ||| Stepping ~*~*~tactically~*~*~ (outnumbered).
  3557 | D:3      | 3557 ||| Stepping ~*~*~tactically~*~*~ (outnumbered).
  3559 | D:3      | 3559 ||| Stepping ~*~*~tactically~*~*~ (outnumbered).
  3561 | D:3      | 3561 ||| Stepping ~*~*~tactically~*~*~ (outnumbered).
  3563 | D:3      | 3563 ||| Stepping ~*~*~tactically~*~*~ (outnumbered).
  3565 | D:3      | 3565 ||| Stepping ~*~*~tactically~*~*~ (outnumbered).
  3567 | D:3      | 3567 ||| Stepping ~*~*~tactically~*~*~ (outnumbered).
  3569 | D:3      | 3569 ||| Stepping ~*~*~tactically~*~*~ (outnumbered).
  3571 | D:3      | 3571 ||| Stepping ~*~*~tactically~*~*~ (outnumbered).
  3573 | D:3      | 3573 ||| Stepping ~*~*~tactically~*~*~ (outnumbered).
  3575 | D:3      | 3575 ||| Stepping ~*~*~tactically~*~*~ (outnumbered).
  3577 | D:3      | 3577 ||| Stepping ~*~*~tactically~*~*~ (outnumbered).
  3579 | D:3      | 3579 ||| Stepping ~*~*~tactically~*~*~ (outnumbered).
  3581 | D:3      | 3581 ||| Stepping ~*~*~tactically~*~*~ (outnumbered).
  3583 | D:3      | 3583 ||| Stepping ~*~*~tactically~*~*~ (outnumbered).
  3585 | D:3      | 3585 ||| Stepping ~*~*~tactically~*~*~ (outnumbered).
  3587 | D:3      | 3587 ||| Stepping ~*~*~tactically~*~*~ (outnumbered).
  3589 | D:3      | 3589 ||| Stepping ~*~*~tactically~*~*~ (outnumbered).
  3591 | D:3      | 3591 ||| Stepping ~*~*~tactically~*~*~ (outnumbered).
  3593 | D:3      | 3593 ||| Stepping ~*~*~tactically~*~*~ (outnumbered).
  3595 | D:3      | 3595 ||| Stepping ~*~*~tactically~*~*~ (outnumbered).
  3597 | D:3      | 3597 ||| Stepping ~*~*~tactically~*~*~ (outnumbered).
  3599 | D:3      | 3599 ||| Stepping ~*~*~tactically~*~*~ (outnumbered).
  3601 | D:3      | 3601 ||| Stepping ~*~*~tactically~*~*~ (outnumbered).
  3603 | D:3      | 3603 ||| Stepping ~*~*~tactically~*~*~ (outnumbered).
  3605 | D:3      | 3605 ||| Stepping ~*~*~tactically~*~*~ (outnumbered).
  3607 | D:3      | 3607 ||| Stepping ~*~*~tactically~*~*~ (outnumbered).
  3609 | D:3      | 3609 ||| Stepping ~*~*~tactically~*~*~ (outnumbered).
  3611 | D:3      | 3611 ||| Stepping ~*~*~tactically~*~*~ (outnumbered).
  3613 | D:3      | 3613 ||| Stepping ~*~*~tactically~*~*~ (outnumbered).
  3615 | D:3      | 3615 ||| Stepping ~*~*~tactically~*~*~ (outnumbered).
  3617 | D:3      | 3617 ||| Stepping ~*~*~tactically~*~*~ (outnumbered).
  3619 | D:3      | 3619 ||| Stepping ~*~*~tactically~*~*~ (outnumbered).
  3621 | D:3      | 3621 ||| Stepping ~*~*~tactically~*~*~ (outnumbered).
  3623 | D:3      | 3623 ||| Stepping ~*~*~tactically~*~*~ (outnumbered).
  3625 | D:3      | 3625 ||| Stepping ~*~*~tactically~*~*~ (outnumbered).
  3627 | D:3      | 3627 ||| Stepping ~*~*~tactically~*~*~ (outnumbered).
  3629 | D:3      | 3629 ||| Stepping ~*~*~tactically~*~*~ (outnumbered).
  3631 | D:3      | 3631 ||| Stepping ~*~*~tactically~*~*~ (outnumbered).
  3633 | D:3      | 3633 ||| Stepping ~*~*~tactically~*~*~ (outnumbered).
  3635 | D:3      | 3635 ||| Stepping ~*~*~tactically~*~*~ (outnumbered).
  3637 | D:3      | 3637 ||| Stepping ~*~*~tactically~*~*~ (outnumbered).
  3639 | D:3      | 3639 ||| Stepping ~*~*~tactically~*~*~ (outnumbered).
  3641 | D:3      | 3641 ||| Stepping ~*~*~tactically~*~*~ (outnumbered).
  3643 | D:3      | 3643 ||| Stepping ~*~*~tactically~*~*~ (outnumbered).
  3645 | D:3      | 3645 ||| Stepping ~*~*~tactically~*~*~ (outnumbered).
  3647 | D:3      | 3647 ||| Stepping ~*~*~tactically~*~*~ (outnumbered).
  3649 | D:3      | 3649 ||| Stepping ~*~*~tactically~*~*~ (outnumbered).
  3651 | D:3      | 3651 ||| Stepping ~*~*~tactically~*~*~ (outnumbered).
  3653 | D:3      | 3653 ||| Stepping ~*~*~tactically~*~*~ (outnumbered).
  3655 | D:3      | 3655 ||| Stepping ~*~*~tactically~*~*~ (outnumbered).
  3657 | D:3      | 3657 ||| Stepping ~*~*~tactically~*~*~ (outnumbered).
  3659 | D:3      | 3659 ||| Stepping ~*~*~tactically~*~*~ (outnumbered).
  3661 | D:3      | 3661 ||| Stepping ~*~*~tactically~*~*~ (outnumbered).
  3663 | D:3      | 3663 ||| Stepping ~*~*~tactically~*~*~ (outnumbered).
  3665 | D:3      | 3665 ||| Stepping ~*~*~tactically~*~*~ (outnumbered).
  3667 | D:3      | 3667 ||| Stepping ~*~*~tactically~*~*~ (outnumbered).
  3669 | D:3      | 3669 ||| Stepping ~*~*~tactically~*~*~ (outnumbered).
  3671 | D:3      | 3671 ||| Stepping ~*~*~tactically~*~*~ (outnumbered).
  3673 | D:3      | 3673 ||| Stepping ~*~*~tactically~*~*~ (outnumbered).
  3675 | D:3      | 3675 ||| Stepping ~*~*~tactically~*~*~ (outnumbered).
  3677 | D:3      | 3677 ||| Stepping ~*~*~tactically~*~*~ (outnumbered).
  3679 | D:3      | 3679 ||| Stepping ~*~*~tactically~*~*~ (outnumbered).
  3681 | D:3      | 3681 ||| Stepping ~*~*~tactically~*~*~ (outnumbered).
  3683 | D:3      | 3683 ||| Stepping ~*~*~tactically~*~*~ (outnumbered).
  3685 | D:3      | 3685 ||| Stepping ~*~*~tactically~*~*~ (outnumbered).
  3687 | D:3      | 3687 ||| Stepping ~*~*~tactically~*~*~ (outnumbered).
  3689 | D:3      | 3689 ||| Stepping ~*~*~tactically~*~*~ (outnumbered).
  3691 | D:3      | 3691 ||| Stepping ~*~*~tactically~*~*~ (outnumbered).
  3693 | D:3      | 3693 ||| Stepping ~*~*~tactically~*~*~ (outnumbered).
  3695 | D:3      | 3695 ||| Stepping ~*~*~tactically~*~*~ (outnumbered).
  3697 | D:3      | 3697 ||| Stepping ~*~*~tactically~*~*~ (outnumbered).
  3699 | D:3      | 3699 ||| Stepping ~*~*~tactically~*~*~ (outnumbered).
  3701 | D:3      | 3701 ||| Stepping ~*~*~tactically~*~*~ (outnumbered).
  3703 | D:3      | 3703 ||| Stepping ~*~*~tactically~*~*~ (outnumbered).
  3705 | D:3      | 3705 ||| Stepping ~*~*~tactically~*~*~ (outnumbered).
  3707 | D:3      | 3707 ||| Stepping ~*~*~tactically~*~*~ (outnumbered).
  3709 | D:3      | 3709 ||| Stepping ~*~*~tactically~*~*~ (outnumbered).
  3711 | D:3      | 3711 ||| Stepping ~*~*~tactically~*~*~ (outnumbered).
  3713 | D:3      | 3713 ||| Stepping ~*~*~tactically~*~*~ (outnumbered).
  3715 | D:3      | 3715 ||| Stepping ~*~*~tactically~*~*~ (outnumbered).
  3717 | D:3      | 3717 ||| Stepping ~*~*~tactically~*~*~ (outnumbered).
  3719 | D:3      | 3719 ||| Stepping ~*~*~tactically~*~*~ (outnumbered).
  3721 | D:3      | 3721 ||| Stepping ~*~*~tactically~*~*~ (outnumbered).
  3723 | D:3      | 3723 ||| Stepping ~*~*~tactically~*~*~ (outnumbered).
  3725 | D:3      | 3725 ||| Stepping ~*~*~tactically~*~*~ (outnumbered).
  3727 | D:3      | 3727 ||| Stepping ~*~*~tactically~*~*~ (outnumbered).
  3729 | D:3      | 3729 ||| Stepping ~*~*~tactically~*~*~ (outnumbered).
  3731 | D:3      | 3731 ||| Stepping ~*~*~tactically~*~*~ (outnumbered).
  3733 | D:3      | 3733 ||| Stepping ~*~*~tactically~*~*~ (outnumbered).
  3735 | D:3      | 3735 ||| Stepping ~*~*~tactically~*~*~ (outnumbered).
  3737 | D:3      | 3737 ||| Stepping ~*~*~tactically~*~*~ (outnumbered).
  3739 | D:3      | 3739 ||| Stepping ~*~*~tactically~*~*~ (outnumbered).
  3741 | D:3      | 3741 ||| Stepping ~*~*~tactically~*~*~ (outnumbered).
  3743 | D:3      | 3743 ||| Stepping ~*~*~tactically~*~*~ (outnumbered).
  3745 | D:3      | 3745 ||| Stepping ~*~*~tactically~*~*~ (outnumbered).
  3747 | D:3      | 3747 ||| Stepping ~*~*~tactically~*~*~ (outnumbered).
  3749 | D:3      | 3749 ||| Stepping ~*~*~tactically~*~*~ (outnumbered).
  3751 | D:3      | 3751 ||| Stepping ~*~*~tactically~*~*~ (outnumbered).
  3753 | D:3      | 3753 ||| Stepping ~*~*~tactically~*~*~ (outnumbered).
  3755 | D:3      | 3755 ||| Stepping ~*~*~tactically~*~*~ (outnumbered).
  3757 | D:3      | 3757 ||| Stepping ~*~*~tactically~*~*~ (outnumbered).
  3759 | D:3      | 3759 ||| Stepping ~*~*~tactically~*~*~ (outnumbered).
  3761 | D:3      | 3761 ||| Stepping ~*~*~tactically~*~*~ (outnumbered).
  3763 | D:3      | 3763 ||| Stepping ~*~*~tactically~*~*~ (outnumbered).
  3765 | D:3      | 3765 ||| Stepping ~*~*~tactically~*~*~ (outnumbered).
  3767 | D:3      | 3767 ||| Stepping ~*~*~tactically~*~*~ (outnumbered).
  3769 | D:3      | 3769 ||| Stepping ~*~*~tactically~*~*~ (outnumbered).
  3771 | D:3      | 3771 ||| Stepping ~*~*~tactically~*~*~ (outnumbered).
  3773 | D:3      | 3773 ||| Stepping ~*~*~tactically~*~*~ (outnumbered).
  3775 | D:3      | 3775 ||| Stepping ~*~*~tactically~*~*~ (outnumbered).
  3777 | D:3      | 3777 ||| Stepping ~*~*~tactically~*~*~ (outnumbered).
  3779 | D:3      | 3779 ||| Stepping ~*~*~tactically~*~*~ (outnumbered).
  3781 | D:3      | 3781 ||| Stepping ~*~*~tactically~*~*~ (outnumbered).
  3783 | D:3      | 3783 ||| Stepping ~*~*~tactically~*~*~ (outnumbered).
  3785 | D:3      | 3785 ||| Stepping ~*~*~tactically~*~*~ (outnumbered).
  3787 | D:3      | 3787 ||| Stepping ~*~*~tactically~*~*~ (outnumbered).
  3789 | D:3      | 3789 ||| Stepping ~*~*~tactically~*~*~ (outnumbered).
  3791 | D:3      | 3791 ||| Stepping ~*~*~tactically~*~*~ (outnumbered).
  3793 | D:3      | 3793 ||| Stepping ~*~*~tactically~*~*~ (outnumbered).
  3795 | D:3      | 3795 ||| Stepping ~*~*~tactically~*~*~ (outnumbered).
  3797 | D:3      | 3797 ||| Stepping ~*~*~tactically~*~*~ (outnumbered).
  3799 | D:3      | 3799 ||| Stepping ~*~*~tactically~*~*~ (outnumbered).
  3801 | D:3      | 3801 ||| Stepping ~*~*~tactically~*~*~ (outnumbered).
  3803 | D:3      | 3803 ||| Stepping ~*~*~tactically~*~*~ (outnumbered).
  3805 | D:3      | 3805 ||| Stepping ~*~*~tactically~*~*~ (outnumbered).
  3807 | D:3      | 3807 ||| Stepping ~*~*~tactically~*~*~ (outnumbered).
  3809 | D:3      | 3809 ||| Stepping ~*~*~tactically~*~*~ (outnumbered).
  3811 | D:3      | 3811 ||| Stepping ~*~*~tactically~*~*~ (outnumbered).
  3813 | D:3      | 3813 ||| Stepping ~*~*~tactically~*~*~ (outnumbered).
  3815 | D:3      | 3815 ||| Stepping ~*~*~tactically~*~*~ (outnumbered).
  3817 | D:3      | 3817 ||| Stepping ~*~*~tactically~*~*~ (outnumbered).
  3819 | D:3      | 3819 ||| Stepping ~*~*~tactically~*~*~ (outnumbered).
  3821 | D:3      | 3821 ||| Stepping ~*~*~tactically~*~*~ (outnumbered).
  3823 | D:3      | 3823 ||| Stepping ~*~*~tactically~*~*~ (outnumbered).
  3825 | D:3      | 3825 ||| Stepping ~*~*~tactically~*~*~ (outnumbered).
  3827 | D:3      | 3827 ||| Stepping ~*~*~tactically~*~*~ (outnumbered).
  3829 | D:3      | 3829 ||| Stepping ~*~*~tactically~*~*~ (outnumbered).
  3831 | D:3      | 3831 ||| Stepping ~*~*~tactically~*~*~ (outnumbered).
  3833 | D:3      | 3833 ||| Stepping ~*~*~tactically~*~*~ (outnumbered).
  3835 | D:3      | 3835 ||| Stepping ~*~*~tactically~*~*~ (outnumbered).
  3837 | D:3      | 3837 ||| Stepping ~*~*~tactically~*~*~ (outnumbered).
  3839 | D:3      | 3839 ||| Stepping ~*~*~tactically~*~*~ (outnumbered).
  3841 | D:3      | 3841 ||| Stepping ~*~*~tactically~*~*~ (outnumbered).
  3843 | D:3      | 3843 ||| Stepping ~*~*~tactically~*~*~ (outnumbered).
  3845 | D:3      | 3845 ||| Stepping ~*~*~tactically~*~*~ (outnumbered).
  3847 | D:3      | 3847 ||| Stepping ~*~*~tactically~*~*~ (outnumbered).
  3849 | D:3      | 3849 ||| Stepping ~*~*~tactically~*~*~ (outnumbered).
  3851 | D:3      | 3851 ||| Stepping ~*~*~tactically~*~*~ (outnumbered).
  3853 | D:3      | 3853 ||| Stepping ~*~*~tactically~*~*~ (outnumbered).
  3855 | D:3      | 3855 ||| Stepping ~*~*~tactically~*~*~ (outnumbered).
  3857 | D:3      | 3857 ||| Stepping ~*~*~tactically~*~*~ (outnumbered).
  3859 | D:3      | 3859 ||| Stepping ~*~*~tactically~*~*~ (outnumbered).
  3861 | D:3      | 3861 ||| Stepping ~*~*~tactically~*~*~ (outnumbered).
  3863 | D:3      | 3863 ||| Stepping ~*~*~tactically~*~*~ (outnumbered).
  3865 | D:3      | 3865 ||| Stepping ~*~*~tactically~*~*~ (outnumbered).
  3867 | D:3      | 3867 ||| Stepping ~*~*~tactically~*~*~ (outnumbered).
  3869 | D:3      | 3869 ||| Stepping ~*~*~tactically~*~*~ (outnumbered).
  3871 | D:3      | 3871 ||| Stepping ~*~*~tactically~*~*~ (outnumbered).
  3873 | D:3      | 3873 ||| Stepping ~*~*~tactically~*~*~ (outnumbered).
  3875 | D:3      | 3875 ||| Stepping ~*~*~tactically~*~*~ (outnumbered).
  3877 | D:3      | 3877 ||| Stepping ~*~*~tactically~*~*~ (outnumbered).
  3879 | D:3      | 3879 ||| Stepping ~*~*~tactically~*~*~ (outnumbered).
  3881 | D:3      | 3881 ||| Stepping ~*~*~tactically~*~*~ (outnumbered).
  3883 | D:3      | 3883 ||| Stepping ~*~*~tactically~*~*~ (outnumbered).
  3885 | D:3      | 3885 ||| Stepping ~*~*~tactically~*~*~ (outnumbered).
  3887 | D:3      | 3887 ||| Stepping ~*~*~tactically~*~*~ (outnumbered).
  3889 | D:3      | 3889 ||| Stepping ~*~*~tactically~*~*~ (outnumbered).
  3891 | D:3      | 3891 ||| Stepping ~*~*~tactically~*~*~ (outnumbered).
  3893 | D:3      | 3893 ||| Stepping ~*~*~tactically~*~*~ (outnumbered).
  3895 | D:3      | 3895 ||| Stepping ~*~*~tactically~*~*~ (outnumbered).
  3897 | D:3      | 3897 ||| Stepping ~*~*~tactically~*~*~ (outnumbered).
  3899 | D:3      | 3899 ||| Stepping ~*~*~tactically~*~*~ (outnumbered).
  3901 | D:3      | 3901 ||| Stepping ~*~*~tactically~*~*~ (outnumbered).
  3903 | D:3      | 3903 ||| Stepping ~*~*~tactically~*~*~ (outnumbered).
  3905 | D:3      | 3905 ||| Stepping ~*~*~tactically~*~*~ (outnumbered).
  3907 | D:3      | 3907 ||| Stepping ~*~*~tactically~*~*~ (outnumbered).
  3909 | D:3      | 3909 ||| Stepping ~*~*~tactically~*~*~ (outnumbered).
  3911 | D:3      | 3911 ||| Stepping ~*~*~tactically~*~*~ (outnumbered).
  3913 | D:3      | 3913 ||| Stepping ~*~*~tactically~*~*~ (outnumbered).
  3915 | D:3      | 3915 ||| Stepping ~*~*~tactically~*~*~ (outnumbered).
  3917 | D:3      | 3917 ||| Stepping ~*~*~tactically~*~*~ (outnumbered).
  3919 | D:3      | 3919 ||| Stepping ~*~*~tactically~*~*~ (outnumbered).
  3921 | D:3      | 3921 ||| Stepping ~*~*~tactically~*~*~ (outnumbered).
  3923 | D:3      | 3923 ||| Stepping ~*~*~tactically~*~*~ (outnumbered).
  3925 | D:3      | 3925 ||| Stepping ~*~*~tactically~*~*~ (outnumbered).
  3927 | D:3      | 3927 ||| Stepping ~*~*~tactically~*~*~ (outnumbered).
  3929 | D:3      | 3929 ||| Stepping ~*~*~tactically~*~*~ (outnumbered).
  3931 | D:3      | 3931 ||| Stepping ~*~*~tactically~*~*~ (outnumbered).
  3933 | D:3      | 3933 ||| Stepping ~*~*~tactically~*~*~ (outnumbered).
  3935 | D:3      | 3935 ||| Stepping ~*~*~tactically~*~*~ (outnumbered).
  3937 | D:3      | 3937 ||| Stepping ~*~*~tactically~*~*~ (outnumbered).
  3939 | D:3      | 3939 ||| Stepping ~*~*~tactically~*~*~ (outnumbered).
  3941 | D:3      | 3941 ||| Stepping ~*~*~tactically~*~*~ (outnumbered).
  3943 | D:3      | 3943 ||| Stepping ~*~*~tactically~*~*~ (outnumbered).
  3945 | D:3      | 3945 ||| Stepping ~*~*~tactically~*~*~ (outnumbered).
  3947 | D:3      | 3947 ||| Stepping ~*~*~tactically~*~*~ (outnumbered).
  3949 | D:3      | 3949 ||| Stepping ~*~*~tactically~*~*~ (outnumbered).
  3951 | D:3      | 3951 ||| Stepping ~*~*~tactically~*~*~ (outnumbered).
  3953 | D:3      | 3953 ||| Stepping ~*~*~tactically~*~*~ (outnumbered).
  3955 | D:3      | 3955 ||| Stepping ~*~*~tactically~*~*~ (outnumbered).
  3957 | D:3      | 3957 ||| Stepping ~*~*~tactically~*~*~ (outnumbered).
  3959 | D:3      | 3959 ||| Stepping ~*~*~tactically~*~*~ (outnumbered).
  3961 | D:3      | 3961 ||| Stepping ~*~*~tactically~*~*~ (outnumbered).
  3963 | D:3      | 3963 ||| Stepping ~*~*~tactically~*~*~ (outnumbered).
  3965 | D:3      | 3965 ||| Stepping ~*~*~tactically~*~*~ (outnumbered).
  3967 | D:3      | 3967 ||| Stepping ~*~*~tactically~*~*~ (outnumbered).
  3969 | D:3      | 3969 ||| Stepping ~*~*~tactically~*~*~ (outnumbered).
  3971 | D:3      | 3971 ||| Stepping ~*~*~tactically~*~*~ (outnumbered).
  3973 | D:3      | 3973 ||| Stepping ~*~*~tactically~*~*~ (outnumbered).
  3975 | D:3      | 3975 ||| Stepping ~*~*~tactically~*~*~ (outnumbered).
  3977 | D:3      | 3977 ||| Stepping ~*~*~tactically~*~*~ (outnumbered).
  3979 | D:3      | 3979 ||| Stepping ~*~*~tactically~*~*~ (outnumbered).
  3981 | D:3      | 3981 ||| Stepping ~*~*~tactically~*~*~ (outnumbered).
  3983 | D:3      | 3983 ||| Stepping ~*~*~tactically~*~*~ (outnumbered).
  3985 | D:3      | 3985 ||| Stepping ~*~*~tactically~*~*~ (outnumbered).
  3987 | D:3      | 3987 ||| Stepping ~*~*~tactically~*~*~ (outnumbered).
  3989 | D:3      | 3989 ||| Stepping ~*~*~tactically~*~*~ (outnumbered).
  3991 | D:3      | 3991 ||| Stepping ~*~*~tactically~*~*~ (outnumbered).
  3993 | D:3      | 3993 ||| Stepping ~*~*~tactically~*~*~ (outnumbered).
  3995 | D:3      | 3995 ||| Stepping ~*~*~tactically~*~*~ (outnumbered).
  3997 | D:3      | 3997 ||| Stepping ~*~*~tactically~*~*~ (outnumbered).
  3999 | D:3      | 3999 ||| Stepping ~*~*~tactically~*~*~ (outnumbered).
  4001 | D:3      | 4001 ||| Stepping ~*~*~tactically~*~*~ (outnumbered).
  4003 | D:3      | 4003 ||| Stepping ~*~*~tactically~*~*~ (outnumbered).
  4005 | D:3      | 4005 ||| Stepping ~*~*~tactically~*~*~ (outnumbered).
  4007 | D:3      | 4007 ||| Stepping ~*~*~tactically~*~*~ (outnumbered).
  4009 | D:3      | 4009 ||| Stepping ~*~*~tactically~*~*~ (outnumbered).
  4011 | D:3      | 4011 ||| Stepping ~*~*~tactically~*~*~ (outnumbered).
  4013 | D:3      | 4013 ||| Stepping ~*~*~tactically~*~*~ (outnumbered).
  4015 | D:3      | 4015 ||| Stepping ~*~*~tactically~*~*~ (outnumbered).
  4017 | D:3      | 4017 ||| Stepping ~*~*~tactically~*~*~ (outnumbered).
  4019 | D:3      | 4019 ||| Stepping ~*~*~tactically~*~*~ (outnumbered).
  4021 | D:3      | 4021 ||| Stepping ~*~*~tactically~*~*~ (outnumbered).
  4023 | D:3      | 4023 ||| Stepping ~*~*~tactically~*~*~ (outnumbered).
  4025 | D:3      | 4025 ||| Stepping ~*~*~tactically~*~*~ (outnumbered).
  4027 | D:3      | 4027 ||| Stepping ~*~*~tactically~*~*~ (outnumbered).
  4029 | D:3      | 4029 ||| Stepping ~*~*~tactically~*~*~ (outnumbered).
  4031 | D:3      | 4031 ||| Stepping ~*~*~tactically~*~*~ (outnumbered).
  4033 | D:3      | 4033 ||| Stepping ~*~*~tactically~*~*~ (outnumbered).
  4035 | D:3      | 4035 ||| Stepping ~*~*~tactically~*~*~ (outnumbered).
  4037 | D:3      | 4037 ||| Stepping ~*~*~tactically~*~*~ (outnumbered).
  4039 | D:3      | 4039 ||| Stepping ~*~*~tactically~*~*~ (outnumbered).
  4041 | D:3      | 4041 ||| Stepping ~*~*~tactically~*~*~ (outnumbered).
  4043 | D:3      | 4043 ||| Stepping ~*~*~tactically~*~*~ (outnumbered).
  4045 | D:3      | 4045 ||| Stepping ~*~*~tactically~*~*~ (outnumbered).
  4047 | D:3      | 4047 ||| Stepping ~*~*~tactically~*~*~ (outnumbered).
  4049 | D:3      | 4049 ||| Stepping ~*~*~tactically~*~*~ (outnumbered).
  4051 | D:3      | 4051 ||| Stepping ~*~*~tactically~*~*~ (outnumbered).
  4053 | D:3      | 4053 ||| Stepping ~*~*~tactically~*~*~ (outnumbered).
  4055 | D:3      | 4055 ||| Stepping ~*~*~tactically~*~*~ (outnumbered).
  4057 | D:3      | 4057 ||| Stepping ~*~*~tactically~*~*~ (outnumbered).
  4059 | D:3      | 4059 ||| Stepping ~*~*~tactically~*~*~ (outnumbered).
  4061 | D:3      | 4061 ||| Stepping ~*~*~tactically~*~*~ (outnumbered).
  4063 | D:3      | 4063 ||| Stepping ~*~*~tactically~*~*~ (outnumbered).
  4065 | D:3      | 4065 ||| Stepping ~*~*~tactically~*~*~ (outnumbered).
  4067 | D:3      | 4067 ||| Stepping ~*~*~tactically~*~*~ (outnumbered).
  4069 | D:3      | 4069 ||| Stepping ~*~*~tactically~*~*~ (outnumbered).
  4071 | D:3      | 4071 ||| Stepping ~*~*~tactically~*~*~ (outnumbered).
  4073 | D:3      | 4073 ||| Stepping ~*~*~tactically~*~*~ (outnumbered).
  4075 | D:3      | 4075 ||| Stepping ~*~*~tactically~*~*~ (outnumbered).
  4077 | D:3      | 4077 ||| Stepping ~*~*~tactically~*~*~ (outnumbered).
  4079 | D:3      | 4079 ||| Stepping ~*~*~tactically~*~*~ (outnumbered).
  4081 | D:3      | 4081 ||| Stepping ~*~*~tactically~*~*~ (outnumbered).
  4083 | D:3      | 4083 ||| Stepping ~*~*~tactically~*~*~ (outnumbered).
  4085 | D:3      | 4085 ||| Stepping ~*~*~tactically~*~*~ (outnumbered).
  4087 | D:3      | 4087 ||| Stepping ~*~*~tactically~*~*~ (outnumbered).
  4089 | D:3      | 4089 ||| Stepping ~*~*~tactically~*~*~ (outnumbered).
  4091 | D:3      | 4091 ||| Stepping ~*~*~tactically~*~*~ (outnumbered).
  4093 | D:3      | 4093 ||| Stepping ~*~*~tactically~*~*~ (outnumbered).
  4095 | D:3      | 4095 ||| Stepping ~*~*~tactically~*~*~ (outnumbered).
  4097 | D:3      | 4097 ||| Stepping ~*~*~tactically~*~*~ (outnumbered).
  4099 | D:3      | 4099 ||| Stepping ~*~*~tactically~*~*~ (outnumbered).
  4101 | D:3      | 4101 ||| Stepping ~*~*~tactically~*~*~ (outnumbered).
  4103 | D:3      | 4103 ||| Stepping ~*~*~tactically~*~*~ (outnumbered).
  4105 | D:3      | 4105 ||| Stepping ~*~*~tactically~*~*~ (outnumbered).
  4107 | D:3      | 4107 ||| Stepping ~*~*~tactically~*~*~ (outnumbered).
  4109 | D:3      | 4109 ||| Stepping ~*~*~tactically~*~*~ (outnumbered).
  4111 | D:3      | 4111 ||| Stepping ~*~*~tactically~*~*~ (outnumbered).
  4113 | D:3      | 4113 ||| Stepping ~*~*~tactically~*~*~ (outnumbered).
  4115 | D:3      | 4115 ||| Stepping ~*~*~tactically~*~*~ (outnumbered).
  4117 | D:3      | 4117 ||| Stepping ~*~*~tactically~*~*~ (outnumbered).
  4119 | D:3      | 4119 ||| Stepping ~*~*~tactically~*~*~ (outnumbered).
  4121 | D:3      | 4121 ||| Stepping ~*~*~tactically~*~*~ (outnumbered).
  4123 | D:3      | 4123 ||| Stepping ~*~*~tactically~*~*~ (outnumbered).
  4125 | D:3      | 4125 ||| Stepping ~*~*~tactically~*~*~ (outnumbered).
  4127 | D:3      | 4127 ||| Stepping ~*~*~tactically~*~*~ (outnumbered).
  4129 | D:3      | 4129 ||| Stepping ~*~*~tactically~*~*~ (outnumbered).
  4131 | D:3      | 4131 ||| Stepping ~*~*~tactically~*~*~ (outnumbered).
  4133 | D:3      | 4133 ||| Stepping ~*~*~tactically~*~*~ (outnumbered).
  4135 | D:3      | 4135 ||| Stepping ~*~*~tactically~*~*~ (outnumbered).
  4137 | D:3      | 4137 ||| Stepping ~*~*~tactically~*~*~ (outnumbered).
  4139 | D:3      | 4139 ||| Stepping ~*~*~tactically~*~*~ (outnumbered).
  4141 | D:3      | 4141 ||| Stepping ~*~*~tactically~*~*~ (outnumbered).
  4143 | D:3      | 4143 ||| Stepping ~*~*~tactically~*~*~ (outnumbered).
  4145 | D:3      | 4145 ||| Stepping ~*~*~tactically~*~*~ (outnumbered).
  4147 | D:3      | 4147 ||| Stepping ~*~*~tactically~*~*~ (outnumbered).
  4149 | D:3      | 4149 ||| Stepping ~*~*~tactically~*~*~ (outnumbered).
  4151 | D:3      | 4151 ||| Stepping ~*~*~tactically~*~*~ (outnumbered).
  4153 | D:3      | 4153 ||| Stepping ~*~*~tactically~*~*~ (outnumbered).
  4155 | D:3      | 4155 ||| Stepping ~*~*~tactically~*~*~ (outnumbered).
  4157 | D:3      | 4157 ||| Stepping ~*~*~tactically~*~*~ (outnumbered).
  4159 | D:3      | 4159 ||| Stepping ~*~*~tactically~*~*~ (outnumbered).
  4161 | D:3      | 4161 ||| Stepping ~*~*~tactically~*~*~ (outnumbered).
  4163 | D:3      | 4163 ||| Stepping ~*~*~tactically~*~*~ (outnumbered).
  4165 | D:3      | 4165 ||| Stepping ~*~*~tactically~*~*~ (outnumbered).
  4167 | D:3      | 4167 ||| Stepping ~*~*~tactically~*~*~ (outnumbered).
  4169 | D:3      | 4169 ||| Stepping ~*~*~tactically~*~*~ (outnumbered).
  4171 | D:3      | 4171 ||| Stepping ~*~*~tactically~*~*~ (outnumbered).
  4173 | D:3      | 4173 ||| Stepping ~*~*~tactically~*~*~ (outnumbered).
  4175 | D:3      | 4175 ||| Stepping ~*~*~tactically~*~*~ (outnumbered).
  4177 | D:3      | 4177 ||| Stepping ~*~*~tactically~*~*~ (outnumbered).
  4179 | D:3      | 4179 ||| Stepping ~*~*~tactically~*~*~ (outnumbered).
  4181 | D:3      | 4181 ||| Stepping ~*~*~tactically~*~*~ (outnumbered).
  4183 | D:3      | 4183 ||| Stepping ~*~*~tactically~*~*~ (outnumbered).
  4185 | D:3      | 4185 ||| Stepping ~*~*~tactically~*~*~ (outnumbered).
  4187 | D:3      | 4187 ||| Stepping ~*~*~tactically~*~*~ (outnumbered).
  4189 | D:3      | 4189 ||| Stepping ~*~*~tactically~*~*~ (outnumbered).
  4191 | D:3      | 4191 ||| Stepping ~*~*~tactically~*~*~ (outnumbered).
  4193 | D:3      | 4193 ||| Stepping ~*~*~tactically~*~*~ (outnumbered).
  4195 | D:3      | 4195 ||| Stepping ~*~*~tactically~*~*~ (outnumbered).
  4197 | D:3      | 4197 ||| Stepping ~*~*~tactically~*~*~ (outnumbered).
  4199 | D:3      | 4199 ||| Stepping ~*~*~tactically~*~*~ (outnumbered).
  4201 | D:3      | 4201 ||| Stepping ~*~*~tactically~*~*~ (outnumbered).
  4203 | D:3      | 4203 ||| Stepping ~*~*~tactically~*~*~ (outnumbered).
  4205 | D:3      | 4205 ||| Stepping ~*~*~tactically~*~*~ (outnumbered).
  4207 | D:3      | 4207 ||| Stepping ~*~*~tactically~*~*~ (outnumbered).
  4209 | D:3      | 4209 ||| Stepping ~*~*~tactically~*~*~ (outnumbered).
  4211 | D:3      | 4211 ||| Stepping ~*~*~tactically~*~*~ (outnumbered).
  4213 | D:3      | 4213 ||| Stepping ~*~*~tactically~*~*~ (outnumbered).
  4215 | D:3      | 4215 ||| Stepping ~*~*~tactically~*~*~ (outnumbered).
  4217 | D:3      | 4217 ||| Stepping ~*~*~tactically~*~*~ (outnumbered).
  4219 | D:3      | 4219 ||| Stepping ~*~*~tactically~*~*~ (outnumbered).
  4221 | D:3      | 4221 ||| Stepping ~*~*~tactically~*~*~ (outnumbered).
  4223 | D:3      | 4223 ||| Stepping ~*~*~tactically~*~*~ (outnumbered).
  4225 | D:3      | 4225 ||| Stepping ~*~*~tactically~*~*~ (outnumbered).
  4227 | D:3      | 4227 ||| Stepping ~*~*~tactically~*~*~ (outnumbered).
  4229 | D:3      | 4229 ||| Stepping ~*~*~tactically~*~*~ (outnumbered).
  4231 | D:3      | 4231 ||| Stepping ~*~*~tactically~*~*~ (outnumbered).
  4233 | D:3      | 4233 ||| Stepping ~*~*~tactically~*~*~ (outnumbered).
  4235 | D:3      | 4235 ||| Stepping ~*~*~tactically~*~*~ (outnumbered).
  4237 | D:3      | 4237 ||| Stepping ~*~*~tactically~*~*~ (outnumbered).
  4239 | D:3      | 4239 ||| Stepping ~*~*~tactically~*~*~ (outnumbered).
  4241 | D:3      | 4241 ||| Stepping ~*~*~tactically~*~*~ (outnumbered).
  4243 | D:3      | 4243 ||| Stepping ~*~*~tactically~*~*~ (outnumbered).
  4245 | D:3      | 4245 ||| Stepping ~*~*~tactically~*~*~ (outnumbered).
  4247 | D:3      | 4247 ||| Stepping ~*~*~tactically~*~*~ (outnumbered).
  4249 | D:3      | 4249 ||| Stepping ~*~*~tactically~*~*~ (outnumbered).
  4251 | D:3      | 4251 ||| Stepping ~*~*~tactically~*~*~ (outnumbered).
  4253 | D:3      | 4253 ||| Stepping ~*~*~tactically~*~*~ (outnumbered).
  4255 | D:3      | 4255 ||| Stepping ~*~*~tactically~*~*~ (outnumbered).
  4257 | D:3      | 4257 ||| Stepping ~*~*~tactically~*~*~ (outnumbered).
  4259 | D:3      | 4259 ||| Stepping ~*~*~tactically~*~*~ (outnumbered).
  4261 | D:3      | 4261 ||| Stepping ~*~*~tactically~*~*~ (outnumbered).
  4263 | D:3      | 4263 ||| Stepping ~*~*~tactically~*~*~ (outnumbered).
  4265 | D:3      | 4265 ||| Stepping ~*~*~tactically~*~*~ (outnumbered).
  4267 | D:3      | 4267 ||| Stepping ~*~*~tactically~*~*~ (outnumbered).
  4269 | D:3      | 4269 ||| Stepping ~*~*~tactically~*~*~ (outnumbered).
  4271 | D:3      | 4271 ||| Stepping ~*~*~tactically~*~*~ (outnumbered).
  4273 | D:3      | 4273 ||| Stepping ~*~*~tactically~*~*~ (outnumbered).
  4275 | D:3      | 4275 ||| Stepping ~*~*~tactically~*~*~ (outnumbered).
  4277 | D:3      | 4277 ||| Stepping ~*~*~tactically~*~*~ (outnumbered).
  4279 | D:3      | 4279 ||| Stepping ~*~*~tactically~*~*~ (outnumbered).
  4281 | D:3      | 4281 ||| Stepping ~*~*~tactically~*~*~ (outnumbered).
  4283 | D:3      | 4283 ||| Stepping ~*~*~tactically~*~*~ (outnumbered).
  4285 | D:3      | 4285 ||| Stepping ~*~*~tactically~*~*~ (outnumbered).
  4287 | D:3      | 4287 ||| Stepping ~*~*~tactically~*~*~ (outnumbered).
  4289 | D:3      | 4289 ||| Stepping ~*~*~tactically~*~*~ (outnumbered).
  4291 | D:3      | 4291 ||| Stepping ~*~*~tactically~*~*~ (outnumbered).
  4293 | D:3      | 4293 ||| Stepping ~*~*~tactically~*~*~ (outnumbered).
  4295 | D:3      | 4295 ||| Stepping ~*~*~tactically~*~*~ (outnumbered).
  4297 | D:3      | 4297 ||| Stepping ~*~*~tactically~*~*~ (outnumbered).
  4299 | D:3      | 4299 ||| Stepping ~*~*~tactically~*~*~ (outnumbered).
  4301 | D:3      | 4301 ||| Stepping ~*~*~tactically~*~*~ (outnumbered).
  4303 | D:3      | 4303 ||| Stepping ~*~*~tactically~*~*~ (outnumbered).
  4305 | D:3      | 4305 ||| Stepping ~*~*~tactically~*~*~ (outnumbered).
  4307 | D:3      | 4307 ||| Stepping ~*~*~tactically~*~*~ (outnumbered).
  4309 | D:3      | 4309 ||| Stepping ~*~*~tactically~*~*~ (outnumbered).
  4311 | D:3      | 4311 ||| Stepping ~*~*~tactically~*~*~ (outnumbered).
  4313 | D:3      | 4313 ||| Stepping ~*~*~tactically~*~*~ (outnumbered).
  4315 | D:3      | 4315 ||| Stepping ~*~*~tactically~*~*~ (outnumbered).
  4317 | D:3      | 4317 ||| Stepping ~*~*~tactically~*~*~ (outnumbered).
  4319 | D:3      | 4319 ||| Stepping ~*~*~tactically~*~*~ (outnumbered).
  4321 | D:3      | 4321 ||| Stepping ~*~*~tactically~*~*~ (outnumbered).
  4323 | D:3      | 4323 ||| Stepping ~*~*~tactically~*~*~ (outnumbered).
  4325 | D:3      | 4325 ||| Stepping ~*~*~tactically~*~*~ (outnumbered).
  4327 | D:3      | 4327 ||| Stepping ~*~*~tactically~*~*~ (outnumbered).
  4329 | D:3      | 4329 ||| Stepping ~*~*~tactically~*~*~ (outnumbered).
  4331 | D:3      | 4331 ||| Stepping ~*~*~tactically~*~*~ (outnumbered).
  4333 | D:3      | 4333 ||| Stepping ~*~*~tactically~*~*~ (outnumbered).
  4335 | D:3      | 4335 ||| Stepping ~*~*~tactically~*~*~ (outnumbered).
  4337 | D:3      | 4337 ||| Stepping ~*~*~tactically~*~*~ (outnumbered).
  4339 | D:3      | 4339 ||| Stepping ~*~*~tactically~*~*~ (outnumbered).
  4341 | D:3      | 4341 ||| Stepping ~*~*~tactically~*~*~ (outnumbered).
  4343 | D:3      | 4343 ||| Stepping ~*~*~tactically~*~*~ (outnumbered).
  4345 | D:3      | 4345 ||| Stepping ~*~*~tactically~*~*~ (outnumbered).
  4347 | D:3      | 4347 ||| Stepping ~*~*~tactically~*~*~ (outnumbered).
  4349 | D:3      | 4349 ||| Stepping ~*~*~tactically~*~*~ (outnumbered).
  4351 | D:3      | 4351 ||| Stepping ~*~*~tactically~*~*~ (outnumbered).
  4353 | D:3      | 4353 ||| Stepping ~*~*~tactically~*~*~ (outnumbered).
  4355 | D:3      | 4355 ||| Stepping ~*~*~tactically~*~*~ (outnumbered).
  4357 | D:3      | 4357 ||| Stepping ~*~*~tactically~*~*~ (outnumbered).
  4359 | D:3      | 4359 ||| Stepping ~*~*~tactically~*~*~ (outnumbered).
  4361 | D:3      | 4361 ||| Stepping ~*~*~tactically~*~*~ (outnumbered).
  4363 | D:3      | 4363 ||| Stepping ~*~*~tactically~*~*~ (outnumbered).
  4365 | D:3      | 4365 ||| Stepping ~*~*~tactically~*~*~ (outnumbered).
  4367 | D:3      | 4367 ||| Stepping ~*~*~tactically~*~*~ (outnumbered).
  4369 | D:3      | 4369 ||| Stepping ~*~*~tactically~*~*~ (outnumbered).
  4371 | D:3      | 4371 ||| Stepping ~*~*~tactically~*~*~ (outnumbered).
  4373 | D:3      | 4373 ||| Stepping ~*~*~tactically~*~*~ (outnumbered).
  4375 | D:3      | 4375 ||| Stepping ~*~*~tactically~*~*~ (outnumbered).
  4377 | D:3      | 4377 ||| Stepping ~*~*~tactically~*~*~ (outnumbered).
  4379 | D:3      | 4379 ||| Stepping ~*~*~tactically~*~*~ (outnumbered).
  4381 | D:3      | 4381 ||| Stepping ~*~*~tactically~*~*~ (outnumbered).
  4383 | D:3      | 4383 ||| Stepping ~*~*~tactically~*~*~ (outnumbered).
  4385 | D:3      | 4385 ||| Stepping ~*~*~tactically~*~*~ (outnumbered).
  4387 | D:3      | 4387 ||| Stepping ~*~*~tactically~*~*~ (outnumbered).
  4389 | D:3      | 4389 ||| Stepping ~*~*~tactically~*~*~ (outnumbered).
  4391 | D:3      | 4391 ||| Stepping ~*~*~tactically~*~*~ (outnumbered).
  4393 | D:3      | 4393 ||| Stepping ~*~*~tactically~*~*~ (outnumbered).
  4395 | D:3      | 4395 ||| Stepping ~*~*~tactically~*~*~ (outnumbered).
  4397 | D:3      | 4397 ||| Stepping ~*~*~tactically~*~*~ (outnumbered).
  4399 | D:3      | 4399 ||| Stepping ~*~*~tactically~*~*~ (outnumbered).
  4401 | D:3      | 4401 ||| Stepping ~*~*~tactically~*~*~ (outnumbered).
  4403 | D:3      | 4403 ||| Stepping ~*~*~tactically~*~*~ (outnumbered).
  4405 | D:3      | 4405 ||| Stepping ~*~*~tactically~*~*~ (outnumbered).
  4407 | D:3      | 4407 ||| Stepping ~*~*~tactically~*~*~ (outnumbered).
  4409 | D:3      | 4409 ||| Stepping ~*~*~tactically~*~*~ (outnumbered).
  4411 | D:3      | 4411 ||| Stepping ~*~*~tactically~*~*~ (outnumbered).
  4413 | D:3      | 4413 ||| Stepping ~*~*~tactically~*~*~ (outnumbered).
  4415 | D:3      | 4415 ||| Stepping ~*~*~tactically~*~*~ (outnumbered).
  4417 | D:3      | 4417 ||| Stepping ~*~*~tactically~*~*~ (outnumbered).
  4419 | D:3      | 4419 ||| Stepping ~*~*~tactically~*~*~ (outnumbered).
  4421 | D:3      | 4421 ||| Stepping ~*~*~tactically~*~*~ (outnumbered).
  4423 | D:3      | 4423 ||| Stepping ~*~*~tactically~*~*~ (outnumbered).
  4425 | D:3      | 4425 ||| Stepping ~*~*~tactically~*~*~ (outnumbered).
  4427 | D:3      | 4427 ||| Stepping ~*~*~tactically~*~*~ (outnumbered).
  4429 | D:3      | 4429 ||| Stepping ~*~*~tactically~*~*~ (outnumbered).
  4431 | D:3      | 4431 ||| Stepping ~*~*~tactically~*~*~ (outnumbered).
  4433 | D:3      | 4433 ||| Stepping ~*~*~tactically~*~*~ (outnumbered).
  4435 | D:3      | 4435 ||| Stepping ~*~*~tactically~*~*~ (outnumbered).
  4437 | D:3      | 4437 ||| Stepping ~*~*~tactically~*~*~ (outnumbered).
  4439 | D:3      | 4439 ||| Stepping ~*~*~tactically~*~*~ (outnumbered).
  4441 | D:3      | 4441 ||| Stepping ~*~*~tactically~*~*~ (outnumbered).
  4443 | D:3      | 4443 ||| Stepping ~*~*~tactically~*~*~ (outnumbered).
  4445 | D:3      | 4445 ||| Stepping ~*~*~tactically~*~*~ (outnumbered).
  4447 | D:3      | 4447 ||| Stepping ~*~*~tactically~*~*~ (outnumbered).
  4449 | D:3      | 4449 ||| Stepping ~*~*~tactically~*~*~ (outnumbered).
  4451 | D:3      | 4451 ||| Stepping ~*~*~tactically~*~*~ (outnumbered).
  4453 | D:3      | 4453 ||| Stepping ~*~*~tactically~*~*~ (outnumbered).
  4455 | D:3      | 4455 ||| Stepping ~*~*~tactically~*~*~ (outnumbered).
  4457 | D:3      | 4457 ||| Stepping ~*~*~tactically~*~*~ (outnumbered).
  4459 | D:3      | 4459 ||| Stepping ~*~*~tactically~*~*~ (outnumbered).
  4461 | D:3      | 4461 ||| Stepping ~*~*~tactically~*~*~ (outnumbered).
  4463 | D:3      | 4463 ||| Stepping ~*~*~tactically~*~*~ (outnumbered).
  4465 | D:3      | 4465 ||| Stepping ~*~*~tactically~*~*~ (outnumbered).
  4467 | D:3      | 4467 ||| Stepping ~*~*~tactically~*~*~ (outnumbered).
  4469 | D:3      | 4469 ||| Stepping ~*~*~tactically~*~*~ (outnumbered).
  4471 | D:3      | 4471 ||| Stepping ~*~*~tactically~*~*~ (outnumbered).
  4473 | D:3      | 4473 ||| Stepping ~*~*~tactically~*~*~ (outnumbered).
  4475 | D:3      | 4475 ||| Stepping ~*~*~tactically~*~*~ (outnumbered).
  4477 | D:3      | 4477 ||| Stepping ~*~*~tactically~*~*~ (outnumbered).
  4479 | D:3      | 4479 ||| Stepping ~*~*~tactically~*~*~ (outnumbered).
  4481 | D:3      | 4481 ||| Stepping ~*~*~tactically~*~*~ (outnumbered).
  4483 | D:3      | 4483 ||| Stepping ~*~*~tactically~*~*~ (outnumbered).
  4485 | D:3      | 4485 ||| Stepping ~*~*~tactically~*~*~ (outnumbered).
  4487 | D:3      | 4487 ||| Stepping ~*~*~tactically~*~*~ (outnumbered).
  4489 | D:3      | 4489 ||| Stepping ~*~*~tactically~*~*~ (outnumbered).
  4491 | D:3      | 4491 ||| Stepping ~*~*~tactically~*~*~ (outnumbered).
  4493 | D:3      | 4493 ||| Stepping ~*~*~tactically~*~*~ (outnumbered).
  4495 | D:3      | 4495 ||| Stepping ~*~*~tactically~*~*~ (outnumbered).
  4497 | D:3      | 4497 ||| Stepping ~*~*~tactically~*~*~ (outnumbered).
  4499 | D:3      | 4499 ||| Stepping ~*~*~tactically~*~*~ (outnumbered).
  4501 | D:3      | 4501 ||| Stepping ~*~*~tactically~*~*~ (outnumbered).
  4503 | D:3      | 4503 ||| Stepping ~*~*~tactically~*~*~ (outnumbered).
  4505 | D:3      | 4505 ||| Stepping ~*~*~tactically~*~*~ (outnumbered).
  4507 | D:3      | 4507 ||| Stepping ~*~*~tactically~*~*~ (outnumbered).
  4509 | D:3      | 4509 ||| Stepping ~*~*~tactically~*~*~ (outnumbered).
  4511 | D:3      | 4511 ||| Stepping ~*~*~tactically~*~*~ (outnumbered).
  4513 | D:3      | 4513 ||| Stepping ~*~*~tactically~*~*~ (outnumbered).
  4515 | D:3      | 4515 ||| Stepping ~*~*~tactically~*~*~ (outnumbered).
  4517 | D:3      | 4517 ||| Stepping ~*~*~tactically~*~*~ (outnumbered).
  4519 | D:3      | 4519 ||| Stepping ~*~*~tactically~*~*~ (outnumbered).
  4521 | D:3      | 4521 ||| Stepping ~*~*~tactically~*~*~ (outnumbered).
  4523 | D:3      | 4523 ||| Stepping ~*~*~tactically~*~*~ (outnumbered).
  4525 | D:3      | 4525 ||| Stepping ~*~*~tactically~*~*~ (outnumbered).
  4527 | D:3      | 4527 ||| Stepping ~*~*~tactically~*~*~ (outnumbered).
  4529 | D:3      | 4529 ||| Stepping ~*~*~tactically~*~*~ (outnumbered).
  4531 | D:3      | 4531 ||| Stepping ~*~*~tactically~*~*~ (outnumbered).
  4533 | D:3      | 4533 ||| Stepping ~*~*~tactically~*~*~ (outnumbered).
  4535 | D:3      | 4535 ||| Stepping ~*~*~tactically~*~*~ (outnumbered).
  4537 | D:3      | 4537 ||| Stepping ~*~*~tactically~*~*~ (outnumbered).
  4539 | D:3      | 4539 ||| Stepping ~*~*~tactically~*~*~ (outnumbered).
  4541 | D:3      | 4541 ||| Stepping ~*~*~tactically~*~*~ (outnumbered).
  4543 | D:3      | 4543 ||| Stepping ~*~*~tactically~*~*~ (outnumbered).
  4545 | D:3      | 4545 ||| Stepping ~*~*~tactically~*~*~ (outnumbered).
  4547 | D:3      | 4547 ||| Stepping ~*~*~tactically~*~*~ (outnumbered).
  4549 | D:3      | 4549 ||| Stepping ~*~*~tactically~*~*~ (outnumbered).
  4551 | D:3      | 4551 ||| Stepping ~*~*~tactically~*~*~ (outnumbered).
  4553 | D:3      | 4553 ||| Stepping ~*~*~tactically~*~*~ (outnumbered).
  4555 | D:3      | 4555 ||| Stepping ~*~*~tactically~*~*~ (outnumbered).
  4557 | D:3      | 4557 ||| Stepping ~*~*~tactically~*~*~ (outnumbered).
  4559 | D:3      | 4559 ||| Stepping ~*~*~tactically~*~*~ (outnumbered).
  4561 | D:3      | 4561 ||| Stepping ~*~*~tactically~*~*~ (outnumbered).
  4563 | D:3      | 4563 ||| Stepping ~*~*~tactically~*~*~ (outnumbered).
  4565 | D:3      | 4565 ||| Stepping ~*~*~tactically~*~*~ (outnumbered).
  4567 | D:3      | 4567 ||| Stepping ~*~*~tactically~*~*~ (outnumbered).
  4569 | D:3      | 4569 ||| Stepping ~*~*~tactically~*~*~ (outnumbered).
  4571 | D:3      | 4571 ||| Stepping ~*~*~tactically~*~*~ (outnumbered).
  4573 | D:3      | 4573 ||| Stepping ~*~*~tactically~*~*~ (outnumbered).
  4575 | D:3      | 4575 ||| Stepping ~*~*~tactically~*~*~ (outnumbered).
  4577 | D:3      | 4577 ||| Stepping ~*~*~tactically~*~*~ (outnumbered).
  4579 | D:3      | 4579 ||| Stepping ~*~*~tactically~*~*~ (outnumbered).
  4581 | D:3      | 4581 ||| Stepping ~*~*~tactically~*~*~ (outnumbered).
  4583 | D:3      | 4583 ||| Stepping ~*~*~tactically~*~*~ (outnumbered).
  4585 | D:3      | 4585 ||| Stepping ~*~*~tactically~*~*~ (outnumbered).
  4587 | D:3      | 4587 ||| Stepping ~*~*~tactically~*~*~ (outnumbered).
  4589 | D:3      | 4589 ||| Stepping ~*~*~tactically~*~*~ (outnumbered).
  4591 | D:3      | 4591 ||| Stepping ~*~*~tactically~*~*~ (outnumbered).
  4593 | D:3      | 4593 ||| Stepping ~*~*~tactically~*~*~ (outnumbered).
  4595 | D:3      | 4595 ||| Stepping ~*~*~tactically~*~*~ (outnumbered).
  4597 | D:3      | 4597 ||| Stepping ~*~*~tactically~*~*~ (outnumbered).
  4599 | D:3      | 4599 ||| Stepping ~*~*~tactically~*~*~ (outnumbered).
  4601 | D:3      | 4601 ||| Stepping ~*~*~tactically~*~*~ (outnumbered).
  4603 | D:3      | 4603 ||| Stepping ~*~*~tactically~*~*~ (outnumbered).
  4605 | D:3      | 4605 ||| Stepping ~*~*~tactically~*~*~ (outnumbered).
  4607 | D:3      | 4607 ||| Stepping ~*~*~tactically~*~*~ (outnumbered).
  4609 | D:3      | 4609 ||| Stepping ~*~*~tactically~*~*~ (outnumbered).
  4611 | D:3      | 4611 ||| Stepping ~*~*~tactically~*~*~ (outnumbered).
  4613 | D:3      | 4613 ||| Stepping ~*~*~tactically~*~*~ (outnumbered).
  4615 | D:3      | 4615 ||| Stepping ~*~*~tactically~*~*~ (outnumbered).
  4617 | D:3      | 4617 ||| Stepping ~*~*~tactically~*~*~ (outnumbered).
  4619 | D:3      | 4619 ||| Stepping ~*~*~tactically~*~*~ (outnumbered).
  4621 | D:3      | 4621 ||| Stepping ~*~*~tactically~*~*~ (outnumbered).
  4623 | D:3      | 4623 ||| Stepping ~*~*~tactically~*~*~ (outnumbered).
  4625 | D:3      | 4625 ||| Stepping ~*~*~tactically~*~*~ (outnumbered).
  4627 | D:3      | 4627 ||| Stepping ~*~*~tactically~*~*~ (outnumbered).
  4629 | D:3      | 4629 ||| Stepping ~*~*~tactically~*~*~ (outnumbered).
  4631 | D:3      | 4631 ||| Stepping ~*~*~tactically~*~*~ (outnumbered).
  4633 | D:3      | 4633 ||| Stepping ~*~*~tactically~*~*~ (outnumbered).
  4635 | D:3      | 4635 ||| Stepping ~*~*~tactically~*~*~ (outnumbered).
  4637 | D:3      | 4637 ||| Stepping ~*~*~tactically~*~*~ (outnumbered).
  4639 | D:3      | 4639 ||| Stepping ~*~*~tactically~*~*~ (outnumbered).
  4641 | D:3      | 4641 ||| Stepping ~*~*~tactically~*~*~ (outnumbered).
  4643 | D:3      | 4643 ||| Stepping ~*~*~tactically~*~*~ (outnumbered).
  4645 | D:3      | 4645 ||| Stepping ~*~*~tactically~*~*~ (outnumbered).
  4647 | D:3      | 4647 ||| Stepping ~*~*~tactically~*~*~ (outnumbered).
  4649 | D:3      | 4649 ||| Stepping ~*~*~tactically~*~*~ (outnumbered).
  4651 | D:3      | 4651 ||| Stepping ~*~*~tactically~*~*~ (outnumbered).
  4653 | D:3      | 4653 ||| Stepping ~*~*~tactically~*~*~ (outnumbered).
  4655 | D:3      | 4655 ||| Stepping ~*~*~tactically~*~*~ (outnumbered).
  4657 | D:3      | 4657 ||| Stepping ~*~*~tactically~*~*~ (outnumbered).
  4659 | D:3      | 4659 ||| Stepping ~*~*~tactically~*~*~ (outnumbered).
  4661 | D:3      | 4661 ||| Stepping ~*~*~tactically~*~*~ (outnumbered).
  4663 | D:3      | 4663 ||| Stepping ~*~*~tactically~*~*~ (outnumbered).
  4665 | D:3      | 4665 ||| Stepping ~*~*~tactically~*~*~ (outnumbered).
  4667 | D:3      | 4667 ||| Stepping ~*~*~tactically~*~*~ (outnumbered).
  4669 | D:3      | 4669 ||| Stepping ~*~*~tactically~*~*~ (outnumbered).
  4671 | D:3      | 4671 ||| Stepping ~*~*~tactically~*~*~ (outnumbered).
  4673 | D:3      | 4673 ||| Stepping ~*~*~tactically~*~*~ (outnumbered).
  4675 | D:3      | 4675 ||| Stepping ~*~*~tactically~*~*~ (outnumbered).
  4677 | D:3      | 4677 ||| Stepping ~*~*~tactically~*~*~ (outnumbered).
  4679 | D:3      | 4679 ||| Stepping ~*~*~tactically~*~*~ (outnumbered).
  4681 | D:3      | 4681 ||| Stepping ~*~*~tactically~*~*~ (outnumbered).
  4683 | D:3      | 4683 ||| Stepping ~*~*~tactically~*~*~ (outnumbered).
  4685 | D:3      | 4685 ||| Stepping ~*~*~tactically~*~*~ (outnumbered).
  4687 | D:3      | 4687 ||| Stepping ~*~*~tactically~*~*~ (outnumbered).
  4689 | D:3      | 4689 ||| Stepping ~*~*~tactically~*~*~ (outnumbered).
  4691 | D:3      | 4691 ||| Stepping ~*~*~tactically~*~*~ (outnumbered).
  4693 | D:3      | 4693 ||| Stepping ~*~*~tactically~*~*~ (outnumbered).
  4695 | D:3      | 4695 ||| Stepping ~*~*~tactically~*~*~ (outnumbered).
  4697 | D:3      | 4697 ||| Stepping ~*~*~tactically~*~*~ (outnumbered).
  4699 | D:3      | 4699 ||| Stepping ~*~*~tactically~*~*~ (outnumbered).
  4701 | D:3      | 4701 ||| Stepping ~*~*~tactically~*~*~ (outnumbered).
  4703 | D:3      | 4703 ||| Stepping ~*~*~tactically~*~*~ (outnumbered).
  4705 | D:3      | 4705 ||| Stepping ~*~*~tactically~*~*~ (outnumbered).
  4707 | D:3      | 4707 ||| Stepping ~*~*~tactically~*~*~ (outnumbered).
  4709 | D:3      | 4709 ||| Stepping ~*~*~tactically~*~*~ (outnumbered).
  4711 | D:3      | 4711 ||| Stepping ~*~*~tactically~*~*~ (outnumbered).
  4713 | D:3      | 4713 ||| Stepping ~*~*~tactically~*~*~ (outnumbered).
  4715 | D:3      | 4715 ||| Stepping ~*~*~tactically~*~*~ (outnumbered).
  4717 | D:3      | 4717 ||| Stepping ~*~*~tactically~*~*~ (outnumbered).
  4719 | D:3      | 4719 ||| Stepping ~*~*~tactically~*~*~ (outnumbered).
  4721 | D:3      | 4721 ||| Stepping ~*~*~tactically~*~*~ (outnumbered).
  4723 | D:3      | 4723 ||| Stepping ~*~*~tactically~*~*~ (outnumbered).
  4725 | D:3      | 4725 ||| Stepping ~*~*~tactically~*~*~ (outnumbered).
  4727 | D:3      | 4727 ||| Stepping ~*~*~tactically~*~*~ (outnumbered).
  4729 | D:3      | 4729 ||| Stepping ~*~*~tactically~*~*~ (outnumbered).
  4731 | D:3      | 4731 ||| Stepping ~*~*~tactically~*~*~ (outnumbered).
  4733 | D:3      | 4733 ||| Stepping ~*~*~tactically~*~*~ (outnumbered).
  4735 | D:3      | 4735 ||| Stepping ~*~*~tactically~*~*~ (outnumbered).
  4737 | D:3      | 4737 ||| Stepping ~*~*~tactically~*~*~ (outnumbered).
  4739 | D:3      | 4739 ||| Stepping ~*~*~tactically~*~*~ (outnumbered).
  4741 | D:3      | 4741 ||| Stepping ~*~*~tactically~*~*~ (outnumbered).
  4743 | D:3      | 4743 ||| Stepping ~*~*~tactically~*~*~ (outnumbered).
  4745 | D:3      | 4745 ||| Stepping ~*~*~tactically~*~*~ (outnumbered).
  4747 | D:3      | 4747 ||| Stepping ~*~*~tactically~*~*~ (outnumbered).
  4749 | D:3      | 4749 ||| Stepping ~*~*~tactically~*~*~ (outnumbered).
  4751 | D:3      | 4751 ||| Stepping ~*~*~tactically~*~*~ (outnumbered).
  4753 | D:3      | 4753 ||| Stepping ~*~*~tactically~*~*~ (outnumbered).
  4755 | D:3      | 4755 ||| Stepping ~*~*~tactically~*~*~ (outnumbered).
  4757 | D:3      | 4757 ||| Stepping ~*~*~tactically~*~*~ (outnumbered).
  4759 | D:3      | 4759 ||| Stepping ~*~*~tactically~*~*~ (outnumbered).
  4761 | D:3      | 4761 ||| Stepping ~*~*~tactically~*~*~ (outnumbered).
  4763 | D:3      | 4763 ||| Stepping ~*~*~tactically~*~*~ (outnumbered).
  4765 | D:3      | 4765 ||| Stepping ~*~*~tactically~*~*~ (outnumbered).
  4767 | D:3      | 4767 ||| Stepping ~*~*~tactically~*~*~ (outnumbered).
  4769 | D:3      | 4769 ||| Stepping ~*~*~tactically~*~*~ (outnumbered).
  4771 | D:3      | 4771 ||| Stepping ~*~*~tactically~*~*~ (outnumbered).
  4773 | D:3      | 4773 ||| Stepping ~*~*~tactically~*~*~ (outnumbered).
  4775 | D:3      | 4775 ||| Stepping ~*~*~tactically~*~*~ (outnumbered).
  4777 | D:3      | 4777 ||| Stepping ~*~*~tactically~*~*~ (outnumbered).
  4779 | D:3      | 4779 ||| Stepping ~*~*~tactically~*~*~ (outnumbered).
  4781 | D:3      | 4781 ||| Stepping ~*~*~tactically~*~*~ (outnumbered).
  4783 | D:3      | 4783 ||| Stepping ~*~*~tactically~*~*~ (outnumbered).
  4785 | D:3      | 4785 ||| Stepping ~*~*~tactically~*~*~ (outnumbered).
  4787 | D:3      | 4787 ||| Stepping ~*~*~tactically~*~*~ (outnumbered).
  4789 | D:3      | 4789 ||| Stepping ~*~*~tactically~*~*~ (outnumbered).
  4791 | D:3      | 4791 ||| Stepping ~*~*~tactically~*~*~ (outnumbered).
  4793 | D:3      | 4793 ||| Stepping ~*~*~tactically~*~*~ (outnumbered).
  4795 | D:3      | 4795 ||| Stepping ~*~*~tactically~*~*~ (outnumbered).
  4797 | D:3      | 4797 ||| Stepping ~*~*~tactically~*~*~ (outnumbered).
  4799 | D:3      | 4799 ||| Stepping ~*~*~tactically~*~*~ (outnumbered).
  4801 | D:3      | 4801 ||| Stepping ~*~*~tactically~*~*~ (outnumbered).
  4803 | D:3      | 4803 ||| Stepping ~*~*~tactically~*~*~ (outnumbered).
  4805 | D:3      | 4805 ||| Stepping ~*~*~tactically~*~*~ (outnumbered).
  4807 | D:3      | 4807 ||| Stepping ~*~*~tactically~*~*~ (outnumbered).
  4809 | D:3      | 4809 ||| Stepping ~*~*~tactically~*~*~ (outnumbered).
  4811 | D:3      | 4811 ||| Stepping ~*~*~tactically~*~*~ (outnumbered).
  4813 | D:3      | 4813 ||| Stepping ~*~*~tactically~*~*~ (outnumbered).
  4815 | D:3      | 4815 ||| Stepping ~*~*~tactically~*~*~ (outnumbered).
  4817 | D:3      | 4817 ||| Stepping ~*~*~tactically~*~*~ (outnumbered).
  4819 | D:3      | 4819 ||| Stepping ~*~*~tactically~*~*~ (outnumbered).
  4821 | D:3      | 4821 ||| Stepping ~*~*~tactically~*~*~ (outnumbered).
  4823 | D:3      | 4823 ||| Stepping ~*~*~tactically~*~*~ (outnumbered).
  4825 | D:3      | 4825 ||| Stepping ~*~*~tactically~*~*~ (outnumbered).
  4827 | D:3      | 4827 ||| Stepping ~*~*~tactically~*~*~ (outnumbered).
  4829 | D:3      | 4829 ||| Stepping ~*~*~tactically~*~*~ (outnumbered).
  4831 | D:3      | 4831 ||| Stepping ~*~*~tactically~*~*~ (outnumbered).
  4833 | D:3      | 4833 ||| Stepping ~*~*~tactically~*~*~ (outnumbered).
  4835 | D:3      | 4835 ||| Stepping ~*~*~tactically~*~*~ (outnumbered).
  4837 | D:3      | 4837 ||| Stepping ~*~*~tactically~*~*~ (outnumbered).
  4839 | D:3      | 4839 ||| Stepping ~*~*~tactically~*~*~ (outnumbered).
  4841 | D:3      | 4841 ||| Stepping ~*~*~tactically~*~*~ (outnumbered).
  4843 | D:3      | 4843 ||| Stepping ~*~*~tactically~*~*~ (outnumbered).
  4845 | D:3      | 4845 ||| Stepping ~*~*~tactically~*~*~ (outnumbered).
  4847 | D:3      | 4847 ||| Stepping ~*~*~tactically~*~*~ (outnumbered).
  4849 | D:3      | 4849 ||| Stepping ~*~*~tactically~*~*~ (outnumbered).
  4851 | D:3      | 4851 ||| Stepping ~*~*~tactically~*~*~ (outnumbered).
  4853 | D:3      | 4853 ||| Stepping ~*~*~tactically~*~*~ (outnumbered).
  4855 | D:3      | 4855 ||| Stepping ~*~*~tactically~*~*~ (outnumbered).
  4857 | D:3      | 4857 ||| Stepping ~*~*~tactically~*~*~ (outnumbered).
  4859 | D:3      | 4859 ||| Stepping ~*~*~tactically~*~*~ (outnumbered).
  4861 | D:3      | 4861 ||| Stepping ~*~*~tactically~*~*~ (outnumbered).
  4863 | D:3      | 4863 ||| Stepping ~*~*~tactically~*~*~ (outnumbered).
  4865 | D:3      | 4865 ||| Stepping ~*~*~tactically~*~*~ (outnumbered).
  4867 | D:3      | 4867 ||| Stepping ~*~*~tactically~*~*~ (outnumbered).
  4869 | D:3      | 4869 ||| Stepping ~*~*~tactically~*~*~ (outnumbered).
  4871 | D:3      | 4871 ||| Stepping ~*~*~tactically~*~*~ (outnumbered).
  4873 | D:3      | 4873 ||| Stepping ~*~*~tactically~*~*~ (outnumbered).
  4875 | D:3      | 4875 ||| Stepping ~*~*~tactically~*~*~ (outnumbered).
  4877 | D:3      | 4877 ||| Stepping ~*~*~tactically~*~*~ (outnumbered).
  4879 | D:3      | 4879 ||| Stepping ~*~*~tactically~*~*~ (outnumbered).
  4881 | D:3      | 4881 ||| Stepping ~*~*~tactically~*~*~ (outnumbered).
  4883 | D:3      | 4883 ||| Stepping ~*~*~tactically~*~*~ (outnumbered).
  4885 | D:3      | 4885 ||| Stepping ~*~*~tactically~*~*~ (outnumbered).
  4887 | D:3      | 4887 ||| Stepping ~*~*~tactically~*~*~ (outnumbered).
  4889 | D:3      | 4889 ||| Stepping ~*~*~tactically~*~*~ (outnumbered).
  4891 | D:3      | 4891 ||| Stepping ~*~*~tactically~*~*~ (outnumbered).
  4893 | D:3      | 4893 ||| Stepping ~*~*~tactically~*~*~ (outnumbered).
  4895 | D:3      | 4895 ||| Stepping ~*~*~tactically~*~*~ (outnumbered).
  4897 | D:3      | 4897 ||| Stepping ~*~*~tactically~*~*~ (outnumbered).
  4899 | D:3      | 4899 ||| Stepping ~*~*~tactically~*~*~ (outnumbered).
  4901 | D:3      | 4901 ||| Stepping ~*~*~tactically~*~*~ (outnumbered).
  4903 | D:3      | 4903 ||| Stepping ~*~*~tactically~*~*~ (outnumbered).
  4905 | D:3      | 4905 ||| Stepping ~*~*~tactically~*~*~ (outnumbered).
  4907 | D:3      | 4907 ||| Stepping ~*~*~tactically~*~*~ (outnumbered).
  4909 | D:3      | 4909 ||| Stepping ~*~*~tactically~*~*~ (outnumbered).
  4911 | D:3      | 4911 ||| Stepping ~*~*~tactically~*~*~ (outnumbered).
  4913 | D:3      | 4913 ||| Stepping ~*~*~tactically~*~*~ (outnumbered).
  4915 | D:3      | 4915 ||| Stepping ~*~*~tactically~*~*~ (outnumbered).
  4917 | D:3      | 4917 ||| Stepping ~*~*~tactically~*~*~ (outnumbered).
  4919 | D:3      | 4919 ||| Stepping ~*~*~tactically~*~*~ (outnumbered).
  4921 | D:3      | 4921 ||| Stepping ~*~*~tactically~*~*~ (outnumbered).
  4923 | D:3      | 4923 ||| Stepping ~*~*~tactically~*~*~ (outnumbered).
  4925 | D:3      | 4925 ||| Stepping ~*~*~tactically~*~*~ (outnumbered).
  4927 | D:3      | 4927 ||| Stepping ~*~*~tactically~*~*~ (outnumbered).
  4929 | D:3      | 4929 ||| Stepping ~*~*~tactically~*~*~ (outnumbered).
  4931 | D:3      | 4931 ||| Stepping ~*~*~tactically~*~*~ (outnumbered).
  4933 | D:3      | 4933 ||| Stepping ~*~*~tactically~*~*~ (outnumbered).
  4935 | D:3      | 4935 ||| Stepping ~*~*~tactically~*~*~ (outnumbered).
  4937 | D:3      | 4937 ||| Stepping ~*~*~tactically~*~*~ (outnumbered).
  4939 | D:3      | 4939 ||| Stepping ~*~*~tactically~*~*~ (outnumbered).
  4941 | D:3      | 4941 ||| Stepping ~*~*~tactically~*~*~ (outnumbered).
  4943 | D:3      | 4943 ||| Stepping ~*~*~tactically~*~*~ (outnumbered).
  4945 | D:3      | 4945 ||| Stepping ~*~*~tactically~*~*~ (outnumbered).
  4947 | D:3      | 4947 ||| Stepping ~*~*~tactically~*~*~ (outnumbered).
  4949 | D:3      | 4949 ||| Stepping ~*~*~tactically~*~*~ (outnumbered).
  4951 | D:3      | 4951 ||| Stepping ~*~*~tactically~*~*~ (outnumbered).
  4953 | D:3      | 4953 ||| Stepping ~*~*~tactically~*~*~ (outnumbered).
  4955 | D:3      | 4955 ||| Stepping ~*~*~tactically~*~*~ (outnumbered).
  4957 | D:3      | 4957 ||| Stepping ~*~*~tactically~*~*~ (outnumbered).
  4959 | D:3      | 4959 ||| Stepping ~*~*~tactically~*~*~ (outnumbered).
  4961 | D:3      | 4961 ||| Stepping ~*~*~tactically~*~*~ (outnumbered).
  4963 | D:3      | 4963 ||| Stepping ~*~*~tactically~*~*~ (outnumbered).
  4965 | D:3      | 4965 ||| Stepping ~*~*~tactically~*~*~ (outnumbered).
  4967 | D:3      | 4967 ||| Stepping ~*~*~tactically~*~*~ (outnumbered).
  4969 | D:3      | 4969 ||| Stepping ~*~*~tactically~*~*~ (outnumbered).
  4971 | D:3      | 4971 ||| Stepping ~*~*~tactically~*~*~ (outnumbered).
  4973 | D:3      | 4973 ||| Stepping ~*~*~tactically~*~*~ (outnumbered).
  4975 | D:3      | 4975 ||| Stepping ~*~*~tactically~*~*~ (outnumbered).
  4977 | D:3      | 4977 ||| Stepping ~*~*~tactically~*~*~ (outnumbered).
  4979 | D:3      | 4979 ||| Stepping ~*~*~tactically~*~*~ (outnumbered).
  4981 | D:3      | 4981 ||| Stepping ~*~*~tactically~*~*~ (outnumbered).
  4983 | D:3      | 4983 ||| Stepping ~*~*~tactically~*~*~ (outnumbered).
  4985 | D:3      | 4985 ||| Stepping ~*~*~tactically~*~*~ (outnumbered).
  4987 | D:3      | 4987 ||| Stepping ~*~*~tactically~*~*~ (outnumbered).
  4989 | D:3      | 4989 ||| Stepping ~*~*~tactically~*~*~ (outnumbered).
  4991 | D:3      | 4991 ||| Stepping ~*~*~tactically~*~*~ (outnumbered).
  4993 | D:3      | 4993 ||| Stepping ~*~*~tactically~*~*~ (outnumbered).
  4995 | D:3      | 4995 ||| Stepping ~*~*~tactically~*~*~ (outnumbered).
  4997 | D:3      | 4997 ||| Stepping ~*~*~tactically~*~*~ (outnumbered).
  4999 | D:3      | 4999 ||| Stepping ~*~*~tactically~*~*~ (outnumbered).
  5001 | D:3      | 5001 ||| Stepping ~*~*~tactically~*~*~ (outnumbered).
  5003 | D:3      | 5003 ||| Stepping ~*~*~tactically~*~*~ (outnumbered).
  5005 | D:3      | 5005 ||| Stepping ~*~*~tactically~*~*~ (outnumbered).
  5007 | D:3      | 5007 ||| Stepping ~*~*~tactically~*~*~ (outnumbered).
  5009 | D:3      | 5009 ||| Stepping ~*~*~tactically~*~*~ (outnumbered).
  5011 | D:3      | 5011 ||| Stepping ~*~*~tactically~*~*~ (outnumbered).
  5013 | D:3      | 5013 ||| Stepping ~*~*~tactically~*~*~ (outnumbered).
  5015 | D:3      | 5015 ||| Stepping ~*~*~tactically~*~*~ (outnumbered).
  5017 | D:3      | 5017 ||| Stepping ~*~*~tactically~*~*~ (outnumbered).
  5019 | D:3      | 5019 ||| Stepping ~*~*~tactically~*~*~ (outnumbered).
  5021 | D:3      | 5021 ||| Stepping ~*~*~tactically~*~*~ (outnumbered).
  5023 | D:3      | 5023 ||| Stepping ~*~*~tactically~*~*~ (outnumbered).
  5025 | D:3      | 5025 ||| Stepping ~*~*~tactically~*~*~ (outnumbered).
  5027 | D:3      | 5027 ||| Stepping ~*~*~tactically~*~*~ (outnumbered).
  5029 | D:3      | 5029 ||| Stepping ~*~*~tactically~*~*~ (outnumbered).
  5031 | D:3      | 5031 ||| Stepping ~*~*~tactically~*~*~ (outnumbered).
  5033 | D:3      | 5033 ||| Stepping ~*~*~tactically~*~*~ (outnumbered).
  5035 | D:3      | 5035 ||| Stepping ~*~*~tactically~*~*~ (outnumbered).
  5037 | D:3      | 5037 ||| Stepping ~*~*~tactically~*~*~ (outnumbered).
  5039 | D:3      | 5039 ||| Stepping ~*~*~tactically~*~*~ (outnumbered).
  5041 | D:3      | 5041 ||| Stepping ~*~*~tactically~*~*~ (outnumbered).
  5043 | D:3      | 5043 ||| Stepping ~*~*~tactically~*~*~ (outnumbered).
  5045 | D:3      | 5045 ||| Stepping ~*~*~tactically~*~*~ (outnumbered).
  5047 | D:3      | 5047 ||| Stepping ~*~*~tactically~*~*~ (outnumbered).
  5049 | D:3      | 5049 ||| Stepping ~*~*~tactically~*~*~ (outnumbered).
  5051 | D:3      | 5051 ||| Stepping ~*~*~tactically~*~*~ (outnumbered).
  5053 | D:3      | 5053 ||| Stepping ~*~*~tactically~*~*~ (outnumbered).
  5055 | D:3      | 5055 ||| Stepping ~*~*~tactically~*~*~ (outnumbered).
  5057 | D:3      | 5057 ||| Stepping ~*~*~tactically~*~*~ (outnumbered).
  5059 | D:3      | 5059 ||| Stepping ~*~*~tactically~*~*~ (outnumbered).
  5061 | D:3      | 5061 ||| Stepping ~*~*~tactically~*~*~ (outnumbered).
  5063 | D:3      | 5063 ||| Stepping ~*~*~tactically~*~*~ (outnumbered).
  5065 | D:3      | 5065 ||| Stepping ~*~*~tactically~*~*~ (outnumbered).
  5067 | D:3      | 5067 ||| Stepping ~*~*~tactically~*~*~ (outnumbered).
  5069 | D:3      | 5069 ||| Stepping ~*~*~tactically~*~*~ (outnumbered).
  5071 | D:3      | 5071 ||| Stepping ~*~*~tactically~*~*~ (outnumbered).
  5073 | D:3      | 5073 ||| Stepping ~*~*~tactically~*~*~ (outnumbered).
  5075 | D:3      | 5075 ||| Stepping ~*~*~tactically~*~*~ (outnumbered).
  5077 | D:3      | 5077 ||| Stepping ~*~*~tactically~*~*~ (outnumbered).
  5079 | D:3      | 5079 ||| Stepping ~*~*~tactically~*~*~ (outnumbered).
  5081 | D:3      | 5081 ||| Stepping ~*~*~tactically~*~*~ (outnumbered).
  5083 | D:3      | 5083 ||| Stepping ~*~*~tactically~*~*~ (outnumbered).
  5085 | D:3      | 5085 ||| Stepping ~*~*~tactically~*~*~ (outnumbered).
  5087 | D:3      | 5087 ||| Stepping ~*~*~tactically~*~*~ (outnumbered).
  5089 | D:3      | 5089 ||| Stepping ~*~*~tactically~*~*~ (outnumbered).
  5091 | D:3      | 5091 ||| Stepping ~*~*~tactically~*~*~ (outnumbered).
  5093 | D:3      | 5093 ||| Stepping ~*~*~tactically~*~*~ (outnumbered).
  5095 | D:3      | 5095 ||| Stepping ~*~*~tactically~*~*~ (outnumbered).
  5097 | D:3      | 5097 ||| Stepping ~*~*~tactically~*~*~ (outnumbered).
  5099 | D:3      | 5099 ||| Stepping ~*~*~tactically~*~*~ (outnumbered).
  5101 | D:3      | 5101 ||| Stepping ~*~*~tactically~*~*~ (outnumbered).
  5103 | D:3      | 5103 ||| Stepping ~*~*~tactically~*~*~ (outnumbered).
  5105 | D:3      | 5105 ||| Stepping ~*~*~tactically~*~*~ (outnumbered).
  5107 | D:3      | 5107 ||| Stepping ~*~*~tactically~*~*~ (outnumbered).
  5109 | D:3      | 5109 ||| Stepping ~*~*~tactically~*~*~ (outnumbered).
  5111 | D:3      | 5111 ||| Stepping ~*~*~tactically~*~*~ (outnumbered).
  5113 | D:3      | 5113 ||| Stepping ~*~*~tactically~*~*~ (outnumbered).
  5115 | D:3      | 5115 ||| Stepping ~*~*~tactically~*~*~ (outnumbered).
  5117 | D:3      | 5117 ||| Stepping ~*~*~tactically~*~*~ (outnumbered).
  5119 | D:3      | 5119 ||| Stepping ~*~*~tactically~*~*~ (outnumbered).
  5121 | D:3      | 5121 ||| Stepping ~*~*~tactically~*~*~ (outnumbered).
  5123 | D:3      | 5123 ||| Stepping ~*~*~tactically~*~*~ (outnumbered).
  5125 | D:3      | 5125 ||| Stepping ~*~*~tactically~*~*~ (outnumbered).
  5127 | D:3      | 5127 ||| Stepping ~*~*~tactically~*~*~ (outnumbered).
  5129 | D:3      | 5129 ||| Stepping ~*~*~tactically~*~*~ (outnumbered).
  5131 | D:3      | 5131 ||| Stepping ~*~*~tactically~*~*~ (outnumbered).
  5133 | D:3      | 5133 ||| Stepping ~*~*~tactically~*~*~ (outnumbered).
  5135 | D:3      | 5135 ||| Stepping ~*~*~tactically~*~*~ (outnumbered).
  5137 | D:3      | 5137 ||| Stepping ~*~*~tactically~*~*~ (outnumbered).
  5139 | D:3      | 5139 ||| Stepping ~*~*~tactically~*~*~ (outnumbered).
  5141 | D:3      | 5141 ||| Stepping ~*~*~tactically~*~*~ (outnumbered).
  5143 | D:3      | 5143 ||| Stepping ~*~*~tactically~*~*~ (outnumbered).
  5145 | D:3      | 5145 ||| Stepping ~*~*~tactically~*~*~ (outnumbered).
  5147 | D:3      | 5147 ||| Stepping ~*~*~tactically~*~*~ (outnumbered).
  5149 | D:3      | 5149 ||| Stepping ~*~*~tactically~*~*~ (outnumbered).
  5151 | D:3      | 5151 ||| Stepping ~*~*~tactically~*~*~ (outnumbered).
  5153 | D:3      | 5153 ||| Stepping ~*~*~tactically~*~*~ (outnumbered).
  5155 | D:3      | 5155 ||| Stepping ~*~*~tactically~*~*~ (outnumbered).
  5157 | D:3      | 5157 ||| Stepping ~*~*~tactically~*~*~ (outnumbered).
  5159 | D:3      | 5159 ||| Stepping ~*~*~tactically~*~*~ (outnumbered).
  5161 | D:3      | 5161 ||| Stepping ~*~*~tactically~*~*~ (outnumbered).
  5163 | D:3      | 5163 ||| Stepping ~*~*~tactically~*~*~ (outnumbered).
  5165 | D:3      | 5165 ||| Stepping ~*~*~tactically~*~*~ (outnumbered).
  5167 | D:3      | 5167 ||| Stepping ~*~*~tactically~*~*~ (outnumbered).
  5169 | D:3      | 5169 ||| Stepping ~*~*~tactically~*~*~ (outnumbered).
  5171 | D:3      | 5171 ||| Stepping ~*~*~tactically~*~*~ (outnumbered).
  5173 | D:3      | 5173 ||| Stepping ~*~*~tactically~*~*~ (outnumbered).
  5175 | D:3      | 5175 ||| Stepping ~*~*~tactically~*~*~ (outnumbered).
  5177 | D:3      | 5177 ||| Stepping ~*~*~tactically~*~*~ (outnumbered).
  5179 | D:3      | 5179 ||| Stepping ~*~*~tactically~*~*~ (outnumbered).
  5181 | D:3      | 5181 ||| Stepping ~*~*~tactically~*~*~ (outnumbered).
  5183 | D:3      | 5183 ||| Stepping ~*~*~tactically~*~*~ (outnumbered).
  5185 | D:3      | 5185 ||| Stepping ~*~*~tactically~*~*~ (outnumbered).
  5187 | D:3      | 5187 ||| Stepping ~*~*~tactically~*~*~ (outnumbered).
  5189 | D:3      | 5189 ||| Stepping ~*~*~tactically~*~*~ (outnumbered).
  5191 | D:3      | 5191 ||| Stepping ~*~*~tactically~*~*~ (outnumbered).
  5193 | D:3      | 5193 ||| Stepping ~*~*~tactically~*~*~ (outnumbered).
  5195 | D:3      | 5195 ||| Stepping ~*~*~tactically~*~*~ (outnumbered).
  5197 | D:3      | 5197 ||| Stepping ~*~*~tactically~*~*~ (outnumbered).
  5199 | D:3      | 5199 ||| Stepping ~*~*~tactically~*~*~ (outnumbered).
  5201 | D:3      | 5201 ||| Stepping ~*~*~tactically~*~*~ (outnumbered).
  5203 | D:3      | 5203 ||| Stepping ~*~*~tactically~*~*~ (outnumbered).
  5205 | D:3      | 5205 ||| Stepping ~*~*~tactically~*~*~ (outnumbered).
  5207 | D:3      | 5207 ||| Stepping ~*~*~tactically~*~*~ (outnumbered).
  5209 | D:3      | 5209 ||| Stepping ~*~*~tactically~*~*~ (outnumbered).
  5211 | D:3      | 5211 ||| Stepping ~*~*~tactically~*~*~ (outnumbered).
  5213 | D:3      | 5213 ||| Stepping ~*~*~tactically~*~*~ (outnumbered).
  5215 | D:3      | 5215 ||| Stepping ~*~*~tactically~*~*~ (outnumbered).
  5217 | D:3      | 5217 ||| Stepping ~*~*~tactically~*~*~ (outnumbered).
  5219 | D:3      | 5219 ||| Stepping ~*~*~tactically~*~*~ (outnumbered).
  5221 | D:3      | 5221 ||| Stepping ~*~*~tactically~*~*~ (outnumbered).
  5223 | D:3      | 5223 ||| Stepping ~*~*~tactically~*~*~ (outnumbered).
  5225 | D:3      | 5225 ||| Stepping ~*~*~tactically~*~*~ (outnumbered).
  5227 | D:3      | 5227 ||| Stepping ~*~*~tactically~*~*~ (outnumbered).
  5229 | D:3      | 5229 ||| Stepping ~*~*~tactically~*~*~ (outnumbered).
  5231 | D:3      | 5231 ||| Stepping ~*~*~tactically~*~*~ (outnumbered).
  5233 | D:3      | 5233 ||| Stepping ~*~*~tactically~*~*~ (outnumbered).
  5235 | D:3      | 5235 ||| Stepping ~*~*~tactically~*~*~ (outnumbered).
  5237 | D:3      | 5237 ||| Stepping ~*~*~tactically~*~*~ (outnumbered).
  5239 | D:3      | 5239 ||| Stepping ~*~*~tactically~*~*~ (outnumbered).
  5241 | D:3      | 5241 ||| Stepping ~*~*~tactically~*~*~ (outnumbered).
  5243 | D:3      | 5243 ||| Stepping ~*~*~tactically~*~*~ (outnumbered).
  5245 | D:3      | 5245 ||| Stepping ~*~*~tactically~*~*~ (outnumbered).
  5247 | D:3      | 5247 ||| Stepping ~*~*~tactically~*~*~ (outnumbered).
  5249 | D:3      | 5249 ||| Stepping ~*~*~tactically~*~*~ (outnumbered).
  5251 | D:3      | 5251 ||| Stepping ~*~*~tactically~*~*~ (outnumbered).
  5253 | D:3      | 5253 ||| Stepping ~*~*~tactically~*~*~ (outnumbered).
  5255 | D:3      | 5255 ||| Stepping ~*~*~tactically~*~*~ (outnumbered).
  5257 | D:3      | 5257 ||| Stepping ~*~*~tactically~*~*~ (outnumbered).
  5259 | D:3      | 5259 ||| Stepping ~*~*~tactically~*~*~ (outnumbered).
  5261 | D:3      | 5261 ||| Stepping ~*~*~tactically~*~*~ (outnumbered).
  5263 | D:3      | 5263 ||| Stepping ~*~*~tactically~*~*~ (outnumbered).
  5265 | D:3      | 5265 ||| Stepping ~*~*~tactically~*~*~ (outnumbered).
  5267 | D:3      | 5267 ||| Stepping ~*~*~tactically~*~*~ (outnumbered).
  5269 | D:3      | 5269 ||| Stepping ~*~*~tactically~*~*~ (outnumbered).
  5271 | D:3      | 5271 ||| Stepping ~*~*~tactically~*~*~ (outnumbered).
  5273 | D:3      | 5273 ||| Stepping ~*~*~tactically~*~*~ (outnumbered).
  5275 | D:3      | 5275 ||| Stepping ~*~*~tactically~*~*~ (outnumbered).
  5277 | D:3      | 5277 ||| Stepping ~*~*~tactically~*~*~ (outnumbered).
  5279 | D:3      | 5279 ||| Stepping ~*~*~tactically~*~*~ (outnumbered).
  5281 | D:3      | 5281 ||| Stepping ~*~*~tactically~*~*~ (outnumbered).
  5283 | D:3      | 5283 ||| Stepping ~*~*~tactically~*~*~ (outnumbered).
  5285 | D:3      | 5285 ||| Stepping ~*~*~tactically~*~*~ (outnumbered).
  5287 | D:3      | 5287 ||| Stepping ~*~*~tactically~*~*~ (outnumbered).
  5289 | D:3      | 5289 ||| Stepping ~*~*~tactically~*~*~ (outnumbered).
  5291 | D:3      | 5291 ||| Stepping ~*~*~tactically~*~*~ (outnumbered).
  5293 | D:3      | 5293 ||| Stepping ~*~*~tactically~*~*~ (outnumbered).
  5295 | D:3      | 5295 ||| Stepping ~*~*~tactically~*~*~ (outnumbered).
  5297 | D:3      | 5297 ||| Stepping ~*~*~tactically~*~*~ (outnumbered).
  5299 | D:3      | 5299 ||| Stepping ~*~*~tactically~*~*~ (outnumbered).
  5301 | D:3      | 5301 ||| Stepping ~*~*~tactically~*~*~ (outnumbered).
  5303 | D:3      | 5303 ||| Stepping ~*~*~tactically~*~*~ (outnumbered).
  5305 | D:3      | 5305 ||| Stepping ~*~*~tactically~*~*~ (outnumbered).
  5307 | D:3      | 5307 ||| Stepping ~*~*~tactically~*~*~ (outnumbered).
  5309 | D:3      | 5309 ||| Stepping ~*~*~tactically~*~*~ (outnumbered).
  5311 | D:3      | 5311 ||| Stepping ~*~*~tactically~*~*~ (outnumbered).
  5313 | D:3      | 5313 ||| Stepping ~*~*~tactically~*~*~ (outnumbered).
  5315 | D:3      | 5315 ||| Stepping ~*~*~tactically~*~*~ (outnumbered).
  5317 | D:3      | 5317 ||| Stepping ~*~*~tactically~*~*~ (outnumbered).
  5319 | D:3      | 5319 ||| Stepping ~*~*~tactically~*~*~ (outnumbered).
  5321 | D:3      | 5321 ||| Stepping ~*~*~tactically~*~*~ (outnumbered).
  5323 | D:3      | 5323 ||| Stepping ~*~*~tactically~*~*~ (outnumbered).
  5325 | D:3      | 5325 ||| Stepping ~*~*~tactically~*~*~ (outnumbered).
  5327 | D:3      | 5327 ||| Stepping ~*~*~tactically~*~*~ (outnumbered).
  5329 | D:3      | 5329 ||| Stepping ~*~*~tactically~*~*~ (outnumbered).
  5331 | D:3      | 5331 ||| Stepping ~*~*~tactically~*~*~ (outnumbered).
  5333 | D:3      | 5333 ||| Stepping ~*~*~tactically~*~*~ (outnumbered).
  5335 | D:3      | 5335 ||| Stepping ~*~*~tactically~*~*~ (outnumbered).
  5337 | D:3      | 5337 ||| Stepping ~*~*~tactically~*~*~ (outnumbered).
  5339 | D:3      | 5339 ||| Stepping ~*~*~tactically~*~*~ (outnumbered).
  5341 | D:3      | 5341 ||| Stepping ~*~*~tactically~*~*~ (outnumbered).
  5343 | D:3      | 5343 ||| Stepping ~*~*~tactically~*~*~ (outnumbered).
  5345 | D:3      | 5345 ||| Stepping ~*~*~tactically~*~*~ (outnumbered).
  5347 | D:3      | 5347 ||| Stepping ~*~*~tactically~*~*~ (outnumbered).
  5349 | D:3      | 5349 ||| Stepping ~*~*~tactically~*~*~ (outnumbered).
  5351 | D:3      | 5351 ||| Stepping ~*~*~tactically~*~*~ (outnumbered).
  5353 | D:3      | 5353 ||| Stepping ~*~*~tactically~*~*~ (outnumbered).
  5355 | D:3      | 5355 ||| Stepping ~*~*~tactically~*~*~ (outnumbered).
  5357 | D:3      | 5357 ||| Stepping ~*~*~tactically~*~*~ (outnumbered).
  5359 | D:3      | 5359 ||| Stepping ~*~*~tactically~*~*~ (outnumbered).
  5361 | D:3      | 5361 ||| Stepping ~*~*~tactically~*~*~ (outnumbered).
  5363 | D:3      | 5363 ||| Stepping ~*~*~tactically~*~*~ (outnumbered).
  5365 | D:3      | 5365 ||| Stepping ~*~*~tactically~*~*~ (outnumbered).
  5367 | D:3      | 5367 ||| Stepping ~*~*~tactically~*~*~ (outnumbered).
  5369 | D:3      | 5369 ||| Stepping ~*~*~tactically~*~*~ (outnumbered).
  5371 | D:3      | 5371 ||| Stepping ~*~*~tactically~*~*~ (outnumbered).
  5373 | D:3      | 5373 ||| Stepping ~*~*~tactically~*~*~ (outnumbered).
  5375 | D:3      | 5375 ||| Stepping ~*~*~tactically~*~*~ (outnumbered).
  5377 | D:3      | 5377 ||| Stepping ~*~*~tactically~*~*~ (outnumbered).
  5379 | D:3      | 5379 ||| Stepping ~*~*~tactically~*~*~ (outnumbered).
  5381 | D:3      | 5381 ||| Stepping ~*~*~tactically~*~*~ (outnumbered).
  5383 | D:3      | 5383 ||| Stepping ~*~*~tactically~*~*~ (outnumbered).
  5385 | D:3      | 5385 ||| Stepping ~*~*~tactically~*~*~ (outnumbered).
  5387 | D:3      | 5387 ||| Stepping ~*~*~tactically~*~*~ (outnumbered).
  5389 | D:3      | 5389 ||| Stepping ~*~*~tactically~*~*~ (outnumbered).
  5391 | D:3      | 5391 ||| Stepping ~*~*~tactically~*~*~ (outnumbered).
  5393 | D:3      | 5393 ||| Stepping ~*~*~tactically~*~*~ (outnumbered).
  5395 | D:3      | 5395 ||| Stepping ~*~*~tactically~*~*~ (outnumbered).
  5397 | D:3      | 5397 ||| Stepping ~*~*~tactically~*~*~ (outnumbered).
  5399 | D:3      | 5399 ||| Stepping ~*~*~tactically~*~*~ (outnumbered).
  5401 | D:3      | 5401 ||| Stepping ~*~*~tactically~*~*~ (outnumbered).
  5403 | D:3      | 5403 ||| Stepping ~*~*~tactically~*~*~ (outnumbered).
  5405 | D:3      | 5405 ||| Stepping ~*~*~tactically~*~*~ (outnumbered).
  5407 | D:3      | 5407 ||| Stepping ~*~*~tactically~*~*~ (outnumbered).
  5409 | D:3      | 5409 ||| Stepping ~*~*~tactically~*~*~ (outnumbered).
  5411 | D:3      | 5411 ||| Stepping ~*~*~tactically~*~*~ (outnumbered).
  5413 | D:3      | 5413 ||| Stepping ~*~*~tactically~*~*~ (outnumbered).
  5415 | D:3      | 5415 ||| Stepping ~*~*~tactically~*~*~ (outnumbered).
  5417 | D:3      | 5417 ||| Stepping ~*~*~tactically~*~*~ (outnumbered).
  5419 | D:3      | 5419 ||| Stepping ~*~*~tactically~*~*~ (outnumbered).
  5421 | D:3      | 5421 ||| Stepping ~*~*~tactically~*~*~ (outnumbered).
  5423 | D:3      | 5423 ||| Stepping ~*~*~tactically~*~*~ (outnumbered).
  5425 | D:3      | 5425 ||| Stepping ~*~*~tactically~*~*~ (outnumbered).
  5427 | D:3      | 5427 ||| Stepping ~*~*~tactically~*~*~ (outnumbered).
  5429 | D:3      | 5429 ||| Stepping ~*~*~tactically~*~*~ (outnumbered).
  5431 | D:3      | 5431 ||| Stepping ~*~*~tactically~*~*~ (outnumbered).
  5433 | D:3      | 5433 ||| Stepping ~*~*~tactically~*~*~ (outnumbered).
  5435 | D:3      | 5435 ||| Stepping ~*~*~tactically~*~*~ (outnumbered).
  5437 | D:3      | 5437 ||| Stepping ~*~*~tactically~*~*~ (outnumbered).
  5439 | D:3      | 5439 ||| Stepping ~*~*~tactically~*~*~ (outnumbered).
  5441 | D:3      | 5441 ||| Stepping ~*~*~tactically~*~*~ (outnumbered).
  5443 | D:3      | 5443 ||| Stepping ~*~*~tactically~*~*~ (outnumbered).
  5445 | D:3      | 5445 ||| Stepping ~*~*~tactically~*~*~ (outnumbered).
  5447 | D:3      | 5447 ||| Stepping ~*~*~tactically~*~*~ (outnumbered).
  5449 | D:3      | 5449 ||| Stepping ~*~*~tactically~*~*~ (outnumbered).
  5451 | D:3      | 5451 ||| Stepping ~*~*~tactically~*~*~ (outnumbered).
  5453 | D:3      | 5453 ||| Stepping ~*~*~tactically~*~*~ (outnumbered).
  5455 | D:3      | 5455 ||| Stepping ~*~*~tactically~*~*~ (outnumbered).
  5457 | D:3      | 5457 ||| Stepping ~*~*~tactically~*~*~ (outnumbered).
  5459 | D:3      | 5459 ||| Stepping ~*~*~tactically~*~*~ (outnumbered).
  5461 | D:3      | 5461 ||| Stepping ~*~*~tactically~*~*~ (outnumbered).
  5463 | D:3      | 5463 ||| Stepping ~*~*~tactically~*~*~ (outnumbered).
  5465 | D:3      | 5465 ||| Stepping ~*~*~tactically~*~*~ (outnumbered).
  5467 | D:3      | 5467 ||| Stepping ~*~*~tactically~*~*~ (outnumbered).
  5469 | D:3      | 5469 ||| Stepping ~*~*~tactically~*~*~ (outnumbered).
  5471 | D:3      | 5471 ||| Stepping ~*~*~tactically~*~*~ (outnumbered).
  5473 | D:3      | 5473 ||| Stepping ~*~*~tactically~*~*~ (outnumbered).
  5475 | D:3      | 5475 ||| Stepping ~*~*~tactically~*~*~ (outnumbered).
  5477 | D:3      | 5477 ||| Stepping ~*~*~tactically~*~*~ (outnumbered).
  5479 | D:3      | 5479 ||| Stepping ~*~*~tactically~*~*~ (outnumbered).
  5481 | D:3      | 5481 ||| Stepping ~*~*~tactically~*~*~ (outnumbered).
  5483 | D:3      | 5483 ||| Stepping ~*~*~tactically~*~*~ (outnumbered).
  5485 | D:3      | 5485 ||| Stepping ~*~*~tactically~*~*~ (outnumbered).
  5487 | D:3      | 5487 ||| Stepping ~*~*~tactically~*~*~ (outnumbered).
  5489 | D:3      | 5489 ||| Stepping ~*~*~tactically~*~*~ (outnumbered).
  5491 | D:3      | 5491 ||| Stepping ~*~*~tactically~*~*~ (outnumbered).
  5493 | D:3      | 5493 ||| Stepping ~*~*~tactically~*~*~ (outnumbered).
  5495 | D:3      | 5495 ||| Stepping ~*~*~tactically~*~*~ (outnumbered).
  5497 | D:3      | 5497 ||| Stepping ~*~*~tactically~*~*~ (outnumbered).
  5499 | D:3      | 5499 ||| Stepping ~*~*~tactically~*~*~ (outnumbered).
  5501 | D:3      | 5501 ||| Stepping ~*~*~tactically~*~*~ (outnumbered).
  5503 | D:3      | 5503 ||| Stepping ~*~*~tactically~*~*~ (outnumbered).
  5505 | D:3      | 5505 ||| Stepping ~*~*~tactically~*~*~ (outnumbered).
  5507 | D:3      | 5507 ||| Stepping ~*~*~tactically~*~*~ (outnumbered).
  5509 | D:3      | 5509 ||| Stepping ~*~*~tactically~*~*~ (outnumbered).
  5511 | D:3      | 5511 ||| Stepping ~*~*~tactically~*~*~ (outnumbered).
  5513 | D:3      | 5513 ||| Stepping ~*~*~tactically~*~*~ (outnumbered).
  5515 | D:3      | 5515 ||| Stepping ~*~*~tactically~*~*~ (outnumbered).
  5517 | D:3      | 5517 ||| Stepping ~*~*~tactically~*~*~ (outnumbered).
  5519 | D:3      | 5519 ||| Stepping ~*~*~tactically~*~*~ (outnumbered).
  5521 | D:3      | 5521 ||| Stepping ~*~*~tactically~*~*~ (outnumbered).
  5523 | D:3      | 5523 ||| Stepping ~*~*~tactically~*~*~ (outnumbered).
  5525 | D:3      | 5525 ||| Stepping ~*~*~tactically~*~*~ (outnumbered).
  5527 | D:3      | 5527 ||| Stepping ~*~*~tactically~*~*~ (outnumbered).
  5529 | D:3      | 5529 ||| Stepping ~*~*~tactically~*~*~ (outnumbered).
  5531 | D:3      | 5531 ||| Stepping ~*~*~tactically~*~*~ (outnumbered).
  5533 | D:3      | 5533 ||| Stepping ~*~*~tactically~*~*~ (outnumbered).
  5535 | D:3      | 5535 ||| Stepping ~*~*~tactically~*~*~ (outnumbered).
  5537 | D:3      | 5537 ||| Stepping ~*~*~tactically~*~*~ (outnumbered).
  5539 | D:3      | 5539 ||| Stepping ~*~*~tactically~*~*~ (outnumbered).
  5541 | D:3      | 5541 ||| Stepping ~*~*~tactically~*~*~ (outnumbered).
  5543 | D:3      | 5543 ||| Stepping ~*~*~tactically~*~*~ (outnumbered).
  5545 | D:3      | 5545 ||| Stepping ~*~*~tactically~*~*~ (outnumbered).
  5547 | D:3      | 5547 ||| Stepping ~*~*~tactically~*~*~ (outnumbered).
  5549 | D:3      | 5549 ||| Stepping ~*~*~tactically~*~*~ (outnumbered).
  5551 | D:3      | 5551 ||| Stepping ~*~*~tactically~*~*~ (outnumbered).
  5553 | D:3      | 5553 ||| Stepping ~*~*~tactically~*~*~ (outnumbered).
  5555 | D:3      | 5555 ||| Stepping ~*~*~tactically~*~*~ (outnumbered).
  5557 | D:3      | 5557 ||| Stepping ~*~*~tactically~*~*~ (outnumbered).
  5559 | D:3      | 5559 ||| Stepping ~*~*~tactically~*~*~ (outnumbered).
  5561 | D:3      | 5561 ||| Stepping ~*~*~tactically~*~*~ (outnumbered).
  5563 | D:3      | 5563 ||| Stepping ~*~*~tactically~*~*~ (outnumbered).
  5565 | D:3      | 5565 ||| Stepping ~*~*~tactically~*~*~ (outnumbered).
  5567 | D:3      | 5567 ||| Stepping ~*~*~tactically~*~*~ (outnumbered).
  5569 | D:3      | 5569 ||| Stepping ~*~*~tactically~*~*~ (outnumbered).
  5571 | D:3      | 5571 ||| Stepping ~*~*~tactically~*~*~ (outnumbered).
  5573 | D:3      | 5573 ||| Stepping ~*~*~tactically~*~*~ (outnumbered).
  5575 | D:3      | 5575 ||| Stepping ~*~*~tactically~*~*~ (outnumbered).
  5577 | D:3      | 5577 ||| Stepping ~*~*~tactically~*~*~ (outnumbered).
  5579 | D:3      | 5579 ||| Stepping ~*~*~tactically~*~*~ (outnumbered).
  5581 | D:3      | 5581 ||| Stepping ~*~*~tactically~*~*~ (outnumbered).
  5583 | D:3      | 5583 ||| Stepping ~*~*~tactically~*~*~ (outnumbered).
  5585 | D:3      | 5585 ||| Stepping ~*~*~tactically~*~*~ (outnumbered).
  5587 | D:3      | 5587 ||| Stepping ~*~*~tactically~*~*~ (outnumbered).
  5589 | D:3      | 5589 ||| Stepping ~*~*~tactically~*~*~ (outnumbered).
  5591 | D:3      | 5591 ||| Stepping ~*~*~tactically~*~*~ (outnumbered).
  5593 | D:3      | 5593 ||| Stepping ~*~*~tactically~*~*~ (outnumbered).
  5595 | D:3      | 5595 ||| Stepping ~*~*~tactically~*~*~ (outnumbered).
  5597 | D:3      | 5597 ||| Stepping ~*~*~tactically~*~*~ (outnumbered).
  5599 | D:3      | 5599 ||| Stepping ~*~*~tactically~*~*~ (outnumbered).
  5601 | D:3      | 5601 ||| Stepping ~*~*~tactically~*~*~ (outnumbered).
  5603 | D:3      | 5603 ||| Stepping ~*~*~tactically~*~*~ (outnumbered).
  5605 | D:3      | 5605 ||| Stepping ~*~*~tactically~*~*~ (outnumbered).
  5607 | D:3      | 5607 ||| Stepping ~*~*~tactically~*~*~ (outnumbered).
  5609 | D:3      | 5609 ||| Stepping ~*~*~tactically~*~*~ (outnumbered).
  5611 | D:3      | 5611 ||| Stepping ~*~*~tactically~*~*~ (outnumbered).
  5613 | D:3      | 5613 ||| Stepping ~*~*~tactically~*~*~ (outnumbered).
  5615 | D:3      | 5615 ||| Stepping ~*~*~tactically~*~*~ (outnumbered).
  5617 | D:3      | 5617 ||| Stepping ~*~*~tactically~*~*~ (outnumbered).
  5619 | D:3      | 5619 ||| Stepping ~*~*~tactically~*~*~ (outnumbered).
  5621 | D:3      | 5621 ||| Stepping ~*~*~tactically~*~*~ (outnumbered).
  5623 | D:3      | 5623 ||| Stepping ~*~*~tactically~*~*~ (outnumbered).
  5625 | D:3      | 5625 ||| Stepping ~*~*~tactically~*~*~ (outnumbered).
  5627 | D:3      | 5627 ||| Stepping ~*~*~tactically~*~*~ (outnumbered).
  5629 | D:3      | 5629 ||| Stepping ~*~*~tactically~*~*~ (outnumbered).
  5631 | D:3      | 5631 ||| Stepping ~*~*~tactically~*~*~ (outnumbered).
  5633 | D:3      | 5633 ||| Stepping ~*~*~tactically~*~*~ (outnumbered).
  5635 | D:3      | 5635 ||| Stepping ~*~*~tactically~*~*~ (outnumbered).
  5637 | D:3      | 5637 ||| Stepping ~*~*~tactically~*~*~ (outnumbered).
  5639 | D:3      | 5639 ||| Stepping ~*~*~tactically~*~*~ (outnumbered).
  5641 | D:3      | 5641 ||| Stepping ~*~*~tactically~*~*~ (outnumbered).
  5643 | D:3      | 5643 ||| Stepping ~*~*~tactically~*~*~ (outnumbered).
  5645 | D:3      | 5645 ||| Stepping ~*~*~tactically~*~*~ (outnumbered).
  5647 | D:3      | 5647 ||| Stepping ~*~*~tactically~*~*~ (outnumbered).
  5649 | D:3      | 5649 ||| Stepping ~*~*~tactically~*~*~ (outnumbered).
  5651 | D:3      | 5651 ||| Stepping ~*~*~tactically~*~*~ (outnumbered).
  5653 | D:3      | 5653 ||| Stepping ~*~*~tactically~*~*~ (outnumbered).
  5655 | D:3      | 5655 ||| Stepping ~*~*~tactically~*~*~ (outnumbered).
  5657 | D:3      | 5657 ||| Stepping ~*~*~tactically~*~*~ (outnumbered).
  5659 | D:3      | 5659 ||| Stepping ~*~*~tactically~*~*~ (outnumbered).
  5661 | D:3      | 5661 ||| Stepping ~*~*~tactically~*~*~ (outnumbered).
  5663 | D:3      | 5663 ||| Stepping ~*~*~tactically~*~*~ (outnumbered).
  5665 | D:3      | 5665 ||| Stepping ~*~*~tactically~*~*~ (outnumbered).
  5667 | D:3      | 5667 ||| Stepping ~*~*~tactically~*~*~ (outnumbered).
  5669 | D:3      | 5669 ||| Stepping ~*~*~tactically~*~*~ (outnumbered).
  5671 | D:3      | 5671 ||| Stepping ~*~*~tactically~*~*~ (outnumbered).
  5673 | D:3      | 5673 ||| Stepping ~*~*~tactically~*~*~ (outnumbered).
  5675 | D:3      | 5675 ||| Stepping ~*~*~tactically~*~*~ (outnumbered).
  5677 | D:3      | 5677 ||| Stepping ~*~*~tactically~*~*~ (outnumbered).
  5679 | D:3      | 5679 ||| Stepping ~*~*~tactically~*~*~ (outnumbered).
  5681 | D:3      | 5681 ||| Stepping ~*~*~tactically~*~*~ (outnumbered).
  5683 | D:3      | 5683 ||| Stepping ~*~*~tactically~*~*~ (outnumbered).
  5685 | D:3      | 5685 ||| Stepping ~*~*~tactically~*~*~ (outnumbered).
  5687 | D:3      | 5687 ||| Stepping ~*~*~tactically~*~*~ (outnumbered).
  5689 | D:3      | 5689 ||| Stepping ~*~*~tactically~*~*~ (outnumbered).
  5691 | D:3      | 5691 ||| Stepping ~*~*~tactically~*~*~ (outnumbered).
  5693 | D:3      | 5693 ||| Stepping ~*~*~tactically~*~*~ (outnumbered).
  5695 | D:3      | 5695 ||| Stepping ~*~*~tactically~*~*~ (outnumbered).
  5697 | D:3      | 5697 ||| Stepping ~*~*~tactically~*~*~ (outnumbered).
  5699 | D:3      | 5699 ||| Stepping ~*~*~tactically~*~*~ (outnumbered).
  5701 | D:3      | 5701 ||| Stepping ~*~*~tactically~*~*~ (outnumbered).
  5703 | D:3      | 5703 ||| Stepping ~*~*~tactically~*~*~ (outnumbered).
  5705 | D:3      | 5705 ||| Stepping ~*~*~tactically~*~*~ (outnumbered).
  5707 | D:3      | 5707 ||| Stepping ~*~*~tactically~*~*~ (outnumbered).
  5709 | D:3      | 5709 ||| Stepping ~*~*~tactically~*~*~ (outnumbered).
  5711 | D:3      | 5711 ||| Stepping ~*~*~tactically~*~*~ (outnumbered).
  5713 | D:3      | 5713 ||| Stepping ~*~*~tactically~*~*~ (outnumbered).
  5715 | D:3      | 5715 ||| Stepping ~*~*~tactically~*~*~ (outnumbered).
  5717 | D:3      | 5717 ||| Stepping ~*~*~tactically~*~*~ (outnumbered).
  5719 | D:3      | 5719 ||| Stepping ~*~*~tactically~*~*~ (outnumbered).
  5721 | D:3      | 5721 ||| Stepping ~*~*~tactically~*~*~ (outnumbered).
  5723 | D:3      | 5723 ||| Stepping ~*~*~tactically~*~*~ (outnumbered).
  5725 | D:3      | 5725 ||| Stepping ~*~*~tactically~*~*~ (outnumbered).
  5727 | D:3      | 5727 ||| Stepping ~*~*~tactically~*~*~ (outnumbered).
  5729 | D:3      | 5729 ||| Stepping ~*~*~tactically~*~*~ (outnumbered).
  5731 | D:3      | 5731 ||| Stepping ~*~*~tactically~*~*~ (outnumbered).
  5733 | D:3      | 5733 ||| Stepping ~*~*~tactically~*~*~ (outnumbered).
  5735 | D:3      | 5735 ||| Stepping ~*~*~tactically~*~*~ (outnumbered).
  5737 | D:3      | 5737 ||| Stepping ~*~*~tactically~*~*~ (outnumbered).
  5739 | D:3      | 5739 ||| Stepping ~*~*~tactically~*~*~ (outnumbered).
  5741 | D:3      | 5741 ||| Stepping ~*~*~tactically~*~*~ (outnumbered).
  5743 | D:3      | 5743 ||| Stepping ~*~*~tactically~*~*~ (outnumbered).
  5745 | D:3      | 5745 ||| Stepping ~*~*~tactically~*~*~ (outnumbered).
  5747 | D:3      | 5747 ||| Stepping ~*~*~tactically~*~*~ (outnumbered).
  5749 | D:3      | 5749 ||| Stepping ~*~*~tactically~*~*~ (outnumbered).
  5751 | D:3      | 5751 ||| Stepping ~*~*~tactically~*~*~ (outnumbered).
  5753 | D:3      | 5753 ||| Stepping ~*~*~tactically~*~*~ (outnumbered).
  5755 | D:3      | 5755 ||| Stepping ~*~*~tactically~*~*~ (outnumbered).
  5757 | D:3      | 5757 ||| Stepping ~*~*~tactically~*~*~ (outnumbered).
  5759 | D:3      | 5759 ||| Stepping ~*~*~tactically~*~*~ (outnumbered).
  5761 | D:3      | 5761 ||| Stepping ~*~*~tactically~*~*~ (outnumbered).
  5763 | D:3      | 5763 ||| Stepping ~*~*~tactically~*~*~ (outnumbered).
  5765 | D:3      | 5765 ||| Stepping ~*~*~tactically~*~*~ (outnumbered).
  5767 | D:3      | 5767 ||| Stepping ~*~*~tactically~*~*~ (outnumbered).
  5769 | D:3      | 5769 ||| Stepping ~*~*~tactically~*~*~ (outnumbered).
  5771 | D:3      | 5771 ||| Stepping ~*~*~tactically~*~*~ (outnumbered).
  5773 | D:3      | 5773 ||| Stepping ~*~*~tactically~*~*~ (outnumbered).
  5775 | D:3      | 5775 ||| Stepping ~*~*~tactically~*~*~ (outnumbered).
  5777 | D:3      | 5777 ||| Stepping ~*~*~tactically~*~*~ (outnumbered).
  5779 | D:3      | 5779 ||| Stepping ~*~*~tactically~*~*~ (outnumbered).
  5781 | D:3      | 5781 ||| Stepping ~*~*~tactically~*~*~ (outnumbered).
  5783 | D:3      | 5783 ||| Stepping ~*~*~tactically~*~*~ (outnumbered).
  5785 | D:3      | 5785 ||| Stepping ~*~*~tactically~*~*~ (outnumbered).
  5787 | D:3      | 5787 ||| Stepping ~*~*~tactically~*~*~ (outnumbered).
  5789 | D:3      | 5789 ||| Stepping ~*~*~tactically~*~*~ (outnumbered).
  5791 | D:3      | 5791 ||| Stepping ~*~*~tactically~*~*~ (outnumbered).
  5793 | D:3      | 5793 ||| Stepping ~*~*~tactically~*~*~ (outnumbered).
  5795 | D:3      | 5795 ||| Stepping ~*~*~tactically~*~*~ (outnumbered).
  5797 | D:3      | 5797 ||| Stepping ~*~*~tactically~*~*~ (outnumbered).
  5799 | D:3      | 5799 ||| Stepping ~*~*~tactically~*~*~ (outnumbered).
  5801 | D:3      | 5801 ||| Stepping ~*~*~tactically~*~*~ (outnumbered).
  5803 | D:3      | 5803 ||| Stepping ~*~*~tactically~*~*~ (outnumbered).
  5805 | D:3      | 5805 ||| Stepping ~*~*~tactically~*~*~ (outnumbered).
  5807 | D:3      | 5807 ||| Stepping ~*~*~tactically~*~*~ (outnumbered).
  5809 | D:3      | 5809 ||| Stepping ~*~*~tactically~*~*~ (outnumbered).
  5811 | D:3      | 5811 ||| Stepping ~*~*~tactically~*~*~ (outnumbered).
  5813 | D:3      | 5813 ||| Stepping ~*~*~tactically~*~*~ (outnumbered).
  5815 | D:3      | 5815 ||| Stepping ~*~*~tactically~*~*~ (outnumbered).
  5817 | D:3      | 5817 ||| Stepping ~*~*~tactically~*~*~ (outnumbered).
  5819 | D:3      | 5819 ||| Stepping ~*~*~tactically~*~*~ (outnumbered).
  5821 | D:3      | 5821 ||| Stepping ~*~*~tactically~*~*~ (outnumbered).
  5823 | D:3      | 5823 ||| Stepping ~*~*~tactically~*~*~ (outnumbered).
  5825 | D:3      | 5825 ||| Stepping ~*~*~tactically~*~*~ (outnumbered).
  5827 | D:3      | 5827 ||| Stepping ~*~*~tactically~*~*~ (outnumbered).
  5829 | D:3      | 5829 ||| Stepping ~*~*~tactically~*~*~ (outnumbered).
  5831 | D:3      | 5831 ||| Stepping ~*~*~tactically~*~*~ (outnumbered).
  5833 | D:3      | 5833 ||| Stepping ~*~*~tactically~*~*~ (outnumbered).
  5835 | D:3      | 5835 ||| Stepping ~*~*~tactically~*~*~ (outnumbered).
  5837 | D:3      | 5837 ||| Stepping ~*~*~tactically~*~*~ (outnumbered).
  5839 | D:3      | 5839 ||| Stepping ~*~*~tactically~*~*~ (outnumbered).
  5841 | D:3      | 5841 ||| Stepping ~*~*~tactically~*~*~ (outnumbered).
  5843 | D:3      | 5843 ||| Stepping ~*~*~tactically~*~*~ (outnumbered).
  5845 | D:3      | 5845 ||| Stepping ~*~*~tactically~*~*~ (outnumbered).
  5847 | D:3      | 5847 ||| Stepping ~*~*~tactically~*~*~ (outnumbered).
  5849 | D:3      | 5849 ||| Stepping ~*~*~tactically~*~*~ (outnumbered).
  5851 | D:3      | 5851 ||| Stepping ~*~*~tactically~*~*~ (outnumbered).
  5853 | D:3      | 5853 ||| Stepping ~*~*~tactically~*~*~ (outnumbered).
  5855 | D:3      | 5855 ||| Stepping ~*~*~tactically~*~*~ (outnumbered).
  5857 | D:3      | 5857 ||| Stepping ~*~*~tactically~*~*~ (outnumbered).
  5859 | D:3      | 5859 ||| Stepping ~*~*~tactically~*~*~ (outnumbered).
  5861 | D:3      | 5861 ||| Stepping ~*~*~tactically~*~*~ (outnumbered).
  5863 | D:3      | 5863 ||| Stepping ~*~*~tactically~*~*~ (outnumbered).
  5865 | D:3      | 5865 ||| Stepping ~*~*~tactically~*~*~ (outnumbered).
  5867 | D:3      | 5867 ||| Stepping ~*~*~tactically~*~*~ (outnumbered).
  5869 | D:3      | 5869 ||| Stepping ~*~*~tactically~*~*~ (outnumbered).
  5871 | D:3      | 5871 ||| Stepping ~*~*~tactically~*~*~ (outnumbered).
  5873 | D:3      | 5873 ||| Stepping ~*~*~tactically~*~*~ (outnumbered).
  5875 | D:3      | 5875 ||| Stepping ~*~*~tactically~*~*~ (outnumbered).
  5877 | D:3      | 5877 ||| Stepping ~*~*~tactically~*~*~ (outnumbered).
  5879 | D:3      | 5879 ||| Stepping ~*~*~tactically~*~*~ (outnumbered).
  5881 | D:3      | 5881 ||| Stepping ~*~*~tactically~*~*~ (outnumbered).
  5883 | D:3      | 5883 ||| Stepping ~*~*~tactically~*~*~ (outnumbered).
  5885 | D:3      | 5885 ||| Stepping ~*~*~tactically~*~*~ (outnumbered).
  5887 | D:3      | 5887 ||| Stepping ~*~*~tactically~*~*~ (outnumbered).
  5889 | D:3      | 5889 ||| Stepping ~*~*~tactically~*~*~ (outnumbered).
  5891 | D:3      | 5891 ||| Stepping ~*~*~tactically~*~*~ (outnumbered).
  5893 | D:3      | 5893 ||| Stepping ~*~*~tactically~*~*~ (outnumbered).
  5895 | D:3      | 5895 ||| Stepping ~*~*~tactically~*~*~ (outnumbered).
  5897 | D:3      | 5897 ||| Stepping ~*~*~tactically~*~*~ (outnumbered).
  5899 | D:3      | 5899 ||| Stepping ~*~*~tactically~*~*~ (outnumbered).
  5901 | D:3      | 5901 ||| Stepping ~*~*~tactically~*~*~ (outnumbered).
  5903 | D:3      | 5903 ||| Stepping ~*~*~tactically~*~*~ (outnumbered).
  5905 | D:3      | 5905 ||| Stepping ~*~*~tactically~*~*~ (outnumbered).
  5907 | D:3      | 5907 ||| Stepping ~*~*~tactically~*~*~ (outnumbered).
  5909 | D:3      | 5909 ||| Stepping ~*~*~tactically~*~*~ (outnumbered).
  5911 | D:3      | 5911 ||| Stepping ~*~*~tactically~*~*~ (outnumbered).
  5913 | D:3      | 5913 ||| Stepping ~*~*~tactically~*~*~ (outnumbered).
  5915 | D:3      | 5915 ||| Stepping ~*~*~tactically~*~*~ (outnumbered).
  5917 | D:3      | 5917 ||| Stepping ~*~*~tactically~*~*~ (outnumbered).
  5919 | D:3      | 5919 ||| Stepping ~*~*~tactically~*~*~ (outnumbered).
  5921 | D:3      | 5921 ||| Stepping ~*~*~tactically~*~*~ (outnumbered).
  5923 | D:3      | 5923 ||| Stepping ~*~*~tactically~*~*~ (outnumbered).
  5925 | D:3      | 5925 ||| Stepping ~*~*~tactically~*~*~ (outnumbered).
  5927 | D:3      | 5927 ||| Stepping ~*~*~tactically~*~*~ (outnumbered).
  5929 | D:3      | 5929 ||| Stepping ~*~*~tactically~*~*~ (outnumbered).
  5930 | D:3      | 5930 ||| Stepping ~*~*~tactically~*~*~ (stealth).
  5931 | D:3      | 5931 ||| Stepping ~*~*~tactically~*~*~ (outnumbered).
  5942 | D:3      | 5942 ||| Stepping ~*~*~tactically~*~*~ (outnumbered).
  5944 | D:3      | 5944 ||| Stepping ~*~*~tactically~*~*~ (outnumbered).
  5946 | D:3      | 5946 ||| Stepping ~*~*~tactically~*~*~ (outnumbered).
  5948 | D:3      | 5948 ||| Stepping ~*~*~tactically~*~*~ (outnumbered).
  5950 | D:3      | 5950 ||| Stepping ~*~*~tactically~*~*~ (outnumbered).
  5952 | D:3      | 5952 ||| Stepping ~*~*~tactically~*~*~ (outnumbered).
  5954 | D:3      | 5954 ||| Stepping ~*~*~tactically~*~*~ (outnumbered).
  5956 | D:3      | 5956 ||| Stepping ~*~*~tactically~*~*~ (outnumbered).
  5958 | D:3      | 5958 ||| Stepping ~*~*~tactically~*~*~ (outnumbered).
  5960 | D:3      | 5960 ||| Stepping ~*~*~tactically~*~*~ (outnumbered).
  5962 | D:3      | 5962 ||| Stepping ~*~*~tactically~*~*~ (outnumbered).
  5964 | D:3      | 5964 ||| Stepping ~*~*~tactically~*~*~ (outnumbered).
  5966 | D:3      | 5966 ||| Stepping ~*~*~tactically~*~*~ (outnumbered).
  5968 | D:3      | 5968 ||| Stepping ~*~*~tactically~*~*~ (outnumbered).
  5970 | D:3      | 5970 ||| Stepping ~*~*~tactically~*~*~ (outnumbered).
  5972 | D:3      | 5972 ||| Stepping ~*~*~tactically~*~*~ (outnumbered).
  5974 | D:3      | 5974 ||| Stepping ~*~*~tactically~*~*~ (outnumbered).
  5976 | D:3      | 5976 ||| Stepping ~*~*~tactically~*~*~ (outnumbered).
  5978 | D:3      | 5978 ||| Stepping ~*~*~tactically~*~*~ (outnumbered).
  5980 | D:3      | 5980 ||| Stepping ~*~*~tactically~*~*~ (outnumbered).
  5982 | D:3      | 5982 ||| Stepping ~*~*~tactically~*~*~ (outnumbered).
  5984 | D:3      | 5984 ||| Stepping ~*~*~tactically~*~*~ (outnumbered).
  5986 | D:3      | 5986 ||| Stepping ~*~*~tactically~*~*~ (outnumbered).
  5988 | D:3      | 5988 ||| Stepping ~*~*~tactically~*~*~ (outnumbered).
  5990 | D:3      | 5990 ||| Stepping ~*~*~tactically~*~*~ (outnumbered).
  5992 | D:3      | 5992 ||| Stepping ~*~*~tactically~*~*~ (outnumbered).
  5994 | D:3      | 5994 ||| Stepping ~*~*~tactically~*~*~ (outnumbered).
  5996 | D:3      | 5996 ||| Stepping ~*~*~tactically~*~*~ (outnumbered).
  5998 | D:3      | 5998 ||| Stepping ~*~*~tactically~*~*~ (outnumbered).
  6000 | D:3      | 6000 ||| Stepping ~*~*~tactically~*~*~ (outnumbered).
  6002 | D:3      | 6002 ||| Stepping ~*~*~tactically~*~*~ (outnumbered).
  6004 | D:3      | 6004 ||| Stepping ~*~*~tactically~*~*~ (outnumbered).
  6006 | D:3      | 6006 ||| Stepping ~*~*~tactically~*~*~ (outnumbered).
  6008 | D:3      | 6008 ||| Stepping ~*~*~tactically~*~*~ (outnumbered).
  6010 | D:3      | 6010 ||| Stepping ~*~*~tactically~*~*~ (outnumbered).
  6012 | D:3      | 6012 ||| Stepping ~*~*~tactically~*~*~ (outnumbered).
  6014 | D:3      | 6014 ||| Stepping ~*~*~tactically~*~*~ (outnumbered).
  6016 | D:3      | 6016 ||| Stepping ~*~*~tactically~*~*~ (outnumbered).
  6018 | D:3      | 6018 ||| Stepping ~*~*~tactically~*~*~ (outnumbered).
  6020 | D:3      | 6020 ||| Stepping ~*~*~tactically~*~*~ (outnumbered).
  6022 | D:3      | 6022 ||| Stepping ~*~*~tactically~*~*~ (outnumbered).
  6024 | D:3      | 6024 ||| Stepping ~*~*~tactically~*~*~ (outnumbered).
  6026 | D:3      | 6026 ||| Stepping ~*~*~tactically~*~*~ (outnumbered).
  6028 | D:3      | 6028 ||| Stepping ~*~*~tactically~*~*~ (outnumbered).
  6030 | D:3      | 6030 ||| Stepping ~*~*~tactically~*~*~ (outnumbered).
  6032 | D:3      | 6032 ||| Stepping ~*~*~tactically~*~*~ (outnumbered).
  6034 | D:3      | 6034 ||| Stepping ~*~*~tactically~*~*~ (outnumbered).
  6036 | D:3      | 6036 ||| Stepping ~*~*~tactically~*~*~ (outnumbered).
  6038 | D:3      | 6038 ||| Stepping ~*~*~tactically~*~*~ (outnumbered).
  6040 | D:3      | 6040 ||| Stepping ~*~*~tactically~*~*~ (outnumbered).
  6042 | D:3      | 6042 ||| Stepping ~*~*~tactically~*~*~ (outnumbered).
  6044 | D:3      | 6044 ||| Stepping ~*~*~tactically~*~*~ (outnumbered).
  6046 | D:3      | 6046 ||| Stepping ~*~*~tactically~*~*~ (outnumbered).
  6048 | D:3      | 6048 ||| Stepping ~*~*~tactically~*~*~ (outnumbered).
  6050 | D:3      | 6050 ||| Stepping ~*~*~tactically~*~*~ (outnumbered).
  6052 | D:3      | 6052 ||| Stepping ~*~*~tactically~*~*~ (outnumbered).
  6054 | D:3      | 6054 ||| Stepping ~*~*~tactically~*~*~ (outnumbered).
  6056 | D:3      | 6056 ||| Stepping ~*~*~tactically~*~*~ (outnumbered).
  6058 | D:3      | 6058 ||| Stepping ~*~*~tactically~*~*~ (outnumbered).
  6060 | D:3      | 6060 ||| Stepping ~*~*~tactically~*~*~ (outnumbered).
  6062 | D:3      | 6062 ||| Stepping ~*~*~tactically~*~*~ (outnumbered).
  6064 | D:3      | 6064 ||| Stepping ~*~*~tactically~*~*~ (outnumbered).
  6066 | D:3      | 6066 ||| Stepping ~*~*~tactically~*~*~ (outnumbered).
  6068 | D:3      | 6068 ||| Stepping ~*~*~tactically~*~*~ (outnumbered).
  6070 | D:3      | 6070 ||| Stepping ~*~*~tactically~*~*~ (outnumbered).
  6072 | D:3      | 6072 ||| Stepping ~*~*~tactically~*~*~ (outnumbered).
  6074 | D:3      | 6074 ||| Stepping ~*~*~tactically~*~*~ (outnumbered).
  6076 | D:3      | 6076 ||| Stepping ~*~*~tactically~*~*~ (outnumbered).
  6078 | D:3      | 6078 ||| Stepping ~*~*~tactically~*~*~ (outnumbered).
  6080 | D:3      | 6080 ||| Stepping ~*~*~tactically~*~*~ (outnumbered).
  6082 | D:3      | 6082 ||| Stepping ~*~*~tactically~*~*~ (outnumbered).
  6084 | D:3      | 6084 ||| Stepping ~*~*~tactically~*~*~ (outnumbered).
  6086 | D:3      | 6086 ||| Stepping ~*~*~tactically~*~*~ (outnumbered).
  6088 | D:3      | 6088 ||| Stepping ~*~*~tactically~*~*~ (outnumbered).
  6090 | D:3      | 6090 ||| Stepping ~*~*~tactically~*~*~ (outnumbered).
  6092 | D:3      | 6092 ||| Stepping ~*~*~tactically~*~*~ (outnumbered).
  6094 | D:3      | 6094 ||| Stepping ~*~*~tactically~*~*~ (outnumbered).
  6096 | D:3      | 6096 ||| Stepping ~*~*~tactically~*~*~ (outnumbered).
  6098 | D:3      | 6098 ||| Stepping ~*~*~tactically~*~*~ (outnumbered).
  6100 | D:3      | 6100 ||| Stepping ~*~*~tactically~*~*~ (outnumbered).
  6102 | D:3      | 6102 ||| Stepping ~*~*~tactically~*~*~ (outnumbered).
  6104 | D:3      | 6104 ||| Stepping ~*~*~tactically~*~*~ (outnumbered).
  6106 | D:3      | 6106 ||| Stepping ~*~*~tactically~*~*~ (outnumbered).
  6108 | D:3      | 6108 ||| Stepping ~*~*~tactically~*~*~ (outnumbered).
  6110 | D:3      | 6110 ||| Stepping ~*~*~tactically~*~*~ (outnumbered).
  6112 | D:3      | 6112 ||| Stepping ~*~*~tactically~*~*~ (outnumbered).
  6114 | D:3      | 6114 ||| Stepping ~*~*~tactically~*~*~ (outnumbered).
  6116 | D:3      | 6116 ||| Stepping ~*~*~tactically~*~*~ (outnumbered).
  6118 | D:3      | 6118 ||| Stepping ~*~*~tactically~*~*~ (outnumbered).
  6120 | D:3      | 6120 ||| Stepping ~*~*~tactically~*~*~ (outnumbered).
  6122 | D:3      | 6122 ||| Stepping ~*~*~tactically~*~*~ (outnumbered).
  6124 | D:3      | 6124 ||| Stepping ~*~*~tactically~*~*~ (outnumbered).
  6126 | D:3      | 6126 ||| Stepping ~*~*~tactically~*~*~ (outnumbered).
  6128 | D:3      | 6128 ||| Stepping ~*~*~tactically~*~*~ (outnumbered).
  6130 | D:3      | 6130 ||| Stepping ~*~*~tactically~*~*~ (outnumbered).
  6132 | D:3      | 6132 ||| Stepping ~*~*~tactically~*~*~ (outnumbered).
  6134 | D:3      | 6134 ||| Stepping ~*~*~tactically~*~*~ (outnumbered).
  6136 | D:3      | 6136 ||| Stepping ~*~*~tactically~*~*~ (outnumbered).
  6138 | D:3      | 6138 ||| Stepping ~*~*~tactically~*~*~ (outnumbered).
  6140 | D:3      | 6140 ||| Stepping ~*~*~tactically~*~*~ (outnumbered).
  6142 | D:3      | 6142 ||| Stepping ~*~*~tactically~*~*~ (outnumbered).
  6144 | D:3      | 6144 ||| Stepping ~*~*~tactically~*~*~ (outnumbered).
  6146 | D:3      | 6146 ||| Stepping ~*~*~tactically~*~*~ (outnumbered).
  6148 | D:3      | 6148 ||| Stepping ~*~*~tactically~*~*~ (outnumbered).
  6150 | D:3      | 6150 ||| Stepping ~*~*~tactically~*~*~ (outnumbered).
  6152 | D:3      | 6152 ||| Stepping ~*~*~tactically~*~*~ (outnumbered).
  6154 | D:3      | 6154 ||| Stepping ~*~*~tactically~*~*~ (outnumbered).
  6156 | D:3      | 6156 ||| Stepping ~*~*~tactically~*~*~ (outnumbered).
  6158 | D:3      | 6158 ||| Stepping ~*~*~tactically~*~*~ (outnumbered).
  6160 | D:3      | 6160 ||| Stepping ~*~*~tactically~*~*~ (outnumbered).
  6162 | D:3      | 6162 ||| Stepping ~*~*~tactically~*~*~ (outnumbered).
  6164 | D:3      | 6164 ||| Stepping ~*~*~tactically~*~*~ (outnumbered).
  6166 | D:3      | 6166 ||| Stepping ~*~*~tactically~*~*~ (outnumbered).
  6168 | D:3      | 6168 ||| Stepping ~*~*~tactically~*~*~ (outnumbered).
  6170 | D:3      | 6170 ||| Stepping ~*~*~tactically~*~*~ (outnumbered).
  6172 | D:3      | 6172 ||| Stepping ~*~*~tactically~*~*~ (outnumbered).
  6174 | D:3      | 6174 ||| Stepping ~*~*~tactically~*~*~ (outnumbered).
  6176 | D:3      | 6176 ||| Stepping ~*~*~tactically~*~*~ (outnumbered).
  6178 | D:3      | 6178 ||| Stepping ~*~*~tactically~*~*~ (outnumbered).
  6180 | D:3      | 6180 ||| Stepping ~*~*~tactically~*~*~ (outnumbered).
  6182 | D:3      | 6182 ||| Stepping ~*~*~tactically~*~*~ (outnumbered).
  6184 | D:3      | 6184 ||| Stepping ~*~*~tactically~*~*~ (outnumbered).
  6186 | D:3      | 6186 ||| Stepping ~*~*~tactically~*~*~ (outnumbered).
  6188 | D:3      | 6188 ||| Stepping ~*~*~tactically~*~*~ (outnumbered).
  6190 | D:3      | 6190 ||| Stepping ~*~*~tactically~*~*~ (outnumbered).
  6192 | D:3      | 6192 ||| Stepping ~*~*~tactically~*~*~ (outnumbered).
  6194 | D:3      | 6194 ||| Stepping ~*~*~tactically~*~*~ (outnumbered).
  6196 | D:3      | 6196 ||| Stepping ~*~*~tactically~*~*~ (outnumbered).
  6198 | D:3      | 6198 ||| Stepping ~*~*~tactically~*~*~ (outnumbered).
  6200 | D:3      | 6200 ||| Stepping ~*~*~tactically~*~*~ (outnumbered).
  6202 | D:3      | 6202 ||| Stepping ~*~*~tactically~*~*~ (outnumbered).
  6204 | D:3      | 6204 ||| Stepping ~*~*~tactically~*~*~ (outnumbered).
  6206 | D:3      | 6206 ||| Stepping ~*~*~tactically~*~*~ (outnumbered).
  6208 | D:3      | 6208 ||| Stepping ~*~*~tactically~*~*~ (outnumbered).
  6210 | D:3      | 6210 ||| Stepping ~*~*~tactically~*~*~ (outnumbered).
  6212 | D:3      | 6212 ||| Stepping ~*~*~tactically~*~*~ (outnumbered).
  6214 | D:3      | 6214 ||| Stepping ~*~*~tactically~*~*~ (outnumbered).
  6216 | D:3      | 6216 ||| Stepping ~*~*~tactically~*~*~ (outnumbered).
  6218 | D:3      | 6218 ||| Stepping ~*~*~tactically~*~*~ (outnumbered).
  6220 | D:3      | 6220 ||| Stepping ~*~*~tactically~*~*~ (outnumbered).
  6222 | D:3      | 6222 ||| Stepping ~*~*~tactically~*~*~ (outnumbered).
  6224 | D:3      | 6224 ||| Stepping ~*~*~tactically~*~*~ (outnumbered).
  6226 | D:3      | 6226 ||| Stepping ~*~*~tactically~*~*~ (outnumbered).
  6228 | D:3      | 6228 ||| Stepping ~*~*~tactically~*~*~ (outnumbered).
  6230 | D:3      | 6230 ||| Stepping ~*~*~tactically~*~*~ (outnumbered).
  6232 | D:3      | 6232 ||| Stepping ~*~*~tactically~*~*~ (outnumbered).
  6234 | D:3      | 6234 ||| Stepping ~*~*~tactically~*~*~ (outnumbered).
  6236 | D:3      | 6236 ||| Stepping ~*~*~tactically~*~*~ (outnumbered).
  6238 | D:3      | 6238 ||| Stepping ~*~*~tactically~*~*~ (outnumbered).
  6240 | D:3      | 6240 ||| Stepping ~*~*~tactically~*~*~ (outnumbered).
  6242 | D:3      | 6242 ||| Stepping ~*~*~tactically~*~*~ (outnumbered).
  6244 | D:3      | 6244 ||| Stepping ~*~*~tactically~*~*~ (outnumbered).
  6246 | D:3      | 6246 ||| Stepping ~*~*~tactically~*~*~ (outnumbered).
  6248 | D:3      | 6248 ||| Stepping ~*~*~tactically~*~*~ (outnumbered).
  6250 | D:3      | 6250 ||| Stepping ~*~*~tactically~*~*~ (outnumbered).
  6252 | D:3      | 6252 ||| Stepping ~*~*~tactically~*~*~ (outnumbered).
  6254 | D:3      | 6254 ||| Stepping ~*~*~tactically~*~*~ (outnumbered).
  6256 | D:3      | 6256 ||| Stepping ~*~*~tactically~*~*~ (outnumbered).
  6258 | D:3      | 6258 ||| Stepping ~*~*~tactically~*~*~ (outnumbered).
  6260 | D:3      | 6260 ||| Stepping ~*~*~tactically~*~*~ (outnumbered).
  6262 | D:3      | 6262 ||| Stepping ~*~*~tactically~*~*~ (outnumbered).
  6264 | D:3      | 6264 ||| Stepping ~*~*~tactically~*~*~ (outnumbered).
  6266 | D:3      | 6266 ||| Stepping ~*~*~tactically~*~*~ (outnumbered).
  6268 | D:3      | 6268 ||| Stepping ~*~*~tactically~*~*~ (outnumbered).
  6270 | D:3      | 6270 ||| Stepping ~*~*~tactically~*~*~ (outnumbered).
  6272 | D:3      | 6272 ||| Stepping ~*~*~tactically~*~*~ (outnumbered).
  6274 | D:3      | 6274 ||| Stepping ~*~*~tactically~*~*~ (outnumbered).
  6276 | D:3      | 6276 ||| Stepping ~*~*~tactically~*~*~ (outnumbered).
  6278 | D:3      | 6278 ||| Stepping ~*~*~tactically~*~*~ (outnumbered).
  6280 | D:3      | 6280 ||| Stepping ~*~*~tactically~*~*~ (outnumbered).
  6282 | D:3      | 6282 ||| Stepping ~*~*~tactically~*~*~ (outnumbered).
  6284 | D:3      | 6284 ||| Stepping ~*~*~tactically~*~*~ (outnumbered).
  6286 | D:3      | 6286 ||| Stepping ~*~*~tactically~*~*~ (outnumbered).
  6288 | D:3      | 6288 ||| Stepping ~*~*~tactically~*~*~ (outnumbered).
  6290 | D:3      | 6290 ||| Stepping ~*~*~tactically~*~*~ (outnumbered).
  6292 | D:3      | 6292 ||| Stepping ~*~*~tactically~*~*~ (outnumbered).
  6294 | D:3      | 6294 ||| Stepping ~*~*~tactically~*~*~ (outnumbered).
  6296 | D:3      | 6296 ||| Stepping ~*~*~tactically~*~*~ (outnumbered).
  6298 | D:3      | 6298 ||| Stepping ~*~*~tactically~*~*~ (outnumbered).
  6300 | D:3      | 6300 ||| Stepping ~*~*~tactically~*~*~ (outnumbered).
  6302 | D:3      | 6302 ||| Stepping ~*~*~tactically~*~*~ (outnumbered).
  6304 | D:3      | 6304 ||| Stepping ~*~*~tactically~*~*~ (outnumbered).
  6306 | D:3      | 6306 ||| Stepping ~*~*~tactically~*~*~ (outnumbered).
  6308 | D:3      | 6308 ||| Stepping ~*~*~tactically~*~*~ (outnumbered).
  6310 | D:3      | 6310 ||| Stepping ~*~*~tactically~*~*~ (outnumbered).
  6312 | D:3      | 6312 ||| Stepping ~*~*~tactically~*~*~ (outnumbered).
  6314 | D:3      | 6314 ||| Stepping ~*~*~tactically~*~*~ (outnumbered).
  6316 | D:3      | 6316 ||| Stepping ~*~*~tactically~*~*~ (outnumbered).
  6318 | D:3      | 6318 ||| Stepping ~*~*~tactically~*~*~ (outnumbered).
  6320 | D:3      | 6320 ||| Stepping ~*~*~tactically~*~*~ (outnumbered).
  6322 | D:3      | 6322 ||| Stepping ~*~*~tactically~*~*~ (outnumbered).
  6324 | D:3      | 6324 ||| Stepping ~*~*~tactically~*~*~ (outnumbered).
  6326 | D:3      | 6326 ||| Stepping ~*~*~tactically~*~*~ (outnumbered).
  6328 | D:3      | 6328 ||| Stepping ~*~*~tactically~*~*~ (outnumbered).
  6330 | D:3      | 6330 ||| Stepping ~*~*~tactically~*~*~ (outnumbered).
  6332 | D:3      | 6332 ||| Stepping ~*~*~tactically~*~*~ (outnumbered).
  6334 | D:3      | 6334 ||| Stepping ~*~*~tactically~*~*~ (outnumbered).
  6336 | D:3      | 6336 ||| Stepping ~*~*~tactically~*~*~ (outnumbered).
  6338 | D:3      | 6338 ||| Stepping ~*~*~tactically~*~*~ (outnumbered).
  6340 | D:3      | 6340 ||| Stepping ~*~*~tactically~*~*~ (outnumbered).
  6342 | D:3      | 6342 ||| Stepping ~*~*~tactically~*~*~ (outnumbered).
  6344 | D:3      | 6344 ||| Stepping ~*~*~tactically~*~*~ (outnumbered).
  6346 | D:3      | 6346 ||| Stepping ~*~*~tactically~*~*~ (outnumbered).
  6348 | D:3      | 6348 ||| Stepping ~*~*~tactically~*~*~ (outnumbered).
  6350 | D:3      | 6350 ||| Stepping ~*~*~tactically~*~*~ (outnumbered).
  6352 | D:3      | 6352 ||| Stepping ~*~*~tactically~*~*~ (outnumbered).
  6354 | D:3      | 6354 ||| Stepping ~*~*~tactically~*~*~ (outnumbered).
  6356 | D:3      | 6356 ||| Stepping ~*~*~tactically~*~*~ (outnumbered).
  6358 | D:3      | 6358 ||| Stepping ~*~*~tactically~*~*~ (outnumbered).
  6360 | D:3      | 6360 ||| Stepping ~*~*~tactically~*~*~ (outnumbered).
  6362 | D:3      | 6362 ||| Stepping ~*~*~tactically~*~*~ (outnumbered).
  6364 | D:3      | 6364 ||| Stepping ~*~*~tactically~*~*~ (outnumbered).
  6366 | D:3      | 6366 ||| Stepping ~*~*~tactically~*~*~ (outnumbered).
  6368 | D:3      | 6368 ||| Stepping ~*~*~tactically~*~*~ (outnumbered).
  6370 | D:3      | 6370 ||| Stepping ~*~*~tactically~*~*~ (outnumbered).
  6372 | D:3      | 6372 ||| Stepping ~*~*~tactically~*~*~ (outnumbered).
  6374 | D:3      | 6374 ||| Stepping ~*~*~tactically~*~*~ (outnumbered).
  6376 | D:3      | 6376 ||| Stepping ~*~*~tactically~*~*~ (outnumbered).
  6378 | D:3      | 6378 ||| Stepping ~*~*~tactically~*~*~ (outnumbered).
  6380 | D:3      | 6380 ||| Stepping ~*~*~tactically~*~*~ (outnumbered).
  6382 | D:3      | 6382 ||| Stepping ~*~*~tactically~*~*~ (outnumbered).
  6384 | D:3      | 6384 ||| Stepping ~*~*~tactically~*~*~ (outnumbered).
  6386 | D:3      | 6386 ||| Stepping ~*~*~tactically~*~*~ (outnumbered).
  6388 | D:3      | 6388 ||| Stepping ~*~*~tactically~*~*~ (outnumbered).
  6390 | D:3      | 6390 ||| Stepping ~*~*~tactically~*~*~ (outnumbered).
  6392 | D:3      | 6392 ||| Stepping ~*~*~tactically~*~*~ (outnumbered).
  6394 | D:3      | 6394 ||| Stepping ~*~*~tactically~*~*~ (outnumbered).
  6396 | D:3      | 6396 ||| Stepping ~*~*~tactically~*~*~ (outnumbered).
  6398 | D:3      | 6398 ||| Stepping ~*~*~tactically~*~*~ (outnumbered).
  6400 | D:3      | 6400 ||| Stepping ~*~*~tactically~*~*~ (outnumbered).
  6402 | D:3      | 6402 ||| Stepping ~*~*~tactically~*~*~ (outnumbered).
  6404 | D:3      | 6404 ||| Stepping ~*~*~tactically~*~*~ (outnumbered).
  6406 | D:3      | 6406 ||| Stepping ~*~*~tactically~*~*~ (outnumbered).
  6408 | D:3      | 6408 ||| Stepping ~*~*~tactically~*~*~ (outnumbered).
  6410 | D:3      | 6410 ||| Stepping ~*~*~tactically~*~*~ (outnumbered).
  6412 | D:3      | 6412 ||| Stepping ~*~*~tactically~*~*~ (outnumbered).
  6414 | D:3      | 6414 ||| Stepping ~*~*~tactically~*~*~ (outnumbered).
  6416 | D:3      | 6416 ||| Stepping ~*~*~tactically~*~*~ (outnumbered).
  6418 | D:3      | 6418 ||| Stepping ~*~*~tactically~*~*~ (outnumbered).
  6420 | D:3      | 6420 ||| Stepping ~*~*~tactically~*~*~ (outnumbered).
  6422 | D:3      | 6422 ||| Stepping ~*~*~tactically~*~*~ (outnumbered).
  6424 | D:3      | 6424 ||| Stepping ~*~*~tactically~*~*~ (outnumbered).
  6426 | D:3      | 6426 ||| Stepping ~*~*~tactically~*~*~ (outnumbered).
  6428 | D:3      | 6428 ||| Stepping ~*~*~tactically~*~*~ (outnumbered).
  6430 | D:3      | 6430 ||| Stepping ~*~*~tactically~*~*~ (outnumbered).
  6432 | D:3      | 6432 ||| Stepping ~*~*~tactically~*~*~ (outnumbered).
  6434 | D:3      | 6434 ||| Stepping ~*~*~tactically~*~*~ (outnumbered).
  6436 | D:3      | 6436 ||| Stepping ~*~*~tactically~*~*~ (outnumbered).
  6438 | D:3      | 6438 ||| Stepping ~*~*~tactically~*~*~ (outnumbered).
  6440 | D:3      | 6440 ||| Stepping ~*~*~tactically~*~*~ (outnumbered).
  6442 | D:3      | 6442 ||| Stepping ~*~*~tactically~*~*~ (outnumbered).
  6444 | D:3      | 6444 ||| Stepping ~*~*~tactically~*~*~ (outnumbered).
  6446 | D:3      | 6446 ||| Stepping ~*~*~tactically~*~*~ (outnumbered).
  6448 | D:3      | 6448 ||| Stepping ~*~*~tactically~*~*~ (outnumbered).
  6450 | D:3      | 6450 ||| Stepping ~*~*~tactically~*~*~ (outnumbered).
  6452 | D:3      | 6452 ||| Stepping ~*~*~tactically~*~*~ (outnumbered).
  6454 | D:3      | 6454 ||| Stepping ~*~*~tactically~*~*~ (outnumbered).
  6456 | D:3      | 6456 ||| Stepping ~*~*~tactically~*~*~ (outnumbered).
  6458 | D:3      | 6458 ||| Stepping ~*~*~tactically~*~*~ (outnumbered).
  6460 | D:3      | 6460 ||| Stepping ~*~*~tactically~*~*~ (outnumbered).
  6462 | D:3      | 6462 ||| Stepping ~*~*~tactically~*~*~ (outnumbered).
  6464 | D:3      | 6464 ||| Stepping ~*~*~tactically~*~*~ (outnumbered).
  6466 | D:3      | 6466 ||| Stepping ~*~*~tactically~*~*~ (outnumbered).
  6468 | D:3      | 6468 ||| Stepping ~*~*~tactically~*~*~ (outnumbered).
  6470 | D:3      | 6470 ||| Stepping ~*~*~tactically~*~*~ (outnumbered).
  6472 | D:3      | 6472 ||| Stepping ~*~*~tactically~*~*~ (outnumbered).
  6474 | D:3      | 6474 ||| Stepping ~*~*~tactically~*~*~ (outnumbered).
  6476 | D:3      | 6476 ||| Stepping ~*~*~tactically~*~*~ (outnumbered).
  6478 | D:3      | 6478 ||| Stepping ~*~*~tactically~*~*~ (outnumbered).
  6480 | D:3      | 6480 ||| Stepping ~*~*~tactically~*~*~ (outnumbered).
  6482 | D:3      | 6482 ||| Stepping ~*~*~tactically~*~*~ (outnumbered).
  6484 | D:3      | 6484 ||| Stepping ~*~*~tactically~*~*~ (outnumbered).
  6486 | D:3      | 6486 ||| Stepping ~*~*~tactically~*~*~ (outnumbered).
  6488 | D:3      | 6488 ||| Stepping ~*~*~tactically~*~*~ (outnumbered).
  6490 | D:3      | 6490 ||| Stepping ~*~*~tactically~*~*~ (outnumbered).
  6492 | D:3      | 6492 ||| Stepping ~*~*~tactically~*~*~ (outnumbered).
  6494 | D:3      | 6494 ||| Stepping ~*~*~tactically~*~*~ (outnumbered).
  6496 | D:3      | 6496 ||| Stepping ~*~*~tactically~*~*~ (outnumbered).
  6498 | D:3      | 6498 ||| Stepping ~*~*~tactically~*~*~ (outnumbered).
  6500 | D:3      | 6500 ||| Stepping ~*~*~tactically~*~*~ (outnumbered).
  6502 | D:3      | 6502 ||| Stepping ~*~*~tactically~*~*~ (outnumbered).
  6504 | D:3      | 6504 ||| Stepping ~*~*~tactically~*~*~ (outnumbered).
  6506 | D:3      | 6506 ||| Stepping ~*~*~tactically~*~*~ (outnumbered).
  6508 | D:3      | 6508 ||| Stepping ~*~*~tactically~*~*~ (outnumbered).
  6510 | D:3      | 6510 ||| Stepping ~*~*~tactically~*~*~ (outnumbered).
  6512 | D:3      | 6512 ||| Stepping ~*~*~tactically~*~*~ (outnumbered).
  6514 | D:3      | 6514 ||| Stepping ~*~*~tactically~*~*~ (outnumbered).
  6516 | D:3      | 6516 ||| Stepping ~*~*~tactically~*~*~ (outnumbered).
  6518 | D:3      | 6518 ||| Stepping ~*~*~tactically~*~*~ (outnumbered).
  6520 | D:3      | 6520 ||| Stepping ~*~*~tactically~*~*~ (outnumbered).
  6522 | D:3      | 6522 ||| Stepping ~*~*~tactically~*~*~ (outnumbered).
  6524 | D:3      | 6524 ||| Stepping ~*~*~tactically~*~*~ (outnumbered).
  6526 | D:3      | 6526 ||| Stepping ~*~*~tactically~*~*~ (outnumbered).
  6528 | D:3      | 6528 ||| Stepping ~*~*~tactically~*~*~ (outnumbered).
  6530 | D:3      | 6530 ||| Stepping ~*~*~tactically~*~*~ (outnumbered).
  6532 | D:3      | 6532 ||| Stepping ~*~*~tactically~*~*~ (outnumbered).
  6534 | D:3      | 6534 ||| Stepping ~*~*~tactically~*~*~ (outnumbered).
  6536 | D:3      | 6536 ||| Stepping ~*~*~tactically~*~*~ (outnumbered).
  6538 | D:3      | 6538 ||| Stepping ~*~*~tactically~*~*~ (outnumbered).
  6540 | D:3      | 6540 ||| Stepping ~*~*~tactically~*~*~ (outnumbered).
  6542 | D:3      | 6542 ||| Stepping ~*~*~tactically~*~*~ (outnumbered).
  6544 | D:3      | 6544 ||| Stepping ~*~*~tactically~*~*~ (outnumbered).
  6546 | D:3      | 6546 ||| Stepping ~*~*~tactically~*~*~ (outnumbered).
  6548 | D:3      | 6548 ||| Stepping ~*~*~tactically~*~*~ (outnumbered).
  6550 | D:3      | 6550 ||| Stepping ~*~*~tactically~*~*~ (outnumbered).
  6552 | D:3      | 6552 ||| Stepping ~*~*~tactically~*~*~ (outnumbered).
  6554 | D:3      | 6554 ||| Stepping ~*~*~tactically~*~*~ (outnumbered).
  6556 | D:3      | 6556 ||| Stepping ~*~*~tactically~*~*~ (outnumbered).
  6558 | D:3      | 6558 ||| Stepping ~*~*~tactically~*~*~ (outnumbered).
  6560 | D:3      | 6560 ||| Stepping ~*~*~tactically~*~*~ (outnumbered).
  6562 | D:3      | 6562 ||| Stepping ~*~*~tactically~*~*~ (outnumbered).
  6564 | D:3      | 6564 ||| Stepping ~*~*~tactically~*~*~ (outnumbered).
  6566 | D:3      | 6566 ||| Stepping ~*~*~tactically~*~*~ (outnumbered).
  6568 | D:3      | 6568 ||| Stepping ~*~*~tactically~*~*~ (outnumbered).
  6570 | D:3      | 6570 ||| Stepping ~*~*~tactically~*~*~ (outnumbered).
  6572 | D:3      | 6572 ||| Stepping ~*~*~tactically~*~*~ (outnumbered).
  6574 | D:3      | 6574 ||| Stepping ~*~*~tactically~*~*~ (outnumbered).
  6576 | D:3      | 6576 ||| Stepping ~*~*~tactically~*~*~ (outnumbered).
  6578 | D:3      | 6578 ||| Stepping ~*~*~tactically~*~*~ (outnumbered).
  6580 | D:3      | 6580 ||| Stepping ~*~*~tactically~*~*~ (outnumbered).
  6582 | D:3      | 6582 ||| Stepping ~*~*~tactically~*~*~ (outnumbered).
  6584 | D:3      | 6584 ||| Stepping ~*~*~tactically~*~*~ (outnumbered).
  6586 | D:3      | 6586 ||| Stepping ~*~*~tactically~*~*~ (outnumbered).
  6588 | D:3      | 6588 ||| Stepping ~*~*~tactically~*~*~ (outnumbered).
  6590 | D:3      | 6590 ||| Stepping ~*~*~tactically~*~*~ (outnumbered).
  6592 | D:3      | 6592 ||| Stepping ~*~*~tactically~*~*~ (outnumbered).
  6594 | D:3      | 6594 ||| Stepping ~*~*~tactically~*~*~ (outnumbered).
  6596 | D:3      | 6596 ||| Stepping ~*~*~tactically~*~*~ (outnumbered).
  6598 | D:3      | 6598 ||| Stepping ~*~*~tactically~*~*~ (outnumbered).
  6600 | D:3      | 6600 ||| Stepping ~*~*~tactically~*~*~ (outnumbered).
  6602 | D:3      | 6602 ||| Stepping ~*~*~tactically~*~*~ (outnumbered).
  6604 | D:3      | 6604 ||| Stepping ~*~*~tactically~*~*~ (outnumbered).
  6606 | D:3      | 6606 ||| Stepping ~*~*~tactically~*~*~ (outnumbered).
  6608 | D:3      | 6608 ||| Stepping ~*~*~tactically~*~*~ (outnumbered).
  6610 | D:3      | 6610 ||| Stepping ~*~*~tactically~*~*~ (outnumbered).
  6612 | D:3      | 6612 ||| Stepping ~*~*~tactically~*~*~ (outnumbered).
  6614 | D:3      | 6614 ||| Stepping ~*~*~tactically~*~*~ (outnumbered).
  6616 | D:3      | 6616 ||| Stepping ~*~*~tactically~*~*~ (outnumbered).
  6618 | D:3      | 6618 ||| Stepping ~*~*~tactically~*~*~ (outnumbered).
  6620 | D:3      | 6620 ||| Stepping ~*~*~tactically~*~*~ (outnumbered).
  6622 | D:3      | 6622 ||| Stepping ~*~*~tactically~*~*~ (outnumbered).
  6624 | D:3      | 6624 ||| Stepping ~*~*~tactically~*~*~ (outnumbered).
  6626 | D:3      | 6626 ||| Stepping ~*~*~tactically~*~*~ (outnumbered).
  6628 | D:3      | 6628 ||| Stepping ~*~*~tactically~*~*~ (outnumbered).
  6630 | D:3      | 6630 ||| Stepping ~*~*~tactically~*~*~ (outnumbered).
  6632 | D:3      | 6632 ||| Stepping ~*~*~tactically~*~*~ (outnumbered).
  6634 | D:3      | 6634 ||| Stepping ~*~*~tactically~*~*~ (outnumbered).
  6636 | D:3      | 6636 ||| Stepping ~*~*~tactically~*~*~ (outnumbered).
  6638 | D:3      | 6638 ||| Stepping ~*~*~tactically~*~*~ (outnumbered).
  6640 | D:3      | 6640 ||| Stepping ~*~*~tactically~*~*~ (outnumbered).
  6642 | D:3      | 6642 ||| Stepping ~*~*~tactically~*~*~ (outnumbered).
  6644 | D:3      | 6644 ||| Stepping ~*~*~tactically~*~*~ (outnumbered).
  6646 | D:3      | 6646 ||| Stepping ~*~*~tactically~*~*~ (outnumbered).
  6648 | D:3      | 6648 ||| Stepping ~*~*~tactically~*~*~ (outnumbered).
  6650 | D:3      | 6650 ||| Stepping ~*~*~tactically~*~*~ (outnumbered).
  6652 | D:3      | 6652 ||| Stepping ~*~*~tactically~*~*~ (outnumbered).
  6654 | D:3      | 6654 ||| Stepping ~*~*~tactically~*~*~ (outnumbered).
  6656 | D:3      | 6656 ||| Stepping ~*~*~tactically~*~*~ (outnumbered).
  6658 | D:3      | 6658 ||| Stepping ~*~*~tactically~*~*~ (outnumbered).
  6660 | D:3      | 6660 ||| Stepping ~*~*~tactically~*~*~ (outnumbered).
  6662 | D:3      | 6662 ||| Stepping ~*~*~tactically~*~*~ (outnumbered).
  6664 | D:3      | 6664 ||| Stepping ~*~*~tactically~*~*~ (outnumbered).
  6666 | D:3      | 6666 ||| Stepping ~*~*~tactically~*~*~ (outnumbered).
  6668 | D:3      | 6668 ||| Stepping ~*~*~tactically~*~*~ (outnumbered).
  6670 | D:3      | 6670 ||| Stepping ~*~*~tactically~*~*~ (outnumbered).
  6672 | D:3      | 6672 ||| Stepping ~*~*~tactically~*~*~ (outnumbered).
  6674 | D:3      | 6674 ||| Stepping ~*~*~tactically~*~*~ (outnumbered).
  6676 | D:3      | 6676 ||| Stepping ~*~*~tactically~*~*~ (outnumbered).
  6678 | D:3      | 6678 ||| Stepping ~*~*~tactically~*~*~ (outnumbered).
  6680 | D:3      | 6680 ||| Stepping ~*~*~tactically~*~*~ (outnumbered).
  6682 | D:3      | 6682 ||| Stepping ~*~*~tactically~*~*~ (outnumbered).
  6684 | D:3      | 6684 ||| Stepping ~*~*~tactically~*~*~ (outnumbered).
  6686 | D:3      | 6686 ||| Stepping ~*~*~tactically~*~*~ (outnumbered).
  6688 | D:3      | 6688 ||| Stepping ~*~*~tactically~*~*~ (outnumbered).
  6690 | D:3      | 6690 ||| Stepping ~*~*~tactically~*~*~ (outnumbered).
  6692 | D:3      | 6692 ||| Stepping ~*~*~tactically~*~*~ (outnumbered).
  6694 | D:3      | 6694 ||| Stepping ~*~*~tactically~*~*~ (outnumbered).
  6696 | D:3      | 6696 ||| Stepping ~*~*~tactically~*~*~ (outnumbered).
  6698 | D:3      | 6698 ||| Stepping ~*~*~tactically~*~*~ (outnumbered).
  6700 | D:3      | 6700 ||| Stepping ~*~*~tactically~*~*~ (outnumbered).
  6702 | D:3      | 6702 ||| Stepping ~*~*~tactically~*~*~ (outnumbered).
  6704 | D:3      | 6704 ||| Stepping ~*~*~tactically~*~*~ (outnumbered).
  6706 | D:3      | 6706 ||| Stepping ~*~*~tactically~*~*~ (outnumbered).
  6708 | D:3      | 6708 ||| Stepping ~*~*~tactically~*~*~ (outnumbered).
  6710 | D:3      | 6710 ||| Stepping ~*~*~tactically~*~*~ (outnumbered).
  6712 | D:3      | 6712 ||| Stepping ~*~*~tactically~*~*~ (outnumbered).
  6714 | D:3      | 6714 ||| Stepping ~*~*~tactically~*~*~ (outnumbered).
  6716 | D:3      | 6716 ||| Stepping ~*~*~tactically~*~*~ (outnumbered).
  6718 | D:3      | 6718 ||| Stepping ~*~*~tactically~*~*~ (outnumbered).
  6720 | D:3      | 6720 ||| Stepping ~*~*~tactically~*~*~ (outnumbered).
  6722 | D:3      | 6722 ||| Stepping ~*~*~tactically~*~*~ (outnumbered).
  6724 | D:3      | 6724 ||| Stepping ~*~*~tactically~*~*~ (outnumbered).
  6726 | D:3      | 6726 ||| Stepping ~*~*~tactically~*~*~ (outnumbered).
  6728 | D:3      | 6728 ||| Stepping ~*~*~tactically~*~*~ (outnumbered).
  6730 | D:3      | 6730 ||| Stepping ~*~*~tactically~*~*~ (outnumbered).
  6732 | D:3      | 6732 ||| Stepping ~*~*~tactically~*~*~ (outnumbered).
  6734 | D:3      | 6734 ||| Stepping ~*~*~tactically~*~*~ (outnumbered).
  6736 | D:3      | 6736 ||| Stepping ~*~*~tactically~*~*~ (outnumbered).
  6738 | D:3      | 6738 ||| Stepping ~*~*~tactically~*~*~ (outnumbered).
  6740 | D:3      | 6740 ||| Stepping ~*~*~tactically~*~*~ (outnumbered).
  6742 | D:3      | 6742 ||| Stepping ~*~*~tactically~*~*~ (outnumbered).
  6744 | D:3      | 6744 ||| Stepping ~*~*~tactically~*~*~ (outnumbered).
  6746 | D:3      | 6746 ||| Stepping ~*~*~tactically~*~*~ (outnumbered).
  6748 | D:3      | 6748 ||| Stepping ~*~*~tactically~*~*~ (outnumbered).
  6750 | D:3      | 6750 ||| Stepping ~*~*~tactically~*~*~ (outnumbered).
  6752 | D:3      | 6752 ||| Stepping ~*~*~tactically~*~*~ (outnumbered).
  6754 | D:3      | 6754 ||| Stepping ~*~*~tactically~*~*~ (outnumbered).
  6756 | D:3      | 6756 ||| Stepping ~*~*~tactically~*~*~ (outnumbered).
  6758 | D:3      | 6758 ||| Stepping ~*~*~tactically~*~*~ (outnumbered).
  6760 | D:3      | 6760 ||| Stepping ~*~*~tactically~*~*~ (outnumbered).
  6762 | D:3      | 6762 ||| Stepping ~*~*~tactically~*~*~ (outnumbered).
  6764 | D:3      | 6764 ||| Stepping ~*~*~tactically~*~*~ (outnumbered).
  6766 | D:3      | 6766 ||| Stepping ~*~*~tactically~*~*~ (outnumbered).
  6768 | D:3      | 6768 ||| Stepping ~*~*~tactically~*~*~ (outnumbered).
  6770 | D:3      | 6770 ||| Stepping ~*~*~tactically~*~*~ (outnumbered).
  6772 | D:3      | 6772 ||| Stepping ~*~*~tactically~*~*~ (outnumbered).
  6774 | D:3      | 6774 ||| Stepping ~*~*~tactically~*~*~ (outnumbered).
  6776 | D:3      | 6776 ||| Stepping ~*~*~tactically~*~*~ (outnumbered).
  6778 | D:3      | 6778 ||| Stepping ~*~*~tactically~*~*~ (outnumbered).
  6780 | D:3      | 6780 ||| Stepping ~*~*~tactically~*~*~ (outnumbered).
  6782 | D:3      | 6782 ||| Stepping ~*~*~tactically~*~*~ (outnumbered).
  6784 | D:3      | 6784 ||| Stepping ~*~*~tactically~*~*~ (outnumbered).
  6786 | D:3      | 6786 ||| Stepping ~*~*~tactically~*~*~ (outnumbered).
  6788 | D:3      | 6788 ||| Stepping ~*~*~tactically~*~*~ (outnumbered).
  6790 | D:3      | 6790 ||| Stepping ~*~*~tactically~*~*~ (outnumbered).
  6792 | D:3      | 6792 ||| Stepping ~*~*~tactically~*~*~ (outnumbered).
  6794 | D:3      | 6794 ||| Stepping ~*~*~tactically~*~*~ (outnumbered).
  6796 | D:3      | 6796 ||| Stepping ~*~*~tactically~*~*~ (outnumbered).
  6798 | D:3      | 6798 ||| Stepping ~*~*~tactically~*~*~ (outnumbered).
  6800 | D:3      | 6800 ||| Stepping ~*~*~tactically~*~*~ (outnumbered).
  6802 | D:3      | 6802 ||| Stepping ~*~*~tactically~*~*~ (outnumbered).
  6804 | D:3      | 6804 ||| Stepping ~*~*~tactically~*~*~ (outnumbered).
  6806 | D:3      | 6806 ||| Stepping ~*~*~tactically~*~*~ (outnumbered).
  6808 | D:3      | 6808 ||| Stepping ~*~*~tactically~*~*~ (outnumbered).
  6810 | D:3      | 6810 ||| Stepping ~*~*~tactically~*~*~ (outnumbered).
  6812 | D:3      | 6812 ||| Stepping ~*~*~tactically~*~*~ (outnumbered).
  6814 | D:3      | 6814 ||| Stepping ~*~*~tactically~*~*~ (outnumbered).
  6816 | D:3      | 6816 ||| Stepping ~*~*~tactically~*~*~ (outnumbered).
  6818 | D:3      | 6818 ||| Stepping ~*~*~tactically~*~*~ (outnumbered).
  6820 | D:3      | 6820 ||| Stepping ~*~*~tactically~*~*~ (outnumbered).
  6822 | D:3      | 6822 ||| Stepping ~*~*~tactically~*~*~ (outnumbered).
  6824 | D:3      | 6824 ||| Stepping ~*~*~tactically~*~*~ (outnumbered).
  6826 | D:3      | 6826 ||| Stepping ~*~*~tactically~*~*~ (outnumbered).
  6828 | D:3      | 6828 ||| Stepping ~*~*~tactically~*~*~ (outnumbered).
  6830 | D:3      | 6830 ||| Stepping ~*~*~tactically~*~*~ (outnumbered).
  6832 | D:3      | 6832 ||| Stepping ~*~*~tactically~*~*~ (outnumbered).
  6834 | D:3      | 6834 ||| Stepping ~*~*~tactically~*~*~ (outnumbered).
  6836 | D:3      | 6836 ||| Stepping ~*~*~tactically~*~*~ (outnumbered).
  6838 | D:3      | 6838 ||| Stepping ~*~*~tactically~*~*~ (outnumbered).
  6840 | D:3      | 6840 ||| Stepping ~*~*~tactically~*~*~ (outnumbered).
  6842 | D:3      | 6842 ||| Stepping ~*~*~tactically~*~*~ (outnumbered).
  6844 | D:3      | 6844 ||| Stepping ~*~*~tactically~*~*~ (outnumbered).
  6846 | D:3      | 6846 ||| Stepping ~*~*~tactically~*~*~ (outnumbered).
  6848 | D:3      | 6848 ||| Stepping ~*~*~tactically~*~*~ (outnumbered).
  6850 | D:3      | 6850 ||| Stepping ~*~*~tactically~*~*~ (outnumbered).
  6852 | D:3      | 6852 ||| Stepping ~*~*~tactically~*~*~ (outnumbered).
  6854 | D:3      | 6854 ||| Stepping ~*~*~tactically~*~*~ (outnumbered).
  6856 | D:3      | 6856 ||| Stepping ~*~*~tactically~*~*~ (outnumbered).
  6858 | D:3      | 6858 ||| Stepping ~*~*~tactically~*~*~ (outnumbered).
  6860 | D:3      | 6860 ||| Stepping ~*~*~tactically~*~*~ (outnumbered).
  6862 | D:3      | 6862 ||| Stepping ~*~*~tactically~*~*~ (outnumbered).
  6864 | D:3      | 6864 ||| Stepping ~*~*~tactically~*~*~ (outnumbered).
  6866 | D:3      | 6866 ||| Stepping ~*~*~tactically~*~*~ (outnumbered).
  6868 | D:3      | 6868 ||| Stepping ~*~*~tactically~*~*~ (outnumbered).
  6870 | D:3      | 6870 ||| Stepping ~*~*~tactically~*~*~ (outnumbered).
  6872 | D:3      | 6872 ||| Stepping ~*~*~tactically~*~*~ (outnumbered).
  6874 | D:3      | 6874 ||| Stepping ~*~*~tactically~*~*~ (outnumbered).
  6876 | D:3      | 6876 ||| Stepping ~*~*~tactically~*~*~ (outnumbered).
  6878 | D:3      | 6878 ||| Stepping ~*~*~tactically~*~*~ (outnumbered).
  6880 | D:3      | 6880 ||| Stepping ~*~*~tactically~*~*~ (outnumbered).
  6882 | D:3      | 6882 ||| Stepping ~*~*~tactically~*~*~ (outnumbered).
  6884 | D:3      | 6884 ||| Stepping ~*~*~tactically~*~*~ (outnumbered).
  6886 | D:3      | 6886 ||| Stepping ~*~*~tactically~*~*~ (outnumbered).
  6888 | D:3      | 6888 ||| Stepping ~*~*~tactically~*~*~ (outnumbered).
  6890 | D:3      | 6890 ||| Stepping ~*~*~tactically~*~*~ (outnumbered).
  6892 | D:3      | 6892 ||| Stepping ~*~*~tactically~*~*~ (outnumbered).
  6894 | D:3      | 6894 ||| Stepping ~*~*~tactically~*~*~ (outnumbered).
  6896 | D:3      | 6896 ||| Stepping ~*~*~tactically~*~*~ (outnumbered).
  6898 | D:3      | 6898 ||| Stepping ~*~*~tactically~*~*~ (outnumbered).
  6900 | D:3      | 6900 ||| Stepping ~*~*~tactically~*~*~ (outnumbered).
  6902 | D:3      | 6902 ||| Stepping ~*~*~tactically~*~*~ (outnumbered).
  6904 | D:3      | 6904 ||| Stepping ~*~*~tactically~*~*~ (outnumbered).
  6906 | D:3      | 6906 ||| Stepping ~*~*~tactically~*~*~ (outnumbered).
  6908 | D:3      | 6908 ||| Stepping ~*~*~tactically~*~*~ (outnumbered).
  6910 | D:3      | 6910 ||| Stepping ~*~*~tactically~*~*~ (outnumbered).
  6912 | D:3      | 6912 ||| Stepping ~*~*~tactically~*~*~ (outnumbered).
  6914 | D:3      | 6914 ||| Stepping ~*~*~tactically~*~*~ (outnumbered).
  6916 | D:3      | 6916 ||| Stepping ~*~*~tactically~*~*~ (outnumbered).
  6918 | D:3      | 6918 ||| Stepping ~*~*~tactically~*~*~ (outnumbered).
  6920 | D:3      | 6920 ||| Stepping ~*~*~tactically~*~*~ (outnumbered).
  6922 | D:3      | 6922 ||| Stepping ~*~*~tactically~*~*~ (outnumbered).
  6924 | D:3      | 6924 ||| Stepping ~*~*~tactically~*~*~ (outnumbered).
  6926 | D:3      | 6926 ||| Stepping ~*~*~tactically~*~*~ (outnumbered).
  6928 | D:3      | 6928 ||| Stepping ~*~*~tactically~*~*~ (outnumbered).
  6930 | D:3      | 6930 ||| Stepping ~*~*~tactically~*~*~ (outnumbered).
  6932 | D:3      | 6932 ||| Stepping ~*~*~tactically~*~*~ (outnumbered).
  6934 | D:3      | 6934 ||| Stepping ~*~*~tactically~*~*~ (outnumbered).
  6936 | D:3      | 6936 ||| Stepping ~*~*~tactically~*~*~ (outnumbered).
  6938 | D:3      | 6938 ||| Stepping ~*~*~tactically~*~*~ (outnumbered).
  6940 | D:3      | 6940 ||| Stepping ~*~*~tactically~*~*~ (outnumbered).
  6942 | D:3      | 6942 ||| Stepping ~*~*~tactically~*~*~ (outnumbered).
  6944 | D:3      | 6944 ||| Stepping ~*~*~tactically~*~*~ (outnumbered).
  6946 | D:3      | 6946 ||| Stepping ~*~*~tactically~*~*~ (outnumbered).
  6948 | D:3      | 6948 ||| Stepping ~*~*~tactically~*~*~ (outnumbered).
  6950 | D:3      | 6950 ||| Stepping ~*~*~tactically~*~*~ (outnumbered).
  6952 | D:3      | 6952 ||| Stepping ~*~*~tactically~*~*~ (outnumbered).
  6954 | D:3      | 6954 ||| Stepping ~*~*~tactically~*~*~ (outnumbered).
  6956 | D:3      | 6956 ||| Stepping ~*~*~tactically~*~*~ (outnumbered).
  6958 | D:3      | 6958 ||| Stepping ~*~*~tactically~*~*~ (outnumbered).
  6960 | D:3      | 6960 ||| Stepping ~*~*~tactically~*~*~ (outnumbered).
  6962 | D:3      | 6962 ||| Stepping ~*~*~tactically~*~*~ (outnumbered).
  6964 | D:3      | 6964 ||| Stepping ~*~*~tactically~*~*~ (outnumbered).
  6966 | D:3      | 6966 ||| Stepping ~*~*~tactically~*~*~ (outnumbered).
  6968 | D:3      | 6968 ||| Stepping ~*~*~tactically~*~*~ (outnumbered).
  6970 | D:3      | 6970 ||| Stepping ~*~*~tactically~*~*~ (outnumbered).
  6972 | D:3      | 6972 ||| Stepping ~*~*~tactically~*~*~ (outnumbered).
  6974 | D:3      | 6974 ||| Stepping ~*~*~tactically~*~*~ (outnumbered).
  6976 | D:3      | 6976 ||| Stepping ~*~*~tactically~*~*~ (outnumbered).
  6978 | D:3      | 6978 ||| Stepping ~*~*~tactically~*~*~ (outnumbered).
  6980 | D:3      | 6980 ||| Stepping ~*~*~tactically~*~*~ (outnumbered).
  6982 | D:3      | 6982 ||| Stepping ~*~*~tactically~*~*~ (outnumbered).
  6984 | D:3      | 6984 ||| Stepping ~*~*~tactically~*~*~ (outnumbered).
  6986 | D:3      | 6986 ||| Stepping ~*~*~tactically~*~*~ (outnumbered).
  6988 | D:3      | 6988 ||| Stepping ~*~*~tactically~*~*~ (outnumbered).
  6990 | D:3      | 6990 ||| Stepping ~*~*~tactically~*~*~ (outnumbered).
  6992 | D:3      | 6992 ||| Stepping ~*~*~tactically~*~*~ (outnumbered).
  6994 | D:3      | 6994 ||| Stepping ~*~*~tactically~*~*~ (outnumbered).
  6996 | D:3      | 6996 ||| Stepping ~*~*~tactically~*~*~ (outnumbered).
  6998 | D:3      | 6998 ||| Stepping ~*~*~tactically~*~*~ (outnumbered).
  7000 | D:3      | 7000 ||| Stepping ~*~*~tactically~*~*~ (outnumbered).
  7002 | D:3      | 7002 ||| Stepping ~*~*~tactically~*~*~ (outnumbered).
  7004 | D:3      | 7004 ||| Stepping ~*~*~tactically~*~*~ (outnumbered).
  7006 | D:3      | 7006 ||| Stepping ~*~*~tactically~*~*~ (outnumbered).
  7008 | D:3      | 7008 ||| Stepping ~*~*~tactically~*~*~ (outnumbered).
  7010 | D:3      | 7010 ||| Stepping ~*~*~tactically~*~*~ (outnumbered).
  7012 | D:3      | 7012 ||| Stepping ~*~*~tactically~*~*~ (outnumbered).
  7014 | D:3      | 7014 ||| Stepping ~*~*~tactically~*~*~ (outnumbered).
  7016 | D:3      | 7016 ||| Stepping ~*~*~tactically~*~*~ (outnumbered).
  7018 | D:3      | 7018 ||| Stepping ~*~*~tactically~*~*~ (outnumbered).
  7020 | D:3      | 7020 ||| Stepping ~*~*~tactically~*~*~ (outnumbered).
  7022 | D:3      | 7022 ||| Stepping ~*~*~tactically~*~*~ (outnumbered).
  7024 | D:3      | 7024 ||| Stepping ~*~*~tactically~*~*~ (outnumbered).
  7026 | D:3      | 7026 ||| Stepping ~*~*~tactically~*~*~ (outnumbered).
  7028 | D:3      | 7028 ||| Stepping ~*~*~tactically~*~*~ (outnumbered).
  7030 | D:3      | 7030 ||| Stepping ~*~*~tactically~*~*~ (outnumbered).
  7032 | D:3      | 7032 ||| Stepping ~*~*~tactically~*~*~ (outnumbered).
  7034 | D:3      | 7034 ||| Stepping ~*~*~tactically~*~*~ (outnumbered).
  7036 | D:3      | 7036 ||| Stepping ~*~*~tactically~*~*~ (outnumbered).
  7038 | D:3      | 7038 ||| Stepping ~*~*~tactically~*~*~ (outnumbered).
  7040 | D:3      | 7040 ||| Stepping ~*~*~tactically~*~*~ (outnumbered).
  7042 | D:3      | 7042 ||| Stepping ~*~*~tactically~*~*~ (outnumbered).
  7044 | D:3      | 7044 ||| Stepping ~*~*~tactically~*~*~ (outnumbered).
  7046 | D:3      | 7046 ||| Stepping ~*~*~tactically~*~*~ (outnumbered).
  7048 | D:3      | 7048 ||| Stepping ~*~*~tactically~*~*~ (outnumbered).
  7050 | D:3      | 7050 ||| Stepping ~*~*~tactically~*~*~ (outnumbered).
  7052 | D:3      | 7052 ||| Stepping ~*~*~tactically~*~*~ (outnumbered).
  7054 | D:3      | 7054 ||| Stepping ~*~*~tactically~*~*~ (outnumbered).
  7056 | D:3      | 7056 ||| Stepping ~*~*~tactically~*~*~ (outnumbered).
  7058 | D:3      | 7058 ||| Stepping ~*~*~tactically~*~*~ (outnumbered).
  7060 | D:3      | 7060 ||| Stepping ~*~*~tactically~*~*~ (outnumbered).
  7062 | D:3      | 7062 ||| Stepping ~*~*~tactically~*~*~ (outnumbered).
  7064 | D:3      | 7064 ||| Stepping ~*~*~tactically~*~*~ (outnumbered).
  7066 | D:3      | 7066 ||| Stepping ~*~*~tactically~*~*~ (outnumbered).
  7068 | D:3      | 7068 ||| Stepping ~*~*~tactically~*~*~ (outnumbered).
  7070 | D:3      | 7070 ||| Stepping ~*~*~tactically~*~*~ (outnumbered).
  7072 | D:3      | 7072 ||| Stepping ~*~*~tactically~*~*~ (outnumbered).
  7074 | D:3      | 7074 ||| Stepping ~*~*~tactically~*~*~ (outnumbered).
  7076 | D:3      | 7076 ||| Stepping ~*~*~tactically~*~*~ (outnumbered).
  7078 | D:3      | 7078 ||| Stepping ~*~*~tactically~*~*~ (outnumbered).
  7080 | D:3      | 7080 ||| Stepping ~*~*~tactically~*~*~ (outnumbered).
  7082 | D:3      | 7082 ||| Stepping ~*~*~tactically~*~*~ (outnumbered).
  7084 | D:3      | 7084 ||| Stepping ~*~*~tactically~*~*~ (outnumbered).
  7086 | D:3      | 7086 ||| Stepping ~*~*~tactically~*~*~ (outnumbered).
  7088 | D:3      | 7088 ||| Stepping ~*~*~tactically~*~*~ (outnumbered).
  7090 | D:3      | 7090 ||| Stepping ~*~*~tactically~*~*~ (outnumbered).
  7092 | D:3      | 7092 ||| Stepping ~*~*~tactically~*~*~ (outnumbered).
  7094 | D:3      | 7094 ||| Stepping ~*~*~tactically~*~*~ (outnumbered).
  7096 | D:3      | 7096 ||| Stepping ~*~*~tactically~*~*~ (outnumbered).
  7098 | D:3      | 7098 ||| Stepping ~*~*~tactically~*~*~ (outnumbered).
  7100 | D:3      | 7100 ||| Stepping ~*~*~tactically~*~*~ (outnumbered).
  7102 | D:3      | 7102 ||| Stepping ~*~*~tactically~*~*~ (outnumbered).
  7104 | D:3      | 7104 ||| Stepping ~*~*~tactically~*~*~ (outnumbered).
  7106 | D:3      | 7106 ||| Stepping ~*~*~tactically~*~*~ (outnumbered).
  7108 | D:3      | 7108 ||| Stepping ~*~*~tactically~*~*~ (outnumbered).
  7110 | D:3      | 7110 ||| Stepping ~*~*~tactically~*~*~ (outnumbered).
  7112 | D:3      | 7112 ||| Stepping ~*~*~tactically~*~*~ (outnumbered).
  7114 | D:3      | 7114 ||| Stepping ~*~*~tactically~*~*~ (outnumbered).
  7116 | D:3      | 7116 ||| Stepping ~*~*~tactically~*~*~ (outnumbered).
  7118 | D:3      | 7118 ||| Stepping ~*~*~tactically~*~*~ (outnumbered).
  7120 | D:3      | 7120 ||| Stepping ~*~*~tactically~*~*~ (outnumbered).
  7122 | D:3      | 7122 ||| Stepping ~*~*~tactically~*~*~ (outnumbered).
  7124 | D:3      | 7124 ||| Stepping ~*~*~tactically~*~*~ (outnumbered).
  7126 | D:3      | 7126 ||| Stepping ~*~*~tactically~*~*~ (outnumbered).
  7128 | D:3      | 7128 ||| Stepping ~*~*~tactically~*~*~ (outnumbered).
  7130 | D:3      | 7130 ||| Stepping ~*~*~tactically~*~*~ (outnumbered).
  7132 | D:3      | 7132 ||| Stepping ~*~*~tactically~*~*~ (outnumbered).
  7134 | D:3      | 7134 ||| Stepping ~*~*~tactically~*~*~ (outnumbered).
  7136 | D:3      | 7136 ||| Stepping ~*~*~tactically~*~*~ (outnumbered).
  7138 | D:3      | 7138 ||| Stepping ~*~*~tactically~*~*~ (outnumbered).
  7140 | D:3      | 7140 ||| Stepping ~*~*~tactically~*~*~ (outnumbered).
  7142 | D:3      | 7142 ||| Stepping ~*~*~tactically~*~*~ (outnumbered).
  7144 | D:3      | 7144 ||| Stepping ~*~*~tactically~*~*~ (outnumbered).
  7146 | D:3      | 7146 ||| Stepping ~*~*~tactically~*~*~ (outnumbered).
  7148 | D:3      | 7148 ||| Stepping ~*~*~tactically~*~*~ (outnumbered).
  7150 | D:3      | 7150 ||| Stepping ~*~*~tactically~*~*~ (outnumbered).
  7152 | D:3      | 7152 ||| Stepping ~*~*~tactically~*~*~ (outnumbered).
  7154 | D:3      | 7154 ||| Stepping ~*~*~tactically~*~*~ (outnumbered).
  7156 | D:3      | 7156 ||| Stepping ~*~*~tactically~*~*~ (outnumbered).
  7158 | D:3      | 7158 ||| Stepping ~*~*~tactically~*~*~ (outnumbered).
  7160 | D:3      | 7160 ||| Stepping ~*~*~tactically~*~*~ (outnumbered).
  7162 | D:3      | 7162 ||| Stepping ~*~*~tactically~*~*~ (outnumbered).
  7164 | D:3      | 7164 ||| Stepping ~*~*~tactically~*~*~ (outnumbered).
  7166 | D:3      | 7166 ||| Stepping ~*~*~tactically~*~*~ (outnumbered).
  7168 | D:3      | 7168 ||| Stepping ~*~*~tactically~*~*~ (outnumbered).
  7170 | D:3      | 7170 ||| Stepping ~*~*~tactically~*~*~ (outnumbered).
  7172 | D:3      | 7172 ||| Stepping ~*~*~tactically~*~*~ (outnumbered).
  7174 | D:3      | 7174 ||| Stepping ~*~*~tactically~*~*~ (outnumbered).
  7176 | D:3      | 7176 ||| Stepping ~*~*~tactically~*~*~ (outnumbered).
  7178 | D:3      | 7178 ||| Stepping ~*~*~tactically~*~*~ (outnumbered).
  7180 | D:3      | 7180 ||| Stepping ~*~*~tactically~*~*~ (outnumbered).
  7182 | D:3      | 7182 ||| Stepping ~*~*~tactically~*~*~ (outnumbered).
  7184 | D:3      | 7184 ||| Stepping ~*~*~tactically~*~*~ (outnumbered).
  7186 | D:3      | 7186 ||| Stepping ~*~*~tactically~*~*~ (outnumbered).
  7188 | D:3      | 7188 ||| Stepping ~*~*~tactically~*~*~ (outnumbered).
  7190 | D:3      | 7190 ||| Stepping ~*~*~tactically~*~*~ (outnumbered).
  7192 | D:3      | 7192 ||| Stepping ~*~*~tactically~*~*~ (outnumbered).
  7194 | D:3      | 7194 ||| Stepping ~*~*~tactically~*~*~ (outnumbered).
  7196 | D:3      | 7196 ||| Stepping ~*~*~tactically~*~*~ (outnumbered).
  7198 | D:3      | 7198 ||| Stepping ~*~*~tactically~*~*~ (outnumbered).
  7200 | D:3      | 7200 ||| Stepping ~*~*~tactically~*~*~ (outnumbered).
  7202 | D:3      | 7202 ||| Stepping ~*~*~tactically~*~*~ (outnumbered).
  7204 | D:3      | 7204 ||| Stepping ~*~*~tactically~*~*~ (outnumbered).
  7206 | D:3      | 7206 ||| Stepping ~*~*~tactically~*~*~ (outnumbered).
  7208 | D:3      | 7208 ||| Stepping ~*~*~tactically~*~*~ (outnumbered).
  7210 | D:3      | 7210 ||| Stepping ~*~*~tactically~*~*~ (outnumbered).
  7212 | D:3      | 7212 ||| Stepping ~*~*~tactically~*~*~ (outnumbered).
  7214 | D:3      | 7214 ||| Stepping ~*~*~tactically~*~*~ (outnumbered).
  7216 | D:3      | 7216 ||| Stepping ~*~*~tactically~*~*~ (outnumbered).
  7218 | D:3      | 7218 ||| Stepping ~*~*~tactically~*~*~ (outnumbered).
  7220 | D:3      | 7220 ||| Stepping ~*~*~tactically~*~*~ (outnumbered).
  7222 | D:3      | 7222 ||| Stepping ~*~*~tactically~*~*~ (outnumbered).
  7224 | D:3      | 7224 ||| Stepping ~*~*~tactically~*~*~ (outnumbered).
  7226 | D:3      | 7226 ||| Stepping ~*~*~tactically~*~*~ (outnumbered).
  7228 | D:3      | 7228 ||| Stepping ~*~*~tactically~*~*~ (outnumbered).
  7230 | D:3      | 7230 ||| Stepping ~*~*~tactically~*~*~ (outnumbered).
  7232 | D:3      | 7232 ||| Stepping ~*~*~tactically~*~*~ (outnumbered).
  7234 | D:3      | 7234 ||| Stepping ~*~*~tactically~*~*~ (outnumbered).
  7236 | D:3      | 7236 ||| Stepping ~*~*~tactically~*~*~ (outnumbered).
  7238 | D:3      | 7238 ||| Stepping ~*~*~tactically~*~*~ (outnumbered).
  7240 | D:3      | 7240 ||| Stepping ~*~*~tactically~*~*~ (outnumbered).
  7242 | D:3      | 7242 ||| Stepping ~*~*~tactically~*~*~ (outnumbered).
  7244 | D:3      | 7244 ||| Stepping ~*~*~tactically~*~*~ (outnumbered).
  7246 | D:3      | 7246 ||| Stepping ~*~*~tactically~*~*~ (outnumbered).
  7248 | D:3      | 7248 ||| Stepping ~*~*~tactically~*~*~ (outnumbered).
  7250 | D:3      | 7250 ||| Stepping ~*~*~tactically~*~*~ (outnumbered).
  7252 | D:3      | 7252 ||| Stepping ~*~*~tactically~*~*~ (outnumbered).
  7254 | D:3      | 7254 ||| Stepping ~*~*~tactically~*~*~ (outnumbered).
  7256 | D:3      | 7256 ||| Stepping ~*~*~tactically~*~*~ (outnumbered).
  7258 | D:3      | 7258 ||| Stepping ~*~*~tactically~*~*~ (outnumbered).
  7260 | D:3      | 7260 ||| Stepping ~*~*~tactically~*~*~ (outnumbered).
  7262 | D:3      | 7262 ||| Stepping ~*~*~tactically~*~*~ (outnumbered).
  7264 | D:3      | 7264 ||| Stepping ~*~*~tactically~*~*~ (outnumbered).
  7266 | D:3      | 7266 ||| Stepping ~*~*~tactically~*~*~ (outnumbered).
  7268 | D:3      | 7268 ||| Stepping ~*~*~tactically~*~*~ (outnumbered).
  7270 | D:3      | 7270 ||| Stepping ~*~*~tactically~*~*~ (outnumbered).
  7272 | D:3      | 7272 ||| Stepping ~*~*~tactically~*~*~ (outnumbered).
  7274 | D:3      | 7274 ||| Stepping ~*~*~tactically~*~*~ (outnumbered).
  7276 | D:3      | 7276 ||| Stepping ~*~*~tactically~*~*~ (outnumbered).
  7278 | D:3      | 7278 ||| Stepping ~*~*~tactically~*~*~ (outnumbered).
  7280 | D:3      | 7280 ||| Stepping ~*~*~tactically~*~*~ (outnumbered).
  7282 | D:3      | 7282 ||| Stepping ~*~*~tactically~*~*~ (outnumbered).
  7284 | D:3      | 7284 ||| Stepping ~*~*~tactically~*~*~ (outnumbered).
  7286 | D:3      | 7286 ||| Stepping ~*~*~tactically~*~*~ (outnumbered).
  7288 | D:3      | 7288 ||| Stepping ~*~*~tactically~*~*~ (outnumbered).
  7290 | D:3      | 7290 ||| Stepping ~*~*~tactically~*~*~ (outnumbered).
  7292 | D:3      | 7292 ||| Stepping ~*~*~tactically~*~*~ (outnumbered).
  7294 | D:3      | 7294 ||| Stepping ~*~*~tactically~*~*~ (outnumbered).
  7296 | D:3      | 7296 ||| Stepping ~*~*~tactically~*~*~ (outnumbered).
  7298 | D:3      | 7298 ||| Stepping ~*~*~tactically~*~*~ (outnumbered).
  7300 | D:3      | 7300 ||| Stepping ~*~*~tactically~*~*~ (outnumbered).
  7302 | D:3      | 7302 ||| Stepping ~*~*~tactically~*~*~ (outnumbered).
  7304 | D:3      | 7304 ||| Stepping ~*~*~tactically~*~*~ (outnumbered).
  7306 | D:3      | 7306 ||| Stepping ~*~*~tactically~*~*~ (outnumbered).
  7308 | D:3      | 7308 ||| Stepping ~*~*~tactically~*~*~ (outnumbered).
  7310 | D:3      | 7310 ||| Stepping ~*~*~tactically~*~*~ (outnumbered).
  7312 | D:3      | 7312 ||| Stepping ~*~*~tactically~*~*~ (outnumbered).
  7314 | D:3      | 7314 ||| Stepping ~*~*~tactically~*~*~ (outnumbered).
  7316 | D:3      | 7316 ||| Stepping ~*~*~tactically~*~*~ (outnumbered).
  7318 | D:3      | 7318 ||| Stepping ~*~*~tactically~*~*~ (outnumbered).
  7320 | D:3      | 7320 ||| Stepping ~*~*~tactically~*~*~ (outnumbered).
  7322 | D:3      | 7322 ||| Stepping ~*~*~tactically~*~*~ (outnumbered).
  7324 | D:3      | 7324 ||| Stepping ~*~*~tactically~*~*~ (outnumbered).
  7326 | D:3      | 7326 ||| Stepping ~*~*~tactically~*~*~ (outnumbered).
  7328 | D:3      | 7328 ||| Stepping ~*~*~tactically~*~*~ (outnumbered).
  7330 | D:3      | 7330 ||| Stepping ~*~*~tactically~*~*~ (outnumbered).
  7332 | D:3      | 7332 ||| Stepping ~*~*~tactically~*~*~ (outnumbered).
  7334 | D:3      | 7334 ||| Stepping ~*~*~tactically~*~*~ (outnumbered).
  7336 | D:3      | 7336 ||| Stepping ~*~*~tactically~*~*~ (outnumbered).
  7338 | D:3      | 7338 ||| Stepping ~*~*~tactically~*~*~ (outnumbered).
  7340 | D:3      | 7340 ||| Stepping ~*~*~tactically~*~*~ (outnumbered).
  7342 | D:3      | 7342 ||| Stepping ~*~*~tactically~*~*~ (outnumbered).
  7344 | D:3      | 7344 ||| Stepping ~*~*~tactically~*~*~ (outnumbered).
  7346 | D:3      | 7346 ||| Stepping ~*~*~tactically~*~*~ (outnumbered).
  7348 | D:3      | 7348 ||| Stepping ~*~*~tactically~*~*~ (outnumbered).
  7350 | D:3      | 7350 ||| Stepping ~*~*~tactically~*~*~ (outnumbered).
  7352 | D:3      | 7352 ||| Stepping ~*~*~tactically~*~*~ (outnumbered).
  7354 | D:3      | 7354 ||| Stepping ~*~*~tactically~*~*~ (outnumbered).
  7356 | D:3      | 7356 ||| Stepping ~*~*~tactically~*~*~ (outnumbered).
  7358 | D:3      | 7358 ||| Stepping ~*~*~tactically~*~*~ (outnumbered).
  7360 | D:3      | 7360 ||| Stepping ~*~*~tactically~*~*~ (outnumbered).
  7362 | D:3      | 7362 ||| Stepping ~*~*~tactically~*~*~ (outnumbered).
  7364 | D:3      | 7364 ||| Stepping ~*~*~tactically~*~*~ (outnumbered).
  7366 | D:3      | 7366 ||| Stepping ~*~*~tactically~*~*~ (outnumbered).
  7368 | D:3      | 7368 ||| Stepping ~*~*~tactically~*~*~ (outnumbered).
  7370 | D:3      | 7370 ||| Stepping ~*~*~tactically~*~*~ (outnumbered).
  7372 | D:3      | 7372 ||| Stepping ~*~*~tactically~*~*~ (outnumbered).
  7374 | D:3      | 7374 ||| Stepping ~*~*~tactically~*~*~ (outnumbered).
  7376 | D:3      | 7376 ||| Stepping ~*~*~tactically~*~*~ (outnumbered).
  7378 | D:3      | 7378 ||| Stepping ~*~*~tactically~*~*~ (outnumbered).
  7380 | D:3      | 7380 ||| Stepping ~*~*~tactically~*~*~ (outnumbered).
  7382 | D:3      | 7382 ||| Stepping ~*~*~tactically~*~*~ (outnumbered).
  7384 | D:3      | 7384 ||| Stepping ~*~*~tactically~*~*~ (outnumbered).
  7386 | D:3      | 7386 ||| Stepping ~*~*~tactically~*~*~ (outnumbered).
  7388 | D:3      | 7388 ||| Stepping ~*~*~tactically~*~*~ (outnumbered).
  7390 | D:3      | 7390 ||| Stepping ~*~*~tactically~*~*~ (outnumbered).
  7392 | D:3      | 7392 ||| Stepping ~*~*~tactically~*~*~ (outnumbered).
  7394 | D:3      | 7394 ||| Stepping ~*~*~tactically~*~*~ (outnumbered).
  7396 | D:3      | 7396 ||| Stepping ~*~*~tactically~*~*~ (outnumbered).
  7398 | D:3      | 7398 ||| Stepping ~*~*~tactically~*~*~ (outnumbered).
  7400 | D:3      | 7400 ||| Stepping ~*~*~tactically~*~*~ (outnumbered).
  7402 | D:3      | 7402 ||| Stepping ~*~*~tactically~*~*~ (outnumbered).
  7404 | D:3      | 7404 ||| Stepping ~*~*~tactically~*~*~ (outnumbered).
  7406 | D:3      | 7406 ||| Stepping ~*~*~tactically~*~*~ (outnumbered).
  7408 | D:3      | 7408 ||| Stepping ~*~*~tactically~*~*~ (outnumbered).
  7410 | D:3      | 7410 ||| Stepping ~*~*~tactically~*~*~ (outnumbered).
  7412 | D:3      | 7412 ||| Stepping ~*~*~tactically~*~*~ (outnumbered).
  7414 | D:3      | 7414 ||| Stepping ~*~*~tactically~*~*~ (outnumbered).
  7416 | D:3      | 7416 ||| Stepping ~*~*~tactically~*~*~ (outnumbered).
  7418 | D:3      | 7418 ||| Stepping ~*~*~tactically~*~*~ (outnumbered).
  7420 | D:3      | 7420 ||| Stepping ~*~*~tactically~*~*~ (outnumbered).
  7422 | D:3      | 7422 ||| Stepping ~*~*~tactically~*~*~ (outnumbered).
  7424 | D:3      | 7424 ||| Stepping ~*~*~tactically~*~*~ (outnumbered).
  7426 | D:3      | 7426 ||| Stepping ~*~*~tactically~*~*~ (outnumbered).
  7428 | D:3      | 7428 ||| Stepping ~*~*~tactically~*~*~ (outnumbered).
  7430 | D:3      | 7430 ||| Stepping ~*~*~tactically~*~*~ (outnumbered).
  7432 | D:3      | 7432 ||| Stepping ~*~*~tactically~*~*~ (outnumbered).
  7434 | D:3      | 7434 ||| Stepping ~*~*~tactically~*~*~ (outnumbered).
  7436 | D:3      | 7436 ||| Stepping ~*~*~tactically~*~*~ (outnumbered).
  7438 | D:3      | 7438 ||| Stepping ~*~*~tactically~*~*~ (outnumbered).
  7440 | D:3      | 7440 ||| Stepping ~*~*~tactically~*~*~ (outnumbered).
  7442 | D:3      | 7442 ||| Stepping ~*~*~tactically~*~*~ (outnumbered).
  7444 | D:3      | 7444 ||| Stepping ~*~*~tactically~*~*~ (outnumbered).
  7446 | D:3      | 7446 ||| Stepping ~*~*~tactically~*~*~ (outnumbered).
  7448 | D:3      | 7448 ||| Stepping ~*~*~tactically~*~*~ (outnumbered).
  7450 | D:3      | 7450 ||| Stepping ~*~*~tactically~*~*~ (outnumbered).
  7452 | D:3      | 7452 ||| Stepping ~*~*~tactically~*~*~ (outnumbered).
  7454 | D:3      | 7454 ||| Stepping ~*~*~tactically~*~*~ (outnumbered).
  7456 | D:3      | 7456 ||| Stepping ~*~*~tactically~*~*~ (outnumbered).
  7458 | D:3      | 7458 ||| Stepping ~*~*~tactically~*~*~ (outnumbered).
  7460 | D:3      | 7460 ||| Stepping ~*~*~tactically~*~*~ (outnumbered).
  7462 | D:3      | 7462 ||| Stepping ~*~*~tactically~*~*~ (outnumbered).
  7464 | D:3      | 7464 ||| Stepping ~*~*~tactically~*~*~ (outnumbered).
  7466 | D:3      | 7466 ||| Stepping ~*~*~tactically~*~*~ (outnumbered).
  7468 | D:3      | 7468 ||| Stepping ~*~*~tactically~*~*~ (outnumbered).
  7470 | D:3      | 7470 ||| Stepping ~*~*~tactically~*~*~ (outnumbered).
  7472 | D:3      | 7472 ||| Stepping ~*~*~tactically~*~*~ (outnumbered).
  7474 | D:3      | 7474 ||| Stepping ~*~*~tactically~*~*~ (outnumbered).
  7476 | D:3      | 7476 ||| Stepping ~*~*~tactically~*~*~ (outnumbered).
  7478 | D:3      | 7478 ||| Stepping ~*~*~tactically~*~*~ (outnumbered).
  7480 | D:3      | 7480 ||| Stepping ~*~*~tactically~*~*~ (outnumbered).
  7482 | D:3      | 7482 ||| Stepping ~*~*~tactically~*~*~ (outnumbered).
  7484 | D:3      | 7484 ||| Stepping ~*~*~tactically~*~*~ (outnumbered).
  7486 | D:3      | 7486 ||| Stepping ~*~*~tactically~*~*~ (outnumbered).
  7488 | D:3      | 7488 ||| Stepping ~*~*~tactically~*~*~ (outnumbered).
  7490 | D:3      | 7490 ||| Stepping ~*~*~tactically~*~*~ (outnumbered).
  7492 | D:3      | 7492 ||| Stepping ~*~*~tactically~*~*~ (outnumbered).
  7494 | D:3      | 7494 ||| Stepping ~*~*~tactically~*~*~ (outnumbered).
  7496 | D:3      | 7496 ||| Stepping ~*~*~tactically~*~*~ (outnumbered).
  7498 | D:3      | 7498 ||| Stepping ~*~*~tactically~*~*~ (outnumbered).
  7500 | D:3      | 7500 ||| Stepping ~*~*~tactically~*~*~ (outnumbered).
  7502 | D:3      | 7502 ||| Stepping ~*~*~tactically~*~*~ (outnumbered).
  7504 | D:3      | 7504 ||| Stepping ~*~*~tactically~*~*~ (outnumbered).
  7506 | D:3      | 7506 ||| Stepping ~*~*~tactically~*~*~ (outnumbered).
  7508 | D:3      | 7508 ||| Stepping ~*~*~tactically~*~*~ (outnumbered).
  7510 | D:3      | 7510 ||| Stepping ~*~*~tactically~*~*~ (outnumbered).
  7512 | D:3      | 7512 ||| Stepping ~*~*~tactically~*~*~ (outnumbered).
  7514 | D:3      | 7514 ||| Stepping ~*~*~tactically~*~*~ (outnumbered).
  7516 | D:3      | 7516 ||| Stepping ~*~*~tactically~*~*~ (outnumbered).
  7518 | D:3      | 7518 ||| Stepping ~*~*~tactically~*~*~ (outnumbered).
  7520 | D:3      | 7520 ||| Stepping ~*~*~tactically~*~*~ (outnumbered).
  7522 | D:3      | 7522 ||| Stepping ~*~*~tactically~*~*~ (outnumbered).
  7524 | D:3      | 7524 ||| Stepping ~*~*~tactically~*~*~ (outnumbered).
  7526 | D:3      | 7526 ||| Stepping ~*~*~tactically~*~*~ (outnumbered).
  7528 | D:3      | 7528 ||| Stepping ~*~*~tactically~*~*~ (outnumbered).
  7530 | D:3      | 7530 ||| Stepping ~*~*~tactically~*~*~ (outnumbered).
  7532 | D:3      | 7532 ||| Stepping ~*~*~tactically~*~*~ (outnumbered).
  7534 | D:3      | 7534 ||| Stepping ~*~*~tactically~*~*~ (outnumbered).
  7536 | D:3      | 7536 ||| Stepping ~*~*~tactically~*~*~ (outnumbered).
  7538 | D:3      | 7538 ||| Stepping ~*~*~tactically~*~*~ (outnumbered).
  7540 | D:3      | 7540 ||| Stepping ~*~*~tactically~*~*~ (outnumbered).
  7542 | D:3      | 7542 ||| Stepping ~*~*~tactically~*~*~ (outnumbered).
  7544 | D:3      | 7544 ||| Stepping ~*~*~tactically~*~*~ (outnumbered).
  7546 | D:3      | 7546 ||| Stepping ~*~*~tactically~*~*~ (outnumbered).
  7548 | D:3      | 7548 ||| Stepping ~*~*~tactically~*~*~ (outnumbered).
  7550 | D:3      | 7550 ||| Stepping ~*~*~tactically~*~*~ (outnumbered).
  7552 | D:3      | 7552 ||| Stepping ~*~*~tactically~*~*~ (outnumbered).
  7554 | D:3      | 7554 ||| Stepping ~*~*~tactically~*~*~ (outnumbered).
  7556 | D:3      | 7556 ||| Stepping ~*~*~tactically~*~*~ (outnumbered).
  7558 | D:3      | 7558 ||| Stepping ~*~*~tactically~*~*~ (outnumbered).
  7560 | D:3      | 7560 ||| Stepping ~*~*~tactically~*~*~ (outnumbered).
  7562 | D:3      | 7562 ||| Stepping ~*~*~tactically~*~*~ (outnumbered).
  7564 | D:3      | 7564 ||| Stepping ~*~*~tactically~*~*~ (outnumbered).
  7566 | D:3      | 7566 ||| Stepping ~*~*~tactically~*~*~ (outnumbered).
  7568 | D:3      | 7568 ||| Stepping ~*~*~tactically~*~*~ (outnumbered).
  7570 | D:3      | 7570 ||| Stepping ~*~*~tactically~*~*~ (outnumbered).
  7572 | D:3      | 7572 ||| Stepping ~*~*~tactically~*~*~ (outnumbered).
  7574 | D:3      | 7574 ||| Stepping ~*~*~tactically~*~*~ (outnumbered).
  7576 | D:3      | 7576 ||| Stepping ~*~*~tactically~*~*~ (outnumbered).
  7578 | D:3      | 7578 ||| Stepping ~*~*~tactically~*~*~ (outnumbered).
  7580 | D:3      | 7580 ||| Stepping ~*~*~tactically~*~*~ (outnumbered).
  7582 | D:3      | 7582 ||| Stepping ~*~*~tactically~*~*~ (outnumbered).
  7584 | D:3      | 7584 ||| Stepping ~*~*~tactically~*~*~ (outnumbered).
  7586 | D:3      | 7586 ||| Stepping ~*~*~tactically~*~*~ (outnumbered).
  7588 | D:3      | 7588 ||| Stepping ~*~*~tactically~*~*~ (outnumbered).
  7590 | D:3      | 7590 ||| Stepping ~*~*~tactically~*~*~ (outnumbered).
  7592 | D:3      | 7592 ||| Stepping ~*~*~tactically~*~*~ (outnumbered).
  7594 | D:3      | 7594 ||| Stepping ~*~*~tactically~*~*~ (outnumbered).
  7596 | D:3      | 7596 ||| Stepping ~*~*~tactically~*~*~ (outnumbered).
  7598 | D:3      | 7598 ||| Stepping ~*~*~tactically~*~*~ (outnumbered).
  7600 | D:3      | 7600 ||| Stepping ~*~*~tactically~*~*~ (outnumbered).
  7602 | D:3      | 7602 ||| Stepping ~*~*~tactically~*~*~ (outnumbered).
  7604 | D:3      | 7604 ||| Stepping ~*~*~tactically~*~*~ (outnumbered).
  7606 | D:3      | 7606 ||| Stepping ~*~*~tactically~*~*~ (outnumbered).
  7608 | D:3      | 7608 ||| Stepping ~*~*~tactically~*~*~ (outnumbered).
  7610 | D:3      | 7610 ||| Stepping ~*~*~tactically~*~*~ (outnumbered).
  7612 | D:3      | 7612 ||| Stepping ~*~*~tactically~*~*~ (outnumbered).
  7614 | D:3      | 7614 ||| Stepping ~*~*~tactically~*~*~ (outnumbered).
  7616 | D:3      | 7616 ||| Stepping ~*~*~tactically~*~*~ (outnumbered).
  7618 | D:3      | 7618 ||| Stepping ~*~*~tactically~*~*~ (outnumbered).
  7620 | D:3      | 7620 ||| Stepping ~*~*~tactically~*~*~ (outnumbered).
  7622 | D:3      | 7622 ||| Stepping ~*~*~tactically~*~*~ (outnumbered).
  7624 | D:3      | 7624 ||| Stepping ~*~*~tactically~*~*~ (outnumbered).
  7626 | D:3      | 7626 ||| Stepping ~*~*~tactically~*~*~ (outnumbered).
  7628 | D:3      | 7628 ||| Stepping ~*~*~tactically~*~*~ (outnumbered).
  7630 | D:3      | 7630 ||| Stepping ~*~*~tactically~*~*~ (outnumbered).
  7632 | D:3      | 7632 ||| Stepping ~*~*~tactically~*~*~ (outnumbered).
  7634 | D:3      | 7634 ||| Stepping ~*~*~tactically~*~*~ (outnumbered).
  7636 | D:3      | 7636 ||| Stepping ~*~*~tactically~*~*~ (outnumbered).
  7638 | D:3      | 7638 ||| Stepping ~*~*~tactically~*~*~ (outnumbered).
  7640 | D:3      | 7640 ||| Stepping ~*~*~tactically~*~*~ (outnumbered).
  7642 | D:3      | 7642 ||| Stepping ~*~*~tactically~*~*~ (outnumbered).
  7644 | D:3      | 7644 ||| Stepping ~*~*~tactically~*~*~ (outnumbered).
  7646 | D:3      | 7646 ||| Stepping ~*~*~tactically~*~*~ (outnumbered).
  7648 | D:3      | 7648 ||| Stepping ~*~*~tactically~*~*~ (outnumbered).
  7650 | D:3      | 7650 ||| Stepping ~*~*~tactically~*~*~ (outnumbered).
  7652 | D:3      | 7652 ||| Stepping ~*~*~tactically~*~*~ (outnumbered).
  7654 | D:3      | 7654 ||| Stepping ~*~*~tactically~*~*~ (outnumbered).
  7656 | D:3      | 7656 ||| Stepping ~*~*~tactically~*~*~ (outnumbered).
  7658 | D:3      | 7658 ||| Stepping ~*~*~tactically~*~*~ (outnumbered).
  7660 | D:3      | 7660 ||| Stepping ~*~*~tactically~*~*~ (outnumbered).
  7662 | D:3      | 7662 ||| Stepping ~*~*~tactically~*~*~ (outnumbered).
  7664 | D:3      | 7664 ||| Stepping ~*~*~tactically~*~*~ (outnumbered).
  7666 | D:3      | 7666 ||| Stepping ~*~*~tactically~*~*~ (outnumbered).
  7668 | D:3      | 7668 ||| Stepping ~*~*~tactically~*~*~ (outnumbered).
  7670 | D:3      | 7670 ||| Stepping ~*~*~tactically~*~*~ (outnumbered).
  7672 | D:3      | 7672 ||| Stepping ~*~*~tactically~*~*~ (outnumbered).
  7674 | D:3      | 7674 ||| Stepping ~*~*~tactically~*~*~ (outnumbered).
  7676 | D:3      | 7676 ||| Stepping ~*~*~tactically~*~*~ (outnumbered).
  7678 | D:3      | 7678 ||| Stepping ~*~*~tactically~*~*~ (outnumbered).
  7680 | D:3      | 7680 ||| Stepping ~*~*~tactically~*~*~ (outnumbered).
  7682 | D:3      | 7682 ||| Stepping ~*~*~tactically~*~*~ (outnumbered).
  7684 | D:3      | 7684 ||| Stepping ~*~*~tactically~*~*~ (outnumbered).
  7686 | D:3      | 7686 ||| Stepping ~*~*~tactically~*~*~ (outnumbered).
  7688 | D:3      | 7688 ||| Stepping ~*~*~tactically~*~*~ (outnumbered).
  7690 | D:3      | 7690 ||| Stepping ~*~*~tactically~*~*~ (outnumbered).
  7692 | D:3      | 7692 ||| Stepping ~*~*~tactically~*~*~ (outnumbered).
  7694 | D:3      | 7694 ||| Stepping ~*~*~tactically~*~*~ (outnumbered).
  7696 | D:3      | 7696 ||| Stepping ~*~*~tactically~*~*~ (outnumbered).
  7698 | D:3      | 7698 ||| Stepping ~*~*~tactically~*~*~ (outnumbered).
  7700 | D:3      | 7700 ||| Stepping ~*~*~tactically~*~*~ (outnumbered).
  7702 | D:3      | 7702 ||| Stepping ~*~*~tactically~*~*~ (outnumbered).
  7704 | D:3      | 7704 ||| Stepping ~*~*~tactically~*~*~ (outnumbered).
  7706 | D:3      | 7706 ||| Stepping ~*~*~tactically~*~*~ (outnumbered).
  7708 | D:3      | 7708 ||| Stepping ~*~*~tactically~*~*~ (outnumbered).
  7710 | D:3      | 7710 ||| Stepping ~*~*~tactically~*~*~ (outnumbered).
  7712 | D:3      | 7712 ||| Stepping ~*~*~tactically~*~*~ (outnumbered).
  7714 | D:3      | 7714 ||| Stepping ~*~*~tactically~*~*~ (outnumbered).
  7716 | D:3      | 7716 ||| Stepping ~*~*~tactically~*~*~ (outnumbered).
  7718 | D:3      | 7718 ||| Stepping ~*~*~tactically~*~*~ (outnumbered).
  7720 | D:3      | 7720 ||| Stepping ~*~*~tactically~*~*~ (outnumbered).
  7722 | D:3      | 7722 ||| Stepping ~*~*~tactically~*~*~ (outnumbered).
  7724 | D:3      | 7724 ||| Stepping ~*~*~tactically~*~*~ (outnumbered).
  7726 | D:3      | 7726 ||| Stepping ~*~*~tactically~*~*~ (outnumbered).
  7728 | D:3      | 7728 ||| Stepping ~*~*~tactically~*~*~ (outnumbered).
  7730 | D:3      | 7730 ||| Stepping ~*~*~tactically~*~*~ (outnumbered).
  7732 | D:3      | 7732 ||| Stepping ~*~*~tactically~*~*~ (outnumbered).
  7734 | D:3      | 7734 ||| Stepping ~*~*~tactically~*~*~ (outnumbered).
  7736 | D:3      | 7736 ||| Stepping ~*~*~tactically~*~*~ (outnumbered).
  7738 | D:3      | 7738 ||| Stepping ~*~*~tactically~*~*~ (outnumbered).
  7740 | D:3      | 7740 ||| Stepping ~*~*~tactically~*~*~ (outnumbered).
  7742 | D:3      | 7742 ||| Stepping ~*~*~tactically~*~*~ (outnumbered).
  7744 | D:3      | 7744 ||| Stepping ~*~*~tactically~*~*~ (outnumbered).
  7746 | D:3      | 7746 ||| Stepping ~*~*~tactically~*~*~ (outnumbered).
  7748 | D:3      | 7748 ||| Stepping ~*~*~tactically~*~*~ (outnumbered).
  7750 | D:3      | 7750 ||| Stepping ~*~*~tactically~*~*~ (outnumbered).
  7752 | D:3      | 7752 ||| Stepping ~*~*~tactically~*~*~ (outnumbered).
  7754 | D:3      | 7754 ||| Stepping ~*~*~tactically~*~*~ (outnumbered).
  7756 | D:3      | 7756 ||| Stepping ~*~*~tactically~*~*~ (outnumbered).
  7758 | D:3      | 7758 ||| Stepping ~*~*~tactically~*~*~ (outnumbered).
  7760 | D:3      | 7760 ||| Stepping ~*~*~tactically~*~*~ (outnumbered).
  7762 | D:3      | 7762 ||| Stepping ~*~*~tactically~*~*~ (outnumbered).
  7764 | D:3      | 7764 ||| Stepping ~*~*~tactically~*~*~ (outnumbered).
  7766 | D:3      | 7766 ||| Stepping ~*~*~tactically~*~*~ (outnumbered).
  7768 | D:3      | 7768 ||| Stepping ~*~*~tactically~*~*~ (outnumbered).
  7770 | D:3      | 7770 ||| Stepping ~*~*~tactically~*~*~ (outnumbered).
  7772 | D:3      | 7772 ||| Stepping ~*~*~tactically~*~*~ (outnumbered).
  7774 | D:3      | 7774 ||| Stepping ~*~*~tactically~*~*~ (outnumbered).
  7776 | D:3      | 7776 ||| Stepping ~*~*~tactically~*~*~ (outnumbered).
  7778 | D:3      | 7778 ||| Stepping ~*~*~tactically~*~*~ (outnumbered).
  7780 | D:3      | 7780 ||| Stepping ~*~*~tactically~*~*~ (outnumbered).
  7782 | D:3      | 7782 ||| Stepping ~*~*~tactically~*~*~ (outnumbered).
  7784 | D:3      | 7784 ||| Stepping ~*~*~tactically~*~*~ (outnumbered).
  7786 | D:3      | 7786 ||| Stepping ~*~*~tactically~*~*~ (outnumbered).
  7788 | D:3      | 7788 ||| Stepping ~*~*~tactically~*~*~ (outnumbered).
  7790 | D:3      | 7790 ||| Stepping ~*~*~tactically~*~*~ (outnumbered).
  7792 | D:3      | 7792 ||| Stepping ~*~*~tactically~*~*~ (outnumbered).
  7794 | D:3      | 7794 ||| Stepping ~*~*~tactically~*~*~ (outnumbered).
  7796 | D:3      | 7796 ||| Stepping ~*~*~tactically~*~*~ (outnumbered).
  7798 | D:3      | 7798 ||| Stepping ~*~*~tactically~*~*~ (outnumbered).
  7800 | D:3      | 7800 ||| Stepping ~*~*~tactically~*~*~ (outnumbered).
  7802 | D:3      | 7802 ||| Stepping ~*~*~tactically~*~*~ (outnumbered).
  7804 | D:3      | 7804 ||| Stepping ~*~*~tactically~*~*~ (outnumbered).
  7806 | D:3      | 7806 ||| Stepping ~*~*~tactically~*~*~ (outnumbered).
  7808 | D:3      | 7808 ||| Stepping ~*~*~tactically~*~*~ (outnumbered).
  7810 | D:3      | 7810 ||| Stepping ~*~*~tactically~*~*~ (outnumbered).
  7812 | D:3      | 7812 ||| Stepping ~*~*~tactically~*~*~ (outnumbered).
  7814 | D:3      | 7814 ||| Stepping ~*~*~tactically~*~*~ (outnumbered).
  7816 | D:3      | 7816 ||| Stepping ~*~*~tactically~*~*~ (outnumbered).
  7818 | D:3      | 7818 ||| Stepping ~*~*~tactically~*~*~ (outnumbered).
  7820 | D:3      | 7820 ||| Stepping ~*~*~tactically~*~*~ (outnumbered).
  7822 | D:3      | 7822 ||| Stepping ~*~*~tactically~*~*~ (outnumbered).
  7824 | D:3      | 7824 ||| Stepping ~*~*~tactically~*~*~ (outnumbered).
  7826 | D:3      | 7826 ||| Stepping ~*~*~tactically~*~*~ (outnumbered).
  7828 | D:3      | 7828 ||| Stepping ~*~*~tactically~*~*~ (outnumbered).
  7830 | D:3      | 7830 ||| Stepping ~*~*~tactically~*~*~ (outnumbered).
  7832 | D:3      | 7832 ||| Stepping ~*~*~tactically~*~*~ (outnumbered).
  7834 | D:3      | 7834 ||| Stepping ~*~*~tactically~*~*~ (outnumbered).
  7836 | D:3      | 7836 ||| Stepping ~*~*~tactically~*~*~ (outnumbered).
  7838 | D:3      | 7838 ||| Stepping ~*~*~tactically~*~*~ (outnumbered).
  7840 | D:3      | 7840 ||| Stepping ~*~*~tactically~*~*~ (outnumbered).
  7842 | D:3      | 7842 ||| Stepping ~*~*~tactically~*~*~ (outnumbered).
  7844 | D:3      | 7844 ||| Stepping ~*~*~tactically~*~*~ (outnumbered).
  7846 | D:3      | 7846 ||| Stepping ~*~*~tactically~*~*~ (outnumbered).
  7848 | D:3      | 7848 ||| Stepping ~*~*~tactically~*~*~ (outnumbered).
  7850 | D:3      | 7850 ||| Stepping ~*~*~tactically~*~*~ (outnumbered).
  7852 | D:3      | 7852 ||| Stepping ~*~*~tactically~*~*~ (outnumbered).
  7854 | D:3      | 7854 ||| Stepping ~*~*~tactically~*~*~ (outnumbered).
  7856 | D:3      | 7856 ||| Stepping ~*~*~tactically~*~*~ (outnumbered).
  7858 | D:3      | 7858 ||| Stepping ~*~*~tactically~*~*~ (outnumbered).
  7860 | D:3      | 7860 ||| Stepping ~*~*~tactically~*~*~ (outnumbered).
  7862 | D:3      | 7862 ||| Stepping ~*~*~tactically~*~*~ (outnumbered).
  7864 | D:3      | 7864 ||| Stepping ~*~*~tactically~*~*~ (outnumbered).
  7866 | D:3      | 7866 ||| Stepping ~*~*~tactically~*~*~ (outnumbered).
  7868 | D:3      | 7868 ||| Stepping ~*~*~tactically~*~*~ (outnumbered).
  7870 | D:3      | 7870 ||| Stepping ~*~*~tactically~*~*~ (outnumbered).
  7872 | D:3      | 7872 ||| Stepping ~*~*~tactically~*~*~ (outnumbered).
  7874 | D:3      | 7874 ||| Stepping ~*~*~tactically~*~*~ (outnumbered).
  7876 | D:3      | 7876 ||| Stepping ~*~*~tactically~*~*~ (outnumbered).
  7878 | D:3      | 7878 ||| Stepping ~*~*~tactically~*~*~ (outnumbered).
  7880 | D:3      | 7880 ||| Stepping ~*~*~tactically~*~*~ (outnumbered).
  7882 | D:3      | 7882 ||| Stepping ~*~*~tactically~*~*~ (outnumbered).
  7884 | D:3      | 7884 ||| Stepping ~*~*~tactically~*~*~ (outnumbered).
  7886 | D:3      | 7886 ||| Stepping ~*~*~tactically~*~*~ (outnumbered).
  7888 | D:3      | 7888 ||| Stepping ~*~*~tactically~*~*~ (outnumbered).
  7890 | D:3      | 7890 ||| Stepping ~*~*~tactically~*~*~ (outnumbered).
  7892 | D:3      | 7892 ||| Stepping ~*~*~tactically~*~*~ (outnumbered).
  7894 | D:3      | 7894 ||| Stepping ~*~*~tactically~*~*~ (outnumbered).
  7896 | D:3      | 7896 ||| Stepping ~*~*~tactically~*~*~ (outnumbered).
  7898 | D:3      | 7898 ||| Stepping ~*~*~tactically~*~*~ (outnumbered).
  7900 | D:3      | 7900 ||| Stepping ~*~*~tactically~*~*~ (outnumbered).
  7902 | D:3      | 7902 ||| Stepping ~*~*~tactically~*~*~ (outnumbered).
  7904 | D:3      | 7904 ||| Stepping ~*~*~tactically~*~*~ (outnumbered).
  7906 | D:3      | 7906 ||| Stepping ~*~*~tactically~*~*~ (outnumbered).
  7908 | D:3      | 7908 ||| Stepping ~*~*~tactically~*~*~ (outnumbered).
  7910 | D:3      | 7910 ||| Stepping ~*~*~tactically~*~*~ (outnumbered).
  7912 | D:3      | 7912 ||| Stepping ~*~*~tactically~*~*~ (outnumbered).
  7914 | D:3      | 7914 ||| Stepping ~*~*~tactically~*~*~ (outnumbered).
  7916 | D:3      | 7916 ||| Stepping ~*~*~tactically~*~*~ (outnumbered).
  7918 | D:3      | 7918 ||| Stepping ~*~*~tactically~*~*~ (outnumbered).
  7920 | D:3      | 7920 ||| Stepping ~*~*~tactically~*~*~ (outnumbered).
  7922 | D:3      | 7922 ||| Stepping ~*~*~tactically~*~*~ (outnumbered).
  7924 | D:3      | 7924 ||| Stepping ~*~*~tactically~*~*~ (outnumbered).
  7926 | D:3      | 7926 ||| Stepping ~*~*~tactically~*~*~ (outnumbered).
  7928 | D:3      | 7928 ||| Stepping ~*~*~tactically~*~*~ (outnumbered).
  7930 | D:3      | 7930 ||| Stepping ~*~*~tactically~*~*~ (outnumbered).
  7932 | D:3      | 7932 ||| Stepping ~*~*~tactically~*~*~ (outnumbered).
  7934 | D:3      | 7934 ||| Stepping ~*~*~tactically~*~*~ (outnumbered).
  7936 | D:3      | 7936 ||| Stepping ~*~*~tactically~*~*~ (outnumbered).
  7938 | D:3      | 7938 ||| Stepping ~*~*~tactically~*~*~ (outnumbered).
  7940 | D:3      | 7940 ||| Stepping ~*~*~tactically~*~*~ (outnumbered).
  7942 | D:3      | 7942 ||| Stepping ~*~*~tactically~*~*~ (outnumbered).
  7944 | D:3      | 7944 ||| Stepping ~*~*~tactically~*~*~ (outnumbered).
  7946 | D:3      | 7946 ||| Stepping ~*~*~tactically~*~*~ (outnumbered).
  7948 | D:3      | 7948 ||| Stepping ~*~*~tactically~*~*~ (outnumbered).
  7950 | D:3      | 7950 ||| Stepping ~*~*~tactically~*~*~ (outnumbered).
  7952 | D:3      | 7952 ||| Stepping ~*~*~tactically~*~*~ (outnumbered).
  7954 | D:3      | 7954 ||| Stepping ~*~*~tactically~*~*~ (outnumbered).
  7956 | D:3      | 7956 ||| Stepping ~*~*~tactically~*~*~ (outnumbered).
  7958 | D:3      | 7958 ||| Stepping ~*~*~tactically~*~*~ (outnumbered).
  7960 | D:3      | 7960 ||| Stepping ~*~*~tactically~*~*~ (outnumbered).
  7962 | D:3      | 7962 ||| Stepping ~*~*~tactically~*~*~ (outnumbered).
  7964 | D:3      | 7964 ||| Stepping ~*~*~tactically~*~*~ (outnumbered).
  7966 | D:3      | 7966 ||| Stepping ~*~*~tactically~*~*~ (outnumbered).
  7968 | D:3      | 7968 ||| Stepping ~*~*~tactically~*~*~ (outnumbered).
  7970 | D:3      | 7970 ||| Stepping ~*~*~tactically~*~*~ (outnumbered).
  7972 | D:3      | 7972 ||| Stepping ~*~*~tactically~*~*~ (outnumbered).
  7974 | D:3      | 7974 ||| Stepping ~*~*~tactically~*~*~ (outnumbered).
  7976 | D:3      | 7976 ||| Stepping ~*~*~tactically~*~*~ (outnumbered).
  7978 | D:3      | 7978 ||| Stepping ~*~*~tactically~*~*~ (outnumbered).
  7980 | D:3      | 7980 ||| Stepping ~*~*~tactically~*~*~ (outnumbered).
  7982 | D:3      | 7982 ||| Stepping ~*~*~tactically~*~*~ (outnumbered).
  7984 | D:3      | 7984 ||| Stepping ~*~*~tactically~*~*~ (outnumbered).
  7986 | D:3      | 7986 ||| Stepping ~*~*~tactically~*~*~ (outnumbered).
  7988 | D:3      | 7988 ||| Stepping ~*~*~tactically~*~*~ (outnumbered).
  7990 | D:3      | 7990 ||| Stepping ~*~*~tactically~*~*~ (outnumbered).
  7992 | D:3      | 7992 ||| Stepping ~*~*~tactically~*~*~ (outnumbered).
  7994 | D:3      | 7994 ||| Stepping ~*~*~tactically~*~*~ (outnumbered).
  7996 | D:3      | 7996 ||| Stepping ~*~*~tactically~*~*~ (outnumbered).
  7998 | D:3      | 7998 ||| Stepping ~*~*~tactically~*~*~ (outnumbered).
  8000 | D:3      | 8000 ||| Stepping ~*~*~tactically~*~*~ (outnumbered).
  8002 | D:3      | 8002 ||| Stepping ~*~*~tactically~*~*~ (outnumbered).
  8004 | D:3      | 8004 ||| Stepping ~*~*~tactically~*~*~ (outnumbered).
  8006 | D:3      | 8006 ||| Stepping ~*~*~tactically~*~*~ (outnumbered).
  8008 | D:3      | 8008 ||| Stepping ~*~*~tactically~*~*~ (outnumbered).
  8010 | D:3      | 8010 ||| Stepping ~*~*~tactically~*~*~ (outnumbered).
  8012 | D:3      | 8012 ||| Stepping ~*~*~tactically~*~*~ (outnumbered).
  8014 | D:3      | 8014 ||| Stepping ~*~*~tactically~*~*~ (outnumbered).
  8016 | D:3      | 8016 ||| Stepping ~*~*~tactically~*~*~ (outnumbered).
  8018 | D:3      | 8018 ||| Stepping ~*~*~tactically~*~*~ (outnumbered).
  8020 | D:3      | 8020 ||| Stepping ~*~*~tactically~*~*~ (outnumbered).
  8022 | D:3      | 8022 ||| Stepping ~*~*~tactically~*~*~ (outnumbered).
  8024 | D:3      | 8024 ||| Stepping ~*~*~tactically~*~*~ (outnumbered).
  8026 | D:3      | 8026 ||| Stepping ~*~*~tactically~*~*~ (outnumbered).
  8028 | D:3      | 8028 ||| Stepping ~*~*~tactically~*~*~ (outnumbered).
  8030 | D:3      | 8030 ||| Stepping ~*~*~tactically~*~*~ (outnumbered).
  8032 | D:3      | 8032 ||| Stepping ~*~*~tactically~*~*~ (outnumbered).
  8034 | D:3      | 8034 ||| Stepping ~*~*~tactically~*~*~ (outnumbered).
  8036 | D:3      | 8036 ||| Stepping ~*~*~tactically~*~*~ (outnumbered).
  8038 | D:3      | 8038 ||| Stepping ~*~*~tactically~*~*~ (outnumbered).
  8040 | D:3      | 8040 ||| Stepping ~*~*~tactically~*~*~ (outnumbered).
  8042 | D:3      | 8042 ||| Stepping ~*~*~tactically~*~*~ (outnumbered).
  8044 | D:3      | 8044 ||| Stepping ~*~*~tactically~*~*~ (outnumbered).
  8046 | D:3      | 8046 ||| Stepping ~*~*~tactically~*~*~ (outnumbered).
  8048 | D:3      | 8048 ||| Stepping ~*~*~tactically~*~*~ (outnumbered).
  8050 | D:3      | 8050 ||| Stepping ~*~*~tactically~*~*~ (outnumbered).
  8052 | D:3      | 8052 ||| Stepping ~*~*~tactically~*~*~ (outnumbered).
  8054 | D:3      | 8054 ||| Stepping ~*~*~tactically~*~*~ (outnumbered).
  8056 | D:3      | 8056 ||| Stepping ~*~*~tactically~*~*~ (outnumbered).
  8058 | D:3      | 8058 ||| Stepping ~*~*~tactically~*~*~ (outnumbered).
  8060 | D:3      | 8060 ||| Stepping ~*~*~tactically~*~*~ (outnumbered).
  8062 | D:3      | 8062 ||| Stepping ~*~*~tactically~*~*~ (outnumbered).
  8064 | D:3      | 8064 ||| Stepping ~*~*~tactically~*~*~ (outnumbered).
  8066 | D:3      | 8066 ||| Stepping ~*~*~tactically~*~*~ (outnumbered).
  8068 | D:3      | 8068 ||| Stepping ~*~*~tactically~*~*~ (outnumbered).
  8070 | D:3      | 8070 ||| Stepping ~*~*~tactically~*~*~ (outnumbered).
  8072 | D:3      | 8072 ||| Stepping ~*~*~tactically~*~*~ (outnumbered).
  8074 | D:3      | 8074 ||| Stepping ~*~*~tactically~*~*~ (outnumbered).
  8076 | D:3      | 8076 ||| Stepping ~*~*~tactically~*~*~ (outnumbered).
  8078 | D:3      | 8078 ||| Stepping ~*~*~tactically~*~*~ (outnumbered).
  8080 | D:3      | 8080 ||| Stepping ~*~*~tactically~*~*~ (outnumbered).
  8082 | D:3      | 8082 ||| Stepping ~*~*~tactically~*~*~ (outnumbered).
  8084 | D:3      | 8084 ||| Stepping ~*~*~tactically~*~*~ (outnumbered).
  8086 | D:3      | 8086 ||| Stepping ~*~*~tactically~*~*~ (outnumbered).
  8088 | D:3      | 8088 ||| Stepping ~*~*~tactically~*~*~ (outnumbered).
  8090 | D:3      | 8090 ||| Stepping ~*~*~tactically~*~*~ (outnumbered).
  8092 | D:3      | 8092 ||| Stepping ~*~*~tactically~*~*~ (outnumbered).
  8094 | D:3      | 8094 ||| Stepping ~*~*~tactically~*~*~ (outnumbered).
  8096 | D:3      | 8096 ||| Stepping ~*~*~tactically~*~*~ (outnumbered).
  8098 | D:3      | 8098 ||| Stepping ~*~*~tactically~*~*~ (outnumbered).
  8100 | D:3      | 8100 ||| Stepping ~*~*~tactically~*~*~ (outnumbered).
  8102 | D:3      | 8102 ||| Stepping ~*~*~tactically~*~*~ (outnumbered).
  8104 | D:3      | 8104 ||| Stepping ~*~*~tactically~*~*~ (outnumbered).
  8106 | D:3      | 8106 ||| Stepping ~*~*~tactically~*~*~ (outnumbered).
  8108 | D:3      | 8108 ||| Stepping ~*~*~tactically~*~*~ (outnumbered).
  8110 | D:3      | 8110 ||| Stepping ~*~*~tactically~*~*~ (outnumbered).
  8112 | D:3      | 8112 ||| Stepping ~*~*~tactically~*~*~ (outnumbered).
  8114 | D:3      | 8114 ||| Stepping ~*~*~tactically~*~*~ (outnumbered).
  8116 | D:3      | 8116 ||| Stepping ~*~*~tactically~*~*~ (outnumbered).
  8118 | D:3      | 8118 ||| Stepping ~*~*~tactically~*~*~ (outnumbered).
  8120 | D:3      | 8120 ||| Stepping ~*~*~tactically~*~*~ (outnumbered).
  8122 | D:3      | 8122 ||| Stepping ~*~*~tactically~*~*~ (outnumbered).
  8124 | D:3      | 8124 ||| Stepping ~*~*~tactically~*~*~ (outnumbered).
  8126 | D:3      | 8126 ||| Stepping ~*~*~tactically~*~*~ (outnumbered).
  8128 | D:3      | 8128 ||| Stepping ~*~*~tactically~*~*~ (outnumbered).
  8130 | D:3      | 8130 ||| Stepping ~*~*~tactically~*~*~ (outnumbered).
  8132 | D:3      | 8132 ||| Stepping ~*~*~tactically~*~*~ (outnumbered).
  8134 | D:3      | 8134 ||| Stepping ~*~*~tactically~*~*~ (outnumbered).
  8136 | D:3      | 8136 ||| Stepping ~*~*~tactically~*~*~ (outnumbered).
  8138 | D:3      | 8138 ||| Stepping ~*~*~tactically~*~*~ (outnumbered).
  8140 | D:3      | 8140 ||| Stepping ~*~*~tactically~*~*~ (outnumbered).
  8142 | D:3      | 8142 ||| Stepping ~*~*~tactically~*~*~ (outnumbered).
  8144 | D:3      | 8144 ||| Stepping ~*~*~tactically~*~*~ (outnumbered).
  8146 | D:3      | 8146 ||| Stepping ~*~*~tactically~*~*~ (outnumbered).
  8148 | D:3      | 8148 ||| Stepping ~*~*~tactically~*~*~ (outnumbered).
  8150 | D:3      | 8150 ||| Stepping ~*~*~tactically~*~*~ (outnumbered).
  8152 | D:3      | 8152 ||| Stepping ~*~*~tactically~*~*~ (outnumbered).
  8154 | D:3      | 8154 ||| Stepping ~*~*~tactically~*~*~ (outnumbered).
  8156 | D:3      | 8156 ||| Stepping ~*~*~tactically~*~*~ (outnumbered).
  8158 | D:3      | 8158 ||| Stepping ~*~*~tactically~*~*~ (outnumbered).
  8160 | D:3      | 8160 ||| Stepping ~*~*~tactically~*~*~ (outnumbered).
  8162 | D:3      | 8162 ||| Stepping ~*~*~tactically~*~*~ (outnumbered).
  8164 | D:3      | 8164 ||| Stepping ~*~*~tactically~*~*~ (outnumbered).
  8166 | D:3      | 8166 ||| Stepping ~*~*~tactically~*~*~ (outnumbered).
  8168 | D:3      | 8168 ||| Stepping ~*~*~tactically~*~*~ (outnumbered).
  8170 | D:3      | 8170 ||| Stepping ~*~*~tactically~*~*~ (outnumbered).
  8172 | D:3      | 8172 ||| Stepping ~*~*~tactically~*~*~ (outnumbered).
  8174 | D:3      | 8174 ||| Stepping ~*~*~tactically~*~*~ (outnumbered).
  8176 | D:3      | 8176 ||| Stepping ~*~*~tactically~*~*~ (outnumbered).
  8178 | D:3      | 8178 ||| Stepping ~*~*~tactically~*~*~ (outnumbered).
  8180 | D:3      | 8180 ||| Stepping ~*~*~tactically~*~*~ (outnumbered).
  8182 | D:3      | 8182 ||| Stepping ~*~*~tactically~*~*~ (outnumbered).
  8184 | D:3      | 8184 ||| Stepping ~*~*~tactically~*~*~ (outnumbered).
  8186 | D:3      | 8186 ||| Stepping ~*~*~tactically~*~*~ (outnumbered).
  8188 | D:3      | 8188 ||| Stepping ~*~*~tactically~*~*~ (outnumbered).
  8190 | D:3      | 8190 ||| Stepping ~*~*~tactically~*~*~ (outnumbered).
  8192 | D:3      | 8192 ||| Stepping ~*~*~tactically~*~*~ (outnumbered).
  8194 | D:3      | 8194 ||| Stepping ~*~*~tactically~*~*~ (outnumbered).
  8196 | D:3      | 8196 ||| Stepping ~*~*~tactically~*~*~ (outnumbered).
  8198 | D:3      | 8198 ||| Stepping ~*~*~tactically~*~*~ (outnumbered).
  8200 | D:3      | 8200 ||| Stepping ~*~*~tactically~*~*~ (outnumbered).
  8202 | D:3      | 8202 ||| Stepping ~*~*~tactically~*~*~ (outnumbered).
  8204 | D:3      | 8204 ||| Stepping ~*~*~tactically~*~*~ (outnumbered).
  8206 | D:3      | 8206 ||| Stepping ~*~*~tactically~*~*~ (outnumbered).
  8208 | D:3      | 8208 ||| Stepping ~*~*~tactically~*~*~ (outnumbered).
  8210 | D:3      | 8210 ||| Stepping ~*~*~tactically~*~*~ (outnumbered).
  8212 | D:3      | 8212 ||| Stepping ~*~*~tactically~*~*~ (outnumbered).
  8214 | D:3      | 8214 ||| Stepping ~*~*~tactically~*~*~ (outnumbered).
  8216 | D:3      | 8216 ||| Stepping ~*~*~tactically~*~*~ (outnumbered).
  8218 | D:3      | 8218 ||| Stepping ~*~*~tactically~*~*~ (outnumbered).
  8220 | D:3      | 8220 ||| Stepping ~*~*~tactically~*~*~ (outnumbered).
  8222 | D:3      | 8222 ||| Stepping ~*~*~tactically~*~*~ (outnumbered).
  8224 | D:3      | 8224 ||| Stepping ~*~*~tactically~*~*~ (outnumbered).
  8226 | D:3      | 8226 ||| Stepping ~*~*~tactically~*~*~ (outnumbered).
  8228 | D:3      | 8228 ||| Stepping ~*~*~tactically~*~*~ (outnumbered).
  8230 | D:3      | 8230 ||| Stepping ~*~*~tactically~*~*~ (outnumbered).
  8232 | D:3      | 8232 ||| Stepping ~*~*~tactically~*~*~ (outnumbered).
  8234 | D:3      | 8234 ||| Stepping ~*~*~tactically~*~*~ (outnumbered).
  8236 | D:3      | 8236 ||| Stepping ~*~*~tactically~*~*~ (outnumbered).
  8238 | D:3      | 8238 ||| Stepping ~*~*~tactically~*~*~ (outnumbered).
  8240 | D:3      | 8240 ||| Stepping ~*~*~tactically~*~*~ (outnumbered).
  8242 | D:3      | 8242 ||| Stepping ~*~*~tactically~*~*~ (outnumbered).
  8244 | D:3      | 8244 ||| Stepping ~*~*~tactically~*~*~ (outnumbered).
  8246 | D:3      | 8246 ||| Stepping ~*~*~tactically~*~*~ (outnumbered).
  8248 | D:3      | 8248 ||| Stepping ~*~*~tactically~*~*~ (outnumbered).
  8250 | D:3      | 8250 ||| Stepping ~*~*~tactically~*~*~ (outnumbered).
  8252 | D:3      | 8252 ||| Stepping ~*~*~tactically~*~*~ (outnumbered).
  8254 | D:3      | 8254 ||| Stepping ~*~*~tactically~*~*~ (outnumbered).
  8256 | D:3      | 8256 ||| Stepping ~*~*~tactically~*~*~ (outnumbered).
  8258 | D:3      | 8258 ||| Stepping ~*~*~tactically~*~*~ (outnumbered).
  8260 | D:3      | 8260 ||| Stepping ~*~*~tactically~*~*~ (outnumbered).
  8262 | D:3      | 8262 ||| Stepping ~*~*~tactically~*~*~ (outnumbered).
  8264 | D:3      | 8264 ||| Stepping ~*~*~tactically~*~*~ (outnumbered).
  8266 | D:3      | 8266 ||| Stepping ~*~*~tactically~*~*~ (outnumbered).
  8268 | D:3      | 8268 ||| Stepping ~*~*~tactically~*~*~ (outnumbered).
  8270 | D:3      | 8270 ||| Stepping ~*~*~tactically~*~*~ (outnumbered).
  8272 | D:3      | 8272 ||| Stepping ~*~*~tactically~*~*~ (outnumbered).
  8274 | D:3      | 8274 ||| Stepping ~*~*~tactically~*~*~ (outnumbered).
  8276 | D:3      | 8276 ||| Stepping ~*~*~tactically~*~*~ (outnumbered).
  8278 | D:3      | 8278 ||| Stepping ~*~*~tactically~*~*~ (outnumbered).
  8280 | D:3      | 8280 ||| Stepping ~*~*~tactically~*~*~ (outnumbered).
  8282 | D:3      | 8282 ||| Stepping ~*~*~tactically~*~*~ (outnumbered).
  8284 | D:3      | 8284 ||| Stepping ~*~*~tactically~*~*~ (outnumbered).
  8286 | D:3      | 8286 ||| Stepping ~*~*~tactically~*~*~ (outnumbered).
  8288 | D:3      | 8288 ||| Stepping ~*~*~tactically~*~*~ (outnumbered).
  8290 | D:3      | 8290 ||| Stepping ~*~*~tactically~*~*~ (outnumbered).
  8292 | D:3      | 8292 ||| Stepping ~*~*~tactically~*~*~ (outnumbered).
  8294 | D:3      | 8294 ||| Stepping ~*~*~tactically~*~*~ (outnumbered).
  8296 | D:3      | 8296 ||| Stepping ~*~*~tactically~*~*~ (outnumbered).
  8298 | D:3      | 8298 ||| Stepping ~*~*~tactically~*~*~ (outnumbered).
  8300 | D:3      | 8300 ||| Stepping ~*~*~tactically~*~*~ (outnumbered).
  8302 | D:3      | 8302 ||| Stepping ~*~*~tactically~*~*~ (outnumbered).
  8304 | D:3      | 8304 ||| Stepping ~*~*~tactically~*~*~ (outnumbered).
  8306 | D:3      | 8306 ||| Stepping ~*~*~tactically~*~*~ (outnumbered).
  8308 | D:3      | 8308 ||| Stepping ~*~*~tactically~*~*~ (outnumbered).
  8310 | D:3      | 8310 ||| Stepping ~*~*~tactically~*~*~ (outnumbered).
  8312 | D:3      | 8312 ||| Stepping ~*~*~tactically~*~*~ (outnumbered).
  8314 | D:3      | 8314 ||| Stepping ~*~*~tactically~*~*~ (outnumbered).
  8316 | D:3      | 8316 ||| Stepping ~*~*~tactically~*~*~ (outnumbered).
  8318 | D:3      | 8318 ||| Stepping ~*~*~tactically~*~*~ (outnumbered).
  8320 | D:3      | 8320 ||| Stepping ~*~*~tactically~*~*~ (outnumbered).
  8322 | D:3      | 8322 ||| Stepping ~*~*~tactically~*~*~ (outnumbered).
  8324 | D:3      | 8324 ||| Stepping ~*~*~tactically~*~*~ (outnumbered).
  8326 | D:3      | 8326 ||| Stepping ~*~*~tactically~*~*~ (outnumbered).
  8328 | D:3      | 8328 ||| Stepping ~*~*~tactically~*~*~ (outnumbered).
  8330 | D:3      | 8330 ||| Stepping ~*~*~tactically~*~*~ (outnumbered).
  8332 | D:3      | 8332 ||| Stepping ~*~*~tactically~*~*~ (outnumbered).
  8334 | D:3      | 8334 ||| Stepping ~*~*~tactically~*~*~ (outnumbered).
  8336 | D:3      | 8336 ||| Stepping ~*~*~tactically~*~*~ (outnumbered).
  8338 | D:3      | 8338 ||| Stepping ~*~*~tactically~*~*~ (outnumbered).
  8340 | D:3      | 8340 ||| Stepping ~*~*~tactically~*~*~ (outnumbered).
  8342 | D:3      | 8342 ||| Stepping ~*~*~tactically~*~*~ (outnumbered).
  8344 | D:3      | 8344 ||| Stepping ~*~*~tactically~*~*~ (outnumbered).
  8346 | D:3      | 8346 ||| Stepping ~*~*~tactically~*~*~ (outnumbered).
  8348 | D:3      | 8348 ||| Stepping ~*~*~tactically~*~*~ (outnumbered).
  8350 | D:3      | 8350 ||| Stepping ~*~*~tactically~*~*~ (outnumbered).
  8352 | D:3      | 8352 ||| Stepping ~*~*~tactically~*~*~ (outnumbered).
  8354 | D:3      | 8354 ||| Stepping ~*~*~tactically~*~*~ (outnumbered).
  8356 | D:3      | 8356 ||| Stepping ~*~*~tactically~*~*~ (outnumbered).
  8358 | D:3      | 8358 ||| Stepping ~*~*~tactically~*~*~ (outnumbered).
  8360 | D:3      | 8360 ||| Stepping ~*~*~tactically~*~*~ (outnumbered).
  8362 | D:3      | 8362 ||| Stepping ~*~*~tactically~*~*~ (outnumbered).
  8364 | D:3      | 8364 ||| Stepping ~*~*~tactically~*~*~ (outnumbered).
  8366 | D:3      | 8366 ||| Stepping ~*~*~tactically~*~*~ (outnumbered).
  8368 | D:3      | 8368 ||| Stepping ~*~*~tactically~*~*~ (outnumbered).
  8370 | D:3      | 8370 ||| Stepping ~*~*~tactically~*~*~ (outnumbered).
  8372 | D:3      | 8372 ||| Stepping ~*~*~tactically~*~*~ (outnumbered).
  8374 | D:3      | 8374 ||| Stepping ~*~*~tactically~*~*~ (outnumbered).
  8376 | D:3      | 8376 ||| Stepping ~*~*~tactically~*~*~ (outnumbered).
  8378 | D:3      | 8378 ||| Stepping ~*~*~tactically~*~*~ (outnumbered).
  8380 | D:3      | 8380 ||| Stepping ~*~*~tactically~*~*~ (outnumbered).
  8382 | D:3      | 8382 ||| Stepping ~*~*~tactically~*~*~ (outnumbered).
  8384 | D:3      | 8384 ||| Stepping ~*~*~tactically~*~*~ (outnumbered).
  8386 | D:3      | 8386 ||| Stepping ~*~*~tactically~*~*~ (outnumbered).
  8388 | D:3      | 8388 ||| Stepping ~*~*~tactically~*~*~ (outnumbered).
  8390 | D:3      | 8390 ||| Stepping ~*~*~tactically~*~*~ (outnumbered).
  8392 | D:3      | 8392 ||| Stepping ~*~*~tactically~*~*~ (outnumbered).
  8394 | D:3      | 8394 ||| Stepping ~*~*~tactically~*~*~ (outnumbered).
  8396 | D:3      | 8396 ||| Stepping ~*~*~tactically~*~*~ (outnumbered).
  8398 | D:3      | 8398 ||| Stepping ~*~*~tactically~*~*~ (outnumbered).
  8400 | D:3      | 8400 ||| Stepping ~*~*~tactically~*~*~ (outnumbered).
  8402 | D:3      | 8402 ||| Stepping ~*~*~tactically~*~*~ (outnumbered).
  8404 | D:3      | 8404 ||| Stepping ~*~*~tactically~*~*~ (outnumbered).
  8406 | D:3      | 8406 ||| Stepping ~*~*~tactically~*~*~ (outnumbered).
  8408 | D:3      | 8408 ||| Stepping ~*~*~tactically~*~*~ (outnumbered).
  8410 | D:3      | 8410 ||| Stepping ~*~*~tactically~*~*~ (outnumbered).
  8412 | D:3      | 8412 ||| Stepping ~*~*~tactically~*~*~ (outnumbered).
  8414 | D:3      | 8414 ||| Stepping ~*~*~tactically~*~*~ (outnumbered).
  8416 | D:3      | 8416 ||| Stepping ~*~*~tactically~*~*~ (outnumbered).
  8418 | D:3      | 8418 ||| Stepping ~*~*~tactically~*~*~ (outnumbered).
  8420 | D:3      | 8420 ||| Stepping ~*~*~tactically~*~*~ (outnumbered).
  8422 | D:3      | 8422 ||| Stepping ~*~*~tactically~*~*~ (outnumbered).
  8424 | D:3      | 8424 ||| Stepping ~*~*~tactically~*~*~ (outnumbered).
  8426 | D:3      | 8426 ||| Stepping ~*~*~tactically~*~*~ (outnumbered).
  8428 | D:3      | 8428 ||| Stepping ~*~*~tactically~*~*~ (outnumbered).
  8430 | D:3      | 8430 ||| Stepping ~*~*~tactically~*~*~ (outnumbered).
  8432 | D:3      | 8432 ||| Stepping ~*~*~tactically~*~*~ (outnumbered).
  8434 | D:3      | 8434 ||| Stepping ~*~*~tactically~*~*~ (outnumbered).
  8436 | D:3      | 8436 ||| Stepping ~*~*~tactically~*~*~ (outnumbered).
  8438 | D:3      | 8438 ||| Stepping ~*~*~tactically~*~*~ (outnumbered).
  8440 | D:3      | 8440 ||| Stepping ~*~*~tactically~*~*~ (outnumbered).
  8442 | D:3      | 8442 ||| Stepping ~*~*~tactically~*~*~ (outnumbered).
  8444 | D:3      | 8444 ||| Stepping ~*~*~tactically~*~*~ (outnumbered).
  8446 | D:3      | 8446 ||| Stepping ~*~*~tactically~*~*~ (outnumbered).
  8448 | D:3      | 8448 ||| Stepping ~*~*~tactically~*~*~ (outnumbered).
  8450 | D:3      | 8450 ||| Stepping ~*~*~tactically~*~*~ (outnumbered).
  8452 | D:3      | 8452 ||| Stepping ~*~*~tactically~*~*~ (outnumbered).
  8454 | D:3      | 8454 ||| Stepping ~*~*~tactically~*~*~ (outnumbered).
  8456 | D:3      | 8456 ||| Stepping ~*~*~tactically~*~*~ (outnumbered).
  8458 | D:3      | 8458 ||| Stepping ~*~*~tactically~*~*~ (outnumbered).
  8460 | D:3      | 8460 ||| Stepping ~*~*~tactically~*~*~ (outnumbered).
  8462 | D:3      | 8462 ||| Stepping ~*~*~tactically~*~*~ (outnumbered).
  8464 | D:3      | 8464 ||| Stepping ~*~*~tactically~*~*~ (outnumbered).
  8466 | D:3      | 8466 ||| Stepping ~*~*~tactically~*~*~ (outnumbered).
  8468 | D:3      | 8468 ||| Stepping ~*~*~tactically~*~*~ (outnumbered).
  8470 | D:3      | 8470 ||| Stepping ~*~*~tactically~*~*~ (outnumbered).
  8472 | D:3      | 8472 ||| Stepping ~*~*~tactically~*~*~ (outnumbered).
  8474 | D:3      | 8474 ||| Stepping ~*~*~tactically~*~*~ (outnumbered).
  8476 | D:3      | 8476 ||| Stepping ~*~*~tactically~*~*~ (outnumbered).
  8478 | D:3      | 8478 ||| Stepping ~*~*~tactically~*~*~ (outnumbered).
  8480 | D:3      | 8480 ||| Stepping ~*~*~tactically~*~*~ (outnumbered).
  8482 | D:3      | 8482 ||| Stepping ~*~*~tactically~*~*~ (outnumbered).
  8484 | D:3      | 8484 ||| Stepping ~*~*~tactically~*~*~ (outnumbered).
  8486 | D:3      | 8486 ||| Stepping ~*~*~tactically~*~*~ (outnumbered).
  8488 | D:3      | 8488 ||| Stepping ~*~*~tactically~*~*~ (outnumbered).
  8490 | D:3      | 8490 ||| Stepping ~*~*~tactically~*~*~ (outnumbered).
  8492 | D:3      | 8492 ||| Stepping ~*~*~tactically~*~*~ (outnumbered).
  8494 | D:3      | 8494 ||| Stepping ~*~*~tactically~*~*~ (outnumbered).
  8496 | D:3      | 8496 ||| Stepping ~*~*~tactically~*~*~ (outnumbered).
  8498 | D:3      | 8498 ||| Stepping ~*~*~tactically~*~*~ (outnumbered).
  8500 | D:3      | 8500 ||| Stepping ~*~*~tactically~*~*~ (outnumbered).
  8502 | D:3      | 8502 ||| Stepping ~*~*~tactically~*~*~ (outnumbered).
  8504 | D:3      | 8504 ||| Stepping ~*~*~tactically~*~*~ (outnumbered).
  8506 | D:3      | 8506 ||| Stepping ~*~*~tactically~*~*~ (outnumbered).
  8508 | D:3      | 8508 ||| Stepping ~*~*~tactically~*~*~ (outnumbered).
  8510 | D:3      | 8510 ||| Stepping ~*~*~tactically~*~*~ (outnumbered).
  8512 | D:3      | 8512 ||| Stepping ~*~*~tactically~*~*~ (outnumbered).
  8514 | D:3      | 8514 ||| Stepping ~*~*~tactically~*~*~ (outnumbered).
  8516 | D:3      | 8516 ||| Stepping ~*~*~tactically~*~*~ (outnumbered).
  8518 | D:3      | 8518 ||| Stepping ~*~*~tactically~*~*~ (outnumbered).
  8520 | D:3      | 8520 ||| Stepping ~*~*~tactically~*~*~ (outnumbered).
  8522 | D:3      | 8522 ||| Stepping ~*~*~tactically~*~*~ (outnumbered).
  8524 | D:3      | 8524 ||| Stepping ~*~*~tactically~*~*~ (outnumbered).
  8526 | D:3      | 8526 ||| Stepping ~*~*~tactically~*~*~ (outnumbered).
  8528 | D:3      | 8528 ||| Stepping ~*~*~tactically~*~*~ (outnumbered).
  8530 | D:3      | 8530 ||| Stepping ~*~*~tactically~*~*~ (outnumbered).
  8532 | D:3      | 8532 ||| Stepping ~*~*~tactically~*~*~ (outnumbered).
  8534 | D:3      | 8534 ||| Stepping ~*~*~tactically~*~*~ (outnumbered).
  8536 | D:3      | 8536 ||| Stepping ~*~*~tactically~*~*~ (outnumbered).
  8538 | D:3      | 8538 ||| Stepping ~*~*~tactically~*~*~ (outnumbered).
  8540 | D:3      | 8540 ||| Stepping ~*~*~tactically~*~*~ (outnumbered).
  8542 | D:3      | 8542 ||| Stepping ~*~*~tactically~*~*~ (outnumbered).
  8544 | D:3      | 8544 ||| Stepping ~*~*~tactically~*~*~ (outnumbered).
  8546 | D:3      | 8546 ||| Stepping ~*~*~tactically~*~*~ (outnumbered).
  8548 | D:3      | 8548 ||| Stepping ~*~*~tactically~*~*~ (outnumbered).
  8550 | D:3      | 8550 ||| Stepping ~*~*~tactically~*~*~ (outnumbered).
  8552 | D:3      | 8552 ||| Stepping ~*~*~tactically~*~*~ (outnumbered).
  8554 | D:3      | 8554 ||| Stepping ~*~*~tactically~*~*~ (outnumbered).
  8556 | D:3      | 8556 ||| Stepping ~*~*~tactically~*~*~ (outnumbered).
  8558 | D:3      | 8558 ||| Stepping ~*~*~tactically~*~*~ (outnumbered).
  8560 | D:3      | 8560 ||| Stepping ~*~*~tactically~*~*~ (outnumbered).
  8562 | D:3      | 8562 ||| Stepping ~*~*~tactically~*~*~ (outnumbered).
  8564 | D:3      | 8564 ||| Stepping ~*~*~tactically~*~*~ (outnumbered).
  8566 | D:3      | 8566 ||| Stepping ~*~*~tactically~*~*~ (outnumbered).
  8568 | D:3      | 8568 ||| Stepping ~*~*~tactically~*~*~ (outnumbered).
  8570 | D:3      | 8570 ||| Stepping ~*~*~tactically~*~*~ (outnumbered).
  8572 | D:3      | 8572 ||| Stepping ~*~*~tactically~*~*~ (outnumbered).
  8574 | D:3      | 8574 ||| Stepping ~*~*~tactically~*~*~ (outnumbered).
  8576 | D:3      | 8576 ||| Stepping ~*~*~tactically~*~*~ (outnumbered).
  8578 | D:3      | 8578 ||| Stepping ~*~*~tactically~*~*~ (outnumbered).
  8580 | D:3      | 8580 ||| Stepping ~*~*~tactically~*~*~ (outnumbered).
  8582 | D:3      | 8582 ||| Stepping ~*~*~tactically~*~*~ (outnumbered).
  8584 | D:3      | 8584 ||| Stepping ~*~*~tactically~*~*~ (outnumbered).
  8586 | D:3      | 8586 ||| Stepping ~*~*~tactically~*~*~ (outnumbered).
  8588 | D:3      | 8588 ||| Stepping ~*~*~tactically~*~*~ (outnumbered).
  8590 | D:3      | 8590 ||| Stepping ~*~*~tactically~*~*~ (outnumbered).
  8592 | D:3      | 8592 ||| Stepping ~*~*~tactically~*~*~ (outnumbered).
  8594 | D:3      | 8594 ||| Stepping ~*~*~tactically~*~*~ (outnumbered).
  8596 | D:3      | 8596 ||| Stepping ~*~*~tactically~*~*~ (outnumbered).
  8598 | D:3      | 8598 ||| Stepping ~*~*~tactically~*~*~ (outnumbered).
  8600 | D:3      | 8600 ||| Stepping ~*~*~tactically~*~*~ (outnumbered).
  8602 | D:3      | 8602 ||| Stepping ~*~*~tactically~*~*~ (outnumbered).
  8604 | D:3      | 8604 ||| Stepping ~*~*~tactically~*~*~ (outnumbered).
  8606 | D:3      | 8606 ||| Stepping ~*~*~tactically~*~*~ (outnumbered).
  8608 | D:3      | 8608 ||| Stepping ~*~*~tactically~*~*~ (outnumbered).
  8610 | D:3      | 8610 ||| Stepping ~*~*~tactically~*~*~ (outnumbered).
  8612 | D:3      | 8612 ||| Stepping ~*~*~tactically~*~*~ (outnumbered).
  8614 | D:3      | 8614 ||| Stepping ~*~*~tactically~*~*~ (outnumbered).
  8616 | D:3      | 8616 ||| Stepping ~*~*~tactically~*~*~ (outnumbered).
  8618 | D:3      | 8618 ||| Stepping ~*~*~tactically~*~*~ (outnumbered).
  8620 | D:3      | 8620 ||| Stepping ~*~*~tactically~*~*~ (outnumbered).
  8622 | D:3      | 8622 ||| Stepping ~*~*~tactically~*~*~ (outnumbered).
  8624 | D:3      | 8624 ||| Stepping ~*~*~tactically~*~*~ (outnumbered).
  8626 | D:3      | 8626 ||| Stepping ~*~*~tactically~*~*~ (outnumbered).
  8628 | D:3      | 8628 ||| Stepping ~*~*~tactically~*~*~ (outnumbered).
  8630 | D:3      | 8630 ||| Stepping ~*~*~tactically~*~*~ (outnumbered).
  8632 | D:3      | 8632 ||| Stepping ~*~*~tactically~*~*~ (outnumbered).
  8634 | D:3      | 8634 ||| Stepping ~*~*~tactically~*~*~ (outnumbered).
  8636 | D:3      | 8636 ||| Stepping ~*~*~tactically~*~*~ (outnumbered).
  8638 | D:3      | 8638 ||| Stepping ~*~*~tactically~*~*~ (outnumbered).
  8640 | D:3      | 8640 ||| Stepping ~*~*~tactically~*~*~ (outnumbered).
  8642 | D:3      | 8642 ||| Stepping ~*~*~tactically~*~*~ (outnumbered).
  8644 | D:3      | 8644 ||| Stepping ~*~*~tactically~*~*~ (outnumbered).
  8646 | D:3      | 8646 ||| Stepping ~*~*~tactically~*~*~ (outnumbered).
  8648 | D:3      | 8648 ||| Stepping ~*~*~tactically~*~*~ (outnumbered).
  8650 | D:3      | 8650 ||| Stepping ~*~*~tactically~*~*~ (outnumbered).
  8652 | D:3      | 8652 ||| Stepping ~*~*~tactically~*~*~ (outnumbered).
  8654 | D:3      | 8654 ||| Stepping ~*~*~tactically~*~*~ (outnumbered).
  8656 | D:3      | 8656 ||| Stepping ~*~*~tactically~*~*~ (outnumbered).
  8658 | D:3      | 8658 ||| Stepping ~*~*~tactically~*~*~ (outnumbered).
  8660 | D:3      | 8660 ||| Stepping ~*~*~tactically~*~*~ (outnumbered).
  8662 | D:3      | 8662 ||| Stepping ~*~*~tactically~*~*~ (outnumbered).
  8664 | D:3      | 8664 ||| Stepping ~*~*~tactically~*~*~ (outnumbered).
  8666 | D:3      | 8666 ||| Stepping ~*~*~tactically~*~*~ (outnumbered).
  8668 | D:3      | 8668 ||| Stepping ~*~*~tactically~*~*~ (outnumbered).
  8670 | D:3      | 8670 ||| Stepping ~*~*~tactically~*~*~ (outnumbered).
  8672 | D:3      | 8672 ||| Stepping ~*~*~tactically~*~*~ (outnumbered).
  8674 | D:3      | 8674 ||| Stepping ~*~*~tactically~*~*~ (outnumbered).
  8676 | D:3      | 8676 ||| Stepping ~*~*~tactically~*~*~ (outnumbered).
  8678 | D:3      | 8678 ||| Stepping ~*~*~tactically~*~*~ (outnumbered).
  8680 | D:3      | 8680 ||| Stepping ~*~*~tactically~*~*~ (outnumbered).
  8682 | D:3      | 8682 ||| Stepping ~*~*~tactically~*~*~ (outnumbered).
  8684 | D:3      | 8684 ||| Stepping ~*~*~tactically~*~*~ (outnumbered).
  8686 | D:3      | 8686 ||| Stepping ~*~*~tactically~*~*~ (outnumbered).
  8688 | D:3      | 8688 ||| Stepping ~*~*~tactically~*~*~ (outnumbered).
  8690 | D:3      | 8690 ||| Stepping ~*~*~tactically~*~*~ (outnumbered).
  8692 | D:3      | 8692 ||| Stepping ~*~*~tactically~*~*~ (outnumbered).
  8694 | D:3      | 8694 ||| Stepping ~*~*~tactically~*~*~ (outnumbered).
  8696 | D:3      | 8696 ||| Stepping ~*~*~tactically~*~*~ (outnumbered).
  8698 | D:3      | 8698 ||| Stepping ~*~*~tactically~*~*~ (outnumbered).
  8700 | D:3      | 8700 ||| Stepping ~*~*~tactically~*~*~ (outnumbered).
  8702 | D:3      | 8702 ||| Stepping ~*~*~tactically~*~*~ (outnumbered).
  8704 | D:3      | 8704 ||| Stepping ~*~*~tactically~*~*~ (outnumbered).
  8706 | D:3      | 8706 ||| Stepping ~*~*~tactically~*~*~ (outnumbered).
  8708 | D:3      | 8708 ||| Stepping ~*~*~tactically~*~*~ (outnumbered).
  8710 | D:3      | 8710 ||| Stepping ~*~*~tactically~*~*~ (outnumbered).
  8712 | D:3      | 8712 ||| Stepping ~*~*~tactically~*~*~ (outnumbered).
  8714 | D:3      | 8714 ||| Stepping ~*~*~tactically~*~*~ (outnumbered).
  8716 | D:3      | 8716 ||| Stepping ~*~*~tactically~*~*~ (outnumbered).
  8718 | D:3      | 8718 ||| Stepping ~*~*~tactically~*~*~ (outnumbered).
  8720 | D:3      | 8720 ||| Stepping ~*~*~tactically~*~*~ (outnumbered).
  8722 | D:3      | 8722 ||| Stepping ~*~*~tactically~*~*~ (outnumbered).
  8724 | D:3      | 8724 ||| Stepping ~*~*~tactically~*~*~ (outnumbered).
  8726 | D:3      | 8726 ||| Stepping ~*~*~tactically~*~*~ (outnumbered).
  8728 | D:3      | 8728 ||| Stepping ~*~*~tactically~*~*~ (outnumbered).
  8730 | D:3      | 8730 ||| Stepping ~*~*~tactically~*~*~ (outnumbered).
  8732 | D:3      | 8732 ||| Stepping ~*~*~tactically~*~*~ (outnumbered).
  8734 | D:3      | 8734 ||| Stepping ~*~*~tactically~*~*~ (outnumbered).
  8736 | D:3      | 8736 ||| Stepping ~*~*~tactically~*~*~ (outnumbered).
  8738 | D:3      | 8738 ||| Stepping ~*~*~tactically~*~*~ (outnumbered).
  8740 | D:3      | 8740 ||| Stepping ~*~*~tactically~*~*~ (outnumbered).
  8742 | D:3      | 8742 ||| Stepping ~*~*~tactically~*~*~ (outnumbered).
  8744 | D:3      | 8744 ||| Stepping ~*~*~tactically~*~*~ (outnumbered).
  8746 | D:3      | 8746 ||| Stepping ~*~*~tactically~*~*~ (outnumbered).
  8748 | D:3      | 8748 ||| Stepping ~*~*~tactically~*~*~ (outnumbered).
  8750 | D:3      | 8750 ||| Stepping ~*~*~tactically~*~*~ (outnumbered).
  8752 | D:3      | 8752 ||| Stepping ~*~*~tactically~*~*~ (outnumbered).
  8754 | D:3      | 8754 ||| Stepping ~*~*~tactically~*~*~ (outnumbered).
  8756 | D:3      | 8756 ||| Stepping ~*~*~tactically~*~*~ (outnumbered).
  8758 | D:3      | 8758 ||| Stepping ~*~*~tactically~*~*~ (outnumbered).
  8760 | D:3      | 8760 ||| Stepping ~*~*~tactically~*~*~ (outnumbered).
  8762 | D:3      | 8762 ||| Stepping ~*~*~tactically~*~*~ (outnumbered).
  8764 | D:3      | 8764 ||| Stepping ~*~*~tactically~*~*~ (outnumbered).
  8766 | D:3      | 8766 ||| Stepping ~*~*~tactically~*~*~ (outnumbered).
  8768 | D:3      | 8768 ||| Stepping ~*~*~tactically~*~*~ (outnumbered).
  8770 | D:3      | 8770 ||| Stepping ~*~*~tactically~*~*~ (outnumbered).
  8772 | D:3      | 8772 ||| Stepping ~*~*~tactically~*~*~ (outnumbered).
  8774 | D:3      | 8774 ||| Stepping ~*~*~tactically~*~*~ (outnumbered).
  8776 | D:3      | 8776 ||| Stepping ~*~*~tactically~*~*~ (outnumbered).
  8778 | D:3      | 8778 ||| Stepping ~*~*~tactically~*~*~ (outnumbered).
  8780 | D:3      | 8780 ||| Stepping ~*~*~tactically~*~*~ (outnumbered).
  8782 | D:3      | 8782 ||| Stepping ~*~*~tactically~*~*~ (outnumbered).
  8784 | D:3      | 8784 ||| Stepping ~*~*~tactically~*~*~ (outnumbered).
  8786 | D:3      | 8786 ||| Stepping ~*~*~tactically~*~*~ (outnumbered).
  8788 | D:3      | 8788 ||| Stepping ~*~*~tactically~*~*~ (outnumbered).
  8790 | D:3      | 8790 ||| Stepping ~*~*~tactically~*~*~ (outnumbered).
  8792 | D:3      | 8792 ||| Stepping ~*~*~tactically~*~*~ (outnumbered).
  8794 | D:3      | 8794 ||| Stepping ~*~*~tactically~*~*~ (outnumbered).
  8796 | D:3      | 8796 ||| Stepping ~*~*~tactically~*~*~ (outnumbered).
  8798 | D:3      | 8798 ||| Stepping ~*~*~tactically~*~*~ (outnumbered).
  8800 | D:3      | 8800 ||| Stepping ~*~*~tactically~*~*~ (outnumbered).
  8802 | D:3      | 8802 ||| Stepping ~*~*~tactically~*~*~ (outnumbered).
  8804 | D:3      | 8804 ||| Stepping ~*~*~tactically~*~*~ (outnumbered).
  8806 | D:3      | 8806 ||| Stepping ~*~*~tactically~*~*~ (outnumbered).
  8808 | D:3      | 8808 ||| Stepping ~*~*~tactically~*~*~ (outnumbered).
  8810 | D:3      | 8810 ||| Stepping ~*~*~tactically~*~*~ (outnumbered).
  8812 | D:3      | 8812 ||| Stepping ~*~*~tactically~*~*~ (outnumbered).
  8814 | D:3      | 8814 ||| Stepping ~*~*~tactically~*~*~ (outnumbered).
  8816 | D:3      | 8816 ||| Stepping ~*~*~tactically~*~*~ (outnumbered).
  8818 | D:3      | 8818 ||| Stepping ~*~*~tactically~*~*~ (outnumbered).
  8820 | D:3      | 8820 ||| Stepping ~*~*~tactically~*~*~ (outnumbered).
  8822 | D:3      | 8822 ||| Stepping ~*~*~tactically~*~*~ (outnumbered).
  8824 | D:3      | 8824 ||| Stepping ~*~*~tactically~*~*~ (outnumbered).
  8826 | D:3      | 8826 ||| Stepping ~*~*~tactically~*~*~ (outnumbered).
  8828 | D:3      | 8828 ||| Stepping ~*~*~tactically~*~*~ (outnumbered).
  8830 | D:3      | 8830 ||| Stepping ~*~*~tactically~*~*~ (outnumbered).
  8832 | D:3      | 8832 ||| Stepping ~*~*~tactically~*~*~ (outnumbered).
  8834 | D:3      | 8834 ||| Stepping ~*~*~tactically~*~*~ (outnumbered).
  8836 | D:3      | 8836 ||| Stepping ~*~*~tactically~*~*~ (outnumbered).
  8838 | D:3      | 8838 ||| Stepping ~*~*~tactically~*~*~ (outnumbered).
  8840 | D:3      | 8840 ||| Stepping ~*~*~tactically~*~*~ (outnumbered).
  8842 | D:3      | 8842 ||| Stepping ~*~*~tactically~*~*~ (outnumbered).
  8844 | D:3      | 8844 ||| Stepping ~*~*~tactically~*~*~ (outnumbered).
  8846 | D:3      | 8846 ||| Stepping ~*~*~tactically~*~*~ (outnumbered).
  8848 | D:3      | 8848 ||| Stepping ~*~*~tactically~*~*~ (outnumbered).
  8850 | D:3      | 8850 ||| Stepping ~*~*~tactically~*~*~ (outnumbered).
  8852 | D:3      | 8852 ||| Stepping ~*~*~tactically~*~*~ (outnumbered).
  8854 | D:3      | 8854 ||| Stepping ~*~*~tactically~*~*~ (outnumbered).
  8856 | D:3      | 8856 ||| Stepping ~*~*~tactically~*~*~ (outnumbered).
  8858 | D:3      | 8858 ||| Stepping ~*~*~tactically~*~*~ (outnumbered).
  8860 | D:3      | 8860 ||| Stepping ~*~*~tactically~*~*~ (outnumbered).
  8862 | D:3      | 8862 ||| Stepping ~*~*~tactically~*~*~ (outnumbered).
  8864 | D:3      | 8864 ||| Stepping ~*~*~tactically~*~*~ (outnumbered).
  8866 | D:3      | 8866 ||| Stepping ~*~*~tactically~*~*~ (outnumbered).
  8868 | D:3      | 8868 ||| Stepping ~*~*~tactically~*~*~ (outnumbered).
  8870 | D:3      | 8870 ||| Stepping ~*~*~tactically~*~*~ (outnumbered).
  8872 | D:3      | 8872 ||| Stepping ~*~*~tactically~*~*~ (outnumbered).
  8874 | D:3      | 8874 ||| Stepping ~*~*~tactically~*~*~ (outnumbered).
  8876 | D:3      | 8876 ||| Stepping ~*~*~tactically~*~*~ (outnumbered).
  8878 | D:3      | 8878 ||| Stepping ~*~*~tactically~*~*~ (outnumbered).
  8880 | D:3      | 8880 ||| Stepping ~*~*~tactically~*~*~ (outnumbered).
  8882 | D:3      | 8882 ||| Stepping ~*~*~tactically~*~*~ (outnumbered).
  8884 | D:3      | 8884 ||| Stepping ~*~*~tactically~*~*~ (outnumbered).
  8886 | D:3      | 8886 ||| Stepping ~*~*~tactically~*~*~ (outnumbered).
  8888 | D:3      | 8888 ||| Stepping ~*~*~tactically~*~*~ (outnumbered).
  8890 | D:3      | 8890 ||| Stepping ~*~*~tactically~*~*~ (outnumbered).
  8892 | D:3      | 8892 ||| Stepping ~*~*~tactically~*~*~ (outnumbered).
  8894 | D:3      | 8894 ||| Stepping ~*~*~tactically~*~*~ (outnumbered).
  8896 | D:3      | 8896 ||| Stepping ~*~*~tactically~*~*~ (outnumbered).
  8898 | D:3      | 8898 ||| Stepping ~*~*~tactically~*~*~ (outnumbered).
  8900 | D:3      | 8900 ||| Stepping ~*~*~tactically~*~*~ (outnumbered).
  8902 | D:3      | 8902 ||| Stepping ~*~*~tactically~*~*~ (outnumbered).
  8904 | D:3      | 8904 ||| Stepping ~*~*~tactically~*~*~ (outnumbered).
  8906 | D:3      | 8906 ||| Stepping ~*~*~tactically~*~*~ (outnumbered).
  8908 | D:3      | 8908 ||| Stepping ~*~*~tactically~*~*~ (outnumbered).
  8910 | D:3      | 8910 ||| Stepping ~*~*~tactically~*~*~ (outnumbered).
  8912 | D:3      | 8912 ||| Stepping ~*~*~tactically~*~*~ (outnumbered).
  8914 | D:3      | 8914 ||| Stepping ~*~*~tactically~*~*~ (outnumbered).
  8916 | D:3      | 8916 ||| Stepping ~*~*~tactically~*~*~ (outnumbered).
  8918 | D:3      | 8918 ||| Stepping ~*~*~tactically~*~*~ (outnumbered).
  8920 | D:3      | 8920 ||| Stepping ~*~*~tactically~*~*~ (outnumbered).
  8922 | D:3      | 8922 ||| Stepping ~*~*~tactically~*~*~ (outnumbered).
  8924 | D:3      | 8924 ||| Stepping ~*~*~tactically~*~*~ (outnumbered).
  8926 | D:3      | 8926 ||| Stepping ~*~*~tactically~*~*~ (outnumbered).
  8928 | D:3      | 8928 ||| Stepping ~*~*~tactically~*~*~ (outnumbered).
  8930 | D:3      | 8930 ||| Stepping ~*~*~tactically~*~*~ (outnumbered).
  8932 | D:3      | 8932 ||| Stepping ~*~*~tactically~*~*~ (outnumbered).
  8934 | D:3      | 8934 ||| Stepping ~*~*~tactically~*~*~ (outnumbered).
  8936 | D:3      | 8936 ||| Stepping ~*~*~tactically~*~*~ (outnumbered).
  8938 | D:3      | 8938 ||| Stepping ~*~*~tactically~*~*~ (outnumbered).
  8940 | D:3      | 8940 ||| Stepping ~*~*~tactically~*~*~ (outnumbered).
  8942 | D:3      | 8942 ||| Stepping ~*~*~tactically~*~*~ (outnumbered).
  8944 | D:3      | 8944 ||| Stepping ~*~*~tactically~*~*~ (outnumbered).
  8946 | D:3      | 8946 ||| Stepping ~*~*~tactically~*~*~ (outnumbered).
  8948 | D:3      | 8948 ||| Stepping ~*~*~tactically~*~*~ (outnumbered).
  8950 | D:3      | 8950 ||| Stepping ~*~*~tactically~*~*~ (outnumbered).
  8952 | D:3      | 8952 ||| Stepping ~*~*~tactically~*~*~ (outnumbered).
  8954 | D:3      | 8954 ||| Stepping ~*~*~tactically~*~*~ (outnumbered).
  8956 | D:3      | 8956 ||| Stepping ~*~*~tactically~*~*~ (outnumbered).
  8958 | D:3      | 8958 ||| Stepping ~*~*~tactically~*~*~ (outnumbered).
  8960 | D:3      | 8960 ||| Stepping ~*~*~tactically~*~*~ (outnumbered).
  8962 | D:3      | 8962 ||| Stepping ~*~*~tactically~*~*~ (outnumbered).
  8964 | D:3      | 8964 ||| Stepping ~*~*~tactically~*~*~ (outnumbered).
  8966 | D:3      | 8966 ||| Stepping ~*~*~tactically~*~*~ (outnumbered).
  8968 | D:3      | 8968 ||| Stepping ~*~*~tactically~*~*~ (outnumbered).
  8970 | D:3      | 8970 ||| Stepping ~*~*~tactically~*~*~ (outnumbered).
  8972 | D:3      | 8972 ||| Stepping ~*~*~tactically~*~*~ (outnumbered).
  8974 | D:3      | 8974 ||| Stepping ~*~*~tactically~*~*~ (outnumbered).
  8976 | D:3      | 8976 ||| Stepping ~*~*~tactically~*~*~ (outnumbered).
  8978 | D:3      | 8978 ||| Stepping ~*~*~tactically~*~*~ (outnumbered).
  8980 | D:3      | 8980 ||| Stepping ~*~*~tactically~*~*~ (outnumbered).
  8982 | D:3      | 8982 ||| Stepping ~*~*~tactically~*~*~ (outnumbered).
  8984 | D:3      | 8984 ||| Stepping ~*~*~tactically~*~*~ (outnumbered).
  8986 | D:3      | 8986 ||| Stepping ~*~*~tactically~*~*~ (outnumbered).
  8988 | D:3      | 8988 ||| Stepping ~*~*~tactically~*~*~ (outnumbered).
  8990 | D:3      | 8990 ||| Stepping ~*~*~tactically~*~*~ (outnumbered).
  8992 | D:3      | 8992 ||| Stepping ~*~*~tactically~*~*~ (outnumbered).
  8994 | D:3      | 8994 ||| Stepping ~*~*~tactically~*~*~ (outnumbered).
  8996 | D:3      | 8996 ||| Stepping ~*~*~tactically~*~*~ (outnumbered).
  8998 | D:3      | 8998 ||| Stepping ~*~*~tactically~*~*~ (outnumbered).
  9000 | D:3      | 9000 ||| Stepping ~*~*~tactically~*~*~ (outnumbered).
  9002 | D:3      | 9002 ||| Stepping ~*~*~tactically~*~*~ (outnumbered).
  9004 | D:3      | 9004 ||| Stepping ~*~*~tactically~*~*~ (outnumbered).
  9006 | D:3      | 9006 ||| Stepping ~*~*~tactically~*~*~ (outnumbered).
  9008 | D:3      | 9008 ||| Stepping ~*~*~tactically~*~*~ (outnumbered).
  9010 | D:3      | 9010 ||| Stepping ~*~*~tactically~*~*~ (outnumbered).
  9012 | D:3      | 9012 ||| Stepping ~*~*~tactically~*~*~ (outnumbered).
  9014 | D:3      | 9014 ||| Stepping ~*~*~tactically~*~*~ (outnumbered).
  9016 | D:3      | 9016 ||| Stepping ~*~*~tactically~*~*~ (outnumbered).
  9018 | D:3      | 9018 ||| Stepping ~*~*~tactically~*~*~ (outnumbered).
  9020 | D:3      | 9020 ||| Stepping ~*~*~tactically~*~*~ (outnumbered).
  9022 | D:3      | 9022 ||| Stepping ~*~*~tactically~*~*~ (outnumbered).
  9024 | D:3      | 9024 ||| Stepping ~*~*~tactically~*~*~ (outnumbered).
  9026 | D:3      | 9026 ||| Stepping ~*~*~tactically~*~*~ (outnumbered).
  9028 | D:3      | 9028 ||| Stepping ~*~*~tactically~*~*~ (outnumbered).
  9030 | D:3      | 9030 ||| Stepping ~*~*~tactically~*~*~ (outnumbered).
  9032 | D:3      | 9032 ||| Stepping ~*~*~tactically~*~*~ (outnumbered).
  9034 | D:3      | 9034 ||| Stepping ~*~*~tactically~*~*~ (outnumbered).
  9036 | D:3      | 9036 ||| Stepping ~*~*~tactically~*~*~ (outnumbered).
  9038 | D:3      | 9038 ||| Stepping ~*~*~tactically~*~*~ (outnumbered).
  9040 | D:3      | 9040 ||| Stepping ~*~*~tactically~*~*~ (outnumbered).
  9042 | D:3      | 9042 ||| Stepping ~*~*~tactically~*~*~ (outnumbered).
  9044 | D:3      | 9044 ||| Stepping ~*~*~tactically~*~*~ (outnumbered).
  9046 | D:3      | 9046 ||| Stepping ~*~*~tactically~*~*~ (outnumbered).
  9048 | D:3      | 9048 ||| Stepping ~*~*~tactically~*~*~ (outnumbered).
  9050 | D:3      | 9050 ||| Stepping ~*~*~tactically~*~*~ (outnumbered).
  9052 | D:3      | 9052 ||| Stepping ~*~*~tactically~*~*~ (outnumbered).
  9054 | D:3      | 9054 ||| Stepping ~*~*~tactically~*~*~ (outnumbered).
  9056 | D:3      | 9056 ||| Stepping ~*~*~tactically~*~*~ (outnumbered).
  9058 | D:3      | 9058 ||| Stepping ~*~*~tactically~*~*~ (outnumbered).
  9060 | D:3      | 9060 ||| Stepping ~*~*~tactically~*~*~ (outnumbered).
  9062 | D:3      | 9062 ||| Stepping ~*~*~tactically~*~*~ (outnumbered).
  9064 | D:3      | 9064 ||| Stepping ~*~*~tactically~*~*~ (outnumbered).
  9066 | D:3      | 9066 ||| Stepping ~*~*~tactically~*~*~ (outnumbered).
  9068 | D:3      | 9068 ||| Stepping ~*~*~tactically~*~*~ (outnumbered).
  9070 | D:3      | 9070 ||| Stepping ~*~*~tactically~*~*~ (outnumbered).
  9072 | D:3      | 9072 ||| Stepping ~*~*~tactically~*~*~ (outnumbered).
  9074 | D:3      | 9074 ||| Stepping ~*~*~tactically~*~*~ (outnumbered).
  9076 | D:3      | 9076 ||| Stepping ~*~*~tactically~*~*~ (outnumbered).
  9078 | D:3      | 9078 ||| Stepping ~*~*~tactically~*~*~ (outnumbered).
  9080 | D:3      | 9080 ||| Stepping ~*~*~tactically~*~*~ (outnumbered).
  9082 | D:3      | 9082 ||| Stepping ~*~*~tactically~*~*~ (outnumbered).
  9084 | D:3      | 9084 ||| Stepping ~*~*~tactically~*~*~ (outnumbered).
  9086 | D:3      | 9086 ||| Stepping ~*~*~tactically~*~*~ (outnumbered).
  9088 | D:3      | 9088 ||| Stepping ~*~*~tactically~*~*~ (outnumbered).
  9090 | D:3      | 9090 ||| Stepping ~*~*~tactically~*~*~ (outnumbered).
  9092 | D:3      | 9092 ||| Stepping ~*~*~tactically~*~*~ (outnumbered).
  9094 | D:3      | 9094 ||| Stepping ~*~*~tactically~*~*~ (outnumbered).
  9096 | D:3      | 9096 ||| Stepping ~*~*~tactically~*~*~ (outnumbered).
  9098 | D:3      | 9098 ||| Stepping ~*~*~tactically~*~*~ (outnumbered).
  9100 | D:3      | 9100 ||| Stepping ~*~*~tactically~*~*~ (outnumbered).
  9102 | D:3      | 9102 ||| Stepping ~*~*~tactically~*~*~ (outnumbered).
  9104 | D:3      | 9104 ||| Stepping ~*~*~tactically~*~*~ (outnumbered).
  9106 | D:3      | 9106 ||| Stepping ~*~*~tactically~*~*~ (outnumbered).
  9108 | D:3      | 9108 ||| Stepping ~*~*~tactically~*~*~ (outnumbered).
  9110 | D:3      | 9110 ||| Stepping ~*~*~tactically~*~*~ (outnumbered).
  9112 | D:3      | 9112 ||| Stepping ~*~*~tactically~*~*~ (outnumbered).
  9114 | D:3      | 9114 ||| Stepping ~*~*~tactically~*~*~ (outnumbered).
  9116 | D:3      | 9116 ||| Stepping ~*~*~tactically~*~*~ (outnumbered).
  9118 | D:3      | 9118 ||| Stepping ~*~*~tactically~*~*~ (outnumbered).
  9120 | D:3      | 9120 ||| Stepping ~*~*~tactically~*~*~ (outnumbered).
  9122 | D:3      | 9122 ||| Stepping ~*~*~tactically~*~*~ (outnumbered).
  9124 | D:3      | 9124 ||| Stepping ~*~*~tactically~*~*~ (outnumbered).
  9126 | D:3      | 9126 ||| Stepping ~*~*~tactically~*~*~ (outnumbered).
  9128 | D:3      | 9128 ||| Stepping ~*~*~tactically~*~*~ (outnumbered).
  9130 | D:3      | 9130 ||| Stepping ~*~*~tactically~*~*~ (outnumbered).
  9132 | D:3      | 9132 ||| Stepping ~*~*~tactically~*~*~ (outnumbered).
  9134 | D:3      | 9134 ||| Stepping ~*~*~tactically~*~*~ (outnumbered).
  9136 | D:3      | 9136 ||| Stepping ~*~*~tactically~*~*~ (outnumbered).
  9138 | D:3      | 9138 ||| Stepping ~*~*~tactically~*~*~ (outnumbered).
  9140 | D:3      | 9140 ||| Stepping ~*~*~tactically~*~*~ (outnumbered).
  9142 | D:3      | 9142 ||| Stepping ~*~*~tactically~*~*~ (outnumbered).
  9144 | D:3      | 9144 ||| Stepping ~*~*~tactically~*~*~ (outnumbered).
  9146 | D:3      | 9146 ||| Stepping ~*~*~tactically~*~*~ (outnumbered).
  9148 | D:3      | 9148 ||| Stepping ~*~*~tactically~*~*~ (outnumbered).
  9150 | D:3      | 9150 ||| Stepping ~*~*~tactically~*~*~ (outnumbered).
  9152 | D:3      | 9152 ||| Stepping ~*~*~tactically~*~*~ (outnumbered).
  9154 | D:3      | 9154 ||| Stepping ~*~*~tactically~*~*~ (outnumbered).
  9156 | D:3      | 9156 ||| Stepping ~*~*~tactically~*~*~ (outnumbered).
  9158 | D:3      | 9158 ||| Stepping ~*~*~tactically~*~*~ (outnumbered).
  9160 | D:3      | 9160 ||| Stepping ~*~*~tactically~*~*~ (outnumbered).
  9162 | D:3      | 9162 ||| Stepping ~*~*~tactically~*~*~ (outnumbered).
  9164 | D:3      | 9164 ||| Stepping ~*~*~tactically~*~*~ (outnumbered).
  9166 | D:3      | 9166 ||| Stepping ~*~*~tactically~*~*~ (outnumbered).
  9168 | D:3      | 9168 ||| Stepping ~*~*~tactically~*~*~ (outnumbered).
  9170 | D:3      | 9170 ||| Stepping ~*~*~tactically~*~*~ (outnumbered).
  9172 | D:3      | 9172 ||| Stepping ~*~*~tactically~*~*~ (outnumbered).
  9174 | D:3      | 9174 ||| Stepping ~*~*~tactically~*~*~ (outnumbered).
  9176 | D:3      | 9176 ||| Stepping ~*~*~tactically~*~*~ (outnumbered).
  9178 | D:3      | 9178 ||| Stepping ~*~*~tactically~*~*~ (outnumbered).
  9180 | D:3      | 9180 ||| Stepping ~*~*~tactically~*~*~ (outnumbered).
  9182 | D:3      | 9182 ||| Stepping ~*~*~tactically~*~*~ (outnumbered).
  9184 | D:3      | 9184 ||| Stepping ~*~*~tactically~*~*~ (outnumbered).
  9186 | D:3      | 9186 ||| Stepping ~*~*~tactically~*~*~ (outnumbered).
  9188 | D:3      | 9188 ||| Stepping ~*~*~tactically~*~*~ (outnumbered).
  9190 | D:3      | 9190 ||| Stepping ~*~*~tactically~*~*~ (outnumbered).
  9192 | D:3      | 9192 ||| Stepping ~*~*~tactically~*~*~ (outnumbered).
  9194 | D:3      | 9194 ||| Stepping ~*~*~tactically~*~*~ (outnumbered).
  9196 | D:3      | 9196 ||| Stepping ~*~*~tactically~*~*~ (outnumbered).
  9198 | D:3      | 9198 ||| Stepping ~*~*~tactically~*~*~ (outnumbered).
  9200 | D:3      | 9200 ||| Stepping ~*~*~tactically~*~*~ (outnumbered).
  9202 | D:3      | 9202 ||| Stepping ~*~*~tactically~*~*~ (outnumbered).
  9204 | D:3      | 9204 ||| Stepping ~*~*~tactically~*~*~ (outnumbered).
  9206 | D:3      | 9206 ||| Stepping ~*~*~tactically~*~*~ (outnumbered).
  9208 | D:3      | 9208 ||| Stepping ~*~*~tactically~*~*~ (outnumbered).
  9210 | D:3      | 9210 ||| Stepping ~*~*~tactically~*~*~ (outnumbered).
  9212 | D:3      | 9212 ||| Stepping ~*~*~tactically~*~*~ (outnumbered).
  9214 | D:3      | 9214 ||| Stepping ~*~*~tactically~*~*~ (outnumbered).
  9216 | D:3      | 9216 ||| Stepping ~*~*~tactically~*~*~ (outnumbered).
  9218 | D:3      | 9218 ||| Stepping ~*~*~tactically~*~*~ (outnumbered).
  9220 | D:3      | 9220 ||| Stepping ~*~*~tactically~*~*~ (outnumbered).
  9222 | D:3      | 9222 ||| Stepping ~*~*~tactically~*~*~ (outnumbered).
  9224 | D:3      | 9224 ||| Stepping ~*~*~tactically~*~*~ (outnumbered).
  9226 | D:3      | 9226 ||| Stepping ~*~*~tactically~*~*~ (outnumbered).
  9228 | D:3      | 9228 ||| Stepping ~*~*~tactically~*~*~ (outnumbered).
  9230 | D:3      | 9230 ||| Stepping ~*~*~tactically~*~*~ (outnumbered).
  9232 | D:3      | 9232 ||| Stepping ~*~*~tactically~*~*~ (outnumbered).
  9234 | D:3      | 9234 ||| Stepping ~*~*~tactically~*~*~ (outnumbered).
  9236 | D:3      | 9236 ||| Stepping ~*~*~tactically~*~*~ (outnumbered).
  9238 | D:3      | 9238 ||| Stepping ~*~*~tactically~*~*~ (outnumbered).
  9240 | D:3      | 9240 ||| Stepping ~*~*~tactically~*~*~ (outnumbered).
  9242 | D:3      | 9242 ||| Stepping ~*~*~tactically~*~*~ (outnumbered).
  9244 | D:3      | 9244 ||| Stepping ~*~*~tactically~*~*~ (outnumbered).
  9246 | D:3      | 9246 ||| Stepping ~*~*~tactically~*~*~ (outnumbered).
  9248 | D:3      | 9248 ||| Stepping ~*~*~tactically~*~*~ (outnumbered).
  9250 | D:3      | 9250 ||| Stepping ~*~*~tactically~*~*~ (outnumbered).
  9252 | D:3      | 9252 ||| Stepping ~*~*~tactically~*~*~ (outnumbered).
  9254 | D:3      | 9254 ||| Stepping ~*~*~tactically~*~*~ (outnumbered).
  9256 | D:3      | 9256 ||| Stepping ~*~*~tactically~*~*~ (outnumbered).
  9258 | D:3      | 9258 ||| Stepping ~*~*~tactically~*~*~ (outnumbered).
  9260 | D:3      | 9260 ||| Stepping ~*~*~tactically~*~*~ (outnumbered).
  9262 | D:3      | 9262 ||| Stepping ~*~*~tactically~*~*~ (outnumbered).
  9264 | D:3      | 9264 ||| Stepping ~*~*~tactically~*~*~ (outnumbered).
  9266 | D:3      | 9266 ||| Stepping ~*~*~tactically~*~*~ (outnumbered).
  9268 | D:3      | 9268 ||| Stepping ~*~*~tactically~*~*~ (outnumbered).
  9270 | D:3      | 9270 ||| Stepping ~*~*~tactically~*~*~ (outnumbered).
  9272 | D:3      | 9272 ||| Stepping ~*~*~tactically~*~*~ (outnumbered).
  9274 | D:3      | 9274 ||| Stepping ~*~*~tactically~*~*~ (outnumbered).
  9276 | D:3      | 9276 ||| Stepping ~*~*~tactically~*~*~ (outnumbered).
  9278 | D:3      | 9278 ||| Stepping ~*~*~tactically~*~*~ (outnumbered).
  9280 | D:3      | 9280 ||| Stepping ~*~*~tactically~*~*~ (outnumbered).
  9282 | D:3      | 9282 ||| Stepping ~*~*~tactically~*~*~ (outnumbered).
  9284 | D:3      | 9284 ||| Stepping ~*~*~tactically~*~*~ (outnumbered).
  9286 | D:3      | 9286 ||| Stepping ~*~*~tactically~*~*~ (outnumbered).
  9288 | D:3      | 9288 ||| Stepping ~*~*~tactically~*~*~ (outnumbered).
  9290 | D:3      | 9290 ||| Stepping ~*~*~tactically~*~*~ (outnumbered).
  9292 | D:3      | 9292 ||| Stepping ~*~*~tactically~*~*~ (outnumbered).
  9294 | D:3      | 9294 ||| Stepping ~*~*~tactically~*~*~ (outnumbered).
  9296 | D:3      | 9296 ||| Stepping ~*~*~tactically~*~*~ (outnumbered).
  9298 | D:3      | 9298 ||| Stepping ~*~*~tactically~*~*~ (outnumbered).
  9300 | D:3      | 9300 ||| Stepping ~*~*~tactically~*~*~ (outnumbered).
  9302 | D:3      | 9302 ||| Stepping ~*~*~tactically~*~*~ (outnumbered).
  9304 | D:3      | 9304 ||| Stepping ~*~*~tactically~*~*~ (outnumbered).
  9306 | D:3      | 9306 ||| Stepping ~*~*~tactically~*~*~ (outnumbered).
  9308 | D:3      | 9308 ||| Stepping ~*~*~tactically~*~*~ (outnumbered).
  9310 | D:3      | 9310 ||| Stepping ~*~*~tactically~*~*~ (outnumbered).
  9312 | D:3      | 9312 ||| Stepping ~*~*~tactically~*~*~ (outnumbered).
  9314 | D:3      | 9314 ||| Stepping ~*~*~tactically~*~*~ (outnumbered).
  9316 | D:3      | 9316 ||| Stepping ~*~*~tactically~*~*~ (outnumbered).
  9318 | D:3      | 9318 ||| Stepping ~*~*~tactically~*~*~ (outnumbered).
  9320 | D:3      | 9320 ||| Stepping ~*~*~tactically~*~*~ (outnumbered).
  9322 | D:3      | 9322 ||| Stepping ~*~*~tactically~*~*~ (outnumbered).
  9324 | D:3      | 9324 ||| Stepping ~*~*~tactically~*~*~ (outnumbered).
  9326 | D:3      | 9326 ||| Stepping ~*~*~tactically~*~*~ (outnumbered).
  9328 | D:3      | 9328 ||| Stepping ~*~*~tactically~*~*~ (outnumbered).
  9330 | D:3      | 9330 ||| Stepping ~*~*~tactically~*~*~ (outnumbered).
  9332 | D:3      | 9332 ||| Stepping ~*~*~tactically~*~*~ (outnumbered).
  9334 | D:3      | 9334 ||| Stepping ~*~*~tactically~*~*~ (outnumbered).
  9336 | D:3      | 9336 ||| Stepping ~*~*~tactically~*~*~ (outnumbered).
  9338 | D:3      | 9338 ||| Stepping ~*~*~tactically~*~*~ (outnumbered).
  9340 | D:3      | 9340 ||| Stepping ~*~*~tactically~*~*~ (outnumbered).
  9342 | D:3      | 9342 ||| Stepping ~*~*~tactically~*~*~ (outnumbered).
  9344 | D:3      | 9344 ||| Stepping ~*~*~tactically~*~*~ (outnumbered).
  9346 | D:3      | 9346 ||| Stepping ~*~*~tactically~*~*~ (outnumbered).
  9348 | D:3      | 9348 ||| Stepping ~*~*~tactically~*~*~ (outnumbered).
  9350 | D:3      | 9350 ||| Stepping ~*~*~tactically~*~*~ (outnumbered).
  9352 | D:3      | 9352 ||| Stepping ~*~*~tactically~*~*~ (outnumbered).
  9354 | D:3      | 9354 ||| Stepping ~*~*~tactically~*~*~ (outnumbered).
  9356 | D:3      | 9356 ||| Stepping ~*~*~tactically~*~*~ (outnumbered).
  9358 | D:3      | 9358 ||| Stepping ~*~*~tactically~*~*~ (outnumbered).
  9360 | D:3      | 9360 ||| Stepping ~*~*~tactically~*~*~ (outnumbered).
  9362 | D:3      | 9362 ||| Stepping ~*~*~tactically~*~*~ (outnumbered).
  9364 | D:3      | 9364 ||| Stepping ~*~*~tactically~*~*~ (outnumbered).
  9366 | D:3      | 9366 ||| Stepping ~*~*~tactically~*~*~ (outnumbered).
  9368 | D:3      | 9368 ||| Stepping ~*~*~tactically~*~*~ (outnumbered).
  9370 | D:3      | 9370 ||| Stepping ~*~*~tactically~*~*~ (outnumbered).
  9372 | D:3      | 9372 ||| Stepping ~*~*~tactically~*~*~ (outnumbered).
  9374 | D:3      | 9374 ||| Stepping ~*~*~tactically~*~*~ (outnumbered).
  9376 | D:3      | 9376 ||| Stepping ~*~*~tactically~*~*~ (outnumbered).
  9378 | D:3      | 9378 ||| Stepping ~*~*~tactically~*~*~ (outnumbered).
  9380 | D:3      | 9380 ||| Stepping ~*~*~tactically~*~*~ (outnumbered).
  9382 | D:3      | 9382 ||| Stepping ~*~*~tactically~*~*~ (outnumbered).
  9384 | D:3      | 9384 ||| Stepping ~*~*~tactically~*~*~ (outnumbered).
  9386 | D:3      | 9386 ||| Stepping ~*~*~tactically~*~*~ (outnumbered).
  9388 | D:3      | 9388 ||| Stepping ~*~*~tactically~*~*~ (outnumbered).
  9390 | D:3      | 9390 ||| Stepping ~*~*~tactically~*~*~ (outnumbered).
  9392 | D:3      | 9392 ||| Stepping ~*~*~tactically~*~*~ (outnumbered).
  9394 | D:3      | 9394 ||| Stepping ~*~*~tactically~*~*~ (outnumbered).
  9396 | D:3      | 9396 ||| Stepping ~*~*~tactically~*~*~ (outnumbered).
  9398 | D:3      | 9398 ||| Stepping ~*~*~tactically~*~*~ (outnumbered).
  9400 | D:3      | 9400 ||| Stepping ~*~*~tactically~*~*~ (outnumbered).
  9402 | D:3      | 9402 ||| Stepping ~*~*~tactically~*~*~ (outnumbered).
  9404 | D:3      | 9404 ||| Stepping ~*~*~tactically~*~*~ (outnumbered).
  9406 | D:3      | 9406 ||| Stepping ~*~*~tactically~*~*~ (outnumbered).
  9408 | D:3      | 9408 ||| Stepping ~*~*~tactically~*~*~ (outnumbered).
  9410 | D:3      | 9410 ||| Stepping ~*~*~tactically~*~*~ (outnumbered).
  9412 | D:3      | 9412 ||| Stepping ~*~*~tactically~*~*~ (outnumbered).
  9414 | D:3      | 9414 ||| Stepping ~*~*~tactically~*~*~ (outnumbered).
  9416 | D:3      | 9416 ||| Stepping ~*~*~tactically~*~*~ (outnumbered).
  9418 | D:3      | 9418 ||| Stepping ~*~*~tactically~*~*~ (outnumbered).
  9420 | D:3      | 9420 ||| Stepping ~*~*~tactically~*~*~ (outnumbered).
  9422 | D:3      | 9422 ||| Stepping ~*~*~tactically~*~*~ (outnumbered).
  9424 | D:3      | 9424 ||| Stepping ~*~*~tactically~*~*~ (outnumbered).
  9426 | D:3      | 9426 ||| Stepping ~*~*~tactically~*~*~ (outnumbered).
  9428 | D:3      | 9428 ||| Stepping ~*~*~tactically~*~*~ (outnumbered).
  9430 | D:3      | 9430 ||| Stepping ~*~*~tactically~*~*~ (outnumbered).
  9432 | D:3      | 9432 ||| Stepping ~*~*~tactically~*~*~ (outnumbered).
  9434 | D:3      | 9434 ||| Stepping ~*~*~tactically~*~*~ (outnumbered).
  9436 | D:3      | 9436 ||| Stepping ~*~*~tactically~*~*~ (outnumbered).
  9438 | D:3      | 9438 ||| Stepping ~*~*~tactically~*~*~ (outnumbered).
  9440 | D:3      | 9440 ||| Stepping ~*~*~tactically~*~*~ (outnumbered).
  9442 | D:3      | 9442 ||| Stepping ~*~*~tactically~*~*~ (outnumbered).
  9444 | D:3      | 9444 ||| Stepping ~*~*~tactically~*~*~ (outnumbered).
  9446 | D:3      | 9446 ||| Stepping ~*~*~tactically~*~*~ (outnumbered).
  9448 | D:3      | 9448 ||| Stepping ~*~*~tactically~*~*~ (outnumbered).
  9450 | D:3      | 9450 ||| Stepping ~*~*~tactically~*~*~ (outnumbered).
  9452 | D:3      | 9452 ||| Stepping ~*~*~tactically~*~*~ (outnumbered).
  9454 | D:3      | 9454 ||| Stepping ~*~*~tactically~*~*~ (outnumbered).
  9456 | D:3      | 9456 ||| Stepping ~*~*~tactically~*~*~ (outnumbered).
  9458 | D:3      | 9458 ||| Stepping ~*~*~tactically~*~*~ (outnumbered).
  9460 | D:3      | 9460 ||| Stepping ~*~*~tactically~*~*~ (outnumbered).
  9462 | D:3      | 9462 ||| Stepping ~*~*~tactically~*~*~ (outnumbered).
  9464 | D:3      | 9464 ||| Stepping ~*~*~tactically~*~*~ (outnumbered).
  9466 | D:3      | 9466 ||| Stepping ~*~*~tactically~*~*~ (outnumbered).
  9468 | D:3      | 9468 ||| Stepping ~*~*~tactically~*~*~ (outnumbered).
  9470 | D:3      | 9470 ||| Stepping ~*~*~tactically~*~*~ (outnumbered).
  9472 | D:3      | 9472 ||| Stepping ~*~*~tactically~*~*~ (outnumbered).
  9474 | D:3      | 9474 ||| Stepping ~*~*~tactically~*~*~ (outnumbered).
  9476 | D:3      | 9476 ||| Stepping ~*~*~tactically~*~*~ (outnumbered).
  9478 | D:3      | 9478 ||| Stepping ~*~*~tactically~*~*~ (outnumbered).
  9480 | D:3      | 9480 ||| Stepping ~*~*~tactically~*~*~ (outnumbered).
  9482 | D:3      | 9482 ||| Stepping ~*~*~tactically~*~*~ (outnumbered).
  9484 | D:3      | 9484 ||| Stepping ~*~*~tactically~*~*~ (outnumbered).
  9486 | D:3      | 9486 ||| Stepping ~*~*~tactically~*~*~ (outnumbered).
  9488 | D:3      | 9488 ||| Stepping ~*~*~tactically~*~*~ (outnumbered).
  9490 | D:3      | 9490 ||| Stepping ~*~*~tactically~*~*~ (outnumbered).
  9492 | D:3      | 9492 ||| Stepping ~*~*~tactically~*~*~ (outnumbered).
  9494 | D:3      | 9494 ||| Stepping ~*~*~tactically~*~*~ (outnumbered).
  9496 | D:3      | 9496 ||| Stepping ~*~*~tactically~*~*~ (outnumbered).
  9498 | D:3      | 9498 ||| Stepping ~*~*~tactically~*~*~ (outnumbered).
  9500 | D:3      | 9500 ||| Stepping ~*~*~tactically~*~*~ (outnumbered).
  9502 | D:3      | 9502 ||| Stepping ~*~*~tactically~*~*~ (outnumbered).
  9504 | D:3      | 9504 ||| Stepping ~*~*~tactically~*~*~ (outnumbered).
  9506 | D:3      | 9506 ||| Stepping ~*~*~tactically~*~*~ (outnumbered).
  9508 | D:3      | 9508 ||| Stepping ~*~*~tactically~*~*~ (outnumbered).
  9510 | D:3      | 9510 ||| Stepping ~*~*~tactically~*~*~ (outnumbered).
  9512 | D:3      | 9512 ||| Stepping ~*~*~tactically~*~*~ (outnumbered).
  9514 | D:3      | 9514 ||| Stepping ~*~*~tactically~*~*~ (outnumbered).
  9516 | D:3      | 9516 ||| Stepping ~*~*~tactically~*~*~ (outnumbered).
  9518 | D:3      | 9518 ||| Stepping ~*~*~tactically~*~*~ (outnumbered).
  9520 | D:3      | 9520 ||| Stepping ~*~*~tactically~*~*~ (outnumbered).
  9522 | D:3      | 9522 ||| Stepping ~*~*~tactically~*~*~ (outnumbered).
  9524 | D:3      | 9524 ||| Stepping ~*~*~tactically~*~*~ (outnumbered).
  9526 | D:3      | 9526 ||| Stepping ~*~*~tactically~*~*~ (outnumbered).
  9528 | D:3      | 9528 ||| Stepping ~*~*~tactically~*~*~ (outnumbered).
  9530 | D:3      | 9530 ||| Stepping ~*~*~tactically~*~*~ (outnumbered).
  9532 | D:3      | 9532 ||| Stepping ~*~*~tactically~*~*~ (outnumbered).
  9534 | D:3      | 9534 ||| Stepping ~*~*~tactically~*~*~ (outnumbered).
  9536 | D:3      | 9536 ||| Stepping ~*~*~tactically~*~*~ (outnumbered).
  9538 | D:3      | 9538 ||| Stepping ~*~*~tactically~*~*~ (outnumbered).
  9540 | D:3      | 9540 ||| Stepping ~*~*~tactically~*~*~ (outnumbered).
  9542 | D:3      | 9542 ||| Stepping ~*~*~tactically~*~*~ (outnumbered).
  9544 | D:3      | 9544 ||| Stepping ~*~*~tactically~*~*~ (outnumbered).
  9546 | D:3      | 9546 ||| Stepping ~*~*~tactically~*~*~ (outnumbered).
  9548 | D:3      | 9548 ||| Stepping ~*~*~tactically~*~*~ (outnumbered).
  9550 | D:3      | 9550 ||| Stepping ~*~*~tactically~*~*~ (outnumbered).
  9552 | D:3      | 9552 ||| Stepping ~*~*~tactically~*~*~ (outnumbered).
  9554 | D:3      | 9554 ||| Stepping ~*~*~tactically~*~*~ (outnumbered).
  9556 | D:3      | 9556 ||| Stepping ~*~*~tactically~*~*~ (outnumbered).
  9558 | D:3      | 9558 ||| Stepping ~*~*~tactically~*~*~ (outnumbered).
  9560 | D:3      | 9560 ||| Stepping ~*~*~tactically~*~*~ (outnumbered).
  9562 | D:3      | 9562 ||| Stepping ~*~*~tactically~*~*~ (outnumbered).
  9564 | D:3      | 9564 ||| Stepping ~*~*~tactically~*~*~ (outnumbered).
  9566 | D:3      | 9566 ||| Stepping ~*~*~tactically~*~*~ (outnumbered).
  9568 | D:3      | 9568 ||| Stepping ~*~*~tactically~*~*~ (outnumbered).
  9570 | D:3      | 9570 ||| Stepping ~*~*~tactically~*~*~ (outnumbered).
  9572 | D:3      | 9572 ||| Stepping ~*~*~tactically~*~*~ (outnumbered).
  9574 | D:3      | 9574 ||| Stepping ~*~*~tactically~*~*~ (outnumbered).
  9576 | D:3      | 9576 ||| Stepping ~*~*~tactically~*~*~ (outnumbered).
  9578 | D:3      | 9578 ||| Stepping ~*~*~tactically~*~*~ (outnumbered).
  9580 | D:3      | 9580 ||| Stepping ~*~*~tactically~*~*~ (outnumbered).
  9582 | D:3      | 9582 ||| Stepping ~*~*~tactically~*~*~ (outnumbered).
  9584 | D:3      | 9584 ||| Stepping ~*~*~tactically~*~*~ (outnumbered).
  9586 | D:3      | 9586 ||| Stepping ~*~*~tactically~*~*~ (outnumbered).
  9588 | D:3      | 9588 ||| Stepping ~*~*~tactically~*~*~ (outnumbered).
  9590 | D:3      | 9590 ||| Stepping ~*~*~tactically~*~*~ (outnumbered).
  9592 | D:3      | 9592 ||| Stepping ~*~*~tactically~*~*~ (outnumbered).
  9594 | D:3      | 9594 ||| Stepping ~*~*~tactically~*~*~ (outnumbered).
  9596 | D:3      | 9596 ||| Stepping ~*~*~tactically~*~*~ (outnumbered).
  9598 | D:3      | 9598 ||| Stepping ~*~*~tactically~*~*~ (outnumbered).
  9600 | D:3      | 9600 ||| Stepping ~*~*~tactically~*~*~ (outnumbered).
  9602 | D:3      | 9602 ||| Stepping ~*~*~tactically~*~*~ (outnumbered).
  9604 | D:3      | 9604 ||| Stepping ~*~*~tactically~*~*~ (outnumbered).
  9606 | D:3      | 9606 ||| Stepping ~*~*~tactically~*~*~ (outnumbered).
  9608 | D:3      | 9608 ||| Stepping ~*~*~tactically~*~*~ (outnumbered).
  9610 | D:3      | 9610 ||| Stepping ~*~*~tactically~*~*~ (outnumbered).
  9612 | D:3      | 9612 ||| Stepping ~*~*~tactically~*~*~ (outnumbered).
  9614 | D:3      | 9614 ||| Stepping ~*~*~tactically~*~*~ (outnumbered).
  9616 | D:3      | 9616 ||| Stepping ~*~*~tactically~*~*~ (outnumbered).
  9618 | D:3      | 9618 ||| Stepping ~*~*~tactically~*~*~ (outnumbered).
  9620 | D:3      | 9620 ||| Stepping ~*~*~tactically~*~*~ (outnumbered).
  9622 | D:3      | 9622 ||| Stepping ~*~*~tactically~*~*~ (outnumbered).
  9624 | D:3      | 9624 ||| Stepping ~*~*~tactically~*~*~ (outnumbered).
  9626 | D:3      | 9626 ||| Stepping ~*~*~tactically~*~*~ (outnumbered).
  9628 | D:3      | 9628 ||| Stepping ~*~*~tactically~*~*~ (outnumbered).
  9630 | D:3      | 9630 ||| Stepping ~*~*~tactically~*~*~ (outnumbered).
  9632 | D:3      | 9632 ||| Stepping ~*~*~tactically~*~*~ (outnumbered).
  9634 | D:3      | 9634 ||| Stepping ~*~*~tactically~*~*~ (outnumbered).
  9636 | D:3      | 9636 ||| Stepping ~*~*~tactically~*~*~ (outnumbered).
  9638 | D:3      | 9638 ||| Stepping ~*~*~tactically~*~*~ (outnumbered).
  9640 | D:3      | 9640 ||| Stepping ~*~*~tactically~*~*~ (outnumbered).
  9642 | D:3      | 9642 ||| Stepping ~*~*~tactically~*~*~ (outnumbered).
  9644 | D:3      | 9644 ||| Stepping ~*~*~tactically~*~*~ (outnumbered).
  9646 | D:3      | 9646 ||| Stepping ~*~*~tactically~*~*~ (outnumbered).
  9648 | D:3      | 9648 ||| Stepping ~*~*~tactically~*~*~ (outnumbered).
  9650 | D:3      | 9650 ||| Stepping ~*~*~tactically~*~*~ (outnumbered).
  9652 | D:3      | 9652 ||| Stepping ~*~*~tactically~*~*~ (outnumbered).
  9654 | D:3      | 9654 ||| Stepping ~*~*~tactically~*~*~ (outnumbered).
  9656 | D:3      | 9656 ||| Stepping ~*~*~tactically~*~*~ (outnumbered).
  9658 | D:3      | 9658 ||| Stepping ~*~*~tactically~*~*~ (outnumbered).
  9660 | D:3      | 9660 ||| Stepping ~*~*~tactically~*~*~ (outnumbered).
  9662 | D:3      | 9662 ||| Stepping ~*~*~tactically~*~*~ (outnumbered).
  9664 | D:3      | 9664 ||| Stepping ~*~*~tactically~*~*~ (outnumbered).
  9666 | D:3      | 9666 ||| Stepping ~*~*~tactically~*~*~ (outnumbered).
  9668 | D:3      | 9668 ||| Stepping ~*~*~tactically~*~*~ (outnumbered).
  9670 | D:3      | 9670 ||| Stepping ~*~*~tactically~*~*~ (outnumbered).
  9672 | D:3      | 9672 ||| Stepping ~*~*~tactically~*~*~ (outnumbered).
  9674 | D:3      | 9674 ||| Stepping ~*~*~tactically~*~*~ (outnumbered).
  9676 | D:3      | 9676 ||| Stepping ~*~*~tactically~*~*~ (outnumbered).
  9678 | D:3      | 9678 ||| Stepping ~*~*~tactically~*~*~ (outnumbered).
  9680 | D:3      | 9680 ||| Stepping ~*~*~tactically~*~*~ (outnumbered).
  9682 | D:3      | 9682 ||| Stepping ~*~*~tactically~*~*~ (outnumbered).
  9684 | D:3      | 9684 ||| Stepping ~*~*~tactically~*~*~ (outnumbered).
  9686 | D:3      | 9686 ||| Stepping ~*~*~tactically~*~*~ (outnumbered).
  9688 | D:3      | 9688 ||| Stepping ~*~*~tactically~*~*~ (outnumbered).
  9690 | D:3      | 9690 ||| Stepping ~*~*~tactically~*~*~ (outnumbered).
  9692 | D:3      | 9692 ||| Stepping ~*~*~tactically~*~*~ (outnumbered).
  9694 | D:3      | 9694 ||| Stepping ~*~*~tactically~*~*~ (outnumbered).
  9696 | D:3      | 9696 ||| Stepping ~*~*~tactically~*~*~ (outnumbered).
  9698 | D:3      | 9698 ||| Stepping ~*~*~tactically~*~*~ (outnumbered).
  9700 | D:3      | 9700 ||| Stepping ~*~*~tactically~*~*~ (outnumbered).
  9702 | D:3      | 9702 ||| Stepping ~*~*~tactically~*~*~ (outnumbered).
  9704 | D:3      | 9704 ||| Stepping ~*~*~tactically~*~*~ (outnumbered).
  9706 | D:3      | 9706 ||| Stepping ~*~*~tactically~*~*~ (outnumbered).
  9708 | D:3      | 9708 ||| Stepping ~*~*~tactically~*~*~ (outnumbered).
  9710 | D:3      | 9710 ||| Stepping ~*~*~tactically~*~*~ (outnumbered).
  9712 | D:3      | 9712 ||| Stepping ~*~*~tactically~*~*~ (outnumbered).
  9714 | D:3      | 9714 ||| Stepping ~*~*~tactically~*~*~ (outnumbered).
  9716 | D:3      | 9716 ||| Stepping ~*~*~tactically~*~*~ (outnumbered).
  9718 | D:3      | 9718 ||| Stepping ~*~*~tactically~*~*~ (outnumbered).
  9720 | D:3      | 9720 ||| Stepping ~*~*~tactically~*~*~ (outnumbered).
  9722 | D:3      | 9722 ||| Stepping ~*~*~tactically~*~*~ (outnumbered).
  9724 | D:3      | 9724 ||| Stepping ~*~*~tactically~*~*~ (outnumbered).
  9726 | D:3      | 9726 ||| Stepping ~*~*~tactically~*~*~ (outnumbered).
  9728 | D:3      | 9728 ||| Stepping ~*~*~tactically~*~*~ (outnumbered).
  9730 | D:3      | 9730 ||| Stepping ~*~*~tactically~*~*~ (outnumbered).
  9732 | D:3      | 9732 ||| Stepping ~*~*~tactically~*~*~ (outnumbered).
  9734 | D:3      | 9734 ||| Stepping ~*~*~tactically~*~*~ (outnumbered).
  9736 | D:3      | 9736 ||| Stepping ~*~*~tactically~*~*~ (outnumbered).
  9738 | D:3      | 9738 ||| Stepping ~*~*~tactically~*~*~ (outnumbered).
  9740 | D:3      | 9740 ||| Stepping ~*~*~tactically~*~*~ (outnumbered).
  9742 | D:3      | 9742 ||| Stepping ~*~*~tactically~*~*~ (outnumbered).
  9744 | D:3      | 9744 ||| Stepping ~*~*~tactically~*~*~ (outnumbered).
  9746 | D:3      | 9746 ||| Stepping ~*~*~tactically~*~*~ (outnumbered).
  9748 | D:3      | 9748 ||| Stepping ~*~*~tactically~*~*~ (outnumbered).
  9750 | D:3      | 9750 ||| Stepping ~*~*~tactically~*~*~ (outnumbered).
  9752 | D:3      | 9752 ||| Stepping ~*~*~tactically~*~*~ (outnumbered).
  9754 | D:3      | 9754 ||| Stepping ~*~*~tactically~*~*~ (outnumbered).
  9756 | D:3      | 9756 ||| Stepping ~*~*~tactically~*~*~ (outnumbered).
  9758 | D:3      | 9758 ||| Stepping ~*~*~tactically~*~*~ (outnumbered).
  9760 | D:3      | 9760 ||| Stepping ~*~*~tactically~*~*~ (outnumbered).
  9762 | D:3      | 9762 ||| Stepping ~*~*~tactically~*~*~ (outnumbered).
  9764 | D:3      | 9764 ||| Stepping ~*~*~tactically~*~*~ (outnumbered).
  9766 | D:3      | 9766 ||| Stepping ~*~*~tactically~*~*~ (outnumbered).
  9768 | D:3      | 9768 ||| Stepping ~*~*~tactically~*~*~ (outnumbered).
  9770 | D:3      | 9770 ||| Stepping ~*~*~tactically~*~*~ (outnumbered).
  9772 | D:3      | 9772 ||| Stepping ~*~*~tactically~*~*~ (outnumbered).
  9774 | D:3      | 9774 ||| Stepping ~*~*~tactically~*~*~ (outnumbered).
  9776 | D:3      | 9776 ||| Stepping ~*~*~tactically~*~*~ (outnumbered).
  9778 | D:3      | 9778 ||| Stepping ~*~*~tactically~*~*~ (outnumbered).
  9780 | D:3      | 9780 ||| Stepping ~*~*~tactically~*~*~ (outnumbered).
  9782 | D:3      | 9782 ||| Stepping ~*~*~tactically~*~*~ (outnumbered).
  9784 | D:3      | 9784 ||| Stepping ~*~*~tactically~*~*~ (outnumbered).
  9786 | D:3      | 9786 ||| Stepping ~*~*~tactically~*~*~ (outnumbered).
  9788 | D:3      | 9788 ||| Stepping ~*~*~tactically~*~*~ (outnumbered).
  9790 | D:3      | 9790 ||| Stepping ~*~*~tactically~*~*~ (outnumbered).
  9792 | D:3      | 9792 ||| Stepping ~*~*~tactically~*~*~ (outnumbered).
  9794 | D:3      | 9794 ||| Stepping ~*~*~tactically~*~*~ (outnumbered).
  9796 | D:3      | 9796 ||| Stepping ~*~*~tactically~*~*~ (outnumbered).
  9798 | D:3      | 9798 ||| Stepping ~*~*~tactically~*~*~ (outnumbered).
  9800 | D:3      | 9800 ||| Stepping ~*~*~tactically~*~*~ (outnumbered).
  9802 | D:3      | 9802 ||| Stepping ~*~*~tactically~*~*~ (outnumbered).
  9804 | D:3      | 9804 ||| Stepping ~*~*~tactically~*~*~ (outnumbered).
  9806 | D:3      | 9806 ||| Stepping ~*~*~tactically~*~*~ (outnumbered).
  9808 | D:3      | 9808 ||| Stepping ~*~*~tactically~*~*~ (outnumbered).
  9810 | D:3      | 9810 ||| Stepping ~*~*~tactically~*~*~ (outnumbered).
  9812 | D:3      | 9812 ||| Stepping ~*~*~tactically~*~*~ (outnumbered).
  9814 | D:3      | 9814 ||| Stepping ~*~*~tactically~*~*~ (outnumbered).
  9816 | D:3      | 9816 ||| Stepping ~*~*~tactically~*~*~ (outnumbered).
  9818 | D:3      | 9818 ||| Stepping ~*~*~tactically~*~*~ (outnumbered).
  9820 | D:3      | 9820 ||| Stepping ~*~*~tactically~*~*~ (outnumbered).
  9822 | D:3      | 9822 ||| Stepping ~*~*~tactically~*~*~ (outnumbered).
  9824 | D:3      | 9824 ||| Stepping ~*~*~tactically~*~*~ (outnumbered).
  9826 | D:3      | 9826 ||| Stepping ~*~*~tactically~*~*~ (outnumbered).
  9828 | D:3      | 9828 ||| Stepping ~*~*~tactically~*~*~ (outnumbered).
  9830 | D:3      | 9830 ||| Stepping ~*~*~tactically~*~*~ (outnumbered).
  9832 | D:3      | 9832 ||| Stepping ~*~*~tactically~*~*~ (outnumbered).
  9834 | D:3      | 9834 ||| Stepping ~*~*~tactically~*~*~ (outnumbered).
  9836 | D:3      | 9836 ||| Stepping ~*~*~tactically~*~*~ (outnumbered).
  9838 | D:3      | 9838 ||| Stepping ~*~*~tactically~*~*~ (outnumbered).
  9840 | D:3      | 9840 ||| Stepping ~*~*~tactically~*~*~ (outnumbered).
  9842 | D:3      | 9842 ||| Stepping ~*~*~tactically~*~*~ (outnumbered).
  9844 | D:3      | 9844 ||| Stepping ~*~*~tactically~*~*~ (outnumbered).
  9846 | D:3      | 9846 ||| Stepping ~*~*~tactically~*~*~ (outnumbered).
  9848 | D:3      | 9848 ||| Stepping ~*~*~tactically~*~*~ (outnumbered).
  9850 | D:3      | 9850 ||| Stepping ~*~*~tactically~*~*~ (outnumbered).
  9852 | D:3      | 9852 ||| Stepping ~*~*~tactically~*~*~ (outnumbered).
  9854 | D:3      | 9854 ||| Stepping ~*~*~tactically~*~*~ (outnumbered).
  9856 | D:3      | 9856 ||| Stepping ~*~*~tactically~*~*~ (outnumbered).
  9858 | D:3      | 9858 ||| Stepping ~*~*~tactically~*~*~ (outnumbered).
  9860 | D:3      | 9860 ||| Stepping ~*~*~tactically~*~*~ (outnumbered).
  9862 | D:3      | 9862 ||| Stepping ~*~*~tactically~*~*~ (outnumbered).
  9864 | D:3      | 9864 ||| Stepping ~*~*~tactically~*~*~ (outnumbered).
  9866 | D:3      | 9866 ||| Stepping ~*~*~tactically~*~*~ (outnumbered).
  9868 | D:3      | 9868 ||| Stepping ~*~*~tactically~*~*~ (outnumbered).
  9870 | D:3      | 9870 ||| Stepping ~*~*~tactically~*~*~ (outnumbered).
  9872 | D:3      | 9872 ||| Stepping ~*~*~tactically~*~*~ (outnumbered).
  9874 | D:3      | 9874 ||| Stepping ~*~*~tactically~*~*~ (outnumbered).
  9876 | D:3      | 9876 ||| Stepping ~*~*~tactically~*~*~ (outnumbered).
  9878 | D:3      | 9878 ||| Stepping ~*~*~tactically~*~*~ (outnumbered).
  9880 | D:3      | 9880 ||| Stepping ~*~*~tactically~*~*~ (outnumbered).
  9882 | D:3      | 9882 ||| Stepping ~*~*~tactically~*~*~ (outnumbered).
  9884 | D:3      | 9884 ||| Stepping ~*~*~tactically~*~*~ (outnumbered).
  9886 | D:3      | 9886 ||| Stepping ~*~*~tactically~*~*~ (outnumbered).
  9888 | D:3      | 9888 ||| Stepping ~*~*~tactically~*~*~ (outnumbered).
  9890 | D:3      | 9890 ||| Stepping ~*~*~tactically~*~*~ (outnumbered).
  9892 | D:3      | 9892 ||| Stepping ~*~*~tactically~*~*~ (outnumbered).
  9894 | D:3      | 9894 ||| Stepping ~*~*~tactically~*~*~ (outnumbered).
  9896 | D:3      | 9896 ||| Stepping ~*~*~tactically~*~*~ (outnumbered).
  9898 | D:3      | 9898 ||| Stepping ~*~*~tactically~*~*~ (outnumbered).
  9900 | D:3      | 9900 ||| Stepping ~*~*~tactically~*~*~ (outnumbered).
  9902 | D:3      | 9902 ||| Stepping ~*~*~tactically~*~*~ (outnumbered).
  9904 | D:3      | 9904 ||| Stepping ~*~*~tactically~*~*~ (outnumbered).
  9906 | D:3      | 9906 ||| Stepping ~*~*~tactically~*~*~ (outnumbered).
  9908 | D:3      | 9908 ||| Stepping ~*~*~tactically~*~*~ (outnumbered).
  9910 | D:3      | 9910 ||| Stepping ~*~*~tactically~*~*~ (outnumbered).
  9912 | D:3      | 9912 ||| Stepping ~*~*~tactically~*~*~ (outnumbered).
  9914 | D:3      | 9914 ||| Stepping ~*~*~tactically~*~*~ (outnumbered).
  9916 | D:3      | 9916 ||| Stepping ~*~*~tactically~*~*~ (outnumbered).
  9918 | D:3      | 9918 ||| Stepping ~*~*~tactically~*~*~ (outnumbered).
  9920 | D:3      | 9920 ||| Stepping ~*~*~tactically~*~*~ (outnumbered).
  9922 | D:3      | 9922 ||| Stepping ~*~*~tactically~*~*~ (outnumbered).
  9924 | D:3      | 9924 ||| Stepping ~*~*~tactically~*~*~ (outnumbered).
  9926 | D:3      | 9926 ||| Stepping ~*~*~tactically~*~*~ (outnumbered).
  9928 | D:3      | 9928 ||| Stepping ~*~*~tactically~*~*~ (outnumbered).
  9930 | D:3      | 9930 ||| Stepping ~*~*~tactically~*~*~ (outnumbered).
  9932 | D:3      | 9932 ||| Stepping ~*~*~tactically~*~*~ (outnumbered).
  9934 | D:3      | 9934 ||| Stepping ~*~*~tactically~*~*~ (outnumbered).
  9936 | D:3      | 9936 ||| Stepping ~*~*~tactically~*~*~ (outnumbered).
  9938 | D:3      | 9938 ||| Stepping ~*~*~tactically~*~*~ (outnumbered).
  9940 | D:3      | 9940 ||| Stepping ~*~*~tactically~*~*~ (outnumbered).
  9942 | D:3      | 9942 ||| Stepping ~*~*~tactically~*~*~ (outnumbered).
  9944 | D:3      | 9944 ||| Stepping ~*~*~tactically~*~*~ (outnumbered).
  9946 | D:3      | 9946 ||| Stepping ~*~*~tactically~*~*~ (outnumbered).
  9948 | D:3      | 9948 ||| Stepping ~*~*~tactically~*~*~ (outnumbered).
  9950 | D:3      | 9950 ||| Stepping ~*~*~tactically~*~*~ (outnumbered).
  9952 | D:3      | 9952 ||| Stepping ~*~*~tactically~*~*~ (outnumbered).
  9954 | D:3      | 9954 ||| Stepping ~*~*~tactically~*~*~ (outnumbered).
  9956 | D:3      | 9956 ||| Stepping ~*~*~tactically~*~*~ (outnumbered).
  9958 | D:3      | 9958 ||| Stepping ~*~*~tactically~*~*~ (outnumbered).
  9960 | D:3      | 9960 ||| Stepping ~*~*~tactically~*~*~ (outnumbered).
  9962 | D:3      | 9962 ||| Stepping ~*~*~tactically~*~*~ (outnumbered).
  9964 | D:3      | 9964 ||| Stepping ~*~*~tactically~*~*~ (outnumbered).
  9966 | D:3      | 9966 ||| Stepping ~*~*~tactically~*~*~ (outnumbered).
  9968 | D:3      | 9968 ||| Stepping ~*~*~tactically~*~*~ (outnumbered).
  9970 | D:3      | 9970 ||| Stepping ~*~*~tactically~*~*~ (outnumbered).
  9972 | D:3      | 9972 ||| Stepping ~*~*~tactically~*~*~ (outnumbered).
  9974 | D:3      | 9974 ||| Stepping ~*~*~tactically~*~*~ (outnumbered).
  9976 | D:3      | 9976 ||| Stepping ~*~*~tactically~*~*~ (outnumbered).
  9978 | D:3      | 9978 ||| Stepping ~*~*~tactically~*~*~ (outnumbered).
  9980 | D:3      | 9980 ||| Stepping ~*~*~tactically~*~*~ (outnumbered).
  9982 | D:3      | 9982 ||| Stepping ~*~*~tactically~*~*~ (outnumbered).
  9984 | D:3      | 9984 ||| Stepping ~*~*~tactically~*~*~ (outnumbered).
  9986 | D:3      | 9986 ||| Stepping ~*~*~tactically~*~*~ (outnumbered).
  9988 | D:3      | 9988 ||| Stepping ~*~*~tactically~*~*~ (outnumbered).
  9990 | D:3      | 9990 ||| Stepping ~*~*~tactically~*~*~ (outnumbered).
  9992 | D:3      | 9992 ||| Stepping ~*~*~tactically~*~*~ (outnumbered).
  9994 | D:3      | 9994 ||| Stepping ~*~*~tactically~*~*~ (outnumbered).
  9996 | D:3      | 9996 ||| Stepping ~*~*~tactically~*~*~ (outnumbered).
  9998 | D:3      | 9998 ||| Stepping ~*~*~tactically~*~*~ (outnumbered).
 10000 | D:3      | 10000 ||| Stepping ~*~*~tactically~*~*~ (outnumbered).
 10002 | D:3      | 10002 ||| Stepping ~*~*~tactically~*~*~ (outnumbered).
 10004 | D:3      | 10004 ||| Stepping ~*~*~tactically~*~*~ (outnumbered).
 10006 | D:3      | 10006 ||| Stepping ~*~*~tactically~*~*~ (outnumbered).
 10008 | D:3      | 10008 ||| Stepping ~*~*~tactically~*~*~ (outnumbered).
 10010 | D:3      | 10010 ||| Stepping ~*~*~tactically~*~*~ (outnumbered).
 10012 | D:3      | 10012 ||| Stepping ~*~*~tactically~*~*~ (outnumbered).
 10014 | D:3      | 10014 ||| Stepping ~*~*~tactically~*~*~ (outnumbered).
 10016 | D:3      | 10016 ||| Stepping ~*~*~tactically~*~*~ (outnumbered).
 10018 | D:3      | 10018 ||| Stepping ~*~*~tactically~*~*~ (outnumbered).
 10020 | D:3      | 10020 ||| Stepping ~*~*~tactically~*~*~ (outnumbered).
 10022 | D:3      | 10022 ||| Stepping ~*~*~tactically~*~*~ (outnumbered).
 10024 | D:3      | 10024 ||| Stepping ~*~*~tactically~*~*~ (outnumbered).
 10026 | D:3      | 10026 ||| Stepping ~*~*~tactically~*~*~ (outnumbered).
 10028 | D:3      | 10028 ||| Stepping ~*~*~tactically~*~*~ (outnumbered).
 10030 | D:3      | 10030 ||| Stepping ~*~*~tactically~*~*~ (outnumbered).
 10032 | D:3      | 10032 ||| Stepping ~*~*~tactically~*~*~ (outnumbered).
 10034 | D:3      | 10034 ||| Stepping ~*~*~tactically~*~*~ (outnumbered).
 10036 | D:3      | 10036 ||| Stepping ~*~*~tactically~*~*~ (outnumbered).
 10038 | D:3      | 10038 ||| Stepping ~*~*~tactically~*~*~ (outnumbered).
 10040 | D:3      | 10040 ||| Stepping ~*~*~tactically~*~*~ (outnumbered).
 10042 | D:3      | 10042 ||| Stepping ~*~*~tactically~*~*~ (outnumbered).
 10044 | D:3      | 10044 ||| Stepping ~*~*~tactically~*~*~ (outnumbered).
 10046 | D:3      | 10046 ||| Stepping ~*~*~tactically~*~*~ (outnumbered).
 10048 | D:3      | 10048 ||| Stepping ~*~*~tactically~*~*~ (outnumbered).
 10050 | D:3      | 10050 ||| Stepping ~*~*~tactically~*~*~ (outnumbered).
 10052 | D:3      | 10052 ||| Stepping ~*~*~tactically~*~*~ (outnumbered).
 10054 | D:3      | 10054 ||| Stepping ~*~*~tactically~*~*~ (outnumbered).
 10056 | D:3      | 10056 ||| Stepping ~*~*~tactically~*~*~ (outnumbered).
 10058 | D:3      | 10058 ||| Stepping ~*~*~tactically~*~*~ (outnumbered).
 10060 | D:3      | 10060 ||| Stepping ~*~*~tactically~*~*~ (outnumbered).
 10062 | D:3      | 10062 ||| Stepping ~*~*~tactically~*~*~ (outnumbered).
 10064 | D:3      | 10064 ||| Stepping ~*~*~tactically~*~*~ (outnumbered).
 10066 | D:3      | 10066 ||| Stepping ~*~*~tactically~*~*~ (outnumbered).
 10068 | D:3      | 10068 ||| Stepping ~*~*~tactically~*~*~ (outnumbered).
 10070 | D:3      | 10070 ||| Stepping ~*~*~tactically~*~*~ (outnumbered).
 10072 | D:3      | 10072 ||| Stepping ~*~*~tactically~*~*~ (outnumbered).
 10074 | D:3      | 10074 ||| Stepping ~*~*~tactically~*~*~ (outnumbered).
 10076 | D:3      | 10076 ||| Stepping ~*~*~tactically~*~*~ (outnumbered).
 10078 | D:3      | 10078 ||| Stepping ~*~*~tactically~*~*~ (outnumbered).
 10080 | D:3      | 10080 ||| Stepping ~*~*~tactically~*~*~ (outnumbered).
 10082 | D:3      | 10082 ||| Stepping ~*~*~tactically~*~*~ (outnumbered).
 10084 | D:3      | 10084 ||| Stepping ~*~*~tactically~*~*~ (outnumbered).
 10086 | D:3      | 10086 ||| Stepping ~*~*~tactically~*~*~ (outnumbered).
 10088 | D:3      | 10088 ||| Stepping ~*~*~tactically~*~*~ (outnumbered).
 10090 | D:3      | 10090 ||| Stepping ~*~*~tactically~*~*~ (outnumbered).
 10092 | D:3      | 10092 ||| Stepping ~*~*~tactically~*~*~ (outnumbered).
 10094 | D:3      | 10094 ||| Stepping ~*~*~tactically~*~*~ (outnumbered).
 10096 | D:3      | 10096 ||| Stepping ~*~*~tactically~*~*~ (outnumbered).
 10098 | D:3      | 10098 ||| Stepping ~*~*~tactically~*~*~ (outnumbered).
 10100 | D:3      | 10100 ||| Stepping ~*~*~tactically~*~*~ (outnumbered).
 10102 | D:3      | 10102 ||| Stepping ~*~*~tactically~*~*~ (outnumbered).
 10104 | D:3      | 10104 ||| Stepping ~*~*~tactically~*~*~ (outnumbered).
 10106 | D:3      | 10106 ||| Stepping ~*~*~tactically~*~*~ (outnumbered).
 10108 | D:3      | 10108 ||| Stepping ~*~*~tactically~*~*~ (outnumbered).
 10110 | D:3      | 10110 ||| Stepping ~*~*~tactically~*~*~ (outnumbered).
 10112 | D:3      | 10112 ||| Stepping ~*~*~tactically~*~*~ (outnumbered).
 10114 | D:3      | 10114 ||| Stepping ~*~*~tactically~*~*~ (outnumbered).
 10116 | D:3      | 10116 ||| Stepping ~*~*~tactically~*~*~ (outnumbered).
 10118 | D:3      | 10118 ||| Stepping ~*~*~tactically~*~*~ (outnumbered).
 10120 | D:3      | 10120 ||| Stepping ~*~*~tactically~*~*~ (outnumbered).
 10122 | D:3      | 10122 ||| Stepping ~*~*~tactically~*~*~ (outnumbered).
 10124 | D:3      | 10124 ||| Stepping ~*~*~tactically~*~*~ (outnumbered).
 10126 | D:3      | 10126 ||| Stepping ~*~*~tactically~*~*~ (outnumbered).
 10128 | D:3      | 10128 ||| Stepping ~*~*~tactically~*~*~ (outnumbered).
 10130 | D:3      | 10130 ||| Stepping ~*~*~tactically~*~*~ (outnumbered).
 10132 | D:3      | 10132 ||| Stepping ~*~*~tactically~*~*~ (outnumbered).
 10134 | D:3      | 10134 ||| Stepping ~*~*~tactically~*~*~ (outnumbered).
 10136 | D:3      | 10136 ||| Stepping ~*~*~tactically~*~*~ (outnumbered).
 10138 | D:3      | 10138 ||| Stepping ~*~*~tactically~*~*~ (outnumbered).
 10140 | D:3      | 10140 ||| Stepping ~*~*~tactically~*~*~ (outnumbered).
 10142 | D:3      | 10142 ||| Stepping ~*~*~tactically~*~*~ (outnumbered).
 10144 | D:3      | 10144 ||| Stepping ~*~*~tactically~*~*~ (outnumbered).
 10146 | D:3      | 10146 ||| Stepping ~*~*~tactically~*~*~ (outnumbered).
 10148 | D:3      | 10148 ||| Stepping ~*~*~tactically~*~*~ (outnumbered).
 10150 | D:3      | 10150 ||| Stepping ~*~*~tactically~*~*~ (outnumbered).
 10152 | D:3      | 10152 ||| Stepping ~*~*~tactically~*~*~ (outnumbered).
 10154 | D:3      | 10154 ||| Stepping ~*~*~tactically~*~*~ (outnumbered).
 10156 | D:3      | 10156 ||| Stepping ~*~*~tactically~*~*~ (outnumbered).
 10158 | D:3      | 10158 ||| Stepping ~*~*~tactically~*~*~ (outnumbered).
 10160 | D:3      | 10160 ||| Stepping ~*~*~tactically~*~*~ (outnumbered).
 10162 | D:3      | 10162 ||| Stepping ~*~*~tactically~*~*~ (outnumbered).
 10164 | D:3      | 10164 ||| Stepping ~*~*~tactically~*~*~ (outnumbered).
 10166 | D:3      | 10166 ||| Stepping ~*~*~tactically~*~*~ (outnumbered).
 10168 | D:3      | 10168 ||| Stepping ~*~*~tactically~*~*~ (outnumbered).
 10170 | D:3      | 10170 ||| Stepping ~*~*~tactically~*~*~ (outnumbered).
 10172 | D:3      | 10172 ||| Stepping ~*~*~tactically~*~*~ (outnumbered).
 10174 | D:3      | 10174 ||| Stepping ~*~*~tactically~*~*~ (outnumbered).
 10176 | D:3      | 10176 ||| Stepping ~*~*~tactically~*~*~ (outnumbered).
 10178 | D:3      | 10178 ||| Stepping ~*~*~tactically~*~*~ (outnumbered).
 10180 | D:3      | 10180 ||| Stepping ~*~*~tactically~*~*~ (outnumbered).
 10182 | D:3      | 10182 ||| Stepping ~*~*~tactically~*~*~ (outnumbered).
 10184 | D:3      | 10184 ||| Stepping ~*~*~tactically~*~*~ (outnumbered).
 10186 | D:3      | 10186 ||| Stepping ~*~*~tactically~*~*~ (outnumbered).
 10188 | D:3      | 10188 ||| Stepping ~*~*~tactically~*~*~ (outnumbered).
 10190 | D:3      | 10190 ||| Stepping ~*~*~tactically~*~*~ (outnumbered).
 10192 | D:3      | 10192 ||| Stepping ~*~*~tactically~*~*~ (outnumbered).
 10194 | D:3      | 10194 ||| Stepping ~*~*~tactically~*~*~ (outnumbered).
 10196 | D:3      | 10196 ||| Stepping ~*~*~tactically~*~*~ (outnumbered).
 10198 | D:3      | 10198 ||| Stepping ~*~*~tactically~*~*~ (outnumbered).
 10200 | D:3      | 10200 ||| Stepping ~*~*~tactically~*~*~ (outnumbered).
 10202 | D:3      | 10202 ||| Stepping ~*~*~tactically~*~*~ (outnumbered).
 10204 | D:3      | 10204 ||| Stepping ~*~*~tactically~*~*~ (outnumbered).
 10206 | D:3      | 10206 ||| Stepping ~*~*~tactically~*~*~ (outnumbered).
 10208 | D:3      | 10208 ||| Stepping ~*~*~tactically~*~*~ (outnumbered).
 10210 | D:3      | 10210 ||| Stepping ~*~*~tactically~*~*~ (outnumbered).
 10212 | D:3      | 10212 ||| Stepping ~*~*~tactically~*~*~ (outnumbered).
 10214 | D:3      | 10214 ||| Stepping ~*~*~tactically~*~*~ (outnumbered).
 10216 | D:3      | 10216 ||| Stepping ~*~*~tactically~*~*~ (outnumbered).
 10218 | D:3      | 10218 ||| Stepping ~*~*~tactically~*~*~ (outnumbered).
 10220 | D:3      | 10220 ||| Stepping ~*~*~tactically~*~*~ (outnumbered).
 10222 | D:3      | 10222 ||| Stepping ~*~*~tactically~*~*~ (outnumbered).
 10224 | D:3      | 10224 ||| Stepping ~*~*~tactically~*~*~ (outnumbered).
 10226 | D:3      | 10226 ||| Stepping ~*~*~tactically~*~*~ (outnumbered).
 10228 | D:3      | 10228 ||| Stepping ~*~*~tactically~*~*~ (outnumbered).
 10230 | D:3      | 10230 ||| Stepping ~*~*~tactically~*~*~ (outnumbered).
 10232 | D:3      | 10232 ||| Stepping ~*~*~tactically~*~*~ (outnumbered).
 10234 | D:3      | 10234 ||| Stepping ~*~*~tactically~*~*~ (outnumbered).
 10236 | D:3      | 10236 ||| Stepping ~*~*~tactically~*~*~ (outnumbered).
 10238 | D:3      | 10238 ||| Stepping ~*~*~tactically~*~*~ (outnumbered).
 10240 | D:3      | 10240 ||| Stepping ~*~*~tactically~*~*~ (outnumbered).
 10242 | D:3      | 10242 ||| Stepping ~*~*~tactically~*~*~ (outnumbered).
 10244 | D:3      | 10244 ||| Stepping ~*~*~tactically~*~*~ (outnumbered).
 10246 | D:3      | 10246 ||| Stepping ~*~*~tactically~*~*~ (outnumbered).
 10248 | D:3      | 10248 ||| Stepping ~*~*~tactically~*~*~ (outnumbered).
 10250 | D:3      | 10250 ||| Stepping ~*~*~tactically~*~*~ (outnumbered).
 10252 | D:3      | 10252 ||| Stepping ~*~*~tactically~*~*~ (outnumbered).
 10254 | D:3      | 10254 ||| Stepping ~*~*~tactically~*~*~ (outnumbered).
 10256 | D:3      | 10256 ||| Stepping ~*~*~tactically~*~*~ (outnumbered).
 10258 | D:3      | 10258 ||| Stepping ~*~*~tactically~*~*~ (outnumbered).
 10260 | D:3      | 10260 ||| Stepping ~*~*~tactically~*~*~ (outnumbered).
 10262 | D:3      | 10262 ||| Stepping ~*~*~tactically~*~*~ (outnumbered).
 10264 | D:3      | 10264 ||| Stepping ~*~*~tactically~*~*~ (outnumbered).
 10266 | D:3      | 10266 ||| Stepping ~*~*~tactically~*~*~ (outnumbered).
 10268 | D:3      | 10268 ||| Stepping ~*~*~tactically~*~*~ (outnumbered).
 10270 | D:3      | 10270 ||| Stepping ~*~*~tactically~*~*~ (outnumbered).
 10272 | D:3      | 10272 ||| Stepping ~*~*~tactically~*~*~ (outnumbered).
 10274 | D:3      | 10274 ||| Stepping ~*~*~tactically~*~*~ (outnumbered).
 10276 | D:3      | 10276 ||| Stepping ~*~*~tactically~*~*~ (outnumbered).
 10278 | D:3      | 10278 ||| Stepping ~*~*~tactically~*~*~ (outnumbered).
 10280 | D:3      | 10280 ||| Stepping ~*~*~tactically~*~*~ (outnumbered).
 10282 | D:3      | 10282 ||| Stepping ~*~*~tactically~*~*~ (outnumbered).
 10284 | D:3      | 10284 ||| Stepping ~*~*~tactically~*~*~ (outnumbered).
 10286 | D:3      | 10286 ||| Stepping ~*~*~tactically~*~*~ (outnumbered).
 10288 | D:3      | 10288 ||| Stepping ~*~*~tactically~*~*~ (outnumbered).
 10290 | D:3      | 10290 ||| Stepping ~*~*~tactically~*~*~ (outnumbered).
 10292 | D:3      | 10292 ||| Stepping ~*~*~tactically~*~*~ (outnumbered).
 10294 | D:3      | 10294 ||| Stepping ~*~*~tactically~*~*~ (outnumbered).
 10296 | D:3      | 10296 ||| Stepping ~*~*~tactically~*~*~ (outnumbered).
 10298 | D:3      | 10298 ||| Stepping ~*~*~tactically~*~*~ (outnumbered).
 10300 | D:3      | 10300 ||| Stepping ~*~*~tactically~*~*~ (outnumbered).
 10302 | D:3      | 10302 ||| Stepping ~*~*~tactically~*~*~ (outnumbered).
 10304 | D:3      | 10304 ||| Stepping ~*~*~tactically~*~*~ (outnumbered).
 10306 | D:3      | 10306 ||| Stepping ~*~*~tactically~*~*~ (outnumbered).
 10308 | D:3      | 10308 ||| Stepping ~*~*~tactically~*~*~ (outnumbered).
 10310 | D:3      | 10310 ||| Stepping ~*~*~tactically~*~*~ (outnumbered).
 10312 | D:3      | 10312 ||| Stepping ~*~*~tactically~*~*~ (outnumbered).
 10314 | D:3      | 10314 ||| Stepping ~*~*~tactically~*~*~ (outnumbered).
 10316 | D:3      | 10316 ||| Stepping ~*~*~tactically~*~*~ (outnumbered).
 10318 | D:3      | 10318 ||| Stepping ~*~*~tactically~*~*~ (outnumbered).
 10320 | D:3      | 10320 ||| Stepping ~*~*~tactically~*~*~ (outnumbered).
 10322 | D:3      | 10322 ||| Stepping ~*~*~tactically~*~*~ (outnumbered).
 10324 | D:3      | 10324 ||| Stepping ~*~*~tactically~*~*~ (outnumbered).
 10326 | D:3      | 10326 ||| Stepping ~*~*~tactically~*~*~ (outnumbered).
 10328 | D:3      | 10328 ||| Stepping ~*~*~tactically~*~*~ (outnumbered).
 10330 | D:3      | 10330 ||| Stepping ~*~*~tactically~*~*~ (outnumbered).
 10332 | D:3      | 10332 ||| Stepping ~*~*~tactically~*~*~ (outnumbered).
 10334 | D:3      | 10334 ||| Stepping ~*~*~tactically~*~*~ (outnumbered).
 10336 | D:3      | 10336 ||| Stepping ~*~*~tactically~*~*~ (outnumbered).
 10338 | D:3      | 10338 ||| Stepping ~*~*~tactically~*~*~ (outnumbered).
 10340 | D:3      | 10340 ||| Stepping ~*~*~tactically~*~*~ (outnumbered).
 10342 | D:3      | 10342 ||| Stepping ~*~*~tactically~*~*~ (outnumbered).
 10344 | D:3      | 10344 ||| Stepping ~*~*~tactically~*~*~ (outnumbered).
 10346 | D:3      | 10346 ||| Stepping ~*~*~tactically~*~*~ (outnumbered).
 10348 | D:3      | 10348 ||| Stepping ~*~*~tactically~*~*~ (outnumbered).
 10350 | D:3      | 10350 ||| Stepping ~*~*~tactically~*~*~ (outnumbered).
 10352 | D:3      | 10352 ||| Stepping ~*~*~tactically~*~*~ (outnumbered).
 10354 | D:3      | 10354 ||| Stepping ~*~*~tactically~*~*~ (outnumbered).
 10356 | D:3      | 10356 ||| Stepping ~*~*~tactically~*~*~ (outnumbered).
 10358 | D:3      | 10358 ||| Stepping ~*~*~tactically~*~*~ (outnumbered).
 10360 | D:3      | 10360 ||| Stepping ~*~*~tactically~*~*~ (outnumbered).
 10362 | D:3      | 10362 ||| Stepping ~*~*~tactically~*~*~ (outnumbered).
 10364 | D:3      | 10364 ||| Stepping ~*~*~tactically~*~*~ (outnumbered).
 10366 | D:3      | 10366 ||| Stepping ~*~*~tactically~*~*~ (outnumbered).
 10368 | D:3      | 10368 ||| Stepping ~*~*~tactically~*~*~ (outnumbered).
 10370 | D:3      | 10370 ||| Stepping ~*~*~tactically~*~*~ (outnumbered).
 10372 | D:3      | 10372 ||| Stepping ~*~*~tactically~*~*~ (outnumbered).
 10374 | D:3      | 10374 ||| Stepping ~*~*~tactically~*~*~ (outnumbered).
 10376 | D:3      | 10376 ||| Stepping ~*~*~tactically~*~*~ (outnumbered).
 10378 | D:3      | 10378 ||| Stepping ~*~*~tactically~*~*~ (outnumbered).
 10380 | D:3      | 10380 ||| Stepping ~*~*~tactically~*~*~ (outnumbered).
 10382 | D:3      | 10382 ||| Stepping ~*~*~tactically~*~*~ (outnumbered).
 10384 | D:3      | 10384 ||| Stepping ~*~*~tactically~*~*~ (outnumbered).
 10386 | D:3      | 10386 ||| Stepping ~*~*~tactically~*~*~ (outnumbered).
 10388 | D:3      | 10388 ||| Stepping ~*~*~tactically~*~*~ (outnumbered).
 10390 | D:3      | 10390 ||| Stepping ~*~*~tactically~*~*~ (outnumbered).
 10392 | D:3      | 10392 ||| Stepping ~*~*~tactically~*~*~ (outnumbered).
 10394 | D:3      | 10394 ||| Stepping ~*~*~tactically~*~*~ (outnumbered).
 10396 | D:3      | 10396 ||| Stepping ~*~*~tactically~*~*~ (outnumbered).
 10398 | D:3      | 10398 ||| Stepping ~*~*~tactically~*~*~ (outnumbered).
 10400 | D:3      | 10400 ||| Stepping ~*~*~tactically~*~*~ (outnumbered).
 10402 | D:3      | 10402 ||| Stepping ~*~*~tactically~*~*~ (outnumbered).
 10404 | D:3      | 10404 ||| Stepping ~*~*~tactically~*~*~ (outnumbered).
 10406 | D:3      | 10406 ||| Stepping ~*~*~tactically~*~*~ (outnumbered).
 10408 | D:3      | 10408 ||| Stepping ~*~*~tactically~*~*~ (outnumbered).
 10410 | D:3      | 10410 ||| Stepping ~*~*~tactically~*~*~ (outnumbered).
 10412 | D:3      | 10412 ||| Stepping ~*~*~tactically~*~*~ (outnumbered).
 10414 | D:3      | 10414 ||| Stepping ~*~*~tactically~*~*~ (outnumbered).
 10416 | D:3      | 10416 ||| Stepping ~*~*~tactically~*~*~ (outnumbered).
 10418 | D:3      | 10418 ||| Stepping ~*~*~tactically~*~*~ (outnumbered).
 10420 | D:3      | 10420 ||| Stepping ~*~*~tactically~*~*~ (outnumbered).
 10422 | D:3      | 10422 ||| Stepping ~*~*~tactically~*~*~ (outnumbered).
 10424 | D:3      | 10424 ||| Stepping ~*~*~tactically~*~*~ (outnumbered).
 10426 | D:3      | 10426 ||| Stepping ~*~*~tactically~*~*~ (outnumbered).
 10428 | D:3      | 10428 ||| Stepping ~*~*~tactically~*~*~ (outnumbered).
 10430 | D:3      | 10430 ||| Stepping ~*~*~tactically~*~*~ (outnumbered).
 10432 | D:3      | 10432 ||| Stepping ~*~*~tactically~*~*~ (outnumbered).
 10434 | D:3      | 10434 ||| Stepping ~*~*~tactically~*~*~ (outnumbered).
 10436 | D:3      | 10436 ||| Stepping ~*~*~tactically~*~*~ (outnumbered).
 10438 | D:3      | 10438 ||| Stepping ~*~*~tactically~*~*~ (outnumbered).
 10440 | D:3      | 10440 ||| Stepping ~*~*~tactically~*~*~ (outnumbered).
 10442 | D:3      | 10442 ||| Stepping ~*~*~tactically~*~*~ (outnumbered).
 10444 | D:3      | 10444 ||| Stepping ~*~*~tactically~*~*~ (outnumbered).
 10446 | D:3      | 10446 ||| Stepping ~*~*~tactically~*~*~ (outnumbered).
 10448 | D:3      | 10448 ||| Stepping ~*~*~tactically~*~*~ (outnumbered).
 10450 | D:3      | 10450 ||| Stepping ~*~*~tactically~*~*~ (outnumbered).
 10452 | D:3      | 10452 ||| Stepping ~*~*~tactically~*~*~ (outnumbered).
 10454 | D:3      | 10454 ||| Stepping ~*~*~tactically~*~*~ (outnumbered).
 10456 | D:3      | 10456 ||| Stepping ~*~*~tactically~*~*~ (outnumbered).
 10458 | D:3      | 10458 ||| Stepping ~*~*~tactically~*~*~ (outnumbered).
 10460 | D:3      | 10460 ||| Stepping ~*~*~tactically~*~*~ (outnumbered).
 10462 | D:3      | 10462 ||| Stepping ~*~*~tactically~*~*~ (outnumbered).
 10464 | D:3      | 10464 ||| Stepping ~*~*~tactically~*~*~ (outnumbered).
 10466 | D:3      | 10466 ||| Stepping ~*~*~tactically~*~*~ (outnumbered).
 10468 | D:3      | 10468 ||| Stepping ~*~*~tactically~*~*~ (outnumbered).
 10470 | D:3      | 10470 ||| Stepping ~*~*~tactically~*~*~ (outnumbered).
 10472 | D:3      | 10472 ||| Stepping ~*~*~tactically~*~*~ (outnumbered).
 10474 | D:3      | 10474 ||| Stepping ~*~*~tactically~*~*~ (outnumbered).
 10476 | D:3      | 10476 ||| Stepping ~*~*~tactically~*~*~ (outnumbered).
 10478 | D:3      | 10478 ||| Stepping ~*~*~tactically~*~*~ (outnumbered).
 10480 | D:3      | 10480 ||| Stepping ~*~*~tactically~*~*~ (outnumbered).
 10482 | D:3      | 10482 ||| Stepping ~*~*~tactically~*~*~ (outnumbered).
 10484 | D:3      | 10484 ||| Stepping ~*~*~tactically~*~*~ (outnumbered).
 10486 | D:3      | 10486 ||| Stepping ~*~*~tactically~*~*~ (outnumbered).
 10488 | D:3      | 10488 ||| Stepping ~*~*~tactically~*~*~ (outnumbered).
 10490 | D:3      | 10490 ||| Stepping ~*~*~tactically~*~*~ (outnumbered).
 10492 | D:3      | 10492 ||| Stepping ~*~*~tactically~*~*~ (outnumbered).
 10494 | D:3      | 10494 ||| Stepping ~*~*~tactically~*~*~ (outnumbered).
 10496 | D:3      | 10496 ||| Stepping ~*~*~tactically~*~*~ (outnumbered).
 10498 | D:3      | 10498 ||| Stepping ~*~*~tactically~*~*~ (outnumbered).
 10500 | D:3      | 10500 ||| Stepping ~*~*~tactically~*~*~ (outnumbered).
 10502 | D:3      | 10502 ||| Stepping ~*~*~tactically~*~*~ (outnumbered).
 10504 | D:3      | 10504 ||| Stepping ~*~*~tactically~*~*~ (outnumbered).
 10506 | D:3      | 10506 ||| Stepping ~*~*~tactically~*~*~ (outnumbered).
 10508 | D:3      | 10508 ||| Stepping ~*~*~tactically~*~*~ (outnumbered).
 10510 | D:3      | 10510 ||| Stepping ~*~*~tactically~*~*~ (outnumbered).
 10512 | D:3      | 10512 ||| Stepping ~*~*~tactically~*~*~ (outnumbered).
 10514 | D:3      | 10514 ||| Stepping ~*~*~tactically~*~*~ (outnumbered).
 10516 | D:3      | 10516 ||| Stepping ~*~*~tactically~*~*~ (outnumbered).
 10518 | D:3      | 10518 ||| Stepping ~*~*~tactically~*~*~ (outnumbered).
 10520 | D:3      | 10520 ||| Stepping ~*~*~tactically~*~*~ (outnumbered).
 10522 | D:3      | 10522 ||| Stepping ~*~*~tactically~*~*~ (outnumbered).
 10524 | D:3      | 10524 ||| Stepping ~*~*~tactically~*~*~ (outnumbered).
 10526 | D:3      | 10526 ||| Stepping ~*~*~tactically~*~*~ (outnumbered).
 10528 | D:3      | 10528 ||| Stepping ~*~*~tactically~*~*~ (outnumbered).
 10530 | D:3      | 10530 ||| Stepping ~*~*~tactically~*~*~ (outnumbered).
 10532 | D:3      | 10532 ||| Stepping ~*~*~tactically~*~*~ (outnumbered).
 10534 | D:3      | 10534 ||| Stepping ~*~*~tactically~*~*~ (outnumbered).
 10536 | D:3      | 10536 ||| Stepping ~*~*~tactically~*~*~ (outnumbered).
 10538 | D:3      | 10538 ||| Stepping ~*~*~tactically~*~*~ (outnumbered).
 10540 | D:3      | 10540 ||| Stepping ~*~*~tactically~*~*~ (outnumbered).
 10542 | D:3      | 10542 ||| Stepping ~*~*~tactically~*~*~ (outnumbered).
 10544 | D:3      | 10544 ||| Stepping ~*~*~tactically~*~*~ (outnumbered).
 10546 | D:3      | 10546 ||| Stepping ~*~*~tactically~*~*~ (outnumbered).
 10548 | D:3      | 10548 ||| Stepping ~*~*~tactically~*~*~ (outnumbered).
 10550 | D:3      | 10550 ||| Stepping ~*~*~tactically~*~*~ (outnumbered).
 10552 | D:3      | 10552 ||| Stepping ~*~*~tactically~*~*~ (outnumbered).
 10554 | D:3      | 10554 ||| Stepping ~*~*~tactically~*~*~ (outnumbered).
 10556 | D:3      | 10556 ||| Stepping ~*~*~tactically~*~*~ (outnumbered).
 10558 | D:3      | 10558 ||| Stepping ~*~*~tactically~*~*~ (outnumbered).
 10560 | D:3      | 10560 ||| Stepping ~*~*~tactically~*~*~ (outnumbered).
 10562 | D:3      | 10562 ||| Stepping ~*~*~tactically~*~*~ (outnumbered).
 10564 | D:3      | 10564 ||| Stepping ~*~*~tactically~*~*~ (outnumbered).
 10566 | D:3      | 10566 ||| Stepping ~*~*~tactically~*~*~ (outnumbered).
 10568 | D:3      | 10568 ||| Stepping ~*~*~tactically~*~*~ (outnumbered).
 10570 | D:3      | 10570 ||| Stepping ~*~*~tactically~*~*~ (outnumbered).
 10572 | D:3      | 10572 ||| Stepping ~*~*~tactically~*~*~ (outnumbered).
 10574 | D:3      | 10574 ||| Stepping ~*~*~tactically~*~*~ (outnumbered).
 10576 | D:3      | 10576 ||| Stepping ~*~*~tactically~*~*~ (outnumbered).
 10578 | D:3      | 10578 ||| Stepping ~*~*~tactically~*~*~ (outnumbered).
 10580 | D:3      | 10580 ||| Stepping ~*~*~tactically~*~*~ (outnumbered).
 10582 | D:3      | 10582 ||| Stepping ~*~*~tactically~*~*~ (outnumbered).
 10584 | D:3      | 10584 ||| Stepping ~*~*~tactically~*~*~ (outnumbered).
 10586 | D:3      | 10586 ||| Stepping ~*~*~tactically~*~*~ (outnumbered).
 10588 | D:3      | 10588 ||| Stepping ~*~*~tactically~*~*~ (outnumbered).
 10590 | D:3      | 10590 ||| Stepping ~*~*~tactically~*~*~ (outnumbered).
 10592 | D:3      | 10592 ||| Stepping ~*~*~tactically~*~*~ (outnumbered).
 10594 | D:3      | 10594 ||| Stepping ~*~*~tactically~*~*~ (outnumbered).
 10596 | D:3      | 10596 ||| Stepping ~*~*~tactically~*~*~ (outnumbered).
 10598 | D:3      | 10598 ||| Stepping ~*~*~tactically~*~*~ (outnumbered).
 10600 | D:3      | 10600 ||| Stepping ~*~*~tactically~*~*~ (outnumbered).
 10602 | D:3      | 10602 ||| Stepping ~*~*~tactically~*~*~ (outnumbered).
 10604 | D:3      | 10604 ||| Stepping ~*~*~tactically~*~*~ (outnumbered).
 10606 | D:3      | 10606 ||| Stepping ~*~*~tactically~*~*~ (outnumbered).
 10608 | D:3      | 10608 ||| Stepping ~*~*~tactically~*~*~ (outnumbered).
 10610 | D:3      | 10610 ||| Stepping ~*~*~tactically~*~*~ (outnumbered).
 10612 | D:3      | 10612 ||| Stepping ~*~*~tactically~*~*~ (outnumbered).
 10614 | D:3      | 10614 ||| Stepping ~*~*~tactically~*~*~ (outnumbered).
 10616 | D:3      | 10616 ||| Stepping ~*~*~tactically~*~*~ (outnumbered).
 10618 | D:3      | 10618 ||| Stepping ~*~*~tactically~*~*~ (outnumbered).
 10620 | D:3      | 10620 ||| Stepping ~*~*~tactically~*~*~ (outnumbered).
 10622 | D:3      | 10622 ||| Stepping ~*~*~tactically~*~*~ (outnumbered).
 10624 | D:3      | 10624 ||| Stepping ~*~*~tactically~*~*~ (outnumbered).
 10626 | D:3      | 10626 ||| Stepping ~*~*~tactically~*~*~ (outnumbered).
 10628 | D:3      | 10628 ||| Stepping ~*~*~tactically~*~*~ (outnumbered).
 10630 | D:3      | 10630 ||| Stepping ~*~*~tactically~*~*~ (outnumbered).
 10632 | D:3      | 10632 ||| Stepping ~*~*~tactically~*~*~ (outnumbered).
 10634 | D:3      | 10634 ||| Stepping ~*~*~tactically~*~*~ (outnumbered).
 10636 | D:3      | 10636 ||| Stepping ~*~*~tactically~*~*~ (outnumbered).
 10638 | D:3      | 10638 ||| Stepping ~*~*~tactically~*~*~ (outnumbered).
 10640 | D:3      | 10640 ||| Stepping ~*~*~tactically~*~*~ (outnumbered).
 10642 | D:3      | 10642 ||| Stepping ~*~*~tactically~*~*~ (outnumbered).
 10644 | D:3      | 10644 ||| Stepping ~*~*~tactically~*~*~ (outnumbered).
 10646 | D:3      | 10646 ||| Stepping ~*~*~tactically~*~*~ (outnumbered).
 10648 | D:3      | 10648 ||| Stepping ~*~*~tactically~*~*~ (outnumbered).
 10650 | D:3      | 10650 ||| Stepping ~*~*~tactically~*~*~ (outnumbered).
 10652 | D:3      | 10652 ||| Stepping ~*~*~tactically~*~*~ (outnumbered).
 10654 | D:3      | 10654 ||| Stepping ~*~*~tactically~*~*~ (outnumbered).
 10656 | D:3      | 10656 ||| Stepping ~*~*~tactically~*~*~ (outnumbered).
 10658 | D:3      | 10658 ||| Stepping ~*~*~tactically~*~*~ (outnumbered).
 10660 | D:3      | 10660 ||| Stepping ~*~*~tactically~*~*~ (outnumbered).
 10662 | D:3      | 10662 ||| Stepping ~*~*~tactically~*~*~ (outnumbered).
 10664 | D:3      | 10664 ||| Stepping ~*~*~tactically~*~*~ (outnumbered).
 10666 | D:3      | 10666 ||| Stepping ~*~*~tactically~*~*~ (outnumbered).
 10668 | D:3      | 10668 ||| Stepping ~*~*~tactically~*~*~ (outnumbered).
 10670 | D:3      | 10670 ||| Stepping ~*~*~tactically~*~*~ (outnumbered).
 10672 | D:3      | 10672 ||| Stepping ~*~*~tactically~*~*~ (outnumbered).
 10674 | D:3      | 10674 ||| Stepping ~*~*~tactically~*~*~ (outnumbered).
 10676 | D:3      | 10676 ||| Stepping ~*~*~tactically~*~*~ (outnumbered).
 10678 | D:3      | 10678 ||| Stepping ~*~*~tactically~*~*~ (outnumbered).
 10680 | D:3      | 10680 ||| Stepping ~*~*~tactically~*~*~ (outnumbered).
 10682 | D:3      | 10682 ||| Stepping ~*~*~tactically~*~*~ (outnumbered).
 10684 | D:3      | 10684 ||| Stepping ~*~*~tactically~*~*~ (outnumbered).
 10686 | D:3      | 10686 ||| Stepping ~*~*~tactically~*~*~ (outnumbered).
 10688 | D:3      | 10688 ||| Stepping ~*~*~tactically~*~*~ (outnumbered).
 10690 | D:3      | 10690 ||| Stepping ~*~*~tactically~*~*~ (outnumbered).
 10692 | D:3      | 10692 ||| Stepping ~*~*~tactically~*~*~ (outnumbered).
 10694 | D:3      | 10694 ||| Stepping ~*~*~tactically~*~*~ (outnumbered).
 10696 | D:3      | 10696 ||| Stepping ~*~*~tactically~*~*~ (outnumbered).
 10698 | D:3      | 10698 ||| Stepping ~*~*~tactically~*~*~ (outnumbered).
 10700 | D:3      | 10700 ||| Stepping ~*~*~tactically~*~*~ (outnumbered).
 10702 | D:3      | 10702 ||| Stepping ~*~*~tactically~*~*~ (outnumbered).
 10704 | D:3      | 10704 ||| Stepping ~*~*~tactically~*~*~ (outnumbered).
 10706 | D:3      | 10706 ||| Stepping ~*~*~tactically~*~*~ (outnumbered).
 10708 | D:3      | 10708 ||| Stepping ~*~*~tactically~*~*~ (outnumbered).
 10710 | D:3      | 10710 ||| Stepping ~*~*~tactically~*~*~ (outnumbered).
 10712 | D:3      | 10712 ||| Stepping ~*~*~tactically~*~*~ (outnumbered).
 10714 | D:3      | 10714 ||| Stepping ~*~*~tactically~*~*~ (outnumbered).
 10716 | D:3      | 10716 ||| Stepping ~*~*~tactically~*~*~ (outnumbered).
 10718 | D:3      | 10718 ||| Stepping ~*~*~tactically~*~*~ (outnumbered).
 10720 | D:3      | 10720 ||| Stepping ~*~*~tactically~*~*~ (outnumbered).
 10722 | D:3      | 10722 ||| Stepping ~*~*~tactically~*~*~ (outnumbered).
 10724 | D:3      | 10724 ||| Stepping ~*~*~tactically~*~*~ (outnumbered).
 10726 | D:3      | 10726 ||| Stepping ~*~*~tactically~*~*~ (outnumbered).
 10728 | D:3      | 10728 ||| Stepping ~*~*~tactically~*~*~ (outnumbered).
 10730 | D:3      | 10730 ||| Stepping ~*~*~tactically~*~*~ (outnumbered).
 10732 | D:3      | 10732 ||| Stepping ~*~*~tactically~*~*~ (outnumbered).
 10734 | D:3      | 10734 ||| Stepping ~*~*~tactically~*~*~ (outnumbered).
 10736 | D:3      | 10736 ||| Stepping ~*~*~tactically~*~*~ (outnumbered).
 10738 | D:3      | 10738 ||| Stepping ~*~*~tactically~*~*~ (outnumbered).
 10740 | D:3      | 10740 ||| Stepping ~*~*~tactically~*~*~ (outnumbered).
 10742 | D:3      | 10742 ||| Stepping ~*~*~tactically~*~*~ (outnumbered).
 10744 | D:3      | 10744 ||| Stepping ~*~*~tactically~*~*~ (outnumbered).
 10746 | D:3      | 10746 ||| Stepping ~*~*~tactically~*~*~ (outnumbered).
 10748 | D:3      | 10748 ||| Stepping ~*~*~tactically~*~*~ (outnumbered).
 10750 | D:3      | 10750 ||| Stepping ~*~*~tactically~*~*~ (outnumbered).
 10752 | D:3      | 10752 ||| Stepping ~*~*~tactically~*~*~ (outnumbered).
 10754 | D:3      | 10754 ||| Stepping ~*~*~tactically~*~*~ (outnumbered).
 10756 | D:3      | 10756 ||| Stepping ~*~*~tactically~*~*~ (outnumbered).
 10758 | D:3      | 10758 ||| Stepping ~*~*~tactically~*~*~ (outnumbered).
 10760 | D:3      | 10760 ||| Stepping ~*~*~tactically~*~*~ (outnumbered).
 10762 | D:3      | 10762 ||| Stepping ~*~*~tactically~*~*~ (outnumbered).
 10764 | D:3      | 10764 ||| Stepping ~*~*~tactically~*~*~ (outnumbered).
 10766 | D:3      | 10766 ||| Stepping ~*~*~tactically~*~*~ (outnumbered).
 10768 | D:3      | 10768 ||| Stepping ~*~*~tactically~*~*~ (outnumbered).
 10770 | D:3      | 10770 ||| Stepping ~*~*~tactically~*~*~ (outnumbered).
 10772 | D:3      | 10772 ||| Stepping ~*~*~tactically~*~*~ (outnumbered).
 10774 | D:3      | 10774 ||| Stepping ~*~*~tactically~*~*~ (outnumbered).
 10776 | D:3      | 10776 ||| Stepping ~*~*~tactically~*~*~ (outnumbered).
 10778 | D:3      | 10778 ||| Stepping ~*~*~tactically~*~*~ (outnumbered).
 10780 | D:3      | 10780 ||| Stepping ~*~*~tactically~*~*~ (outnumbered).
 10782 | D:3      | 10782 ||| Stepping ~*~*~tactically~*~*~ (outnumbered).
 10784 | D:3      | 10784 ||| Stepping ~*~*~tactically~*~*~ (outnumbered).
 10786 | D:3      | 10786 ||| Stepping ~*~*~tactically~*~*~ (outnumbered).
 10788 | D:3      | 10788 ||| Stepping ~*~*~tactically~*~*~ (outnumbered).
 10790 | D:3      | 10790 ||| Stepping ~*~*~tactically~*~*~ (outnumbered).
 10792 | D:3      | 10792 ||| Stepping ~*~*~tactically~*~*~ (outnumbered).
 10794 | D:3      | 10794 ||| Stepping ~*~*~tactically~*~*~ (outnumbered).
 10796 | D:3      | 10796 ||| Stepping ~*~*~tactically~*~*~ (outnumbered).
 10798 | D:3      | 10798 ||| Stepping ~*~*~tactically~*~*~ (outnumbered).
 10800 | D:3      | 10800 ||| Stepping ~*~*~tactically~*~*~ (outnumbered).
 10802 | D:3      | 10802 ||| Stepping ~*~*~tactically~*~*~ (outnumbered).
 10804 | D:3      | 10804 ||| Stepping ~*~*~tactically~*~*~ (outnumbered).
 10806 | D:3      | 10806 ||| Stepping ~*~*~tactically~*~*~ (outnumbered).
 10808 | D:3      | 10808 ||| Stepping ~*~*~tactically~*~*~ (outnumbered).
 10810 | D:3      | 10810 ||| Stepping ~*~*~tactically~*~*~ (outnumbered).
 10812 | D:3      | 10812 ||| Stepping ~*~*~tactically~*~*~ (outnumbered).
 10814 | D:3      | 10814 ||| Stepping ~*~*~tactically~*~*~ (outnumbered).
 10816 | D:3      | 10816 ||| Stepping ~*~*~tactically~*~*~ (outnumbered).
 10818 | D:3      | 10818 ||| Stepping ~*~*~tactically~*~*~ (outnumbered).
 10820 | D:3      | 10820 ||| Stepping ~*~*~tactically~*~*~ (outnumbered).
 10822 | D:3      | 10822 ||| Stepping ~*~*~tactically~*~*~ (outnumbered).
 10824 | D:3      | 10824 ||| Stepping ~*~*~tactically~*~*~ (outnumbered).
 10826 | D:3      | 10826 ||| Stepping ~*~*~tactically~*~*~ (outnumbered).
 10828 | D:3      | 10828 ||| Stepping ~*~*~tactically~*~*~ (outnumbered).
 10830 | D:3      | 10830 ||| Stepping ~*~*~tactically~*~*~ (outnumbered).
 10832 | D:3      | 10832 ||| Stepping ~*~*~tactically~*~*~ (outnumbered).
 10834 | D:3      | 10834 ||| Stepping ~*~*~tactically~*~*~ (outnumbered).
 10836 | D:3      | 10836 ||| Stepping ~*~*~tactically~*~*~ (outnumbered).
 10838 | D:3      | 10838 ||| Stepping ~*~*~tactically~*~*~ (outnumbered).
 10840 | D:3      | 10840 ||| Stepping ~*~*~tactically~*~*~ (outnumbered).
 10842 | D:3      | 10842 ||| Stepping ~*~*~tactically~*~*~ (outnumbered).
 10844 | D:3      | 10844 ||| Stepping ~*~*~tactically~*~*~ (outnumbered).
 10846 | D:3      | 10846 ||| Stepping ~*~*~tactically~*~*~ (outnumbered).
 10848 | D:3      | 10848 ||| Stepping ~*~*~tactically~*~*~ (outnumbered).
 10850 | D:3      | 10850 ||| Stepping ~*~*~tactically~*~*~ (outnumbered).
 10852 | D:3      | 10852 ||| Stepping ~*~*~tactically~*~*~ (outnumbered).
 10854 | D:3      | 10854 ||| Stepping ~*~*~tactically~*~*~ (outnumbered).
 10856 | D:3      | 10856 ||| Stepping ~*~*~tactically~*~*~ (outnumbered).
 10858 | D:3      | 10858 ||| Stepping ~*~*~tactically~*~*~ (outnumbered).
 10860 | D:3      | 10860 ||| Stepping ~*~*~tactically~*~*~ (outnumbered).
 10862 | D:3      | 10862 ||| Stepping ~*~*~tactically~*~*~ (outnumbered).
 10864 | D:3      | 10864 ||| Stepping ~*~*~tactically~*~*~ (outnumbered).
 10866 | D:3      | 10866 ||| Stepping ~*~*~tactically~*~*~ (outnumbered).
 10868 | D:3      | 10868 ||| Stepping ~*~*~tactically~*~*~ (outnumbered).
 10870 | D:3      | 10870 ||| Stepping ~*~*~tactically~*~*~ (outnumbered).
 10872 | D:3      | 10872 ||| Stepping ~*~*~tactically~*~*~ (outnumbered).
 10874 | D:3      | 10874 ||| Stepping ~*~*~tactically~*~*~ (outnumbered).
 10876 | D:3      | 10876 ||| Stepping ~*~*~tactically~*~*~ (outnumbered).
 10878 | D:3      | 10878 ||| Stepping ~*~*~tactically~*~*~ (outnumbered).
 10880 | D:3      | 10880 ||| Stepping ~*~*~tactically~*~*~ (outnumbered).
 10882 | D:3      | 10882 ||| Stepping ~*~*~tactically~*~*~ (outnumbered).
 10884 | D:3      | 10884 ||| Stepping ~*~*~tactically~*~*~ (outnumbered).
 10886 | D:3      | 10886 ||| Stepping ~*~*~tactically~*~*~ (outnumbered).
 10888 | D:3      | 10888 ||| Stepping ~*~*~tactically~*~*~ (outnumbered).
 10890 | D:3      | 10890 ||| Stepping ~*~*~tactically~*~*~ (outnumbered).
 10892 | D:3      | 10892 ||| Stepping ~*~*~tactically~*~*~ (outnumbered).
 10894 | D:3      | 10894 ||| Stepping ~*~*~tactically~*~*~ (outnumbered).
 10896 | D:3      | 10896 ||| Stepping ~*~*~tactically~*~*~ (outnumbered).
 10898 | D:3      | 10898 ||| Stepping ~*~*~tactically~*~*~ (outnumbered).
 10900 | D:3      | 10900 ||| Stepping ~*~*~tactically~*~*~ (outnumbered).
 10902 | D:3      | 10902 ||| Stepping ~*~*~tactically~*~*~ (outnumbered).
 10904 | D:3      | 10904 ||| Stepping ~*~*~tactically~*~*~ (outnumbered).
 10906 | D:3      | 10906 ||| Stepping ~*~*~tactically~*~*~ (outnumbered).
 10908 | D:3      | 10908 ||| Stepping ~*~*~tactically~*~*~ (outnumbered).
 10910 | D:3      | 10910 ||| Stepping ~*~*~tactically~*~*~ (outnumbered).
 10912 | D:3      | 10912 ||| Stepping ~*~*~tactically~*~*~ (outnumbered).
 10914 | D:3      | 10914 ||| Stepping ~*~*~tactically~*~*~ (outnumbered).
 10916 | D:3      | 10916 ||| Stepping ~*~*~tactically~*~*~ (outnumbered).
 10918 | D:3      | 10918 ||| Stepping ~*~*~tactically~*~*~ (outnumbered).
 10920 | D:3      | 10920 ||| Stepping ~*~*~tactically~*~*~ (outnumbered).
 10922 | D:3      | 10922 ||| Stepping ~*~*~tactically~*~*~ (outnumbered).
 10924 | D:3      | 10924 ||| Stepping ~*~*~tactically~*~*~ (outnumbered).
 10926 | D:3      | 10926 ||| Stepping ~*~*~tactically~*~*~ (outnumbered).
 10928 | D:3      | 10928 ||| Stepping ~*~*~tactically~*~*~ (outnumbered).
 10930 | D:3      | 10930 ||| Stepping ~*~*~tactically~*~*~ (outnumbered).
 10932 | D:3      | 10932 ||| Stepping ~*~*~tactically~*~*~ (outnumbered).
 10934 | D:3      | 10934 ||| Stepping ~*~*~tactically~*~*~ (outnumbered).
 10936 | D:3      | 10936 ||| Stepping ~*~*~tactically~*~*~ (outnumbered).
 10938 | D:3      | 10938 ||| Stepping ~*~*~tactically~*~*~ (outnumbered).
 10940 | D:3      | 10940 ||| Stepping ~*~*~tactically~*~*~ (outnumbered).
 10942 | D:3      | 10942 ||| Stepping ~*~*~tactically~*~*~ (outnumbered).
 10944 | D:3      | 10944 ||| Stepping ~*~*~tactically~*~*~ (outnumbered).
 10946 | D:3      | 10946 ||| Stepping ~*~*~tactically~*~*~ (outnumbered).
 10948 | D:3      | 10948 ||| Stepping ~*~*~tactically~*~*~ (outnumbered).
 10950 | D:3      | 10950 ||| Stepping ~*~*~tactically~*~*~ (outnumbered).
 10952 | D:3      | 10952 ||| Stepping ~*~*~tactically~*~*~ (outnumbered).
 10954 | D:3      | 10954 ||| Stepping ~*~*~tactically~*~*~ (outnumbered).
 10956 | D:3      | 10956 ||| Stepping ~*~*~tactically~*~*~ (outnumbered).
 10958 | D:3      | 10958 ||| Stepping ~*~*~tactically~*~*~ (outnumbered).
 10960 | D:3      | 10960 ||| Stepping ~*~*~tactically~*~*~ (outnumbered).
 10962 | D:3      | 10962 ||| Stepping ~*~*~tactically~*~*~ (outnumbered).
 10964 | D:3      | 10964 ||| Stepping ~*~*~tactically~*~*~ (outnumbered).
 10966 | D:3      | 10966 ||| Stepping ~*~*~tactically~*~*~ (outnumbered).
 10968 | D:3      | 10968 ||| Stepping ~*~*~tactically~*~*~ (outnumbered).
 10970 | D:3      | 10970 ||| Stepping ~*~*~tactically~*~*~ (outnumbered).
 10972 | D:3      | 10972 ||| Stepping ~*~*~tactically~*~*~ (outnumbered).
 10974 | D:3      | 10974 ||| Stepping ~*~*~tactically~*~*~ (outnumbered).
 10976 | D:3      | 10976 ||| Stepping ~*~*~tactically~*~*~ (outnumbered).
 10978 | D:3      | 10978 ||| Stepping ~*~*~tactically~*~*~ (outnumbered).
 10980 | D:3      | 10980 ||| Stepping ~*~*~tactically~*~*~ (outnumbered).
 10982 | D:3      | 10982 ||| Stepping ~*~*~tactically~*~*~ (outnumbered).
 10984 | D:3      | 10984 ||| Stepping ~*~*~tactically~*~*~ (outnumbered).
 10986 | D:3      | 10986 ||| Stepping ~*~*~tactically~*~*~ (outnumbered).
 10988 | D:3      | 10988 ||| Stepping ~*~*~tactically~*~*~ (outnumbered).
 10990 | D:3      | 10990 ||| Stepping ~*~*~tactically~*~*~ (outnumbered).
 10992 | D:3      | 10992 ||| Stepping ~*~*~tactically~*~*~ (outnumbered).
 10994 | D:3      | 10994 ||| Stepping ~*~*~tactically~*~*~ (outnumbered).
 10996 | D:3      | 10996 ||| Stepping ~*~*~tactically~*~*~ (outnumbered).
 10998 | D:3      | 10998 ||| Stepping ~*~*~tactically~*~*~ (outnumbered).
 11000 | D:3      | 11000 ||| Stepping ~*~*~tactically~*~*~ (outnumbered).
 11002 | D:3      | 11002 ||| Stepping ~*~*~tactically~*~*~ (outnumbered).
 11004 | D:3      | 11004 ||| Stepping ~*~*~tactically~*~*~ (outnumbered).
 11006 | D:3      | 11006 ||| Stepping ~*~*~tactically~*~*~ (outnumbered).
 11008 | D:3      | 11008 ||| Stepping ~*~*~tactically~*~*~ (outnumbered).
 11010 | D:3      | 11010 ||| Stepping ~*~*~tactically~*~*~ (outnumbered).
 11012 | D:3      | 11012 ||| Stepping ~*~*~tactically~*~*~ (outnumbered).
 11014 | D:3      | 11014 ||| Stepping ~*~*~tactically~*~*~ (outnumbered).
 11016 | D:3      | 11016 ||| Stepping ~*~*~tactically~*~*~ (outnumbered).
 11018 | D:3      | 11018 ||| Stepping ~*~*~tactically~*~*~ (outnumbered).
 11020 | D:3      | 11020 ||| Stepping ~*~*~tactically~*~*~ (outnumbered).
 11022 | D:3      | 11022 ||| Stepping ~*~*~tactically~*~*~ (outnumbered).
 11024 | D:3      | 11024 ||| Stepping ~*~*~tactically~*~*~ (outnumbered).
 11026 | D:3      | 11026 ||| Stepping ~*~*~tactically~*~*~ (outnumbered).
 11028 | D:3      | 11028 ||| Stepping ~*~*~tactically~*~*~ (outnumbered).
 11030 | D:3      | 11030 ||| Stepping ~*~*~tactically~*~*~ (outnumbered).
 11032 | D:3      | 11032 ||| Stepping ~*~*~tactically~*~*~ (outnumbered).
 11034 | D:3      | 11034 ||| Stepping ~*~*~tactically~*~*~ (outnumbered).
 11036 | D:3      | 11036 ||| Stepping ~*~*~tactically~*~*~ (outnumbered).
 11038 | D:3      | 11038 ||| Stepping ~*~*~tactically~*~*~ (outnumbered).
 11040 | D:3      | 11040 ||| Stepping ~*~*~tactically~*~*~ (outnumbered).
 11042 | D:3      | 11042 ||| Stepping ~*~*~tactically~*~*~ (outnumbered).
 11044 | D:3      | 11044 ||| Stepping ~*~*~tactically~*~*~ (outnumbered).
 11046 | D:3      | 11046 ||| Stepping ~*~*~tactically~*~*~ (outnumbered).
 11048 | D:3      | 11048 ||| Stepping ~*~*~tactically~*~*~ (outnumbered).
 11050 | D:3      | 11050 ||| Stepping ~*~*~tactically~*~*~ (outnumbered).
 11052 | D:3      | 11052 ||| Stepping ~*~*~tactically~*~*~ (outnumbered).
 11054 | D:3      | 11054 ||| Stepping ~*~*~tactically~*~*~ (outnumbered).
 11056 | D:3      | 11056 ||| Stepping ~*~*~tactically~*~*~ (outnumbered).
 11058 | D:3      | 11058 ||| Stepping ~*~*~tactically~*~*~ (outnumbered).
 11060 | D:3      | 11060 ||| Stepping ~*~*~tactically~*~*~ (outnumbered).
 11062 | D:3      | 11062 ||| Stepping ~*~*~tactically~*~*~ (outnumbered).
 11064 | D:3      | 11064 ||| Stepping ~*~*~tactically~*~*~ (outnumbered).
 11066 | D:3      | 11066 ||| Stepping ~*~*~tactically~*~*~ (outnumbered).
 11068 | D:3      | 11068 ||| Stepping ~*~*~tactically~*~*~ (outnumbered).
 11070 | D:3      | 11070 ||| Stepping ~*~*~tactically~*~*~ (outnumbered).
 11072 | D:3      | 11072 ||| Stepping ~*~*~tactically~*~*~ (outnumbered).
 11074 | D:3      | 11074 ||| Stepping ~*~*~tactically~*~*~ (outnumbered).
 11076 | D:3      | 11076 ||| Stepping ~*~*~tactically~*~*~ (outnumbered).
 11078 | D:3      | 11078 ||| Stepping ~*~*~tactically~*~*~ (outnumbered).
 11080 | D:3      | 11080 ||| Stepping ~*~*~tactically~*~*~ (outnumbered).
 11082 | D:3      | 11082 ||| Stepping ~*~*~tactically~*~*~ (outnumbered).
 11084 | D:3      | 11084 ||| Stepping ~*~*~tactically~*~*~ (outnumbered).
 11086 | D:3      | 11086 ||| Stepping ~*~*~tactically~*~*~ (outnumbered).
 11088 | D:3      | 11088 ||| Stepping ~*~*~tactically~*~*~ (outnumbered).
 11090 | D:3      | 11090 ||| Stepping ~*~*~tactically~*~*~ (outnumbered).
 11092 | D:3      | 11092 ||| Stepping ~*~*~tactically~*~*~ (outnumbered).
 11094 | D:3      | 11094 ||| Stepping ~*~*~tactically~*~*~ (outnumbered).
 11096 | D:3      | 11096 ||| Stepping ~*~*~tactically~*~*~ (outnumbered).
 11098 | D:3      | 11098 ||| Stepping ~*~*~tactically~*~*~ (outnumbered).
 11100 | D:3      | 11100 ||| Stepping ~*~*~tactically~*~*~ (outnumbered).
 11102 | D:3      | 11102 ||| Stepping ~*~*~tactically~*~*~ (outnumbered).
 11104 | D:3      | 11104 ||| Stepping ~*~*~tactically~*~*~ (outnumbered).
 11106 | D:3      | 11106 ||| Stepping ~*~*~tactically~*~*~ (outnumbered).
 11108 | D:3      | 11108 ||| Stepping ~*~*~tactically~*~*~ (outnumbered).
 11110 | D:3      | 11110 ||| Stepping ~*~*~tactically~*~*~ (outnumbered).
 11112 | D:3      | 11112 ||| Stepping ~*~*~tactically~*~*~ (outnumbered).
 11114 | D:3      | 11114 ||| Stepping ~*~*~tactically~*~*~ (outnumbered).
 11116 | D:3      | 11116 ||| Stepping ~*~*~tactically~*~*~ (outnumbered).
 11118 | D:3      | 11118 ||| Stepping ~*~*~tactically~*~*~ (outnumbered).
 11120 | D:3      | 11120 ||| Stepping ~*~*~tactically~*~*~ (outnumbered).
 11122 | D:3      | 11122 ||| Stepping ~*~*~tactically~*~*~ (outnumbered).
 11124 | D:3      | 11124 ||| Stepping ~*~*~tactically~*~*~ (outnumbered).
 11126 | D:3      | 11126 ||| Stepping ~*~*~tactically~*~*~ (outnumbered).
 11128 | D:3      | 11128 ||| Stepping ~*~*~tactically~*~*~ (outnumbered).
 11130 | D:3      | 11130 ||| Stepping ~*~*~tactically~*~*~ (outnumbered).
 11132 | D:3      | 11132 ||| Stepping ~*~*~tactically~*~*~ (outnumbered).
 11134 | D:3      | 11134 ||| Stepping ~*~*~tactically~*~*~ (outnumbered).
 11136 | D:3      | 11136 ||| Stepping ~*~*~tactically~*~*~ (outnumbered).
 11138 | D:3      | 11138 ||| Stepping ~*~*~tactically~*~*~ (outnumbered).
 11140 | D:3      | 11140 ||| Stepping ~*~*~tactically~*~*~ (outnumbered).
 11142 | D:3      | 11142 ||| Stepping ~*~*~tactically~*~*~ (outnumbered).
 11144 | D:3      | 11144 ||| Stepping ~*~*~tactically~*~*~ (outnumbered).
 11146 | D:3      | 11146 ||| Stepping ~*~*~tactically~*~*~ (outnumbered).
 11148 | D:3      | 11148 ||| Stepping ~*~*~tactically~*~*~ (outnumbered).
 11150 | D:3      | 11150 ||| Stepping ~*~*~tactically~*~*~ (outnumbered).
 11152 | D:3      | 11152 ||| Stepping ~*~*~tactically~*~*~ (outnumbered).
 11154 | D:3      | 11154 ||| Stepping ~*~*~tactically~*~*~ (outnumbered).
 11156 | D:3      | 11156 ||| Stepping ~*~*~tactically~*~*~ (outnumbered).
 11158 | D:3      | 11158 ||| Stepping ~*~*~tactically~*~*~ (outnumbered).
 11160 | D:3      | 11160 ||| Stepping ~*~*~tactically~*~*~ (outnumbered).
 11162 | D:3      | 11162 ||| Stepping ~*~*~tactically~*~*~ (outnumbered).
 11164 | D:3      | 11164 ||| Stepping ~*~*~tactically~*~*~ (outnumbered).
 11166 | D:3      | 11166 ||| Stepping ~*~*~tactically~*~*~ (outnumbered).
 11168 | D:3      | 11168 ||| Stepping ~*~*~tactically~*~*~ (outnumbered).
 11170 | D:3      | 11170 ||| Stepping ~*~*~tactically~*~*~ (outnumbered).
 11172 | D:3      | 11172 ||| Stepping ~*~*~tactically~*~*~ (outnumbered).
 11174 | D:3      | 11174 ||| Stepping ~*~*~tactically~*~*~ (outnumbered).
 11176 | D:3      | 11176 ||| Stepping ~*~*~tactically~*~*~ (outnumbered).
 11178 | D:3      | 11178 ||| Stepping ~*~*~tactically~*~*~ (outnumbered).
 11180 | D:3      | 11180 ||| Stepping ~*~*~tactically~*~*~ (outnumbered).
 11182 | D:3      | 11182 ||| Stepping ~*~*~tactically~*~*~ (outnumbered).
 11184 | D:3      | 11184 ||| Stepping ~*~*~tactically~*~*~ (outnumbered).
 11186 | D:3      | 11186 ||| Stepping ~*~*~tactically~*~*~ (outnumbered).
 11188 | D:3      | 11188 ||| Stepping ~*~*~tactically~*~*~ (outnumbered).
 11190 | D:3      | 11190 ||| Stepping ~*~*~tactically~*~*~ (outnumbered).
 11192 | D:3      | 11192 ||| Stepping ~*~*~tactically~*~*~ (outnumbered).
 11194 | D:3      | 11194 ||| Stepping ~*~*~tactically~*~*~ (outnumbered).
 11196 | D:3      | 11196 ||| Stepping ~*~*~tactically~*~*~ (outnumbered).
 11198 | D:3      | 11198 ||| Stepping ~*~*~tactically~*~*~ (outnumbered).
 11200 | D:3      | 11200 ||| Stepping ~*~*~tactically~*~*~ (outnumbered).
 11202 | D:3      | 11202 ||| Stepping ~*~*~tactically~*~*~ (outnumbered).
 11204 | D:3      | 11204 ||| Stepping ~*~*~tactically~*~*~ (outnumbered).
 11206 | D:3      | 11206 ||| Stepping ~*~*~tactically~*~*~ (outnumbered).
 11208 | D:3      | 11208 ||| Stepping ~*~*~tactically~*~*~ (outnumbered).
 11210 | D:3      | 11210 ||| Stepping ~*~*~tactically~*~*~ (outnumbered).
 11212 | D:3      | 11212 ||| Stepping ~*~*~tactically~*~*~ (outnumbered).
 11214 | D:3      | 11214 ||| Stepping ~*~*~tactically~*~*~ (outnumbered).
 11216 | D:3      | 11216 ||| Stepping ~*~*~tactically~*~*~ (outnumbered).
 11218 | D:3      | 11218 ||| Stepping ~*~*~tactically~*~*~ (outnumbered).
 11220 | D:3      | 11220 ||| Stepping ~*~*~tactically~*~*~ (outnumbered).
 11222 | D:3      | 11222 ||| Stepping ~*~*~tactically~*~*~ (outnumbered).
 11224 | D:3      | 11224 ||| Stepping ~*~*~tactically~*~*~ (outnumbered).
 11226 | D:3      | 11226 ||| Stepping ~*~*~tactically~*~*~ (outnumbered).
 11228 | D:3      | 11228 ||| Stepping ~*~*~tactically~*~*~ (outnumbered).
 11230 | D:3      | 11230 ||| Stepping ~*~*~tactically~*~*~ (outnumbered).
 11232 | D:3      | 11232 ||| Stepping ~*~*~tactically~*~*~ (outnumbered).
 11234 | D:3      | 11234 ||| Stepping ~*~*~tactically~*~*~ (outnumbered).
 11236 | D:3      | 11236 ||| Stepping ~*~*~tactically~*~*~ (outnumbered).
 11238 | D:3      | 11238 ||| Stepping ~*~*~tactically~*~*~ (outnumbered).
 11240 | D:3      | 11240 ||| Stepping ~*~*~tactically~*~*~ (outnumbered).
 11242 | D:3      | 11242 ||| Stepping ~*~*~tactically~*~*~ (outnumbered).
 11244 | D:3      | 11244 ||| Stepping ~*~*~tactically~*~*~ (outnumbered).
 11246 | D:3      | 11246 ||| Stepping ~*~*~tactically~*~*~ (outnumbered).
 11248 | D:3      | 11248 ||| Stepping ~*~*~tactically~*~*~ (outnumbered).
 11250 | D:3      | 11250 ||| Stepping ~*~*~tactically~*~*~ (outnumbered).
 11252 | D:3      | 11252 ||| Stepping ~*~*~tactically~*~*~ (outnumbered).
 11254 | D:3      | 11254 ||| Stepping ~*~*~tactically~*~*~ (outnumbered).
 11256 | D:3      | 11256 ||| Stepping ~*~*~tactically~*~*~ (outnumbered).
 11258 | D:3      | 11258 ||| Stepping ~*~*~tactically~*~*~ (outnumbered).
 11260 | D:3      | 11260 ||| Stepping ~*~*~tactically~*~*~ (outnumbered).
 11262 | D:3      | 11262 ||| Stepping ~*~*~tactically~*~*~ (outnumbered).
 11264 | D:3      | 11264 ||| Stepping ~*~*~tactically~*~*~ (outnumbered).
 11266 | D:3      | 11266 ||| Stepping ~*~*~tactically~*~*~ (outnumbered).
 11268 | D:3      | 11268 ||| Stepping ~*~*~tactically~*~*~ (outnumbered).
 11270 | D:3      | 11270 ||| Stepping ~*~*~tactically~*~*~ (outnumbered).
 11272 | D:3      | 11272 ||| Stepping ~*~*~tactically~*~*~ (outnumbered).
 11274 | D:3      | 11274 ||| Stepping ~*~*~tactically~*~*~ (outnumbered).
 11276 | D:3      | 11276 ||| Stepping ~*~*~tactically~*~*~ (outnumbered).
 11278 | D:3      | 11278 ||| Stepping ~*~*~tactically~*~*~ (outnumbered).
 11280 | D:3      | 11280 ||| Stepping ~*~*~tactically~*~*~ (outnumbered).
 11282 | D:3      | 11282 ||| Stepping ~*~*~tactically~*~*~ (outnumbered).
 11284 | D:3      | 11284 ||| Stepping ~*~*~tactically~*~*~ (outnumbered).
 11286 | D:3      | 11286 ||| Stepping ~*~*~tactically~*~*~ (outnumbered).
 11288 | D:3      | 11288 ||| Stepping ~*~*~tactically~*~*~ (outnumbered).
 11290 | D:3      | 11290 ||| Stepping ~*~*~tactically~*~*~ (outnumbered).
 11292 | D:3      | 11292 ||| Stepping ~*~*~tactically~*~*~ (outnumbered).
 11294 | D:3      | 11294 ||| Stepping ~*~*~tactically~*~*~ (outnumbered).
 11296 | D:3      | 11296 ||| Stepping ~*~*~tactically~*~*~ (outnumbered).
 11298 | D:3      | 11298 ||| Stepping ~*~*~tactically~*~*~ (outnumbered).
 11300 | D:3      | 11300 ||| Stepping ~*~*~tactically~*~*~ (outnumbered).
 11302 | D:3      | 11302 ||| Stepping ~*~*~tactically~*~*~ (outnumbered).
 11304 | D:3      | 11304 ||| Stepping ~*~*~tactically~*~*~ (outnumbered).
 11306 | D:3      | 11306 ||| Stepping ~*~*~tactically~*~*~ (outnumbered).
 11308 | D:3      | 11308 ||| Stepping ~*~*~tactically~*~*~ (outnumbered).
 11310 | D:3      | 11310 ||| Stepping ~*~*~tactically~*~*~ (outnumbered).
 11312 | D:3      | 11312 ||| Stepping ~*~*~tactically~*~*~ (outnumbered).
 11314 | D:3      | 11314 ||| Stepping ~*~*~tactically~*~*~ (outnumbered).
 11316 | D:3      | 11316 ||| Stepping ~*~*~tactically~*~*~ (outnumbered).
 11318 | D:3      | 11318 ||| Stepping ~*~*~tactically~*~*~ (outnumbered).
 11320 | D:3      | 11320 ||| Stepping ~*~*~tactically~*~*~ (outnumbered).
 11322 | D:3      | 11322 ||| Stepping ~*~*~tactically~*~*~ (outnumbered).
 11324 | D:3      | 11324 ||| Stepping ~*~*~tactically~*~*~ (outnumbered).
 11326 | D:3      | 11326 ||| Stepping ~*~*~tactically~*~*~ (outnumbered).
 11328 | D:3      | 11328 ||| Stepping ~*~*~tactically~*~*~ (outnumbered).
 11330 | D:3      | 11330 ||| Stepping ~*~*~tactically~*~*~ (outnumbered).
 11332 | D:3      | 11332 ||| Stepping ~*~*~tactically~*~*~ (outnumbered).
 11334 | D:3      | 11334 ||| Stepping ~*~*~tactically~*~*~ (outnumbered).
 11336 | D:3      | 11336 ||| Stepping ~*~*~tactically~*~*~ (outnumbered).
 11338 | D:3      | 11338 ||| Stepping ~*~*~tactically~*~*~ (outnumbered).
 11340 | D:3      | 11340 ||| Stepping ~*~*~tactically~*~*~ (outnumbered).
 11342 | D:3      | 11342 ||| Stepping ~*~*~tactically~*~*~ (outnumbered).
 11344 | D:3      | 11344 ||| Stepping ~*~*~tactically~*~*~ (outnumbered).
 11346 | D:3      | 11346 ||| Stepping ~*~*~tactically~*~*~ (outnumbered).
 11348 | D:3      | 11348 ||| Stepping ~*~*~tactically~*~*~ (outnumbered).
 11350 | D:3      | 11350 ||| Stepping ~*~*~tactically~*~*~ (outnumbered).
 11352 | D:3      | 11352 ||| Stepping ~*~*~tactically~*~*~ (outnumbered).
 11354 | D:3      | 11354 ||| Stepping ~*~*~tactically~*~*~ (outnumbered).
 11356 | D:3      | 11356 ||| Stepping ~*~*~tactically~*~*~ (outnumbered).
 11358 | D:3      | 11358 ||| Stepping ~*~*~tactically~*~*~ (outnumbered).
 11360 | D:3      | 11360 ||| Stepping ~*~*~tactically~*~*~ (outnumbered).
 11362 | D:3      | 11362 ||| Stepping ~*~*~tactically~*~*~ (outnumbered).
 11364 | D:3      | 11364 ||| Stepping ~*~*~tactically~*~*~ (outnumbered).
 11366 | D:3      | 11366 ||| Stepping ~*~*~tactically~*~*~ (outnumbered).
 11368 | D:3      | 11368 ||| Stepping ~*~*~tactically~*~*~ (outnumbered).
 11370 | D:3      | 11370 ||| Stepping ~*~*~tactically~*~*~ (outnumbered).
 11372 | D:3      | 11372 ||| Stepping ~*~*~tactically~*~*~ (outnumbered).
 11374 | D:3      | 11374 ||| Stepping ~*~*~tactically~*~*~ (outnumbered).
 11376 | D:3      | 11376 ||| Stepping ~*~*~tactically~*~*~ (outnumbered).
 11378 | D:3      | 11378 ||| Stepping ~*~*~tactically~*~*~ (outnumbered).
 11380 | D:3      | 11380 ||| Stepping ~*~*~tactically~*~*~ (outnumbered).
 11382 | D:3      | 11382 ||| Stepping ~*~*~tactically~*~*~ (outnumbered).
 11384 | D:3      | 11384 ||| Stepping ~*~*~tactically~*~*~ (outnumbered).
 11386 | D:3      | 11386 ||| Stepping ~*~*~tactically~*~*~ (outnumbered).
 11388 | D:3      | 11388 ||| Stepping ~*~*~tactically~*~*~ (outnumbered).
 11390 | D:3      | 11390 ||| Stepping ~*~*~tactically~*~*~ (outnumbered).
 11392 | D:3      | 11392 ||| Stepping ~*~*~tactically~*~*~ (outnumbered).
 11394 | D:3      | 11394 ||| Stepping ~*~*~tactically~*~*~ (outnumbered).
 11396 | D:3      | 11396 ||| Stepping ~*~*~tactically~*~*~ (outnumbered).
 11398 | D:3      | 11398 ||| Stepping ~*~*~tactically~*~*~ (outnumbered).
 11400 | D:3      | 11400 ||| Stepping ~*~*~tactically~*~*~ (outnumbered).
 11402 | D:3      | 11402 ||| Stepping ~*~*~tactically~*~*~ (outnumbered).
 11404 | D:3      | 11404 ||| Stepping ~*~*~tactically~*~*~ (outnumbered).
 11406 | D:3      | 11406 ||| Stepping ~*~*~tactically~*~*~ (outnumbered).
 11408 | D:3      | 11408 ||| Stepping ~*~*~tactically~*~*~ (outnumbered).
 11410 | D:3      | 11410 ||| Stepping ~*~*~tactically~*~*~ (outnumbered).
 11412 | D:3      | 11412 ||| Stepping ~*~*~tactically~*~*~ (outnumbered).
 11414 | D:3      | 11414 ||| Stepping ~*~*~tactically~*~*~ (outnumbered).
 11416 | D:3      | 11416 ||| Stepping ~*~*~tactically~*~*~ (outnumbered).
 11418 | D:3      | 11418 ||| Stepping ~*~*~tactically~*~*~ (outnumbered).
 11420 | D:3      | 11420 ||| Stepping ~*~*~tactically~*~*~ (outnumbered).
 11422 | D:3      | 11422 ||| Stepping ~*~*~tactically~*~*~ (outnumbered).
 11424 | D:3      | 11424 ||| Stepping ~*~*~tactically~*~*~ (outnumbered).
 11426 | D:3      | 11426 ||| Stepping ~*~*~tactically~*~*~ (outnumbered).
 11428 | D:3      | 11428 ||| Stepping ~*~*~tactically~*~*~ (outnumbered).
 11430 | D:3      | 11430 ||| Stepping ~*~*~tactically~*~*~ (outnumbered).
 11432 | D:3      | 11432 ||| Stepping ~*~*~tactically~*~*~ (outnumbered).
 11434 | D:3      | 11434 ||| Stepping ~*~*~tactically~*~*~ (outnumbered).
 11436 | D:3      | 11436 ||| Stepping ~*~*~tactically~*~*~ (outnumbered).
 11438 | D:3      | 11438 ||| Stepping ~*~*~tactically~*~*~ (outnumbered).
 11440 | D:3      | 11440 ||| Stepping ~*~*~tactically~*~*~ (outnumbered).
 11442 | D:3      | 11442 ||| Stepping ~*~*~tactically~*~*~ (outnumbered).
 11444 | D:3      | 11444 ||| Stepping ~*~*~tactically~*~*~ (outnumbered).
 11446 | D:3      | 11446 ||| Stepping ~*~*~tactically~*~*~ (outnumbered).
 11448 | D:3      | 11448 ||| Stepping ~*~*~tactically~*~*~ (outnumbered).
 11450 | D:3      | 11450 ||| Stepping ~*~*~tactically~*~*~ (outnumbered).
 11452 | D:3      | 11452 ||| Stepping ~*~*~tactically~*~*~ (outnumbered).
 11454 | D:3      | 11454 ||| Stepping ~*~*~tactically~*~*~ (outnumbered).
 11456 | D:3      | 11456 ||| Stepping ~*~*~tactically~*~*~ (outnumbered).
 11458 | D:3      | 11458 ||| Stepping ~*~*~tactically~*~*~ (outnumbered).
 11460 | D:3      | 11460 ||| Stepping ~*~*~tactically~*~*~ (outnumbered).
 11462 | D:3      | 11462 ||| Stepping ~*~*~tactically~*~*~ (outnumbered).
 11464 | D:3      | 11464 ||| Stepping ~*~*~tactically~*~*~ (outnumbered).
 11466 | D:3      | 11466 ||| Stepping ~*~*~tactically~*~*~ (outnumbered).
 11468 | D:3      | 11468 ||| Stepping ~*~*~tactically~*~*~ (outnumbered).
 11470 | D:3      | 11470 ||| Stepping ~*~*~tactically~*~*~ (outnumbered).
 11472 | D:3      | 11472 ||| Stepping ~*~*~tactically~*~*~ (outnumbered).
 11474 | D:3      | 11474 ||| Stepping ~*~*~tactically~*~*~ (outnumbered).
 11476 | D:3      | 11476 ||| Stepping ~*~*~tactically~*~*~ (outnumbered).
 11478 | D:3      | 11478 ||| Stepping ~*~*~tactically~*~*~ (outnumbered).
 11480 | D:3      | 11480 ||| Stepping ~*~*~tactically~*~*~ (outnumbered).
 11482 | D:3      | 11482 ||| Stepping ~*~*~tactically~*~*~ (outnumbered).
 11484 | D:3      | 11484 ||| Stepping ~*~*~tactically~*~*~ (outnumbered).
 11486 | D:3      | 11486 ||| Stepping ~*~*~tactically~*~*~ (outnumbered).
 11488 | D:3      | 11488 ||| Stepping ~*~*~tactically~*~*~ (outnumbered).
 11490 | D:3      | 11490 ||| Stepping ~*~*~tactically~*~*~ (outnumbered).
 11492 | D:3      | 11492 ||| Stepping ~*~*~tactically~*~*~ (outnumbered).
 11494 | D:3      | 11494 ||| Stepping ~*~*~tactically~*~*~ (outnumbered).
 11496 | D:3      | 11496 ||| Stepping ~*~*~tactically~*~*~ (outnumbered).
 11498 | D:3      | 11498 ||| Stepping ~*~*~tactically~*~*~ (outnumbered).
 11500 | D:3      | 11500 ||| Stepping ~*~*~tactically~*~*~ (outnumbered).
 11502 | D:3      | 11502 ||| Stepping ~*~*~tactically~*~*~ (outnumbered).
 11504 | D:3      | 11504 ||| Stepping ~*~*~tactically~*~*~ (outnumbered).
 11506 | D:3      | 11506 ||| Stepping ~*~*~tactically~*~*~ (outnumbered).
 11508 | D:3      | 11508 ||| Stepping ~*~*~tactically~*~*~ (outnumbered).
 11510 | D:3      | 11510 ||| Stepping ~*~*~tactically~*~*~ (outnumbered).
 11512 | D:3      | 11512 ||| Stepping ~*~*~tactically~*~*~ (outnumbered).
 11514 | D:3      | 11514 ||| Stepping ~*~*~tactically~*~*~ (outnumbered).
 11516 | D:3      | 11516 ||| Stepping ~*~*~tactically~*~*~ (outnumbered).
 11518 | D:3      | 11518 ||| Stepping ~*~*~tactically~*~*~ (outnumbered).
 11520 | D:3      | 11520 ||| Stepping ~*~*~tactically~*~*~ (outnumbered).
 11522 | D:3      | 11522 ||| Stepping ~*~*~tactically~*~*~ (outnumbered).
 11524 | D:3      | 11524 ||| Stepping ~*~*~tactically~*~*~ (outnumbered).
 11526 | D:3      | 11526 ||| Stepping ~*~*~tactically~*~*~ (outnumbered).
 11528 | D:3      | 11528 ||| Stepping ~*~*~tactically~*~*~ (outnumbered).
 11530 | D:3      | 11530 ||| Stepping ~*~*~tactically~*~*~ (outnumbered).
 11532 | D:3      | 11532 ||| Stepping ~*~*~tactically~*~*~ (outnumbered).
 11534 | D:3      | 11534 ||| Stepping ~*~*~tactically~*~*~ (outnumbered).
 11536 | D:3      | 11536 ||| Stepping ~*~*~tactically~*~*~ (outnumbered).
 11538 | D:3      | 11538 ||| Stepping ~*~*~tactically~*~*~ (outnumbered).
 11540 | D:3      | 11540 ||| Stepping ~*~*~tactically~*~*~ (outnumbered).
 11542 | D:3      | 11542 ||| Stepping ~*~*~tactically~*~*~ (outnumbered).
 11544 | D:3      | 11544 ||| Stepping ~*~*~tactically~*~*~ (outnumbered).
 11546 | D:3      | 11546 ||| Stepping ~*~*~tactically~*~*~ (outnumbered).
 11548 | D:3      | 11548 ||| Stepping ~*~*~tactically~*~*~ (outnumbered).
 11550 | D:3      | 11550 ||| Stepping ~*~*~tactically~*~*~ (outnumbered).
 11552 | D:3      | 11552 ||| Stepping ~*~*~tactically~*~*~ (outnumbered).
 11554 | D:3      | 11554 ||| Stepping ~*~*~tactically~*~*~ (outnumbered).
 11556 | D:3      | 11556 ||| Stepping ~*~*~tactically~*~*~ (outnumbered).
 11558 | D:3      | 11558 ||| Stepping ~*~*~tactically~*~*~ (outnumbered).
 11560 | D:3      | 11560 ||| Stepping ~*~*~tactically~*~*~ (outnumbered).
 11562 | D:3      | 11562 ||| Stepping ~*~*~tactically~*~*~ (outnumbered).
 11564 | D:3      | 11564 ||| Stepping ~*~*~tactically~*~*~ (outnumbered).
 11566 | D:3      | 11566 ||| Stepping ~*~*~tactically~*~*~ (outnumbered).
 11568 | D:3      | 11568 ||| Stepping ~*~*~tactically~*~*~ (outnumbered).
 11570 | D:3      | 11570 ||| Stepping ~*~*~tactically~*~*~ (outnumbered).
 11572 | D:3      | 11572 ||| Stepping ~*~*~tactically~*~*~ (outnumbered).
 11574 | D:3      | 11574 ||| Stepping ~*~*~tactically~*~*~ (outnumbered).
 11576 | D:3      | 11576 ||| Stepping ~*~*~tactically~*~*~ (outnumbered).
 11578 | D:3      | 11578 ||| Stepping ~*~*~tactically~*~*~ (outnumbered).
 11580 | D:3      | 11580 ||| Stepping ~*~*~tactically~*~*~ (outnumbered).
 11582 | D:3      | 11582 ||| Stepping ~*~*~tactically~*~*~ (outnumbered).
 11584 | D:3      | 11584 ||| Stepping ~*~*~tactically~*~*~ (outnumbered).
 11586 | D:3      | 11586 ||| Stepping ~*~*~tactically~*~*~ (outnumbered).
 11588 | D:3      | 11588 ||| Stepping ~*~*~tactically~*~*~ (outnumbered).
 11590 | D:3      | 11590 ||| Stepping ~*~*~tactically~*~*~ (outnumbered).
 11592 | D:3      | 11592 ||| Stepping ~*~*~tactically~*~*~ (outnumbered).
 11594 | D:3      | 11594 ||| Stepping ~*~*~tactically~*~*~ (outnumbered).
 11596 | D:3      | 11596 ||| Stepping ~*~*~tactically~*~*~ (outnumbered).
 11598 | D:3      | 11598 ||| Stepping ~*~*~tactically~*~*~ (outnumbered).
 11600 | D:3      | 11600 ||| Stepping ~*~*~tactically~*~*~ (outnumbered).
 11602 | D:3      | 11602 ||| Stepping ~*~*~tactically~*~*~ (outnumbered).
 11604 | D:3      | 11604 ||| Stepping ~*~*~tactically~*~*~ (outnumbered).
 11606 | D:3      | 11606 ||| Stepping ~*~*~tactically~*~*~ (outnumbered).
 11608 | D:3      | 11608 ||| Stepping ~*~*~tactically~*~*~ (outnumbered).
 11610 | D:3      | 11610 ||| Stepping ~*~*~tactically~*~*~ (outnumbered).
 11612 | D:3      | 11612 ||| Stepping ~*~*~tactically~*~*~ (outnumbered).
 11614 | D:3      | 11614 ||| Stepping ~*~*~tactically~*~*~ (outnumbered).
 11616 | D:3      | 11616 ||| Stepping ~*~*~tactically~*~*~ (outnumbered).
 11618 | D:3      | 11618 ||| Stepping ~*~*~tactically~*~*~ (outnumbered).
 11620 | D:3      | 11620 ||| Stepping ~*~*~tactically~*~*~ (outnumbered).
 11622 | D:3      | 11622 ||| Stepping ~*~*~tactically~*~*~ (outnumbered).
 11624 | D:3      | 11624 ||| Stepping ~*~*~tactically~*~*~ (outnumbered).
 11626 | D:3      | 11626 ||| Stepping ~*~*~tactically~*~*~ (outnumbered).
 11628 | D:3      | 11628 ||| Stepping ~*~*~tactically~*~*~ (outnumbered).
 11630 | D:3      | 11630 ||| Stepping ~*~*~tactically~*~*~ (outnumbered).
 11632 | D:3      | 11632 ||| Stepping ~*~*~tactically~*~*~ (outnumbered).
 11634 | D:3      | 11634 ||| Stepping ~*~*~tactically~*~*~ (outnumbered).
 11636 | D:3      | 11636 ||| Stepping ~*~*~tactically~*~*~ (outnumbered).
 11638 | D:3      | 11638 ||| Stepping ~*~*~tactically~*~*~ (outnumbered).
 11640 | D:3      | 11640 ||| Stepping ~*~*~tactically~*~*~ (outnumbered).
 11642 | D:3      | 11642 ||| Stepping ~*~*~tactically~*~*~ (outnumbered).
 11644 | D:3      | 11644 ||| Stepping ~*~*~tactically~*~*~ (outnumbered).
 11646 | D:3      | 11646 ||| Stepping ~*~*~tactically~*~*~ (outnumbered).
 11648 | D:3      | 11648 ||| Stepping ~*~*~tactically~*~*~ (outnumbered).
 11650 | D:3      | 11650 ||| Stepping ~*~*~tactically~*~*~ (outnumbered).
 11652 | D:3      | 11652 ||| Stepping ~*~*~tactically~*~*~ (outnumbered).
 11654 | D:3      | 11654 ||| Stepping ~*~*~tactically~*~*~ (outnumbered).
 11656 | D:3      | 11656 ||| Stepping ~*~*~tactically~*~*~ (outnumbered).
 11658 | D:3      | 11658 ||| Stepping ~*~*~tactically~*~*~ (outnumbered).
 11660 | D:3      | 11660 ||| Stepping ~*~*~tactically~*~*~ (outnumbered).
 11662 | D:3      | 11662 ||| Stepping ~*~*~tactically~*~*~ (outnumbered).
 11664 | D:3      | 11664 ||| Stepping ~*~*~tactically~*~*~ (outnumbered).
 11666 | D:3      | 11666 ||| Stepping ~*~*~tactically~*~*~ (outnumbered).
 11668 | D:3      | 11668 ||| Stepping ~*~*~tactically~*~*~ (outnumbered).
 11670 | D:3      | 11670 ||| Stepping ~*~*~tactically~*~*~ (outnumbered).
 11672 | D:3      | 11672 ||| Stepping ~*~*~tactically~*~*~ (outnumbered).
 11674 | D:3      | 11674 ||| Stepping ~*~*~tactically~*~*~ (outnumbered).
 11676 | D:3      | 11676 ||| Stepping ~*~*~tactically~*~*~ (outnumbered).
 11678 | D:3      | 11678 ||| Stepping ~*~*~tactically~*~*~ (outnumbered).
 11680 | D:3      | 11680 ||| Stepping ~*~*~tactically~*~*~ (outnumbered).
 11682 | D:3      | 11682 ||| Stepping ~*~*~tactically~*~*~ (outnumbered).
 11684 | D:3      | 11684 ||| Stepping ~*~*~tactically~*~*~ (outnumbered).
 11686 | D:3      | 11686 ||| Stepping ~*~*~tactically~*~*~ (outnumbered).
 11688 | D:3      | 11688 ||| Stepping ~*~*~tactically~*~*~ (outnumbered).
 11690 | D:3      | 11690 ||| Stepping ~*~*~tactically~*~*~ (outnumbered).
 11692 | D:3      | 11692 ||| Stepping ~*~*~tactically~*~*~ (outnumbered).
 11694 | D:3      | 11694 ||| Stepping ~*~*~tactically~*~*~ (outnumbered).
 11696 | D:3      | 11696 ||| Stepping ~*~*~tactically~*~*~ (outnumbered).
 11698 | D:3      | 11698 ||| Stepping ~*~*~tactically~*~*~ (outnumbered).
 11700 | D:3      | 11700 ||| Stepping ~*~*~tactically~*~*~ (outnumbered).
 11702 | D:3      | 11702 ||| Stepping ~*~*~tactically~*~*~ (outnumbered).
 11704 | D:3      | 11704 ||| Stepping ~*~*~tactically~*~*~ (outnumbered).
 11706 | D:3      | 11706 ||| Stepping ~*~*~tactically~*~*~ (outnumbered).
 11708 | D:3      | 11708 ||| Stepping ~*~*~tactically~*~*~ (outnumbered).
 11710 | D:3      | 11710 ||| Stepping ~*~*~tactically~*~*~ (outnumbered).
 11712 | D:3      | 11712 ||| Stepping ~*~*~tactically~*~*~ (outnumbered).
 11714 | D:3      | 11714 ||| Stepping ~*~*~tactically~*~*~ (outnumbered).
 11716 | D:3      | 11716 ||| Stepping ~*~*~tactically~*~*~ (outnumbered).
 11718 | D:3      | 11718 ||| Stepping ~*~*~tactically~*~*~ (outnumbered).
 11720 | D:3      | 11720 ||| Stepping ~*~*~tactically~*~*~ (outnumbered).
 11722 | D:3      | 11722 ||| Stepping ~*~*~tactically~*~*~ (outnumbered).
 11724 | D:3      | 11724 ||| Stepping ~*~*~tactically~*~*~ (outnumbered).
 11726 | D:3      | 11726 ||| Stepping ~*~*~tactically~*~*~ (outnumbered).
 11728 | D:3      | 11728 ||| Stepping ~*~*~tactically~*~*~ (outnumbered).
 11730 | D:3      | 11730 ||| Stepping ~*~*~tactically~*~*~ (outnumbered).
 11732 | D:3      | 11732 ||| Stepping ~*~*~tactically~*~*~ (outnumbered).
 11734 | D:3      | 11734 ||| Stepping ~*~*~tactically~*~*~ (outnumbered).
 11736 | D:3      | 11736 ||| Stepping ~*~*~tactically~*~*~ (outnumbered).
 11738 | D:3      | 11738 ||| Stepping ~*~*~tactically~*~*~ (outnumbered).
 11740 | D:3      | 11740 ||| Stepping ~*~*~tactically~*~*~ (outnumbered).
 11742 | D:3      | 11742 ||| Stepping ~*~*~tactically~*~*~ (outnumbered).
 11744 | D:3      | 11744 ||| Stepping ~*~*~tactically~*~*~ (outnumbered).
 11746 | D:3      | 11746 ||| Stepping ~*~*~tactically~*~*~ (outnumbered).
 11748 | D:3      | 11748 ||| Stepping ~*~*~tactically~*~*~ (outnumbered).
 11750 | D:3      | 11750 ||| Stepping ~*~*~tactically~*~*~ (outnumbered).
 11752 | D:3      | 11752 ||| Stepping ~*~*~tactically~*~*~ (outnumbered).
 11754 | D:3      | 11754 ||| Stepping ~*~*~tactically~*~*~ (outnumbered).
 11756 | D:3      | 11756 ||| Stepping ~*~*~tactically~*~*~ (outnumbered).
 11758 | D:3      | 11758 ||| Stepping ~*~*~tactically~*~*~ (outnumbered).
 11760 | D:3      | 11760 ||| Stepping ~*~*~tactically~*~*~ (outnumbered).
 11762 | D:3      | 11762 ||| Stepping ~*~*~tactically~*~*~ (outnumbered).
 11764 | D:3      | 11764 ||| Stepping ~*~*~tactically~*~*~ (outnumbered).
 11766 | D:3      | 11766 ||| Stepping ~*~*~tactically~*~*~ (outnumbered).
 11768 | D:3      | 11768 ||| Stepping ~*~*~tactically~*~*~ (outnumbered).
 11770 | D:3      | 11770 ||| Stepping ~*~*~tactically~*~*~ (outnumbered).
 11772 | D:3      | 11772 ||| Stepping ~*~*~tactically~*~*~ (outnumbered).
 11774 | D:3      | 11774 ||| Stepping ~*~*~tactically~*~*~ (outnumbered).
 11776 | D:3      | 11776 ||| Stepping ~*~*~tactically~*~*~ (outnumbered).
 11778 | D:3      | 11778 ||| Stepping ~*~*~tactically~*~*~ (outnumbered).
 11780 | D:3      | 11780 ||| Stepping ~*~*~tactically~*~*~ (outnumbered).
 11782 | D:3      | 11782 ||| Stepping ~*~*~tactically~*~*~ (outnumbered).
 11784 | D:3      | 11784 ||| Stepping ~*~*~tactically~*~*~ (outnumbered).
 11786 | D:3      | 11786 ||| Stepping ~*~*~tactically~*~*~ (outnumbered).
 11788 | D:3      | 11788 ||| Stepping ~*~*~tactically~*~*~ (outnumbered).
 11790 | D:3      | 11790 ||| Stepping ~*~*~tactically~*~*~ (outnumbered).
 11792 | D:3      | 11792 ||| Stepping ~*~*~tactically~*~*~ (outnumbered).
 11794 | D:3      | 11794 ||| Stepping ~*~*~tactically~*~*~ (outnumbered).
 11796 | D:3      | 11796 ||| Stepping ~*~*~tactically~*~*~ (outnumbered).
 11798 | D:3      | 11798 ||| Stepping ~*~*~tactically~*~*~ (outnumbered).
 11800 | D:3      | 11800 ||| Stepping ~*~*~tactically~*~*~ (outnumbered).
 11802 | D:3      | 11802 ||| Stepping ~*~*~tactically~*~*~ (outnumbered).
 11804 | D:3      | 11804 ||| Stepping ~*~*~tactically~*~*~ (outnumbered).
 11806 | D:3      | 11806 ||| Stepping ~*~*~tactically~*~*~ (outnumbered).
 11808 | D:3      | 11808 ||| Stepping ~*~*~tactically~*~*~ (outnumbered).
 11810 | D:3      | 11810 ||| Stepping ~*~*~tactically~*~*~ (outnumbered).
 11812 | D:3      | 11812 ||| Stepping ~*~*~tactically~*~*~ (outnumbered).
 11814 | D:3      | 11814 ||| Stepping ~*~*~tactically~*~*~ (outnumbered).
 11816 | D:3      | 11816 ||| Stepping ~*~*~tactically~*~*~ (outnumbered).
 11818 | D:3      | 11818 ||| Stepping ~*~*~tactically~*~*~ (outnumbered).
 11820 | D:3      | 11820 ||| Stepping ~*~*~tactically~*~*~ (outnumbered).
 11822 | D:3      | 11822 ||| Stepping ~*~*~tactically~*~*~ (outnumbered).
 11824 | D:3      | 11824 ||| Stepping ~*~*~tactically~*~*~ (outnumbered).
 11826 | D:3      | 11826 ||| Stepping ~*~*~tactically~*~*~ (outnumbered).
 11828 | D:3      | 11828 ||| Stepping ~*~*~tactically~*~*~ (outnumbered).
 11830 | D:3      | 11830 ||| Stepping ~*~*~tactically~*~*~ (outnumbered).
 11832 | D:3      | 11832 ||| Stepping ~*~*~tactically~*~*~ (outnumbered).
 11834 | D:3      | 11834 ||| Stepping ~*~*~tactically~*~*~ (outnumbered).
 11836 | D:3      | 11836 ||| Stepping ~*~*~tactically~*~*~ (outnumbered).
 11838 | D:3      | 11838 ||| Stepping ~*~*~tactically~*~*~ (outnumbered).
 11840 | D:3      | 11840 ||| Stepping ~*~*~tactically~*~*~ (outnumbered).
 11842 | D:3      | 11842 ||| Stepping ~*~*~tactically~*~*~ (outnumbered).
 11844 | D:3      | 11844 ||| Stepping ~*~*~tactically~*~*~ (outnumbered).
 11846 | D:3      | 11846 ||| Stepping ~*~*~tactically~*~*~ (outnumbered).
 11848 | D:3      | 11848 ||| Stepping ~*~*~tactically~*~*~ (outnumbered).
 11850 | D:3      | 11850 ||| Stepping ~*~*~tactically~*~*~ (outnumbered).
 11852 | D:3      | 11852 ||| Stepping ~*~*~tactically~*~*~ (outnumbered).
 11854 | D:3      | 11854 ||| Stepping ~*~*~tactically~*~*~ (outnumbered).
 11856 | D:3      | 11856 ||| Stepping ~*~*~tactically~*~*~ (outnumbered).
 11858 | D:3      | 11858 ||| Stepping ~*~*~tactically~*~*~ (outnumbered).
 11860 | D:3      | 11860 ||| Stepping ~*~*~tactically~*~*~ (outnumbered).
 11862 | D:3      | 11862 ||| Stepping ~*~*~tactically~*~*~ (outnumbered).
 11864 | D:3      | 11864 ||| Stepping ~*~*~tactically~*~*~ (outnumbered).
 11866 | D:3      | 11866 ||| Stepping ~*~*~tactically~*~*~ (outnumbered).
 11868 | D:3      | 11868 ||| Stepping ~*~*~tactically~*~*~ (outnumbered).
 11870 | D:3      | 11870 ||| Stepping ~*~*~tactically~*~*~ (outnumbered).
 11872 | D:3      | 11872 ||| Stepping ~*~*~tactically~*~*~ (outnumbered).
 11874 | D:3      | 11874 ||| Stepping ~*~*~tactically~*~*~ (outnumbered).
 11876 | D:3      | 11876 ||| Stepping ~*~*~tactically~*~*~ (outnumbered).
 11878 | D:3      | 11878 ||| Stepping ~*~*~tactically~*~*~ (outnumbered).
 11880 | D:3      | 11880 ||| Stepping ~*~*~tactically~*~*~ (outnumbered).
 11882 | D:3      | 11882 ||| Stepping ~*~*~tactically~*~*~ (outnumbered).
 11884 | D:3      | 11884 ||| Stepping ~*~*~tactically~*~*~ (outnumbered).
 11886 | D:3      | 11886 ||| Stepping ~*~*~tactically~*~*~ (outnumbered).
 11888 | D:3      | 11888 ||| Stepping ~*~*~tactically~*~*~ (outnumbered).
 11890 | D:3      | 11890 ||| Stepping ~*~*~tactically~*~*~ (outnumbered).
 11892 | D:3      | 11892 ||| Stepping ~*~*~tactically~*~*~ (outnumbered).
 11894 | D:3      | 11894 ||| Stepping ~*~*~tactically~*~*~ (outnumbered).
 11896 | D:3      | 11896 ||| Stepping ~*~*~tactically~*~*~ (outnumbered).
 11898 | D:3      | 11898 ||| Stepping ~*~*~tactically~*~*~ (outnumbered).
 11900 | D:3      | 11900 ||| Stepping ~*~*~tactically~*~*~ (outnumbered).
 11902 | D:3      | 11902 ||| Stepping ~*~*~tactically~*~*~ (outnumbered).
 11904 | D:3      | 11904 ||| Stepping ~*~*~tactically~*~*~ (outnumbered).
 11906 | D:3      | 11906 ||| Stepping ~*~*~tactically~*~*~ (outnumbered).
 11908 | D:3      | 11908 ||| Stepping ~*~*~tactically~*~*~ (outnumbered).
 11910 | D:3      | 11910 ||| Stepping ~*~*~tactically~*~*~ (outnumbered).
 11912 | D:3      | 11912 ||| Stepping ~*~*~tactically~*~*~ (outnumbered).
 11914 | D:3      | 11914 ||| Stepping ~*~*~tactically~*~*~ (outnumbered).
 11916 | D:3      | 11916 ||| Stepping ~*~*~tactically~*~*~ (outnumbered).
 11918 | D:3      | 11918 ||| Stepping ~*~*~tactically~*~*~ (outnumbered).
 11920 | D:3      | 11920 ||| Stepping ~*~*~tactically~*~*~ (outnumbered).
 11922 | D:3      | 11922 ||| Stepping ~*~*~tactically~*~*~ (outnumbered).
 11924 | D:3      | 11924 ||| Stepping ~*~*~tactically~*~*~ (outnumbered).
 11926 | D:3      | 11926 ||| Stepping ~*~*~tactically~*~*~ (outnumbered).
 11928 | D:3      | 11928 ||| Stepping ~*~*~tactically~*~*~ (outnumbered).
 11930 | D:3      | 11930 ||| Stepping ~*~*~tactically~*~*~ (outnumbered).
 11932 | D:3      | 11932 ||| Stepping ~*~*~tactically~*~*~ (outnumbered).
 11934 | D:3      | 11934 ||| Stepping ~*~*~tactically~*~*~ (outnumbered).
 11936 | D:3      | 11936 ||| Stepping ~*~*~tactically~*~*~ (outnumbered).
 11938 | D:3      | 11938 ||| Stepping ~*~*~tactically~*~*~ (outnumbered).
 11940 | D:3      | 11940 ||| Stepping ~*~*~tactically~*~*~ (outnumbered).
 11942 | D:3      | 11942 ||| Stepping ~*~*~tactically~*~*~ (outnumbered).
 11944 | D:3      | 11944 ||| Stepping ~*~*~tactically~*~*~ (outnumbered).
 11946 | D:3      | 11946 ||| Stepping ~*~*~tactically~*~*~ (outnumbered).
 11948 | D:3      | 11948 ||| Stepping ~*~*~tactically~*~*~ (outnumbered).
 11950 | D:3      | 11950 ||| Stepping ~*~*~tactically~*~*~ (outnumbered).
 11952 | D:3      | 11952 ||| Stepping ~*~*~tactically~*~*~ (outnumbered).
 11954 | D:3      | 11954 ||| Stepping ~*~*~tactically~*~*~ (outnumbered).
 11956 | D:3      | 11956 ||| Stepping ~*~*~tactically~*~*~ (outnumbered).
 11958 | D:3      | 11958 ||| Stepping ~*~*~tactically~*~*~ (outnumbered).
 11960 | D:3      | 11960 ||| Stepping ~*~*~tactically~*~*~ (outnumbered).
 11962 | D:3      | 11962 ||| Stepping ~*~*~tactically~*~*~ (outnumbered).
 11964 | D:3      | 11964 ||| Stepping ~*~*~tactically~*~*~ (outnumbered).
 11966 | D:3      | 11966 ||| Stepping ~*~*~tactically~*~*~ (outnumbered).
 11968 | D:3      | 11968 ||| Stepping ~*~*~tactically~*~*~ (outnumbered).
 11970 | D:3      | 11970 ||| Stepping ~*~*~tactically~*~*~ (outnumbered).
 11972 | D:3      | 11972 ||| Stepping ~*~*~tactically~*~*~ (outnumbered).
 11974 | D:3      | 11974 ||| Stepping ~*~*~tactically~*~*~ (outnumbered).
 11976 | D:3      | 11976 ||| Stepping ~*~*~tactically~*~*~ (outnumbered).
 11978 | D:3      | 11978 ||| Stepping ~*~*~tactically~*~*~ (outnumbered).
 11980 | D:3      | 11980 ||| Stepping ~*~*~tactically~*~*~ (outnumbered).
 11982 | D:3      | 11982 ||| Stepping ~*~*~tactically~*~*~ (outnumbered).
 11984 | D:3      | 11984 ||| Stepping ~*~*~tactically~*~*~ (outnumbered).
 11986 | D:3      | 11986 ||| Stepping ~*~*~tactically~*~*~ (outnumbered).
 11988 | D:3      | 11988 ||| Stepping ~*~*~tactically~*~*~ (outnumbered).
 11990 | D:3      | 11990 ||| Stepping ~*~*~tactically~*~*~ (outnumbered).
 11992 | D:3      | 11992 ||| Stepping ~*~*~tactically~*~*~ (outnumbered).
 11994 | D:3      | 11994 ||| Stepping ~*~*~tactically~*~*~ (outnumbered).
 11996 | D:3      | 11996 ||| Stepping ~*~*~tactically~*~*~ (outnumbered).
 11998 | D:3      | 11998 ||| Stepping ~*~*~tactically~*~*~ (outnumbered).
 12000 | D:3      | 12000 ||| Stepping ~*~*~tactically~*~*~ (outnumbered).
 12002 | D:3      | 12002 ||| Stepping ~*~*~tactically~*~*~ (outnumbered).
 12004 | D:3      | 12004 ||| Stepping ~*~*~tactically~*~*~ (outnumbered).
 12006 | D:3      | 12006 ||| Stepping ~*~*~tactically~*~*~ (outnumbered).
 12008 | D:3      | 12008 ||| Stepping ~*~*~tactically~*~*~ (outnumbered).
 12010 | D:3      | 12010 ||| Stepping ~*~*~tactically~*~*~ (outnumbered).
 12012 | D:3      | 12012 ||| Stepping ~*~*~tactically~*~*~ (outnumbered).
 12014 | D:3      | 12014 ||| Stepping ~*~*~tactically~*~*~ (outnumbered).
 12016 | D:3      | 12016 ||| Stepping ~*~*~tactically~*~*~ (outnumbered).
 12018 | D:3      | 12018 ||| Stepping ~*~*~tactically~*~*~ (outnumbered).
 12020 | D:3      | 12020 ||| Stepping ~*~*~tactically~*~*~ (outnumbered).
 12022 | D:3      | 12022 ||| Stepping ~*~*~tactically~*~*~ (outnumbered).
 12024 | D:3      | 12024 ||| Stepping ~*~*~tactically~*~*~ (outnumbered).
 12026 | D:3      | 12026 ||| Stepping ~*~*~tactically~*~*~ (outnumbered).
 12028 | D:3      | 12028 ||| Stepping ~*~*~tactically~*~*~ (outnumbered).
 12030 | D:3      | 12030 ||| Stepping ~*~*~tactically~*~*~ (outnumbered).
 12032 | D:3      | 12032 ||| Stepping ~*~*~tactically~*~*~ (outnumbered).
 12034 | D:3      | 12034 ||| Stepping ~*~*~tactically~*~*~ (outnumbered).
 12036 | D:3      | 12036 ||| Stepping ~*~*~tactically~*~*~ (outnumbered).
 12038 | D:3      | 12038 ||| Stepping ~*~*~tactically~*~*~ (outnumbered).
 12040 | D:3      | 12040 ||| Stepping ~*~*~tactically~*~*~ (outnumbered).
 12042 | D:3      | 12042 ||| Stepping ~*~*~tactically~*~*~ (outnumbered).
 12044 | D:3      | 12044 ||| Stepping ~*~*~tactically~*~*~ (outnumbered).
 12046 | D:3      | 12046 ||| Stepping ~*~*~tactically~*~*~ (outnumbered).
 12048 | D:3      | 12048 ||| Stepping ~*~*~tactically~*~*~ (outnumbered).
 12050 | D:3      | 12050 ||| Stepping ~*~*~tactically~*~*~ (outnumbered).
 12052 | D:3      | 12052 ||| Stepping ~*~*~tactically~*~*~ (outnumbered).
 12054 | D:3      | 12054 ||| Stepping ~*~*~tactically~*~*~ (outnumbered).
 12056 | D:3      | 12056 ||| Stepping ~*~*~tactically~*~*~ (outnumbered).
 12058 | D:3      | 12058 ||| Stepping ~*~*~tactically~*~*~ (outnumbered).
 12060 | D:3      | 12060 ||| Stepping ~*~*~tactically~*~*~ (outnumbered).
 12062 | D:3      | 12062 ||| Stepping ~*~*~tactically~*~*~ (outnumbered).
 12064 | D:3      | 12064 ||| Stepping ~*~*~tactically~*~*~ (outnumbered).
 12066 | D:3      | 12066 ||| Stepping ~*~*~tactically~*~*~ (outnumbered).
 12068 | D:3      | 12068 ||| Stepping ~*~*~tactically~*~*~ (outnumbered).
 12070 | D:3      | 12070 ||| Stepping ~*~*~tactically~*~*~ (outnumbered).
 12072 | D:3      | 12072 ||| Stepping ~*~*~tactically~*~*~ (outnumbered).
 12074 | D:3      | 12074 ||| Stepping ~*~*~tactically~*~*~ (outnumbered).
 12076 | D:3      | 12076 ||| Stepping ~*~*~tactically~*~*~ (outnumbered).
 12078 | D:3      | 12078 ||| Stepping ~*~*~tactically~*~*~ (outnumbered).
 12080 | D:3      | 12080 ||| Stepping ~*~*~tactically~*~*~ (outnumbered).
 12082 | D:3      | 12082 ||| Stepping ~*~*~tactically~*~*~ (outnumbered).
 12084 | D:3      | 12084 ||| Stepping ~*~*~tactically~*~*~ (outnumbered).
 12086 | D:3      | 12086 ||| Stepping ~*~*~tactically~*~*~ (outnumbered).
 12088 | D:3      | 12088 ||| Stepping ~*~*~tactically~*~*~ (outnumbered).
 12090 | D:3      | 12090 ||| Stepping ~*~*~tactically~*~*~ (outnumbered).
 12092 | D:3      | 12092 ||| Stepping ~*~*~tactically~*~*~ (outnumbered).
 12094 | D:3      | 12094 ||| Stepping ~*~*~tactically~*~*~ (outnumbered).
 12096 | D:3      | 12096 ||| Stepping ~*~*~tactically~*~*~ (outnumbered).
 12098 | D:3      | 12098 ||| Stepping ~*~*~tactically~*~*~ (outnumbered).
 12100 | D:3      | 12100 ||| Stepping ~*~*~tactically~*~*~ (outnumbered).
 12102 | D:3      | 12102 ||| Stepping ~*~*~tactically~*~*~ (outnumbered).
 12104 | D:3      | 12104 ||| Stepping ~*~*~tactically~*~*~ (outnumbered).
 12106 | D:3      | 12106 ||| Stepping ~*~*~tactically~*~*~ (outnumbered).
 12108 | D:3      | 12108 ||| Stepping ~*~*~tactically~*~*~ (outnumbered).
 12110 | D:3      | 12110 ||| Stepping ~*~*~tactically~*~*~ (outnumbered).
 12112 | D:3      | 12112 ||| Stepping ~*~*~tactically~*~*~ (outnumbered).
 12114 | D:3      | 12114 ||| Stepping ~*~*~tactically~*~*~ (outnumbered).
 12116 | D:3      | 12116 ||| Stepping ~*~*~tactically~*~*~ (outnumbered).
 12118 | D:3      | 12118 ||| Stepping ~*~*~tactically~*~*~ (outnumbered).
 12120 | D:3      | 12120 ||| Stepping ~*~*~tactically~*~*~ (outnumbered).
 12122 | D:3      | 12122 ||| Stepping ~*~*~tactically~*~*~ (outnumbered).
 12124 | D:3      | 12124 ||| Stepping ~*~*~tactically~*~*~ (outnumbered).
 12126 | D:3      | 12126 ||| Stepping ~*~*~tactically~*~*~ (outnumbered).
 12128 | D:3      | 12128 ||| Stepping ~*~*~tactically~*~*~ (outnumbered).
 12130 | D:3      | 12130 ||| Stepping ~*~*~tactically~*~*~ (outnumbered).
 12132 | D:3      | 12132 ||| Stepping ~*~*~tactically~*~*~ (outnumbered).
 12134 | D:3      | 12134 ||| Stepping ~*~*~tactically~*~*~ (outnumbered).
 12136 | D:3      | 12136 ||| Stepping ~*~*~tactically~*~*~ (outnumbered).
 12138 | D:3      | 12138 ||| Stepping ~*~*~tactically~*~*~ (outnumbered).
 12140 | D:3      | 12140 ||| Stepping ~*~*~tactically~*~*~ (outnumbered).
 12142 | D:3      | 12142 ||| Stepping ~*~*~tactically~*~*~ (outnumbered).
 12144 | D:3      | 12144 ||| Stepping ~*~*~tactically~*~*~ (outnumbered).
 12146 | D:3      | 12146 ||| Stepping ~*~*~tactically~*~*~ (outnumbered).
 12148 | D:3      | 12148 ||| Stepping ~*~*~tactically~*~*~ (outnumbered).
 12150 | D:3      | 12150 ||| Stepping ~*~*~tactically~*~*~ (outnumbered).
 12152 | D:3      | 12152 ||| Stepping ~*~*~tactically~*~*~ (outnumbered).
 12154 | D:3      | 12154 ||| Stepping ~*~*~tactically~*~*~ (outnumbered).
 12156 | D:3      | 12156 ||| Stepping ~*~*~tactically~*~*~ (outnumbered).
 12158 | D:3      | 12158 ||| Stepping ~*~*~tactically~*~*~ (outnumbered).
 12160 | D:3      | 12160 ||| Stepping ~*~*~tactically~*~*~ (outnumbered).
 12162 | D:3      | 12162 ||| Stepping ~*~*~tactically~*~*~ (outnumbered).
 12164 | D:3      | 12164 ||| Stepping ~*~*~tactically~*~*~ (outnumbered).
 12166 | D:3      | 12166 ||| Stepping ~*~*~tactically~*~*~ (outnumbered).
 12168 | D:3      | 12168 ||| Stepping ~*~*~tactically~*~*~ (outnumbered).
 12170 | D:3      | 12170 ||| Stepping ~*~*~tactically~*~*~ (outnumbered).
 12172 | D:3      | 12172 ||| Stepping ~*~*~tactically~*~*~ (outnumbered).
 12174 | D:3      | 12174 ||| Stepping ~*~*~tactically~*~*~ (outnumbered).
 12176 | D:3      | 12176 ||| Stepping ~*~*~tactically~*~*~ (outnumbered).
 12178 | D:3      | 12178 ||| Stepping ~*~*~tactically~*~*~ (outnumbered).
 12180 | D:3      | 12180 ||| Stepping ~*~*~tactically~*~*~ (outnumbered).
 12182 | D:3      | 12182 ||| Stepping ~*~*~tactically~*~*~ (outnumbered).
 12184 | D:3      | 12184 ||| Stepping ~*~*~tactically~*~*~ (outnumbered).
 12186 | D:3      | 12186 ||| Stepping ~*~*~tactically~*~*~ (outnumbered).
 12188 | D:3      | 12188 ||| Stepping ~*~*~tactically~*~*~ (outnumbered).
 12190 | D:3      | 12190 ||| Stepping ~*~*~tactically~*~*~ (outnumbered).
 12192 | D:3      | 12192 ||| Stepping ~*~*~tactically~*~*~ (outnumbered).
 12194 | D:3      | 12194 ||| Stepping ~*~*~tactically~*~*~ (outnumbered).
 12196 | D:3      | 12196 ||| Stepping ~*~*~tactically~*~*~ (outnumbered).
 12198 | D:3      | 12198 ||| Stepping ~*~*~tactically~*~*~ (outnumbered).
 12200 | D:3      | 12200 ||| Stepping ~*~*~tactically~*~*~ (outnumbered).
 12202 | D:3      | 12202 ||| Stepping ~*~*~tactically~*~*~ (outnumbered).
 12204 | D:3      | 12204 ||| Stepping ~*~*~tactically~*~*~ (outnumbered).
 12206 | D:3      | 12206 ||| Stepping ~*~*~tactically~*~*~ (outnumbered).
 12208 | D:3      | 12208 ||| Stepping ~*~*~tactically~*~*~ (outnumbered).
 12210 | D:3      | 12210 ||| Stepping ~*~*~tactically~*~*~ (outnumbered).
 12212 | D:3      | 12212 ||| Stepping ~*~*~tactically~*~*~ (outnumbered).
 12214 | D:3      | 12214 ||| Stepping ~*~*~tactically~*~*~ (outnumbered).
 12216 | D:3      | 12216 ||| Stepping ~*~*~tactically~*~*~ (outnumbered).
 12218 | D:3      | 12218 ||| Stepping ~*~*~tactically~*~*~ (outnumbered).
 12220 | D:3      | 12220 ||| Stepping ~*~*~tactically~*~*~ (outnumbered).
 12222 | D:3      | 12222 ||| Stepping ~*~*~tactically~*~*~ (outnumbered).
 12224 | D:3      | 12224 ||| Stepping ~*~*~tactically~*~*~ (outnumbered).
 12226 | D:3      | 12226 ||| Stepping ~*~*~tactically~*~*~ (outnumbered).
 12228 | D:3      | 12228 ||| Stepping ~*~*~tactically~*~*~ (outnumbered).
 12230 | D:3      | 12230 ||| Stepping ~*~*~tactically~*~*~ (outnumbered).
 12232 | D:3      | 12232 ||| Stepping ~*~*~tactically~*~*~ (outnumbered).
 12234 | D:3      | 12234 ||| Stepping ~*~*~tactically~*~*~ (outnumbered).
 12236 | D:3      | 12236 ||| Stepping ~*~*~tactically~*~*~ (outnumbered).
 12238 | D:3      | 12238 ||| Stepping ~*~*~tactically~*~*~ (outnumbered).
 12240 | D:3      | 12240 ||| Stepping ~*~*~tactically~*~*~ (outnumbered).
 12242 | D:3      | 12242 ||| Stepping ~*~*~tactically~*~*~ (outnumbered).
 12244 | D:3      | 12244 ||| Stepping ~*~*~tactically~*~*~ (outnumbered).
 12246 | D:3      | 12246 ||| Stepping ~*~*~tactically~*~*~ (outnumbered).
 12248 | D:3      | 12248 ||| Stepping ~*~*~tactically~*~*~ (outnumbered).
 12250 | D:3      | 12250 ||| Stepping ~*~*~tactically~*~*~ (outnumbered).
 12252 | D:3      | 12252 ||| Stepping ~*~*~tactically~*~*~ (outnumbered).
 12254 | D:3      | 12254 ||| Stepping ~*~*~tactically~*~*~ (outnumbered).
 12256 | D:3      | 12256 ||| Stepping ~*~*~tactically~*~*~ (outnumbered).
 12258 | D:3      | 12258 ||| Stepping ~*~*~tactically~*~*~ (outnumbered).
 12260 | D:3      | 12260 ||| Stepping ~*~*~tactically~*~*~ (outnumbered).
 12262 | D:3      | 12262 ||| Stepping ~*~*~tactically~*~*~ (outnumbered).
 12264 | D:3      | 12264 ||| Stepping ~*~*~tactically~*~*~ (outnumbered).
 12266 | D:3      | 12266 ||| Stepping ~*~*~tactically~*~*~ (outnumbered).
 12268 | D:3      | 12268 ||| Stepping ~*~*~tactically~*~*~ (outnumbered).
 12270 | D:3      | 12270 ||| Stepping ~*~*~tactically~*~*~ (outnumbered).
 12272 | D:3      | 12272 ||| Stepping ~*~*~tactically~*~*~ (outnumbered).
 12274 | D:3      | 12274 ||| Stepping ~*~*~tactically~*~*~ (outnumbered).
 12276 | D:3      | 12276 ||| Stepping ~*~*~tactically~*~*~ (outnumbered).
 12278 | D:3      | 12278 ||| Stepping ~*~*~tactically~*~*~ (outnumbered).
 12280 | D:3      | 12280 ||| Stepping ~*~*~tactically~*~*~ (outnumbered).
 12282 | D:3      | 12282 ||| Stepping ~*~*~tactically~*~*~ (outnumbered).
 12284 | D:3      | 12284 ||| Stepping ~*~*~tactically~*~*~ (outnumbered).
 12286 | D:3      | 12286 ||| Stepping ~*~*~tactically~*~*~ (outnumbered).
 12288 | D:3      | 12288 ||| Stepping ~*~*~tactically~*~*~ (outnumbered).
 12290 | D:3      | 12290 ||| Stepping ~*~*~tactically~*~*~ (outnumbered).
 12292 | D:3      | 12292 ||| Stepping ~*~*~tactically~*~*~ (outnumbered).
 12294 | D:3      | 12294 ||| Stepping ~*~*~tactically~*~*~ (outnumbered).
 12296 | D:3      | 12296 ||| Stepping ~*~*~tactically~*~*~ (outnumbered).
 12298 | D:3      | 12298 ||| Stepping ~*~*~tactically~*~*~ (outnumbered).
 12300 | D:3      | 12300 ||| Stepping ~*~*~tactically~*~*~ (outnumbered).
 12302 | D:3      | 12302 ||| Stepping ~*~*~tactically~*~*~ (outnumbered).
 12304 | D:3      | 12304 ||| Stepping ~*~*~tactically~*~*~ (outnumbered).
 12306 | D:3      | 12306 ||| Stepping ~*~*~tactically~*~*~ (outnumbered).
 12308 | D:3      | 12308 ||| Stepping ~*~*~tactically~*~*~ (outnumbered).
 12310 | D:3      | 12310 ||| Stepping ~*~*~tactically~*~*~ (outnumbered).
 12312 | D:3      | 12312 ||| Stepping ~*~*~tactically~*~*~ (outnumbered).
 12314 | D:3      | 12314 ||| Stepping ~*~*~tactically~*~*~ (outnumbered).
 12316 | D:3      | 12316 ||| Stepping ~*~*~tactically~*~*~ (outnumbered).
 12318 | D:3      | 12318 ||| Stepping ~*~*~tactically~*~*~ (outnumbered).
 12320 | D:3      | 12320 ||| Stepping ~*~*~tactically~*~*~ (outnumbered).
 12322 | D:3      | 12322 ||| Stepping ~*~*~tactically~*~*~ (outnumbered).
 12324 | D:3      | 12324 ||| Stepping ~*~*~tactically~*~*~ (outnumbered).
 12326 | D:3      | 12326 ||| Stepping ~*~*~tactically~*~*~ (outnumbered).
 12328 | D:3      | 12328 ||| Stepping ~*~*~tactically~*~*~ (outnumbered).
 12330 | D:3      | 12330 ||| Stepping ~*~*~tactically~*~*~ (outnumbered).
 12332 | D:3      | 12332 ||| Stepping ~*~*~tactically~*~*~ (outnumbered).
 12334 | D:3      | 12334 ||| Stepping ~*~*~tactically~*~*~ (outnumbered).
 12336 | D:3      | 12336 ||| Stepping ~*~*~tactically~*~*~ (outnumbered).
 12338 | D:3      | 12338 ||| Stepping ~*~*~tactically~*~*~ (outnumbered).
 12340 | D:3      | 12340 ||| Stepping ~*~*~tactically~*~*~ (outnumbered).
 12342 | D:3      | 12342 ||| Stepping ~*~*~tactically~*~*~ (outnumbered).
 12344 | D:3      | 12344 ||| Stepping ~*~*~tactically~*~*~ (outnumbered).
 12346 | D:3      | 12346 ||| Stepping ~*~*~tactically~*~*~ (outnumbered).
 12348 | D:3      | 12348 ||| Stepping ~*~*~tactically~*~*~ (outnumbered).
 12350 | D:3      | 12350 ||| Stepping ~*~*~tactically~*~*~ (outnumbered).
 12352 | D:3      | 12352 ||| Stepping ~*~*~tactically~*~*~ (outnumbered).
 12354 | D:3      | 12354 ||| Stepping ~*~*~tactically~*~*~ (outnumbered).
 12356 | D:3      | 12356 ||| Stepping ~*~*~tactically~*~*~ (outnumbered).
 12358 | D:3      | 12358 ||| Stepping ~*~*~tactically~*~*~ (outnumbered).
 12360 | D:3      | 12360 ||| Stepping ~*~*~tactically~*~*~ (outnumbered).
 12362 | D:3      | 12362 ||| Stepping ~*~*~tactically~*~*~ (outnumbered).
 12364 | D:3      | 12364 ||| Stepping ~*~*~tactically~*~*~ (outnumbered).
 12366 | D:3      | 12366 ||| Stepping ~*~*~tactically~*~*~ (outnumbered).
 12368 | D:3      | 12368 ||| Stepping ~*~*~tactically~*~*~ (outnumbered).
 12370 | D:3      | 12370 ||| Stepping ~*~*~tactically~*~*~ (outnumbered).
 12372 | D:3      | 12372 ||| Stepping ~*~*~tactically~*~*~ (outnumbered).
 12374 | D:3      | 12374 ||| Stepping ~*~*~tactically~*~*~ (outnumbered).
 12376 | D:3      | 12376 ||| Stepping ~*~*~tactically~*~*~ (outnumbered).
 12378 | D:3      | 12378 ||| Stepping ~*~*~tactically~*~*~ (outnumbered).
 12380 | D:3      | 12380 ||| Stepping ~*~*~tactically~*~*~ (outnumbered).
 12382 | D:3      | 12382 ||| Stepping ~*~*~tactically~*~*~ (outnumbered).
 12384 | D:3      | 12384 ||| Stepping ~*~*~tactically~*~*~ (outnumbered).
 12386 | D:3      | 12386 ||| Stepping ~*~*~tactically~*~*~ (outnumbered).
 12388 | D:3      | 12388 ||| Stepping ~*~*~tactically~*~*~ (outnumbered).
 12390 | D:3      | 12390 ||| Stepping ~*~*~tactically~*~*~ (outnumbered).
 12392 | D:3      | 12392 ||| Stepping ~*~*~tactically~*~*~ (outnumbered).
 12394 | D:3      | 12394 ||| Stepping ~*~*~tactically~*~*~ (outnumbered).
 12396 | D:3      | 12396 ||| Stepping ~*~*~tactically~*~*~ (outnumbered).
 12398 | D:3      | 12398 ||| Stepping ~*~*~tactically~*~*~ (outnumbered).
 12400 | D:3      | 12400 ||| Stepping ~*~*~tactically~*~*~ (outnumbered).
 12402 | D:3      | 12402 ||| Stepping ~*~*~tactically~*~*~ (outnumbered).
 12404 | D:3      | 12404 ||| Stepping ~*~*~tactically~*~*~ (outnumbered).
 12406 | D:3      | 12406 ||| Stepping ~*~*~tactically~*~*~ (outnumbered).
 12408 | D:3      | 12408 ||| Stepping ~*~*~tactically~*~*~ (outnumbered).
 12410 | D:3      | 12410 ||| Stepping ~*~*~tactically~*~*~ (outnumbered).
 12412 | D:3      | 12412 ||| Stepping ~*~*~tactically~*~*~ (outnumbered).
 12414 | D:3      | 12414 ||| Stepping ~*~*~tactically~*~*~ (outnumbered).
 12416 | D:3      | 12416 ||| Stepping ~*~*~tactically~*~*~ (outnumbered).
 12418 | D:3      | 12418 ||| Stepping ~*~*~tactically~*~*~ (outnumbered).
 12420 | D:3      | 12420 ||| Stepping ~*~*~tactically~*~*~ (outnumbered).
 12422 | D:3      | 12422 ||| Stepping ~*~*~tactically~*~*~ (outnumbered).
 12424 | D:3      | 12424 ||| Stepping ~*~*~tactically~*~*~ (outnumbered).
 12426 | D:3      | 12426 ||| Stepping ~*~*~tactically~*~*~ (outnumbered).
 12428 | D:3      | 12428 ||| Stepping ~*~*~tactically~*~*~ (outnumbered).
 12430 | D:3      | 12430 ||| Stepping ~*~*~tactically~*~*~ (outnumbered).
 12432 | D:3      | 12432 ||| Stepping ~*~*~tactically~*~*~ (outnumbered).
 12434 | D:3      | 12434 ||| Stepping ~*~*~tactically~*~*~ (outnumbered).
 12436 | D:3      | 12436 ||| Stepping ~*~*~tactically~*~*~ (outnumbered).
 12438 | D:3      | 12438 ||| Stepping ~*~*~tactically~*~*~ (outnumbered).
 12440 | D:3      | 12440 ||| Stepping ~*~*~tactically~*~*~ (outnumbered).
 12442 | D:3      | 12442 ||| Stepping ~*~*~tactically~*~*~ (outnumbered).
 12444 | D:3      | 12444 ||| Stepping ~*~*~tactically~*~*~ (outnumbered).
 12446 | D:3      | 12446 ||| Stepping ~*~*~tactically~*~*~ (outnumbered).
 12448 | D:3      | 12448 ||| Stepping ~*~*~tactically~*~*~ (outnumbered).
 12450 | D:3      | 12450 ||| Stepping ~*~*~tactically~*~*~ (outnumbered).
 12452 | D:3      | 12452 ||| Stepping ~*~*~tactically~*~*~ (outnumbered).
 12454 | D:3      | 12454 ||| Stepping ~*~*~tactically~*~*~ (outnumbered).
 12456 | D:3      | 12456 ||| Stepping ~*~*~tactically~*~*~ (outnumbered).
 12458 | D:3      | 12458 ||| Stepping ~*~*~tactically~*~*~ (outnumbered).
 12460 | D:3      | 12460 ||| Stepping ~*~*~tactically~*~*~ (outnumbered).
 12462 | D:3      | 12462 ||| Stepping ~*~*~tactically~*~*~ (outnumbered).
 12464 | D:3      | 12464 ||| Stepping ~*~*~tactically~*~*~ (outnumbered).
 12466 | D:3      | 12466 ||| Stepping ~*~*~tactically~*~*~ (outnumbered).
 12468 | D:3      | 12468 ||| Stepping ~*~*~tactically~*~*~ (outnumbered).
 12470 | D:3      | 12470 ||| Stepping ~*~*~tactically~*~*~ (outnumbered).
 12472 | D:3      | 12472 ||| Stepping ~*~*~tactically~*~*~ (outnumbered).
 12474 | D:3      | 12474 ||| Stepping ~*~*~tactically~*~*~ (outnumbered).
 12476 | D:3      | 12476 ||| Stepping ~*~*~tactically~*~*~ (outnumbered).
 12478 | D:3      | 12478 ||| Stepping ~*~*~tactically~*~*~ (outnumbered).
 12480 | D:3      | 12480 ||| Stepping ~*~*~tactically~*~*~ (outnumbered).
 12482 | D:3      | 12482 ||| Stepping ~*~*~tactically~*~*~ (outnumbered).
 12484 | D:3      | 12484 ||| Stepping ~*~*~tactically~*~*~ (outnumbered).
 12486 | D:3      | 12486 ||| Stepping ~*~*~tactically~*~*~ (outnumbered).
 12488 | D:3      | 12488 ||| Stepping ~*~*~tactically~*~*~ (outnumbered).
 12490 | D:3      | 12490 ||| Stepping ~*~*~tactically~*~*~ (outnumbered).
 12492 | D:3      | 12492 ||| Stepping ~*~*~tactically~*~*~ (outnumbered).
 12494 | D:3      | 12494 ||| Stepping ~*~*~tactically~*~*~ (outnumbered).
 12496 | D:3      | 12496 ||| Stepping ~*~*~tactically~*~*~ (outnumbered).
 12498 | D:3      | 12498 ||| Stepping ~*~*~tactically~*~*~ (outnumbered).
 12500 | D:3      | 12500 ||| Stepping ~*~*~tactically~*~*~ (outnumbered).
 12502 | D:3      | 12502 ||| Stepping ~*~*~tactically~*~*~ (outnumbered).
 12504 | D:3      | 12504 ||| Stepping ~*~*~tactically~*~*~ (outnumbered).
 12506 | D:3      | 12506 ||| Stepping ~*~*~tactically~*~*~ (outnumbered).
 12508 | D:3      | 12508 ||| Stepping ~*~*~tactically~*~*~ (outnumbered).
 12510 | D:3      | 12510 ||| Stepping ~*~*~tactically~*~*~ (outnumbered).
 12512 | D:3      | 12512 ||| Stepping ~*~*~tactically~*~*~ (outnumbered).
 12514 | D:3      | 12514 ||| Stepping ~*~*~tactically~*~*~ (outnumbered).
 12516 | D:3      | 12516 ||| Stepping ~*~*~tactically~*~*~ (outnumbered).
 12518 | D:3      | 12518 ||| Stepping ~*~*~tactically~*~*~ (outnumbered).
 12520 | D:3      | 12520 ||| Stepping ~*~*~tactically~*~*~ (outnumbered).
 12522 | D:3      | 12522 ||| Stepping ~*~*~tactically~*~*~ (outnumbered).
 12524 | D:3      | 12524 ||| Stepping ~*~*~tactically~*~*~ (outnumbered).
 12526 | D:3      | 12526 ||| Stepping ~*~*~tactically~*~*~ (outnumbered).
 12528 | D:3      | 12528 ||| Stepping ~*~*~tactically~*~*~ (outnumbered).
 12530 | D:3      | 12530 ||| Stepping ~*~*~tactically~*~*~ (outnumbered).
 12532 | D:3      | 12532 ||| Stepping ~*~*~tactically~*~*~ (outnumbered).
 12534 | D:3      | 12534 ||| Stepping ~*~*~tactically~*~*~ (outnumbered).
 12536 | D:3      | 12536 ||| Stepping ~*~*~tactically~*~*~ (outnumbered).
 12538 | D:3      | 12538 ||| Stepping ~*~*~tactically~*~*~ (outnumbered).
 12540 | D:3      | 12540 ||| Stepping ~*~*~tactically~*~*~ (outnumbered).
 12542 | D:3      | 12542 ||| Stepping ~*~*~tactically~*~*~ (outnumbered).
 12544 | D:3      | 12544 ||| Stepping ~*~*~tactically~*~*~ (outnumbered).
 12546 | D:3      | 12546 ||| Stepping ~*~*~tactically~*~*~ (outnumbered).
 12548 | D:3      | 12548 ||| Stepping ~*~*~tactically~*~*~ (outnumbered).
 12550 | D:3      | 12550 ||| Stepping ~*~*~tactically~*~*~ (outnumbered).
 12552 | D:3      | 12552 ||| Stepping ~*~*~tactically~*~*~ (outnumbered).
 12554 | D:3      | 12554 ||| Stepping ~*~*~tactically~*~*~ (outnumbered).
 12556 | D:3      | 12556 ||| Stepping ~*~*~tactically~*~*~ (outnumbered).
 12558 | D:3      | 12558 ||| Stepping ~*~*~tactically~*~*~ (outnumbered).
 12560 | D:3      | 12560 ||| Stepping ~*~*~tactically~*~*~ (outnumbered).
 12562 | D:3      | 12562 ||| Stepping ~*~*~tactically~*~*~ (outnumbered).
 12564 | D:3      | 12564 ||| Stepping ~*~*~tactically~*~*~ (outnumbered).
 12566 | D:3      | 12566 ||| Stepping ~*~*~tactically~*~*~ (outnumbered).
 12568 | D:3      | 12568 ||| Stepping ~*~*~tactically~*~*~ (outnumbered).
 12570 | D:3      | 12570 ||| Stepping ~*~*~tactically~*~*~ (outnumbered).
 12572 | D:3      | 12572 ||| Stepping ~*~*~tactically~*~*~ (outnumbered).
 12574 | D:3      | 12574 ||| Stepping ~*~*~tactically~*~*~ (outnumbered).
 12576 | D:3      | 12576 ||| Stepping ~*~*~tactically~*~*~ (outnumbered).
 12578 | D:3      | 12578 ||| Stepping ~*~*~tactically~*~*~ (outnumbered).
 12580 | D:3      | 12580 ||| Stepping ~*~*~tactically~*~*~ (outnumbered).
 12582 | D:3      | 12582 ||| Stepping ~*~*~tactically~*~*~ (outnumbered).
 12584 | D:3      | 12584 ||| Stepping ~*~*~tactically~*~*~ (outnumbered).
 12586 | D:3      | 12586 ||| Stepping ~*~*~tactically~*~*~ (outnumbered).
 12588 | D:3      | 12588 ||| Stepping ~*~*~tactically~*~*~ (outnumbered).
 12590 | D:3      | 12590 ||| Stepping ~*~*~tactically~*~*~ (outnumbered).
 12592 | D:3      | 12592 ||| Stepping ~*~*~tactically~*~*~ (outnumbered).
 12594 | D:3      | 12594 ||| Stepping ~*~*~tactically~*~*~ (outnumbered).
 12596 | D:3      | 12596 ||| Stepping ~*~*~tactically~*~*~ (outnumbered).
 12598 | D:3      | 12598 ||| Stepping ~*~*~tactically~*~*~ (outnumbered).
 12600 | D:3      | 12600 ||| Stepping ~*~*~tactically~*~*~ (outnumbered).
 12602 | D:3      | 12602 ||| Stepping ~*~*~tactically~*~*~ (outnumbered).
 12604 | D:3      | 12604 ||| Stepping ~*~*~tactically~*~*~ (outnumbered).
 12606 | D:3      | 12606 ||| Stepping ~*~*~tactically~*~*~ (outnumbered).
 12608 | D:3      | 12608 ||| Stepping ~*~*~tactically~*~*~ (outnumbered).
 12610 | D:3      | 12610 ||| Stepping ~*~*~tactically~*~*~ (outnumbered).
 12612 | D:3      | 12612 ||| Stepping ~*~*~tactically~*~*~ (outnumbered).
 12614 | D:3      | 12614 ||| Stepping ~*~*~tactically~*~*~ (outnumbered).
 12616 | D:3      | 12616 ||| Stepping ~*~*~tactically~*~*~ (outnumbered).
 12618 | D:3      | 12618 ||| Stepping ~*~*~tactically~*~*~ (outnumbered).
 12620 | D:3      | 12620 ||| Stepping ~*~*~tactically~*~*~ (outnumbered).
 12622 | D:3      | 12622 ||| Stepping ~*~*~tactically~*~*~ (outnumbered).
 12624 | D:3      | 12624 ||| Stepping ~*~*~tactically~*~*~ (outnumbered).
 12626 | D:3      | 12626 ||| Stepping ~*~*~tactically~*~*~ (outnumbered).
 12628 | D:3      | 12628 ||| Stepping ~*~*~tactically~*~*~ (outnumbered).
 12630 | D:3      | 12630 ||| Stepping ~*~*~tactically~*~*~ (outnumbered).
 12632 | D:3      | 12632 ||| Stepping ~*~*~tactically~*~*~ (outnumbered).
 12634 | D:3      | 12634 ||| Stepping ~*~*~tactically~*~*~ (outnumbered).
 12636 | D:3      | 12636 ||| Stepping ~*~*~tactically~*~*~ (outnumbered).
 12638 | D:3      | 12638 ||| Stepping ~*~*~tactically~*~*~ (outnumbered).
 12640 | D:3      | 12640 ||| Stepping ~*~*~tactically~*~*~ (outnumbered).
 12642 | D:3      | 12642 ||| Stepping ~*~*~tactically~*~*~ (outnumbered).
 12644 | D:3      | 12644 ||| Stepping ~*~*~tactically~*~*~ (outnumbered).
 12646 | D:3      | 12646 ||| Stepping ~*~*~tactically~*~*~ (outnumbered).
 12648 | D:3      | 12648 ||| Stepping ~*~*~tactically~*~*~ (outnumbered).
 12650 | D:3      | 12650 ||| Stepping ~*~*~tactically~*~*~ (outnumbered).
 12652 | D:3      | 12652 ||| Stepping ~*~*~tactically~*~*~ (outnumbered).
 12654 | D:3      | 12654 ||| Stepping ~*~*~tactically~*~*~ (outnumbered).
 12656 | D:3      | 12656 ||| Stepping ~*~*~tactically~*~*~ (outnumbered).
 12658 | D:3      | 12658 ||| Stepping ~*~*~tactically~*~*~ (outnumbered).
 12660 | D:3      | 12660 ||| Stepping ~*~*~tactically~*~*~ (outnumbered).
 12662 | D:3      | 12662 ||| Stepping ~*~*~tactically~*~*~ (outnumbered).
 12664 | D:3      | 12664 ||| Stepping ~*~*~tactically~*~*~ (outnumbered).
 12666 | D:3      | 12666 ||| Stepping ~*~*~tactically~*~*~ (outnumbered).
 12668 | D:3      | 12668 ||| Stepping ~*~*~tactically~*~*~ (outnumbered).
 12670 | D:3      | 12670 ||| Stepping ~*~*~tactically~*~*~ (outnumbered).
 12672 | D:3      | 12672 ||| Stepping ~*~*~tactically~*~*~ (outnumbered).
 12674 | D:3      | 12674 ||| Stepping ~*~*~tactically~*~*~ (outnumbered).
 12676 | D:3      | 12676 ||| Stepping ~*~*~tactically~*~*~ (outnumbered).
 12678 | D:3      | 12678 ||| Stepping ~*~*~tactically~*~*~ (outnumbered).
 12680 | D:3      | 12680 ||| Stepping ~*~*~tactically~*~*~ (outnumbered).
 12682 | D:3      | 12682 ||| Stepping ~*~*~tactically~*~*~ (outnumbered).
 12684 | D:3      | 12684 ||| Stepping ~*~*~tactically~*~*~ (outnumbered).
 12686 | D:3      | 12686 ||| Stepping ~*~*~tactically~*~*~ (outnumbered).
 12688 | D:3      | 12688 ||| Stepping ~*~*~tactically~*~*~ (outnumbered).
 12690 | D:3      | 12690 ||| Stepping ~*~*~tactically~*~*~ (outnumbered).
 12692 | D:3      | 12692 ||| Stepping ~*~*~tactically~*~*~ (outnumbered).
 12694 | D:3      | 12694 ||| Stepping ~*~*~tactically~*~*~ (outnumbered).
 12696 | D:3      | 12696 ||| Stepping ~*~*~tactically~*~*~ (outnumbered).
 12698 | D:3      | 12698 ||| Stepping ~*~*~tactically~*~*~ (outnumbered).
 12700 | D:3      | 12700 ||| Stepping ~*~*~tactically~*~*~ (outnumbered).
 12702 | D:3      | 12702 ||| Stepping ~*~*~tactically~*~*~ (outnumbered).
 12704 | D:3      | 12704 ||| Stepping ~*~*~tactically~*~*~ (outnumbered).
 12706 | D:3      | 12706 ||| Stepping ~*~*~tactically~*~*~ (outnumbered).
 12708 | D:3      | 12708 ||| Stepping ~*~*~tactically~*~*~ (outnumbered).
 12710 | D:3      | 12710 ||| Stepping ~*~*~tactically~*~*~ (outnumbered).
 12712 | D:3      | 12712 ||| Stepping ~*~*~tactically~*~*~ (outnumbered).
 12714 | D:3      | 12714 ||| Stepping ~*~*~tactically~*~*~ (outnumbered).
 12716 | D:3      | 12716 ||| Stepping ~*~*~tactically~*~*~ (outnumbered).
 12718 | D:3      | 12718 ||| Stepping ~*~*~tactically~*~*~ (outnumbered).
 12720 | D:3      | 12720 ||| Stepping ~*~*~tactically~*~*~ (outnumbered).
 12722 | D:3      | 12722 ||| Stepping ~*~*~tactically~*~*~ (outnumbered).
 12724 | D:3      | 12724 ||| Stepping ~*~*~tactically~*~*~ (outnumbered).
 12726 | D:3      | 12726 ||| Stepping ~*~*~tactically~*~*~ (outnumbered).
 12728 | D:3      | 12728 ||| Stepping ~*~*~tactically~*~*~ (outnumbered).
 12730 | D:3      | 12730 ||| Stepping ~*~*~tactically~*~*~ (outnumbered).
 12732 | D:3      | 12732 ||| Stepping ~*~*~tactically~*~*~ (outnumbered).
 12734 | D:3      | 12734 ||| Stepping ~*~*~tactically~*~*~ (outnumbered).
 12736 | D:3      | 12736 ||| Stepping ~*~*~tactically~*~*~ (outnumbered).
 12738 | D:3      | 12738 ||| Stepping ~*~*~tactically~*~*~ (outnumbered).
 12740 | D:3      | 12740 ||| Stepping ~*~*~tactically~*~*~ (outnumbered).
 12742 | D:3      | 12742 ||| Stepping ~*~*~tactically~*~*~ (outnumbered).
 12744 | D:3      | 12744 ||| Stepping ~*~*~tactically~*~*~ (outnumbered).
 12746 | D:3      | 12746 ||| Stepping ~*~*~tactically~*~*~ (outnumbered).
 12748 | D:3      | 12748 ||| Stepping ~*~*~tactically~*~*~ (outnumbered).
 12750 | D:3      | 12750 ||| Stepping ~*~*~tactically~*~*~ (outnumbered).
 12752 | D:3      | 12752 ||| Stepping ~*~*~tactically~*~*~ (outnumbered).
 12754 | D:3      | 12754 ||| Stepping ~*~*~tactically~*~*~ (outnumbered).
 12756 | D:3      | 12756 ||| Stepping ~*~*~tactically~*~*~ (outnumbered).
 12758 | D:3      | 12758 ||| Stepping ~*~*~tactically~*~*~ (outnumbered).
 12760 | D:3      | 12760 ||| Stepping ~*~*~tactically~*~*~ (outnumbered).
 12762 | D:3      | 12762 ||| Stepping ~*~*~tactically~*~*~ (outnumbered).
 12764 | D:3      | 12764 ||| Stepping ~*~*~tactically~*~*~ (outnumbered).
 12766 | D:3      | 12766 ||| Stepping ~*~*~tactically~*~*~ (outnumbered).
 12768 | D:3      | 12768 ||| Stepping ~*~*~tactically~*~*~ (outnumbered).
 12770 | D:3      | 12770 ||| Stepping ~*~*~tactically~*~*~ (outnumbered).
 12772 | D:3      | 12772 ||| Stepping ~*~*~tactically~*~*~ (outnumbered).
 12774 | D:3      | 12774 ||| Stepping ~*~*~tactically~*~*~ (outnumbered).
 12776 | D:3      | 12776 ||| Stepping ~*~*~tactically~*~*~ (outnumbered).
 12778 | D:3      | 12778 ||| Stepping ~*~*~tactically~*~*~ (outnumbered).
 12780 | D:3      | 12780 ||| Stepping ~*~*~tactically~*~*~ (outnumbered).
 12782 | D:3      | 12782 ||| Stepping ~*~*~tactically~*~*~ (outnumbered).
 12784 | D:3      | 12784 ||| Stepping ~*~*~tactically~*~*~ (outnumbered).
 12786 | D:3      | 12786 ||| Stepping ~*~*~tactically~*~*~ (outnumbered).
 12788 | D:3      | 12788 ||| Stepping ~*~*~tactically~*~*~ (outnumbered).
 12790 | D:3      | 12790 ||| Stepping ~*~*~tactically~*~*~ (outnumbered).
 12792 | D:3      | 12792 ||| Stepping ~*~*~tactically~*~*~ (outnumbered).
 12794 | D:3      | 12794 ||| Stepping ~*~*~tactically~*~*~ (outnumbered).
 12796 | D:3      | 12796 ||| Stepping ~*~*~tactically~*~*~ (outnumbered).
 12798 | D:3      | 12798 ||| Stepping ~*~*~tactically~*~*~ (outnumbered).
 12800 | D:3      | 12800 ||| Stepping ~*~*~tactically~*~*~ (outnumbered).
 12802 | D:3      | 12802 ||| Stepping ~*~*~tactically~*~*~ (outnumbered).
 12804 | D:3      | 12804 ||| Stepping ~*~*~tactically~*~*~ (outnumbered).
 12806 | D:3      | 12806 ||| Stepping ~*~*~tactically~*~*~ (outnumbered).
 12808 | D:3      | 12808 ||| Stepping ~*~*~tactically~*~*~ (outnumbered).
 12810 | D:3      | 12810 ||| Stepping ~*~*~tactically~*~*~ (outnumbered).
 12812 | D:3      | 12812 ||| Stepping ~*~*~tactically~*~*~ (outnumbered).
 12814 | D:3      | 12814 ||| Stepping ~*~*~tactically~*~*~ (outnumbered).
 12816 | D:3      | 12816 ||| Stepping ~*~*~tactically~*~*~ (outnumbered).
 12818 | D:3      | 12818 ||| Stepping ~*~*~tactically~*~*~ (outnumbered).
 12820 | D:3      | 12820 ||| Stepping ~*~*~tactically~*~*~ (outnumbered).
 12822 | D:3      | 12822 ||| Stepping ~*~*~tactically~*~*~ (outnumbered).
 12824 | D:3      | 12824 ||| Stepping ~*~*~tactically~*~*~ (outnumbered).
 12826 | D:3      | 12826 ||| Stepping ~*~*~tactically~*~*~ (outnumbered).
 12828 | D:3      | 12828 ||| Stepping ~*~*~tactically~*~*~ (outnumbered).
 12830 | D:3      | 12830 ||| Stepping ~*~*~tactically~*~*~ (outnumbered).
 12832 | D:3      | 12832 ||| Stepping ~*~*~tactically~*~*~ (outnumbered).
 12834 | D:3      | 12834 ||| Stepping ~*~*~tactically~*~*~ (outnumbered).
 12836 | D:3      | 12836 ||| Stepping ~*~*~tactically~*~*~ (outnumbered).
 12838 | D:3      | 12838 ||| Stepping ~*~*~tactically~*~*~ (outnumbered).
 12840 | D:3      | 12840 ||| Stepping ~*~*~tactically~*~*~ (outnumbered).
 12842 | D:3      | 12842 ||| Stepping ~*~*~tactically~*~*~ (outnumbered).
 12844 | D:3      | 12844 ||| Stepping ~*~*~tactically~*~*~ (outnumbered).
 12846 | D:3      | 12846 ||| Stepping ~*~*~tactically~*~*~ (outnumbered).
 12848 | D:3      | 12848 ||| Stepping ~*~*~tactically~*~*~ (outnumbered).
 12850 | D:3      | 12850 ||| Stepping ~*~*~tactically~*~*~ (outnumbered).
 12852 | D:3      | 12852 ||| Stepping ~*~*~tactically~*~*~ (outnumbered).
 12854 | D:3      | 12854 ||| Stepping ~*~*~tactically~*~*~ (outnumbered).
 12856 | D:3      | 12856 ||| Stepping ~*~*~tactically~*~*~ (outnumbered).
 12858 | D:3      | 12858 ||| Stepping ~*~*~tactically~*~*~ (outnumbered).
 12860 | D:3      | 12860 ||| Stepping ~*~*~tactically~*~*~ (outnumbered).
 12862 | D:3      | 12862 ||| Stepping ~*~*~tactically~*~*~ (outnumbered).
 12864 | D:3      | 12864 ||| Stepping ~*~*~tactically~*~*~ (outnumbered).
 12866 | D:3      | 12866 ||| Stepping ~*~*~tactically~*~*~ (outnumbered).
 12868 | D:3      | 12868 ||| Stepping ~*~*~tactically~*~*~ (outnumbered).
 12870 | D:3      | 12870 ||| Stepping ~*~*~tactically~*~*~ (outnumbered).
 12872 | D:3      | 12872 ||| Stepping ~*~*~tactically~*~*~ (outnumbered).
 12874 | D:3      | 12874 ||| Stepping ~*~*~tactically~*~*~ (outnumbered).
 12876 | D:3      | 12876 ||| Stepping ~*~*~tactically~*~*~ (outnumbered).
 12878 | D:3      | 12878 ||| Stepping ~*~*~tactically~*~*~ (outnumbered).
 12880 | D:3      | 12880 ||| Stepping ~*~*~tactically~*~*~ (outnumbered).
 12882 | D:3      | 12882 ||| Stepping ~*~*~tactically~*~*~ (outnumbered).
 12884 | D:3      | 12884 ||| Stepping ~*~*~tactically~*~*~ (outnumbered).
 12886 | D:3      | 12886 ||| Stepping ~*~*~tactically~*~*~ (outnumbered).
 12888 | D:3      | 12888 ||| Stepping ~*~*~tactically~*~*~ (outnumbered).
 12890 | D:3      | 12890 ||| Stepping ~*~*~tactically~*~*~ (outnumbered).
 12892 | D:3      | 12892 ||| Stepping ~*~*~tactically~*~*~ (outnumbered).
 12894 | D:3      | 12894 ||| Stepping ~*~*~tactically~*~*~ (outnumbered).
 12896 | D:3      | 12896 ||| Stepping ~*~*~tactically~*~*~ (outnumbered).
 12898 | D:3      | 12898 ||| Stepping ~*~*~tactically~*~*~ (outnumbered).
 12900 | D:3      | 12900 ||| Stepping ~*~*~tactically~*~*~ (outnumbered).
 12902 | D:3      | 12902 ||| Stepping ~*~*~tactically~*~*~ (outnumbered).
 12904 | D:3      | 12904 ||| Stepping ~*~*~tactically~*~*~ (outnumbered).
 12906 | D:3      | 12906 ||| Stepping ~*~*~tactically~*~*~ (outnumbered).
 12908 | D:3      | 12908 ||| Stepping ~*~*~tactically~*~*~ (outnumbered).
 12910 | D:3      | 12910 ||| Stepping ~*~*~tactically~*~*~ (outnumbered).
 12912 | D:3      | 12912 ||| Stepping ~*~*~tactically~*~*~ (outnumbered).
 12914 | D:3      | 12914 ||| Stepping ~*~*~tactically~*~*~ (outnumbered).
 12916 | D:3      | 12916 ||| Stepping ~*~*~tactically~*~*~ (outnumbered).
 12918 | D:3      | 12918 ||| Stepping ~*~*~tactically~*~*~ (outnumbered).
 12920 | D:3      | 12920 ||| Stepping ~*~*~tactically~*~*~ (outnumbered).
 12922 | D:3      | 12922 ||| Stepping ~*~*~tactically~*~*~ (outnumbered).
 12924 | D:3      | 12924 ||| Stepping ~*~*~tactically~*~*~ (outnumbered).
 12926 | D:3      | 12926 ||| Stepping ~*~*~tactically~*~*~ (outnumbered).
 12928 | D:3      | 12928 ||| Stepping ~*~*~tactically~*~*~ (outnumbered).
 12930 | D:3      | 12930 ||| Stepping ~*~*~tactically~*~*~ (outnumbered).
 12932 | D:3      | 12932 ||| Stepping ~*~*~tactically~*~*~ (outnumbered).
 12934 | D:3      | 12934 ||| Stepping ~*~*~tactically~*~*~ (outnumbered).
 12936 | D:3      | 12936 ||| Stepping ~*~*~tactically~*~*~ (outnumbered).
 12938 | D:3      | 12938 ||| Stepping ~*~*~tactically~*~*~ (outnumbered).
 12940 | D:3      | 12940 ||| Stepping ~*~*~tactically~*~*~ (outnumbered).
 12942 | D:3      | 12942 ||| Stepping ~*~*~tactically~*~*~ (outnumbered).
 12944 | D:3      | 12944 ||| Stepping ~*~*~tactically~*~*~ (outnumbered).
 12946 | D:3      | 12946 ||| Stepping ~*~*~tactically~*~*~ (outnumbered).
 12948 | D:3      | 12948 ||| Stepping ~*~*~tactically~*~*~ (outnumbered).
 12950 | D:3      | 12950 ||| Stepping ~*~*~tactically~*~*~ (outnumbered).
 12952 | D:3      | 12952 ||| Stepping ~*~*~tactically~*~*~ (outnumbered).
 12954 | D:3      | 12954 ||| Stepping ~*~*~tactically~*~*~ (outnumbered).
 12956 | D:3      | 12956 ||| Stepping ~*~*~tactically~*~*~ (outnumbered).
 12958 | D:3      | 12958 ||| Stepping ~*~*~tactically~*~*~ (outnumbered).
 12960 | D:3      | 12960 ||| Stepping ~*~*~tactically~*~*~ (outnumbered).
 12962 | D:3      | 12962 ||| Stepping ~*~*~tactically~*~*~ (outnumbered).
 12964 | D:3      | 12964 ||| Stepping ~*~*~tactically~*~*~ (outnumbered).
 12966 | D:3      | 12966 ||| Stepping ~*~*~tactically~*~*~ (outnumbered).
 12968 | D:3      | 12968 ||| Stepping ~*~*~tactically~*~*~ (outnumbered).
 12970 | D:3      | 12970 ||| Stepping ~*~*~tactically~*~*~ (outnumbered).
 12972 | D:3      | 12972 ||| Stepping ~*~*~tactically~*~*~ (outnumbered).
 12974 | D:3      | 12974 ||| Stepping ~*~*~tactically~*~*~ (outnumbered).
 12976 | D:3      | 12976 ||| Stepping ~*~*~tactically~*~*~ (outnumbered).
 12978 | D:3      | 12978 ||| Stepping ~*~*~tactically~*~*~ (outnumbered).
 12980 | D:3      | 12980 ||| Stepping ~*~*~tactically~*~*~ (outnumbered).
 12982 | D:3      | 12982 ||| Stepping ~*~*~tactically~*~*~ (outnumbered).
 12984 | D:3      | 12984 ||| Stepping ~*~*~tactically~*~*~ (outnumbered).
 12986 | D:3      | 12986 ||| Stepping ~*~*~tactically~*~*~ (outnumbered).
 12988 | D:3      | 12988 ||| Stepping ~*~*~tactically~*~*~ (outnumbered).
 12990 | D:3      | 12990 ||| Stepping ~*~*~tactically~*~*~ (outnumbered).
 12992 | D:3      | 12992 ||| Stepping ~*~*~tactically~*~*~ (outnumbered).
 12994 | D:3      | 12994 ||| Stepping ~*~*~tactically~*~*~ (outnumbered).
 12996 | D:3      | 12996 ||| Stepping ~*~*~tactically~*~*~ (outnumbered).
 12998 | D:3      | 12998 ||| Stepping ~*~*~tactically~*~*~ (outnumbered).
 13000 | D:3      | 13000 ||| Stepping ~*~*~tactically~*~*~ (outnumbered).
 13002 | D:3      | 13002 ||| Stepping ~*~*~tactically~*~*~ (outnumbered).
 13004 | D:3      | 13004 ||| Stepping ~*~*~tactically~*~*~ (outnumbered).
 13006 | D:3      | 13006 ||| Stepping ~*~*~tactically~*~*~ (outnumbered).
 13008 | D:3      | 13008 ||| Stepping ~*~*~tactically~*~*~ (outnumbered).
 13010 | D:3      | 13010 ||| Stepping ~*~*~tactically~*~*~ (outnumbered).
 13012 | D:3      | 13012 ||| Stepping ~*~*~tactically~*~*~ (outnumbered).
 13014 | D:3      | 13014 ||| Stepping ~*~*~tactically~*~*~ (outnumbered).
 13016 | D:3      | 13016 ||| Stepping ~*~*~tactically~*~*~ (outnumbered).
 13018 | D:3      | 13018 ||| Stepping ~*~*~tactically~*~*~ (outnumbered).
 13020 | D:3      | 13020 ||| Stepping ~*~*~tactically~*~*~ (outnumbered).
 13022 | D:3      | 13022 ||| Stepping ~*~*~tactically~*~*~ (outnumbered).
 13024 | D:3      | 13024 ||| Stepping ~*~*~tactically~*~*~ (outnumbered).
 13026 | D:3      | 13026 ||| Stepping ~*~*~tactically~*~*~ (outnumbered).
 13028 | D:3      | 13028 ||| Stepping ~*~*~tactically~*~*~ (outnumbered).
 13030 | D:3      | 13030 ||| Stepping ~*~*~tactically~*~*~ (outnumbered).
 13032 | D:3      | 13032 ||| Stepping ~*~*~tactically~*~*~ (outnumbered).
 13034 | D:3      | 13034 ||| Stepping ~*~*~tactically~*~*~ (outnumbered).
 13036 | D:3      | 13036 ||| Stepping ~*~*~tactically~*~*~ (outnumbered).
 13038 | D:3      | 13038 ||| Stepping ~*~*~tactically~*~*~ (outnumbered).
 13040 | D:3      | 13040 ||| Stepping ~*~*~tactically~*~*~ (outnumbered).
 13042 | D:3      | 13042 ||| Stepping ~*~*~tactically~*~*~ (outnumbered).
 13044 | D:3      | 13044 ||| Stepping ~*~*~tactically~*~*~ (outnumbered).
 13046 | D:3      | 13046 ||| Stepping ~*~*~tactically~*~*~ (outnumbered).
 13048 | D:3      | 13048 ||| Stepping ~*~*~tactically~*~*~ (outnumbered).
 13050 | D:3      | 13050 ||| Stepping ~*~*~tactically~*~*~ (outnumbered).
 13052 | D:3      | 13052 ||| Stepping ~*~*~tactically~*~*~ (outnumbered).
 13054 | D:3      | 13054 ||| Stepping ~*~*~tactically~*~*~ (outnumbered).
 13056 | D:3      | 13056 ||| Stepping ~*~*~tactically~*~*~ (outnumbered).
 13058 | D:3      | 13058 ||| Stepping ~*~*~tactically~*~*~ (outnumbered).
 13060 | D:3      | 13060 ||| Stepping ~*~*~tactically~*~*~ (outnumbered).
 13062 | D:3      | 13062 ||| Stepping ~*~*~tactically~*~*~ (outnumbered).
 13064 | D:3      | 13064 ||| Stepping ~*~*~tactically~*~*~ (outnumbered).
 13066 | D:3      | 13066 ||| Stepping ~*~*~tactically~*~*~ (outnumbered).
 13068 | D:3      | 13068 ||| Stepping ~*~*~tactically~*~*~ (outnumbered).
 13070 | D:3      | 13070 ||| Stepping ~*~*~tactically~*~*~ (outnumbered).
 13072 | D:3      | 13072 ||| Stepping ~*~*~tactically~*~*~ (outnumbered).
 13074 | D:3      | 13074 ||| Stepping ~*~*~tactically~*~*~ (outnumbered).
 13076 | D:3      | 13076 ||| Stepping ~*~*~tactically~*~*~ (outnumbered).
 13078 | D:3      | 13078 ||| Stepping ~*~*~tactically~*~*~ (outnumbered).
 13080 | D:3      | 13080 ||| Stepping ~*~*~tactically~*~*~ (outnumbered).
 13082 | D:3      | 13082 ||| Stepping ~*~*~tactically~*~*~ (outnumbered).
 13084 | D:3      | 13084 ||| Stepping ~*~*~tactically~*~*~ (outnumbered).
 13086 | D:3      | 13086 ||| Stepping ~*~*~tactically~*~*~ (outnumbered).
 13088 | D:3      | 13088 ||| Stepping ~*~*~tactically~*~*~ (outnumbered).
 13090 | D:3      | 13090 ||| Stepping ~*~*~tactically~*~*~ (outnumbered).
 13092 | D:3      | 13092 ||| Stepping ~*~*~tactically~*~*~ (outnumbered).
 13094 | D:3      | 13094 ||| Stepping ~*~*~tactically~*~*~ (outnumbered).
 13096 | D:3      | 13096 ||| Stepping ~*~*~tactically~*~*~ (outnumbered).
 13098 | D:3      | 13098 ||| Stepping ~*~*~tactically~*~*~ (outnumbered).
 13100 | D:3      | 13100 ||| Stepping ~*~*~tactically~*~*~ (outnumbered).
 13102 | D:3      | 13102 ||| Stepping ~*~*~tactically~*~*~ (outnumbered).
 13104 | D:3      | 13104 ||| Stepping ~*~*~tactically~*~*~ (outnumbered).
 13106 | D:3      | 13106 ||| Stepping ~*~*~tactically~*~*~ (outnumbered).
 13108 | D:3      | 13108 ||| Stepping ~*~*~tactically~*~*~ (outnumbered).
 13110 | D:3      | 13110 ||| Stepping ~*~*~tactically~*~*~ (outnumbered).
 13112 | D:3      | 13112 ||| Stepping ~*~*~tactically~*~*~ (outnumbered).
 13114 | D:3      | 13114 ||| Stepping ~*~*~tactically~*~*~ (outnumbered).
 13116 | D:3      | 13116 ||| Stepping ~*~*~tactically~*~*~ (outnumbered).
 13118 | D:3      | 13118 ||| Stepping ~*~*~tactically~*~*~ (outnumbered).
 13120 | D:3      | 13120 ||| Stepping ~*~*~tactically~*~*~ (outnumbered).
 13122 | D:3      | 13122 ||| Stepping ~*~*~tactically~*~*~ (outnumbered).
 13124 | D:3      | 13124 ||| Stepping ~*~*~tactically~*~*~ (outnumbered).
 13126 | D:3      | 13126 ||| Stepping ~*~*~tactically~*~*~ (outnumbered).
 13128 | D:3      | 13128 ||| Stepping ~*~*~tactically~*~*~ (outnumbered).
 13130 | D:3      | 13130 ||| Stepping ~*~*~tactically~*~*~ (outnumbered).
 13132 | D:3      | 13132 ||| Stepping ~*~*~tactically~*~*~ (outnumbered).
 13134 | D:3      | 13134 ||| Stepping ~*~*~tactically~*~*~ (outnumbered).
 13136 | D:3      | 13136 ||| Stepping ~*~*~tactically~*~*~ (outnumbered).
 13138 | D:3      | 13138 ||| Stepping ~*~*~tactically~*~*~ (outnumbered).
 13140 | D:3      | 13140 ||| Stepping ~*~*~tactically~*~*~ (outnumbered).
 13142 | D:3      | 13142 ||| Stepping ~*~*~tactically~*~*~ (outnumbered).
 13144 | D:3      | 13144 ||| Stepping ~*~*~tactically~*~*~ (outnumbered).
 13146 | D:3      | 13146 ||| Stepping ~*~*~tactically~*~*~ (outnumbered).
 13148 | D:3      | 13148 ||| Stepping ~*~*~tactically~*~*~ (outnumbered).
 13150 | D:3      | 13150 ||| Stepping ~*~*~tactically~*~*~ (outnumbered).
 13152 | D:3      | 13152 ||| Stepping ~*~*~tactically~*~*~ (outnumbered).
 13154 | D:3      | 13154 ||| Stepping ~*~*~tactically~*~*~ (outnumbered).
 13156 | D:3      | 13156 ||| Stepping ~*~*~tactically~*~*~ (outnumbered).
 13158 | D:3      | 13158 ||| Stepping ~*~*~tactically~*~*~ (outnumbered).
 13160 | D:3      | 13160 ||| Stepping ~*~*~tactically~*~*~ (outnumbered).
 13162 | D:3      | 13162 ||| Stepping ~*~*~tactically~*~*~ (outnumbered).
 13164 | D:3      | 13164 ||| Stepping ~*~*~tactically~*~*~ (outnumbered).
 13166 | D:3      | 13166 ||| Stepping ~*~*~tactically~*~*~ (outnumbered).
 13168 | D:3      | 13168 ||| Stepping ~*~*~tactically~*~*~ (outnumbered).
 13170 | D:3      | 13170 ||| Stepping ~*~*~tactically~*~*~ (outnumbered).
 13172 | D:3      | 13172 ||| Stepping ~*~*~tactically~*~*~ (outnumbered).
 13174 | D:3      | 13174 ||| Stepping ~*~*~tactically~*~*~ (outnumbered).
 13176 | D:3      | 13176 ||| Stepping ~*~*~tactically~*~*~ (outnumbered).
 13178 | D:3      | 13178 ||| Stepping ~*~*~tactically~*~*~ (outnumbered).
 13180 | D:3      | 13180 ||| Stepping ~*~*~tactically~*~*~ (outnumbered).
 13182 | D:3      | 13182 ||| Stepping ~*~*~tactically~*~*~ (outnumbered).
 13184 | D:3      | 13184 ||| Stepping ~*~*~tactically~*~*~ (outnumbered).
 13186 | D:3      | 13186 ||| Stepping ~*~*~tactically~*~*~ (outnumbered).
 13188 | D:3      | 13188 ||| Stepping ~*~*~tactically~*~*~ (outnumbered).
 13190 | D:3      | 13190 ||| Stepping ~*~*~tactically~*~*~ (outnumbered).
 13192 | D:3      | 13192 ||| Stepping ~*~*~tactically~*~*~ (outnumbered).
 13194 | D:3      | 13194 ||| Stepping ~*~*~tactically~*~*~ (outnumbered).
 13196 | D:3      | 13196 ||| Stepping ~*~*~tactically~*~*~ (outnumbered).
 13198 | D:3      | 13198 ||| Stepping ~*~*~tactically~*~*~ (outnumbered).
 13200 | D:3      | 13200 ||| Stepping ~*~*~tactically~*~*~ (outnumbered).
 13202 | D:3      | 13202 ||| Stepping ~*~*~tactically~*~*~ (outnumbered).
 13204 | D:3      | 13204 ||| Stepping ~*~*~tactically~*~*~ (outnumbered).
 13206 | D:3      | 13206 ||| Stepping ~*~*~tactically~*~*~ (outnumbered).
 13208 | D:3      | 13208 ||| Stepping ~*~*~tactically~*~*~ (outnumbered).
 13210 | D:3      | 13210 ||| Stepping ~*~*~tactically~*~*~ (outnumbered).
 13212 | D:3      | 13212 ||| Stepping ~*~*~tactically~*~*~ (outnumbered).
 13214 | D:3      | 13214 ||| Stepping ~*~*~tactically~*~*~ (outnumbered).
 13216 | D:3      | 13216 ||| Stepping ~*~*~tactically~*~*~ (outnumbered).
 13218 | D:3      | 13218 ||| Stepping ~*~*~tactically~*~*~ (outnumbered).
 13220 | D:3      | 13220 ||| Stepping ~*~*~tactically~*~*~ (outnumbered).
 13222 | D:3      | 13222 ||| Stepping ~*~*~tactically~*~*~ (outnumbered).
 13224 | D:3      | 13224 ||| Stepping ~*~*~tactically~*~*~ (outnumbered).
 13226 | D:3      | 13226 ||| Stepping ~*~*~tactically~*~*~ (outnumbered).
 13228 | D:3      | 13228 ||| Stepping ~*~*~tactically~*~*~ (outnumbered).
 13230 | D:3      | 13230 ||| Stepping ~*~*~tactically~*~*~ (outnumbered).
 13232 | D:3      | 13232 ||| Stepping ~*~*~tactically~*~*~ (outnumbered).
 13234 | D:3      | 13234 ||| Stepping ~*~*~tactically~*~*~ (outnumbered).
 13236 | D:3      | 13236 ||| Stepping ~*~*~tactically~*~*~ (outnumbered).
 13238 | D:3      | 13238 ||| Stepping ~*~*~tactically~*~*~ (outnumbered).
 13240 | D:3      | 13240 ||| Stepping ~*~*~tactically~*~*~ (outnumbered).
 13242 | D:3      | 13242 ||| Stepping ~*~*~tactically~*~*~ (outnumbered).
 13244 | D:3      | 13244 ||| Stepping ~*~*~tactically~*~*~ (outnumbered).
 13246 | D:3      | 13246 ||| Stepping ~*~*~tactically~*~*~ (outnumbered).
 13248 | D:3      | 13248 ||| Stepping ~*~*~tactically~*~*~ (outnumbered).
 13250 | D:3      | 13250 ||| Stepping ~*~*~tactically~*~*~ (outnumbered).
 13252 | D:3      | 13252 ||| Stepping ~*~*~tactically~*~*~ (outnumbered).
 13254 | D:3      | 13254 ||| Stepping ~*~*~tactically~*~*~ (outnumbered).
 13256 | D:3      | 13256 ||| Stepping ~*~*~tactically~*~*~ (outnumbered).
 13258 | D:3      | 13258 ||| Stepping ~*~*~tactically~*~*~ (outnumbered).
 13260 | D:3      | 13260 ||| Stepping ~*~*~tactically~*~*~ (outnumbered).
 13262 | D:3      | 13262 ||| Stepping ~*~*~tactically~*~*~ (outnumbered).
 13264 | D:3      | 13264 ||| Stepping ~*~*~tactically~*~*~ (outnumbered).
 13266 | D:3      | 13266 ||| Stepping ~*~*~tactically~*~*~ (outnumbered).
 13268 | D:3      | 13268 ||| Stepping ~*~*~tactically~*~*~ (outnumbered).
 13270 | D:3      | 13270 ||| Stepping ~*~*~tactically~*~*~ (outnumbered).
 13272 | D:3      | 13272 ||| Stepping ~*~*~tactically~*~*~ (outnumbered).
 13274 | D:3      | 13274 ||| Stepping ~*~*~tactically~*~*~ (outnumbered).
 13276 | D:3      | 13276 ||| Stepping ~*~*~tactically~*~*~ (outnumbered).
 13278 | D:3      | 13278 ||| Stepping ~*~*~tactically~*~*~ (outnumbered).
 13280 | D:3      | 13280 ||| Stepping ~*~*~tactically~*~*~ (outnumbered).
 13282 | D:3      | 13282 ||| Stepping ~*~*~tactically~*~*~ (outnumbered).
 13284 | D:3      | 13284 ||| Stepping ~*~*~tactically~*~*~ (outnumbered).
 13286 | D:3      | 13286 ||| Stepping ~*~*~tactically~*~*~ (outnumbered).
 13288 | D:3      | 13288 ||| Stepping ~*~*~tactically~*~*~ (outnumbered).
 13290 | D:3      | 13290 ||| Stepping ~*~*~tactically~*~*~ (outnumbered).
 13292 | D:3      | 13292 ||| Stepping ~*~*~tactically~*~*~ (outnumbered).
 13294 | D:3      | 13294 ||| Stepping ~*~*~tactically~*~*~ (outnumbered).
 13296 | D:3      | 13296 ||| Stepping ~*~*~tactically~*~*~ (outnumbered).
 13298 | D:3      | 13298 ||| Stepping ~*~*~tactically~*~*~ (outnumbered).
 13300 | D:3      | 13300 ||| Stepping ~*~*~tactically~*~*~ (outnumbered).
 13302 | D:3      | 13302 ||| Stepping ~*~*~tactically~*~*~ (outnumbered).
 13304 | D:3      | 13304 ||| Stepping ~*~*~tactically~*~*~ (outnumbered).
 13306 | D:3      | 13306 ||| Stepping ~*~*~tactically~*~*~ (outnumbered).
 13308 | D:3      | 13308 ||| Stepping ~*~*~tactically~*~*~ (outnumbered).
 13310 | D:3      | 13310 ||| Stepping ~*~*~tactically~*~*~ (outnumbered).
 13312 | D:3      | 13312 ||| Stepping ~*~*~tactically~*~*~ (outnumbered).
 13314 | D:3      | 13314 ||| Stepping ~*~*~tactically~*~*~ (outnumbered).
 13316 | D:3      | 13316 ||| Stepping ~*~*~tactically~*~*~ (outnumbered).
 13318 | D:3      | 13318 ||| Stepping ~*~*~tactically~*~*~ (outnumbered).
 13320 | D:3      | 13320 ||| Stepping ~*~*~tactically~*~*~ (outnumbered).
 13322 | D:3      | 13322 ||| Stepping ~*~*~tactically~*~*~ (outnumbered).
 13324 | D:3      | 13324 ||| Stepping ~*~*~tactically~*~*~ (outnumbered).
 13326 | D:3      | 13326 ||| Stepping ~*~*~tactically~*~*~ (outnumbered).
 13328 | D:3      | 13328 ||| Stepping ~*~*~tactically~*~*~ (outnumbered).
 13330 | D:3      | 13330 ||| Stepping ~*~*~tactically~*~*~ (outnumbered).
 13332 | D:3      | 13332 ||| Stepping ~*~*~tactically~*~*~ (outnumbered).
 13334 | D:3      | 13334 ||| Stepping ~*~*~tactically~*~*~ (outnumbered).
 13336 | D:3      | 13336 ||| Stepping ~*~*~tactically~*~*~ (outnumbered).
 13338 | D:3      | 13338 ||| Stepping ~*~*~tactically~*~*~ (outnumbered).
 13340 | D:3      | 13340 ||| Stepping ~*~*~tactically~*~*~ (outnumbered).
 13342 | D:3      | 13342 ||| Stepping ~*~*~tactically~*~*~ (outnumbered).
 13344 | D:3      | 13344 ||| Stepping ~*~*~tactically~*~*~ (outnumbered).
 13346 | D:3      | 13346 ||| Stepping ~*~*~tactically~*~*~ (outnumbered).
 13348 | D:3      | 13348 ||| Stepping ~*~*~tactically~*~*~ (outnumbered).
 13350 | D:3      | 13350 ||| Stepping ~*~*~tactically~*~*~ (outnumbered).
 13352 | D:3      | 13352 ||| Stepping ~*~*~tactically~*~*~ (outnumbered).
 13354 | D:3      | 13354 ||| Stepping ~*~*~tactically~*~*~ (outnumbered).
 13356 | D:3      | 13356 ||| Stepping ~*~*~tactically~*~*~ (outnumbered).
 13358 | D:3      | 13358 ||| Stepping ~*~*~tactically~*~*~ (outnumbered).
 13360 | D:3      | 13360 ||| Stepping ~*~*~tactically~*~*~ (outnumbered).
 13362 | D:3      | 13362 ||| Stepping ~*~*~tactically~*~*~ (outnumbered).
 13364 | D:3      | 13364 ||| Stepping ~*~*~tactically~*~*~ (outnumbered).
 13366 | D:3      | 13366 ||| Stepping ~*~*~tactically~*~*~ (outnumbered).
 13368 | D:3      | 13368 ||| Stepping ~*~*~tactically~*~*~ (outnumbered).
 13370 | D:3      | 13370 ||| Stepping ~*~*~tactically~*~*~ (outnumbered).
 13372 | D:3      | 13372 ||| Stepping ~*~*~tactically~*~*~ (outnumbered).
 13374 | D:3      | 13374 ||| Stepping ~*~*~tactically~*~*~ (outnumbered).
 13376 | D:3      | 13376 ||| Stepping ~*~*~tactically~*~*~ (outnumbered).
 13378 | D:3      | 13378 ||| Stepping ~*~*~tactically~*~*~ (outnumbered).
 13380 | D:3      | 13380 ||| Stepping ~*~*~tactically~*~*~ (outnumbered).
 13382 | D:3      | 13382 ||| Stepping ~*~*~tactically~*~*~ (outnumbered).
 13384 | D:3      | 13384 ||| Stepping ~*~*~tactically~*~*~ (outnumbered).
 13386 | D:3      | 13386 ||| Stepping ~*~*~tactically~*~*~ (outnumbered).
 13388 | D:3      | 13388 ||| Stepping ~*~*~tactically~*~*~ (outnumbered).
 13390 | D:3      | 13390 ||| Stepping ~*~*~tactically~*~*~ (outnumbered).
 13392 | D:3      | 13392 ||| Stepping ~*~*~tactically~*~*~ (outnumbered).
 13394 | D:3      | 13394 ||| Stepping ~*~*~tactically~*~*~ (outnumbered).
 13396 | D:3      | 13396 ||| Stepping ~*~*~tactically~*~*~ (outnumbered).
 13398 | D:3      | 13398 ||| Stepping ~*~*~tactically~*~*~ (outnumbered).
 13400 | D:3      | 13400 ||| Stepping ~*~*~tactically~*~*~ (outnumbered).
 13402 | D:3      | 13402 ||| Stepping ~*~*~tactically~*~*~ (outnumbered).
 13404 | D:3      | 13404 ||| Stepping ~*~*~tactically~*~*~ (outnumbered).
 13406 | D:3      | 13406 ||| Stepping ~*~*~tactically~*~*~ (outnumbered).
 13408 | D:3      | 13408 ||| Stepping ~*~*~tactically~*~*~ (outnumbered).
 13410 | D:3      | 13410 ||| Stepping ~*~*~tactically~*~*~ (outnumbered).
 13412 | D:3      | 13412 ||| Stepping ~*~*~tactically~*~*~ (outnumbered).
 13414 | D:3      | 13414 ||| Stepping ~*~*~tactically~*~*~ (outnumbered).
 13416 | D:3      | 13416 ||| Stepping ~*~*~tactically~*~*~ (outnumbered).
 13418 | D:3      | 13418 ||| Stepping ~*~*~tactically~*~*~ (outnumbered).
 13420 | D:3      | 13420 ||| Stepping ~*~*~tactically~*~*~ (outnumbered).
 13422 | D:3      | 13422 ||| Stepping ~*~*~tactically~*~*~ (outnumbered).
 13424 | D:3      | 13424 ||| Stepping ~*~*~tactically~*~*~ (outnumbered).
 13426 | D:3      | 13426 ||| Stepping ~*~*~tactically~*~*~ (outnumbered).
 13428 | D:3      | 13428 ||| Stepping ~*~*~tactically~*~*~ (outnumbered).
 13430 | D:3      | 13430 ||| Stepping ~*~*~tactically~*~*~ (outnumbered).
 13432 | D:3      | 13432 ||| Stepping ~*~*~tactically~*~*~ (outnumbered).
 13434 | D:3      | 13434 ||| Stepping ~*~*~tactically~*~*~ (outnumbered).
 13436 | D:3      | 13436 ||| Stepping ~*~*~tactically~*~*~ (outnumbered).
 13438 | D:3      | 13438 ||| Stepping ~*~*~tactically~*~*~ (outnumbered).
 13440 | D:3      | 13440 ||| Stepping ~*~*~tactically~*~*~ (outnumbered).
 13442 | D:3      | 13442 ||| Stepping ~*~*~tactically~*~*~ (outnumbered).
 13444 | D:3      | 13444 ||| Stepping ~*~*~tactically~*~*~ (outnumbered).
 13446 | D:3      | 13446 ||| Stepping ~*~*~tactically~*~*~ (outnumbered).
 13448 | D:3      | 13448 ||| Stepping ~*~*~tactically~*~*~ (outnumbered).
 13450 | D:3      | 13450 ||| Stepping ~*~*~tactically~*~*~ (outnumbered).
 13452 | D:3      | 13452 ||| Stepping ~*~*~tactically~*~*~ (outnumbered).
 13454 | D:3      | 13454 ||| Stepping ~*~*~tactically~*~*~ (outnumbered).
 13456 | D:3      | 13456 ||| Stepping ~*~*~tactically~*~*~ (outnumbered).
 13458 | D:3      | 13458 ||| Stepping ~*~*~tactically~*~*~ (outnumbered).
 13460 | D:3      | 13460 ||| Stepping ~*~*~tactically~*~*~ (outnumbered).
 13462 | D:3      | 13462 ||| Stepping ~*~*~tactically~*~*~ (outnumbered).
 13464 | D:3      | 13464 ||| Stepping ~*~*~tactically~*~*~ (outnumbered).
 13466 | D:3      | 13466 ||| Stepping ~*~*~tactically~*~*~ (outnumbered).
 13468 | D:3      | 13468 ||| Stepping ~*~*~tactically~*~*~ (outnumbered).
 13470 | D:3      | 13470 ||| Stepping ~*~*~tactically~*~*~ (outnumbered).
 13472 | D:3      | 13472 ||| Stepping ~*~*~tactically~*~*~ (outnumbered).
 13474 | D:3      | 13474 ||| Stepping ~*~*~tactically~*~*~ (outnumbered).
 13476 | D:3      | 13476 ||| Stepping ~*~*~tactically~*~*~ (outnumbered).
 13478 | D:3      | 13478 ||| Stepping ~*~*~tactically~*~*~ (outnumbered).
 13480 | D:3      | 13480 ||| Stepping ~*~*~tactically~*~*~ (outnumbered).
 13482 | D:3      | 13482 ||| Stepping ~*~*~tactically~*~*~ (outnumbered).
 13484 | D:3      | 13484 ||| Stepping ~*~*~tactically~*~*~ (outnumbered).
 13486 | D:3      | 13486 ||| Stepping ~*~*~tactically~*~*~ (outnumbered).
 13488 | D:3      | 13488 ||| Stepping ~*~*~tactically~*~*~ (outnumbered).
 13490 | D:3      | 13490 ||| Stepping ~*~*~tactically~*~*~ (outnumbered).
 13492 | D:3      | 13492 ||| Stepping ~*~*~tactically~*~*~ (outnumbered).
 13494 | D:3      | 13494 ||| Stepping ~*~*~tactically~*~*~ (outnumbered).
 13496 | D:3      | 13496 ||| Stepping ~*~*~tactically~*~*~ (outnumbered).
 13498 | D:3      | 13498 ||| Stepping ~*~*~tactically~*~*~ (outnumbered).
 13500 | D:3      | 13500 ||| Stepping ~*~*~tactically~*~*~ (outnumbered).
 13502 | D:3      | 13502 ||| Stepping ~*~*~tactically~*~*~ (outnumbered).
 13504 | D:3      | 13504 ||| Stepping ~*~*~tactically~*~*~ (outnumbered).
 13506 | D:3      | 13506 ||| Stepping ~*~*~tactically~*~*~ (outnumbered).
 13508 | D:3      | 13508 ||| Stepping ~*~*~tactically~*~*~ (outnumbered).
 13510 | D:3      | 13510 ||| Stepping ~*~*~tactically~*~*~ (outnumbered).
 13512 | D:3      | 13512 ||| Stepping ~*~*~tactically~*~*~ (outnumbered).
 13514 | D:3      | 13514 ||| Stepping ~*~*~tactically~*~*~ (outnumbered).
 13516 | D:3      | 13516 ||| Stepping ~*~*~tactically~*~*~ (outnumbered).
 13518 | D:3      | 13518 ||| Stepping ~*~*~tactically~*~*~ (outnumbered).
 13520 | D:3      | 13520 ||| Stepping ~*~*~tactically~*~*~ (outnumbered).
 13522 | D:3      | 13522 ||| Stepping ~*~*~tactically~*~*~ (outnumbered).
 13524 | D:3      | 13524 ||| Stepping ~*~*~tactically~*~*~ (outnumbered).
 13526 | D:3      | 13526 ||| Stepping ~*~*~tactically~*~*~ (outnumbered).
 13528 | D:3      | 13528 ||| Stepping ~*~*~tactically~*~*~ (outnumbered).
 13530 | D:3      | 13530 ||| Stepping ~*~*~tactically~*~*~ (outnumbered).
 13532 | D:3      | 13532 ||| Stepping ~*~*~tactically~*~*~ (outnumbered).
 13534 | D:3      | 13534 ||| Stepping ~*~*~tactically~*~*~ (outnumbered).
 13536 | D:3      | 13536 ||| Stepping ~*~*~tactically~*~*~ (outnumbered).
 13538 | D:3      | 13538 ||| Stepping ~*~*~tactically~*~*~ (outnumbered).
 13540 | D:3      | 13540 ||| Stepping ~*~*~tactically~*~*~ (outnumbered).
 13542 | D:3      | 13542 ||| Stepping ~*~*~tactically~*~*~ (outnumbered).
 13544 | D:3      | 13544 ||| Stepping ~*~*~tactically~*~*~ (outnumbered).
 13546 | D:3      | 13546 ||| Stepping ~*~*~tactically~*~*~ (outnumbered).
 13548 | D:3      | 13548 ||| Stepping ~*~*~tactically~*~*~ (outnumbered).
 13550 | D:3      | 13550 ||| Stepping ~*~*~tactically~*~*~ (outnumbered).
 13552 | D:3      | 13552 ||| Stepping ~*~*~tactically~*~*~ (outnumbered).
 13554 | D:3      | 13554 ||| Stepping ~*~*~tactically~*~*~ (outnumbered).
 13556 | D:3      | 13556 ||| Stepping ~*~*~tactically~*~*~ (outnumbered).
 13558 | D:3      | 13558 ||| Stepping ~*~*~tactically~*~*~ (outnumbered).
 13560 | D:3      | 13560 ||| Stepping ~*~*~tactically~*~*~ (outnumbered).
 13562 | D:3      | 13562 ||| Stepping ~*~*~tactically~*~*~ (outnumbered).
 13564 | D:3      | 13564 ||| Stepping ~*~*~tactically~*~*~ (outnumbered).
 13566 | D:3      | 13566 ||| Stepping ~*~*~tactically~*~*~ (outnumbered).
 13568 | D:3      | 13568 ||| Stepping ~*~*~tactically~*~*~ (outnumbered).
 13570 | D:3      | 13570 ||| Stepping ~*~*~tactically~*~*~ (outnumbered).
 13572 | D:3      | 13572 ||| Stepping ~*~*~tactically~*~*~ (outnumbered).
 13574 | D:3      | 13574 ||| Stepping ~*~*~tactically~*~*~ (outnumbered).
 13576 | D:3      | 13576 ||| Stepping ~*~*~tactically~*~*~ (outnumbered).
 13578 | D:3      | 13578 ||| Stepping ~*~*~tactically~*~*~ (outnumbered).
 13580 | D:3      | 13580 ||| Stepping ~*~*~tactically~*~*~ (outnumbered).
 13582 | D:3      | 13582 ||| Stepping ~*~*~tactically~*~*~ (outnumbered).
 13584 | D:3      | 13584 ||| Stepping ~*~*~tactically~*~*~ (outnumbered).
 13586 | D:3      | 13586 ||| Stepping ~*~*~tactically~*~*~ (outnumbered).
 13588 | D:3      | 13588 ||| Stepping ~*~*~tactically~*~*~ (outnumbered).
 13590 | D:3      | 13590 ||| Stepping ~*~*~tactically~*~*~ (outnumbered).
 13592 | D:3      | 13592 ||| Stepping ~*~*~tactically~*~*~ (outnumbered).
 13594 | D:3      | 13594 ||| Stepping ~*~*~tactically~*~*~ (outnumbered).
 13596 | D:3      | 13596 ||| Stepping ~*~*~tactically~*~*~ (outnumbered).
 13598 | D:3      | 13598 ||| Stepping ~*~*~tactically~*~*~ (outnumbered).
 13600 | D:3      | 13600 ||| Stepping ~*~*~tactically~*~*~ (outnumbered).
 13602 | D:3      | 13602 ||| Stepping ~*~*~tactically~*~*~ (outnumbered).
 13604 | D:3      | 13604 ||| Stepping ~*~*~tactically~*~*~ (outnumbered).
 13606 | D:3      | 13606 ||| Stepping ~*~*~tactically~*~*~ (outnumbered).
 13608 | D:3      | 13608 ||| Stepping ~*~*~tactically~*~*~ (outnumbered).
 13610 | D:3      | 13610 ||| Stepping ~*~*~tactically~*~*~ (outnumbered).
 13612 | D:3      | 13612 ||| Stepping ~*~*~tactically~*~*~ (outnumbered).
 13614 | D:3      | 13614 ||| Stepping ~*~*~tactically~*~*~ (outnumbered).
 13616 | D:3      | 13616 ||| Stepping ~*~*~tactically~*~*~ (outnumbered).
 13618 | D:3      | 13618 ||| Stepping ~*~*~tactically~*~*~ (outnumbered).
 13620 | D:3      | 13620 ||| Stepping ~*~*~tactically~*~*~ (outnumbered).
 13622 | D:3      | 13622 ||| Stepping ~*~*~tactically~*~*~ (outnumbered).
 13624 | D:3      | 13624 ||| Stepping ~*~*~tactically~*~*~ (outnumbered).
 13626 | D:3      | 13626 ||| Stepping ~*~*~tactically~*~*~ (outnumbered).
 13628 | D:3      | 13628 ||| Stepping ~*~*~tactically~*~*~ (outnumbered).
 13630 | D:3      | 13630 ||| Stepping ~*~*~tactically~*~*~ (outnumbered).
 13632 | D:3      | 13632 ||| Stepping ~*~*~tactically~*~*~ (outnumbered).
 13634 | D:3      | 13634 ||| Stepping ~*~*~tactically~*~*~ (outnumbered).
 13636 | D:3      | 13636 ||| Stepping ~*~*~tactically~*~*~ (outnumbered).
 13638 | D:3      | 13638 ||| Stepping ~*~*~tactically~*~*~ (outnumbered).
 13640 | D:3      | 13640 ||| Stepping ~*~*~tactically~*~*~ (outnumbered).
 13642 | D:3      | 13642 ||| Stepping ~*~*~tactically~*~*~ (outnumbered).
 13644 | D:3      | 13644 ||| Stepping ~*~*~tactically~*~*~ (outnumbered).
 13646 | D:3      | 13646 ||| Stepping ~*~*~tactically~*~*~ (outnumbered).
 13648 | D:3      | 13648 ||| Stepping ~*~*~tactically~*~*~ (outnumbered).
 13650 | D:3      | 13650 ||| Stepping ~*~*~tactically~*~*~ (outnumbered).
 13652 | D:3      | 13652 ||| Stepping ~*~*~tactically~*~*~ (outnumbered).
 13654 | D:3      | 13654 ||| Stepping ~*~*~tactically~*~*~ (outnumbered).
 13656 | D:3      | 13656 ||| Stepping ~*~*~tactically~*~*~ (outnumbered).
 13658 | D:3      | 13658 ||| Stepping ~*~*~tactically~*~*~ (outnumbered).
 13660 | D:3      | 13660 ||| Stepping ~*~*~tactically~*~*~ (outnumbered).
 13662 | D:3      | 13662 ||| Stepping ~*~*~tactically~*~*~ (outnumbered).
 13664 | D:3      | 13664 ||| Stepping ~*~*~tactically~*~*~ (outnumbered).
 13666 | D:3      | 13666 ||| Stepping ~*~*~tactically~*~*~ (outnumbered).
 13668 | D:3      | 13668 ||| Stepping ~*~*~tactically~*~*~ (outnumbered).
 13670 | D:3      | 13670 ||| Stepping ~*~*~tactically~*~*~ (outnumbered).
 13672 | D:3      | 13672 ||| Stepping ~*~*~tactically~*~*~ (outnumbered).
 13674 | D:3      | 13674 ||| Stepping ~*~*~tactically~*~*~ (outnumbered).
 13676 | D:3      | 13676 ||| Stepping ~*~*~tactically~*~*~ (outnumbered).
 13678 | D:3      | 13678 ||| Stepping ~*~*~tactically~*~*~ (outnumbered).
 13680 | D:3      | 13680 ||| Stepping ~*~*~tactically~*~*~ (outnumbered).
 13682 | D:3      | 13682 ||| Stepping ~*~*~tactically~*~*~ (outnumbered).
 13684 | D:3      | 13684 ||| Stepping ~*~*~tactically~*~*~ (outnumbered).
 13686 | D:3      | 13686 ||| Stepping ~*~*~tactically~*~*~ (outnumbered).
 13688 | D:3      | 13688 ||| Stepping ~*~*~tactically~*~*~ (outnumbered).
 13690 | D:3      | 13690 ||| Stepping ~*~*~tactically~*~*~ (outnumbered).
 13692 | D:3      | 13692 ||| Stepping ~*~*~tactically~*~*~ (outnumbered).
 13694 | D:3      | 13694 ||| Stepping ~*~*~tactically~*~*~ (outnumbered).
 13696 | D:3      | 13696 ||| Stepping ~*~*~tactically~*~*~ (outnumbered).
 13698 | D:3      | 13698 ||| Stepping ~*~*~tactically~*~*~ (outnumbered).
 13700 | D:3      | 13700 ||| Stepping ~*~*~tactically~*~*~ (outnumbered).
 13702 | D:3      | 13702 ||| Stepping ~*~*~tactically~*~*~ (outnumbered).
 13704 | D:3      | 13704 ||| Stepping ~*~*~tactically~*~*~ (outnumbered).
 13706 | D:3      | 13706 ||| Stepping ~*~*~tactically~*~*~ (outnumbered).
 13708 | D:3      | 13708 ||| Stepping ~*~*~tactically~*~*~ (outnumbered).
 13710 | D:3      | 13710 ||| Stepping ~*~*~tactically~*~*~ (outnumbered).
 13712 | D:3      | 13712 ||| Stepping ~*~*~tactically~*~*~ (outnumbered).
 13714 | D:3      | 13714 ||| Stepping ~*~*~tactically~*~*~ (outnumbered).
 13716 | D:3      | 13716 ||| Stepping ~*~*~tactically~*~*~ (outnumbered).
 13718 | D:3      | 13718 ||| Stepping ~*~*~tactically~*~*~ (outnumbered).
 13720 | D:3      | 13720 ||| Stepping ~*~*~tactically~*~*~ (outnumbered).
 13722 | D:3      | 13722 ||| Stepping ~*~*~tactically~*~*~ (outnumbered).
 13724 | D:3      | 13724 ||| Stepping ~*~*~tactically~*~*~ (outnumbered).
 13726 | D:3      | 13726 ||| Stepping ~*~*~tactically~*~*~ (outnumbered).
 13728 | D:3      | 13728 ||| Stepping ~*~*~tactically~*~*~ (outnumbered).
 13730 | D:3      | 13730 ||| Stepping ~*~*~tactically~*~*~ (outnumbered).
 13732 | D:3      | 13732 ||| Stepping ~*~*~tactically~*~*~ (outnumbered).
 13734 | D:3      | 13734 ||| Stepping ~*~*~tactically~*~*~ (outnumbered).
 13736 | D:3      | 13736 ||| Stepping ~*~*~tactically~*~*~ (outnumbered).
 13738 | D:3      | 13738 ||| Stepping ~*~*~tactically~*~*~ (outnumbered).
 13740 | D:3      | 13740 ||| Stepping ~*~*~tactically~*~*~ (outnumbered).
 13742 | D:3      | 13742 ||| Stepping ~*~*~tactically~*~*~ (outnumbered).
 13744 | D:3      | 13744 ||| Stepping ~*~*~tactically~*~*~ (outnumbered).
 13746 | D:3      | 13746 ||| Stepping ~*~*~tactically~*~*~ (outnumbered).
 13748 | D:3      | 13748 ||| Stepping ~*~*~tactically~*~*~ (outnumbered).
 13750 | D:3      | 13750 ||| Stepping ~*~*~tactically~*~*~ (outnumbered).
 13752 | D:3      | 13752 ||| Stepping ~*~*~tactically~*~*~ (outnumbered).
 13754 | D:3      | 13754 ||| Stepping ~*~*~tactically~*~*~ (outnumbered).
 13756 | D:3      | 13756 ||| Stepping ~*~*~tactically~*~*~ (outnumbered).
 13758 | D:3      | 13758 ||| Stepping ~*~*~tactically~*~*~ (outnumbered).
 13760 | D:3      | 13760 ||| Stepping ~*~*~tactically~*~*~ (outnumbered).
 13762 | D:3      | 13762 ||| Stepping ~*~*~tactically~*~*~ (outnumbered).
 13764 | D:3      | 13764 ||| Stepping ~*~*~tactically~*~*~ (outnumbered).
 13766 | D:3      | 13766 ||| Stepping ~*~*~tactically~*~*~ (outnumbered).
 13768 | D:3      | 13768 ||| Stepping ~*~*~tactically~*~*~ (outnumbered).
 13770 | D:3      | 13770 ||| Stepping ~*~*~tactically~*~*~ (outnumbered).
 13772 | D:3      | 13772 ||| Stepping ~*~*~tactically~*~*~ (outnumbered).
 13774 | D:3      | 13774 ||| Stepping ~*~*~tactically~*~*~ (outnumbered).
 13776 | D:3      | 13776 ||| Stepping ~*~*~tactically~*~*~ (outnumbered).
 13778 | D:3      | 13778 ||| Stepping ~*~*~tactically~*~*~ (outnumbered).
 13780 | D:3      | 13780 ||| Stepping ~*~*~tactically~*~*~ (outnumbered).
 13782 | D:3      | 13782 ||| Stepping ~*~*~tactically~*~*~ (outnumbered).
 13784 | D:3      | 13784 ||| Stepping ~*~*~tactically~*~*~ (outnumbered).
 13786 | D:3      | 13786 ||| Stepping ~*~*~tactically~*~*~ (outnumbered).
 13788 | D:3      | 13788 ||| Stepping ~*~*~tactically~*~*~ (outnumbered).
 13790 | D:3      | 13790 ||| Stepping ~*~*~tactically~*~*~ (outnumbered).
 13792 | D:3      | 13792 ||| Stepping ~*~*~tactically~*~*~ (outnumbered).
 13794 | D:3      | 13794 ||| Stepping ~*~*~tactically~*~*~ (outnumbered).
 13796 | D:3      | 13796 ||| Stepping ~*~*~tactically~*~*~ (outnumbered).
 13798 | D:3      | 13798 ||| Stepping ~*~*~tactically~*~*~ (outnumbered).
 13800 | D:3      | 13800 ||| Stepping ~*~*~tactically~*~*~ (outnumbered).
 13802 | D:3      | 13802 ||| Stepping ~*~*~tactically~*~*~ (outnumbered).
 13804 | D:3      | 13804 ||| Stepping ~*~*~tactically~*~*~ (outnumbered).
 13806 | D:3      | 13806 ||| Stepping ~*~*~tactically~*~*~ (outnumbered).
 13808 | D:3      | 13808 ||| Stepping ~*~*~tactically~*~*~ (outnumbered).
 13810 | D:3      | 13810 ||| Stepping ~*~*~tactically~*~*~ (outnumbered).
 13812 | D:3      | 13812 ||| Stepping ~*~*~tactically~*~*~ (outnumbered).
 13814 | D:3      | 13814 ||| Stepping ~*~*~tactically~*~*~ (outnumbered).
 13816 | D:3      | 13816 ||| Stepping ~*~*~tactically~*~*~ (outnumbered).
 13818 | D:3      | 13818 ||| Stepping ~*~*~tactically~*~*~ (outnumbered).
 13820 | D:3      | 13820 ||| Stepping ~*~*~tactically~*~*~ (outnumbered).
 13822 | D:3      | 13822 ||| Stepping ~*~*~tactically~*~*~ (outnumbered).
 13824 | D:3      | 13824 ||| Stepping ~*~*~tactically~*~*~ (outnumbered).
 13826 | D:3      | 13826 ||| Stepping ~*~*~tactically~*~*~ (outnumbered).
 13828 | D:3      | 13828 ||| Stepping ~*~*~tactically~*~*~ (outnumbered).
 13830 | D:3      | 13830 ||| Stepping ~*~*~tactically~*~*~ (outnumbered).
 13832 | D:3      | 13832 ||| Stepping ~*~*~tactically~*~*~ (outnumbered).
 13834 | D:3      | 13834 ||| Stepping ~*~*~tactically~*~*~ (outnumbered).
 13836 | D:3      | 13836 ||| Stepping ~*~*~tactically~*~*~ (outnumbered).
 13838 | D:3      | 13838 ||| Stepping ~*~*~tactically~*~*~ (outnumbered).
 13840 | D:3      | 13840 ||| Stepping ~*~*~tactically~*~*~ (outnumbered).
 13842 | D:3      | 13842 ||| Stepping ~*~*~tactically~*~*~ (outnumbered).
 13844 | D:3      | 13844 ||| Stepping ~*~*~tactically~*~*~ (outnumbered).
 13846 | D:3      | 13846 ||| Stepping ~*~*~tactically~*~*~ (outnumbered).
 13848 | D:3      | 13848 ||| Stepping ~*~*~tactically~*~*~ (outnumbered).
 13850 | D:3      | 13850 ||| Stepping ~*~*~tactically~*~*~ (outnumbered).
 13852 | D:3      | 13852 ||| Stepping ~*~*~tactically~*~*~ (outnumbered).
 13854 | D:3      | 13854 ||| Stepping ~*~*~tactically~*~*~ (outnumbered).
 13856 | D:3      | 13856 ||| Stepping ~*~*~tactically~*~*~ (outnumbered).
 13858 | D:3      | 13858 ||| Stepping ~*~*~tactically~*~*~ (outnumbered).
 13860 | D:3      | 13860 ||| Stepping ~*~*~tactically~*~*~ (outnumbered).
 13862 | D:3      | 13862 ||| Stepping ~*~*~tactically~*~*~ (outnumbered).
 13864 | D:3      | 13864 ||| Stepping ~*~*~tactically~*~*~ (outnumbered).
 13866 | D:3      | 13866 ||| Stepping ~*~*~tactically~*~*~ (outnumbered).
 13868 | D:3      | 13868 ||| Stepping ~*~*~tactically~*~*~ (outnumbered).
 13870 | D:3      | 13870 ||| Stepping ~*~*~tactically~*~*~ (outnumbered).
 13872 | D:3      | 13872 ||| Stepping ~*~*~tactically~*~*~ (outnumbered).
 13874 | D:3      | 13874 ||| Stepping ~*~*~tactically~*~*~ (outnumbered).
 13876 | D:3      | 13876 ||| Stepping ~*~*~tactically~*~*~ (outnumbered).
 13878 | D:3      | 13878 ||| Stepping ~*~*~tactically~*~*~ (outnumbered).
 13880 | D:3      | 13880 ||| Stepping ~*~*~tactically~*~*~ (outnumbered).
 13882 | D:3      | 13882 ||| Stepping ~*~*~tactically~*~*~ (outnumbered).
 13884 | D:3      | 13884 ||| Stepping ~*~*~tactically~*~*~ (outnumbered).
 13886 | D:3      | 13886 ||| Stepping ~*~*~tactically~*~*~ (outnumbered).
 13888 | D:3      | 13888 ||| Stepping ~*~*~tactically~*~*~ (outnumbered).
 13890 | D:3      | 13890 ||| Stepping ~*~*~tactically~*~*~ (outnumbered).
 13892 | D:3      | 13892 ||| Stepping ~*~*~tactically~*~*~ (outnumbered).
 13894 | D:3      | 13894 ||| Stepping ~*~*~tactically~*~*~ (outnumbered).
 13896 | D:3      | 13896 ||| Stepping ~*~*~tactically~*~*~ (outnumbered).
 13898 | D:3      | 13898 ||| Stepping ~*~*~tactically~*~*~ (outnumbered).
 13900 | D:3      | 13900 ||| Stepping ~*~*~tactically~*~*~ (outnumbered).
 13902 | D:3      | 13902 ||| Stepping ~*~*~tactically~*~*~ (outnumbered).
 13904 | D:3      | 13904 ||| Stepping ~*~*~tactically~*~*~ (outnumbered).
 13906 | D:3      | 13906 ||| Stepping ~*~*~tactically~*~*~ (outnumbered).
 13908 | D:3      | 13908 ||| Stepping ~*~*~tactically~*~*~ (outnumbered).
 13910 | D:3      | 13910 ||| Stepping ~*~*~tactically~*~*~ (outnumbered).
 13912 | D:3      | 13912 ||| Stepping ~*~*~tactically~*~*~ (outnumbered).
 13914 | D:3      | 13914 ||| Stepping ~*~*~tactically~*~*~ (outnumbered).
 13916 | D:3      | 13916 ||| Stepping ~*~*~tactically~*~*~ (outnumbered).
 13918 | D:3      | 13918 ||| Stepping ~*~*~tactically~*~*~ (outnumbered).
 13920 | D:3      | 13920 ||| Stepping ~*~*~tactically~*~*~ (outnumbered).
 13922 | D:3      | 13922 ||| Stepping ~*~*~tactically~*~*~ (outnumbered).
 13924 | D:3      | 13924 ||| Stepping ~*~*~tactically~*~*~ (outnumbered).
 13926 | D:3      | 13926 ||| Stepping ~*~*~tactically~*~*~ (outnumbered).
 13928 | D:3      | 13928 ||| Stepping ~*~*~tactically~*~*~ (outnumbered).
 13930 | D:3      | 13930 ||| Stepping ~*~*~tactically~*~*~ (outnumbered).
 13932 | D:3      | 13932 ||| Stepping ~*~*~tactically~*~*~ (outnumbered).
 13934 | D:3      | 13934 ||| Stepping ~*~*~tactically~*~*~ (outnumbered).
 13936 | D:3      | 13936 ||| Stepping ~*~*~tactically~*~*~ (outnumbered).
 13938 | D:3      | 13938 ||| Stepping ~*~*~tactically~*~*~ (outnumbered).
 13940 | D:3      | 13940 ||| Stepping ~*~*~tactically~*~*~ (outnumbered).
 13942 | D:3      | 13942 ||| Stepping ~*~*~tactically~*~*~ (outnumbered).
 13944 | D:3      | 13944 ||| Stepping ~*~*~tactically~*~*~ (outnumbered).
 13946 | D:3      | 13946 ||| Stepping ~*~*~tactically~*~*~ (outnumbered).
 13948 | D:3      | 13948 ||| Stepping ~*~*~tactically~*~*~ (outnumbered).
 13950 | D:3      | 13950 ||| Stepping ~*~*~tactically~*~*~ (outnumbered).
 13952 | D:3      | 13952 ||| Stepping ~*~*~tactically~*~*~ (outnumbered).
 13954 | D:3      | 13954 ||| Stepping ~*~*~tactically~*~*~ (outnumbered).
 13956 | D:3      | 13956 ||| Stepping ~*~*~tactically~*~*~ (outnumbered).
 13958 | D:3      | 13958 ||| Stepping ~*~*~tactically~*~*~ (outnumbered).
 13960 | D:3      | 13960 ||| Stepping ~*~*~tactically~*~*~ (outnumbered).
 13962 | D:3      | 13962 ||| Stepping ~*~*~tactically~*~*~ (outnumbered).
 13964 | D:3      | 13964 ||| Stepping ~*~*~tactically~*~*~ (outnumbered).
 13966 | D:3      | 13966 ||| Stepping ~*~*~tactically~*~*~ (outnumbered).
 13968 | D:3      | 13968 ||| Stepping ~*~*~tactically~*~*~ (outnumbered).
 13970 | D:3      | 13970 ||| Stepping ~*~*~tactically~*~*~ (outnumbered).
 13972 | D:3      | 13972 ||| Stepping ~*~*~tactically~*~*~ (outnumbered).
 13974 | D:3      | 13974 ||| Stepping ~*~*~tactically~*~*~ (outnumbered).
 13976 | D:3      | 13976 ||| Stepping ~*~*~tactically~*~*~ (outnumbered).
 13978 | D:3      | 13978 ||| Stepping ~*~*~tactically~*~*~ (outnumbered).
 13980 | D:3      | 13980 ||| Stepping ~*~*~tactically~*~*~ (outnumbered).
 13982 | D:3      | 13982 ||| Stepping ~*~*~tactically~*~*~ (outnumbered).
 13984 | D:3      | 13984 ||| Stepping ~*~*~tactically~*~*~ (outnumbered).
 13986 | D:3      | 13986 ||| Stepping ~*~*~tactically~*~*~ (outnumbered).
 13988 | D:3      | 13988 ||| Stepping ~*~*~tactically~*~*~ (outnumbered).
 13990 | D:3      | 13990 ||| Stepping ~*~*~tactically~*~*~ (outnumbered).
 13992 | D:3      | 13992 ||| Stepping ~*~*~tactically~*~*~ (outnumbered).
 13994 | D:3      | 13994 ||| Stepping ~*~*~tactically~*~*~ (outnumbered).
 13996 | D:3      | 13996 ||| Stepping ~*~*~tactically~*~*~ (outnumbered).
 13998 | D:3      | 13998 ||| Stepping ~*~*~tactically~*~*~ (outnumbered).
 14000 | D:3      | 14000 ||| Stepping ~*~*~tactically~*~*~ (outnumbered).
 14002 | D:3      | 14002 ||| Stepping ~*~*~tactically~*~*~ (outnumbered).
 14004 | D:3      | 14004 ||| Stepping ~*~*~tactically~*~*~ (outnumbered).
 14006 | D:3      | 14006 ||| Stepping ~*~*~tactically~*~*~ (outnumbered).
 14008 | D:3      | 14008 ||| Stepping ~*~*~tactically~*~*~ (outnumbered).
 14010 | D:3      | 14010 ||| Stepping ~*~*~tactically~*~*~ (outnumbered).
 14012 | D:3      | 14012 ||| Stepping ~*~*~tactically~*~*~ (outnumbered).
 14014 | D:3      | 14014 ||| Stepping ~*~*~tactically~*~*~ (outnumbered).
 14016 | D:3      | 14016 ||| Stepping ~*~*~tactically~*~*~ (outnumbered).
 14018 | D:3      | 14018 ||| Stepping ~*~*~tactically~*~*~ (outnumbered).
 14020 | D:3      | 14020 ||| Stepping ~*~*~tactically~*~*~ (outnumbered).
 14022 | D:3      | 14022 ||| Stepping ~*~*~tactically~*~*~ (outnumbered).
 14024 | D:3      | 14024 ||| Stepping ~*~*~tactically~*~*~ (outnumbered).
 14026 | D:3      | 14026 ||| Stepping ~*~*~tactically~*~*~ (outnumbered).
 14028 | D:3      | 14028 ||| Stepping ~*~*~tactically~*~*~ (outnumbered).
 14030 | D:3      | 14030 ||| Stepping ~*~*~tactically~*~*~ (outnumbered).
 14032 | D:3      | 14032 ||| Stepping ~*~*~tactically~*~*~ (outnumbered).
 14034 | D:3      | 14034 ||| Stepping ~*~*~tactically~*~*~ (outnumbered).
 14036 | D:3      | 14036 ||| Stepping ~*~*~tactically~*~*~ (outnumbered).
 14038 | D:3      | 14038 ||| Stepping ~*~*~tactically~*~*~ (outnumbered).
 14040 | D:3      | 14040 ||| Stepping ~*~*~tactically~*~*~ (outnumbered).
 14042 | D:3      | 14042 ||| Stepping ~*~*~tactically~*~*~ (outnumbered).
 14044 | D:3      | 14044 ||| Stepping ~*~*~tactically~*~*~ (outnumbered).
 14046 | D:3      | 14046 ||| Stepping ~*~*~tactically~*~*~ (outnumbered).
 14048 | D:3      | 14048 ||| Stepping ~*~*~tactically~*~*~ (outnumbered).
 14050 | D:3      | 14050 ||| Stepping ~*~*~tactically~*~*~ (outnumbered).
 14052 | D:3      | 14052 ||| Stepping ~*~*~tactically~*~*~ (outnumbered).
 14054 | D:3      | 14054 ||| Stepping ~*~*~tactically~*~*~ (outnumbered).
 14056 | D:3      | 14056 ||| Stepping ~*~*~tactically~*~*~ (outnumbered).
 14058 | D:3      | 14058 ||| Stepping ~*~*~tactically~*~*~ (outnumbered).
 14060 | D:3      | 14060 ||| Stepping ~*~*~tactically~*~*~ (outnumbered).
 14062 | D:3      | 14062 ||| Stepping ~*~*~tactically~*~*~ (outnumbered).
 14064 | D:3      | 14064 ||| Stepping ~*~*~tactically~*~*~ (outnumbered).
 14066 | D:3      | 14066 ||| Stepping ~*~*~tactically~*~*~ (outnumbered).
 14068 | D:3      | 14068 ||| Stepping ~*~*~tactically~*~*~ (outnumbered).
 14070 | D:3      | 14070 ||| Stepping ~*~*~tactically~*~*~ (outnumbered).
 14072 | D:3      | 14072 ||| Stepping ~*~*~tactically~*~*~ (outnumbered).
 14074 | D:3      | 14074 ||| Stepping ~*~*~tactically~*~*~ (outnumbered).
 14076 | D:3      | 14076 ||| Stepping ~*~*~tactically~*~*~ (outnumbered).
 14078 | D:3      | 14078 ||| Stepping ~*~*~tactically~*~*~ (outnumbered).
 14080 | D:3      | 14080 ||| Stepping ~*~*~tactically~*~*~ (outnumbered).
 14082 | D:3      | 14082 ||| Stepping ~*~*~tactically~*~*~ (outnumbered).
 14084 | D:3      | 14084 ||| Stepping ~*~*~tactically~*~*~ (outnumbered).
 14086 | D:3      | 14086 ||| Stepping ~*~*~tactically~*~*~ (outnumbered).
 14088 | D:3      | 14088 ||| Stepping ~*~*~tactically~*~*~ (outnumbered).
 14090 | D:3      | 14090 ||| Stepping ~*~*~tactically~*~*~ (outnumbered).
 14092 | D:3      | 14092 ||| Stepping ~*~*~tactically~*~*~ (outnumbered).
 14094 | D:3      | 14094 ||| Stepping ~*~*~tactically~*~*~ (outnumbered).
 14096 | D:3      | 14096 ||| Stepping ~*~*~tactically~*~*~ (outnumbered).
 14098 | D:3      | 14098 ||| Stepping ~*~*~tactically~*~*~ (outnumbered).
 14100 | D:3      | 14100 ||| Stepping ~*~*~tactically~*~*~ (outnumbered).
 14102 | D:3      | 14102 ||| Stepping ~*~*~tactically~*~*~ (outnumbered).
 14104 | D:3      | 14104 ||| Stepping ~*~*~tactically~*~*~ (outnumbered).
 14106 | D:3      | 14106 ||| Stepping ~*~*~tactically~*~*~ (outnumbered).
 14108 | D:3      | 14108 ||| Stepping ~*~*~tactically~*~*~ (outnumbered).
 14110 | D:3      | 14110 ||| Stepping ~*~*~tactically~*~*~ (outnumbered).
 14112 | D:3      | 14112 ||| Stepping ~*~*~tactically~*~*~ (outnumbered).
 14114 | D:3      | 14114 ||| Stepping ~*~*~tactically~*~*~ (outnumbered).
 14116 | D:3      | 14116 ||| Stepping ~*~*~tactically~*~*~ (outnumbered).
 14118 | D:3      | 14118 ||| Stepping ~*~*~tactically~*~*~ (outnumbered).
 14120 | D:3      | 14120 ||| Stepping ~*~*~tactically~*~*~ (outnumbered).
 14122 | D:3      | 14122 ||| Stepping ~*~*~tactically~*~*~ (outnumbered).
 14124 | D:3      | 14124 ||| Stepping ~*~*~tactically~*~*~ (outnumbered).
 14126 | D:3      | 14126 ||| Stepping ~*~*~tactically~*~*~ (outnumbered).
 14128 | D:3      | 14128 ||| Stepping ~*~*~tactically~*~*~ (outnumbered).
 14130 | D:3      | 14130 ||| Stepping ~*~*~tactically~*~*~ (outnumbered).
 14132 | D:3      | 14132 ||| Stepping ~*~*~tactically~*~*~ (outnumbered).
 14134 | D:3      | 14134 ||| Stepping ~*~*~tactically~*~*~ (outnumbered).
 14136 | D:3      | 14136 ||| Stepping ~*~*~tactically~*~*~ (outnumbered).
 14138 | D:3      | 14138 ||| Stepping ~*~*~tactically~*~*~ (outnumbered).
 14140 | D:3      | 14140 ||| Stepping ~*~*~tactically~*~*~ (outnumbered).
 14142 | D:3      | 14142 ||| Stepping ~*~*~tactically~*~*~ (outnumbered).
 14144 | D:3      | 14144 ||| Stepping ~*~*~tactically~*~*~ (outnumbered).
 14146 | D:3      | 14146 ||| Stepping ~*~*~tactically~*~*~ (outnumbered).
 14148 | D:3      | 14148 ||| Stepping ~*~*~tactically~*~*~ (outnumbered).
 14150 | D:3      | 14150 ||| Stepping ~*~*~tactically~*~*~ (outnumbered).
 14152 | D:3      | 14152 ||| Stepping ~*~*~tactically~*~*~ (outnumbered).
 14154 | D:3      | 14154 ||| Stepping ~*~*~tactically~*~*~ (outnumbered).
 14156 | D:3      | 14156 ||| Stepping ~*~*~tactically~*~*~ (outnumbered).
 14158 | D:3      | 14158 ||| Stepping ~*~*~tactically~*~*~ (outnumbered).
 14160 | D:3      | 14160 ||| Stepping ~*~*~tactically~*~*~ (outnumbered).
 14162 | D:3      | 14162 ||| Stepping ~*~*~tactically~*~*~ (outnumbered).
 14164 | D:3      | 14164 ||| Stepping ~*~*~tactically~*~*~ (outnumbered).
 14166 | D:3      | 14166 ||| Stepping ~*~*~tactically~*~*~ (outnumbered).
 14168 | D:3      | 14168 ||| Stepping ~*~*~tactically~*~*~ (outnumbered).
 14170 | D:3      | 14170 ||| Stepping ~*~*~tactically~*~*~ (outnumbered).
 14172 | D:3      | 14172 ||| Stepping ~*~*~tactically~*~*~ (outnumbered).
 14174 | D:3      | 14174 ||| Stepping ~*~*~tactically~*~*~ (outnumbered).
 14176 | D:3      | 14176 ||| Stepping ~*~*~tactically~*~*~ (outnumbered).
 14178 | D:3      | 14178 ||| Stepping ~*~*~tactically~*~*~ (outnumbered).
 14180 | D:3      | 14180 ||| Stepping ~*~*~tactically~*~*~ (outnumbered).
 14182 | D:3      | 14182 ||| Stepping ~*~*~tactically~*~*~ (outnumbered).
 14184 | D:3      | 14184 ||| Stepping ~*~*~tactically~*~*~ (outnumbered).
 14186 | D:3      | 14186 ||| Stepping ~*~*~tactically~*~*~ (outnumbered).
 14188 | D:3      | 14188 ||| Stepping ~*~*~tactically~*~*~ (outnumbered).
 14190 | D:3      | 14190 ||| Stepping ~*~*~tactically~*~*~ (outnumbered).
 14192 | D:3      | 14192 ||| Stepping ~*~*~tactically~*~*~ (outnumbered).
 14194 | D:3      | 14194 ||| Stepping ~*~*~tactically~*~*~ (outnumbered).
 14196 | D:3      | 14196 ||| Stepping ~*~*~tactically~*~*~ (outnumbered).
 14198 | D:3      | 14198 ||| Stepping ~*~*~tactically~*~*~ (outnumbered).
 14200 | D:3      | 14200 ||| Stepping ~*~*~tactically~*~*~ (outnumbered).
 14202 | D:3      | 14202 ||| Stepping ~*~*~tactically~*~*~ (outnumbered).
 14204 | D:3      | 14204 ||| Stepping ~*~*~tactically~*~*~ (outnumbered).
 14206 | D:3      | 14206 ||| Stepping ~*~*~tactically~*~*~ (outnumbered).
 14208 | D:3      | 14208 ||| Stepping ~*~*~tactically~*~*~ (outnumbered).
 14210 | D:3      | 14210 ||| Stepping ~*~*~tactically~*~*~ (outnumbered).
 14212 | D:3      | 14212 ||| Stepping ~*~*~tactically~*~*~ (outnumbered).
 14214 | D:3      | 14214 ||| Stepping ~*~*~tactically~*~*~ (outnumbered).
 14216 | D:3      | 14216 ||| Stepping ~*~*~tactically~*~*~ (outnumbered).
 14218 | D:3      | 14218 ||| Stepping ~*~*~tactically~*~*~ (outnumbered).
 14220 | D:3      | 14220 ||| Stepping ~*~*~tactically~*~*~ (outnumbered).
 14222 | D:3      | 14222 ||| Stepping ~*~*~tactically~*~*~ (outnumbered).
 14224 | D:3      | 14224 ||| Stepping ~*~*~tactically~*~*~ (outnumbered).
 14226 | D:3      | 14226 ||| Stepping ~*~*~tactically~*~*~ (outnumbered).
 14228 | D:3      | 14228 ||| Stepping ~*~*~tactically~*~*~ (outnumbered).
 14230 | D:3      | 14230 ||| Stepping ~*~*~tactically~*~*~ (outnumbered).
 14232 | D:3      | 14232 ||| Stepping ~*~*~tactically~*~*~ (outnumbered).
 14234 | D:3      | 14234 ||| Stepping ~*~*~tactically~*~*~ (outnumbered).
 14236 | D:3      | 14236 ||| Stepping ~*~*~tactically~*~*~ (outnumbered).
 14238 | D:3      | 14238 ||| Stepping ~*~*~tactically~*~*~ (outnumbered).
 14240 | D:3      | 14240 ||| Stepping ~*~*~tactically~*~*~ (outnumbered).
 14242 | D:3      | 14242 ||| Stepping ~*~*~tactically~*~*~ (outnumbered).
 14244 | D:3      | 14244 ||| Stepping ~*~*~tactically~*~*~ (outnumbered).
 14246 | D:3      | 14246 ||| Stepping ~*~*~tactically~*~*~ (outnumbered).
 14248 | D:3      | 14248 ||| Stepping ~*~*~tactically~*~*~ (outnumbered).
 14250 | D:3      | 14250 ||| Stepping ~*~*~tactically~*~*~ (outnumbered).
 14252 | D:3      | 14252 ||| Stepping ~*~*~tactically~*~*~ (outnumbered).
 14254 | D:3      | 14254 ||| Stepping ~*~*~tactically~*~*~ (outnumbered).
 14256 | D:3      | 14256 ||| Stepping ~*~*~tactically~*~*~ (outnumbered).
 14258 | D:3      | 14258 ||| Stepping ~*~*~tactically~*~*~ (outnumbered).
 14260 | D:3      | 14260 ||| Stepping ~*~*~tactically~*~*~ (outnumbered).
 14262 | D:3      | 14262 ||| Stepping ~*~*~tactically~*~*~ (outnumbered).
 14264 | D:3      | 14264 ||| Stepping ~*~*~tactically~*~*~ (outnumbered).
 14266 | D:3      | 14266 ||| Stepping ~*~*~tactically~*~*~ (outnumbered).
 14268 | D:3      | 14268 ||| Stepping ~*~*~tactically~*~*~ (outnumbered).
 14270 | D:3      | 14270 ||| Stepping ~*~*~tactically~*~*~ (outnumbered).
 14272 | D:3      | 14272 ||| Stepping ~*~*~tactically~*~*~ (outnumbered).
 14274 | D:3      | 14274 ||| Stepping ~*~*~tactically~*~*~ (outnumbered).
 14276 | D:3      | 14276 ||| Stepping ~*~*~tactically~*~*~ (outnumbered).
 14278 | D:3      | 14278 ||| Stepping ~*~*~tactically~*~*~ (outnumbered).
 14280 | D:3      | 14280 ||| Stepping ~*~*~tactically~*~*~ (outnumbered).
 14282 | D:3      | 14282 ||| Stepping ~*~*~tactically~*~*~ (outnumbered).
 14284 | D:3      | 14284 ||| Stepping ~*~*~tactically~*~*~ (outnumbered).
 14286 | D:3      | 14286 ||| Stepping ~*~*~tactically~*~*~ (outnumbered).
 14288 | D:3      | 14288 ||| Stepping ~*~*~tactically~*~*~ (outnumbered).
 14290 | D:3      | 14290 ||| Stepping ~*~*~tactically~*~*~ (outnumbered).
 14292 | D:3      | 14292 ||| Stepping ~*~*~tactically~*~*~ (outnumbered).
 14294 | D:3      | 14294 ||| Stepping ~*~*~tactically~*~*~ (outnumbered).
 14296 | D:3      | 14296 ||| Stepping ~*~*~tactically~*~*~ (outnumbered).
 14298 | D:3      | 14298 ||| Stepping ~*~*~tactically~*~*~ (outnumbered).
 14300 | D:3      | 14300 ||| Stepping ~*~*~tactically~*~*~ (outnumbered).
 14302 | D:3      | 14302 ||| Stepping ~*~*~tactically~*~*~ (outnumbered).
 14304 | D:3      | 14304 ||| Stepping ~*~*~tactically~*~*~ (outnumbered).
 14306 | D:3      | 14306 ||| Stepping ~*~*~tactically~*~*~ (outnumbered).
 14308 | D:3      | 14308 ||| Stepping ~*~*~tactically~*~*~ (outnumbered).
 14310 | D:3      | 14310 ||| Stepping ~*~*~tactically~*~*~ (outnumbered).
 14312 | D:3      | 14312 ||| Stepping ~*~*~tactically~*~*~ (outnumbered).
 14314 | D:3      | 14314 ||| Stepping ~*~*~tactically~*~*~ (outnumbered).
 14316 | D:3      | 14316 ||| Stepping ~*~*~tactically~*~*~ (outnumbered).
 14318 | D:3      | 14318 ||| Stepping ~*~*~tactically~*~*~ (outnumbered).
 14320 | D:3      | 14320 ||| Stepping ~*~*~tactically~*~*~ (outnumbered).
 14322 | D:3      | 14322 ||| Stepping ~*~*~tactically~*~*~ (outnumbered).
 14324 | D:3      | 14324 ||| Stepping ~*~*~tactically~*~*~ (outnumbered).
 14326 | D:3      | 14326 ||| Stepping ~*~*~tactically~*~*~ (outnumbered).
 14328 | D:3      | 14328 ||| Stepping ~*~*~tactically~*~*~ (outnumbered).
 14330 | D:3      | 14330 ||| Stepping ~*~*~tactically~*~*~ (outnumbered).
 14332 | D:3      | 14332 ||| Stepping ~*~*~tactically~*~*~ (outnumbered).
 14334 | D:3      | 14334 ||| Stepping ~*~*~tactically~*~*~ (outnumbered).
 14336 | D:3      | 14336 ||| Stepping ~*~*~tactically~*~*~ (outnumbered).
 14338 | D:3      | 14338 ||| Stepping ~*~*~tactically~*~*~ (outnumbered).
 14340 | D:3      | 14340 ||| Stepping ~*~*~tactically~*~*~ (outnumbered).
 14342 | D:3      | 14342 ||| Stepping ~*~*~tactically~*~*~ (outnumbered).
 14344 | D:3      | 14344 ||| Stepping ~*~*~tactically~*~*~ (outnumbered).
 14346 | D:3      | 14346 ||| Stepping ~*~*~tactically~*~*~ (outnumbered).
 14348 | D:3      | 14348 ||| Stepping ~*~*~tactically~*~*~ (outnumbered).
 14350 | D:3      | 14350 ||| Stepping ~*~*~tactically~*~*~ (outnumbered).
 14352 | D:3      | 14352 ||| Stepping ~*~*~tactically~*~*~ (outnumbered).
 14354 | D:3      | 14354 ||| Stepping ~*~*~tactically~*~*~ (outnumbered).
 14356 | D:3      | 14356 ||| Stepping ~*~*~tactically~*~*~ (outnumbered).
 14358 | D:3      | 14358 ||| Stepping ~*~*~tactically~*~*~ (outnumbered).
 14360 | D:3      | 14360 ||| Stepping ~*~*~tactically~*~*~ (outnumbered).
 14362 | D:3      | 14362 ||| Stepping ~*~*~tactically~*~*~ (outnumbered).
 14364 | D:3      | 14364 ||| Stepping ~*~*~tactically~*~*~ (outnumbered).
 14366 | D:3      | 14366 ||| Stepping ~*~*~tactically~*~*~ (outnumbered).
 14368 | D:3      | 14368 ||| Stepping ~*~*~tactically~*~*~ (outnumbered).
 14370 | D:3      | 14370 ||| Stepping ~*~*~tactically~*~*~ (outnumbered).
 14372 | D:3      | 14372 ||| Stepping ~*~*~tactically~*~*~ (outnumbered).
 14374 | D:3      | 14374 ||| Stepping ~*~*~tactically~*~*~ (outnumbered).
 14376 | D:3      | 14376 ||| Stepping ~*~*~tactically~*~*~ (outnumbered).
 14378 | D:3      | 14378 ||| Stepping ~*~*~tactically~*~*~ (outnumbered).
 14380 | D:3      | 14380 ||| Stepping ~*~*~tactically~*~*~ (outnumbered).
 14382 | D:3      | 14382 ||| Stepping ~*~*~tactically~*~*~ (outnumbered).
 14384 | D:3      | 14384 ||| Stepping ~*~*~tactically~*~*~ (outnumbered).
 14386 | D:3      | 14386 ||| Stepping ~*~*~tactically~*~*~ (outnumbered).
 14388 | D:3      | 14388 ||| Stepping ~*~*~tactically~*~*~ (outnumbered).
 14390 | D:3      | 14390 ||| Stepping ~*~*~tactically~*~*~ (outnumbered).
 14392 | D:3      | 14392 ||| Stepping ~*~*~tactically~*~*~ (outnumbered).
 14394 | D:3      | 14394 ||| Stepping ~*~*~tactically~*~*~ (outnumbered).
 14396 | D:3      | 14396 ||| Stepping ~*~*~tactically~*~*~ (outnumbered).
 14398 | D:3      | 14398 ||| Stepping ~*~*~tactically~*~*~ (outnumbered).
 14400 | D:3      | 14400 ||| Stepping ~*~*~tactically~*~*~ (outnumbered).
 14402 | D:3      | 14402 ||| Stepping ~*~*~tactically~*~*~ (outnumbered).
 14404 | D:3      | 14404 ||| Stepping ~*~*~tactically~*~*~ (outnumbered).
 14406 | D:3      | 14406 ||| Stepping ~*~*~tactically~*~*~ (outnumbered).
 14408 | D:3      | 14408 ||| Stepping ~*~*~tactically~*~*~ (outnumbered).
 14410 | D:3      | 14410 ||| Stepping ~*~*~tactically~*~*~ (outnumbered).
 14412 | D:3      | 14412 ||| Stepping ~*~*~tactically~*~*~ (outnumbered).
 14414 | D:3      | 14414 ||| Stepping ~*~*~tactically~*~*~ (outnumbered).
 14416 | D:3      | 14416 ||| Stepping ~*~*~tactically~*~*~ (outnumbered).
 14418 | D:3      | 14418 ||| Stepping ~*~*~tactically~*~*~ (outnumbered).
 14420 | D:3      | 14420 ||| Stepping ~*~*~tactically~*~*~ (outnumbered).
 14422 | D:3      | 14422 ||| Stepping ~*~*~tactically~*~*~ (outnumbered).
 14424 | D:3      | 14424 ||| Stepping ~*~*~tactically~*~*~ (outnumbered).
 14426 | D:3      | 14426 ||| Stepping ~*~*~tactically~*~*~ (outnumbered).
 14428 | D:3      | 14428 ||| Stepping ~*~*~tactically~*~*~ (outnumbered).
 14430 | D:3      | 14430 ||| Stepping ~*~*~tactically~*~*~ (outnumbered).
 14432 | D:3      | 14432 ||| Stepping ~*~*~tactically~*~*~ (outnumbered).
 14434 | D:3      | 14434 ||| Stepping ~*~*~tactically~*~*~ (outnumbered).
 14436 | D:3      | 14436 ||| Stepping ~*~*~tactically~*~*~ (outnumbered).
 14438 | D:3      | 14438 ||| Stepping ~*~*~tactically~*~*~ (outnumbered).
 14440 | D:3      | 14440 ||| Stepping ~*~*~tactically~*~*~ (outnumbered).
 14442 | D:3      | 14442 ||| Stepping ~*~*~tactically~*~*~ (outnumbered).
 14444 | D:3      | 14444 ||| Stepping ~*~*~tactically~*~*~ (outnumbered).
 14446 | D:3      | 14446 ||| Stepping ~*~*~tactically~*~*~ (outnumbered).
 14448 | D:3      | 14448 ||| Stepping ~*~*~tactically~*~*~ (outnumbered).
 14450 | D:3      | 14450 ||| Stepping ~*~*~tactically~*~*~ (outnumbered).
 14452 | D:3      | 14452 ||| Stepping ~*~*~tactically~*~*~ (outnumbered).
 14454 | D:3      | 14454 ||| Stepping ~*~*~tactically~*~*~ (outnumbered).
 14456 | D:3      | 14456 ||| Stepping ~*~*~tactically~*~*~ (outnumbered).
 14458 | D:3      | 14458 ||| Stepping ~*~*~tactically~*~*~ (outnumbered).
 14460 | D:3      | 14460 ||| Stepping ~*~*~tactically~*~*~ (outnumbered).
 14462 | D:3      | 14462 ||| Stepping ~*~*~tactically~*~*~ (outnumbered).
 14464 | D:3      | 14464 ||| Stepping ~*~*~tactically~*~*~ (outnumbered).
 14466 | D:3      | 14466 ||| Stepping ~*~*~tactically~*~*~ (outnumbered).
 14468 | D:3      | 14468 ||| Stepping ~*~*~tactically~*~*~ (outnumbered).
 14470 | D:3      | 14470 ||| Stepping ~*~*~tactically~*~*~ (outnumbered).
 14472 | D:3      | 14472 ||| Stepping ~*~*~tactically~*~*~ (outnumbered).
 14474 | D:3      | 14474 ||| Stepping ~*~*~tactically~*~*~ (outnumbered).
 14476 | D:3      | 14476 ||| Stepping ~*~*~tactically~*~*~ (outnumbered).
 14478 | D:3      | 14478 ||| Stepping ~*~*~tactically~*~*~ (outnumbered).
 14480 | D:3      | 14480 ||| Stepping ~*~*~tactically~*~*~ (outnumbered).
 14482 | D:3      | 14482 ||| Stepping ~*~*~tactically~*~*~ (outnumbered).
 14484 | D:3      | 14484 ||| Stepping ~*~*~tactically~*~*~ (outnumbered).
 14486 | D:3      | 14486 ||| Stepping ~*~*~tactically~*~*~ (outnumbered).
 14488 | D:3      | 14488 ||| Stepping ~*~*~tactically~*~*~ (outnumbered).
 14490 | D:3      | 14490 ||| Stepping ~*~*~tactically~*~*~ (outnumbered).
 14492 | D:3      | 14492 ||| Stepping ~*~*~tactically~*~*~ (outnumbered).
 14494 | D:3      | 14494 ||| Stepping ~*~*~tactically~*~*~ (outnumbered).
 14496 | D:3      | 14496 ||| Stepping ~*~*~tactically~*~*~ (outnumbered).
 14498 | D:3      | 14498 ||| Stepping ~*~*~tactically~*~*~ (outnumbered).
 14500 | D:3      | 14500 ||| Stepping ~*~*~tactically~*~*~ (outnumbered).
 14502 | D:3      | 14502 ||| Stepping ~*~*~tactically~*~*~ (outnumbered).
 14504 | D:3      | 14504 ||| Stepping ~*~*~tactically~*~*~ (outnumbered).
 14506 | D:3      | 14506 ||| Stepping ~*~*~tactically~*~*~ (outnumbered).
 14508 | D:3      | 14508 ||| Stepping ~*~*~tactically~*~*~ (outnumbered).
 14510 | D:3      | 14510 ||| Stepping ~*~*~tactically~*~*~ (outnumbered).
 14512 | D:3      | 14512 ||| Stepping ~*~*~tactically~*~*~ (outnumbered).
 14514 | D:3      | 14514 ||| Stepping ~*~*~tactically~*~*~ (outnumbered).
 14516 | D:3      | 14516 ||| Stepping ~*~*~tactically~*~*~ (outnumbered).
 14518 | D:3      | 14518 ||| Stepping ~*~*~tactically~*~*~ (outnumbered).
 14520 | D:3      | 14520 ||| Stepping ~*~*~tactically~*~*~ (outnumbered).
 14522 | D:3      | 14522 ||| Stepping ~*~*~tactically~*~*~ (outnumbered).
 14524 | D:3      | 14524 ||| Stepping ~*~*~tactically~*~*~ (outnumbered).
 14526 | D:3      | 14526 ||| Stepping ~*~*~tactically~*~*~ (outnumbered).
 14528 | D:3      | 14528 ||| Stepping ~*~*~tactically~*~*~ (outnumbered).
 14530 | D:3      | 14530 ||| Stepping ~*~*~tactically~*~*~ (outnumbered).
 14532 | D:3      | 14532 ||| Stepping ~*~*~tactically~*~*~ (outnumbered).
 14534 | D:3      | 14534 ||| Stepping ~*~*~tactically~*~*~ (outnumbered).
 14536 | D:3      | 14536 ||| Stepping ~*~*~tactically~*~*~ (outnumbered).
 14538 | D:3      | 14538 ||| Stepping ~*~*~tactically~*~*~ (outnumbered).
 14540 | D:3      | 14540 ||| Stepping ~*~*~tactically~*~*~ (outnumbered).
 14542 | D:3      | 14542 ||| Stepping ~*~*~tactically~*~*~ (outnumbered).
 14544 | D:3      | 14544 ||| Stepping ~*~*~tactically~*~*~ (outnumbered).
 14546 | D:3      | 14546 ||| Stepping ~*~*~tactically~*~*~ (outnumbered).
 14548 | D:3      | 14548 ||| Stepping ~*~*~tactically~*~*~ (outnumbered).
 14550 | D:3      | 14550 ||| Stepping ~*~*~tactically~*~*~ (outnumbered).
 14552 | D:3      | 14552 ||| Stepping ~*~*~tactically~*~*~ (outnumbered).
 14554 | D:3      | 14554 ||| Stepping ~*~*~tactically~*~*~ (outnumbered).
 14556 | D:3      | 14556 ||| Stepping ~*~*~tactically~*~*~ (outnumbered).
 14558 | D:3      | 14558 ||| Stepping ~*~*~tactically~*~*~ (outnumbered).
 14560 | D:3      | 14560 ||| Stepping ~*~*~tactically~*~*~ (outnumbered).
 14562 | D:3      | 14562 ||| Stepping ~*~*~tactically~*~*~ (outnumbered).
 14564 | D:3      | 14564 ||| Stepping ~*~*~tactically~*~*~ (outnumbered).
 14566 | D:3      | 14566 ||| Stepping ~*~*~tactically~*~*~ (outnumbered).
 14568 | D:3      | 14568 ||| Stepping ~*~*~tactically~*~*~ (outnumbered).
 14570 | D:3      | 14570 ||| Stepping ~*~*~tactically~*~*~ (outnumbered).
 14572 | D:3      | 14572 ||| Stepping ~*~*~tactically~*~*~ (outnumbered).
 14574 | D:3      | 14574 ||| Stepping ~*~*~tactically~*~*~ (outnumbered).
 14576 | D:3      | 14576 ||| Stepping ~*~*~tactically~*~*~ (outnumbered).
 14578 | D:3      | 14578 ||| Stepping ~*~*~tactically~*~*~ (outnumbered).
 14580 | D:3      | 14580 ||| Stepping ~*~*~tactically~*~*~ (outnumbered).
 14582 | D:3      | 14582 ||| Stepping ~*~*~tactically~*~*~ (outnumbered).
 14584 | D:3      | 14584 ||| Stepping ~*~*~tactically~*~*~ (outnumbered).
 14586 | D:3      | 14586 ||| Stepping ~*~*~tactically~*~*~ (outnumbered).
 14588 | D:3      | 14588 ||| Stepping ~*~*~tactically~*~*~ (outnumbered).
 14590 | D:3      | 14590 ||| Stepping ~*~*~tactically~*~*~ (outnumbered).
 14592 | D:3      | 14592 ||| Stepping ~*~*~tactically~*~*~ (outnumbered).
 14594 | D:3      | 14594 ||| Stepping ~*~*~tactically~*~*~ (outnumbered).
 14596 | D:3      | 14596 ||| Stepping ~*~*~tactically~*~*~ (outnumbered).
 14598 | D:3      | 14598 ||| Stepping ~*~*~tactically~*~*~ (outnumbered).
 14600 | D:3      | 14600 ||| Stepping ~*~*~tactically~*~*~ (outnumbered).
 14602 | D:3      | 14602 ||| Stepping ~*~*~tactically~*~*~ (outnumbered).
 14604 | D:3      | 14604 ||| Stepping ~*~*~tactically~*~*~ (outnumbered).
 14606 | D:3      | 14606 ||| Stepping ~*~*~tactically~*~*~ (outnumbered).
 14608 | D:3      | 14608 ||| Stepping ~*~*~tactically~*~*~ (outnumbered).
 14610 | D:3      | 14610 ||| Stepping ~*~*~tactically~*~*~ (outnumbered).
 14612 | D:3      | 14612 ||| Stepping ~*~*~tactically~*~*~ (outnumbered).
 14614 | D:3      | 14614 ||| Stepping ~*~*~tactically~*~*~ (outnumbered).
 14616 | D:3      | 14616 ||| Stepping ~*~*~tactically~*~*~ (outnumbered).
 14618 | D:3      | 14618 ||| Stepping ~*~*~tactically~*~*~ (outnumbered).
 14620 | D:3      | 14620 ||| Stepping ~*~*~tactically~*~*~ (outnumbered).
 14622 | D:3      | 14622 ||| Stepping ~*~*~tactically~*~*~ (outnumbered).
 14624 | D:3      | 14624 ||| Stepping ~*~*~tactically~*~*~ (outnumbered).
 14626 | D:3      | 14626 ||| Stepping ~*~*~tactically~*~*~ (outnumbered).
 14628 | D:3      | 14628 ||| Stepping ~*~*~tactically~*~*~ (outnumbered).
 14630 | D:3      | 14630 ||| Stepping ~*~*~tactically~*~*~ (outnumbered).
 14632 | D:3      | 14632 ||| Stepping ~*~*~tactically~*~*~ (outnumbered).
 14634 | D:3      | 14634 ||| Stepping ~*~*~tactically~*~*~ (outnumbered).
 14636 | D:3      | 14636 ||| Stepping ~*~*~tactically~*~*~ (outnumbered).
 14638 | D:3      | 14638 ||| Stepping ~*~*~tactically~*~*~ (outnumbered).
 14640 | D:3      | 14640 ||| Stepping ~*~*~tactically~*~*~ (outnumbered).
 14642 | D:3      | 14642 ||| Stepping ~*~*~tactically~*~*~ (outnumbered).
 14644 | D:3      | 14644 ||| Stepping ~*~*~tactically~*~*~ (outnumbered).
 14646 | D:3      | 14646 ||| Stepping ~*~*~tactically~*~*~ (outnumbered).
 14648 | D:3      | 14648 ||| Stepping ~*~*~tactically~*~*~ (outnumbered).
 14650 | D:3      | 14650 ||| Stepping ~*~*~tactically~*~*~ (outnumbered).
 14652 | D:3      | 14652 ||| Stepping ~*~*~tactically~*~*~ (outnumbered).
 14654 | D:3      | 14654 ||| Stepping ~*~*~tactically~*~*~ (outnumbered).
 14656 | D:3      | 14656 ||| Stepping ~*~*~tactically~*~*~ (outnumbered).
 14658 | D:3      | 14658 ||| Stepping ~*~*~tactically~*~*~ (outnumbered).
 14660 | D:3      | 14660 ||| Stepping ~*~*~tactically~*~*~ (outnumbered).
 14662 | D:3      | 14662 ||| Stepping ~*~*~tactically~*~*~ (outnumbered).
 14664 | D:3      | 14664 ||| Stepping ~*~*~tactically~*~*~ (outnumbered).
 14666 | D:3      | 14666 ||| Stepping ~*~*~tactically~*~*~ (outnumbered).
 14668 | D:3      | 14668 ||| Stepping ~*~*~tactically~*~*~ (outnumbered).
 14670 | D:3      | 14670 ||| Stepping ~*~*~tactically~*~*~ (outnumbered).
 14672 | D:3      | 14672 ||| Stepping ~*~*~tactically~*~*~ (outnumbered).
 14674 | D:3      | 14674 ||| Stepping ~*~*~tactically~*~*~ (outnumbered).
 14676 | D:3      | 14676 ||| Stepping ~*~*~tactically~*~*~ (outnumbered).
 14678 | D:3      | 14678 ||| Stepping ~*~*~tactically~*~*~ (outnumbered).
 14680 | D:3      | 14680 ||| Stepping ~*~*~tactically~*~*~ (outnumbered).
 14682 | D:3      | 14682 ||| Stepping ~*~*~tactically~*~*~ (outnumbered).
 14684 | D:3      | 14684 ||| Stepping ~*~*~tactically~*~*~ (outnumbered).
 14686 | D:3      | 14686 ||| Stepping ~*~*~tactically~*~*~ (outnumbered).
 14688 | D:3      | 14688 ||| Stepping ~*~*~tactically~*~*~ (outnumbered).
 14690 | D:3      | 14690 ||| Stepping ~*~*~tactically~*~*~ (outnumbered).
 14692 | D:3      | 14692 ||| Stepping ~*~*~tactically~*~*~ (outnumbered).
 14694 | D:3      | 14694 ||| Stepping ~*~*~tactically~*~*~ (outnumbered).
 14696 | D:3      | 14696 ||| Stepping ~*~*~tactically~*~*~ (outnumbered).
 14698 | D:3      | 14698 ||| Stepping ~*~*~tactically~*~*~ (outnumbered).
 14700 | D:3      | 14700 ||| Stepping ~*~*~tactically~*~*~ (outnumbered).
 14702 | D:3      | 14702 ||| Stepping ~*~*~tactically~*~*~ (outnumbered).
 14704 | D:3      | 14704 ||| Stepping ~*~*~tactically~*~*~ (outnumbered).
 14706 | D:3      | 14706 ||| Stepping ~*~*~tactically~*~*~ (outnumbered).
 14708 | D:3      | 14708 ||| Stepping ~*~*~tactically~*~*~ (outnumbered).
 14710 | D:3      | 14710 ||| Stepping ~*~*~tactically~*~*~ (outnumbered).
 14712 | D:3      | 14712 ||| Stepping ~*~*~tactically~*~*~ (outnumbered).
 14714 | D:3      | 14714 ||| Stepping ~*~*~tactically~*~*~ (outnumbered).
 14716 | D:3      | 14716 ||| Stepping ~*~*~tactically~*~*~ (outnumbered).
 14718 | D:3      | 14718 ||| Stepping ~*~*~tactically~*~*~ (outnumbered).
 14720 | D:3      | 14720 ||| Stepping ~*~*~tactically~*~*~ (outnumbered).
 14722 | D:3      | 14722 ||| Stepping ~*~*~tactically~*~*~ (outnumbered).
 14724 | D:3      | 14724 ||| Stepping ~*~*~tactically~*~*~ (outnumbered).
 14726 | D:3      | 14726 ||| Stepping ~*~*~tactically~*~*~ (outnumbered).
 14728 | D:3      | 14728 ||| Stepping ~*~*~tactically~*~*~ (outnumbered).
 14730 | D:3      | 14730 ||| Stepping ~*~*~tactically~*~*~ (outnumbered).
 14732 | D:3      | 14732 ||| Stepping ~*~*~tactically~*~*~ (outnumbered).
 14734 | D:3      | 14734 ||| Stepping ~*~*~tactically~*~*~ (outnumbered).
 14736 | D:3      | 14736 ||| Stepping ~*~*~tactically~*~*~ (outnumbered).
 14738 | D:3      | 14738 ||| Stepping ~*~*~tactically~*~*~ (outnumbered).
 14740 | D:3      | 14740 ||| Stepping ~*~*~tactically~*~*~ (outnumbered).
 14742 | D:3      | 14742 ||| Stepping ~*~*~tactically~*~*~ (outnumbered).
 14744 | D:3      | 14744 ||| Stepping ~*~*~tactically~*~*~ (outnumbered).
 14746 | D:3      | 14746 ||| Stepping ~*~*~tactically~*~*~ (outnumbered).
 14748 | D:3      | 14748 ||| Stepping ~*~*~tactically~*~*~ (outnumbered).
 14750 | D:3      | 14750 ||| Stepping ~*~*~tactically~*~*~ (outnumbered).
 14752 | D:3      | 14752 ||| Stepping ~*~*~tactically~*~*~ (outnumbered).
 14754 | D:3      | 14754 ||| Stepping ~*~*~tactically~*~*~ (outnumbered).
 14756 | D:3      | 14756 ||| Stepping ~*~*~tactically~*~*~ (outnumbered).
 14758 | D:3      | 14758 ||| Stepping ~*~*~tactically~*~*~ (outnumbered).
 14760 | D:3      | 14760 ||| Stepping ~*~*~tactically~*~*~ (outnumbered).
 14762 | D:3      | 14762 ||| Stepping ~*~*~tactically~*~*~ (outnumbered).
 14764 | D:3      | 14764 ||| Stepping ~*~*~tactically~*~*~ (outnumbered).
 14766 | D:3      | 14766 ||| Stepping ~*~*~tactically~*~*~ (outnumbered).
 14768 | D:3      | 14768 ||| Stepping ~*~*~tactically~*~*~ (outnumbered).
 14770 | D:3      | 14770 ||| Stepping ~*~*~tactically~*~*~ (outnumbered).
 14772 | D:3      | 14772 ||| Stepping ~*~*~tactically~*~*~ (outnumbered).
 14774 | D:3      | 14774 ||| Stepping ~*~*~tactically~*~*~ (outnumbered).
 14776 | D:3      | 14776 ||| Stepping ~*~*~tactically~*~*~ (outnumbered).
 14778 | D:3      | 14778 ||| Stepping ~*~*~tactically~*~*~ (outnumbered).
 14780 | D:3      | 14780 ||| Stepping ~*~*~tactically~*~*~ (outnumbered).
 14782 | D:3      | 14782 ||| Stepping ~*~*~tactically~*~*~ (outnumbered).
 14784 | D:3      | 14784 ||| Stepping ~*~*~tactically~*~*~ (outnumbered).
 14786 | D:3      | 14786 ||| Stepping ~*~*~tactically~*~*~ (outnumbered).
 14788 | D:3      | 14788 ||| Stepping ~*~*~tactically~*~*~ (outnumbered).
 14790 | D:3      | 14790 ||| Stepping ~*~*~tactically~*~*~ (outnumbered).
 14792 | D:3      | 14792 ||| Stepping ~*~*~tactically~*~*~ (outnumbered).
 14794 | D:3      | 14794 ||| Stepping ~*~*~tactically~*~*~ (outnumbered).
 14796 | D:3      | 14796 ||| Stepping ~*~*~tactically~*~*~ (outnumbered).
 14798 | D:3      | 14798 ||| Stepping ~*~*~tactically~*~*~ (outnumbered).
 14800 | D:3      | 14800 ||| Stepping ~*~*~tactically~*~*~ (outnumbered).
 14802 | D:3      | 14802 ||| Stepping ~*~*~tactically~*~*~ (outnumbered).
 14804 | D:3      | 14804 ||| Stepping ~*~*~tactically~*~*~ (outnumbered).
 14806 | D:3      | 14806 ||| Stepping ~*~*~tactically~*~*~ (outnumbered).
 14808 | D:3      | 14808 ||| Stepping ~*~*~tactically~*~*~ (outnumbered).
 14810 | D:3      | 14810 ||| Stepping ~*~*~tactically~*~*~ (outnumbered).
 14812 | D:3      | 14812 ||| Stepping ~*~*~tactically~*~*~ (outnumbered).
 14814 | D:3      | 14814 ||| Stepping ~*~*~tactically~*~*~ (outnumbered).
 14816 | D:3      | 14816 ||| Stepping ~*~*~tactically~*~*~ (outnumbered).
 14818 | D:3      | 14818 ||| Stepping ~*~*~tactically~*~*~ (outnumbered).
 14820 | D:3      | 14820 ||| Stepping ~*~*~tactically~*~*~ (outnumbered).
 14822 | D:3      | 14822 ||| Stepping ~*~*~tactically~*~*~ (outnumbered).
 14824 | D:3      | 14824 ||| Stepping ~*~*~tactically~*~*~ (outnumbered).
 14826 | D:3      | 14826 ||| Stepping ~*~*~tactically~*~*~ (outnumbered).
 14828 | D:3      | 14828 ||| Stepping ~*~*~tactically~*~*~ (outnumbered).
 14830 | D:3      | 14830 ||| Stepping ~*~*~tactically~*~*~ (outnumbered).
 14832 | D:3      | 14832 ||| Stepping ~*~*~tactically~*~*~ (outnumbered).
 14834 | D:3      | 14834 ||| Stepping ~*~*~tactically~*~*~ (outnumbered).
 14836 | D:3      | 14836 ||| Stepping ~*~*~tactically~*~*~ (outnumbered).
 14838 | D:3      | 14838 ||| Stepping ~*~*~tactically~*~*~ (outnumbered).
 14840 | D:3      | 14840 ||| Stepping ~*~*~tactically~*~*~ (outnumbered).
 14842 | D:3      | 14842 ||| Stepping ~*~*~tactically~*~*~ (outnumbered).
 14844 | D:3      | 14844 ||| Stepping ~*~*~tactically~*~*~ (outnumbered).
 14846 | D:3      | 14846 ||| Stepping ~*~*~tactically~*~*~ (outnumbered).
 14848 | D:3      | 14848 ||| Stepping ~*~*~tactically~*~*~ (outnumbered).
 14850 | D:3      | 14850 ||| Stepping ~*~*~tactically~*~*~ (outnumbered).
 14852 | D:3      | 14852 ||| Stepping ~*~*~tactically~*~*~ (outnumbered).
 14854 | D:3      | 14854 ||| Stepping ~*~*~tactically~*~*~ (outnumbered).
 14856 | D:3      | 14856 ||| Stepping ~*~*~tactically~*~*~ (outnumbered).
 14858 | D:3      | 14858 ||| Stepping ~*~*~tactically~*~*~ (outnumbered).
 14860 | D:3      | 14860 ||| Stepping ~*~*~tactically~*~*~ (outnumbered).
 14862 | D:3      | 14862 ||| Stepping ~*~*~tactically~*~*~ (outnumbered).
 14864 | D:3      | 14864 ||| Stepping ~*~*~tactically~*~*~ (outnumbered).
 14866 | D:3      | 14866 ||| Stepping ~*~*~tactically~*~*~ (outnumbered).
 14868 | D:3      | 14868 ||| Stepping ~*~*~tactically~*~*~ (outnumbered).
 14870 | D:3      | 14870 ||| Stepping ~*~*~tactically~*~*~ (outnumbered).
 14872 | D:3      | 14872 ||| Stepping ~*~*~tactically~*~*~ (outnumbered).
 14874 | D:3      | 14874 ||| Stepping ~*~*~tactically~*~*~ (outnumbered).
 14876 | D:3      | 14876 ||| Stepping ~*~*~tactically~*~*~ (outnumbered).
 14878 | D:3      | 14878 ||| Stepping ~*~*~tactically~*~*~ (outnumbered).
 14880 | D:3      | 14880 ||| Stepping ~*~*~tactically~*~*~ (outnumbered).
 14882 | D:3      | 14882 ||| Stepping ~*~*~tactically~*~*~ (outnumbered).
 14884 | D:3      | 14884 ||| Stepping ~*~*~tactically~*~*~ (outnumbered).
 14886 | D:3      | 14886 ||| Stepping ~*~*~tactically~*~*~ (outnumbered).
 14888 | D:3      | 14888 ||| Stepping ~*~*~tactically~*~*~ (outnumbered).
 14890 | D:3      | 14890 ||| Stepping ~*~*~tactically~*~*~ (outnumbered).
 14892 | D:3      | 14892 ||| Stepping ~*~*~tactically~*~*~ (outnumbered).
 14894 | D:3      | 14894 ||| Stepping ~*~*~tactically~*~*~ (outnumbered).
 14896 | D:3      | 14896 ||| Stepping ~*~*~tactically~*~*~ (outnumbered).
 14898 | D:3      | 14898 ||| Stepping ~*~*~tactically~*~*~ (outnumbered).
 14900 | D:3      | 14900 ||| Stepping ~*~*~tactically~*~*~ (outnumbered).
 14902 | D:3      | 14902 ||| Stepping ~*~*~tactically~*~*~ (outnumbered).
 14904 | D:3      | 14904 ||| Stepping ~*~*~tactically~*~*~ (outnumbered).
 14906 | D:3      | 14906 ||| Stepping ~*~*~tactically~*~*~ (outnumbered).
 14908 | D:3      | 14908 ||| Stepping ~*~*~tactically~*~*~ (outnumbered).
 14910 | D:3      | 14910 ||| Stepping ~*~*~tactically~*~*~ (outnumbered).
 14912 | D:3      | 14912 ||| Stepping ~*~*~tactically~*~*~ (outnumbered).
 14914 | D:3      | 14914 ||| Stepping ~*~*~tactically~*~*~ (outnumbered).
 14916 | D:3      | 14916 ||| Stepping ~*~*~tactically~*~*~ (outnumbered).
 14918 | D:3      | 14918 ||| Stepping ~*~*~tactically~*~*~ (outnumbered).
 14920 | D:3      | 14920 ||| Stepping ~*~*~tactically~*~*~ (outnumbered).
 14922 | D:3      | 14922 ||| Stepping ~*~*~tactically~*~*~ (outnumbered).
 14924 | D:3      | 14924 ||| Stepping ~*~*~tactically~*~*~ (outnumbered).
 14926 | D:3      | 14926 ||| Stepping ~*~*~tactically~*~*~ (outnumbered).
 14928 | D:3      | 14928 ||| Stepping ~*~*~tactically~*~*~ (outnumbered).
 14930 | D:3      | 14930 ||| Stepping ~*~*~tactically~*~*~ (outnumbered).
 14932 | D:3      | 14932 ||| Stepping ~*~*~tactically~*~*~ (outnumbered).
 14934 | D:3      | 14934 ||| Stepping ~*~*~tactically~*~*~ (outnumbered).
 14936 | D:3      | 14936 ||| Stepping ~*~*~tactically~*~*~ (outnumbered).
 14938 | D:3      | 14938 ||| Stepping ~*~*~tactically~*~*~ (outnumbered).
 14940 | D:3      | 14940 ||| Stepping ~*~*~tactically~*~*~ (outnumbered).
 14942 | D:3      | 14942 ||| Stepping ~*~*~tactically~*~*~ (outnumbered).
 14944 | D:3      | 14944 ||| Stepping ~*~*~tactically~*~*~ (outnumbered).
 14946 | D:3      | 14946 ||| Stepping ~*~*~tactically~*~*~ (outnumbered).
 14948 | D:3      | 14948 ||| Stepping ~*~*~tactically~*~*~ (outnumbered).
 14950 | D:3      | 14950 ||| Stepping ~*~*~tactically~*~*~ (outnumbered).
 14952 | D:3      | 14952 ||| Stepping ~*~*~tactically~*~*~ (outnumbered).
 14954 | D:3      | 14954 ||| Stepping ~*~*~tactically~*~*~ (outnumbered).
 14956 | D:3      | 14956 ||| Stepping ~*~*~tactically~*~*~ (outnumbered).
 14958 | D:3      | 14958 ||| Stepping ~*~*~tactically~*~*~ (outnumbered).
 14960 | D:3      | 14960 ||| Stepping ~*~*~tactically~*~*~ (outnumbered).
 14962 | D:3      | 14962 ||| Stepping ~*~*~tactically~*~*~ (outnumbered).
 14964 | D:3      | 14964 ||| Stepping ~*~*~tactically~*~*~ (outnumbered).
 14966 | D:3      | 14966 ||| Stepping ~*~*~tactically~*~*~ (outnumbered).
 14968 | D:3      | 14968 ||| Stepping ~*~*~tactically~*~*~ (outnumbered).
 14970 | D:3      | 14970 ||| Stepping ~*~*~tactically~*~*~ (outnumbered).
 14972 | D:3      | 14972 ||| Stepping ~*~*~tactically~*~*~ (outnumbered).
 14974 | D:3      | 14974 ||| Stepping ~*~*~tactically~*~*~ (outnumbered).
 14976 | D:3      | 14976 ||| Stepping ~*~*~tactically~*~*~ (outnumbered).
 14978 | D:3      | 14978 ||| Stepping ~*~*~tactically~*~*~ (outnumbered).
 14980 | D:3      | 14980 ||| Stepping ~*~*~tactically~*~*~ (outnumbered).
 14982 | D:3      | 14982 ||| Stepping ~*~*~tactically~*~*~ (outnumbered).
 14984 | D:3      | 14984 ||| Stepping ~*~*~tactically~*~*~ (outnumbered).
 14986 | D:3      | 14986 ||| Stepping ~*~*~tactically~*~*~ (outnumbered).
 14988 | D:3      | 14988 ||| Stepping ~*~*~tactically~*~*~ (outnumbered).
 14990 | D:3      | 14990 ||| Stepping ~*~*~tactically~*~*~ (outnumbered).
 14992 | D:3      | 14992 ||| Stepping ~*~*~tactically~*~*~ (outnumbered).
 14994 | D:3      | 14994 ||| Stepping ~*~*~tactically~*~*~ (outnumbered).
 14996 | D:3      | 14996 ||| Stepping ~*~*~tactically~*~*~ (outnumbered).
 14998 | D:3      | 14998 ||| Stepping ~*~*~tactically~*~*~ (outnumbered).
 15000 | D:3      | 15000 ||| Stepping ~*~*~tactically~*~*~ (outnumbered).
 15002 | D:3      | 15002 ||| Stepping ~*~*~tactically~*~*~ (outnumbered).
 15004 | D:3      | 15004 ||| Stepping ~*~*~tactically~*~*~ (outnumbered).
 15006 | D:3      | 15006 ||| Stepping ~*~*~tactically~*~*~ (outnumbered).
 15008 | D:3      | 15008 ||| Stepping ~*~*~tactically~*~*~ (outnumbered).
 15010 | D:3      | 15010 ||| Stepping ~*~*~tactically~*~*~ (outnumbered).
 15012 | D:3      | 15012 ||| Stepping ~*~*~tactically~*~*~ (outnumbered).
 15014 | D:3      | 15014 ||| Stepping ~*~*~tactically~*~*~ (outnumbered).
 15016 | D:3      | 15016 ||| Stepping ~*~*~tactically~*~*~ (outnumbered).
 15018 | D:3      | 15018 ||| Stepping ~*~*~tactically~*~*~ (outnumbered).
 15020 | D:3      | 15020 ||| Stepping ~*~*~tactically~*~*~ (outnumbered).
 15022 | D:3      | 15022 ||| Stepping ~*~*~tactically~*~*~ (outnumbered).
 15024 | D:3      | 15024 ||| Stepping ~*~*~tactically~*~*~ (outnumbered).
 15026 | D:3      | 15026 ||| Stepping ~*~*~tactically~*~*~ (outnumbered).
 15028 | D:3      | 15028 ||| Stepping ~*~*~tactically~*~*~ (outnumbered).
 15030 | D:3      | 15030 ||| Stepping ~*~*~tactically~*~*~ (outnumbered).
 15032 | D:3      | 15032 ||| Stepping ~*~*~tactically~*~*~ (outnumbered).
 15034 | D:3      | 15034 ||| Stepping ~*~*~tactically~*~*~ (outnumbered).
 15036 | D:3      | 15036 ||| Stepping ~*~*~tactically~*~*~ (outnumbered).
 15038 | D:3      | 15038 ||| Stepping ~*~*~tactically~*~*~ (outnumbered).
 15040 | D:3      | 15040 ||| Stepping ~*~*~tactically~*~*~ (outnumbered).
 15042 | D:3      | 15042 ||| Stepping ~*~*~tactically~*~*~ (outnumbered).
 15044 | D:3      | 15044 ||| Stepping ~*~*~tactically~*~*~ (outnumbered).
 15046 | D:3      | 15046 ||| Stepping ~*~*~tactically~*~*~ (outnumbered).
 15048 | D:3      | 15048 ||| Stepping ~*~*~tactically~*~*~ (outnumbered).
 15050 | D:3      | 15050 ||| Stepping ~*~*~tactically~*~*~ (outnumbered).
 15052 | D:3      | 15052 ||| Stepping ~*~*~tactically~*~*~ (outnumbered).
 15054 | D:3      | 15054 ||| Stepping ~*~*~tactically~*~*~ (outnumbered).
 15056 | D:3      | 15056 ||| Stepping ~*~*~tactically~*~*~ (outnumbered).
 15058 | D:3      | 15058 ||| Stepping ~*~*~tactically~*~*~ (outnumbered).
 15060 | D:3      | 15060 ||| Stepping ~*~*~tactically~*~*~ (outnumbered).
 15062 | D:3      | 15062 ||| Stepping ~*~*~tactically~*~*~ (outnumbered).
 15064 | D:3      | 15064 ||| Stepping ~*~*~tactically~*~*~ (outnumbered).
 15066 | D:3      | 15066 ||| Stepping ~*~*~tactically~*~*~ (outnumbered).
 15068 | D:3      | 15068 ||| Stepping ~*~*~tactically~*~*~ (outnumbered).
 15070 | D:3      | 15070 ||| Stepping ~*~*~tactically~*~*~ (outnumbered).
 15072 | D:3      | 15072 ||| Stepping ~*~*~tactically~*~*~ (outnumbered).
 15074 | D:3      | 15074 ||| Stepping ~*~*~tactically~*~*~ (outnumbered).
 15076 | D:3      | 15076 ||| Stepping ~*~*~tactically~*~*~ (outnumbered).
 15078 | D:3      | 15078 ||| Stepping ~*~*~tactically~*~*~ (outnumbered).
 15080 | D:3      | 15080 ||| Stepping ~*~*~tactically~*~*~ (outnumbered).
 15082 | D:3      | 15082 ||| Stepping ~*~*~tactically~*~*~ (outnumbered).
 15084 | D:3      | 15084 ||| Stepping ~*~*~tactically~*~*~ (outnumbered).
 15086 | D:3      | 15086 ||| Stepping ~*~*~tactically~*~*~ (outnumbered).
 15088 | D:3      | 15088 ||| Stepping ~*~*~tactically~*~*~ (outnumbered).
 15090 | D:3      | 15090 ||| Stepping ~*~*~tactically~*~*~ (outnumbered).
 15092 | D:3      | 15092 ||| Stepping ~*~*~tactically~*~*~ (outnumbered).
 15094 | D:3      | 15094 ||| Stepping ~*~*~tactically~*~*~ (outnumbered).
 15096 | D:3      | 15096 ||| Stepping ~*~*~tactically~*~*~ (outnumbered).
 15098 | D:3      | 15098 ||| Stepping ~*~*~tactically~*~*~ (outnumbered).
 15100 | D:3      | 15100 ||| Stepping ~*~*~tactically~*~*~ (outnumbered).
 15102 | D:3      | 15102 ||| Stepping ~*~*~tactically~*~*~ (outnumbered).
 15104 | D:3      | 15104 ||| Stepping ~*~*~tactically~*~*~ (outnumbered).
 15106 | D:3      | 15106 ||| Stepping ~*~*~tactically~*~*~ (outnumbered).
 15108 | D:3      | 15108 ||| Stepping ~*~*~tactically~*~*~ (outnumbered).
 15110 | D:3      | 15110 ||| Stepping ~*~*~tactically~*~*~ (outnumbered).
 15112 | D:3      | 15112 ||| Stepping ~*~*~tactically~*~*~ (outnumbered).
 15114 | D:3      | 15114 ||| Stepping ~*~*~tactically~*~*~ (outnumbered).
 15116 | D:3      | 15116 ||| Stepping ~*~*~tactically~*~*~ (outnumbered).
 15118 | D:3      | 15118 ||| Stepping ~*~*~tactically~*~*~ (outnumbered).
 15120 | D:3      | 15120 ||| Stepping ~*~*~tactically~*~*~ (outnumbered).
 15122 | D:3      | 15122 ||| Stepping ~*~*~tactically~*~*~ (outnumbered).
 15124 | D:3      | 15124 ||| Stepping ~*~*~tactically~*~*~ (outnumbered).
 15126 | D:3      | 15126 ||| Stepping ~*~*~tactically~*~*~ (outnumbered).
 15128 | D:3      | 15128 ||| Stepping ~*~*~tactically~*~*~ (outnumbered).
 15130 | D:3      | 15130 ||| Stepping ~*~*~tactically~*~*~ (outnumbered).
 15132 | D:3      | 15132 ||| Stepping ~*~*~tactically~*~*~ (outnumbered).
 15134 | D:3      | 15134 ||| Stepping ~*~*~tactically~*~*~ (outnumbered).
 15136 | D:3      | 15136 ||| Stepping ~*~*~tactically~*~*~ (outnumbered).
 15138 | D:3      | 15138 ||| Stepping ~*~*~tactically~*~*~ (outnumbered).
 15140 | D:3      | 15140 ||| Stepping ~*~*~tactically~*~*~ (outnumbered).
 15142 | D:3      | 15142 ||| Stepping ~*~*~tactically~*~*~ (outnumbered).
 15144 | D:3      | 15144 ||| Stepping ~*~*~tactically~*~*~ (outnumbered).
 15146 | D:3      | 15146 ||| Stepping ~*~*~tactically~*~*~ (outnumbered).
 15148 | D:3      | 15148 ||| Stepping ~*~*~tactically~*~*~ (outnumbered).
 15150 | D:3      | 15150 ||| Stepping ~*~*~tactically~*~*~ (outnumbered).
 15152 | D:3      | 15152 ||| Stepping ~*~*~tactically~*~*~ (outnumbered).
 15154 | D:3      | 15154 ||| Stepping ~*~*~tactically~*~*~ (outnumbered).
 15156 | D:3      | 15156 ||| Stepping ~*~*~tactically~*~*~ (outnumbered).
 15158 | D:3      | 15158 ||| Stepping ~*~*~tactically~*~*~ (outnumbered).
 15160 | D:3      | 15160 ||| Stepping ~*~*~tactically~*~*~ (outnumbered).
 15162 | D:3      | 15162 ||| Stepping ~*~*~tactically~*~*~ (outnumbered).
 15164 | D:3      | 15164 ||| Stepping ~*~*~tactically~*~*~ (outnumbered).
 15166 | D:3      | 15166 ||| Stepping ~*~*~tactically~*~*~ (outnumbered).
 15168 | D:3      | 15168 ||| Stepping ~*~*~tactically~*~*~ (outnumbered).
 15170 | D:3      | 15170 ||| Stepping ~*~*~tactically~*~*~ (outnumbered).
 15172 | D:3      | 15172 ||| Stepping ~*~*~tactically~*~*~ (outnumbered).
 15174 | D:3      | 15174 ||| Stepping ~*~*~tactically~*~*~ (outnumbered).
 15176 | D:3      | 15176 ||| Stepping ~*~*~tactically~*~*~ (outnumbered).
 15178 | D:3      | 15178 ||| Stepping ~*~*~tactically~*~*~ (outnumbered).
 15180 | D:3      | 15180 ||| Stepping ~*~*~tactically~*~*~ (outnumbered).
 15182 | D:3      | 15182 ||| Stepping ~*~*~tactically~*~*~ (outnumbered).
 15184 | D:3      | 15184 ||| Stepping ~*~*~tactically~*~*~ (outnumbered).
 15186 | D:3      | 15186 ||| Stepping ~*~*~tactically~*~*~ (outnumbered).
 15188 | D:3      | 15188 ||| Stepping ~*~*~tactically~*~*~ (outnumbered).
 15190 | D:3      | 15190 ||| Stepping ~*~*~tactically~*~*~ (outnumbered).
 15192 | D:3      | 15192 ||| Stepping ~*~*~tactically~*~*~ (outnumbered).
 15194 | D:3      | 15194 ||| Stepping ~*~*~tactically~*~*~ (outnumbered).
 15196 | D:3      | 15196 ||| Stepping ~*~*~tactically~*~*~ (outnumbered).
 15198 | D:3      | 15198 ||| Stepping ~*~*~tactically~*~*~ (outnumbered).
 15200 | D:3      | 15200 ||| Stepping ~*~*~tactically~*~*~ (outnumbered).
 15202 | D:3      | 15202 ||| Stepping ~*~*~tactically~*~*~ (outnumbered).
 15204 | D:3      | 15204 ||| Stepping ~*~*~tactically~*~*~ (outnumbered).
 15206 | D:3      | 15206 ||| Stepping ~*~*~tactically~*~*~ (outnumbered).
 15208 | D:3      | 15208 ||| Stepping ~*~*~tactically~*~*~ (outnumbered).
 15210 | D:3      | 15210 ||| Stepping ~*~*~tactically~*~*~ (outnumbered).
 15212 | D:3      | 15212 ||| Stepping ~*~*~tactically~*~*~ (outnumbered).
 15214 | D:3      | 15214 ||| Stepping ~*~*~tactically~*~*~ (outnumbered).
 15216 | D:3      | 15216 ||| Stepping ~*~*~tactically~*~*~ (outnumbered).
 15218 | D:3      | 15218 ||| Stepping ~*~*~tactically~*~*~ (outnumbered).
 15220 | D:3      | 15220 ||| Stepping ~*~*~tactically~*~*~ (outnumbered).
 15222 | D:3      | 15222 ||| Stepping ~*~*~tactically~*~*~ (outnumbered).
 15224 | D:3      | 15224 ||| Stepping ~*~*~tactically~*~*~ (outnumbered).
 15226 | D:3      | 15226 ||| Stepping ~*~*~tactically~*~*~ (outnumbered).
 15228 | D:3      | 15228 ||| Stepping ~*~*~tactically~*~*~ (outnumbered).
 15230 | D:3      | 15230 ||| Stepping ~*~*~tactically~*~*~ (outnumbered).
 15232 | D:3      | 15232 ||| Stepping ~*~*~tactically~*~*~ (outnumbered).
 15234 | D:3      | 15234 ||| Stepping ~*~*~tactically~*~*~ (outnumbered).
 15236 | D:3      | 15236 ||| Stepping ~*~*~tactically~*~*~ (outnumbered).
 15238 | D:3      | 15238 ||| Stepping ~*~*~tactically~*~*~ (outnumbered).
 15240 | D:3      | 15240 ||| Stepping ~*~*~tactically~*~*~ (outnumbered).
 15242 | D:3      | 15242 ||| Stepping ~*~*~tactically~*~*~ (outnumbered).
 15244 | D:3      | 15244 ||| Stepping ~*~*~tactically~*~*~ (outnumbered).
 15246 | D:3      | 15246 ||| Stepping ~*~*~tactically~*~*~ (outnumbered).
 15248 | D:3      | 15248 ||| Stepping ~*~*~tactically~*~*~ (outnumbered).
 15250 | D:3      | 15250 ||| Stepping ~*~*~tactically~*~*~ (outnumbered).
 15252 | D:3      | 15252 ||| Stepping ~*~*~tactically~*~*~ (outnumbered).
 15254 | D:3      | 15254 ||| Stepping ~*~*~tactically~*~*~ (outnumbered).
 15256 | D:3      | 15256 ||| Stepping ~*~*~tactically~*~*~ (outnumbered).
 15258 | D:3      | 15258 ||| Stepping ~*~*~tactically~*~*~ (outnumbered).
 15260 | D:3      | 15260 ||| Stepping ~*~*~tactically~*~*~ (outnumbered).
 15262 | D:3      | 15262 ||| Stepping ~*~*~tactically~*~*~ (outnumbered).
 15264 | D:3      | 15264 ||| Stepping ~*~*~tactically~*~*~ (outnumbered).
 15266 | D:3      | 15266 ||| Stepping ~*~*~tactically~*~*~ (outnumbered).
 15268 | D:3      | 15268 ||| Stepping ~*~*~tactically~*~*~ (outnumbered).
 15270 | D:3      | 15270 ||| Stepping ~*~*~tactically~*~*~ (outnumbered).
 15272 | D:3      | 15272 ||| Stepping ~*~*~tactically~*~*~ (outnumbered).
 15274 | D:3      | 15274 ||| Stepping ~*~*~tactically~*~*~ (outnumbered).
 15276 | D:3      | 15276 ||| Stepping ~*~*~tactically~*~*~ (outnumbered).
 15278 | D:3      | 15278 ||| Stepping ~*~*~tactically~*~*~ (outnumbered).
 15280 | D:3      | 15280 ||| Stepping ~*~*~tactically~*~*~ (outnumbered).
 15282 | D:3      | 15282 ||| Stepping ~*~*~tactically~*~*~ (outnumbered).
 15284 | D:3      | 15284 ||| Stepping ~*~*~tactically~*~*~ (outnumbered).
 15286 | D:3      | 15286 ||| Stepping ~*~*~tactically~*~*~ (outnumbered).
 15288 | D:3      | 15288 ||| Stepping ~*~*~tactically~*~*~ (outnumbered).
 15290 | D:3      | 15290 ||| Stepping ~*~*~tactically~*~*~ (outnumbered).
 15292 | D:3      | 15292 ||| Stepping ~*~*~tactically~*~*~ (outnumbered).
 15294 | D:3      | 15294 ||| Stepping ~*~*~tactically~*~*~ (outnumbered).
 15296 | D:3      | 15296 ||| Stepping ~*~*~tactically~*~*~ (outnumbered).
 15298 | D:3      | 15298 ||| Stepping ~*~*~tactically~*~*~ (outnumbered).
 15300 | D:3      | 15300 ||| Stepping ~*~*~tactically~*~*~ (outnumbered).
 15302 | D:3      | 15302 ||| Stepping ~*~*~tactically~*~*~ (outnumbered).
 15304 | D:3      | 15304 ||| Stepping ~*~*~tactically~*~*~ (outnumbered).
 15306 | D:3      | 15306 ||| Stepping ~*~*~tactically~*~*~ (outnumbered).
 15308 | D:3      | 15308 ||| Stepping ~*~*~tactically~*~*~ (outnumbered).
 15310 | D:3      | 15310 ||| Stepping ~*~*~tactically~*~*~ (outnumbered).
 15312 | D:3      | 15312 ||| Stepping ~*~*~tactically~*~*~ (outnumbered).
 15314 | D:3      | 15314 ||| Stepping ~*~*~tactically~*~*~ (outnumbered).
 15316 | D:3      | 15316 ||| Stepping ~*~*~tactically~*~*~ (outnumbered).
 15318 | D:3      | 15318 ||| Stepping ~*~*~tactically~*~*~ (outnumbered).
 15320 | D:3      | 15320 ||| Stepping ~*~*~tactically~*~*~ (outnumbered).
 15322 | D:3      | 15322 ||| Stepping ~*~*~tactically~*~*~ (outnumbered).
 15324 | D:3      | 15324 ||| Stepping ~*~*~tactically~*~*~ (outnumbered).
 15326 | D:3      | 15326 ||| Stepping ~*~*~tactically~*~*~ (outnumbered).
 15328 | D:3      | 15328 ||| Stepping ~*~*~tactically~*~*~ (outnumbered).
 15330 | D:3      | 15330 ||| Stepping ~*~*~tactically~*~*~ (outnumbered).
 15332 | D:3      | 15332 ||| Stepping ~*~*~tactically~*~*~ (outnumbered).
 15334 | D:3      | 15334 ||| Stepping ~*~*~tactically~*~*~ (outnumbered).
 15336 | D:3      | 15336 ||| Stepping ~*~*~tactically~*~*~ (outnumbered).
 15338 | D:3      | 15338 ||| Stepping ~*~*~tactically~*~*~ (outnumbered).
 15340 | D:3      | 15340 ||| Stepping ~*~*~tactically~*~*~ (outnumbered).
 15342 | D:3      | 15342 ||| Stepping ~*~*~tactically~*~*~ (outnumbered).
 15344 | D:3      | 15344 ||| Stepping ~*~*~tactically~*~*~ (outnumbered).
 15346 | D:3      | 15346 ||| Stepping ~*~*~tactically~*~*~ (outnumbered).
 15348 | D:3      | 15348 ||| Stepping ~*~*~tactically~*~*~ (outnumbered).
 15350 | D:3      | 15350 ||| Stepping ~*~*~tactically~*~*~ (outnumbered).
 15352 | D:3      | 15352 ||| Stepping ~*~*~tactically~*~*~ (outnumbered).
 15354 | D:3      | 15354 ||| Stepping ~*~*~tactically~*~*~ (outnumbered).
 15356 | D:3      | 15356 ||| Stepping ~*~*~tactically~*~*~ (outnumbered).
 15358 | D:3      | 15358 ||| Stepping ~*~*~tactically~*~*~ (outnumbered).
 15360 | D:3      | 15360 ||| Stepping ~*~*~tactically~*~*~ (outnumbered).
 15362 | D:3      | 15362 ||| Stepping ~*~*~tactically~*~*~ (outnumbered).
 15364 | D:3      | 15364 ||| Stepping ~*~*~tactically~*~*~ (outnumbered).
 15366 | D:3      | 15366 ||| Stepping ~*~*~tactically~*~*~ (outnumbered).
 15368 | D:3      | 15368 ||| Stepping ~*~*~tactically~*~*~ (outnumbered).
 15370 | D:3      | 15370 ||| Stepping ~*~*~tactically~*~*~ (outnumbered).
 15372 | D:3      | 15372 ||| Stepping ~*~*~tactically~*~*~ (outnumbered).
 15374 | D:3      | 15374 ||| Stepping ~*~*~tactically~*~*~ (outnumbered).
 15376 | D:3      | 15376 ||| Stepping ~*~*~tactically~*~*~ (outnumbered).
 15378 | D:3      | 15378 ||| Stepping ~*~*~tactically~*~*~ (outnumbered).
 15380 | D:3      | 15380 ||| Stepping ~*~*~tactically~*~*~ (outnumbered).
 15382 | D:3      | 15382 ||| Stepping ~*~*~tactically~*~*~ (outnumbered).
 15384 | D:3      | 15384 ||| Stepping ~*~*~tactically~*~*~ (outnumbered).
 15386 | D:3      | 15386 ||| Stepping ~*~*~tactically~*~*~ (outnumbered).
 15388 | D:3      | 15388 ||| Stepping ~*~*~tactically~*~*~ (outnumbered).
 15390 | D:3      | 15390 ||| Stepping ~*~*~tactically~*~*~ (outnumbered).
 15392 | D:3      | 15392 ||| Stepping ~*~*~tactically~*~*~ (outnumbered).
 15394 | D:3      | 15394 ||| Stepping ~*~*~tactically~*~*~ (outnumbered).
 15396 | D:3      | 15396 ||| Stepping ~*~*~tactically~*~*~ (outnumbered).
 15398 | D:3      | 15398 ||| Stepping ~*~*~tactically~*~*~ (outnumbered).
 15400 | D:3      | 15400 ||| Stepping ~*~*~tactically~*~*~ (outnumbered).
 15402 | D:3      | 15402 ||| Stepping ~*~*~tactically~*~*~ (outnumbered).
 15404 | D:3      | 15404 ||| Stepping ~*~*~tactically~*~*~ (outnumbered).
 15406 | D:3      | 15406 ||| Stepping ~*~*~tactically~*~*~ (outnumbered).
 15408 | D:3      | 15408 ||| Stepping ~*~*~tactically~*~*~ (outnumbered).
 15410 | D:3      | 15410 ||| Stepping ~*~*~tactically~*~*~ (outnumbered).
 15412 | D:3      | 15412 ||| Stepping ~*~*~tactically~*~*~ (outnumbered).
 15414 | D:3      | 15414 ||| Stepping ~*~*~tactically~*~*~ (outnumbered).
 15416 | D:3      | 15416 ||| Stepping ~*~*~tactically~*~*~ (outnumbered).
 15418 | D:3      | 15418 ||| Stepping ~*~*~tactically~*~*~ (outnumbered).
 15420 | D:3      | 15420 ||| Stepping ~*~*~tactically~*~*~ (outnumbered).
 15422 | D:3      | 15422 ||| Stepping ~*~*~tactically~*~*~ (outnumbered).
 15424 | D:3      | 15424 ||| Stepping ~*~*~tactically~*~*~ (outnumbered).
 15426 | D:3      | 15426 ||| Stepping ~*~*~tactically~*~*~ (outnumbered).
 15428 | D:3      | 15428 ||| Stepping ~*~*~tactically~*~*~ (outnumbered).
 15430 | D:3      | 15430 ||| Stepping ~*~*~tactically~*~*~ (outnumbered).
 15432 | D:3      | 15432 ||| Stepping ~*~*~tactically~*~*~ (outnumbered).
 15434 | D:3      | 15434 ||| Stepping ~*~*~tactically~*~*~ (outnumbered).
 15436 | D:3      | 15436 ||| Stepping ~*~*~tactically~*~*~ (outnumbered).
 15438 | D:3      | 15438 ||| Stepping ~*~*~tactically~*~*~ (outnumbered).
 15440 | D:3      | 15440 ||| Stepping ~*~*~tactically~*~*~ (outnumbered).
 15442 | D:3      | 15442 ||| Stepping ~*~*~tactically~*~*~ (outnumbered).
 15444 | D:3      | 15444 ||| Stepping ~*~*~tactically~*~*~ (outnumbered).
 15446 | D:3      | 15446 ||| Stepping ~*~*~tactically~*~*~ (outnumbered).
 15448 | D:3      | 15448 ||| Stepping ~*~*~tactically~*~*~ (outnumbered).
 15450 | D:3      | 15450 ||| Stepping ~*~*~tactically~*~*~ (outnumbered).
 15452 | D:3      | 15452 ||| Stepping ~*~*~tactically~*~*~ (outnumbered).
 15454 | D:3      | 15454 ||| Stepping ~*~*~tactically~*~*~ (outnumbered).
 15456 | D:3      | 15456 ||| Stepping ~*~*~tactically~*~*~ (outnumbered).
 15458 | D:3      | 15458 ||| Stepping ~*~*~tactically~*~*~ (outnumbered).
 15460 | D:3      | 15460 ||| Stepping ~*~*~tactically~*~*~ (outnumbered).
 15462 | D:3      | 15462 ||| Stepping ~*~*~tactically~*~*~ (outnumbered).
 15464 | D:3      | 15464 ||| Stepping ~*~*~tactically~*~*~ (outnumbered).
 15466 | D:3      | 15466 ||| Stepping ~*~*~tactically~*~*~ (outnumbered).
 15468 | D:3      | 15468 ||| Stepping ~*~*~tactically~*~*~ (outnumbered).
 15470 | D:3      | 15470 ||| Stepping ~*~*~tactically~*~*~ (outnumbered).
 15472 | D:3      | 15472 ||| Stepping ~*~*~tactically~*~*~ (outnumbered).
 15474 | D:3      | 15474 ||| Stepping ~*~*~tactically~*~*~ (outnumbered).
 15476 | D:3      | 15476 ||| Stepping ~*~*~tactically~*~*~ (outnumbered).
 15478 | D:3      | 15478 ||| Stepping ~*~*~tactically~*~*~ (outnumbered).
 15480 | D:3      | 15480 ||| Stepping ~*~*~tactically~*~*~ (outnumbered).
 15482 | D:3      | 15482 ||| Stepping ~*~*~tactically~*~*~ (outnumbered).
 15484 | D:3      | 15484 ||| Stepping ~*~*~tactically~*~*~ (outnumbered).
 15486 | D:3      | 15486 ||| Stepping ~*~*~tactically~*~*~ (outnumbered).
 15488 | D:3      | 15488 ||| Stepping ~*~*~tactically~*~*~ (outnumbered).
 15490 | D:3      | 15490 ||| Stepping ~*~*~tactically~*~*~ (outnumbered).
 15492 | D:3      | 15492 ||| Stepping ~*~*~tactically~*~*~ (outnumbered).
 15494 | D:3      | 15494 ||| Stepping ~*~*~tactically~*~*~ (outnumbered).
 15496 | D:3      | 15496 ||| Stepping ~*~*~tactically~*~*~ (outnumbered).
 15498 | D:3      | 15498 ||| Stepping ~*~*~tactically~*~*~ (outnumbered).
 15500 | D:3      | 15500 ||| Stepping ~*~*~tactically~*~*~ (outnumbered).
 15502 | D:3      | 15502 ||| Stepping ~*~*~tactically~*~*~ (outnumbered).
 15504 | D:3      | 15504 ||| Stepping ~*~*~tactically~*~*~ (outnumbered).
 15506 | D:3      | 15506 ||| Stepping ~*~*~tactically~*~*~ (outnumbered).
 15508 | D:3      | 15508 ||| Stepping ~*~*~tactically~*~*~ (outnumbered).
 15510 | D:3      | 15510 ||| Stepping ~*~*~tactically~*~*~ (outnumbered).
 15512 | D:3      | 15512 ||| Stepping ~*~*~tactically~*~*~ (outnumbered).
 15514 | D:3      | 15514 ||| Stepping ~*~*~tactically~*~*~ (outnumbered).
 15516 | D:3      | 15516 ||| Stepping ~*~*~tactically~*~*~ (outnumbered).
 15518 | D:3      | 15518 ||| Stepping ~*~*~tactically~*~*~ (outnumbered).
 15520 | D:3      | 15520 ||| Stepping ~*~*~tactically~*~*~ (outnumbered).
 15522 | D:3      | 15522 ||| Stepping ~*~*~tactically~*~*~ (outnumbered).
 15524 | D:3      | 15524 ||| Stepping ~*~*~tactically~*~*~ (outnumbered).
 15526 | D:3      | 15526 ||| Stepping ~*~*~tactically~*~*~ (outnumbered).
 15528 | D:3      | 15528 ||| Stepping ~*~*~tactically~*~*~ (outnumbered).
 15530 | D:3      | 15530 ||| Stepping ~*~*~tactically~*~*~ (outnumbered).
 15532 | D:3      | 15532 ||| Stepping ~*~*~tactically~*~*~ (outnumbered).
 15534 | D:3      | 15534 ||| Stepping ~*~*~tactically~*~*~ (outnumbered).
 15536 | D:3      | 15536 ||| Stepping ~*~*~tactically~*~*~ (outnumbered).
 15538 | D:3      | 15538 ||| Stepping ~*~*~tactically~*~*~ (outnumbered).
 15540 | D:3      | 15540 ||| Stepping ~*~*~tactically~*~*~ (outnumbered).
 15542 | D:3      | 15542 ||| Stepping ~*~*~tactically~*~*~ (outnumbered).
 15544 | D:3      | 15544 ||| Stepping ~*~*~tactically~*~*~ (outnumbered).
 15546 | D:3      | 15546 ||| Stepping ~*~*~tactically~*~*~ (outnumbered).
 15548 | D:3      | 15548 ||| Stepping ~*~*~tactically~*~*~ (outnumbered).
 15550 | D:3      | 15550 ||| Stepping ~*~*~tactically~*~*~ (outnumbered).
 15552 | D:3      | 15552 ||| Stepping ~*~*~tactically~*~*~ (outnumbered).
 15554 | D:3      | 15554 ||| Stepping ~*~*~tactically~*~*~ (outnumbered).
 15556 | D:3      | 15556 ||| Stepping ~*~*~tactically~*~*~ (outnumbered).
 15558 | D:3      | 15558 ||| Stepping ~*~*~tactically~*~*~ (outnumbered).
 15560 | D:3      | 15560 ||| Stepping ~*~*~tactically~*~*~ (outnumbered).
 15562 | D:3      | 15562 ||| Stepping ~*~*~tactically~*~*~ (outnumbered).
 15564 | D:3      | 15564 ||| Stepping ~*~*~tactically~*~*~ (outnumbered).
 15566 | D:3      | 15566 ||| Stepping ~*~*~tactically~*~*~ (outnumbered).
 15568 | D:3      | 15568 ||| Stepping ~*~*~tactically~*~*~ (outnumbered).
 15570 | D:3      | 15570 ||| Stepping ~*~*~tactically~*~*~ (outnumbered).
 15572 | D:3      | 15572 ||| Stepping ~*~*~tactically~*~*~ (outnumbered).
 15574 | D:3      | 15574 ||| Stepping ~*~*~tactically~*~*~ (outnumbered).
 15576 | D:3      | 15576 ||| Stepping ~*~*~tactically~*~*~ (outnumbered).
 15578 | D:3      | 15578 ||| Stepping ~*~*~tactically~*~*~ (outnumbered).
 15580 | D:3      | 15580 ||| Stepping ~*~*~tactically~*~*~ (outnumbered).
 15582 | D:3      | 15582 ||| Stepping ~*~*~tactically~*~*~ (outnumbered).
 15584 | D:3      | 15584 ||| Stepping ~*~*~tactically~*~*~ (outnumbered).
 15586 | D:3      | 15586 ||| Stepping ~*~*~tactically~*~*~ (outnumbered).
 15588 | D:3      | 15588 ||| Stepping ~*~*~tactically~*~*~ (outnumbered).
 15590 | D:3      | 15590 ||| Stepping ~*~*~tactically~*~*~ (outnumbered).
 15592 | D:3      | 15592 ||| Stepping ~*~*~tactically~*~*~ (outnumbered).
 15594 | D:3      | 15594 ||| Stepping ~*~*~tactically~*~*~ (outnumbered).
 15596 | D:3      | 15596 ||| Stepping ~*~*~tactically~*~*~ (outnumbered).
 15598 | D:3      | 15598 ||| Stepping ~*~*~tactically~*~*~ (outnumbered).
 15600 | D:3      | 15600 ||| Stepping ~*~*~tactically~*~*~ (outnumbered).
 15602 | D:3      | 15602 ||| Stepping ~*~*~tactically~*~*~ (outnumbered).
 15604 | D:3      | 15604 ||| Stepping ~*~*~tactically~*~*~ (outnumbered).
 15606 | D:3      | 15606 ||| Stepping ~*~*~tactically~*~*~ (outnumbered).
 15608 | D:3      | 15608 ||| Stepping ~*~*~tactically~*~*~ (outnumbered).
 15610 | D:3      | 15610 ||| Stepping ~*~*~tactically~*~*~ (outnumbered).
 15612 | D:3      | 15612 ||| Stepping ~*~*~tactically~*~*~ (outnumbered).
 15614 | D:3      | 15614 ||| Stepping ~*~*~tactically~*~*~ (outnumbered).
 15616 | D:3      | 15616 ||| Stepping ~*~*~tactically~*~*~ (outnumbered).
 15618 | D:3      | 15618 ||| Stepping ~*~*~tactically~*~*~ (outnumbered).
 15620 | D:3      | 15620 ||| Stepping ~*~*~tactically~*~*~ (outnumbered).
 15622 | D:3      | 15622 ||| Stepping ~*~*~tactically~*~*~ (outnumbered).
 15624 | D:3      | 15624 ||| Stepping ~*~*~tactically~*~*~ (outnumbered).
 15626 | D:3      | 15626 ||| Stepping ~*~*~tactically~*~*~ (outnumbered).
 15628 | D:3      | 15628 ||| Stepping ~*~*~tactically~*~*~ (outnumbered).
 15630 | D:3      | 15630 ||| Stepping ~*~*~tactically~*~*~ (outnumbered).
 15632 | D:3      | 15632 ||| Stepping ~*~*~tactically~*~*~ (outnumbered).
 15634 | D:3      | 15634 ||| Stepping ~*~*~tactically~*~*~ (outnumbered).
 15636 | D:3      | 15636 ||| Stepping ~*~*~tactically~*~*~ (outnumbered).
 15638 | D:3      | 15638 ||| Stepping ~*~*~tactically~*~*~ (outnumbered).
 15640 | D:3      | 15640 ||| Stepping ~*~*~tactically~*~*~ (outnumbered).
 15642 | D:3      | 15642 ||| Stepping ~*~*~tactically~*~*~ (outnumbered).
 15644 | D:3      | 15644 ||| Stepping ~*~*~tactically~*~*~ (outnumbered).
 15646 | D:3      | 15646 ||| Stepping ~*~*~tactically~*~*~ (outnumbered).
 15648 | D:3      | 15648 ||| Stepping ~*~*~tactically~*~*~ (outnumbered).
 15650 | D:3      | 15650 ||| Stepping ~*~*~tactically~*~*~ (outnumbered).
 15652 | D:3      | 15652 ||| Stepping ~*~*~tactically~*~*~ (outnumbered).
 15654 | D:3      | 15654 ||| Stepping ~*~*~tactically~*~*~ (outnumbered).
 15656 | D:3      | 15656 ||| Stepping ~*~*~tactically~*~*~ (outnumbered).
 15658 | D:3      | 15658 ||| Stepping ~*~*~tactically~*~*~ (outnumbered).
 15660 | D:3      | 15660 ||| Stepping ~*~*~tactically~*~*~ (outnumbered).
 15662 | D:3      | 15662 ||| Stepping ~*~*~tactically~*~*~ (outnumbered).
 15664 | D:3      | 15664 ||| Stepping ~*~*~tactically~*~*~ (outnumbered).
 15666 | D:3      | 15666 ||| Stepping ~*~*~tactically~*~*~ (outnumbered).
 15668 | D:3      | 15668 ||| Stepping ~*~*~tactically~*~*~ (outnumbered).
 15670 | D:3      | 15670 ||| Stepping ~*~*~tactically~*~*~ (outnumbered).
 15672 | D:3      | 15672 ||| Stepping ~*~*~tactically~*~*~ (outnumbered).
 15674 | D:3      | 15674 ||| Stepping ~*~*~tactically~*~*~ (outnumbered).
 15676 | D:3      | 15676 ||| Stepping ~*~*~tactically~*~*~ (outnumbered).
 15678 | D:3      | 15678 ||| Stepping ~*~*~tactically~*~*~ (outnumbered).
 15680 | D:3      | 15680 ||| Stepping ~*~*~tactically~*~*~ (outnumbered).
 15682 | D:3      | 15682 ||| Stepping ~*~*~tactically~*~*~ (outnumbered).
 15684 | D:3      | 15684 ||| Stepping ~*~*~tactically~*~*~ (outnumbered).
 15686 | D:3      | 15686 ||| Stepping ~*~*~tactically~*~*~ (outnumbered).
 15688 | D:3      | 15688 ||| Stepping ~*~*~tactically~*~*~ (outnumbered).
 15690 | D:3      | 15690 ||| Stepping ~*~*~tactically~*~*~ (outnumbered).
 15692 | D:3      | 15692 ||| Stepping ~*~*~tactically~*~*~ (outnumbered).
 15694 | D:3      | 15694 ||| Stepping ~*~*~tactically~*~*~ (outnumbered).
 15696 | D:3      | 15696 ||| Stepping ~*~*~tactically~*~*~ (outnumbered).
 15698 | D:3      | 15698 ||| Stepping ~*~*~tactically~*~*~ (outnumbered).
 15700 | D:3      | 15700 ||| Stepping ~*~*~tactically~*~*~ (outnumbered).
 15702 | D:3      | 15702 ||| Stepping ~*~*~tactically~*~*~ (outnumbered).
 15704 | D:3      | 15704 ||| Stepping ~*~*~tactically~*~*~ (outnumbered).
 15706 | D:3      | 15706 ||| Stepping ~*~*~tactically~*~*~ (outnumbered).
 15708 | D:3      | 15708 ||| Stepping ~*~*~tactically~*~*~ (outnumbered).
 15710 | D:3      | 15710 ||| Stepping ~*~*~tactically~*~*~ (outnumbered).
 15712 | D:3      | 15712 ||| Stepping ~*~*~tactically~*~*~ (outnumbered).
 15714 | D:3      | 15714 ||| Stepping ~*~*~tactically~*~*~ (outnumbered).
 15716 | D:3      | 15716 ||| Stepping ~*~*~tactically~*~*~ (outnumbered).
 15718 | D:3      | 15718 ||| Stepping ~*~*~tactically~*~*~ (outnumbered).
 15720 | D:3      | 15720 ||| Stepping ~*~*~tactically~*~*~ (outnumbered).
 15722 | D:3      | 15722 ||| Stepping ~*~*~tactically~*~*~ (outnumbered).
 15724 | D:3      | 15724 ||| Stepping ~*~*~tactically~*~*~ (outnumbered).
 15726 | D:3      | 15726 ||| Stepping ~*~*~tactically~*~*~ (outnumbered).
 15728 | D:3      | 15728 ||| Stepping ~*~*~tactically~*~*~ (outnumbered).
 15730 | D:3      | 15730 ||| Stepping ~*~*~tactically~*~*~ (outnumbered).
 15732 | D:3      | 15732 ||| Stepping ~*~*~tactically~*~*~ (outnumbered).
 15734 | D:3      | 15734 ||| Stepping ~*~*~tactically~*~*~ (outnumbered).
 15736 | D:3      | 15736 ||| Stepping ~*~*~tactically~*~*~ (outnumbered).
 15738 | D:3      | 15738 ||| Stepping ~*~*~tactically~*~*~ (outnumbered).
 15740 | D:3      | 15740 ||| Stepping ~*~*~tactically~*~*~ (outnumbered).
 15742 | D:3      | 15742 ||| Stepping ~*~*~tactically~*~*~ (outnumbered).
 15744 | D:3      | 15744 ||| Stepping ~*~*~tactically~*~*~ (outnumbered).
 15746 | D:3      | 15746 ||| Stepping ~*~*~tactically~*~*~ (outnumbered).
 15748 | D:3      | 15748 ||| Stepping ~*~*~tactically~*~*~ (outnumbered).
 15750 | D:3      | 15750 ||| Stepping ~*~*~tactically~*~*~ (outnumbered).
 15752 | D:3      | 15752 ||| Stepping ~*~*~tactically~*~*~ (outnumbered).
 15754 | D:3      | 15754 ||| Stepping ~*~*~tactically~*~*~ (outnumbered).
 15756 | D:3      | 15756 ||| Stepping ~*~*~tactically~*~*~ (outnumbered).
 15758 | D:3      | 15758 ||| Stepping ~*~*~tactically~*~*~ (outnumbered).
 15760 | D:3      | 15760 ||| Stepping ~*~*~tactically~*~*~ (outnumbered).
 15762 | D:3      | 15762 ||| Stepping ~*~*~tactically~*~*~ (outnumbered).
 15764 | D:3      | 15764 ||| Stepping ~*~*~tactically~*~*~ (outnumbered).
 15766 | D:3      | 15766 ||| Stepping ~*~*~tactically~*~*~ (outnumbered).
 15768 | D:3      | 15768 ||| Stepping ~*~*~tactically~*~*~ (outnumbered).
 15770 | D:3      | 15770 ||| Stepping ~*~*~tactically~*~*~ (outnumbered).
 15772 | D:3      | 15772 ||| Stepping ~*~*~tactically~*~*~ (outnumbered).
 15774 | D:3      | 15774 ||| Stepping ~*~*~tactically~*~*~ (outnumbered).
 15776 | D:3      | 15776 ||| Stepping ~*~*~tactically~*~*~ (outnumbered).
 15778 | D:3      | 15778 ||| Stepping ~*~*~tactically~*~*~ (outnumbered).
 15780 | D:3      | 15780 ||| Stepping ~*~*~tactically~*~*~ (outnumbered).
 15782 | D:3      | 15782 ||| Stepping ~*~*~tactically~*~*~ (outnumbered).
 15784 | D:3      | 15784 ||| Stepping ~*~*~tactically~*~*~ (outnumbered).
 15786 | D:3      | 15786 ||| Stepping ~*~*~tactically~*~*~ (outnumbered).
 15788 | D:3      | 15788 ||| Stepping ~*~*~tactically~*~*~ (outnumbered).
 15790 | D:3      | 15790 ||| Stepping ~*~*~tactically~*~*~ (outnumbered).
 15792 | D:3      | 15792 ||| Stepping ~*~*~tactically~*~*~ (outnumbered).
 15794 | D:3      | 15794 ||| Stepping ~*~*~tactically~*~*~ (outnumbered).
 15796 | D:3      | 15796 ||| Stepping ~*~*~tactically~*~*~ (outnumbered).
 15798 | D:3      | 15798 ||| Stepping ~*~*~tactically~*~*~ (outnumbered).
 15800 | D:3      | 15800 ||| Stepping ~*~*~tactically~*~*~ (outnumbered).
 15802 | D:3      | 15802 ||| Stepping ~*~*~tactically~*~*~ (outnumbered).
 15804 | D:3      | 15804 ||| Stepping ~*~*~tactically~*~*~ (outnumbered).
 15806 | D:3      | 15806 ||| Stepping ~*~*~tactically~*~*~ (outnumbered).
 15808 | D:3      | 15808 ||| Stepping ~*~*~tactically~*~*~ (outnumbered).
 15810 | D:3      | 15810 ||| Stepping ~*~*~tactically~*~*~ (outnumbered).
 15812 | D:3      | 15812 ||| Stepping ~*~*~tactically~*~*~ (outnumbered).
 15814 | D:3      | 15814 ||| Stepping ~*~*~tactically~*~*~ (outnumbered).
 15816 | D:3      | 15816 ||| Stepping ~*~*~tactically~*~*~ (outnumbered).
 15818 | D:3      | 15818 ||| Stepping ~*~*~tactically~*~*~ (outnumbered).
 15820 | D:3      | 15820 ||| Stepping ~*~*~tactically~*~*~ (outnumbered).
 15822 | D:3      | 15822 ||| Stepping ~*~*~tactically~*~*~ (outnumbered).
 15824 | D:3      | 15824 ||| Stepping ~*~*~tactically~*~*~ (outnumbered).
 15826 | D:3      | 15826 ||| Stepping ~*~*~tactically~*~*~ (outnumbered).
 15828 | D:3      | 15828 ||| Stepping ~*~*~tactically~*~*~ (outnumbered).
 15830 | D:3      | 15830 ||| Stepping ~*~*~tactically~*~*~ (outnumbered).
 15832 | D:3      | 15832 ||| Stepping ~*~*~tactically~*~*~ (outnumbered).
 15834 | D:3      | 15834 ||| Stepping ~*~*~tactically~*~*~ (outnumbered).
 15836 | D:3      | 15836 ||| Stepping ~*~*~tactically~*~*~ (outnumbered).
 15838 | D:3      | 15838 ||| Stepping ~*~*~tactically~*~*~ (outnumbered).
 15840 | D:3      | 15840 ||| Stepping ~*~*~tactically~*~*~ (outnumbered).
 15842 | D:3      | 15842 ||| Stepping ~*~*~tactically~*~*~ (outnumbered).
 15844 | D:3      | 15844 ||| Stepping ~*~*~tactically~*~*~ (outnumbered).
 15846 | D:3      | 15846 ||| Stepping ~*~*~tactically~*~*~ (outnumbered).
 15848 | D:3      | 15848 ||| Stepping ~*~*~tactically~*~*~ (outnumbered).
 15850 | D:3      | 15850 ||| Stepping ~*~*~tactically~*~*~ (outnumbered).
 15852 | D:3      | 15852 ||| Stepping ~*~*~tactically~*~*~ (outnumbered).
 15854 | D:3      | 15854 ||| Stepping ~*~*~tactically~*~*~ (outnumbered).
 15856 | D:3      | 15856 ||| Stepping ~*~*~tactically~*~*~ (outnumbered).
 15858 | D:3      | 15858 ||| Stepping ~*~*~tactically~*~*~ (outnumbered).
 15860 | D:3      | 15860 ||| Stepping ~*~*~tactically~*~*~ (outnumbered).
 15862 | D:3      | 15862 ||| Stepping ~*~*~tactically~*~*~ (outnumbered).
 15864 | D:3      | 15864 ||| Stepping ~*~*~tactically~*~*~ (outnumbered).
 15866 | D:3      | 15866 ||| Stepping ~*~*~tactically~*~*~ (outnumbered).
 15868 | D:3      | 15868 ||| Stepping ~*~*~tactically~*~*~ (outnumbered).
 15870 | D:3      | 15870 ||| Stepping ~*~*~tactically~*~*~ (outnumbered).
 15872 | D:3      | 15872 ||| Stepping ~*~*~tactically~*~*~ (outnumbered).
 15874 | D:3      | 15874 ||| Stepping ~*~*~tactically~*~*~ (outnumbered).
 15876 | D:3      | 15876 ||| Stepping ~*~*~tactically~*~*~ (outnumbered).
 15878 | D:3      | 15878 ||| Stepping ~*~*~tactically~*~*~ (outnumbered).
 15880 | D:3      | 15880 ||| Stepping ~*~*~tactically~*~*~ (outnumbered).
 15882 | D:3      | 15882 ||| Stepping ~*~*~tactically~*~*~ (outnumbered).
 15884 | D:3      | 15884 ||| Stepping ~*~*~tactically~*~*~ (outnumbered).
 15886 | D:3      | 15886 ||| Stepping ~*~*~tactically~*~*~ (outnumbered).
 15888 | D:3      | 15888 ||| Stepping ~*~*~tactically~*~*~ (outnumbered).
 15890 | D:3      | 15890 ||| Stepping ~*~*~tactically~*~*~ (outnumbered).
 15892 | D:3      | 15892 ||| Stepping ~*~*~tactically~*~*~ (outnumbered).
 15894 | D:3      | 15894 ||| Stepping ~*~*~tactically~*~*~ (outnumbered).
 15896 | D:3      | 15896 ||| Stepping ~*~*~tactically~*~*~ (outnumbered).
 15898 | D:3      | 15898 ||| Stepping ~*~*~tactically~*~*~ (outnumbered).
 15900 | D:3      | 15900 ||| Stepping ~*~*~tactically~*~*~ (outnumbered).
 15902 | D:3      | 15902 ||| Stepping ~*~*~tactically~*~*~ (outnumbered).
 15904 | D:3      | 15904 ||| Stepping ~*~*~tactically~*~*~ (outnumbered).
 15906 | D:3      | 15906 ||| Stepping ~*~*~tactically~*~*~ (outnumbered).
 15908 | D:3      | 15908 ||| Stepping ~*~*~tactically~*~*~ (outnumbered).
 15910 | D:3      | 15910 ||| Stepping ~*~*~tactically~*~*~ (outnumbered).
 15912 | D:3      | 15912 ||| Stepping ~*~*~tactically~*~*~ (outnumbered).
 15914 | D:3      | 15914 ||| Stepping ~*~*~tactically~*~*~ (outnumbered).
 15916 | D:3      | 15916 ||| Stepping ~*~*~tactically~*~*~ (outnumbered).
 15918 | D:3      | 15918 ||| Stepping ~*~*~tactically~*~*~ (outnumbered).
 15920 | D:3      | 15920 ||| Stepping ~*~*~tactically~*~*~ (outnumbered).
 15922 | D:3      | 15922 ||| Stepping ~*~*~tactically~*~*~ (outnumbered).
 15924 | D:3      | 15924 ||| Stepping ~*~*~tactically~*~*~ (outnumbered).
 15926 | D:3      | 15926 ||| Stepping ~*~*~tactically~*~*~ (outnumbered).
 15928 | D:3      | 15928 ||| Stepping ~*~*~tactically~*~*~ (outnumbered).
 15930 | D:3      | 15930 ||| Stepping ~*~*~tactically~*~*~ (outnumbered).
 15932 | D:3      | 15932 ||| Stepping ~*~*~tactically~*~*~ (outnumbered).
 15934 | D:3      | 15934 ||| Stepping ~*~*~tactically~*~*~ (outnumbered).
 15936 | D:3      | 15936 ||| Stepping ~*~*~tactically~*~*~ (outnumbered).
 15938 | D:3      | 15938 ||| Stepping ~*~*~tactically~*~*~ (outnumbered).
 15940 | D:3      | 15940 ||| Stepping ~*~*~tactically~*~*~ (outnumbered).
 15942 | D:3      | 15942 ||| Stepping ~*~*~tactically~*~*~ (outnumbered).
 15944 | D:3      | 15944 ||| Stepping ~*~*~tactically~*~*~ (outnumbered).
 15946 | D:3      | 15946 ||| Stepping ~*~*~tactically~*~*~ (outnumbered).
 15948 | D:3      | 15948 ||| Stepping ~*~*~tactically~*~*~ (outnumbered).
 15950 | D:3      | 15950 ||| Stepping ~*~*~tactically~*~*~ (outnumbered).
 15952 | D:3      | 15952 ||| Stepping ~*~*~tactically~*~*~ (outnumbered).
 15954 | D:3      | 15954 ||| Stepping ~*~*~tactically~*~*~ (outnumbered).
 15956 | D:3      | 15956 ||| Stepping ~*~*~tactically~*~*~ (outnumbered).
 15958 | D:3      | 15958 ||| Stepping ~*~*~tactically~*~*~ (outnumbered).
 15960 | D:3      | 15960 ||| Stepping ~*~*~tactically~*~*~ (outnumbered).
 15962 | D:3      | 15962 ||| Stepping ~*~*~tactically~*~*~ (outnumbered).
 15964 | D:3      | 15964 ||| Stepping ~*~*~tactically~*~*~ (outnumbered).
 15966 | D:3      | 15966 ||| Stepping ~*~*~tactically~*~*~ (outnumbered).
 15968 | D:3      | 15968 ||| Stepping ~*~*~tactically~*~*~ (outnumbered).
 15970 | D:3      | 15970 ||| Stepping ~*~*~tactically~*~*~ (outnumbered).
 15972 | D:3      | 15972 ||| Stepping ~*~*~tactically~*~*~ (outnumbered).
 15974 | D:3      | 15974 ||| Stepping ~*~*~tactically~*~*~ (outnumbered).
 15976 | D:3      | 15976 ||| Stepping ~*~*~tactically~*~*~ (outnumbered).
 15978 | D:3      | 15978 ||| Stepping ~*~*~tactically~*~*~ (outnumbered).
 15980 | D:3      | 15980 ||| Stepping ~*~*~tactically~*~*~ (outnumbered).
 15982 | D:3      | 15982 ||| Stepping ~*~*~tactically~*~*~ (outnumbered).
 15984 | D:3      | 15984 ||| Stepping ~*~*~tactically~*~*~ (outnumbered).
 15986 | D:3      | 15986 ||| Stepping ~*~*~tactically~*~*~ (outnumbered).
 15988 | D:3      | 15988 ||| Stepping ~*~*~tactically~*~*~ (outnumbered).
 15990 | D:3      | 15990 ||| Stepping ~*~*~tactically~*~*~ (outnumbered).
 15992 | D:3      | 15992 ||| Stepping ~*~*~tactically~*~*~ (outnumbered).
 15994 | D:3      | 15994 ||| Stepping ~*~*~tactically~*~*~ (outnumbered).
 15996 | D:3      | 15996 ||| Stepping ~*~*~tactically~*~*~ (outnumbered).
 15998 | D:3      | 15998 ||| Stepping ~*~*~tactically~*~*~ (outnumbered).
 16000 | D:3      | 16000 ||| Stepping ~*~*~tactically~*~*~ (outnumbered).
 16002 | D:3      | 16002 ||| Stepping ~*~*~tactically~*~*~ (outnumbered).
 16004 | D:3      | 16004 ||| Stepping ~*~*~tactically~*~*~ (outnumbered).
 16006 | D:3      | 16006 ||| Stepping ~*~*~tactically~*~*~ (outnumbered).
 16008 | D:3      | 16008 ||| Stepping ~*~*~tactically~*~*~ (outnumbered).
 16010 | D:3      | 16010 ||| Stepping ~*~*~tactically~*~*~ (outnumbered).
 16012 | D:3      | 16012 ||| Stepping ~*~*~tactically~*~*~ (outnumbered).
 16014 | D:3      | 16014 ||| Stepping ~*~*~tactically~*~*~ (outnumbered).
 16016 | D:3      | 16016 ||| Stepping ~*~*~tactically~*~*~ (outnumbered).
 16018 | D:3      | 16018 ||| Stepping ~*~*~tactically~*~*~ (outnumbered).
 16020 | D:3      | 16020 ||| Stepping ~*~*~tactically~*~*~ (outnumbered).
 16022 | D:3      | 16022 ||| Stepping ~*~*~tactically~*~*~ (outnumbered).
 16024 | D:3      | 16024 ||| Stepping ~*~*~tactically~*~*~ (outnumbered).
 16026 | D:3      | 16026 ||| Stepping ~*~*~tactically~*~*~ (outnumbered).
 16028 | D:3      | 16028 ||| Stepping ~*~*~tactically~*~*~ (outnumbered).
 16030 | D:3      | 16030 ||| Stepping ~*~*~tactically~*~*~ (outnumbered).
 16032 | D:3      | 16032 ||| Stepping ~*~*~tactically~*~*~ (outnumbered).
 16034 | D:3      | 16034 ||| Stepping ~*~*~tactically~*~*~ (outnumbered).
 16036 | D:3      | 16036 ||| Stepping ~*~*~tactically~*~*~ (outnumbered).
 16038 | D:3      | 16038 ||| Stepping ~*~*~tactically~*~*~ (outnumbered).
 16040 | D:3      | 16040 ||| Stepping ~*~*~tactically~*~*~ (outnumbered).
 16042 | D:3      | 16042 ||| Stepping ~*~*~tactically~*~*~ (outnumbered).
 16044 | D:3      | 16044 ||| Stepping ~*~*~tactically~*~*~ (outnumbered).
 16046 | D:3      | 16046 ||| Stepping ~*~*~tactically~*~*~ (outnumbered).
 16048 | D:3      | 16048 ||| Stepping ~*~*~tactically~*~*~ (outnumbered).
 16050 | D:3      | 16050 ||| Stepping ~*~*~tactically~*~*~ (outnumbered).
 16052 | D:3      | 16052 ||| Stepping ~*~*~tactically~*~*~ (outnumbered).
 16054 | D:3      | 16054 ||| Stepping ~*~*~tactically~*~*~ (outnumbered).
 16056 | D:3      | 16056 ||| Stepping ~*~*~tactically~*~*~ (outnumbered).
 16058 | D:3      | 16058 ||| Stepping ~*~*~tactically~*~*~ (outnumbered).
 16060 | D:3      | 16060 ||| Stepping ~*~*~tactically~*~*~ (outnumbered).
 16062 | D:3      | 16062 ||| Stepping ~*~*~tactically~*~*~ (outnumbered).
 16064 | D:3      | 16064 ||| Stepping ~*~*~tactically~*~*~ (outnumbered).
 16066 | D:3      | 16066 ||| Stepping ~*~*~tactically~*~*~ (outnumbered).
 16068 | D:3      | 16068 ||| Stepping ~*~*~tactically~*~*~ (outnumbered).
 16070 | D:3      | 16070 ||| Stepping ~*~*~tactically~*~*~ (outnumbered).
 16072 | D:3      | 16072 ||| Stepping ~*~*~tactically~*~*~ (outnumbered).
 16074 | D:3      | 16074 ||| Stepping ~*~*~tactically~*~*~ (outnumbered).
 16076 | D:3      | 16076 ||| Stepping ~*~*~tactically~*~*~ (outnumbered).
 16078 | D:3      | 16078 ||| Stepping ~*~*~tactically~*~*~ (outnumbered).
 16080 | D:3      | 16080 ||| Stepping ~*~*~tactically~*~*~ (outnumbered).
 16082 | D:3      | 16082 ||| Stepping ~*~*~tactically~*~*~ (outnumbered).
 16084 | D:3      | 16084 ||| Stepping ~*~*~tactically~*~*~ (outnumbered).
 16086 | D:3      | 16086 ||| Stepping ~*~*~tactically~*~*~ (outnumbered).
 16088 | D:3      | 16088 ||| Stepping ~*~*~tactically~*~*~ (outnumbered).
 16090 | D:3      | 16090 ||| Stepping ~*~*~tactically~*~*~ (outnumbered).
 16092 | D:3      | 16092 ||| Stepping ~*~*~tactically~*~*~ (outnumbered).
 16094 | D:3      | 16094 ||| Stepping ~*~*~tactically~*~*~ (outnumbered).
 16096 | D:3      | 16096 ||| Stepping ~*~*~tactically~*~*~ (outnumbered).
 16098 | D:3      | 16098 ||| Stepping ~*~*~tactically~*~*~ (outnumbered).
 16100 | D:3      | 16100 ||| Stepping ~*~*~tactically~*~*~ (outnumbered).
 16102 | D:3      | 16102 ||| Stepping ~*~*~tactically~*~*~ (outnumbered).
 16104 | D:3      | 16104 ||| Stepping ~*~*~tactically~*~*~ (outnumbered).
 16106 | D:3      | 16106 ||| Stepping ~*~*~tactically~*~*~ (outnumbered).
 16108 | D:3      | 16108 ||| Stepping ~*~*~tactically~*~*~ (outnumbered).
 16110 | D:3      | 16110 ||| Stepping ~*~*~tactically~*~*~ (outnumbered).
 16112 | D:3      | 16112 ||| Stepping ~*~*~tactically~*~*~ (outnumbered).
 16114 | D:3      | 16114 ||| Stepping ~*~*~tactically~*~*~ (outnumbered).
 16116 | D:3      | 16116 ||| Stepping ~*~*~tactically~*~*~ (outnumbered).
 16118 | D:3      | 16118 ||| Stepping ~*~*~tactically~*~*~ (outnumbered).
 16120 | D:3      | 16120 ||| Stepping ~*~*~tactically~*~*~ (outnumbered).
 16122 | D:3      | 16122 ||| Stepping ~*~*~tactically~*~*~ (outnumbered).
 16124 | D:3      | 16124 ||| Stepping ~*~*~tactically~*~*~ (outnumbered).
 16126 | D:3      | 16126 ||| Stepping ~*~*~tactically~*~*~ (outnumbered).
 16128 | D:3      | 16128 ||| Stepping ~*~*~tactically~*~*~ (outnumbered).
 16130 | D:3      | 16130 ||| Stepping ~*~*~tactically~*~*~ (outnumbered).
 16132 | D:3      | 16132 ||| Stepping ~*~*~tactically~*~*~ (outnumbered).
 16134 | D:3      | 16134 ||| Stepping ~*~*~tactically~*~*~ (outnumbered).
 16136 | D:3      | 16136 ||| Stepping ~*~*~tactically~*~*~ (outnumbered).
 16138 | D:3      | 16138 ||| Stepping ~*~*~tactically~*~*~ (outnumbered).
 16140 | D:3      | 16140 ||| Stepping ~*~*~tactically~*~*~ (outnumbered).
 16142 | D:3      | 16142 ||| Stepping ~*~*~tactically~*~*~ (outnumbered).
 16144 | D:3      | 16144 ||| Stepping ~*~*~tactically~*~*~ (outnumbered).
 16146 | D:3      | 16146 ||| Stepping ~*~*~tactically~*~*~ (outnumbered).
 16148 | D:3      | 16148 ||| Stepping ~*~*~tactically~*~*~ (outnumbered).
 16150 | D:3      | 16150 ||| Stepping ~*~*~tactically~*~*~ (outnumbered).
 16152 | D:3      | 16152 ||| Stepping ~*~*~tactically~*~*~ (outnumbered).
 16154 | D:3      | 16154 ||| Stepping ~*~*~tactically~*~*~ (outnumbered).
 16156 | D:3      | 16156 ||| Stepping ~*~*~tactically~*~*~ (outnumbered).
 16158 | D:3      | 16158 ||| Stepping ~*~*~tactically~*~*~ (outnumbered).
 16160 | D:3      | 16160 ||| Stepping ~*~*~tactically~*~*~ (outnumbered).
 16162 | D:3      | 16162 ||| Stepping ~*~*~tactically~*~*~ (outnumbered).
 16164 | D:3      | 16164 ||| Stepping ~*~*~tactically~*~*~ (outnumbered).
 16166 | D:3      | 16166 ||| Stepping ~*~*~tactically~*~*~ (outnumbered).
 16168 | D:3      | 16168 ||| Stepping ~*~*~tactically~*~*~ (outnumbered).
 16170 | D:3      | 16170 ||| Stepping ~*~*~tactically~*~*~ (outnumbered).
 16172 | D:3      | 16172 ||| Stepping ~*~*~tactically~*~*~ (outnumbered).
 16174 | D:3      | 16174 ||| Stepping ~*~*~tactically~*~*~ (outnumbered).
 16176 | D:3      | 16176 ||| Stepping ~*~*~tactically~*~*~ (outnumbered).
 16178 | D:3      | 16178 ||| Stepping ~*~*~tactically~*~*~ (outnumbered).
 16180 | D:3      | 16180 ||| Stepping ~*~*~tactically~*~*~ (outnumbered).
 16182 | D:3      | 16182 ||| Stepping ~*~*~tactically~*~*~ (outnumbered).
 16184 | D:3      | 16184 ||| Stepping ~*~*~tactically~*~*~ (outnumbered).
 16186 | D:3      | 16186 ||| Stepping ~*~*~tactically~*~*~ (outnumbered).
 16188 | D:3      | 16188 ||| Stepping ~*~*~tactically~*~*~ (outnumbered).
 16190 | D:3      | 16190 ||| Stepping ~*~*~tactically~*~*~ (outnumbered).
 16192 | D:3      | 16192 ||| Stepping ~*~*~tactically~*~*~ (outnumbered).
 16194 | D:3      | 16194 ||| Stepping ~*~*~tactically~*~*~ (outnumbered).
 16196 | D:3      | 16196 ||| Stepping ~*~*~tactically~*~*~ (outnumbered).
 16198 | D:3      | 16198 ||| Stepping ~*~*~tactically~*~*~ (outnumbered).
 16200 | D:3      | 16200 ||| Stepping ~*~*~tactically~*~*~ (outnumbered).
 16202 | D:3      | 16202 ||| Stepping ~*~*~tactically~*~*~ (outnumbered).
 16204 | D:3      | 16204 ||| Stepping ~*~*~tactically~*~*~ (outnumbered).
 16206 | D:3      | 16206 ||| Stepping ~*~*~tactically~*~*~ (outnumbered).
 16208 | D:3      | 16208 ||| Stepping ~*~*~tactically~*~*~ (outnumbered).
 16210 | D:3      | 16210 ||| Stepping ~*~*~tactically~*~*~ (outnumbered).
 16212 | D:3      | 16212 ||| Stepping ~*~*~tactically~*~*~ (outnumbered).
 16214 | D:3      | 16214 ||| Stepping ~*~*~tactically~*~*~ (outnumbered).
 16216 | D:3      | 16216 ||| Stepping ~*~*~tactically~*~*~ (outnumbered).
 16218 | D:3      | 16218 ||| Stepping ~*~*~tactically~*~*~ (outnumbered).
 16220 | D:3      | 16220 ||| Stepping ~*~*~tactically~*~*~ (outnumbered).
 16222 | D:3      | 16222 ||| Stepping ~*~*~tactically~*~*~ (outnumbered).
 16224 | D:3      | 16224 ||| Stepping ~*~*~tactically~*~*~ (outnumbered).
 16226 | D:3      | 16226 ||| Stepping ~*~*~tactically~*~*~ (outnumbered).
 16228 | D:3      | 16228 ||| Stepping ~*~*~tactically~*~*~ (outnumbered).
 16230 | D:3      | 16230 ||| Stepping ~*~*~tactically~*~*~ (outnumbered).
 16232 | D:3      | 16232 ||| Stepping ~*~*~tactically~*~*~ (outnumbered).
 16234 | D:3      | 16234 ||| Stepping ~*~*~tactically~*~*~ (outnumbered).
 16236 | D:3      | 16236 ||| Stepping ~*~*~tactically~*~*~ (outnumbered).
 16238 | D:3      | 16238 ||| Stepping ~*~*~tactically~*~*~ (outnumbered).
 16240 | D:3      | 16240 ||| Stepping ~*~*~tactically~*~*~ (outnumbered).
 16242 | D:3      | 16242 ||| Stepping ~*~*~tactically~*~*~ (outnumbered).
 16244 | D:3      | 16244 ||| Stepping ~*~*~tactically~*~*~ (outnumbered).
 16246 | D:3      | 16246 ||| Stepping ~*~*~tactically~*~*~ (outnumbered).
 16248 | D:3      | 16248 ||| Stepping ~*~*~tactically~*~*~ (outnumbered).
 16250 | D:3      | 16250 ||| Stepping ~*~*~tactically~*~*~ (outnumbered).
 16252 | D:3      | 16252 ||| Stepping ~*~*~tactically~*~*~ (outnumbered).
 16254 | D:3      | 16254 ||| Stepping ~*~*~tactically~*~*~ (outnumbered).
 16256 | D:3      | 16256 ||| Stepping ~*~*~tactically~*~*~ (outnumbered).
 16258 | D:3      | 16258 ||| Stepping ~*~*~tactically~*~*~ (outnumbered).
 16260 | D:3      | 16260 ||| Stepping ~*~*~tactically~*~*~ (outnumbered).
 16262 | D:3      | 16262 ||| Stepping ~*~*~tactically~*~*~ (outnumbered).
 16264 | D:3      | 16264 ||| Stepping ~*~*~tactically~*~*~ (outnumbered).
 16266 | D:3      | 16266 ||| Stepping ~*~*~tactically~*~*~ (outnumbered).
 16268 | D:3      | 16268 ||| Stepping ~*~*~tactically~*~*~ (outnumbered).
 16270 | D:3      | 16270 ||| Stepping ~*~*~tactically~*~*~ (outnumbered).
 16272 | D:3      | 16272 ||| Stepping ~*~*~tactically~*~*~ (outnumbered).
 16274 | D:3      | 16274 ||| Stepping ~*~*~tactically~*~*~ (outnumbered).
 16276 | D:3      | 16276 ||| Stepping ~*~*~tactically~*~*~ (outnumbered).
 16278 | D:3      | 16278 ||| Stepping ~*~*~tactically~*~*~ (outnumbered).
 16280 | D:3      | 16280 ||| Stepping ~*~*~tactically~*~*~ (outnumbered).
 16282 | D:3      | 16282 ||| Stepping ~*~*~tactically~*~*~ (outnumbered).
 16284 | D:3      | 16284 ||| Stepping ~*~*~tactically~*~*~ (outnumbered).
 16286 | D:3      | 16286 ||| Stepping ~*~*~tactically~*~*~ (outnumbered).
 16288 | D:3      | 16288 ||| Stepping ~*~*~tactically~*~*~ (outnumbered).
 16290 | D:3      | 16290 ||| Stepping ~*~*~tactically~*~*~ (outnumbered).
 16292 | D:3      | 16292 ||| Stepping ~*~*~tactically~*~*~ (outnumbered).
 16294 | D:3      | 16294 ||| Stepping ~*~*~tactically~*~*~ (outnumbered).
 16296 | D:3      | 16296 ||| Stepping ~*~*~tactically~*~*~ (outnumbered).
 16298 | D:3      | 16298 ||| Stepping ~*~*~tactically~*~*~ (outnumbered).
 16300 | D:3      | 16300 ||| Stepping ~*~*~tactically~*~*~ (outnumbered).
 16302 | D:3      | 16302 ||| Stepping ~*~*~tactically~*~*~ (outnumbered).
 16304 | D:3      | 16304 ||| Stepping ~*~*~tactically~*~*~ (outnumbered).
 16306 | D:3      | 16306 ||| Stepping ~*~*~tactically~*~*~ (outnumbered).
 16308 | D:3      | 16308 ||| Stepping ~*~*~tactically~*~*~ (outnumbered).
 16310 | D:3      | 16310 ||| Stepping ~*~*~tactically~*~*~ (outnumbered).
 16312 | D:3      | 16312 ||| Stepping ~*~*~tactically~*~*~ (outnumbered).
 16314 | D:3      | 16314 ||| Stepping ~*~*~tactically~*~*~ (outnumbered).
 16316 | D:3      | 16316 ||| Stepping ~*~*~tactically~*~*~ (outnumbered).
 16318 | D:3      | 16318 ||| Stepping ~*~*~tactically~*~*~ (outnumbered).
 16320 | D:3      | 16320 ||| Stepping ~*~*~tactically~*~*~ (outnumbered).
 16322 | D:3      | 16322 ||| Stepping ~*~*~tactically~*~*~ (outnumbered).
 16324 | D:3      | 16324 ||| Stepping ~*~*~tactically~*~*~ (outnumbered).
 16326 | D:3      | 16326 ||| Stepping ~*~*~tactically~*~*~ (outnumbered).
 16328 | D:3      | 16328 ||| Stepping ~*~*~tactically~*~*~ (outnumbered).
 16330 | D:3      | 16330 ||| Stepping ~*~*~tactically~*~*~ (outnumbered).
 16332 | D:3      | 16332 ||| Stepping ~*~*~tactically~*~*~ (outnumbered).
 16334 | D:3      | 16334 ||| Stepping ~*~*~tactically~*~*~ (outnumbered).
 16336 | D:3      | 16336 ||| Stepping ~*~*~tactically~*~*~ (outnumbered).
 16338 | D:3      | 16338 ||| Stepping ~*~*~tactically~*~*~ (outnumbered).
 16340 | D:3      | 16340 ||| Stepping ~*~*~tactically~*~*~ (outnumbered).
 16342 | D:3      | 16342 ||| Stepping ~*~*~tactically~*~*~ (outnumbered).
 16344 | D:3      | 16344 ||| Stepping ~*~*~tactically~*~*~ (outnumbered).
 16346 | D:3      | 16346 ||| Stepping ~*~*~tactically~*~*~ (outnumbered).
 16348 | D:3      | 16348 ||| Stepping ~*~*~tactically~*~*~ (outnumbered).
 16350 | D:3      | 16350 ||| Stepping ~*~*~tactically~*~*~ (outnumbered).
 16352 | D:3      | 16352 ||| Stepping ~*~*~tactically~*~*~ (outnumbered).
 16354 | D:3      | 16354 ||| Stepping ~*~*~tactically~*~*~ (outnumbered).
 16356 | D:3      | 16356 ||| Stepping ~*~*~tactically~*~*~ (outnumbered).
 16358 | D:3      | 16358 ||| Stepping ~*~*~tactically~*~*~ (outnumbered).
 16360 | D:3      | 16360 ||| Stepping ~*~*~tactically~*~*~ (outnumbered).
 16362 | D:3      | 16362 ||| Stepping ~*~*~tactically~*~*~ (outnumbered).
 16364 | D:3      | 16364 ||| Stepping ~*~*~tactically~*~*~ (outnumbered).
 16366 | D:3      | 16366 ||| Stepping ~*~*~tactically~*~*~ (outnumbered).
 16368 | D:3      | 16368 ||| Stepping ~*~*~tactically~*~*~ (outnumbered).
 16370 | D:3      | 16370 ||| Stepping ~*~*~tactically~*~*~ (outnumbered).
 16372 | D:3      | 16372 ||| Stepping ~*~*~tactically~*~*~ (outnumbered).
 16374 | D:3      | 16374 ||| Stepping ~*~*~tactically~*~*~ (outnumbered).
 16376 | D:3      | 16376 ||| Stepping ~*~*~tactically~*~*~ (outnumbered).
 16378 | D:3      | 16378 ||| Stepping ~*~*~tactically~*~*~ (outnumbered).
 16380 | D:3      | 16380 ||| Stepping ~*~*~tactically~*~*~ (outnumbered).
 16382 | D:3      | 16382 ||| Stepping ~*~*~tactically~*~*~ (outnumbered).
 16384 | D:3      | 16384 ||| Stepping ~*~*~tactically~*~*~ (outnumbered).
 16386 | D:3      | 16386 ||| Stepping ~*~*~tactically~*~*~ (outnumbered).
 16388 | D:3      | 16388 ||| Stepping ~*~*~tactically~*~*~ (outnumbered).
 16390 | D:3      | 16390 ||| Stepping ~*~*~tactically~*~*~ (outnumbered).
 16392 | D:3      | 16392 ||| Stepping ~*~*~tactically~*~*~ (outnumbered).
 16394 | D:3      | 16394 ||| Stepping ~*~*~tactically~*~*~ (outnumbered).
 16396 | D:3      | 16396 ||| Stepping ~*~*~tactically~*~*~ (outnumbered).
 16398 | D:3      | 16398 ||| Stepping ~*~*~tactically~*~*~ (outnumbered).
 16400 | D:3      | 16400 ||| Stepping ~*~*~tactically~*~*~ (outnumbered).
 16402 | D:3      | 16402 ||| Stepping ~*~*~tactically~*~*~ (outnumbered).
 16404 | D:3      | 16404 ||| Stepping ~*~*~tactically~*~*~ (outnumbered).
 16406 | D:3      | 16406 ||| Stepping ~*~*~tactically~*~*~ (outnumbered).
 16408 | D:3      | 16408 ||| Stepping ~*~*~tactically~*~*~ (outnumbered).
 16410 | D:3      | 16410 ||| Stepping ~*~*~tactically~*~*~ (outnumbered).
 16412 | D:3      | 16412 ||| Stepping ~*~*~tactically~*~*~ (outnumbered).
 16414 | D:3      | 16414 ||| Stepping ~*~*~tactically~*~*~ (outnumbered).
 16416 | D:3      | 16416 ||| Stepping ~*~*~tactically~*~*~ (outnumbered).
 16418 | D:3      | 16418 ||| Stepping ~*~*~tactically~*~*~ (outnumbered).
 16420 | D:3      | 16420 ||| Stepping ~*~*~tactically~*~*~ (outnumbered).
 16422 | D:3      | 16422 ||| Stepping ~*~*~tactically~*~*~ (outnumbered).
 16424 | D:3      | 16424 ||| Stepping ~*~*~tactically~*~*~ (outnumbered).
 16426 | D:3      | 16426 ||| Stepping ~*~*~tactically~*~*~ (outnumbered).
 16428 | D:3      | 16428 ||| Stepping ~*~*~tactically~*~*~ (outnumbered).
 16430 | D:3      | 16430 ||| Stepping ~*~*~tactically~*~*~ (outnumbered).
 16432 | D:3      | 16432 ||| Stepping ~*~*~tactically~*~*~ (outnumbered).
 16434 | D:3      | 16434 ||| Stepping ~*~*~tactically~*~*~ (outnumbered).
 16436 | D:3      | 16436 ||| Stepping ~*~*~tactically~*~*~ (outnumbered).
 16438 | D:3      | 16438 ||| Stepping ~*~*~tactically~*~*~ (outnumbered).
 16440 | D:3      | 16440 ||| Stepping ~*~*~tactically~*~*~ (outnumbered).
 16442 | D:3      | 16442 ||| Stepping ~*~*~tactically~*~*~ (outnumbered).
 16444 | D:3      | 16444 ||| Stepping ~*~*~tactically~*~*~ (outnumbered).
 16446 | D:3      | 16446 ||| Stepping ~*~*~tactically~*~*~ (outnumbered).
 16448 | D:3      | 16448 ||| Stepping ~*~*~tactically~*~*~ (outnumbered).
 16450 | D:3      | 16450 ||| Stepping ~*~*~tactically~*~*~ (outnumbered).
 16452 | D:3      | 16452 ||| Stepping ~*~*~tactically~*~*~ (outnumbered).
 16454 | D:3      | 16454 ||| Stepping ~*~*~tactically~*~*~ (outnumbered).
 16456 | D:3      | 16456 ||| Stepping ~*~*~tactically~*~*~ (outnumbered).
 16458 | D:3      | 16458 ||| Stepping ~*~*~tactically~*~*~ (outnumbered).
 16460 | D:3      | 16460 ||| Stepping ~*~*~tactically~*~*~ (outnumbered).
 16462 | D:3      | 16462 ||| Stepping ~*~*~tactically~*~*~ (outnumbered).
 16464 | D:3      | 16464 ||| Stepping ~*~*~tactically~*~*~ (outnumbered).
 16466 | D:3      | 16466 ||| Stepping ~*~*~tactically~*~*~ (outnumbered).
 16468 | D:3      | 16468 ||| Stepping ~*~*~tactically~*~*~ (outnumbered).
 16470 | D:3      | 16470 ||| Stepping ~*~*~tactically~*~*~ (outnumbered).
 16472 | D:3      | 16472 ||| Stepping ~*~*~tactically~*~*~ (outnumbered).
 16474 | D:3      | 16474 ||| Stepping ~*~*~tactically~*~*~ (outnumbered).
 16476 | D:3      | 16476 ||| Stepping ~*~*~tactically~*~*~ (outnumbered).
 16478 | D:3      | 16478 ||| Stepping ~*~*~tactically~*~*~ (outnumbered).
 16480 | D:3      | 16480 ||| Stepping ~*~*~tactically~*~*~ (outnumbered).
 16482 | D:3      | 16482 ||| Stepping ~*~*~tactically~*~*~ (outnumbered).
 16484 | D:3      | 16484 ||| Stepping ~*~*~tactically~*~*~ (outnumbered).
 16486 | D:3      | 16486 ||| Stepping ~*~*~tactically~*~*~ (outnumbered).
 16488 | D:3      | 16488 ||| Stepping ~*~*~tactically~*~*~ (outnumbered).
 16490 | D:3      | 16490 ||| Stepping ~*~*~tactically~*~*~ (outnumbered).
 16492 | D:3      | 16492 ||| Stepping ~*~*~tactically~*~*~ (outnumbered).
 16494 | D:3      | 16494 ||| Stepping ~*~*~tactically~*~*~ (outnumbered).
 16496 | D:3      | 16496 ||| Stepping ~*~*~tactically~*~*~ (outnumbered).
 16498 | D:3      | 16498 ||| Stepping ~*~*~tactically~*~*~ (outnumbered).
 16500 | D:3      | 16500 ||| Stepping ~*~*~tactically~*~*~ (outnumbered).
 16502 | D:3      | 16502 ||| Stepping ~*~*~tactically~*~*~ (outnumbered).
 16504 | D:3      | 16504 ||| Stepping ~*~*~tactically~*~*~ (outnumbered).
 16506 | D:3      | 16506 ||| Stepping ~*~*~tactically~*~*~ (outnumbered).
 16508 | D:3      | 16508 ||| Stepping ~*~*~tactically~*~*~ (outnumbered).
 16510 | D:3      | 16510 ||| Stepping ~*~*~tactically~*~*~ (outnumbered).
 16512 | D:3      | 16512 ||| Stepping ~*~*~tactically~*~*~ (outnumbered).
 16514 | D:3      | 16514 ||| Stepping ~*~*~tactically~*~*~ (outnumbered).
 16516 | D:3      | 16516 ||| Stepping ~*~*~tactically~*~*~ (outnumbered).
 16518 | D:3      | 16518 ||| Stepping ~*~*~tactically~*~*~ (outnumbered).
 16520 | D:3      | 16520 ||| Stepping ~*~*~tactically~*~*~ (outnumbered).
 16522 | D:3      | 16522 ||| Stepping ~*~*~tactically~*~*~ (outnumbered).
 16524 | D:3      | 16524 ||| Stepping ~*~*~tactically~*~*~ (outnumbered).
 16526 | D:3      | 16526 ||| Stepping ~*~*~tactically~*~*~ (outnumbered).
 16528 | D:3      | 16528 ||| Stepping ~*~*~tactically~*~*~ (outnumbered).
 16530 | D:3      | 16530 ||| Stepping ~*~*~tactically~*~*~ (outnumbered).
 16532 | D:3      | 16532 ||| Stepping ~*~*~tactically~*~*~ (outnumbered).
 16534 | D:3      | 16534 ||| Stepping ~*~*~tactically~*~*~ (outnumbered).
 16536 | D:3      | 16536 ||| Stepping ~*~*~tactically~*~*~ (outnumbered).
 16538 | D:3      | 16538 ||| Stepping ~*~*~tactically~*~*~ (outnumbered).
 16540 | D:3      | 16540 ||| Stepping ~*~*~tactically~*~*~ (outnumbered).
 16542 | D:3      | 16542 ||| Stepping ~*~*~tactically~*~*~ (outnumbered).
 16544 | D:3      | 16544 ||| Stepping ~*~*~tactically~*~*~ (outnumbered).
 16546 | D:3      | 16546 ||| Stepping ~*~*~tactically~*~*~ (outnumbered).
 16548 | D:3      | 16548 ||| Stepping ~*~*~tactically~*~*~ (outnumbered).
 16550 | D:3      | 16550 ||| Stepping ~*~*~tactically~*~*~ (outnumbered).
 16552 | D:3      | 16552 ||| Stepping ~*~*~tactically~*~*~ (outnumbered).
 16554 | D:3      | 16554 ||| Stepping ~*~*~tactically~*~*~ (outnumbered).
 16556 | D:3      | 16556 ||| Stepping ~*~*~tactically~*~*~ (outnumbered).
 16558 | D:3      | 16558 ||| Stepping ~*~*~tactically~*~*~ (outnumbered).
 16560 | D:3      | 16560 ||| Stepping ~*~*~tactically~*~*~ (outnumbered).
 16562 | D:3      | 16562 ||| Stepping ~*~*~tactically~*~*~ (outnumbered).
 16564 | D:3      | 16564 ||| Stepping ~*~*~tactically~*~*~ (outnumbered).
 16566 | D:3      | 16566 ||| Stepping ~*~*~tactically~*~*~ (outnumbered).
 16568 | D:3      | 16568 ||| Stepping ~*~*~tactically~*~*~ (outnumbered).
 16570 | D:3      | 16570 ||| Stepping ~*~*~tactically~*~*~ (outnumbered).
 16572 | D:3      | 16572 ||| Stepping ~*~*~tactically~*~*~ (outnumbered).
 16574 | D:3      | 16574 ||| Stepping ~*~*~tactically~*~*~ (outnumbered).
 16576 | D:3      | 16576 ||| Stepping ~*~*~tactically~*~*~ (outnumbered).
 16578 | D:3      | 16578 ||| Stepping ~*~*~tactically~*~*~ (outnumbered).
 16580 | D:3      | 16580 ||| Stepping ~*~*~tactically~*~*~ (outnumbered).
 16582 | D:3      | 16582 ||| Stepping ~*~*~tactically~*~*~ (outnumbered).
 16584 | D:3      | 16584 ||| Stepping ~*~*~tactically~*~*~ (outnumbered).
 16586 | D:3      | 16586 ||| Stepping ~*~*~tactically~*~*~ (outnumbered).
 16588 | D:3      | 16588 ||| Stepping ~*~*~tactically~*~*~ (outnumbered).
 16590 | D:3      | 16590 ||| Stepping ~*~*~tactically~*~*~ (outnumbered).
 16592 | D:3      | 16592 ||| Stepping ~*~*~tactically~*~*~ (outnumbered).
 16594 | D:3      | 16594 ||| Stepping ~*~*~tactically~*~*~ (outnumbered).
 16596 | D:3      | 16596 ||| Stepping ~*~*~tactically~*~*~ (outnumbered).
 16598 | D:3      | 16598 ||| Stepping ~*~*~tactically~*~*~ (outnumbered).
 16600 | D:3      | 16600 ||| Stepping ~*~*~tactically~*~*~ (outnumbered).
 16602 | D:3      | 16602 ||| Stepping ~*~*~tactically~*~*~ (outnumbered).
 16604 | D:3      | 16604 ||| Stepping ~*~*~tactically~*~*~ (outnumbered).
 16606 | D:3      | 16606 ||| Stepping ~*~*~tactically~*~*~ (outnumbered).
 16608 | D:3      | 16608 ||| Stepping ~*~*~tactically~*~*~ (outnumbered).
 16610 | D:3      | 16610 ||| Stepping ~*~*~tactically~*~*~ (outnumbered).
 16612 | D:3      | 16612 ||| Stepping ~*~*~tactically~*~*~ (outnumbered).
 16614 | D:3      | 16614 ||| Stepping ~*~*~tactically~*~*~ (outnumbered).
 16616 | D:3      | 16616 ||| Stepping ~*~*~tactically~*~*~ (outnumbered).
 16618 | D:3      | 16618 ||| Stepping ~*~*~tactically~*~*~ (outnumbered).
 16620 | D:3      | 16620 ||| Stepping ~*~*~tactically~*~*~ (outnumbered).
 16622 | D:3      | 16622 ||| Stepping ~*~*~tactically~*~*~ (outnumbered).
 16624 | D:3      | 16624 ||| Stepping ~*~*~tactically~*~*~ (outnumbered).
 16626 | D:3      | 16626 ||| Stepping ~*~*~tactically~*~*~ (outnumbered).
 16628 | D:3      | 16628 ||| Stepping ~*~*~tactically~*~*~ (outnumbered).
 16630 | D:3      | 16630 ||| Stepping ~*~*~tactically~*~*~ (outnumbered).
 16632 | D:3      | 16632 ||| Stepping ~*~*~tactically~*~*~ (outnumbered).
 16634 | D:3      | 16634 ||| Stepping ~*~*~tactically~*~*~ (outnumbered).
 16636 | D:3      | 16636 ||| Stepping ~*~*~tactically~*~*~ (outnumbered).
 16638 | D:3      | 16638 ||| Stepping ~*~*~tactically~*~*~ (outnumbered).
 16640 | D:3      | 16640 ||| Stepping ~*~*~tactically~*~*~ (outnumbered).
 16642 | D:3      | 16642 ||| Stepping ~*~*~tactically~*~*~ (outnumbered).
 16644 | D:3      | 16644 ||| Stepping ~*~*~tactically~*~*~ (outnumbered).
 16646 | D:3      | 16646 ||| Stepping ~*~*~tactically~*~*~ (outnumbered).
 16648 | D:3      | 16648 ||| Stepping ~*~*~tactically~*~*~ (outnumbered).
 16650 | D:3      | 16650 ||| Stepping ~*~*~tactically~*~*~ (outnumbered).
 16652 | D:3      | 16652 ||| Stepping ~*~*~tactically~*~*~ (outnumbered).
 16654 | D:3      | 16654 ||| Stepping ~*~*~tactically~*~*~ (outnumbered).
 16656 | D:3      | 16656 ||| Stepping ~*~*~tactically~*~*~ (outnumbered).
 16658 | D:3      | 16658 ||| Stepping ~*~*~tactically~*~*~ (outnumbered).
 16660 | D:3      | 16660 ||| Stepping ~*~*~tactically~*~*~ (outnumbered).
 16662 | D:3      | 16662 ||| Stepping ~*~*~tactically~*~*~ (outnumbered).
 16664 | D:3      | 16664 ||| Stepping ~*~*~tactically~*~*~ (outnumbered).
 16666 | D:3      | 16666 ||| Stepping ~*~*~tactically~*~*~ (outnumbered).
 16668 | D:3      | 16668 ||| Stepping ~*~*~tactically~*~*~ (outnumbered).
 16670 | D:3      | 16670 ||| Stepping ~*~*~tactically~*~*~ (outnumbered).
 16672 | D:3      | 16672 ||| Stepping ~*~*~tactically~*~*~ (outnumbered).
 16674 | D:3      | 16674 ||| Stepping ~*~*~tactically~*~*~ (outnumbered).
 16676 | D:3      | 16676 ||| Stepping ~*~*~tactically~*~*~ (outnumbered).
 16678 | D:3      | 16678 ||| Stepping ~*~*~tactically~*~*~ (outnumbered).
 16680 | D:3      | 16680 ||| Stepping ~*~*~tactically~*~*~ (outnumbered).
 16682 | D:3      | 16682 ||| Stepping ~*~*~tactically~*~*~ (outnumbered).
 16684 | D:3      | 16684 ||| Stepping ~*~*~tactically~*~*~ (outnumbered).
 16686 | D:3      | 16686 ||| Stepping ~*~*~tactically~*~*~ (outnumbered).
 16688 | D:3      | 16688 ||| Stepping ~*~*~tactically~*~*~ (outnumbered).
 16690 | D:3      | 16690 ||| Stepping ~*~*~tactically~*~*~ (outnumbered).
 16692 | D:3      | 16692 ||| Stepping ~*~*~tactically~*~*~ (outnumbered).
 16694 | D:3      | 16694 ||| Stepping ~*~*~tactically~*~*~ (outnumbered).
 16696 | D:3      | 16696 ||| Stepping ~*~*~tactically~*~*~ (outnumbered).
 16698 | D:3      | 16698 ||| Stepping ~*~*~tactically~*~*~ (outnumbered).
 16700 | D:3      | 16700 ||| Stepping ~*~*~tactically~*~*~ (outnumbered).
 16702 | D:3      | 16702 ||| Stepping ~*~*~tactically~*~*~ (outnumbered).
 16704 | D:3      | 16704 ||| Stepping ~*~*~tactically~*~*~ (outnumbered).
 16706 | D:3      | 16706 ||| Stepping ~*~*~tactically~*~*~ (outnumbered).
 16708 | D:3      | 16708 ||| Stepping ~*~*~tactically~*~*~ (outnumbered).
 16710 | D:3      | 16710 ||| Stepping ~*~*~tactically~*~*~ (outnumbered).
 16712 | D:3      | 16712 ||| Stepping ~*~*~tactically~*~*~ (outnumbered).
 16714 | D:3      | 16714 ||| Stepping ~*~*~tactically~*~*~ (outnumbered).
 16716 | D:3      | 16716 ||| Stepping ~*~*~tactically~*~*~ (outnumbered).
 16718 | D:3      | 16718 ||| Stepping ~*~*~tactically~*~*~ (outnumbered).
 16720 | D:3      | 16720 ||| Stepping ~*~*~tactically~*~*~ (outnumbered).
 16722 | D:3      | 16722 ||| Stepping ~*~*~tactically~*~*~ (outnumbered).
 16724 | D:3      | 16724 ||| Stepping ~*~*~tactically~*~*~ (outnumbered).
 16726 | D:3      | 16726 ||| Stepping ~*~*~tactically~*~*~ (outnumbered).
 16728 | D:3      | 16728 ||| Stepping ~*~*~tactically~*~*~ (outnumbered).
 16730 | D:3      | 16730 ||| Stepping ~*~*~tactically~*~*~ (outnumbered).
 16732 | D:3      | 16732 ||| Stepping ~*~*~tactically~*~*~ (outnumbered).
 16734 | D:3      | 16734 ||| Stepping ~*~*~tactically~*~*~ (outnumbered).
 16736 | D:3      | 16736 ||| Stepping ~*~*~tactically~*~*~ (outnumbered).
 16738 | D:3      | 16738 ||| Stepping ~*~*~tactically~*~*~ (outnumbered).
 16740 | D:3      | 16740 ||| Stepping ~*~*~tactically~*~*~ (outnumbered).
 16742 | D:3      | 16742 ||| Stepping ~*~*~tactically~*~*~ (outnumbered).
 16744 | D:3      | 16744 ||| Stepping ~*~*~tactically~*~*~ (outnumbered).
 16746 | D:3      | 16746 ||| Stepping ~*~*~tactically~*~*~ (outnumbered).
 16748 | D:3      | 16748 ||| Stepping ~*~*~tactically~*~*~ (outnumbered).
 16750 | D:3      | 16750 ||| Stepping ~*~*~tactically~*~*~ (outnumbered).
 16752 | D:3      | 16752 ||| Stepping ~*~*~tactically~*~*~ (outnumbered).
 16754 | D:3      | 16754 ||| Stepping ~*~*~tactically~*~*~ (outnumbered).
 16756 | D:3      | 16756 ||| Stepping ~*~*~tactically~*~*~ (outnumbered).
 16758 | D:3      | 16758 ||| Stepping ~*~*~tactically~*~*~ (outnumbered).
 16760 | D:3      | 16760 ||| Stepping ~*~*~tactically~*~*~ (outnumbered).
 16762 | D:3      | 16762 ||| Stepping ~*~*~tactically~*~*~ (outnumbered).
 16764 | D:3      | 16764 ||| Stepping ~*~*~tactically~*~*~ (outnumbered).
 16766 | D:3      | 16766 ||| Stepping ~*~*~tactically~*~*~ (outnumbered).
 16768 | D:3      | 16768 ||| Stepping ~*~*~tactically~*~*~ (outnumbered).
 16770 | D:3      | 16770 ||| Stepping ~*~*~tactically~*~*~ (outnumbered).
 16772 | D:3      | 16772 ||| Stepping ~*~*~tactically~*~*~ (outnumbered).
 16774 | D:3      | 16774 ||| Stepping ~*~*~tactically~*~*~ (outnumbered).
 16776 | D:3      | 16776 ||| Stepping ~*~*~tactically~*~*~ (outnumbered).
 16778 | D:3      | 16778 ||| Stepping ~*~*~tactically~*~*~ (outnumbered).
 16780 | D:3      | 16780 ||| Stepping ~*~*~tactically~*~*~ (outnumbered).
 16782 | D:3      | 16782 ||| Stepping ~*~*~tactically~*~*~ (outnumbered).
 16784 | D:3      | 16784 ||| Stepping ~*~*~tactically~*~*~ (outnumbered).
 16786 | D:3      | 16786 ||| Stepping ~*~*~tactically~*~*~ (outnumbered).
 16788 | D:3      | 16788 ||| Stepping ~*~*~tactically~*~*~ (outnumbered).
 16790 | D:3      | 16790 ||| Stepping ~*~*~tactically~*~*~ (outnumbered).
 16792 | D:3      | 16792 ||| Stepping ~*~*~tactically~*~*~ (outnumbered).
 16794 | D:3      | 16794 ||| Stepping ~*~*~tactically~*~*~ (outnumbered).
 16796 | D:3      | 16796 ||| Stepping ~*~*~tactically~*~*~ (outnumbered).
 16798 | D:3      | 16798 ||| Stepping ~*~*~tactically~*~*~ (outnumbered).
 16800 | D:3      | 16800 ||| Stepping ~*~*~tactically~*~*~ (outnumbered).
 16802 | D:3      | 16802 ||| Stepping ~*~*~tactically~*~*~ (outnumbered).
 16804 | D:3      | 16804 ||| Stepping ~*~*~tactically~*~*~ (outnumbered).
 16806 | D:3      | 16806 ||| Stepping ~*~*~tactically~*~*~ (outnumbered).
 16808 | D:3      | 16808 ||| Stepping ~*~*~tactically~*~*~ (outnumbered).
 16810 | D:3      | 16810 ||| Stepping ~*~*~tactically~*~*~ (outnumbered).
 16812 | D:3      | 16812 ||| Stepping ~*~*~tactically~*~*~ (outnumbered).
 16814 | D:3      | 16814 ||| Stepping ~*~*~tactically~*~*~ (outnumbered).
 16816 | D:3      | 16816 ||| Stepping ~*~*~tactically~*~*~ (outnumbered).
 16818 | D:3      | 16818 ||| Stepping ~*~*~tactically~*~*~ (outnumbered).
 16820 | D:3      | 16820 ||| Stepping ~*~*~tactically~*~*~ (outnumbered).
 16822 | D:3      | 16822 ||| Stepping ~*~*~tactically~*~*~ (outnumbered).
 16824 | D:3      | 16824 ||| Stepping ~*~*~tactically~*~*~ (outnumbered).
 16826 | D:3      | 16826 ||| Stepping ~*~*~tactically~*~*~ (outnumbered).
 16828 | D:3      | 16828 ||| Stepping ~*~*~tactically~*~*~ (outnumbered).
 16830 | D:3      | 16830 ||| Stepping ~*~*~tactically~*~*~ (outnumbered).
 16832 | D:3      | 16832 ||| Stepping ~*~*~tactically~*~*~ (outnumbered).
 16834 | D:3      | 16834 ||| Stepping ~*~*~tactically~*~*~ (outnumbered).
 16836 | D:3      | 16836 ||| Stepping ~*~*~tactically~*~*~ (outnumbered).
 16838 | D:3      | 16838 ||| Stepping ~*~*~tactically~*~*~ (outnumbered).
 16840 | D:3      | 16840 ||| Stepping ~*~*~tactically~*~*~ (outnumbered).
 16842 | D:3      | 16842 ||| Stepping ~*~*~tactically~*~*~ (outnumbered).
 16844 | D:3      | 16844 ||| Stepping ~*~*~tactically~*~*~ (outnumbered).
 16846 | D:3      | 16846 ||| Stepping ~*~*~tactically~*~*~ (outnumbered).
 16848 | D:3      | 16848 ||| Stepping ~*~*~tactically~*~*~ (outnumbered).
 16850 | D:3      | 16850 ||| Stepping ~*~*~tactically~*~*~ (outnumbered).
 16852 | D:3      | 16852 ||| Stepping ~*~*~tactically~*~*~ (outnumbered).
 16854 | D:3      | 16854 ||| Stepping ~*~*~tactically~*~*~ (outnumbered).
 16856 | D:3      | 16856 ||| Stepping ~*~*~tactically~*~*~ (outnumbered).
 16858 | D:3      | 16858 ||| Stepping ~*~*~tactically~*~*~ (outnumbered).
 16860 | D:3      | 16860 ||| Stepping ~*~*~tactically~*~*~ (outnumbered).
 16862 | D:3      | 16862 ||| Stepping ~*~*~tactically~*~*~ (outnumbered).
 16864 | D:3      | 16864 ||| Stepping ~*~*~tactically~*~*~ (outnumbered).
 16866 | D:3      | 16866 ||| Stepping ~*~*~tactically~*~*~ (outnumbered).
 16868 | D:3      | 16868 ||| Stepping ~*~*~tactically~*~*~ (outnumbered).
 16870 | D:3      | 16870 ||| Stepping ~*~*~tactically~*~*~ (outnumbered).
 16872 | D:3      | 16872 ||| Stepping ~*~*~tactically~*~*~ (outnumbered).
 16874 | D:3      | 16874 ||| Stepping ~*~*~tactically~*~*~ (outnumbered).
 16876 | D:3      | 16876 ||| Stepping ~*~*~tactically~*~*~ (outnumbered).
 16878 | D:3      | 16878 ||| Stepping ~*~*~tactically~*~*~ (outnumbered).
 16880 | D:3      | 16880 ||| Stepping ~*~*~tactically~*~*~ (outnumbered).
 16882 | D:3      | 16882 ||| Stepping ~*~*~tactically~*~*~ (outnumbered).
 16884 | D:3      | 16884 ||| Stepping ~*~*~tactically~*~*~ (outnumbered).
 16886 | D:3      | 16886 ||| Stepping ~*~*~tactically~*~*~ (outnumbered).
 16888 | D:3      | 16888 ||| Stepping ~*~*~tactically~*~*~ (outnumbered).
 16890 | D:3      | 16890 ||| Stepping ~*~*~tactically~*~*~ (outnumbered).
 16892 | D:3      | 16892 ||| Stepping ~*~*~tactically~*~*~ (outnumbered).
 16894 | D:3      | 16894 ||| Stepping ~*~*~tactically~*~*~ (outnumbered).
 16896 | D:3      | 16896 ||| Stepping ~*~*~tactically~*~*~ (outnumbered).
 16898 | D:3      | 16898 ||| Stepping ~*~*~tactically~*~*~ (outnumbered).
 16900 | D:3      | 16900 ||| Stepping ~*~*~tactically~*~*~ (outnumbered).
 16902 | D:3      | 16902 ||| Stepping ~*~*~tactically~*~*~ (outnumbered).
 16904 | D:3      | 16904 ||| Stepping ~*~*~tactically~*~*~ (outnumbered).
 16906 | D:3      | 16906 ||| Stepping ~*~*~tactically~*~*~ (outnumbered).
 16908 | D:3      | 16908 ||| Stepping ~*~*~tactically~*~*~ (outnumbered).
 16910 | D:3      | 16910 ||| Stepping ~*~*~tactically~*~*~ (outnumbered).
 16912 | D:3      | 16912 ||| Stepping ~*~*~tactically~*~*~ (outnumbered).
 16914 | D:3      | 16914 ||| Stepping ~*~*~tactically~*~*~ (outnumbered).
 16916 | D:3      | 16916 ||| Stepping ~*~*~tactically~*~*~ (outnumbered).
 16918 | D:3      | 16918 ||| Stepping ~*~*~tactically~*~*~ (outnumbered).
 16920 | D:3      | 16920 ||| Stepping ~*~*~tactically~*~*~ (outnumbered).
 16922 | D:3      | 16922 ||| Stepping ~*~*~tactically~*~*~ (outnumbered).
 16924 | D:3      | 16924 ||| Stepping ~*~*~tactically~*~*~ (outnumbered).
 16926 | D:3      | 16926 ||| Stepping ~*~*~tactically~*~*~ (outnumbered).
 16928 | D:3      | 16928 ||| Stepping ~*~*~tactically~*~*~ (outnumbered).
 16930 | D:3      | 16930 ||| Stepping ~*~*~tactically~*~*~ (outnumbered).
 16932 | D:3      | 16932 ||| Stepping ~*~*~tactically~*~*~ (outnumbered).
 16934 | D:3      | 16934 ||| Stepping ~*~*~tactically~*~*~ (outnumbered).
 16936 | D:3      | 16936 ||| Stepping ~*~*~tactically~*~*~ (outnumbered).
 16938 | D:3      | 16938 ||| Stepping ~*~*~tactically~*~*~ (outnumbered).
 16940 | D:3      | 16940 ||| Stepping ~*~*~tactically~*~*~ (outnumbered).
 16942 | D:3      | 16942 ||| Stepping ~*~*~tactically~*~*~ (outnumbered).
 16944 | D:3      | 16944 ||| Stepping ~*~*~tactically~*~*~ (outnumbered).
 16946 | D:3      | 16946 ||| Stepping ~*~*~tactically~*~*~ (outnumbered).
 16948 | D:3      | 16948 ||| Stepping ~*~*~tactically~*~*~ (outnumbered).
 16950 | D:3      | 16950 ||| Stepping ~*~*~tactically~*~*~ (outnumbered).
 16952 | D:3      | 16952 ||| Stepping ~*~*~tactically~*~*~ (outnumbered).
 16954 | D:3      | 16954 ||| Stepping ~*~*~tactically~*~*~ (outnumbered).
 16956 | D:3      | 16956 ||| Stepping ~*~*~tactically~*~*~ (outnumbered).
 16958 | D:3      | 16958 ||| Stepping ~*~*~tactically~*~*~ (outnumbered).
 16960 | D:3      | 16960 ||| Stepping ~*~*~tactically~*~*~ (outnumbered).
 16962 | D:3      | 16962 ||| Stepping ~*~*~tactically~*~*~ (outnumbered).
 16964 | D:3      | 16964 ||| Stepping ~*~*~tactically~*~*~ (outnumbered).
 16966 | D:3      | 16966 ||| Stepping ~*~*~tactically~*~*~ (outnumbered).
 16968 | D:3      | 16968 ||| Stepping ~*~*~tactically~*~*~ (outnumbered).
 16970 | D:3      | 16970 ||| Stepping ~*~*~tactically~*~*~ (outnumbered).
 16972 | D:3      | 16972 ||| Stepping ~*~*~tactically~*~*~ (outnumbered).
 16974 | D:3      | 16974 ||| Stepping ~*~*~tactically~*~*~ (outnumbered).
 16976 | D:3      | 16976 ||| Stepping ~*~*~tactically~*~*~ (outnumbered).
 16978 | D:3      | 16978 ||| Stepping ~*~*~tactically~*~*~ (outnumbered).
 16980 | D:3      | 16980 ||| Stepping ~*~*~tactically~*~*~ (outnumbered).
 16982 | D:3      | 16982 ||| Stepping ~*~*~tactically~*~*~ (outnumbered).
 16984 | D:3      | 16984 ||| Stepping ~*~*~tactically~*~*~ (outnumbered).
 16986 | D:3      | 16986 ||| Stepping ~*~*~tactically~*~*~ (outnumbered).
 16988 | D:3      | 16988 ||| Stepping ~*~*~tactically~*~*~ (outnumbered).
 16990 | D:3      | 16990 ||| Stepping ~*~*~tactically~*~*~ (outnumbered).
 16992 | D:3      | 16992 ||| Stepping ~*~*~tactically~*~*~ (outnumbered).
 16994 | D:3      | 16994 ||| Stepping ~*~*~tactically~*~*~ (outnumbered).
 16996 | D:3      | 16996 ||| Stepping ~*~*~tactically~*~*~ (outnumbered).
 16998 | D:3      | 16998 ||| Stepping ~*~*~tactically~*~*~ (outnumbered).
 17000 | D:3      | 17000 ||| Stepping ~*~*~tactically~*~*~ (outnumbered).
 17002 | D:3      | 17002 ||| Stepping ~*~*~tactically~*~*~ (outnumbered).
 17004 | D:3      | 17004 ||| Stepping ~*~*~tactically~*~*~ (outnumbered).
 17006 | D:3      | 17006 ||| Stepping ~*~*~tactically~*~*~ (outnumbered).
 17008 | D:3      | 17008 ||| Stepping ~*~*~tactically~*~*~ (outnumbered).
 17010 | D:3      | 17010 ||| Stepping ~*~*~tactically~*~*~ (outnumbered).
 17012 | D:3      | 17012 ||| Stepping ~*~*~tactically~*~*~ (outnumbered).
 17013 | D:3      | Glimpsed the power of Zot.
 17014 | D:3      | 17014 ||| Stepping ~*~*~tactically~*~*~ (outnumbered).
 17016 | D:3      | 17016 ||| Stepping ~*~*~tactically~*~*~ (outnumbered).
 17018 | D:3      | 17018 ||| Stepping ~*~*~tactically~*~*~ (outnumbered).
 17020 | D:3      | 17020 ||| Stepping ~*~*~tactically~*~*~ (outnumbered).
 17022 | D:3      | 17022 ||| Stepping ~*~*~tactically~*~*~ (outnumbered).
 17024 | D:3      | 17024 ||| Stepping ~*~*~tactically~*~*~ (outnumbered).
 17026 | D:3      | 17026 ||| Stepping ~*~*~tactically~*~*~ (outnumbered).
 17028 | D:3      | 17028 ||| Stepping ~*~*~tactically~*~*~ (outnumbered).
 17030 | D:3      | 17030 ||| Stepping ~*~*~tactically~*~*~ (outnumbered).
 17032 | D:3      | 17032 ||| Stepping ~*~*~tactically~*~*~ (outnumbered).
 17034 | D:3      | 17034 ||| Stepping ~*~*~tactically~*~*~ (outnumbered).
 17036 | D:3      | 17036 ||| Stepping ~*~*~tactically~*~*~ (outnumbered).
 17038 | D:3      | 17038 ||| Stepping ~*~*~tactically~*~*~ (outnumbered).
 17040 | D:3      | 17040 ||| Stepping ~*~*~tactically~*~*~ (outnumbered).
 17042 | D:3      | 17042 ||| Stepping ~*~*~tactically~*~*~ (outnumbered).
 17044 | D:3      | 17044 ||| Stepping ~*~*~tactically~*~*~ (outnumbered).
 17046 | D:3      | 17046 ||| Stepping ~*~*~tactically~*~*~ (outnumbered).
 17048 | D:3      | 17048 ||| Stepping ~*~*~tactically~*~*~ (outnumbered).
 17050 | D:3      | 17050 ||| Stepping ~*~*~tactically~*~*~ (outnumbered).
 17052 | D:3      | 17052 ||| Stepping ~*~*~tactically~*~*~ (outnumbered).
 17054 | D:3      | 17054 ||| Stepping ~*~*~tactically~*~*~ (outnumbered).
 17056 | D:3      | 17056 ||| Stepping ~*~*~tactically~*~*~ (outnumbered).
 17058 | D:3      | 17058 ||| Stepping ~*~*~tactically~*~*~ (outnumbered).
 17060 | D:3      | 17060 ||| Stepping ~*~*~tactically~*~*~ (outnumbered).
 17062 | D:3      | 17062 ||| Stepping ~*~*~tactically~*~*~ (outnumbered).
 17064 | D:3      | 17064 ||| Stepping ~*~*~tactically~*~*~ (outnumbered).
 17066 | D:3      | 17066 ||| Stepping ~*~*~tactically~*~*~ (outnumbered).
 17068 | D:3      | 17068 ||| Stepping ~*~*~tactically~*~*~ (outnumbered).
 17070 | D:3      | 17070 ||| Stepping ~*~*~tactically~*~*~ (outnumbered).
 17072 | D:3      | 17072 ||| Stepping ~*~*~tactically~*~*~ (outnumbered).
 17074 | D:3      | 17074 ||| Stepping ~*~*~tactically~*~*~ (outnumbered).
 17076 | D:3      | 17076 ||| Stepping ~*~*~tactically~*~*~ (outnumbered).
 17078 | D:3      | 17078 ||| Stepping ~*~*~tactically~*~*~ (outnumbered).
 17080 | D:3      | 17080 ||| Stepping ~*~*~tactically~*~*~ (outnumbered).
 17082 | D:3      | 17082 ||| Stepping ~*~*~tactically~*~*~ (outnumbered).
 17084 | D:3      | 17084 ||| Stepping ~*~*~tactically~*~*~ (outnumbered).
 17086 | D:3      | 17086 ||| Stepping ~*~*~tactically~*~*~ (outnumbered).
 17088 | D:3      | 17088 ||| Stepping ~*~*~tactically~*~*~ (outnumbered).
 17090 | D:3      | 17090 ||| Stepping ~*~*~tactically~*~*~ (outnumbered).
 17092 | D:3      | 17092 ||| Stepping ~*~*~tactically~*~*~ (outnumbered).
 17094 | D:3      | 17094 ||| Stepping ~*~*~tactically~*~*~ (outnumbered).
 17096 | D:3      | 17096 ||| Stepping ~*~*~tactically~*~*~ (outnumbered).
 17098 | D:3      | 17098 ||| Stepping ~*~*~tactically~*~*~ (outnumbered).
 17100 | D:3      | 17100 ||| Stepping ~*~*~tactically~*~*~ (outnumbered).
 17102 | D:3      | 17102 ||| Stepping ~*~*~tactically~*~*~ (outnumbered).
 17104 | D:3      | 17104 ||| Stepping ~*~*~tactically~*~*~ (outnumbered).
 17106 | D:3      | 17106 ||| Stepping ~*~*~tactically~*~*~ (outnumbered).
 17108 | D:3      | 17108 ||| Stepping ~*~*~tactically~*~*~ (outnumbered).
 17110 | D:3      | 17110 ||| Stepping ~*~*~tactically~*~*~ (outnumbered).
 17112 | D:3      | 17112 ||| Stepping ~*~*~tactically~*~*~ (outnumbered).
 17114 | D:3      | 17114 ||| Stepping ~*~*~tactically~*~*~ (outnumbered).
 17116 | D:3      | 17116 ||| Stepping ~*~*~tactically~*~*~ (outnumbered).
 17118 | D:3      | 17118 ||| Stepping ~*~*~tactically~*~*~ (outnumbered).
 17120 | D:3      | 17120 ||| Stepping ~*~*~tactically~*~*~ (outnumbered).
 17122 | D:3      | 17122 ||| Stepping ~*~*~tactically~*~*~ (outnumbered).
 17124 | D:3      | 17124 ||| Stepping ~*~*~tactically~*~*~ (outnumbered).
 17126 | D:3      | 17126 ||| Stepping ~*~*~tactically~*~*~ (outnumbered).
 17128 | D:3      | 17128 ||| Stepping ~*~*~tactically~*~*~ (outnumbered).
 17130 | D:3      | 17130 ||| Stepping ~*~*~tactically~*~*~ (outnumbered).
 17132 | D:3      | 17132 ||| Stepping ~*~*~tactically~*~*~ (outnumbered).
 17134 | D:3      | 17134 ||| Stepping ~*~*~tactically~*~*~ (outnumbered).
 17136 | D:3      | 17136 ||| Stepping ~*~*~tactically~*~*~ (outnumbered).
 17138 | D:3      | 17138 ||| Stepping ~*~*~tactically~*~*~ (outnumbered).
 17140 | D:3      | 17140 ||| Stepping ~*~*~tactically~*~*~ (outnumbered).
 17142 | D:3      | 17142 ||| Stepping ~*~*~tactically~*~*~ (outnumbered).
 17144 | D:3      | 17144 ||| Stepping ~*~*~tactically~*~*~ (outnumbered).
 17146 | D:3      | 17146 ||| Stepping ~*~*~tactically~*~*~ (outnumbered).
 17148 | D:3      | 17148 ||| Stepping ~*~*~tactically~*~*~ (outnumbered).
 17150 | D:3      | 17150 ||| Stepping ~*~*~tactically~*~*~ (outnumbered).
 17152 | D:3      | 17152 ||| Stepping ~*~*~tactically~*~*~ (outnumbered).
 17154 | D:3      | 17154 ||| Stepping ~*~*~tactically~*~*~ (outnumbered).
 17156 | D:3      | 17156 ||| Stepping ~*~*~tactically~*~*~ (outnumbered).
 17158 | D:3      | 17158 ||| Stepping ~*~*~tactically~*~*~ (outnumbered).
 17160 | D:3      | 17160 ||| Stepping ~*~*~tactically~*~*~ (outnumbered).
 17162 | D:3      | 17162 ||| Stepping ~*~*~tactically~*~*~ (outnumbered).
 17164 | D:3      | 17164 ||| Stepping ~*~*~tactically~*~*~ (outnumbered).
 17166 | D:3      | 17166 ||| Stepping ~*~*~tactically~*~*~ (outnumbered).
 17168 | D:3      | 17168 ||| Stepping ~*~*~tactically~*~*~ (outnumbered).
 17170 | D:3      | 17170 ||| Stepping ~*~*~tactically~*~*~ (outnumbered).
 17172 | D:3      | 17172 ||| Stepping ~*~*~tactically~*~*~ (outnumbered).
 17174 | D:3      | 17174 ||| Stepping ~*~*~tactically~*~*~ (outnumbered).
 17176 | D:3      | 17176 ||| Stepping ~*~*~tactically~*~*~ (outnumbered).
 17178 | D:3      | 17178 ||| Stepping ~*~*~tactically~*~*~ (outnumbered).
 17180 | D:3      | 17180 ||| Stepping ~*~*~tactically~*~*~ (outnumbered).
 17182 | D:3      | 17182 ||| Stepping ~*~*~tactically~*~*~ (outnumbered).
 17184 | D:3      | 17184 ||| Stepping ~*~*~tactically~*~*~ (outnumbered).
 17186 | D:3      | 17186 ||| Stepping ~*~*~tactically~*~*~ (outnumbered).
 17188 | D:3      | 17188 ||| Stepping ~*~*~tactically~*~*~ (outnumbered).
 17190 | D:3      | 17190 ||| Stepping ~*~*~tactically~*~*~ (outnumbered).
 17192 | D:3      | 17192 ||| Stepping ~*~*~tactically~*~*~ (outnumbered).
 17194 | D:3      | 17194 ||| Stepping ~*~*~tactically~*~*~ (outnumbered).
 17196 | D:3      | 17196 ||| Stepping ~*~*~tactically~*~*~ (outnumbered).
 17198 | D:3      | 17198 ||| Stepping ~*~*~tactically~*~*~ (outnumbered).
 17200 | D:3      | 17200 ||| Stepping ~*~*~tactically~*~*~ (outnumbered).
 17202 | D:3      | 17202 ||| Stepping ~*~*~tactically~*~*~ (outnumbered).
 17204 | D:3      | 17204 ||| Stepping ~*~*~tactically~*~*~ (outnumbered).
 17206 | D:3      | 17206 ||| Stepping ~*~*~tactically~*~*~ (outnumbered).
 17208 | D:3      | 17208 ||| Stepping ~*~*~tactically~*~*~ (outnumbered).
 17210 | D:3      | 17210 ||| Stepping ~*~*~tactically~*~*~ (outnumbered).
 17212 | D:3      | 17212 ||| Stepping ~*~*~tactically~*~*~ (outnumbered).
 17214 | D:3      | 17214 ||| Stepping ~*~*~tactically~*~*~ (outnumbered).
 17216 | D:3      | 17216 ||| Stepping ~*~*~tactically~*~*~ (outnumbered).
 17218 | D:3      | 17218 ||| Stepping ~*~*~tactically~*~*~ (outnumbered).
 17220 | D:3      | 17220 ||| Stepping ~*~*~tactically~*~*~ (outnumbered).
 17222 | D:3      | 17222 ||| Stepping ~*~*~tactically~*~*~ (outnumbered).
 17224 | D:3      | 17224 ||| Stepping ~*~*~tactically~*~*~ (outnumbered).
 17226 | D:3      | 17226 ||| Stepping ~*~*~tactically~*~*~ (outnumbered).
 17228 | D:3      | 17228 ||| Stepping ~*~*~tactically~*~*~ (outnumbered).
 17230 | D:3      | 17230 ||| Stepping ~*~*~tactically~*~*~ (outnumbered).
 17232 | D:3      | 17232 ||| Stepping ~*~*~tactically~*~*~ (outnumbered).
 17234 | D:3      | 17234 ||| Stepping ~*~*~tactically~*~*~ (outnumbered).
 17236 | D:3      | 17236 ||| Stepping ~*~*~tactically~*~*~ (outnumbered).
 17238 | D:3      | 17238 ||| Stepping ~*~*~tactically~*~*~ (outnumbered).
 17240 | D:3      | 17240 ||| Stepping ~*~*~tactically~*~*~ (outnumbered).
 17242 | D:3      | 17242 ||| Stepping ~*~*~tactically~*~*~ (outnumbered).
 17244 | D:3      | 17244 ||| Stepping ~*~*~tactically~*~*~ (outnumbered).
 17246 | D:3      | 17246 ||| Stepping ~*~*~tactically~*~*~ (outnumbered).
 17248 | D:3      | 17248 ||| Stepping ~*~*~tactically~*~*~ (outnumbered).
 17250 | D:3      | 17250 ||| Stepping ~*~*~tactically~*~*~ (outnumbered).
 17252 | D:3      | 17252 ||| Stepping ~*~*~tactically~*~*~ (outnumbered).
 17254 | D:3      | 17254 ||| Stepping ~*~*~tactically~*~*~ (outnumbered).
 17256 | D:3      | 17256 ||| Stepping ~*~*~tactically~*~*~ (outnumbered).
 17258 | D:3      | 17258 ||| Stepping ~*~*~tactically~*~*~ (outnumbered).
 17260 | D:3      | 17260 ||| Stepping ~*~*~tactically~*~*~ (outnumbered).
 17262 | D:3      | 17262 ||| Stepping ~*~*~tactically~*~*~ (outnumbered).
 17264 | D:3      | 17264 ||| Stepping ~*~*~tactically~*~*~ (outnumbered).
 17266 | D:3      | 17266 ||| Stepping ~*~*~tactically~*~*~ (outnumbered).
 17268 | D:3      | 17268 ||| Stepping ~*~*~tactically~*~*~ (outnumbered).
 17270 | D:3      | 17270 ||| Stepping ~*~*~tactically~*~*~ (outnumbered).
 17272 | D:3      | 17272 ||| Stepping ~*~*~tactically~*~*~ (outnumbered).
 17274 | D:3      | 17274 ||| Stepping ~*~*~tactically~*~*~ (outnumbered).
 17276 | D:3      | 17276 ||| Stepping ~*~*~tactically~*~*~ (outnumbered).
 17278 | D:3      | 17278 ||| Stepping ~*~*~tactically~*~*~ (outnumbered).
 17280 | D:3      | 17280 ||| Stepping ~*~*~tactically~*~*~ (outnumbered).
 17282 | D:3      | 17282 ||| Stepping ~*~*~tactically~*~*~ (outnumbered).
 17284 | D:3      | 17284 ||| Stepping ~*~*~tactically~*~*~ (outnumbered).
 17286 | D:3      | 17286 ||| Stepping ~*~*~tactically~*~*~ (outnumbered).
 17288 | D:3      | 17288 ||| Stepping ~*~*~tactically~*~*~ (outnumbered).
 17290 | D:3      | 17290 ||| Stepping ~*~*~tactically~*~*~ (outnumbered).
 17292 | D:3      | 17292 ||| Stepping ~*~*~tactically~*~*~ (outnumbered).
 17294 | D:3      | 17294 ||| Stepping ~*~*~tactically~*~*~ (outnumbered).
 17296 | D:3      | 17296 ||| Stepping ~*~*~tactically~*~*~ (outnumbered).
 17298 | D:3      | 17298 ||| Stepping ~*~*~tactically~*~*~ (outnumbered).
 17300 | D:3      | 17300 ||| Stepping ~*~*~tactically~*~*~ (outnumbered).
 17302 | D:3      | 17302 ||| Stepping ~*~*~tactically~*~*~ (outnumbered).
 17304 | D:3      | 17304 ||| Stepping ~*~*~tactically~*~*~ (outnumbered).
 17306 | D:3      | 17306 ||| Stepping ~*~*~tactically~*~*~ (outnumbered).
 17308 | D:3      | 17308 ||| Stepping ~*~*~tactically~*~*~ (outnumbered).
 17310 | D:3      | 17310 ||| Stepping ~*~*~tactically~*~*~ (outnumbered).
 17312 | D:3      | 17312 ||| Stepping ~*~*~tactically~*~*~ (outnumbered).
 17314 | D:3      | 17314 ||| Stepping ~*~*~tactically~*~*~ (outnumbered).
 17316 | D:3      | 17316 ||| Stepping ~*~*~tactically~*~*~ (outnumbered).
 17318 | D:3      | 17318 ||| Stepping ~*~*~tactically~*~*~ (outnumbered).
 17320 | D:3      | 17320 ||| Stepping ~*~*~tactically~*~*~ (outnumbered).
 17322 | D:3      | 17322 ||| Stepping ~*~*~tactically~*~*~ (outnumbered).
 17324 | D:3      | 17324 ||| Stepping ~*~*~tactically~*~*~ (outnumbered).
 17326 | D:3      | 17326 ||| Stepping ~*~*~tactically~*~*~ (outnumbered).
 17328 | D:3      | 17328 ||| Stepping ~*~*~tactically~*~*~ (outnumbered).
 17330 | D:3      | 17330 ||| Stepping ~*~*~tactically~*~*~ (outnumbered).
 17332 | D:3      | 17332 ||| Stepping ~*~*~tactically~*~*~ (outnumbered).
 17334 | D:3      | 17334 ||| Stepping ~*~*~tactically~*~*~ (outnumbered).
 17336 | D:3      | 17336 ||| Stepping ~*~*~tactically~*~*~ (outnumbered).
 17338 | D:3      | 17338 ||| Stepping ~*~*~tactically~*~*~ (outnumbered).
 17340 | D:3      | 17340 ||| Stepping ~*~*~tactically~*~*~ (outnumbered).
 17342 | D:3      | 17342 ||| Stepping ~*~*~tactically~*~*~ (outnumbered).
 17344 | D:3      | 17344 ||| Stepping ~*~*~tactically~*~*~ (outnumbered).
 17346 | D:3      | 17346 ||| Stepping ~*~*~tactically~*~*~ (outnumbered).
 17348 | D:3      | 17348 ||| Stepping ~*~*~tactically~*~*~ (outnumbered).
 17350 | D:3      | 17350 ||| Stepping ~*~*~tactically~*~*~ (outnumbered).
 17352 | D:3      | 17352 ||| Stepping ~*~*~tactically~*~*~ (outnumbered).
 17354 | D:3      | 17354 ||| Stepping ~*~*~tactically~*~*~ (outnumbered).
 17356 | D:3      | 17356 ||| Stepping ~*~*~tactically~*~*~ (outnumbered).
 17358 | D:3      | 17358 ||| Stepping ~*~*~tactically~*~*~ (outnumbered).
 17360 | D:3      | 17360 ||| Stepping ~*~*~tactically~*~*~ (outnumbered).
 17362 | D:3      | 17362 ||| Stepping ~*~*~tactically~*~*~ (outnumbered).
 17364 | D:3      | 17364 ||| Stepping ~*~*~tactically~*~*~ (outnumbered).
 17366 | D:3      | 17366 ||| Stepping ~*~*~tactically~*~*~ (outnumbered).
 17368 | D:3      | 17368 ||| Stepping ~*~*~tactically~*~*~ (outnumbered).
 17370 | D:3      | 17370 ||| Stepping ~*~*~tactically~*~*~ (outnumbered).
 17372 | D:3      | 17372 ||| Stepping ~*~*~tactically~*~*~ (outnumbered).
 17374 | D:3      | 17374 ||| Stepping ~*~*~tactically~*~*~ (outnumbered).
 17376 | D:3      | 17376 ||| Stepping ~*~*~tactically~*~*~ (outnumbered).
 17378 | D:3      | 17378 ||| Stepping ~*~*~tactically~*~*~ (outnumbered).
 17380 | D:3      | 17380 ||| Stepping ~*~*~tactically~*~*~ (outnumbered).
 17382 | D:3      | 17382 ||| Stepping ~*~*~tactically~*~*~ (outnumbered).
 17384 | D:3      | 17384 ||| Stepping ~*~*~tactically~*~*~ (outnumbered).
 17386 | D:3      | 17386 ||| Stepping ~*~*~tactically~*~*~ (outnumbered).
 17388 | D:3      | 17388 ||| Stepping ~*~*~tactically~*~*~ (outnumbered).
 17390 | D:3      | 17390 ||| Stepping ~*~*~tactically~*~*~ (outnumbered).
 17392 | D:3      | 17392 ||| Stepping ~*~*~tactically~*~*~ (outnumbered).
 17394 | D:3      | 17394 ||| Stepping ~*~*~tactically~*~*~ (outnumbered).
 17396 | D:3      | 17396 ||| Stepping ~*~*~tactically~*~*~ (outnumbered).
 17398 | D:3      | 17398 ||| Stepping ~*~*~tactically~*~*~ (outnumbered).
 17400 | D:3      | 17400 ||| Stepping ~*~*~tactically~*~*~ (outnumbered).
 17402 | D:3      | 17402 ||| Stepping ~*~*~tactically~*~*~ (outnumbered).
 17404 | D:3      | 17404 ||| Stepping ~*~*~tactically~*~*~ (outnumbered).
 17406 | D:3      | 17406 ||| Stepping ~*~*~tactically~*~*~ (outnumbered).
 17408 | D:3      | 17408 ||| Stepping ~*~*~tactically~*~*~ (outnumbered).
 17410 | D:3      | 17410 ||| Stepping ~*~*~tactically~*~*~ (outnumbered).
 17412 | D:3      | 17412 ||| Stepping ~*~*~tactically~*~*~ (outnumbered).
 17414 | D:3      | 17414 ||| Stepping ~*~*~tactically~*~*~ (outnumbered).
 17416 | D:3      | 17416 ||| Stepping ~*~*~tactically~*~*~ (outnumbered).
 17418 | D:3      | 17418 ||| Stepping ~*~*~tactically~*~*~ (outnumbered).
 17420 | D:3      | 17420 ||| Stepping ~*~*~tactically~*~*~ (outnumbered).
 17422 | D:3      | 17422 ||| Stepping ~*~*~tactically~*~*~ (outnumbered).
 17424 | D:3      | 17424 ||| Stepping ~*~*~tactically~*~*~ (outnumbered).
 17426 | D:3      | 17426 ||| Stepping ~*~*~tactically~*~*~ (outnumbered).
 17428 | D:3      | 17428 ||| Stepping ~*~*~tactically~*~*~ (outnumbered).
 17430 | D:3      | 17430 ||| Stepping ~*~*~tactically~*~*~ (outnumbered).
 17432 | D:3      | 17432 ||| Stepping ~*~*~tactically~*~*~ (outnumbered).
 17434 | D:3      | 17434 ||| Stepping ~*~*~tactically~*~*~ (outnumbered).
 17436 | D:3      | 17436 ||| Stepping ~*~*~tactically~*~*~ (outnumbered).
 17438 | D:3      | 17438 ||| Stepping ~*~*~tactically~*~*~ (outnumbered).
 17440 | D:3      | 17440 ||| Stepping ~*~*~tactically~*~*~ (outnumbered).
 17442 | D:3      | 17442 ||| Stepping ~*~*~tactically~*~*~ (outnumbered).
 17444 | D:3      | 17444 ||| Stepping ~*~*~tactically~*~*~ (outnumbered).
 17446 | D:3      | 17446 ||| Stepping ~*~*~tactically~*~*~ (outnumbered).
 17448 | D:3      | 17448 ||| Stepping ~*~*~tactically~*~*~ (outnumbered).
 17450 | D:3      | 17450 ||| Stepping ~*~*~tactically~*~*~ (outnumbered).
 17452 | D:3      | 17452 ||| Stepping ~*~*~tactically~*~*~ (outnumbered).
 17454 | D:3      | 17454 ||| Stepping ~*~*~tactically~*~*~ (outnumbered).
 17456 | D:3      | 17456 ||| Stepping ~*~*~tactically~*~*~ (outnumbered).
 17458 | D:3      | 17458 ||| Stepping ~*~*~tactically~*~*~ (outnumbered).
 17460 | D:3      | 17460 ||| Stepping ~*~*~tactically~*~*~ (outnumbered).
 17462 | D:3      | 17462 ||| Stepping ~*~*~tactically~*~*~ (outnumbered).
 17464 | D:3      | 17464 ||| Stepping ~*~*~tactically~*~*~ (outnumbered).
 17466 | D:3      | 17466 ||| Stepping ~*~*~tactically~*~*~ (outnumbered).
 17468 | D:3      | 17468 ||| Stepping ~*~*~tactically~*~*~ (outnumbered).
 17470 | D:3      | 17470 ||| Stepping ~*~*~tactically~*~*~ (outnumbered).
 17472 | D:3      | 17472 ||| Stepping ~*~*~tactically~*~*~ (outnumbered).
 17474 | D:3      | 17474 ||| Stepping ~*~*~tactically~*~*~ (outnumbered).
 17476 | D:3      | 17476 ||| Stepping ~*~*~tactically~*~*~ (outnumbered).
 17478 | D:3      | 17478 ||| Stepping ~*~*~tactically~*~*~ (outnumbered).
 17480 | D:3      | 17480 ||| Stepping ~*~*~tactically~*~*~ (outnumbered).
 17482 | D:3      | 17482 ||| Stepping ~*~*~tactically~*~*~ (outnumbered).
 17484 | D:3      | 17484 ||| Stepping ~*~*~tactically~*~*~ (outnumbered).
 17486 | D:3      | 17486 ||| Stepping ~*~*~tactically~*~*~ (outnumbered).
 17488 | D:3      | 17488 ||| Stepping ~*~*~tactically~*~*~ (outnumbered).
 17490 | D:3      | 17490 ||| Stepping ~*~*~tactically~*~*~ (outnumbered).
 17492 | D:3      | 17492 ||| Stepping ~*~*~tactically~*~*~ (outnumbered).
 17494 | D:3      | 17494 ||| Stepping ~*~*~tactically~*~*~ (outnumbered).
 17496 | D:3      | 17496 ||| Stepping ~*~*~tactically~*~*~ (outnumbered).
 17498 | D:3      | 17498 ||| Stepping ~*~*~tactically~*~*~ (outnumbered).
 17500 | D:3      | 17500 ||| Stepping ~*~*~tactically~*~*~ (outnumbered).
 17502 | D:3      | 17502 ||| Stepping ~*~*~tactically~*~*~ (outnumbered).
 17504 | D:3      | 17504 ||| Stepping ~*~*~tactically~*~*~ (outnumbered).
 17506 | D:3      | 17506 ||| Stepping ~*~*~tactically~*~*~ (outnumbered).
 17508 | D:3      | 17508 ||| Stepping ~*~*~tactically~*~*~ (outnumbered).
 17510 | D:3      | 17510 ||| Stepping ~*~*~tactically~*~*~ (outnumbered).
 17512 | D:3      | 17512 ||| Stepping ~*~*~tactically~*~*~ (outnumbered).
 17513 | D:3      | Glimpsed the power of Zot.
 17514 | D:3      | 17514 ||| Stepping ~*~*~tactically~*~*~ (outnumbered).
 17516 | D:3      | 17516 ||| Stepping ~*~*~tactically~*~*~ (outnumbered).
 17518 | D:3      | 17518 ||| Stepping ~*~*~tactically~*~*~ (outnumbered).
 17520 | D:3      | 17520 ||| Stepping ~*~*~tactically~*~*~ (outnumbered).
 17522 | D:3      | 17522 ||| Stepping ~*~*~tactically~*~*~ (outnumbered).
 17524 | D:3      | 17524 ||| Stepping ~*~*~tactically~*~*~ (outnumbered).
 17526 | D:3      | 17526 ||| Stepping ~*~*~tactically~*~*~ (outnumbered).
 17528 | D:3      | 17528 ||| Stepping ~*~*~tactically~*~*~ (outnumbered).
 17530 | D:3      | 17530 ||| Stepping ~*~*~tactically~*~*~ (outnumbered).
 17532 | D:3      | 17532 ||| Stepping ~*~*~tactically~*~*~ (outnumbered).
 17534 | D:3      | 17534 ||| Stepping ~*~*~tactically~*~*~ (outnumbered).
 17536 | D:3      | 17536 ||| Stepping ~*~*~tactically~*~*~ (outnumbered).
 17538 | D:3      | 17538 ||| Stepping ~*~*~tactically~*~*~ (outnumbered).
 17540 | D:3      | 17540 ||| Stepping ~*~*~tactically~*~*~ (outnumbered).
 17542 | D:3      | 17542 ||| Stepping ~*~*~tactically~*~*~ (outnumbered).
 17544 | D:3      | 17544 ||| Stepping ~*~*~tactically~*~*~ (outnumbered).
 17546 | D:3      | 17546 ||| Stepping ~*~*~tactically~*~*~ (outnumbered).
 17548 | D:3      | 17548 ||| Stepping ~*~*~tactically~*~*~ (outnumbered).
 17550 | D:3      | 17550 ||| Stepping ~*~*~tactically~*~*~ (outnumbered).
 17552 | D:3      | 17552 ||| Stepping ~*~*~tactically~*~*~ (outnumbered).
 17554 | D:3      | 17554 ||| Stepping ~*~*~tactically~*~*~ (outnumbered).
 17556 | D:3      | 17556 ||| Stepping ~*~*~tactically~*~*~ (outnumbered).
 17558 | D:3      | 17558 ||| Stepping ~*~*~tactically~*~*~ (outnumbered).
 17560 | D:3      | 17560 ||| Stepping ~*~*~tactically~*~*~ (outnumbered).
 17562 | D:3      | 17562 ||| Stepping ~*~*~tactically~*~*~ (outnumbered).
 17564 | D:3      | 17564 ||| Stepping ~*~*~tactically~*~*~ (outnumbered).
 17566 | D:3      | 17566 ||| Stepping ~*~*~tactically~*~*~ (outnumbered).
 17568 | D:3      | 17568 ||| Stepping ~*~*~tactically~*~*~ (outnumbered).
 17570 | D:3      | 17570 ||| Stepping ~*~*~tactically~*~*~ (outnumbered).
 17572 | D:3      | 17572 ||| Stepping ~*~*~tactically~*~*~ (outnumbered).
 17574 | D:3      | 17574 ||| Stepping ~*~*~tactically~*~*~ (outnumbered).
 17576 | D:3      | 17576 ||| Stepping ~*~*~tactically~*~*~ (outnumbered).
 17578 | D:3      | 17578 ||| Stepping ~*~*~tactically~*~*~ (outnumbered).
 17580 | D:3      | 17580 ||| Stepping ~*~*~tactically~*~*~ (outnumbered).
 17582 | D:3      | 17582 ||| Stepping ~*~*~tactically~*~*~ (outnumbered).
 17584 | D:3      | 17584 ||| Stepping ~*~*~tactically~*~*~ (outnumbered).
 17586 | D:3      | 17586 ||| Stepping ~*~*~tactically~*~*~ (outnumbered).
 17588 | D:3      | 17588 ||| Stepping ~*~*~tactically~*~*~ (outnumbered).
 17590 | D:3      | 17590 ||| Stepping ~*~*~tactically~*~*~ (outnumbered).
 17592 | D:3      | 17592 ||| Stepping ~*~*~tactically~*~*~ (outnumbered).
 17594 | D:3      | 17594 ||| Stepping ~*~*~tactically~*~*~ (outnumbered).
 17596 | D:3      | 17596 ||| Stepping ~*~*~tactically~*~*~ (outnumbered).
 17598 | D:3      | 17598 ||| Stepping ~*~*~tactically~*~*~ (outnumbered).
 17600 | D:3      | 17600 ||| Stepping ~*~*~tactically~*~*~ (outnumbered).
 17602 | D:3      | 17602 ||| Stepping ~*~*~tactically~*~*~ (outnumbered).
 17604 | D:3      | 17604 ||| Stepping ~*~*~tactically~*~*~ (outnumbered).
 17606 | D:3      | 17606 ||| Stepping ~*~*~tactically~*~*~ (outnumbered).
 17608 | D:3      | 17608 ||| Stepping ~*~*~tactically~*~*~ (outnumbered).
 17610 | D:3      | 17610 ||| Stepping ~*~*~tactically~*~*~ (outnumbered).
 17612 | D:3      | 17612 ||| Stepping ~*~*~tactically~*~*~ (outnumbered).
 17614 | D:3      | 17614 ||| Stepping ~*~*~tactically~*~*~ (outnumbered).
 17616 | D:3      | 17616 ||| Stepping ~*~*~tactically~*~*~ (outnumbered).
 17618 | D:3      | 17618 ||| Stepping ~*~*~tactically~*~*~ (outnumbered).
 17620 | D:3      | 17620 ||| Stepping ~*~*~tactically~*~*~ (outnumbered).
 17622 | D:3      | 17622 ||| Stepping ~*~*~tactically~*~*~ (outnumbered).
 17624 | D:3      | 17624 ||| Stepping ~*~*~tactically~*~*~ (outnumbered).
 17626 | D:3      | 17626 ||| Stepping ~*~*~tactically~*~*~ (outnumbered).
 17628 | D:3      | 17628 ||| Stepping ~*~*~tactically~*~*~ (outnumbered).
 17630 | D:3      | 17630 ||| Stepping ~*~*~tactically~*~*~ (outnumbered).
 17632 | D:3      | 17632 ||| Stepping ~*~*~tactically~*~*~ (outnumbered).
 17634 | D:3      | 17634 ||| Stepping ~*~*~tactically~*~*~ (outnumbered).
 17636 | D:3      | 17636 ||| Stepping ~*~*~tactically~*~*~ (outnumbered).
 17638 | D:3      | 17638 ||| Stepping ~*~*~tactically~*~*~ (outnumbered).
 17640 | D:3      | 17640 ||| Stepping ~*~*~tactically~*~*~ (outnumbered).
 17642 | D:3      | 17642 ||| Stepping ~*~*~tactically~*~*~ (outnumbered).
 17644 | D:3      | 17644 ||| Stepping ~*~*~tactically~*~*~ (outnumbered).
 17646 | D:3      | 17646 ||| Stepping ~*~*~tactically~*~*~ (outnumbered).
 17648 | D:3      | 17648 ||| Stepping ~*~*~tactically~*~*~ (outnumbered).
 17650 | D:3      | 17650 ||| Stepping ~*~*~tactically~*~*~ (outnumbered).
 17652 | D:3      | 17652 ||| Stepping ~*~*~tactically~*~*~ (outnumbered).
 17654 | D:3      | 17654 ||| Stepping ~*~*~tactically~*~*~ (outnumbered).
 17656 | D:3      | 17656 ||| Stepping ~*~*~tactically~*~*~ (outnumbered).
 17658 | D:3      | 17658 ||| Stepping ~*~*~tactically~*~*~ (outnumbered).
 17660 | D:3      | 17660 ||| Stepping ~*~*~tactically~*~*~ (outnumbered).
 17662 | D:3      | 17662 ||| Stepping ~*~*~tactically~*~*~ (outnumbered).
 17664 | D:3      | 17664 ||| Stepping ~*~*~tactically~*~*~ (outnumbered).
 17666 | D:3      | 17666 ||| Stepping ~*~*~tactically~*~*~ (outnumbered).
 17668 | D:3      | 17668 ||| Stepping ~*~*~tactically~*~*~ (outnumbered).
 17670 | D:3      | 17670 ||| Stepping ~*~*~tactically~*~*~ (outnumbered).
 17672 | D:3      | 17672 ||| Stepping ~*~*~tactically~*~*~ (outnumbered).
 17674 | D:3      | 17674 ||| Stepping ~*~*~tactically~*~*~ (outnumbered).
 17676 | D:3      | 17676 ||| Stepping ~*~*~tactically~*~*~ (outnumbered).
 17678 | D:3      | 17678 ||| Stepping ~*~*~tactically~*~*~ (outnumbered).
 17680 | D:3      | 17680 ||| Stepping ~*~*~tactically~*~*~ (outnumbered).
 17682 | D:3      | 17682 ||| Stepping ~*~*~tactically~*~*~ (outnumbered).
 17684 | D:3      | 17684 ||| Stepping ~*~*~tactically~*~*~ (outnumbered).
 17686 | D:3      | 17686 ||| Stepping ~*~*~tactically~*~*~ (outnumbered).
 17688 | D:3      | 17688 ||| Stepping ~*~*~tactically~*~*~ (outnumbered).
 17690 | D:3      | 17690 ||| Stepping ~*~*~tactically~*~*~ (outnumbered).
 17692 | D:3      | 17692 ||| Stepping ~*~*~tactically~*~*~ (outnumbered).
 17694 | D:3      | 17694 ||| Stepping ~*~*~tactically~*~*~ (outnumbered).
 17696 | D:3      | 17696 ||| Stepping ~*~*~tactically~*~*~ (outnumbered).
 17698 | D:3      | 17698 ||| Stepping ~*~*~tactically~*~*~ (outnumbered).
 17700 | D:3      | 17700 ||| Stepping ~*~*~tactically~*~*~ (outnumbered).
 17702 | D:3      | 17702 ||| Stepping ~*~*~tactically~*~*~ (outnumbered).
 17704 | D:3      | 17704 ||| Stepping ~*~*~tactically~*~*~ (outnumbered).
 17706 | D:3      | 17706 ||| Stepping ~*~*~tactically~*~*~ (outnumbered).
 17708 | D:3      | 17708 ||| Stepping ~*~*~tactically~*~*~ (outnumbered).
 17710 | D:3      | 17710 ||| Stepping ~*~*~tactically~*~*~ (outnumbered).
 17712 | D:3      | 17712 ||| Stepping ~*~*~tactically~*~*~ (outnumbered).
 17714 | D:3      | 17714 ||| Stepping ~*~*~tactically~*~*~ (outnumbered).
 17716 | D:3      | 17716 ||| Stepping ~*~*~tactically~*~*~ (outnumbered).
 17718 | D:3      | 17718 ||| Stepping ~*~*~tactically~*~*~ (outnumbered).
 17720 | D:3      | 17720 ||| Stepping ~*~*~tactically~*~*~ (outnumbered).
 17722 | D:3      | 17722 ||| Stepping ~*~*~tactically~*~*~ (outnumbered).
 17724 | D:3      | 17724 ||| Stepping ~*~*~tactically~*~*~ (outnumbered).
 17726 | D:3      | 17726 ||| Stepping ~*~*~tactically~*~*~ (outnumbered).
 17728 | D:3      | 17728 ||| Stepping ~*~*~tactically~*~*~ (outnumbered).
 17730 | D:3      | 17730 ||| Stepping ~*~*~tactically~*~*~ (outnumbered).
 17732 | D:3      | 17732 ||| Stepping ~*~*~tactically~*~*~ (outnumbered).
 17734 | D:3      | 17734 ||| Stepping ~*~*~tactically~*~*~ (outnumbered).
 17736 | D:3      | 17736 ||| Stepping ~*~*~tactically~*~*~ (outnumbered).
 17738 | D:3      | 17738 ||| Stepping ~*~*~tactically~*~*~ (outnumbered).
 17740 | D:3      | 17740 ||| Stepping ~*~*~tactically~*~*~ (outnumbered).
 17742 | D:3      | 17742 ||| Stepping ~*~*~tactically~*~*~ (outnumbered).
 17744 | D:3      | 17744 ||| Stepping ~*~*~tactically~*~*~ (outnumbered).
 17746 | D:3      | 17746 ||| Stepping ~*~*~tactically~*~*~ (outnumbered).
 17748 | D:3      | 17748 ||| Stepping ~*~*~tactically~*~*~ (outnumbered).
 17750 | D:3      | 17750 ||| Stepping ~*~*~tactically~*~*~ (outnumbered).
 17752 | D:3      | 17752 ||| Stepping ~*~*~tactically~*~*~ (outnumbered).
 17754 | D:3      | 17754 ||| Stepping ~*~*~tactically~*~*~ (outnumbered).
 17756 | D:3      | 17756 ||| Stepping ~*~*~tactically~*~*~ (outnumbered).
 17758 | D:3      | 17758 ||| Stepping ~*~*~tactically~*~*~ (outnumbered).
 17760 | D:3      | 17760 ||| Stepping ~*~*~tactically~*~*~ (outnumbered).
 17762 | D:3      | 17762 ||| Stepping ~*~*~tactically~*~*~ (outnumbered).
 17764 | D:3      | 17764 ||| Stepping ~*~*~tactically~*~*~ (outnumbered).
 17766 | D:3      | 17766 ||| Stepping ~*~*~tactically~*~*~ (outnumbered).
 17768 | D:3      | 17768 ||| Stepping ~*~*~tactically~*~*~ (outnumbered).
 17770 | D:3      | 17770 ||| Stepping ~*~*~tactically~*~*~ (outnumbered).
 17772 | D:3      | 17772 ||| Stepping ~*~*~tactically~*~*~ (outnumbered).
 17774 | D:3      | 17774 ||| Stepping ~*~*~tactically~*~*~ (outnumbered).
 17776 | D:3      | 17776 ||| Stepping ~*~*~tactically~*~*~ (outnumbered).
 17778 | D:3      | 17778 ||| Stepping ~*~*~tactically~*~*~ (outnumbered).
 17780 | D:3      | 17780 ||| Stepping ~*~*~tactically~*~*~ (outnumbered).
 17782 | D:3      | 17782 ||| Stepping ~*~*~tactically~*~*~ (outnumbered).
 17784 | D:3      | 17784 ||| Stepping ~*~*~tactically~*~*~ (outnumbered).
 17786 | D:3      | 17786 ||| Stepping ~*~*~tactically~*~*~ (outnumbered).
 17788 | D:3      | 17788 ||| Stepping ~*~*~tactically~*~*~ (outnumbered).
 17790 | D:3      | 17790 ||| Stepping ~*~*~tactically~*~*~ (outnumbered).
 17792 | D:3      | 17792 ||| Stepping ~*~*~tactically~*~*~ (outnumbered).
 17794 | D:3      | 17794 ||| Stepping ~*~*~tactically~*~*~ (outnumbered).
 17796 | D:3      | 17796 ||| Stepping ~*~*~tactically~*~*~ (outnumbered).
 17798 | D:3      | 17798 ||| Stepping ~*~*~tactically~*~*~ (outnumbered).
 17800 | D:3      | 17800 ||| Stepping ~*~*~tactically~*~*~ (outnumbered).
 17802 | D:3      | 17802 ||| Stepping ~*~*~tactically~*~*~ (outnumbered).
 17804 | D:3      | 17804 ||| Stepping ~*~*~tactically~*~*~ (outnumbered).
 17806 | D:3      | 17806 ||| Stepping ~*~*~tactically~*~*~ (outnumbered).
 17808 | D:3      | 17808 ||| Stepping ~*~*~tactically~*~*~ (outnumbered).
 17810 | D:3      | 17810 ||| Stepping ~*~*~tactically~*~*~ (outnumbered).
 17812 | D:3      | 17812 ||| Stepping ~*~*~tactically~*~*~ (outnumbered).
 17814 | D:3      | 17814 ||| Stepping ~*~*~tactically~*~*~ (outnumbered).
 17816 | D:3      | 17816 ||| Stepping ~*~*~tactically~*~*~ (outnumbered).
 17818 | D:3      | 17818 ||| Stepping ~*~*~tactically~*~*~ (outnumbered).
 17820 | D:3      | 17820 ||| Stepping ~*~*~tactically~*~*~ (outnumbered).
 17822 | D:3      | 17822 ||| Stepping ~*~*~tactically~*~*~ (outnumbered).
 17824 | D:3      | 17824 ||| Stepping ~*~*~tactically~*~*~ (outnumbered).
 17826 | D:3      | 17826 ||| Stepping ~*~*~tactically~*~*~ (outnumbered).
 17828 | D:3      | 17828 ||| Stepping ~*~*~tactically~*~*~ (outnumbered).
 17830 | D:3      | 17830 ||| Stepping ~*~*~tactically~*~*~ (outnumbered).
 17832 | D:3      | 17832 ||| Stepping ~*~*~tactically~*~*~ (outnumbered).
 17834 | D:3      | 17834 ||| Stepping ~*~*~tactically~*~*~ (outnumbered).
 17836 | D:3      | 17836 ||| Stepping ~*~*~tactically~*~*~ (outnumbered).
 17838 | D:3      | 17838 ||| Stepping ~*~*~tactically~*~*~ (outnumbered).
 17840 | D:3      | 17840 ||| Stepping ~*~*~tactically~*~*~ (outnumbered).
 17842 | D:3      | 17842 ||| Stepping ~*~*~tactically~*~*~ (outnumbered).
 17844 | D:3      | 17844 ||| Stepping ~*~*~tactically~*~*~ (outnumbered).
 17846 | D:3      | 17846 ||| Stepping ~*~*~tactically~*~*~ (outnumbered).
 17848 | D:3      | 17848 ||| Stepping ~*~*~tactically~*~*~ (outnumbered).
 17850 | D:3      | 17850 ||| Stepping ~*~*~tactically~*~*~ (outnumbered).
 17852 | D:3      | 17852 ||| Stepping ~*~*~tactically~*~*~ (outnumbered).
 17854 | D:3      | 17854 ||| Stepping ~*~*~tactically~*~*~ (outnumbered).
 17856 | D:3      | 17856 ||| Stepping ~*~*~tactically~*~*~ (outnumbered).
 17858 | D:3      | 17858 ||| Stepping ~*~*~tactically~*~*~ (outnumbered).
 17860 | D:3      | 17860 ||| Stepping ~*~*~tactically~*~*~ (outnumbered).
 17862 | D:3      | 17862 ||| Stepping ~*~*~tactically~*~*~ (outnumbered).
 17864 | D:3      | 17864 ||| Stepping ~*~*~tactically~*~*~ (outnumbered).
 17866 | D:3      | 17866 ||| Stepping ~*~*~tactically~*~*~ (outnumbered).
 17868 | D:3      | 17868 ||| Stepping ~*~*~tactically~*~*~ (outnumbered).
 17870 | D:3      | 17870 ||| Stepping ~*~*~tactically~*~*~ (outnumbered).
 17872 | D:3      | 17872 ||| Stepping ~*~*~tactically~*~*~ (outnumbered).
 17874 | D:3      | 17874 ||| Stepping ~*~*~tactically~*~*~ (outnumbered).
 17876 | D:3      | 17876 ||| Stepping ~*~*~tactically~*~*~ (outnumbered).
 17878 | D:3      | 17878 ||| Stepping ~*~*~tactically~*~*~ (outnumbered).
 17880 | D:3      | 17880 ||| Stepping ~*~*~tactically~*~*~ (outnumbered).
 17882 | D:3      | 17882 ||| Stepping ~*~*~tactically~*~*~ (outnumbered).
 17884 | D:3      | 17884 ||| Stepping ~*~*~tactically~*~*~ (outnumbered).
 17886 | D:3      | 17886 ||| Stepping ~*~*~tactically~*~*~ (outnumbered).
 17888 | D:3      | 17888 ||| Stepping ~*~*~tactically~*~*~ (outnumbered).
 17890 | D:3      | 17890 ||| Stepping ~*~*~tactically~*~*~ (outnumbered).
 17892 | D:3      | 17892 ||| Stepping ~*~*~tactically~*~*~ (outnumbered).
 17894 | D:3      | 17894 ||| Stepping ~*~*~tactically~*~*~ (outnumbered).
 17896 | D:3      | 17896 ||| Stepping ~*~*~tactically~*~*~ (outnumbered).
 17898 | D:3      | 17898 ||| Stepping ~*~*~tactically~*~*~ (outnumbered).
 17900 | D:3      | 17900 ||| Stepping ~*~*~tactically~*~*~ (outnumbered).
 17902 | D:3      | 17902 ||| Stepping ~*~*~tactically~*~*~ (outnumbered).
 17904 | D:3      | 17904 ||| Stepping ~*~*~tactically~*~*~ (outnumbered).
 17906 | D:3      | 17906 ||| Stepping ~*~*~tactically~*~*~ (outnumbered).
 17908 | D:3      | 17908 ||| Stepping ~*~*~tactically~*~*~ (outnumbered).
 17910 | D:3      | 17910 ||| Stepping ~*~*~tactically~*~*~ (outnumbered).
 17912 | D:3      | 17912 ||| Stepping ~*~*~tactically~*~*~ (outnumbered).
 17913 | D:3      | Glimpsed the power of Zot.
 17914 | D:3      | 17914 ||| Stepping ~*~*~tactically~*~*~ (outnumbered).
 17916 | D:3      | 17916 ||| Stepping ~*~*~tactically~*~*~ (outnumbered).
 17918 | D:3      | 17918 ||| Stepping ~*~*~tactically~*~*~ (outnumbered).
 17920 | D:3      | 17920 ||| Stepping ~*~*~tactically~*~*~ (outnumbered).
 17922 | D:3      | 17922 ||| Stepping ~*~*~tactically~*~*~ (outnumbered).
 17924 | D:3      | 17924 ||| Stepping ~*~*~tactically~*~*~ (outnumbered).
 17926 | D:3      | 17926 ||| Stepping ~*~*~tactically~*~*~ (outnumbered).
 17928 | D:3      | 17928 ||| Stepping ~*~*~tactically~*~*~ (outnumbered).
 17930 | D:3      | 17930 ||| Stepping ~*~*~tactically~*~*~ (outnumbered).
 17932 | D:3      | 17932 ||| Stepping ~*~*~tactically~*~*~ (outnumbered).
 17934 | D:3      | 17934 ||| Stepping ~*~*~tactically~*~*~ (outnumbered).
 17936 | D:3      | 17936 ||| Stepping ~*~*~tactically~*~*~ (outnumbered).
 17938 | D:3      | 17938 ||| Stepping ~*~*~tactically~*~*~ (outnumbered).
 17940 | D:3      | 17940 ||| Stepping ~*~*~tactically~*~*~ (outnumbered).
 17942 | D:3      | 17942 ||| Stepping ~*~*~tactically~*~*~ (outnumbered).
 17944 | D:3      | 17944 ||| Stepping ~*~*~tactically~*~*~ (outnumbered).
 17946 | D:3      | 17946 ||| Stepping ~*~*~tactically~*~*~ (outnumbered).
 17948 | D:3      | 17948 ||| Stepping ~*~*~tactically~*~*~ (outnumbered).
 17950 | D:3      | 17950 ||| Stepping ~*~*~tactically~*~*~ (outnumbered).
 17952 | D:3      | 17952 ||| Stepping ~*~*~tactically~*~*~ (outnumbered).
 17954 | D:3      | 17954 ||| Stepping ~*~*~tactically~*~*~ (outnumbered).
 17956 | D:3      | 17956 ||| Stepping ~*~*~tactically~*~*~ (outnumbered).
 17958 | D:3      | 17958 ||| Stepping ~*~*~tactically~*~*~ (outnumbered).
 17960 | D:3      | 17960 ||| Stepping ~*~*~tactically~*~*~ (outnumbered).
 17962 | D:3      | 17962 ||| Stepping ~*~*~tactically~*~*~ (outnumbered).
 17964 | D:3      | 17964 ||| Stepping ~*~*~tactically~*~*~ (outnumbered).
 17966 | D:3      | 17966 ||| Stepping ~*~*~tactically~*~*~ (outnumbered).
 17968 | D:3      | 17968 ||| Stepping ~*~*~tactically~*~*~ (outnumbered).
 17970 | D:3      | 17970 ||| Stepping ~*~*~tactically~*~*~ (outnumbered).
 17972 | D:3      | 17972 ||| Stepping ~*~*~tactically~*~*~ (outnumbered).
 17974 | D:3      | 17974 ||| Stepping ~*~*~tactically~*~*~ (outnumbered).
 17976 | D:3      | 17976 ||| Stepping ~*~*~tactically~*~*~ (outnumbered).
 17978 | D:3      | 17978 ||| Stepping ~*~*~tactically~*~*~ (outnumbered).
 17980 | D:3      | 17980 ||| Stepping ~*~*~tactically~*~*~ (outnumbered).
 17982 | D:3      | 17982 ||| Stepping ~*~*~tactically~*~*~ (outnumbered).
 17984 | D:3      | 17984 ||| Stepping ~*~*~tactically~*~*~ (outnumbered).
 17986 | D:3      | 17986 ||| Stepping ~*~*~tactically~*~*~ (outnumbered).
 17988 | D:3      | 17988 ||| Stepping ~*~*~tactically~*~*~ (outnumbered).
 17990 | D:3      | 17990 ||| Stepping ~*~*~tactically~*~*~ (outnumbered).
 17992 | D:3      | 17992 ||| Stepping ~*~*~tactically~*~*~ (outnumbered).
 17994 | D:3      | 17994 ||| Stepping ~*~*~tactically~*~*~ (outnumbered).
 17996 | D:3      | 17996 ||| Stepping ~*~*~tactically~*~*~ (outnumbered).
 17998 | D:3      | 17998 ||| Stepping ~*~*~tactically~*~*~ (outnumbered).
 18000 | D:3      | 18000 ||| Stepping ~*~*~tactically~*~*~ (outnumbered).
 18002 | D:3      | 18002 ||| Stepping ~*~*~tactically~*~*~ (outnumbered).
 18004 | D:3      | 18004 ||| Stepping ~*~*~tactically~*~*~ (outnumbered).
 18006 | D:3      | 18006 ||| Stepping ~*~*~tactically~*~*~ (outnumbered).
 18008 | D:3      | 18008 ||| Stepping ~*~*~tactically~*~*~ (outnumbered).
 18010 | D:3      | 18010 ||| Stepping ~*~*~tactically~*~*~ (outnumbered).
 18012 | D:3      | 18012 ||| Stepping ~*~*~tactically~*~*~ (outnumbered).
 18013 | D:3      | Touched by the power of Zot.
 18014 | D:3      | 18014 ||| Stepping ~*~*~tactically~*~*~ (outnumbered).
 18014 | D:3      | Glimpsed the power of Zot.
 18016 | D:3      | 18016 ||| Stepping ~*~*~tactically~*~*~ (outnumbered).
 18018 | D:3      | 18018 ||| Stepping ~*~*~tactically~*~*~ (outnumbered).
 18020 | D:3      | 18020 ||| Stepping ~*~*~tactically~*~*~ (outnumbered).
 18022 | D:3      | 18022 ||| Stepping ~*~*~tactically~*~*~ (outnumbered).
 18024 | D:3      | 18024 ||| Stepping ~*~*~tactically~*~*~ (outnumbered).
 18026 | D:3      | 18026 ||| Stepping ~*~*~tactically~*~*~ (outnumbered).
 18028 | D:3      | 18028 ||| Stepping ~*~*~tactically~*~*~ (outnumbered).
 18030 | D:3      | 18030 ||| Stepping ~*~*~tactically~*~*~ (outnumbered).
 18032 | D:3      | 18032 ||| Stepping ~*~*~tactically~*~*~ (outnumbered).
 18034 | D:3      | 18034 ||| Stepping ~*~*~tactically~*~*~ (outnumbered).
 18036 | D:3      | 18036 ||| Stepping ~*~*~tactically~*~*~ (outnumbered).
 18038 | D:3      | 18038 ||| Stepping ~*~*~tactically~*~*~ (outnumbered).
 18040 | D:3      | 18040 ||| Stepping ~*~*~tactically~*~*~ (outnumbered).
 18042 | D:3      | 18042 ||| Stepping ~*~*~tactically~*~*~ (outnumbered).
 18044 | D:3      | 18044 ||| Stepping ~*~*~tactically~*~*~ (outnumbered).
 18046 | D:3      | 18046 ||| Stepping ~*~*~tactically~*~*~ (outnumbered).
 18048 | D:3      | 18048 ||| Stepping ~*~*~tactically~*~*~ (outnumbered).
 18050 | D:3      | 18050 ||| Stepping ~*~*~tactically~*~*~ (outnumbered).
 18052 | D:3      | 18052 ||| Stepping ~*~*~tactically~*~*~ (outnumbered).
 18054 | D:3      | 18054 ||| Stepping ~*~*~tactically~*~*~ (outnumbered).
 18056 | D:3      | 18056 ||| Stepping ~*~*~tactically~*~*~ (outnumbered).
 18058 | D:3      | 18058 ||| Stepping ~*~*~tactically~*~*~ (outnumbered).
 18060 | D:3      | 18060 ||| Stepping ~*~*~tactically~*~*~ (outnumbered).
 18062 | D:3      | 18062 ||| Stepping ~*~*~tactically~*~*~ (outnumbered).
 18064 | D:3      | 18064 ||| Stepping ~*~*~tactically~*~*~ (outnumbered).
 18066 | D:3      | 18066 ||| Stepping ~*~*~tactically~*~*~ (outnumbered).
 18068 | D:3      | 18068 ||| Stepping ~*~*~tactically~*~*~ (outnumbered).
 18070 | D:3      | 18070 ||| Stepping ~*~*~tactically~*~*~ (outnumbered).
 18072 | D:3      | 18072 ||| Stepping ~*~*~tactically~*~*~ (outnumbered).
 18074 | D:3      | 18074 ||| Stepping ~*~*~tactically~*~*~ (outnumbered).
 18076 | D:3      | 18076 ||| Stepping ~*~*~tactically~*~*~ (outnumbered).
 18078 | D:3      | 18078 ||| Stepping ~*~*~tactically~*~*~ (outnumbered).
 18080 | D:3      | 18080 ||| Stepping ~*~*~tactically~*~*~ (outnumbered).
 18082 | D:3      | 18082 ||| Stepping ~*~*~tactically~*~*~ (outnumbered).
 18084 | D:3      | 18084 ||| Stepping ~*~*~tactically~*~*~ (outnumbered).
 18086 | D:3      | 18086 ||| Stepping ~*~*~tactically~*~*~ (outnumbered).
 18088 | D:3      | 18088 ||| Stepping ~*~*~tactically~*~*~ (outnumbered).
 18090 | D:3      | 18090 ||| Stepping ~*~*~tactically~*~*~ (outnumbered).
 18092 | D:3      | 18092 ||| Stepping ~*~*~tactically~*~*~ (outnumbered).
 18094 | D:3      | 18094 ||| Stepping ~*~*~tactically~*~*~ (outnumbered).
 18096 | D:3      | 18096 ||| Stepping ~*~*~tactically~*~*~ (outnumbered).
 18098 | D:3      | 18098 ||| Stepping ~*~*~tactically~*~*~ (outnumbered).
 18100 | D:3      | 18100 ||| Stepping ~*~*~tactically~*~*~ (outnumbered).
 18102 | D:3      | 18102 ||| Stepping ~*~*~tactically~*~*~ (outnumbered).
 18104 | D:3      | 18104 ||| Stepping ~*~*~tactically~*~*~ (outnumbered).
 18106 | D:3      | 18106 ||| Stepping ~*~*~tactically~*~*~ (outnumbered).
 18108 | D:3      | 18108 ||| Stepping ~*~*~tactically~*~*~ (outnumbered).
 18110 | D:3      | 18110 ||| Stepping ~*~*~tactically~*~*~ (outnumbered).
 18112 | D:3      | 18112 ||| Stepping ~*~*~tactically~*~*~ (outnumbered).
 18114 | D:3      | 18114 ||| Stepping ~*~*~tactically~*~*~ (outnumbered).
 18116 | D:3      | 18116 ||| Stepping ~*~*~tactically~*~*~ (outnumbered).
 18118 | D:3      | 18118 ||| Stepping ~*~*~tactically~*~*~ (outnumbered).
 18120 | D:3      | 18120 ||| Stepping ~*~*~tactically~*~*~ (outnumbered).
 18122 | D:3      | 18122 ||| Stepping ~*~*~tactically~*~*~ (outnumbered).
 18124 | D:3      | 18124 ||| Stepping ~*~*~tactically~*~*~ (outnumbered).
 18126 | D:3      | 18126 ||| Stepping ~*~*~tactically~*~*~ (outnumbered).
 18128 | D:3      | 18128 ||| Stepping ~*~*~tactically~*~*~ (outnumbered).
 18130 | D:3      | 18130 ||| Stepping ~*~*~tactically~*~*~ (outnumbered).
 18132 | D:3      | 18132 ||| Stepping ~*~*~tactically~*~*~ (outnumbered).
 18134 | D:3      | 18134 ||| Stepping ~*~*~tactically~*~*~ (outnumbered).
 18136 | D:3      | 18136 ||| Stepping ~*~*~tactically~*~*~ (outnumbered).
 18138 | D:3      | 18138 ||| Stepping ~*~*~tactically~*~*~ (outnumbered).
 18140 | D:3      | 18140 ||| Stepping ~*~*~tactically~*~*~ (outnumbered).
 18142 | D:3      | 18142 ||| Stepping ~*~*~tactically~*~*~ (outnumbered).
 18144 | D:3      | 18144 ||| Stepping ~*~*~tactically~*~*~ (outnumbered).
 18146 | D:3      | 18146 ||| Stepping ~*~*~tactically~*~*~ (outnumbered).
 18148 | D:3      | 18148 ||| Stepping ~*~*~tactically~*~*~ (outnumbered).
 18150 | D:3      | 18150 ||| Stepping ~*~*~tactically~*~*~ (outnumbered).
 18152 | D:3      | 18152 ||| Stepping ~*~*~tactically~*~*~ (outnumbered).
 18154 | D:3      | 18154 ||| Stepping ~*~*~tactically~*~*~ (outnumbered).
 18156 | D:3      | 18156 ||| Stepping ~*~*~tactically~*~*~ (outnumbered).
 18158 | D:3      | 18158 ||| Stepping ~*~*~tactically~*~*~ (outnumbered).
 18160 | D:3      | 18160 ||| Stepping ~*~*~tactically~*~*~ (outnumbered).
 18162 | D:3      | 18162 ||| Stepping ~*~*~tactically~*~*~ (outnumbered).
 18164 | D:3      | 18164 ||| Stepping ~*~*~tactically~*~*~ (outnumbered).
 18166 | D:3      | 18166 ||| Stepping ~*~*~tactically~*~*~ (outnumbered).
 18168 | D:3      | 18168 ||| Stepping ~*~*~tactically~*~*~ (outnumbered).
 18170 | D:3      | 18170 ||| Stepping ~*~*~tactically~*~*~ (outnumbered).
 18172 | D:3      | 18172 ||| Stepping ~*~*~tactically~*~*~ (outnumbered).
 18174 | D:3      | 18174 ||| Stepping ~*~*~tactically~*~*~ (outnumbered).
 18176 | D:3      | 18176 ||| Stepping ~*~*~tactically~*~*~ (outnumbered).
 18178 | D:3      | 18178 ||| Stepping ~*~*~tactically~*~*~ (outnumbered).
 18180 | D:3      | 18180 ||| Stepping ~*~*~tactically~*~*~ (outnumbered).
 18182 | D:3      | 18182 ||| Stepping ~*~*~tactically~*~*~ (outnumbered).
 18184 | D:3      | 18184 ||| Stepping ~*~*~tactically~*~*~ (outnumbered).
 18186 | D:3      | 18186 ||| Stepping ~*~*~tactically~*~*~ (outnumbered).
 18188 | D:3      | 18188 ||| Stepping ~*~*~tactically~*~*~ (outnumbered).
 18190 | D:3      | 18190 ||| Stepping ~*~*~tactically~*~*~ (outnumbered).
 18192 | D:3      | 18192 ||| Stepping ~*~*~tactically~*~*~ (outnumbered).
 18194 | D:3      | 18194 ||| Stepping ~*~*~tactically~*~*~ (outnumbered).
 18196 | D:3      | 18196 ||| Stepping ~*~*~tactically~*~*~ (outnumbered).
 18198 | D:3      | 18198 ||| Stepping ~*~*~tactically~*~*~ (outnumbered).
 18200 | D:3      | 18200 ||| Stepping ~*~*~tactically~*~*~ (outnumbered).
 18202 | D:3      | 18202 ||| Stepping ~*~*~tactically~*~*~ (outnumbered).
 18204 | D:3      | 18204 ||| Stepping ~*~*~tactically~*~*~ (outnumbered).
 18206 | D:3      | 18206 ||| Stepping ~*~*~tactically~*~*~ (outnumbered).
 18208 | D:3      | 18208 ||| Stepping ~*~*~tactically~*~*~ (outnumbered).
 18210 | D:3      | 18210 ||| Stepping ~*~*~tactically~*~*~ (outnumbered).
 18212 | D:3      | 18212 ||| Stepping ~*~*~tactically~*~*~ (outnumbered).
 18214 | D:3      | 18214 ||| Stepping ~*~*~tactically~*~*~ (outnumbered).
 18216 | D:3      | 18216 ||| Stepping ~*~*~tactically~*~*~ (outnumbered).
 18218 | D:3      | 18218 ||| Stepping ~*~*~tactically~*~*~ (outnumbered).
 18220 | D:3      | 18220 ||| Stepping ~*~*~tactically~*~*~ (outnumbered).
 18222 | D:3      | 18222 ||| Stepping ~*~*~tactically~*~*~ (outnumbered).
 18224 | D:3      | 18224 ||| Stepping ~*~*~tactically~*~*~ (outnumbered).
 18226 | D:3      | 18226 ||| Stepping ~*~*~tactically~*~*~ (outnumbered).
 18228 | D:3      | 18228 ||| Stepping ~*~*~tactically~*~*~ (outnumbered).
 18230 | D:3      | 18230 ||| Stepping ~*~*~tactically~*~*~ (outnumbered).
 18232 | D:3      | 18232 ||| Stepping ~*~*~tactically~*~*~ (outnumbered).
 18234 | D:3      | 18234 ||| Stepping ~*~*~tactically~*~*~ (outnumbered).
 18236 | D:3      | 18236 ||| Stepping ~*~*~tactically~*~*~ (outnumbered).
 18238 | D:3      | 18238 ||| Stepping ~*~*~tactically~*~*~ (outnumbered).
 18240 | D:3      | 18240 ||| Stepping ~*~*~tactically~*~*~ (outnumbered).
 18242 | D:3      | 18242 ||| Stepping ~*~*~tactically~*~*~ (outnumbered).
 18244 | D:3      | 18244 ||| Stepping ~*~*~tactically~*~*~ (outnumbered).
 18246 | D:3      | 18246 ||| Stepping ~*~*~tactically~*~*~ (outnumbered).
 18248 | D:3      | 18248 ||| Stepping ~*~*~tactically~*~*~ (outnumbered).
 18250 | D:3      | 18250 ||| Stepping ~*~*~tactically~*~*~ (outnumbered).
 18252 | D:3      | 18252 ||| Stepping ~*~*~tactically~*~*~ (outnumbered).
 18254 | D:3      | 18254 ||| Stepping ~*~*~tactically~*~*~ (outnumbered).
 18256 | D:3      | 18256 ||| Stepping ~*~*~tactically~*~*~ (outnumbered).
 18258 | D:3      | 18258 ||| Stepping ~*~*~tactically~*~*~ (outnumbered).
 18260 | D:3      | 18260 ||| Stepping ~*~*~tactically~*~*~ (outnumbered).
 18262 | D:3      | 18262 ||| Stepping ~*~*~tactically~*~*~ (outnumbered).
 18264 | D:3      | 18264 ||| Stepping ~*~*~tactically~*~*~ (outnumbered).
 18266 | D:3      | 18266 ||| Stepping ~*~*~tactically~*~*~ (outnumbered).
 18268 | D:3      | 18268 ||| Stepping ~*~*~tactically~*~*~ (outnumbered).
 18270 | D:3      | 18270 ||| Stepping ~*~*~tactically~*~*~ (outnumbered).
 18272 | D:3      | 18272 ||| Stepping ~*~*~tactically~*~*~ (outnumbered).
 18274 | D:3      | 18274 ||| Stepping ~*~*~tactically~*~*~ (outnumbered).
 18276 | D:3      | 18276 ||| Stepping ~*~*~tactically~*~*~ (outnumbered).
 18278 | D:3      | 18278 ||| Stepping ~*~*~tactically~*~*~ (outnumbered).
 18280 | D:3      | 18280 ||| Stepping ~*~*~tactically~*~*~ (outnumbered).
 18282 | D:3      | 18282 ||| Stepping ~*~*~tactically~*~*~ (outnumbered).
 18284 | D:3      | 18284 ||| Stepping ~*~*~tactically~*~*~ (outnumbered).
 18286 | D:3      | 18286 ||| Stepping ~*~*~tactically~*~*~ (outnumbered).
 18288 | D:3      | 18288 ||| Stepping ~*~*~tactically~*~*~ (outnumbered).
 18290 | D:3      | 18290 ||| Stepping ~*~*~tactically~*~*~ (outnumbered).
 18292 | D:3      | 18292 ||| Stepping ~*~*~tactically~*~*~ (outnumbered).
 18294 | D:3      | 18294 ||| Stepping ~*~*~tactically~*~*~ (outnumbered).
 18296 | D:3      | 18296 ||| Stepping ~*~*~tactically~*~*~ (outnumbered).
 18298 | D:3      | 18298 ||| Stepping ~*~*~tactically~*~*~ (outnumbered).
 18300 | D:3      | 18300 ||| Stepping ~*~*~tactically~*~*~ (outnumbered).
 18302 | D:3      | 18302 ||| Stepping ~*~*~tactically~*~*~ (outnumbered).
 18304 | D:3      | 18304 ||| Stepping ~*~*~tactically~*~*~ (outnumbered).
 18306 | D:3      | 18306 ||| Stepping ~*~*~tactically~*~*~ (outnumbered).
 18308 | D:3      | 18308 ||| Stepping ~*~*~tactically~*~*~ (outnumbered).
 18310 | D:3      | 18310 ||| Stepping ~*~*~tactically~*~*~ (outnumbered).
 18312 | D:3      | 18312 ||| Stepping ~*~*~tactically~*~*~ (outnumbered).
 18314 | D:3      | 18314 ||| Stepping ~*~*~tactically~*~*~ (outnumbered).
 18316 | D:3      | 18316 ||| Stepping ~*~*~tactically~*~*~ (outnumbered).
 18318 | D:3      | 18318 ||| Stepping ~*~*~tactically~*~*~ (outnumbered).
 18320 | D:3      | 18320 ||| Stepping ~*~*~tactically~*~*~ (outnumbered).
 18322 | D:3      | 18322 ||| Stepping ~*~*~tactically~*~*~ (outnumbered).
 18324 | D:3      | 18324 ||| Stepping ~*~*~tactically~*~*~ (outnumbered).
 18326 | D:3      | 18326 ||| Stepping ~*~*~tactically~*~*~ (outnumbered).
 18328 | D:3      | 18328 ||| Stepping ~*~*~tactically~*~*~ (outnumbered).
 18330 | D:3      | 18330 ||| Stepping ~*~*~tactically~*~*~ (outnumbered).
 18332 | D:3      | 18332 ||| Stepping ~*~*~tactically~*~*~ (outnumbered).
 18334 | D:3      | 18334 ||| Stepping ~*~*~tactically~*~*~ (outnumbered).
 18336 | D:3      | 18336 ||| Stepping ~*~*~tactically~*~*~ (outnumbered).
 18338 | D:3      | 18338 ||| Stepping ~*~*~tactically~*~*~ (outnumbered).
 18340 | D:3      | 18340 ||| Stepping ~*~*~tactically~*~*~ (outnumbered).
 18342 | D:3      | 18342 ||| Stepping ~*~*~tactically~*~*~ (outnumbered).
 18344 | D:3      | 18344 ||| Stepping ~*~*~tactically~*~*~ (outnumbered).
 18346 | D:3      | 18346 ||| Stepping ~*~*~tactically~*~*~ (outnumbered).
 18348 | D:3      | 18348 ||| Stepping ~*~*~tactically~*~*~ (outnumbered).
 18350 | D:3      | 18350 ||| Stepping ~*~*~tactically~*~*~ (outnumbered).
 18352 | D:3      | 18352 ||| Stepping ~*~*~tactically~*~*~ (outnumbered).
 18354 | D:3      | 18354 ||| Stepping ~*~*~tactically~*~*~ (outnumbered).
 18356 | D:3      | 18356 ||| Stepping ~*~*~tactically~*~*~ (outnumbered).
 18358 | D:3      | 18358 ||| Stepping ~*~*~tactically~*~*~ (outnumbered).
 18360 | D:3      | 18360 ||| Stepping ~*~*~tactically~*~*~ (outnumbered).
 18362 | D:3      | 18362 ||| Stepping ~*~*~tactically~*~*~ (outnumbered).
 18364 | D:3      | 18364 ||| Stepping ~*~*~tactically~*~*~ (outnumbered).
 18366 | D:3      | 18366 ||| Stepping ~*~*~tactically~*~*~ (outnumbered).
 18368 | D:3      | 18368 ||| Stepping ~*~*~tactically~*~*~ (outnumbered).
 18370 | D:3      | 18370 ||| Stepping ~*~*~tactically~*~*~ (outnumbered).
 18372 | D:3      | 18372 ||| Stepping ~*~*~tactically~*~*~ (outnumbered).
 18374 | D:3      | 18374 ||| Stepping ~*~*~tactically~*~*~ (outnumbered).
 18376 | D:3      | 18376 ||| Stepping ~*~*~tactically~*~*~ (outnumbered).
 18378 | D:3      | 18378 ||| Stepping ~*~*~tactically~*~*~ (outnumbered).
 18380 | D:3      | 18380 ||| Stepping ~*~*~tactically~*~*~ (outnumbered).
 18382 | D:3      | 18382 ||| Stepping ~*~*~tactically~*~*~ (outnumbered).
 18384 | D:3      | 18384 ||| Stepping ~*~*~tactically~*~*~ (outnumbered).
 18386 | D:3      | 18386 ||| Stepping ~*~*~tactically~*~*~ (outnumbered).
 18388 | D:3      | 18388 ||| Stepping ~*~*~tactically~*~*~ (outnumbered).
 18390 | D:3      | 18390 ||| Stepping ~*~*~tactically~*~*~ (outnumbered).
 18392 | D:3      | 18392 ||| Stepping ~*~*~tactically~*~*~ (outnumbered).
 18394 | D:3      | 18394 ||| Stepping ~*~*~tactically~*~*~ (outnumbered).
 18396 | D:3      | 18396 ||| Stepping ~*~*~tactically~*~*~ (outnumbered).
 18398 | D:3      | 18398 ||| Stepping ~*~*~tactically~*~*~ (outnumbered).
 18400 | D:3      | 18400 ||| Stepping ~*~*~tactically~*~*~ (outnumbered).
 18402 | D:3      | 18402 ||| Stepping ~*~*~tactically~*~*~ (outnumbered).
 18404 | D:3      | 18404 ||| Stepping ~*~*~tactically~*~*~ (outnumbered).
 18406 | D:3      | 18406 ||| Stepping ~*~*~tactically~*~*~ (outnumbered).
 18408 | D:3      | 18408 ||| Stepping ~*~*~tactically~*~*~ (outnumbered).
 18410 | D:3      | 18410 ||| Stepping ~*~*~tactically~*~*~ (outnumbered).
 18412 | D:3      | 18412 ||| Stepping ~*~*~tactically~*~*~ (outnumbered).
 18414 | D:3      | 18414 ||| Stepping ~*~*~tactically~*~*~ (outnumbered).
 18416 | D:3      | 18416 ||| Stepping ~*~*~tactically~*~*~ (outnumbered).
 18418 | D:3      | 18418 ||| Stepping ~*~*~tactically~*~*~ (outnumbered).
 18420 | D:3      | 18420 ||| Stepping ~*~*~tactically~*~*~ (outnumbered).
 18422 | D:3      | 18422 ||| Stepping ~*~*~tactically~*~*~ (outnumbered).
 18424 | D:3      | 18424 ||| Stepping ~*~*~tactically~*~*~ (outnumbered).
 18426 | D:3      | 18426 ||| Stepping ~*~*~tactically~*~*~ (outnumbered).
 18428 | D:3      | 18428 ||| Stepping ~*~*~tactically~*~*~ (outnumbered).
 18430 | D:3      | 18430 ||| Stepping ~*~*~tactically~*~*~ (outnumbered).
 18432 | D:3      | 18432 ||| Stepping ~*~*~tactically~*~*~ (outnumbered).
 18434 | D:3      | 18434 ||| Stepping ~*~*~tactically~*~*~ (outnumbered).
 18436 | D:3      | 18436 ||| Stepping ~*~*~tactically~*~*~ (outnumbered).
 18438 | D:3      | 18438 ||| Stepping ~*~*~tactically~*~*~ (outnumbered).
 18440 | D:3      | 18440 ||| Stepping ~*~*~tactically~*~*~ (outnumbered).
 18442 | D:3      | 18442 ||| Stepping ~*~*~tactically~*~*~ (outnumbered).
 18444 | D:3      | 18444 ||| Stepping ~*~*~tactically~*~*~ (outnumbered).
 18446 | D:3      | 18446 ||| Stepping ~*~*~tactically~*~*~ (outnumbered).
 18448 | D:3      | 18448 ||| Stepping ~*~*~tactically~*~*~ (outnumbered).
 18450 | D:3      | 18450 ||| Stepping ~*~*~tactically~*~*~ (outnumbered).
 18452 | D:3      | 18452 ||| Stepping ~*~*~tactically~*~*~ (outnumbered).
 18454 | D:3      | 18454 ||| Stepping ~*~*~tactically~*~*~ (outnumbered).
 18456 | D:3      | 18456 ||| Stepping ~*~*~tactically~*~*~ (outnumbered).
 18458 | D:3      | 18458 ||| Stepping ~*~*~tactically~*~*~ (outnumbered).
 18460 | D:3      | 18460 ||| Stepping ~*~*~tactically~*~*~ (outnumbered).
 18462 | D:3      | 18462 ||| Stepping ~*~*~tactically~*~*~ (outnumbered).
 18464 | D:3      | 18464 ||| Stepping ~*~*~tactically~*~*~ (outnumbered).
 18466 | D:3      | 18466 ||| Stepping ~*~*~tactically~*~*~ (outnumbered).
 18468 | D:3      | 18468 ||| Stepping ~*~*~tactically~*~*~ (outnumbered).
 18470 | D:3      | 18470 ||| Stepping ~*~*~tactically~*~*~ (outnumbered).
 18472 | D:3      | 18472 ||| Stepping ~*~*~tactically~*~*~ (outnumbered).
 18474 | D:3      | 18474 ||| Stepping ~*~*~tactically~*~*~ (outnumbered).
 18476 | D:3      | 18476 ||| Stepping ~*~*~tactically~*~*~ (outnumbered).
 18478 | D:3      | 18478 ||| Stepping ~*~*~tactically~*~*~ (outnumbered).
 18480 | D:3      | 18480 ||| Stepping ~*~*~tactically~*~*~ (outnumbered).
 18482 | D:3      | 18482 ||| Stepping ~*~*~tactically~*~*~ (outnumbered).
 18484 | D:3      | 18484 ||| Stepping ~*~*~tactically~*~*~ (outnumbered).
 18486 | D:3      | 18486 ||| Stepping ~*~*~tactically~*~*~ (outnumbered).
 18488 | D:3      | 18488 ||| Stepping ~*~*~tactically~*~*~ (outnumbered).
 18490 | D:3      | 18490 ||| Stepping ~*~*~tactically~*~*~ (outnumbered).
 18492 | D:3      | 18492 ||| Stepping ~*~*~tactically~*~*~ (outnumbered).
 18494 | D:3      | 18494 ||| Stepping ~*~*~tactically~*~*~ (outnumbered).
 18496 | D:3      | 18496 ||| Stepping ~*~*~tactically~*~*~ (outnumbered).
 18498 | D:3      | 18498 ||| Stepping ~*~*~tactically~*~*~ (outnumbered).
 18500 | D:3      | 18500 ||| Stepping ~*~*~tactically~*~*~ (outnumbered).
 18502 | D:3      | 18502 ||| Stepping ~*~*~tactically~*~*~ (outnumbered).
 18504 | D:3      | 18504 ||| Stepping ~*~*~tactically~*~*~ (outnumbered).
 18506 | D:3      | 18506 ||| Stepping ~*~*~tactically~*~*~ (outnumbered).
 18508 | D:3      | 18508 ||| Stepping ~*~*~tactically~*~*~ (outnumbered).
 18510 | D:3      | 18510 ||| Stepping ~*~*~tactically~*~*~ (outnumbered).
 18512 | D:3      | 18512 ||| Stepping ~*~*~tactically~*~*~ (outnumbered).
 18514 | D:3      | 18514 ||| Stepping ~*~*~tactically~*~*~ (outnumbered).
 18514 | D:3      | Glimpsed the power of Zot.
 18516 | D:3      | 18516 ||| Stepping ~*~*~tactically~*~*~ (outnumbered).
 18518 | D:3      | 18518 ||| Stepping ~*~*~tactically~*~*~ (outnumbered).
 18520 | D:3      | 18520 ||| Stepping ~*~*~tactically~*~*~ (outnumbered).
 18522 | D:3      | 18522 ||| Stepping ~*~*~tactically~*~*~ (outnumbered).
 18524 | D:3      | 18524 ||| Stepping ~*~*~tactically~*~*~ (outnumbered).
 18526 | D:3      | 18526 ||| Stepping ~*~*~tactically~*~*~ (outnumbered).
 18528 | D:3      | 18528 ||| Stepping ~*~*~tactically~*~*~ (outnumbered).
 18530 | D:3      | 18530 ||| Stepping ~*~*~tactically~*~*~ (outnumbered).
 18532 | D:3      | 18532 ||| Stepping ~*~*~tactically~*~*~ (outnumbered).
 18534 | D:3      | 18534 ||| Stepping ~*~*~tactically~*~*~ (outnumbered).
 18536 | D:3      | 18536 ||| Stepping ~*~*~tactically~*~*~ (outnumbered).
 18538 | D:3      | 18538 ||| Stepping ~*~*~tactically~*~*~ (outnumbered).
 18540 | D:3      | 18540 ||| Stepping ~*~*~tactically~*~*~ (outnumbered).
 18542 | D:3      | 18542 ||| Stepping ~*~*~tactically~*~*~ (outnumbered).
 18544 | D:3      | 18544 ||| Stepping ~*~*~tactically~*~*~ (outnumbered).
 18546 | D:3      | 18546 ||| Stepping ~*~*~tactically~*~*~ (outnumbered).
 18548 | D:3      | 18548 ||| Stepping ~*~*~tactically~*~*~ (outnumbered).
 18550 | D:3      | 18550 ||| Stepping ~*~*~tactically~*~*~ (outnumbered).
 18552 | D:3      | 18552 ||| Stepping ~*~*~tactically~*~*~ (outnumbered).
 18554 | D:3      | 18554 ||| Stepping ~*~*~tactically~*~*~ (outnumbered).
 18556 | D:3      | 18556 ||| Stepping ~*~*~tactically~*~*~ (outnumbered).
 18558 | D:3      | 18558 ||| Stepping ~*~*~tactically~*~*~ (outnumbered).
 18560 | D:3      | 18560 ||| Stepping ~*~*~tactically~*~*~ (outnumbered).
 18562 | D:3      | 18562 ||| Stepping ~*~*~tactically~*~*~ (outnumbered).
 18564 | D:3      | 18564 ||| Stepping ~*~*~tactically~*~*~ (outnumbered).
 18566 | D:3      | 18566 ||| Stepping ~*~*~tactically~*~*~ (outnumbered).
 18568 | D:3      | 18568 ||| Stepping ~*~*~tactically~*~*~ (outnumbered).
 18570 | D:3      | 18570 ||| Stepping ~*~*~tactically~*~*~ (outnumbered).
 18572 | D:3      | 18572 ||| Stepping ~*~*~tactically~*~*~ (outnumbered).
 18574 | D:3      | 18574 ||| Stepping ~*~*~tactically~*~*~ (outnumbered).
 18576 | D:3      | 18576 ||| Stepping ~*~*~tactically~*~*~ (outnumbered).
 18578 | D:3      | 18578 ||| Stepping ~*~*~tactically~*~*~ (outnumbered).
 18580 | D:3      | 18580 ||| Stepping ~*~*~tactically~*~*~ (outnumbered).
 18582 | D:3      | 18582 ||| Stepping ~*~*~tactically~*~*~ (outnumbered).
 18584 | D:3      | 18584 ||| Stepping ~*~*~tactically~*~*~ (outnumbered).
 18586 | D:3      | 18586 ||| Stepping ~*~*~tactically~*~*~ (outnumbered).
 18588 | D:3      | 18588 ||| Stepping ~*~*~tactically~*~*~ (outnumbered).
 18590 | D:3      | 18590 ||| Stepping ~*~*~tactically~*~*~ (outnumbered).
 18592 | D:3      | 18592 ||| Stepping ~*~*~tactically~*~*~ (outnumbered).
 18594 | D:3      | 18594 ||| Stepping ~*~*~tactically~*~*~ (outnumbered).
 18596 | D:3      | 18596 ||| Stepping ~*~*~tactically~*~*~ (outnumbered).
 18598 | D:3      | 18598 ||| Stepping ~*~*~tactically~*~*~ (outnumbered).
 18600 | D:3      | 18600 ||| Stepping ~*~*~tactically~*~*~ (outnumbered).
 18602 | D:3      | 18602 ||| Stepping ~*~*~tactically~*~*~ (outnumbered).
 18604 | D:3      | 18604 ||| Stepping ~*~*~tactically~*~*~ (outnumbered).
 18606 | D:3      | 18606 ||| Stepping ~*~*~tactically~*~*~ (outnumbered).
 18608 | D:3      | 18608 ||| Stepping ~*~*~tactically~*~*~ (outnumbered).
 18610 | D:3      | 18610 ||| Stepping ~*~*~tactically~*~*~ (outnumbered).
 18612 | D:3      | 18612 ||| Stepping ~*~*~tactically~*~*~ (outnumbered).
 18614 | D:3      | 18614 ||| Stepping ~*~*~tactically~*~*~ (outnumbered).
 18616 | D:3      | 18616 ||| Stepping ~*~*~tactically~*~*~ (outnumbered).
 18618 | D:3      | 18618 ||| Stepping ~*~*~tactically~*~*~ (outnumbered).
 18620 | D:3      | 18620 ||| Stepping ~*~*~tactically~*~*~ (outnumbered).
 18622 | D:3      | 18622 ||| Stepping ~*~*~tactically~*~*~ (outnumbered).
 18624 | D:3      | 18624 ||| Stepping ~*~*~tactically~*~*~ (outnumbered).
 18626 | D:3      | 18626 ||| Stepping ~*~*~tactically~*~*~ (outnumbered).
 18628 | D:3      | 18628 ||| Stepping ~*~*~tactically~*~*~ (outnumbered).
 18630 | D:3      | 18630 ||| Stepping ~*~*~tactically~*~*~ (outnumbered).
 18632 | D:3      | 18632 ||| Stepping ~*~*~tactically~*~*~ (outnumbered).
 18634 | D:3      | 18634 ||| Stepping ~*~*~tactically~*~*~ (outnumbered).
 18636 | D:3      | 18636 ||| Stepping ~*~*~tactically~*~*~ (outnumbered).
 18638 | D:3      | 18638 ||| Stepping ~*~*~tactically~*~*~ (outnumbered).
 18640 | D:3      | 18640 ||| Stepping ~*~*~tactically~*~*~ (outnumbered).
 18642 | D:3      | 18642 ||| Stepping ~*~*~tactically~*~*~ (outnumbered).
 18644 | D:3      | 18644 ||| Stepping ~*~*~tactically~*~*~ (outnumbered).
 18646 | D:3      | 18646 ||| Stepping ~*~*~tactically~*~*~ (outnumbered).
 18648 | D:3      | 18648 ||| Stepping ~*~*~tactically~*~*~ (outnumbered).
 18650 | D:3      | 18650 ||| Stepping ~*~*~tactically~*~*~ (outnumbered).
 18652 | D:3      | 18652 ||| Stepping ~*~*~tactically~*~*~ (outnumbered).
 18654 | D:3      | 18654 ||| Stepping ~*~*~tactically~*~*~ (outnumbered).
 18656 | D:3      | 18656 ||| Stepping ~*~*~tactically~*~*~ (outnumbered).
 18658 | D:3      | 18658 ||| Stepping ~*~*~tactically~*~*~ (outnumbered).
 18660 | D:3      | 18660 ||| Stepping ~*~*~tactically~*~*~ (outnumbered).
 18662 | D:3      | 18662 ||| Stepping ~*~*~tactically~*~*~ (outnumbered).
 18664 | D:3      | 18664 ||| Stepping ~*~*~tactically~*~*~ (outnumbered).
 18666 | D:3      | 18666 ||| Stepping ~*~*~tactically~*~*~ (outnumbered).
 18668 | D:3      | 18668 ||| Stepping ~*~*~tactically~*~*~ (outnumbered).
 18670 | D:3      | 18670 ||| Stepping ~*~*~tactically~*~*~ (outnumbered).
 18672 | D:3      | 18672 ||| Stepping ~*~*~tactically~*~*~ (outnumbered).
 18674 | D:3      | 18674 ||| Stepping ~*~*~tactically~*~*~ (outnumbered).
 18676 | D:3      | 18676 ||| Stepping ~*~*~tactically~*~*~ (outnumbered).
 18678 | D:3      | 18678 ||| Stepping ~*~*~tactically~*~*~ (outnumbered).
 18680 | D:3      | 18680 ||| Stepping ~*~*~tactically~*~*~ (outnumbered).
 18682 | D:3      | 18682 ||| Stepping ~*~*~tactically~*~*~ (outnumbered).
 18684 | D:3      | 18684 ||| Stepping ~*~*~tactically~*~*~ (outnumbered).
 18686 | D:3      | 18686 ||| Stepping ~*~*~tactically~*~*~ (outnumbered).
 18688 | D:3      | 18688 ||| Stepping ~*~*~tactically~*~*~ (outnumbered).
 18690 | D:3      | 18690 ||| Stepping ~*~*~tactically~*~*~ (outnumbered).
 18692 | D:3      | 18692 ||| Stepping ~*~*~tactically~*~*~ (outnumbered).
 18694 | D:3      | 18694 ||| Stepping ~*~*~tactically~*~*~ (outnumbered).
 18696 | D:3      | 18696 ||| Stepping ~*~*~tactically~*~*~ (outnumbered).
 18698 | D:3      | 18698 ||| Stepping ~*~*~tactically~*~*~ (outnumbered).
 18700 | D:3      | 18700 ||| Stepping ~*~*~tactically~*~*~ (outnumbered).
 18702 | D:3      | 18702 ||| Stepping ~*~*~tactically~*~*~ (outnumbered).
 18704 | D:3      | 18704 ||| Stepping ~*~*~tactically~*~*~ (outnumbered).
 18706 | D:3      | 18706 ||| Stepping ~*~*~tactically~*~*~ (outnumbered).
 18708 | D:3      | 18708 ||| Stepping ~*~*~tactically~*~*~ (outnumbered).
 18710 | D:3      | 18710 ||| Stepping ~*~*~tactically~*~*~ (outnumbered).
 18712 | D:3      | 18712 ||| Stepping ~*~*~tactically~*~*~ (outnumbered).
 18714 | D:3      | 18714 ||| Stepping ~*~*~tactically~*~*~ (outnumbered).
 18716 | D:3      | 18716 ||| Stepping ~*~*~tactically~*~*~ (outnumbered).
 18718 | D:3      | 18718 ||| Stepping ~*~*~tactically~*~*~ (outnumbered).
 18720 | D:3      | 18720 ||| Stepping ~*~*~tactically~*~*~ (outnumbered).
 18722 | D:3      | 18722 ||| Stepping ~*~*~tactically~*~*~ (outnumbered).
 18724 | D:3      | 18724 ||| Stepping ~*~*~tactically~*~*~ (outnumbered).
 18726 | D:3      | 18726 ||| Stepping ~*~*~tactically~*~*~ (outnumbered).
 18728 | D:3      | 18728 ||| Stepping ~*~*~tactically~*~*~ (outnumbered).
 18730 | D:3      | 18730 ||| Stepping ~*~*~tactically~*~*~ (outnumbered).
 18732 | D:3      | 18732 ||| Stepping ~*~*~tactically~*~*~ (outnumbered).
 18734 | D:3      | 18734 ||| Stepping ~*~*~tactically~*~*~ (outnumbered).
 18736 | D:3      | 18736 ||| Stepping ~*~*~tactically~*~*~ (outnumbered).
 18738 | D:3      | 18738 ||| Stepping ~*~*~tactically~*~*~ (outnumbered).
 18740 | D:3      | 18740 ||| Stepping ~*~*~tactically~*~*~ (outnumbered).
 18742 | D:3      | 18742 ||| Stepping ~*~*~tactically~*~*~ (outnumbered).
 18744 | D:3      | 18744 ||| Stepping ~*~*~tactically~*~*~ (outnumbered).
 18746 | D:3      | 18746 ||| Stepping ~*~*~tactically~*~*~ (outnumbered).
 18748 | D:3      | 18748 ||| Stepping ~*~*~tactically~*~*~ (outnumbered).
 18750 | D:3      | 18750 ||| Stepping ~*~*~tactically~*~*~ (outnumbered).
 18752 | D:3      | 18752 ||| Stepping ~*~*~tactically~*~*~ (outnumbered).
 18754 | D:3      | 18754 ||| Stepping ~*~*~tactically~*~*~ (outnumbered).
 18756 | D:3      | 18756 ||| Stepping ~*~*~tactically~*~*~ (outnumbered).
 18758 | D:3      | 18758 ||| Stepping ~*~*~tactically~*~*~ (outnumbered).
 18760 | D:3      | 18760 ||| Stepping ~*~*~tactically~*~*~ (outnumbered).
 18762 | D:3      | 18762 ||| Stepping ~*~*~tactically~*~*~ (outnumbered).
 18764 | D:3      | 18764 ||| Stepping ~*~*~tactically~*~*~ (outnumbered).
 18766 | D:3      | 18766 ||| Stepping ~*~*~tactically~*~*~ (outnumbered).
 18768 | D:3      | 18768 ||| Stepping ~*~*~tactically~*~*~ (outnumbered).
 18770 | D:3      | 18770 ||| Stepping ~*~*~tactically~*~*~ (outnumbered).
 18772 | D:3      | 18772 ||| Stepping ~*~*~tactically~*~*~ (outnumbered).
 18774 | D:3      | 18774 ||| Stepping ~*~*~tactically~*~*~ (outnumbered).
 18776 | D:3      | 18776 ||| Stepping ~*~*~tactically~*~*~ (outnumbered).
 18778 | D:3      | 18778 ||| Stepping ~*~*~tactically~*~*~ (outnumbered).
 18780 | D:3      | 18780 ||| Stepping ~*~*~tactically~*~*~ (outnumbered).
 18782 | D:3      | 18782 ||| Stepping ~*~*~tactically~*~*~ (outnumbered).
 18784 | D:3      | 18784 ||| Stepping ~*~*~tactically~*~*~ (outnumbered).
 18786 | D:3      | 18786 ||| Stepping ~*~*~tactically~*~*~ (outnumbered).
 18788 | D:3      | 18788 ||| Stepping ~*~*~tactically~*~*~ (outnumbered).
 18790 | D:3      | 18790 ||| Stepping ~*~*~tactically~*~*~ (outnumbered).
 18792 | D:3      | 18792 ||| Stepping ~*~*~tactically~*~*~ (outnumbered).
 18794 | D:3      | 18794 ||| Stepping ~*~*~tactically~*~*~ (outnumbered).
 18796 | D:3      | 18796 ||| Stepping ~*~*~tactically~*~*~ (outnumbered).
 18798 | D:3      | 18798 ||| Stepping ~*~*~tactically~*~*~ (outnumbered).
 18800 | D:3      | 18800 ||| Stepping ~*~*~tactically~*~*~ (outnumbered).
 18802 | D:3      | 18802 ||| Stepping ~*~*~tactically~*~*~ (outnumbered).
 18804 | D:3      | 18804 ||| Stepping ~*~*~tactically~*~*~ (outnumbered).
 18806 | D:3      | 18806 ||| Stepping ~*~*~tactically~*~*~ (outnumbered).
 18808 | D:3      | 18808 ||| Stepping ~*~*~tactically~*~*~ (outnumbered).
 18810 | D:3      | 18810 ||| Stepping ~*~*~tactically~*~*~ (outnumbered).
 18812 | D:3      | 18812 ||| Stepping ~*~*~tactically~*~*~ (outnumbered).
 18814 | D:3      | 18814 ||| Stepping ~*~*~tactically~*~*~ (outnumbered).
 18816 | D:3      | 18816 ||| Stepping ~*~*~tactically~*~*~ (outnumbered).
 18818 | D:3      | 18818 ||| Stepping ~*~*~tactically~*~*~ (outnumbered).
 18820 | D:3      | 18820 ||| Stepping ~*~*~tactically~*~*~ (outnumbered).
 18822 | D:3      | 18822 ||| Stepping ~*~*~tactically~*~*~ (outnumbered).
 18824 | D:3      | 18824 ||| Stepping ~*~*~tactically~*~*~ (outnumbered).
 18826 | D:3      | 18826 ||| Stepping ~*~*~tactically~*~*~ (outnumbered).
 18828 | D:3      | 18828 ||| Stepping ~*~*~tactically~*~*~ (outnumbered).
 18830 | D:3      | 18830 ||| Stepping ~*~*~tactically~*~*~ (outnumbered).
 18832 | D:3      | 18832 ||| Stepping ~*~*~tactically~*~*~ (outnumbered).
 18834 | D:3      | 18834 ||| Stepping ~*~*~tactically~*~*~ (outnumbered).
 18836 | D:3      | 18836 ||| Stepping ~*~*~tactically~*~*~ (outnumbered).
 18838 | D:3      | 18838 ||| Stepping ~*~*~tactically~*~*~ (outnumbered).
 18840 | D:3      | 18840 ||| Stepping ~*~*~tactically~*~*~ (outnumbered).
 18842 | D:3      | 18842 ||| Stepping ~*~*~tactically~*~*~ (outnumbered).
 18844 | D:3      | 18844 ||| Stepping ~*~*~tactically~*~*~ (outnumbered).
 18846 | D:3      | 18846 ||| Stepping ~*~*~tactically~*~*~ (outnumbered).
 18848 | D:3      | 18848 ||| Stepping ~*~*~tactically~*~*~ (outnumbered).
 18850 | D:3      | 18850 ||| Stepping ~*~*~tactically~*~*~ (outnumbered).
 18852 | D:3      | 18852 ||| Stepping ~*~*~tactically~*~*~ (outnumbered).
 18854 | D:3      | 18854 ||| Stepping ~*~*~tactically~*~*~ (outnumbered).
 18856 | D:3      | 18856 ||| Stepping ~*~*~tactically~*~*~ (outnumbered).
 18858 | D:3      | 18858 ||| Stepping ~*~*~tactically~*~*~ (outnumbered).
 18860 | D:3      | 18860 ||| Stepping ~*~*~tactically~*~*~ (outnumbered).
 18862 | D:3      | 18862 ||| Stepping ~*~*~tactically~*~*~ (outnumbered).
 18864 | D:3      | 18864 ||| Stepping ~*~*~tactically~*~*~ (outnumbered).
 18866 | D:3      | 18866 ||| Stepping ~*~*~tactically~*~*~ (outnumbered).
 18868 | D:3      | 18868 ||| Stepping ~*~*~tactically~*~*~ (outnumbered).
 18870 | D:3      | 18870 ||| Stepping ~*~*~tactically~*~*~ (outnumbered).
 18872 | D:3      | 18872 ||| Stepping ~*~*~tactically~*~*~ (outnumbered).
 18874 | D:3      | 18874 ||| Stepping ~*~*~tactically~*~*~ (outnumbered).
 18876 | D:3      | 18876 ||| Stepping ~*~*~tactically~*~*~ (outnumbered).
 18878 | D:3      | 18878 ||| Stepping ~*~*~tactically~*~*~ (outnumbered).
 18880 | D:3      | 18880 ||| Stepping ~*~*~tactically~*~*~ (outnumbered).
 18882 | D:3      | 18882 ||| Stepping ~*~*~tactically~*~*~ (outnumbered).
 18884 | D:3      | 18884 ||| Stepping ~*~*~tactically~*~*~ (outnumbered).
 18886 | D:3      | 18886 ||| Stepping ~*~*~tactically~*~*~ (outnumbered).
 18888 | D:3      | 18888 ||| Stepping ~*~*~tactically~*~*~ (outnumbered).
 18890 | D:3      | 18890 ||| Stepping ~*~*~tactically~*~*~ (outnumbered).
 18892 | D:3      | 18892 ||| Stepping ~*~*~tactically~*~*~ (outnumbered).
 18894 | D:3      | 18894 ||| Stepping ~*~*~tactically~*~*~ (outnumbered).
 18896 | D:3      | 18896 ||| Stepping ~*~*~tactically~*~*~ (outnumbered).
 18898 | D:3      | 18898 ||| Stepping ~*~*~tactically~*~*~ (outnumbered).
 18900 | D:3      | 18900 ||| Stepping ~*~*~tactically~*~*~ (outnumbered).
 18902 | D:3      | 18902 ||| Stepping ~*~*~tactically~*~*~ (outnumbered).
 18904 | D:3      | 18904 ||| Stepping ~*~*~tactically~*~*~ (outnumbered).
 18906 | D:3      | 18906 ||| Stepping ~*~*~tactically~*~*~ (outnumbered).
 18908 | D:3      | 18908 ||| Stepping ~*~*~tactically~*~*~ (outnumbered).
 18910 | D:3      | 18910 ||| Stepping ~*~*~tactically~*~*~ (outnumbered).
 18912 | D:3      | 18912 ||| Stepping ~*~*~tactically~*~*~ (outnumbered).
 18914 | D:3      | 18914 ||| Stepping ~*~*~tactically~*~*~ (outnumbered).
 18914 | D:3      | Glimpsed the power of Zot.
 18916 | D:3      | 18916 ||| Stepping ~*~*~tactically~*~*~ (outnumbered).
 18918 | D:3      | 18918 ||| Stepping ~*~*~tactically~*~*~ (outnumbered).
 18920 | D:3      | 18920 ||| Stepping ~*~*~tactically~*~*~ (outnumbered).
 18922 | D:3      | 18922 ||| Stepping ~*~*~tactically~*~*~ (outnumbered).
 18924 | D:3      | 18924 ||| Stepping ~*~*~tactically~*~*~ (outnumbered).
 18926 | D:3      | 18926 ||| Stepping ~*~*~tactically~*~*~ (outnumbered).
 18928 | D:3      | 18928 ||| Stepping ~*~*~tactically~*~*~ (outnumbered).
 18930 | D:3      | 18930 ||| Stepping ~*~*~tactically~*~*~ (outnumbered).
 18932 | D:3      | 18932 ||| Stepping ~*~*~tactically~*~*~ (outnumbered).
 18934 | D:3      | 18934 ||| Stepping ~*~*~tactically~*~*~ (outnumbered).
 18936 | D:3      | 18936 ||| Stepping ~*~*~tactically~*~*~ (outnumbered).
 18938 | D:3      | 18938 ||| Stepping ~*~*~tactically~*~*~ (outnumbered).
 18940 | D:3      | 18940 ||| Stepping ~*~*~tactically~*~*~ (outnumbered).
 18942 | D:3      | 18942 ||| Stepping ~*~*~tactically~*~*~ (outnumbered).
 18944 | D:3      | 18944 ||| Stepping ~*~*~tactically~*~*~ (outnumbered).
 18946 | D:3      | 18946 ||| Stepping ~*~*~tactically~*~*~ (outnumbered).
 18948 | D:3      | 18948 ||| Stepping ~*~*~tactically~*~*~ (outnumbered).
 18950 | D:3      | 18950 ||| Stepping ~*~*~tactically~*~*~ (outnumbered).
 18952 | D:3      | 18952 ||| Stepping ~*~*~tactically~*~*~ (outnumbered).
 18954 | D:3      | 18954 ||| Stepping ~*~*~tactically~*~*~ (outnumbered).
 18956 | D:3      | 18956 ||| Stepping ~*~*~tactically~*~*~ (outnumbered).
 18958 | D:3      | 18958 ||| Stepping ~*~*~tactically~*~*~ (outnumbered).
 18960 | D:3      | 18960 ||| Stepping ~*~*~tactically~*~*~ (outnumbered).
 18962 | D:3      | 18962 ||| Stepping ~*~*~tactically~*~*~ (outnumbered).
 18964 | D:3      | 18964 ||| Stepping ~*~*~tactically~*~*~ (outnumbered).
 18966 | D:3      | 18966 ||| Stepping ~*~*~tactically~*~*~ (outnumbered).
 18968 | D:3      | 18968 ||| Stepping ~*~*~tactically~*~*~ (outnumbered).
 18970 | D:3      | 18970 ||| Stepping ~*~*~tactically~*~*~ (outnumbered).
 18972 | D:3      | 18972 ||| Stepping ~*~*~tactically~*~*~ (outnumbered).
 18974 | D:3      | 18974 ||| Stepping ~*~*~tactically~*~*~ (outnumbered).
 18976 | D:3      | 18976 ||| Stepping ~*~*~tactically~*~*~ (outnumbered).
 18978 | D:3      | 18978 ||| Stepping ~*~*~tactically~*~*~ (outnumbered).
 18980 | D:3      | 18980 ||| Stepping ~*~*~tactically~*~*~ (outnumbered).
 18982 | D:3      | 18982 ||| Stepping ~*~*~tactically~*~*~ (outnumbered).
 18984 | D:3      | 18984 ||| Stepping ~*~*~tactically~*~*~ (outnumbered).
 18986 | D:3      | 18986 ||| Stepping ~*~*~tactically~*~*~ (outnumbered).
 18988 | D:3      | 18988 ||| Stepping ~*~*~tactically~*~*~ (outnumbered).
 18990 | D:3      | 18990 ||| Stepping ~*~*~tactically~*~*~ (outnumbered).
 18992 | D:3      | 18992 ||| Stepping ~*~*~tactically~*~*~ (outnumbered).
 18994 | D:3      | 18994 ||| Stepping ~*~*~tactically~*~*~ (outnumbered).
 18996 | D:3      | 18996 ||| Stepping ~*~*~tactically~*~*~ (outnumbered).
 18998 | D:3      | 18998 ||| Stepping ~*~*~tactically~*~*~ (outnumbered).
 19000 | D:3      | 19000 ||| Stepping ~*~*~tactically~*~*~ (outnumbered).
 19002 | D:3      | 19002 ||| Stepping ~*~*~tactically~*~*~ (outnumbered).
 19004 | D:3      | 19004 ||| Stepping ~*~*~tactically~*~*~ (outnumbered).
 19006 | D:3      | 19006 ||| Stepping ~*~*~tactically~*~*~ (outnumbered).
 19008 | D:3      | 19008 ||| Stepping ~*~*~tactically~*~*~ (outnumbered).
 19010 | D:3      | 19010 ||| Stepping ~*~*~tactically~*~*~ (outnumbered).
 19012 | D:3      | 19012 ||| Stepping ~*~*~tactically~*~*~ (outnumbered).
 19013 | D:3      | Touched by the power of Zot.
 19014 | D:3      | 19014 ||| Stepping ~*~*~tactically~*~*~ (outnumbered).
 19014 | D:3      | Glimpsed the power of Zot.
 19016 | D:3      | 19016 ||| Stepping ~*~*~tactically~*~*~ (outnumbered).
 19018 | D:3      | 19018 ||| Stepping ~*~*~tactically~*~*~ (outnumbered).
 19020 | D:3      | 19020 ||| Stepping ~*~*~tactically~*~*~ (outnumbered).
 19022 | D:3      | 19022 ||| Stepping ~*~*~tactically~*~*~ (outnumbered).
 19024 | D:3      | 19024 ||| Stepping ~*~*~tactically~*~*~ (outnumbered).
 19026 | D:3      | 19026 ||| Stepping ~*~*~tactically~*~*~ (outnumbered).
 19028 | D:3      | 19028 ||| Stepping ~*~*~tactically~*~*~ (outnumbered).
 19030 | D:3      | 19030 ||| Stepping ~*~*~tactically~*~*~ (outnumbered).
 19032 | D:3      | 19032 ||| Stepping ~*~*~tactically~*~*~ (outnumbered).
 19034 | D:3      | 19034 ||| Stepping ~*~*~tactically~*~*~ (outnumbered).
 19036 | D:3      | 19036 ||| Stepping ~*~*~tactically~*~*~ (outnumbered).
 19038 | D:3      | 19038 ||| Stepping ~*~*~tactically~*~*~ (outnumbered).
 19040 | D:3      | 19040 ||| Stepping ~*~*~tactically~*~*~ (outnumbered).
 19042 | D:3      | 19042 ||| Stepping ~*~*~tactically~*~*~ (outnumbered).
 19044 | D:3      | 19044 ||| Stepping ~*~*~tactically~*~*~ (outnumbered).
 19046 | D:3      | 19046 ||| Stepping ~*~*~tactically~*~*~ (outnumbered).
 19048 | D:3      | 19048 ||| Stepping ~*~*~tactically~*~*~ (outnumbered).
 19050 | D:3      | 19050 ||| Stepping ~*~*~tactically~*~*~ (outnumbered).
 19052 | D:3      | 19052 ||| Stepping ~*~*~tactically~*~*~ (outnumbered).
 19054 | D:3      | 19054 ||| Stepping ~*~*~tactically~*~*~ (outnumbered).
 19056 | D:3      | 19056 ||| Stepping ~*~*~tactically~*~*~ (outnumbered).
 19058 | D:3      | 19058 ||| Stepping ~*~*~tactically~*~*~ (outnumbered).
 19060 | D:3      | 19060 ||| Stepping ~*~*~tactically~*~*~ (outnumbered).
 19062 | D:3      | 19062 ||| Stepping ~*~*~tactically~*~*~ (outnumbered).
 19064 | D:3      | 19064 ||| Stepping ~*~*~tactically~*~*~ (outnumbered).
 19066 | D:3      | 19066 ||| Stepping ~*~*~tactically~*~*~ (outnumbered).
 19068 | D:3      | 19068 ||| Stepping ~*~*~tactically~*~*~ (outnumbered).
 19070 | D:3      | 19070 ||| Stepping ~*~*~tactically~*~*~ (outnumbered).
 19072 | D:3      | 19072 ||| Stepping ~*~*~tactically~*~*~ (outnumbered).
 19074 | D:3      | 19074 ||| Stepping ~*~*~tactically~*~*~ (outnumbered).
 19076 | D:3      | 19076 ||| Stepping ~*~*~tactically~*~*~ (outnumbered).
 19078 | D:3      | 19078 ||| Stepping ~*~*~tactically~*~*~ (outnumbered).
 19080 | D:3      | 19080 ||| Stepping ~*~*~tactically~*~*~ (outnumbered).
 19082 | D:3      | 19082 ||| Stepping ~*~*~tactically~*~*~ (outnumbered).
 19084 | D:3      | 19084 ||| Stepping ~*~*~tactically~*~*~ (outnumbered).
 19086 | D:3      | 19086 ||| Stepping ~*~*~tactically~*~*~ (outnumbered).
 19088 | D:3      | 19088 ||| Stepping ~*~*~tactically~*~*~ (outnumbered).
 19090 | D:3      | 19090 ||| Stepping ~*~*~tactically~*~*~ (outnumbered).
 19092 | D:3      | 19092 ||| Stepping ~*~*~tactically~*~*~ (outnumbered).
 19094 | D:3      | 19094 ||| Stepping ~*~*~tactically~*~*~ (outnumbered).
 19096 | D:3      | 19096 ||| Stepping ~*~*~tactically~*~*~ (outnumbered).
 19098 | D:3      | 19098 ||| Stepping ~*~*~tactically~*~*~ (outnumbered).
 19100 | D:3      | 19100 ||| Stepping ~*~*~tactically~*~*~ (outnumbered).
 19102 | D:3      | 19102 ||| Stepping ~*~*~tactically~*~*~ (outnumbered).
 19104 | D:3      | 19104 ||| Stepping ~*~*~tactically~*~*~ (outnumbered).
 19106 | D:3      | 19106 ||| Stepping ~*~*~tactically~*~*~ (outnumbered).
 19108 | D:3      | 19108 ||| Stepping ~*~*~tactically~*~*~ (outnumbered).
 19110 | D:3      | 19110 ||| Stepping ~*~*~tactically~*~*~ (outnumbered).
 19112 | D:3      | 19112 ||| Stepping ~*~*~tactically~*~*~ (outnumbered).
 19114 | D:3      | 19114 ||| Stepping ~*~*~tactically~*~*~ (outnumbered).
 19116 | D:3      | 19116 ||| Stepping ~*~*~tactically~*~*~ (outnumbered).
 19118 | D:3      | 19118 ||| Stepping ~*~*~tactically~*~*~ (outnumbered).
 19120 | D:3      | 19120 ||| Stepping ~*~*~tactically~*~*~ (outnumbered).
 19122 | D:3      | 19122 ||| Stepping ~*~*~tactically~*~*~ (outnumbered).
 19124 | D:3      | 19124 ||| Stepping ~*~*~tactically~*~*~ (outnumbered).
 19126 | D:3      | 19126 ||| Stepping ~*~*~tactically~*~*~ (outnumbered).
 19128 | D:3      | 19128 ||| Stepping ~*~*~tactically~*~*~ (outnumbered).
 19130 | D:3      | 19130 ||| Stepping ~*~*~tactically~*~*~ (outnumbered).
 19132 | D:3      | 19132 ||| Stepping ~*~*~tactically~*~*~ (outnumbered).
 19134 | D:3      | 19134 ||| Stepping ~*~*~tactically~*~*~ (outnumbered).
 19136 | D:3      | 19136 ||| Stepping ~*~*~tactically~*~*~ (outnumbered).
 19138 | D:3      | 19138 ||| Stepping ~*~*~tactically~*~*~ (outnumbered).
 19140 | D:3      | 19140 ||| Stepping ~*~*~tactically~*~*~ (outnumbered).
 19142 | D:3      | 19142 ||| Stepping ~*~*~tactically~*~*~ (outnumbered).
 19144 | D:3      | 19144 ||| Stepping ~*~*~tactically~*~*~ (outnumbered).
 19146 | D:3      | 19146 ||| Stepping ~*~*~tactically~*~*~ (outnumbered).
 19148 | D:3      | 19148 ||| Stepping ~*~*~tactically~*~*~ (outnumbered).
 19150 | D:3      | 19150 ||| Stepping ~*~*~tactically~*~*~ (outnumbered).
 19152 | D:3      | 19152 ||| Stepping ~*~*~tactically~*~*~ (outnumbered).
 19154 | D:3      | 19154 ||| Stepping ~*~*~tactically~*~*~ (outnumbered).
 19156 | D:3      | 19156 ||| Stepping ~*~*~tactically~*~*~ (outnumbered).
 19158 | D:3      | 19158 ||| Stepping ~*~*~tactically~*~*~ (outnumbered).
 19160 | D:3      | 19160 ||| Stepping ~*~*~tactically~*~*~ (outnumbered).
 19162 | D:3      | 19162 ||| Stepping ~*~*~tactically~*~*~ (outnumbered).
 19164 | D:3      | 19164 ||| Stepping ~*~*~tactically~*~*~ (outnumbered).
 19166 | D:3      | 19166 ||| Stepping ~*~*~tactically~*~*~ (outnumbered).
 19168 | D:3      | 19168 ||| Stepping ~*~*~tactically~*~*~ (outnumbered).
 19170 | D:3      | 19170 ||| Stepping ~*~*~tactically~*~*~ (outnumbered).
 19172 | D:3      | 19172 ||| Stepping ~*~*~tactically~*~*~ (outnumbered).
 19174 | D:3      | 19174 ||| Stepping ~*~*~tactically~*~*~ (outnumbered).
 19176 | D:3      | 19176 ||| Stepping ~*~*~tactically~*~*~ (outnumbered).
 19178 | D:3      | 19178 ||| Stepping ~*~*~tactically~*~*~ (outnumbered).
 19180 | D:3      | 19180 ||| Stepping ~*~*~tactically~*~*~ (outnumbered).
 19182 | D:3      | 19182 ||| Stepping ~*~*~tactically~*~*~ (outnumbered).
 19184 | D:3      | 19184 ||| Stepping ~*~*~tactically~*~*~ (outnumbered).
 19186 | D:3      | 19186 ||| Stepping ~*~*~tactically~*~*~ (outnumbered).
 19188 | D:3      | 19188 ||| Stepping ~*~*~tactically~*~*~ (outnumbered).
 19190 | D:3      | 19190 ||| Stepping ~*~*~tactically~*~*~ (outnumbered).
 19192 | D:3      | 19192 ||| Stepping ~*~*~tactically~*~*~ (outnumbered).
 19194 | D:3      | 19194 ||| Stepping ~*~*~tactically~*~*~ (outnumbered).
 19196 | D:3      | 19196 ||| Stepping ~*~*~tactically~*~*~ (outnumbered).
 19198 | D:3      | 19198 ||| Stepping ~*~*~tactically~*~*~ (outnumbered).
 19200 | D:3      | 19200 ||| Stepping ~*~*~tactically~*~*~ (outnumbered).
 19202 | D:3      | 19202 ||| Stepping ~*~*~tactically~*~*~ (outnumbered).
 19204 | D:3      | 19204 ||| Stepping ~*~*~tactically~*~*~ (outnumbered).
 19206 | D:3      | 19206 ||| Stepping ~*~*~tactically~*~*~ (outnumbered).
 19208 | D:3      | 19208 ||| Stepping ~*~*~tactically~*~*~ (outnumbered).
 19210 | D:3      | 19210 ||| Stepping ~*~*~tactically~*~*~ (outnumbered).
 19212 | D:3      | 19212 ||| Stepping ~*~*~tactically~*~*~ (outnumbered).
 19214 | D:3      | 19214 ||| Stepping ~*~*~tactically~*~*~ (outnumbered).
 19216 | D:3      | 19216 ||| Stepping ~*~*~tactically~*~*~ (outnumbered).
 19218 | D:3      | 19218 ||| Stepping ~*~*~tactically~*~*~ (outnumbered).
 19220 | D:3      | 19220 ||| Stepping ~*~*~tactically~*~*~ (outnumbered).
 19222 | D:3      | 19222 ||| Stepping ~*~*~tactically~*~*~ (outnumbered).
 19224 | D:3      | 19224 ||| Stepping ~*~*~tactically~*~*~ (outnumbered).
 19226 | D:3      | 19226 ||| Stepping ~*~*~tactically~*~*~ (outnumbered).
 19228 | D:3      | 19228 ||| Stepping ~*~*~tactically~*~*~ (outnumbered).
 19230 | D:3      | 19230 ||| Stepping ~*~*~tactically~*~*~ (outnumbered).
 19232 | D:3      | 19232 ||| Stepping ~*~*~tactically~*~*~ (outnumbered).
 19234 | D:3      | 19234 ||| Stepping ~*~*~tactically~*~*~ (outnumbered).
 19236 | D:3      | 19236 ||| Stepping ~*~*~tactically~*~*~ (outnumbered).
 19238 | D:3      | 19238 ||| Stepping ~*~*~tactically~*~*~ (outnumbered).
 19240 | D:3      | 19240 ||| Stepping ~*~*~tactically~*~*~ (outnumbered).
 19242 | D:3      | 19242 ||| Stepping ~*~*~tactically~*~*~ (outnumbered).
 19244 | D:3      | 19244 ||| Stepping ~*~*~tactically~*~*~ (outnumbered).
 19246 | D:3      | 19246 ||| Stepping ~*~*~tactically~*~*~ (outnumbered).
 19248 | D:3      | 19248 ||| Stepping ~*~*~tactically~*~*~ (outnumbered).
 19250 | D:3      | 19250 ||| Stepping ~*~*~tactically~*~*~ (outnumbered).
 19252 | D:3      | 19252 ||| Stepping ~*~*~tactically~*~*~ (outnumbered).
 19254 | D:3      | 19254 ||| Stepping ~*~*~tactically~*~*~ (outnumbered).
 19256 | D:3      | 19256 ||| Stepping ~*~*~tactically~*~*~ (outnumbered).
 19258 | D:3      | 19258 ||| Stepping ~*~*~tactically~*~*~ (outnumbered).
 19260 | D:3      | 19260 ||| Stepping ~*~*~tactically~*~*~ (outnumbered).
 19262 | D:3      | 19262 ||| Stepping ~*~*~tactically~*~*~ (outnumbered).
 19264 | D:3      | 19264 ||| Stepping ~*~*~tactically~*~*~ (outnumbered).
 19266 | D:3      | 19266 ||| Stepping ~*~*~tactically~*~*~ (outnumbered).
 19268 | D:3      | 19268 ||| Stepping ~*~*~tactically~*~*~ (outnumbered).
 19270 | D:3      | 19270 ||| Stepping ~*~*~tactically~*~*~ (outnumbered).
 19272 | D:3      | 19272 ||| Stepping ~*~*~tactically~*~*~ (outnumbered).
 19274 | D:3      | 19274 ||| Stepping ~*~*~tactically~*~*~ (outnumbered).
 19276 | D:3      | 19276 ||| Stepping ~*~*~tactically~*~*~ (outnumbered).
 19278 | D:3      | 19278 ||| Stepping ~*~*~tactically~*~*~ (outnumbered).
 19280 | D:3      | 19280 ||| Stepping ~*~*~tactically~*~*~ (outnumbered).
 19282 | D:3      | 19282 ||| Stepping ~*~*~tactically~*~*~ (outnumbered).
 19284 | D:3      | 19284 ||| Stepping ~*~*~tactically~*~*~ (outnumbered).
 19286 | D:3      | 19286 ||| Stepping ~*~*~tactically~*~*~ (outnumbered).
 19288 | D:3      | 19288 ||| Stepping ~*~*~tactically~*~*~ (outnumbered).
 19290 | D:3      | 19290 ||| Stepping ~*~*~tactically~*~*~ (outnumbered).
 19292 | D:3      | 19292 ||| Stepping ~*~*~tactically~*~*~ (outnumbered).
 19294 | D:3      | 19294 ||| Stepping ~*~*~tactically~*~*~ (outnumbered).
 19296 | D:3      | 19296 ||| Stepping ~*~*~tactically~*~*~ (outnumbered).
 19298 | D:3      | 19298 ||| Stepping ~*~*~tactically~*~*~ (outnumbered).
 19300 | D:3      | 19300 ||| Stepping ~*~*~tactically~*~*~ (outnumbered).
 19302 | D:3      | 19302 ||| Stepping ~*~*~tactically~*~*~ (outnumbered).
 19304 | D:3      | 19304 ||| Stepping ~*~*~tactically~*~*~ (outnumbered).
 19306 | D:3      | 19306 ||| Stepping ~*~*~tactically~*~*~ (outnumbered).
 19308 | D:3      | 19308 ||| Stepping ~*~*~tactically~*~*~ (outnumbered).
 19310 | D:3      | 19310 ||| Stepping ~*~*~tactically~*~*~ (outnumbered).
 19312 | D:3      | 19312 ||| Stepping ~*~*~tactically~*~*~ (outnumbered).
 19314 | D:3      | 19314 ||| Stepping ~*~*~tactically~*~*~ (outnumbered).
 19316 | D:3      | 19316 ||| Stepping ~*~*~tactically~*~*~ (outnumbered).
 19318 | D:3      | 19318 ||| Stepping ~*~*~tactically~*~*~ (outnumbered).
 19320 | D:3      | 19320 ||| Stepping ~*~*~tactically~*~*~ (outnumbered).
 19322 | D:3      | 19322 ||| Stepping ~*~*~tactically~*~*~ (outnumbered).
 19324 | D:3      | 19324 ||| Stepping ~*~*~tactically~*~*~ (outnumbered).
 19326 | D:3      | 19326 ||| Stepping ~*~*~tactically~*~*~ (outnumbered).
 19328 | D:3      | 19328 ||| Stepping ~*~*~tactically~*~*~ (outnumbered).
 19330 | D:3      | 19330 ||| Stepping ~*~*~tactically~*~*~ (outnumbered).
 19332 | D:3      | 19332 ||| Stepping ~*~*~tactically~*~*~ (outnumbered).
 19334 | D:3      | 19334 ||| Stepping ~*~*~tactically~*~*~ (outnumbered).
 19336 | D:3      | 19336 ||| Stepping ~*~*~tactically~*~*~ (outnumbered).
 19338 | D:3      | 19338 ||| Stepping ~*~*~tactically~*~*~ (outnumbered).
 19340 | D:3      | 19340 ||| Stepping ~*~*~tactically~*~*~ (outnumbered).
 19342 | D:3      | 19342 ||| Stepping ~*~*~tactically~*~*~ (outnumbered).
 19344 | D:3      | 19344 ||| Stepping ~*~*~tactically~*~*~ (outnumbered).
 19346 | D:3      | 19346 ||| Stepping ~*~*~tactically~*~*~ (outnumbered).
 19348 | D:3      | 19348 ||| Stepping ~*~*~tactically~*~*~ (outnumbered).
 19350 | D:3      | 19350 ||| Stepping ~*~*~tactically~*~*~ (outnumbered).
 19352 | D:3      | 19352 ||| Stepping ~*~*~tactically~*~*~ (outnumbered).
 19354 | D:3      | 19354 ||| Stepping ~*~*~tactically~*~*~ (outnumbered).
 19356 | D:3      | 19356 ||| Stepping ~*~*~tactically~*~*~ (outnumbered).
 19358 | D:3      | 19358 ||| Stepping ~*~*~tactically~*~*~ (outnumbered).
 19360 | D:3      | 19360 ||| Stepping ~*~*~tactically~*~*~ (outnumbered).
 19362 | D:3      | 19362 ||| Stepping ~*~*~tactically~*~*~ (outnumbered).
 19364 | D:3      | 19364 ||| Stepping ~*~*~tactically~*~*~ (outnumbered).
 19366 | D:3      | 19366 ||| Stepping ~*~*~tactically~*~*~ (outnumbered).
 19368 | D:3      | 19368 ||| Stepping ~*~*~tactically~*~*~ (outnumbered).
 19370 | D:3      | 19370 ||| Stepping ~*~*~tactically~*~*~ (outnumbered).
 19372 | D:3      | 19372 ||| Stepping ~*~*~tactically~*~*~ (outnumbered).
 19374 | D:3      | 19374 ||| Stepping ~*~*~tactically~*~*~ (outnumbered).
 19376 | D:3      | 19376 ||| Stepping ~*~*~tactically~*~*~ (outnumbered).
 19378 | D:3      | 19378 ||| Stepping ~*~*~tactically~*~*~ (outnumbered).
 19380 | D:3      | 19380 ||| Stepping ~*~*~tactically~*~*~ (outnumbered).
 19382 | D:3      | 19382 ||| Stepping ~*~*~tactically~*~*~ (outnumbered).
 19384 | D:3      | 19384 ||| Stepping ~*~*~tactically~*~*~ (outnumbered).
 19386 | D:3      | 19386 ||| Stepping ~*~*~tactically~*~*~ (outnumbered).
 19388 | D:3      | 19388 ||| Stepping ~*~*~tactically~*~*~ (outnumbered).
 19390 | D:3      | 19390 ||| Stepping ~*~*~tactically~*~*~ (outnumbered).
 19392 | D:3      | 19392 ||| Stepping ~*~*~tactically~*~*~ (outnumbered).
 19394 | D:3      | 19394 ||| Stepping ~*~*~tactically~*~*~ (outnumbered).
 19396 | D:3      | 19396 ||| Stepping ~*~*~tactically~*~*~ (outnumbered).
 19398 | D:3      | 19398 ||| Stepping ~*~*~tactically~*~*~ (outnumbered).
 19400 | D:3      | 19400 ||| Stepping ~*~*~tactically~*~*~ (outnumbered).
 19402 | D:3      | 19402 ||| Stepping ~*~*~tactically~*~*~ (outnumbered).
 19404 | D:3      | 19404 ||| Stepping ~*~*~tactically~*~*~ (outnumbered).
 19406 | D:3      | 19406 ||| Stepping ~*~*~tactically~*~*~ (outnumbered).
 19408 | D:3      | 19408 ||| Stepping ~*~*~tactically~*~*~ (outnumbered).
 19410 | D:3      | 19410 ||| Stepping ~*~*~tactically~*~*~ (outnumbered).
 19412 | D:3      | 19412 ||| Stepping ~*~*~tactically~*~*~ (outnumbered).
 19414 | D:3      | 19414 ||| Stepping ~*~*~tactically~*~*~ (outnumbered).
 19416 | D:3      | 19416 ||| Stepping ~*~*~tactically~*~*~ (outnumbered).
 19418 | D:3      | 19418 ||| Stepping ~*~*~tactically~*~*~ (outnumbered).
 19420 | D:3      | 19420 ||| Stepping ~*~*~tactically~*~*~ (outnumbered).
 19422 | D:3      | 19422 ||| Stepping ~*~*~tactically~*~*~ (outnumbered).
 19424 | D:3      | 19424 ||| Stepping ~*~*~tactically~*~*~ (outnumbered).
 19426 | D:3      | 19426 ||| Stepping ~*~*~tactically~*~*~ (outnumbered).
 19428 | D:3      | 19428 ||| Stepping ~*~*~tactically~*~*~ (outnumbered).
 19430 | D:3      | 19430 ||| Stepping ~*~*~tactically~*~*~ (outnumbered).
 19432 | D:3      | 19432 ||| Stepping ~*~*~tactically~*~*~ (outnumbered).
 19434 | D:3      | 19434 ||| Stepping ~*~*~tactically~*~*~ (outnumbered).
 19436 | D:3      | 19436 ||| Stepping ~*~*~tactically~*~*~ (outnumbered).
 19438 | D:3      | 19438 ||| Stepping ~*~*~tactically~*~*~ (outnumbered).
 19440 | D:3      | 19440 ||| Stepping ~*~*~tactically~*~*~ (outnumbered).
 19442 | D:3      | 19442 ||| Stepping ~*~*~tactically~*~*~ (outnumbered).
 19444 | D:3      | 19444 ||| Stepping ~*~*~tactically~*~*~ (outnumbered).
 19446 | D:3      | 19446 ||| Stepping ~*~*~tactically~*~*~ (outnumbered).
 19448 | D:3      | 19448 ||| Stepping ~*~*~tactically~*~*~ (outnumbered).
 19450 | D:3      | 19450 ||| Stepping ~*~*~tactically~*~*~ (outnumbered).
 19452 | D:3      | 19452 ||| Stepping ~*~*~tactically~*~*~ (outnumbered).
 19454 | D:3      | 19454 ||| Stepping ~*~*~tactically~*~*~ (outnumbered).
 19456 | D:3      | 19456 ||| Stepping ~*~*~tactically~*~*~ (outnumbered).
 19458 | D:3      | 19458 ||| Stepping ~*~*~tactically~*~*~ (outnumbered).
 19460 | D:3      | 19460 ||| Stepping ~*~*~tactically~*~*~ (outnumbered).
 19462 | D:3      | 19462 ||| Stepping ~*~*~tactically~*~*~ (outnumbered).
 19464 | D:3      | 19464 ||| Stepping ~*~*~tactically~*~*~ (outnumbered).
 19466 | D:3      | 19466 ||| Stepping ~*~*~tactically~*~*~ (outnumbered).
 19468 | D:3      | 19468 ||| Stepping ~*~*~tactically~*~*~ (outnumbered).
 19470 | D:3      | 19470 ||| Stepping ~*~*~tactically~*~*~ (outnumbered).
 19472 | D:3      | 19472 ||| Stepping ~*~*~tactically~*~*~ (outnumbered).
 19474 | D:3      | 19474 ||| Stepping ~*~*~tactically~*~*~ (outnumbered).
 19476 | D:3      | 19476 ||| Stepping ~*~*~tactically~*~*~ (outnumbered).
 19478 | D:3      | 19478 ||| Stepping ~*~*~tactically~*~*~ (outnumbered).
 19480 | D:3      | 19480 ||| Stepping ~*~*~tactically~*~*~ (outnumbered).
 19482 | D:3      | 19482 ||| Stepping ~*~*~tactically~*~*~ (outnumbered).
 19484 | D:3      | 19484 ||| Stepping ~*~*~tactically~*~*~ (outnumbered).
 19486 | D:3      | 19486 ||| Stepping ~*~*~tactically~*~*~ (outnumbered).
 19488 | D:3      | 19488 ||| Stepping ~*~*~tactically~*~*~ (outnumbered).
 19490 | D:3      | 19490 ||| Stepping ~*~*~tactically~*~*~ (outnumbered).
 19492 | D:3      | 19492 ||| Stepping ~*~*~tactically~*~*~ (outnumbered).
 19494 | D:3      | 19494 ||| Stepping ~*~*~tactically~*~*~ (outnumbered).
 19496 | D:3      | 19496 ||| Stepping ~*~*~tactically~*~*~ (outnumbered).
 19498 | D:3      | 19498 ||| Stepping ~*~*~tactically~*~*~ (outnumbered).
 19500 | D:3      | 19500 ||| Stepping ~*~*~tactically~*~*~ (outnumbered).
 19502 | D:3      | 19502 ||| Stepping ~*~*~tactically~*~*~ (outnumbered).
 19504 | D:3      | 19504 ||| Stepping ~*~*~tactically~*~*~ (outnumbered).
 19506 | D:3      | 19506 ||| Stepping ~*~*~tactically~*~*~ (outnumbered).
 19508 | D:3      | 19508 ||| Stepping ~*~*~tactically~*~*~ (outnumbered).
 19510 | D:3      | 19510 ||| Stepping ~*~*~tactically~*~*~ (outnumbered).
 19512 | D:3      | 19512 ||| Stepping ~*~*~tactically~*~*~ (outnumbered).
 19514 | D:3      | 19514 ||| Stepping ~*~*~tactically~*~*~ (outnumbered).
 19514 | D:3      | Glimpsed the power of Zot.
 19516 | D:3      | 19516 ||| Stepping ~*~*~tactically~*~*~ (outnumbered).
 19518 | D:3      | 19518 ||| Stepping ~*~*~tactically~*~*~ (outnumbered).
 19520 | D:3      | 19520 ||| Stepping ~*~*~tactically~*~*~ (outnumbered).
 19522 | D:3      | 19522 ||| Stepping ~*~*~tactically~*~*~ (outnumbered).
 19524 | D:3      | 19524 ||| Stepping ~*~*~tactically~*~*~ (outnumbered).
 19526 | D:3      | 19526 ||| Stepping ~*~*~tactically~*~*~ (outnumbered).
 19528 | D:3      | 19528 ||| Stepping ~*~*~tactically~*~*~ (outnumbered).
 19530 | D:3      | 19530 ||| Stepping ~*~*~tactically~*~*~ (outnumbered).
 19532 | D:3      | 19532 ||| Stepping ~*~*~tactically~*~*~ (outnumbered).
 19534 | D:3      | 19534 ||| Stepping ~*~*~tactically~*~*~ (outnumbered).
 19536 | D:3      | 19536 ||| Stepping ~*~*~tactically~*~*~ (outnumbered).
 19538 | D:3      | 19538 ||| Stepping ~*~*~tactically~*~*~ (outnumbered).
 19540 | D:3      | 19540 ||| Stepping ~*~*~tactically~*~*~ (outnumbered).
 19542 | D:3      | 19542 ||| Stepping ~*~*~tactically~*~*~ (outnumbered).
 19544 | D:3      | 19544 ||| Stepping ~*~*~tactically~*~*~ (outnumbered).
 19546 | D:3      | 19546 ||| Stepping ~*~*~tactically~*~*~ (outnumbered).
 19548 | D:3      | 19548 ||| Stepping ~*~*~tactically~*~*~ (outnumbered).
 19550 | D:3      | 19550 ||| Stepping ~*~*~tactically~*~*~ (outnumbered).
 19552 | D:3      | 19552 ||| Stepping ~*~*~tactically~*~*~ (outnumbered).
 19554 | D:3      | 19554 ||| Stepping ~*~*~tactically~*~*~ (outnumbered).
 19556 | D:3      | 19556 ||| Stepping ~*~*~tactically~*~*~ (outnumbered).
 19558 | D:3      | 19558 ||| Stepping ~*~*~tactically~*~*~ (outnumbered).
 19560 | D:3      | 19560 ||| Stepping ~*~*~tactically~*~*~ (outnumbered).
 19562 | D:3      | 19562 ||| Stepping ~*~*~tactically~*~*~ (outnumbered).
 19564 | D:3      | 19564 ||| Stepping ~*~*~tactically~*~*~ (outnumbered).
 19566 | D:3      | 19566 ||| Stepping ~*~*~tactically~*~*~ (outnumbered).
 19568 | D:3      | 19568 ||| Stepping ~*~*~tactically~*~*~ (outnumbered).
 19570 | D:3      | 19570 ||| Stepping ~*~*~tactically~*~*~ (outnumbered).
 19572 | D:3      | 19572 ||| Stepping ~*~*~tactically~*~*~ (outnumbered).
 19574 | D:3      | 19574 ||| Stepping ~*~*~tactically~*~*~ (outnumbered).
 19576 | D:3      | 19576 ||| Stepping ~*~*~tactically~*~*~ (outnumbered).
 19578 | D:3      | 19578 ||| Stepping ~*~*~tactically~*~*~ (outnumbered).
 19580 | D:3      | 19580 ||| Stepping ~*~*~tactically~*~*~ (outnumbered).
 19582 | D:3      | 19582 ||| Stepping ~*~*~tactically~*~*~ (outnumbered).
 19584 | D:3      | 19584 ||| Stepping ~*~*~tactically~*~*~ (outnumbered).
 19586 | D:3      | 19586 ||| Stepping ~*~*~tactically~*~*~ (outnumbered).
 19588 | D:3      | 19588 ||| Stepping ~*~*~tactically~*~*~ (outnumbered).
 19590 | D:3      | 19590 ||| Stepping ~*~*~tactically~*~*~ (outnumbered).
 19592 | D:3      | 19592 ||| Stepping ~*~*~tactically~*~*~ (outnumbered).
 19594 | D:3      | 19594 ||| Stepping ~*~*~tactically~*~*~ (outnumbered).
 19596 | D:3      | 19596 ||| Stepping ~*~*~tactically~*~*~ (outnumbered).
 19598 | D:3      | 19598 ||| Stepping ~*~*~tactically~*~*~ (outnumbered).
 19600 | D:3      | 19600 ||| Stepping ~*~*~tactically~*~*~ (outnumbered).
 19602 | D:3      | 19602 ||| Stepping ~*~*~tactically~*~*~ (outnumbered).
 19604 | D:3      | 19604 ||| Stepping ~*~*~tactically~*~*~ (outnumbered).
 19606 | D:3      | 19606 ||| Stepping ~*~*~tactically~*~*~ (outnumbered).
 19608 | D:3      | 19608 ||| Stepping ~*~*~tactically~*~*~ (outnumbered).
 19610 | D:3      | 19610 ||| Stepping ~*~*~tactically~*~*~ (outnumbered).
 19612 | D:3      | 19612 ||| Stepping ~*~*~tactically~*~*~ (outnumbered).
 19614 | D:3      | 19614 ||| Stepping ~*~*~tactically~*~*~ (outnumbered).
 19616 | D:3      | 19616 ||| Stepping ~*~*~tactically~*~*~ (outnumbered).
 19618 | D:3      | 19618 ||| Stepping ~*~*~tactically~*~*~ (outnumbered).
 19620 | D:3      | 19620 ||| Stepping ~*~*~tactically~*~*~ (outnumbered).
 19622 | D:3      | 19622 ||| Stepping ~*~*~tactically~*~*~ (outnumbered).
 19624 | D:3      | 19624 ||| Stepping ~*~*~tactically~*~*~ (outnumbered).
 19626 | D:3      | 19626 ||| Stepping ~*~*~tactically~*~*~ (outnumbered).
 19628 | D:3      | 19628 ||| Stepping ~*~*~tactically~*~*~ (outnumbered).
 19630 | D:3      | 19630 ||| Stepping ~*~*~tactically~*~*~ (outnumbered).
 19632 | D:3      | 19632 ||| Stepping ~*~*~tactically~*~*~ (outnumbered).
 19634 | D:3      | 19634 ||| Stepping ~*~*~tactically~*~*~ (outnumbered).
 19636 | D:3      | 19636 ||| Stepping ~*~*~tactically~*~*~ (outnumbered).
 19638 | D:3      | 19638 ||| Stepping ~*~*~tactically~*~*~ (outnumbered).
 19640 | D:3      | 19640 ||| Stepping ~*~*~tactically~*~*~ (outnumbered).
 19642 | D:3      | 19642 ||| Stepping ~*~*~tactically~*~*~ (outnumbered).
 19644 | D:3      | 19644 ||| Stepping ~*~*~tactically~*~*~ (outnumbered).
 19646 | D:3      | 19646 ||| Stepping ~*~*~tactically~*~*~ (outnumbered).
 19648 | D:3      | 19648 ||| Stepping ~*~*~tactically~*~*~ (outnumbered).
 19650 | D:3      | 19650 ||| Stepping ~*~*~tactically~*~*~ (outnumbered).
 19652 | D:3      | 19652 ||| Stepping ~*~*~tactically~*~*~ (outnumbered).
 19654 | D:3      | 19654 ||| Stepping ~*~*~tactically~*~*~ (outnumbered).
 19656 | D:3      | 19656 ||| Stepping ~*~*~tactically~*~*~ (outnumbered).
 19658 | D:3      | 19658 ||| Stepping ~*~*~tactically~*~*~ (outnumbered).
 19660 | D:3      | 19660 ||| Stepping ~*~*~tactically~*~*~ (outnumbered).
 19662 | D:3      | 19662 ||| Stepping ~*~*~tactically~*~*~ (outnumbered).
 19664 | D:3      | 19664 ||| Stepping ~*~*~tactically~*~*~ (outnumbered).
 19666 | D:3      | 19666 ||| Stepping ~*~*~tactically~*~*~ (outnumbered).
 19668 | D:3      | 19668 ||| Stepping ~*~*~tactically~*~*~ (outnumbered).
 19670 | D:3      | 19670 ||| Stepping ~*~*~tactically~*~*~ (outnumbered).
 19672 | D:3      | 19672 ||| Stepping ~*~*~tactically~*~*~ (outnumbered).
 19674 | D:3      | 19674 ||| Stepping ~*~*~tactically~*~*~ (outnumbered).
 19676 | D:3      | 19676 ||| Stepping ~*~*~tactically~*~*~ (outnumbered).
 19678 | D:3      | 19678 ||| Stepping ~*~*~tactically~*~*~ (outnumbered).
 19680 | D:3      | 19680 ||| Stepping ~*~*~tactically~*~*~ (outnumbered).
 19682 | D:3      | 19682 ||| Stepping ~*~*~tactically~*~*~ (outnumbered).
 19684 | D:3      | 19684 ||| Stepping ~*~*~tactically~*~*~ (outnumbered).
 19686 | D:3      | 19686 ||| Stepping ~*~*~tactically~*~*~ (outnumbered).
 19688 | D:3      | 19688 ||| Stepping ~*~*~tactically~*~*~ (outnumbered).
 19690 | D:3      | 19690 ||| Stepping ~*~*~tactically~*~*~ (outnumbered).
 19692 | D:3      | 19692 ||| Stepping ~*~*~tactically~*~*~ (outnumbered).
 19694 | D:3      | 19694 ||| Stepping ~*~*~tactically~*~*~ (outnumbered).
 19696 | D:3      | 19696 ||| Stepping ~*~*~tactically~*~*~ (outnumbered).
 19698 | D:3      | 19698 ||| Stepping ~*~*~tactically~*~*~ (outnumbered).
 19700 | D:3      | 19700 ||| Stepping ~*~*~tactically~*~*~ (outnumbered).
 19702 | D:3      | 19702 ||| Stepping ~*~*~tactically~*~*~ (outnumbered).
 19704 | D:3      | 19704 ||| Stepping ~*~*~tactically~*~*~ (outnumbered).
 19706 | D:3      | 19706 ||| Stepping ~*~*~tactically~*~*~ (outnumbered).
 19708 | D:3      | 19708 ||| Stepping ~*~*~tactically~*~*~ (outnumbered).
 19710 | D:3      | 19710 ||| Stepping ~*~*~tactically~*~*~ (outnumbered).
 19712 | D:3      | 19712 ||| Stepping ~*~*~tactically~*~*~ (outnumbered).
 19714 | D:3      | 19714 ||| Stepping ~*~*~tactically~*~*~ (outnumbered).
 19716 | D:3      | 19716 ||| Stepping ~*~*~tactically~*~*~ (outnumbered).
 19718 | D:3      | 19718 ||| Stepping ~*~*~tactically~*~*~ (outnumbered).
 19720 | D:3      | 19720 ||| Stepping ~*~*~tactically~*~*~ (outnumbered).
 19722 | D:3      | 19722 ||| Stepping ~*~*~tactically~*~*~ (outnumbered).
 19724 | D:3      | 19724 ||| Stepping ~*~*~tactically~*~*~ (outnumbered).
 19726 | D:3      | 19726 ||| Stepping ~*~*~tactically~*~*~ (outnumbered).
 19728 | D:3      | 19728 ||| Stepping ~*~*~tactically~*~*~ (outnumbered).
 19730 | D:3      | 19730 ||| Stepping ~*~*~tactically~*~*~ (outnumbered).
 19732 | D:3      | 19732 ||| Stepping ~*~*~tactically~*~*~ (outnumbered).
 19734 | D:3      | 19734 ||| Stepping ~*~*~tactically~*~*~ (outnumbered).
 19736 | D:3      | 19736 ||| Stepping ~*~*~tactically~*~*~ (outnumbered).
 19738 | D:3      | 19738 ||| Stepping ~*~*~tactically~*~*~ (outnumbered).
 19740 | D:3      | 19740 ||| Stepping ~*~*~tactically~*~*~ (outnumbered).
 19742 | D:3      | 19742 ||| Stepping ~*~*~tactically~*~*~ (outnumbered).
 19744 | D:3      | 19744 ||| Stepping ~*~*~tactically~*~*~ (outnumbered).
 19746 | D:3      | 19746 ||| Stepping ~*~*~tactically~*~*~ (outnumbered).
 19748 | D:3      | 19748 ||| Stepping ~*~*~tactically~*~*~ (outnumbered).
 19750 | D:3      | 19750 ||| Stepping ~*~*~tactically~*~*~ (outnumbered).
 19752 | D:3      | 19752 ||| Stepping ~*~*~tactically~*~*~ (outnumbered).
 19754 | D:3      | 19754 ||| Stepping ~*~*~tactically~*~*~ (outnumbered).
 19756 | D:3      | 19756 ||| Stepping ~*~*~tactically~*~*~ (outnumbered).
 19758 | D:3      | 19758 ||| Stepping ~*~*~tactically~*~*~ (outnumbered).
 19760 | D:3      | 19760 ||| Stepping ~*~*~tactically~*~*~ (outnumbered).
 19762 | D:3      | 19762 ||| Stepping ~*~*~tactically~*~*~ (outnumbered).
 19764 | D:3      | 19764 ||| Stepping ~*~*~tactically~*~*~ (outnumbered).
 19766 | D:3      | 19766 ||| Stepping ~*~*~tactically~*~*~ (outnumbered).
 19768 | D:3      | 19768 ||| Stepping ~*~*~tactically~*~*~ (outnumbered).
 19770 | D:3      | 19770 ||| Stepping ~*~*~tactically~*~*~ (outnumbered).
 19772 | D:3      | 19772 ||| Stepping ~*~*~tactically~*~*~ (outnumbered).
 19774 | D:3      | 19774 ||| Stepping ~*~*~tactically~*~*~ (outnumbered).
 19776 | D:3      | 19776 ||| Stepping ~*~*~tactically~*~*~ (outnumbered).
 19778 | D:3      | 19778 ||| Stepping ~*~*~tactically~*~*~ (outnumbered).
 19780 | D:3      | 19780 ||| Stepping ~*~*~tactically~*~*~ (outnumbered).
 19782 | D:3      | 19782 ||| Stepping ~*~*~tactically~*~*~ (outnumbered).
 19784 | D:3      | 19784 ||| Stepping ~*~*~tactically~*~*~ (outnumbered).
 19786 | D:3      | 19786 ||| Stepping ~*~*~tactically~*~*~ (outnumbered).
 19788 | D:3      | 19788 ||| Stepping ~*~*~tactically~*~*~ (outnumbered).
 19790 | D:3      | 19790 ||| Stepping ~*~*~tactically~*~*~ (outnumbered).
 19792 | D:3      | 19792 ||| Stepping ~*~*~tactically~*~*~ (outnumbered).
 19794 | D:3      | 19794 ||| Stepping ~*~*~tactically~*~*~ (outnumbered).
 19796 | D:3      | 19796 ||| Stepping ~*~*~tactically~*~*~ (outnumbered).
 19798 | D:3      | 19798 ||| Stepping ~*~*~tactically~*~*~ (outnumbered).
 19800 | D:3      | 19800 ||| Stepping ~*~*~tactically~*~*~ (outnumbered).
 19802 | D:3      | 19802 ||| Stepping ~*~*~tactically~*~*~ (outnumbered).
 19804 | D:3      | 19804 ||| Stepping ~*~*~tactically~*~*~ (outnumbered).
 19806 | D:3      | 19806 ||| Stepping ~*~*~tactically~*~*~ (outnumbered).
 19808 | D:3      | 19808 ||| Stepping ~*~*~tactically~*~*~ (outnumbered).
 19810 | D:3      | 19810 ||| Stepping ~*~*~tactically~*~*~ (outnumbered).
 19812 | D:3      | 19812 ||| Stepping ~*~*~tactically~*~*~ (outnumbered).
 19814 | D:3      | 19814 ||| Stepping ~*~*~tactically~*~*~ (outnumbered).
 19816 | D:3      | 19816 ||| Stepping ~*~*~tactically~*~*~ (outnumbered).
 19818 | D:3      | 19818 ||| Stepping ~*~*~tactically~*~*~ (outnumbered).
 19820 | D:3      | 19820 ||| Stepping ~*~*~tactically~*~*~ (outnumbered).
 19822 | D:3      | 19822 ||| Stepping ~*~*~tactically~*~*~ (outnumbered).
 19824 | D:3      | 19824 ||| Stepping ~*~*~tactically~*~*~ (outnumbered).
 19826 | D:3      | 19826 ||| Stepping ~*~*~tactically~*~*~ (outnumbered).
 19828 | D:3      | 19828 ||| Stepping ~*~*~tactically~*~*~ (outnumbered).
 19830 | D:3      | 19830 ||| Stepping ~*~*~tactically~*~*~ (outnumbered).
 19832 | D:3      | 19832 ||| Stepping ~*~*~tactically~*~*~ (outnumbered).
 19834 | D:3      | 19834 ||| Stepping ~*~*~tactically~*~*~ (outnumbered).
 19836 | D:3      | 19836 ||| Stepping ~*~*~tactically~*~*~ (outnumbered).
 19838 | D:3      | 19838 ||| Stepping ~*~*~tactically~*~*~ (outnumbered).
 19840 | D:3      | 19840 ||| Stepping ~*~*~tactically~*~*~ (outnumbered).
 19842 | D:3      | 19842 ||| Stepping ~*~*~tactically~*~*~ (outnumbered).
 19844 | D:3      | 19844 ||| Stepping ~*~*~tactically~*~*~ (outnumbered).
 19846 | D:3      | 19846 ||| Stepping ~*~*~tactically~*~*~ (outnumbered).
 19848 | D:3      | 19848 ||| Stepping ~*~*~tactically~*~*~ (outnumbered).
 19850 | D:3      | 19850 ||| Stepping ~*~*~tactically~*~*~ (outnumbered).
 19852 | D:3      | 19852 ||| Stepping ~*~*~tactically~*~*~ (outnumbered).
 19854 | D:3      | 19854 ||| Stepping ~*~*~tactically~*~*~ (outnumbered).
 19856 | D:3      | 19856 ||| Stepping ~*~*~tactically~*~*~ (outnumbered).
 19858 | D:3      | 19858 ||| Stepping ~*~*~tactically~*~*~ (outnumbered).
 19860 | D:3      | 19860 ||| Stepping ~*~*~tactically~*~*~ (outnumbered).
 19862 | D:3      | 19862 ||| Stepping ~*~*~tactically~*~*~ (outnumbered).
 19864 | D:3      | 19864 ||| Stepping ~*~*~tactically~*~*~ (outnumbered).
 19866 | D:3      | 19866 ||| Stepping ~*~*~tactically~*~*~ (outnumbered).
 19868 | D:3      | 19868 ||| Stepping ~*~*~tactically~*~*~ (outnumbered).
 19870 | D:3      | 19870 ||| Stepping ~*~*~tactically~*~*~ (outnumbered).
 19872 | D:3      | 19872 ||| Stepping ~*~*~tactically~*~*~ (outnumbered).
 19874 | D:3      | 19874 ||| Stepping ~*~*~tactically~*~*~ (outnumbered).
 19876 | D:3      | 19876 ||| Stepping ~*~*~tactically~*~*~ (outnumbered).
 19878 | D:3      | 19878 ||| Stepping ~*~*~tactically~*~*~ (outnumbered).
 19880 | D:3      | 19880 ||| Stepping ~*~*~tactically~*~*~ (outnumbered).
 19882 | D:3      | 19882 ||| Stepping ~*~*~tactically~*~*~ (outnumbered).
 19884 | D:3      | 19884 ||| Stepping ~*~*~tactically~*~*~ (outnumbered).
 19886 | D:3      | 19886 ||| Stepping ~*~*~tactically~*~*~ (outnumbered).
 19888 | D:3      | 19888 ||| Stepping ~*~*~tactically~*~*~ (outnumbered).
 19890 | D:3      | 19890 ||| Stepping ~*~*~tactically~*~*~ (outnumbered).
 19892 | D:3      | 19892 ||| Stepping ~*~*~tactically~*~*~ (outnumbered).
 19894 | D:3      | 19894 ||| Stepping ~*~*~tactically~*~*~ (outnumbered).
 19896 | D:3      | 19896 ||| Stepping ~*~*~tactically~*~*~ (outnumbered).
 19898 | D:3      | 19898 ||| Stepping ~*~*~tactically~*~*~ (outnumbered).
 19900 | D:3      | 19900 ||| Stepping ~*~*~tactically~*~*~ (outnumbered).
 19902 | D:3      | 19902 ||| Stepping ~*~*~tactically~*~*~ (outnumbered).
 19904 | D:3      | 19904 ||| Stepping ~*~*~tactically~*~*~ (outnumbered).
 19906 | D:3      | 19906 ||| Stepping ~*~*~tactically~*~*~ (outnumbered).
 19908 | D:3      | 19908 ||| Stepping ~*~*~tactically~*~*~ (outnumbered).
 19910 | D:3      | 19910 ||| Stepping ~*~*~tactically~*~*~ (outnumbered).
 19912 | D:3      | 19912 ||| Stepping ~*~*~tactically~*~*~ (outnumbered).
 19914 | D:3      | 19914 ||| Stepping ~*~*~tactically~*~*~ (outnumbered).
 19914 | D:3      | Glimpsed the power of Zot.
 19916 | D:3      | 19916 ||| Stepping ~*~*~tactically~*~*~ (outnumbered).
 19918 | D:3      | 19918 ||| Stepping ~*~*~tactically~*~*~ (outnumbered).
 19920 | D:3      | 19920 ||| Stepping ~*~*~tactically~*~*~ (outnumbered).
 19922 | D:3      | 19922 ||| Stepping ~*~*~tactically~*~*~ (outnumbered).
 19924 | D:3      | 19924 ||| Stepping ~*~*~tactically~*~*~ (outnumbered).
 19926 | D:3      | 19926 ||| Stepping ~*~*~tactically~*~*~ (outnumbered).
 19928 | D:3      | 19928 ||| Stepping ~*~*~tactically~*~*~ (outnumbered).
 19930 | D:3      | 19930 ||| Stepping ~*~*~tactically~*~*~ (outnumbered).
 19932 | D:3      | 19932 ||| Stepping ~*~*~tactically~*~*~ (outnumbered).
 19934 | D:3      | 19934 ||| Stepping ~*~*~tactically~*~*~ (outnumbered).
 19936 | D:3      | 19936 ||| Stepping ~*~*~tactically~*~*~ (outnumbered).
 19938 | D:3      | 19938 ||| Stepping ~*~*~tactically~*~*~ (outnumbered).
 19940 | D:3      | 19940 ||| Stepping ~*~*~tactically~*~*~ (outnumbered).
 19942 | D:3      | 19942 ||| Stepping ~*~*~tactically~*~*~ (outnumbered).
 19944 | D:3      | 19944 ||| Stepping ~*~*~tactically~*~*~ (outnumbered).
 19946 | D:3      | 19946 ||| Stepping ~*~*~tactically~*~*~ (outnumbered).
 19948 | D:3      | 19948 ||| Stepping ~*~*~tactically~*~*~ (outnumbered).
 19950 | D:3      | 19950 ||| Stepping ~*~*~tactically~*~*~ (outnumbered).
 19952 | D:3      | 19952 ||| Stepping ~*~*~tactically~*~*~ (outnumbered).
 19954 | D:3      | 19954 ||| Stepping ~*~*~tactically~*~*~ (outnumbered).
 19956 | D:3      | 19956 ||| Stepping ~*~*~tactically~*~*~ (outnumbered).
 19958 | D:3      | 19958 ||| Stepping ~*~*~tactically~*~*~ (outnumbered).
 19960 | D:3      | 19960 ||| Stepping ~*~*~tactically~*~*~ (outnumbered).
 19962 | D:3      | 19962 ||| Stepping ~*~*~tactically~*~*~ (outnumbered).
 19964 | D:3      | 19964 ||| Stepping ~*~*~tactically~*~*~ (outnumbered).
 19966 | D:3      | 19966 ||| Stepping ~*~*~tactically~*~*~ (outnumbered).
 19968 | D:3      | 19968 ||| Stepping ~*~*~tactically~*~*~ (outnumbered).
 19970 | D:3      | 19970 ||| Stepping ~*~*~tactically~*~*~ (outnumbered).
 19972 | D:3      | 19972 ||| Stepping ~*~*~tactically~*~*~ (outnumbered).
 19974 | D:3      | 19974 ||| Stepping ~*~*~tactically~*~*~ (outnumbered).
 19976 | D:3      | 19976 ||| Stepping ~*~*~tactically~*~*~ (outnumbered).
 19978 | D:3      | 19978 ||| Stepping ~*~*~tactically~*~*~ (outnumbered).
 19980 | D:3      | 19980 ||| Stepping ~*~*~tactically~*~*~ (outnumbered).
 19982 | D:3      | 19982 ||| Stepping ~*~*~tactically~*~*~ (outnumbered).
 19984 | D:3      | 19984 ||| Stepping ~*~*~tactically~*~*~ (outnumbered).
 19986 | D:3      | 19986 ||| Stepping ~*~*~tactically~*~*~ (outnumbered).
 19988 | D:3      | 19988 ||| Stepping ~*~*~tactically~*~*~ (outnumbered).
 19990 | D:3      | 19990 ||| Stepping ~*~*~tactically~*~*~ (outnumbered).
 19992 | D:3      | 19992 ||| Stepping ~*~*~tactically~*~*~ (outnumbered).
 19994 | D:3      | 19994 ||| Stepping ~*~*~tactically~*~*~ (outnumbered).
 19996 | D:3      | 19996 ||| Stepping ~*~*~tactically~*~*~ (outnumbered).
 19998 | D:3      | 19998 ||| Stepping ~*~*~tactically~*~*~ (outnumbered).
 20000 | D:3      | 20000 ||| Stepping ~*~*~tactically~*~*~ (outnumbered).
 20002 | D:3      | 20002 ||| Stepping ~*~*~tactically~*~*~ (outnumbered).
 20004 | D:3      | 20004 ||| Stepping ~*~*~tactically~*~*~ (outnumbered).
 20006 | D:3      | 20006 ||| Stepping ~*~*~tactically~*~*~ (outnumbered).
 20008 | D:3      | 20008 ||| Stepping ~*~*~tactically~*~*~ (outnumbered).
 20010 | D:3      | 20010 ||| Stepping ~*~*~tactically~*~*~ (outnumbered).
 20012 | D:3      | 20012 ||| Stepping ~*~*~tactically~*~*~ (outnumbered).
 20013 | D:3      | Touched by the power of Zot.
 20014 | D:3      | 20014 ||| Stepping ~*~*~tactically~*~*~ (outnumbered).
 20014 | D:3      | Glimpsed the power of Zot.
 20016 | D:3      | 20016 ||| Stepping ~*~*~tactically~*~*~ (outnumbered).
 20018 | D:3      | 20018 ||| Stepping ~*~*~tactically~*~*~ (outnumbered).
 20020 | D:3      | 20020 ||| Stepping ~*~*~tactically~*~*~ (outnumbered).
 20022 | D:3      | 20022 ||| Stepping ~*~*~tactically~*~*~ (outnumbered).
 20024 | D:3      | 20024 ||| Stepping ~*~*~tactically~*~*~ (outnumbered).
 20026 | D:3      | 20026 ||| Stepping ~*~*~tactically~*~*~ (outnumbered).
 20028 | D:3      | 20028 ||| Stepping ~*~*~tactically~*~*~ (outnumbered).
 20030 | D:3      | 20030 ||| Stepping ~*~*~tactically~*~*~ (outnumbered).
 20032 | D:3      | 20032 ||| Stepping ~*~*~tactically~*~*~ (outnumbered).
 20034 | D:3      | 20034 ||| Stepping ~*~*~tactically~*~*~ (outnumbered).
 20036 | D:3      | 20036 ||| Stepping ~*~*~tactically~*~*~ (outnumbered).
 20038 | D:3      | 20038 ||| Stepping ~*~*~tactically~*~*~ (outnumbered).
 20040 | D:3      | 20040 ||| Stepping ~*~*~tactically~*~*~ (outnumbered).
 20042 | D:3      | 20042 ||| Stepping ~*~*~tactically~*~*~ (outnumbered).
 20044 | D:3      | 20044 ||| Stepping ~*~*~tactically~*~*~ (outnumbered).
 20046 | D:3      | 20046 ||| Stepping ~*~*~tactically~*~*~ (outnumbered).
 20048 | D:3      | 20048 ||| Stepping ~*~*~tactically~*~*~ (outnumbered).
 20050 | D:3      | 20050 ||| Stepping ~*~*~tactically~*~*~ (outnumbered).
 20052 | D:3      | 20052 ||| Stepping ~*~*~tactically~*~*~ (outnumbered).
 20054 | D:3      | 20054 ||| Stepping ~*~*~tactically~*~*~ (outnumbered).
 20056 | D:3      | 20056 ||| Stepping ~*~*~tactically~*~*~ (outnumbered).
 20058 | D:3      | 20058 ||| Stepping ~*~*~tactically~*~*~ (outnumbered).
 20060 | D:3      | 20060 ||| Stepping ~*~*~tactically~*~*~ (outnumbered).
 20062 | D:3      | 20062 ||| Stepping ~*~*~tactically~*~*~ (outnumbered).
 20064 | D:3      | 20064 ||| Stepping ~*~*~tactically~*~*~ (outnumbered).
 20066 | D:3      | 20066 ||| Stepping ~*~*~tactically~*~*~ (outnumbered).
 20068 | D:3      | 20068 ||| Stepping ~*~*~tactically~*~*~ (outnumbered).
 20070 | D:3      | 20070 ||| Stepping ~*~*~tactically~*~*~ (outnumbered).
 20072 | D:3      | 20072 ||| Stepping ~*~*~tactically~*~*~ (outnumbered).
 20074 | D:3      | 20074 ||| Stepping ~*~*~tactically~*~*~ (outnumbered).
 20076 | D:3      | 20076 ||| Stepping ~*~*~tactically~*~*~ (outnumbered).
 20078 | D:3      | 20078 ||| Stepping ~*~*~tactically~*~*~ (outnumbered).
 20080 | D:3      | 20080 ||| Stepping ~*~*~tactically~*~*~ (outnumbered).
 20082 | D:3      | 20082 ||| Stepping ~*~*~tactically~*~*~ (outnumbered).
 20084 | D:3      | 20084 ||| Stepping ~*~*~tactically~*~*~ (outnumbered).
 20086 | D:3      | 20086 ||| Stepping ~*~*~tactically~*~*~ (outnumbered).
 20088 | D:3      | 20088 ||| Stepping ~*~*~tactically~*~*~ (outnumbered).
 20090 | D:3      | 20090 ||| Stepping ~*~*~tactically~*~*~ (outnumbered).
 20092 | D:3      | 20092 ||| Stepping ~*~*~tactically~*~*~ (outnumbered).
 20094 | D:3      | 20094 ||| Stepping ~*~*~tactically~*~*~ (outnumbered).
 20096 | D:3      | 20096 ||| Stepping ~*~*~tactically~*~*~ (outnumbered).
 20098 | D:3      | 20098 ||| Stepping ~*~*~tactically~*~*~ (outnumbered).
 20100 | D:3      | 20100 ||| Stepping ~*~*~tactically~*~*~ (outnumbered).
 20102 | D:3      | 20102 ||| Stepping ~*~*~tactically~*~*~ (outnumbered).
 20104 | D:3      | 20104 ||| Stepping ~*~*~tactically~*~*~ (outnumbered).
 20106 | D:3      | 20106 ||| Stepping ~*~*~tactically~*~*~ (outnumbered).
 20108 | D:3      | 20108 ||| Stepping ~*~*~tactically~*~*~ (outnumbered).
 20110 | D:3      | 20110 ||| Stepping ~*~*~tactically~*~*~ (outnumbered).
 20112 | D:3      | 20112 ||| Stepping ~*~*~tactically~*~*~ (outnumbered).
 20114 | D:3      | 20114 ||| Stepping ~*~*~tactically~*~*~ (outnumbered).
 20116 | D:3      | 20116 ||| Stepping ~*~*~tactically~*~*~ (outnumbered).
 20118 | D:3      | 20118 ||| Stepping ~*~*~tactically~*~*~ (outnumbered).
 20120 | D:3      | 20120 ||| Stepping ~*~*~tactically~*~*~ (outnumbered).
 20122 | D:3      | 20122 ||| Stepping ~*~*~tactically~*~*~ (outnumbered).
 20124 | D:3      | 20124 ||| Stepping ~*~*~tactically~*~*~ (outnumbered).
 20126 | D:3      | 20126 ||| Stepping ~*~*~tactically~*~*~ (outnumbered).
 20128 | D:3      | 20128 ||| Stepping ~*~*~tactically~*~*~ (outnumbered).
 20130 | D:3      | 20130 ||| Stepping ~*~*~tactically~*~*~ (outnumbered).
 20132 | D:3      | 20132 ||| Stepping ~*~*~tactically~*~*~ (outnumbered).
 20134 | D:3      | 20134 ||| Stepping ~*~*~tactically~*~*~ (outnumbered).
 20136 | D:3      | 20136 ||| Stepping ~*~*~tactically~*~*~ (outnumbered).
 20138 | D:3      | 20138 ||| Stepping ~*~*~tactically~*~*~ (outnumbered).
 20140 | D:3      | 20140 ||| Stepping ~*~*~tactically~*~*~ (outnumbered).
 20142 | D:3      | 20142 ||| Stepping ~*~*~tactically~*~*~ (outnumbered).
 20144 | D:3      | 20144 ||| Stepping ~*~*~tactically~*~*~ (outnumbered).
 20146 | D:3      | 20146 ||| Stepping ~*~*~tactically~*~*~ (outnumbered).
 20148 | D:3      | 20148 ||| Stepping ~*~*~tactically~*~*~ (outnumbered).
 20150 | D:3      | 20150 ||| Stepping ~*~*~tactically~*~*~ (outnumbered).
 20152 | D:3      | 20152 ||| Stepping ~*~*~tactically~*~*~ (outnumbered).
 20154 | D:3      | 20154 ||| Stepping ~*~*~tactically~*~*~ (outnumbered).
 20156 | D:3      | 20156 ||| Stepping ~*~*~tactically~*~*~ (outnumbered).
 20158 | D:3      | 20158 ||| Stepping ~*~*~tactically~*~*~ (outnumbered).
 20160 | D:3      | 20160 ||| Stepping ~*~*~tactically~*~*~ (outnumbered).
 20162 | D:3      | 20162 ||| Stepping ~*~*~tactically~*~*~ (outnumbered).
 20164 | D:3      | 20164 ||| Stepping ~*~*~tactically~*~*~ (outnumbered).
 20166 | D:3      | 20166 ||| Stepping ~*~*~tactically~*~*~ (outnumbered).
 20168 | D:3      | 20168 ||| Stepping ~*~*~tactically~*~*~ (outnumbered).
 20170 | D:3      | 20170 ||| Stepping ~*~*~tactically~*~*~ (outnumbered).
 20172 | D:3      | 20172 ||| Stepping ~*~*~tactically~*~*~ (outnumbered).
 20174 | D:3      | 20174 ||| Stepping ~*~*~tactically~*~*~ (outnumbered).
 20176 | D:3      | 20176 ||| Stepping ~*~*~tactically~*~*~ (outnumbered).
 20178 | D:3      | 20178 ||| Stepping ~*~*~tactically~*~*~ (outnumbered).
 20180 | D:3      | 20180 ||| Stepping ~*~*~tactically~*~*~ (outnumbered).
 20182 | D:3      | 20182 ||| Stepping ~*~*~tactically~*~*~ (outnumbered).
 20184 | D:3      | 20184 ||| Stepping ~*~*~tactically~*~*~ (outnumbered).
 20186 | D:3      | 20186 ||| Stepping ~*~*~tactically~*~*~ (outnumbered).
 20188 | D:3      | 20188 ||| Stepping ~*~*~tactically~*~*~ (outnumbered).
 20190 | D:3      | 20190 ||| Stepping ~*~*~tactically~*~*~ (outnumbered).
 20192 | D:3      | 20192 ||| Stepping ~*~*~tactically~*~*~ (outnumbered).
 20194 | D:3      | 20194 ||| Stepping ~*~*~tactically~*~*~ (outnumbered).
 20196 | D:3      | 20196 ||| Stepping ~*~*~tactically~*~*~ (outnumbered).
 20198 | D:3      | 20198 ||| Stepping ~*~*~tactically~*~*~ (outnumbered).
 20200 | D:3      | 20200 ||| Stepping ~*~*~tactically~*~*~ (outnumbered).
 20202 | D:3      | 20202 ||| Stepping ~*~*~tactically~*~*~ (outnumbered).
 20204 | D:3      | 20204 ||| Stepping ~*~*~tactically~*~*~ (outnumbered).
 20206 | D:3      | 20206 ||| Stepping ~*~*~tactically~*~*~ (outnumbered).
 20208 | D:3      | 20208 ||| Stepping ~*~*~tactically~*~*~ (outnumbered).
 20210 | D:3      | 20210 ||| Stepping ~*~*~tactically~*~*~ (outnumbered).
 20212 | D:3      | 20212 ||| Stepping ~*~*~tactically~*~*~ (outnumbered).
 20214 | D:3      | 20214 ||| Stepping ~*~*~tactically~*~*~ (outnumbered).
 20216 | D:3      | 20216 ||| Stepping ~*~*~tactically~*~*~ (outnumbered).
 20218 | D:3      | 20218 ||| Stepping ~*~*~tactically~*~*~ (outnumbered).
 20220 | D:3      | 20220 ||| Stepping ~*~*~tactically~*~*~ (outnumbered).
 20222 | D:3      | 20222 ||| Stepping ~*~*~tactically~*~*~ (outnumbered).
 20224 | D:3      | 20224 ||| Stepping ~*~*~tactically~*~*~ (outnumbered).
 20226 | D:3      | 20226 ||| Stepping ~*~*~tactically~*~*~ (outnumbered).
 20228 | D:3      | 20228 ||| Stepping ~*~*~tactically~*~*~ (outnumbered).
 20230 | D:3      | 20230 ||| Stepping ~*~*~tactically~*~*~ (outnumbered).
 20232 | D:3      | 20232 ||| Stepping ~*~*~tactically~*~*~ (outnumbered).
 20234 | D:3      | 20234 ||| Stepping ~*~*~tactically~*~*~ (outnumbered).
 20236 | D:3      | 20236 ||| Stepping ~*~*~tactically~*~*~ (outnumbered).
 20238 | D:3      | 20238 ||| Stepping ~*~*~tactically~*~*~ (outnumbered).
 20240 | D:3      | 20240 ||| Stepping ~*~*~tactically~*~*~ (outnumbered).
 20242 | D:3      | 20242 ||| Stepping ~*~*~tactically~*~*~ (outnumbered).
 20244 | D:3      | 20244 ||| Stepping ~*~*~tactically~*~*~ (outnumbered).
 20246 | D:3      | 20246 ||| Stepping ~*~*~tactically~*~*~ (outnumbered).
 20248 | D:3      | 20248 ||| Stepping ~*~*~tactically~*~*~ (outnumbered).
 20250 | D:3      | 20250 ||| Stepping ~*~*~tactically~*~*~ (outnumbered).
 20252 | D:3      | 20252 ||| Stepping ~*~*~tactically~*~*~ (outnumbered).
 20254 | D:3      | 20254 ||| Stepping ~*~*~tactically~*~*~ (outnumbered).
 20256 | D:3      | 20256 ||| Stepping ~*~*~tactically~*~*~ (outnumbered).
 20258 | D:3      | 20258 ||| Stepping ~*~*~tactically~*~*~ (outnumbered).
 20260 | D:3      | 20260 ||| Stepping ~*~*~tactically~*~*~ (outnumbered).
 20262 | D:3      | 20262 ||| Stepping ~*~*~tactically~*~*~ (outnumbered).
 20264 | D:3      | 20264 ||| Stepping ~*~*~tactically~*~*~ (outnumbered).
 20266 | D:3      | 20266 ||| Stepping ~*~*~tactically~*~*~ (outnumbered).
 20268 | D:3      | 20268 ||| Stepping ~*~*~tactically~*~*~ (outnumbered).
 20270 | D:3      | 20270 ||| Stepping ~*~*~tactically~*~*~ (outnumbered).
 20272 | D:3      | 20272 ||| Stepping ~*~*~tactically~*~*~ (outnumbered).
 20274 | D:3      | 20274 ||| Stepping ~*~*~tactically~*~*~ (outnumbered).
 20276 | D:3      | 20276 ||| Stepping ~*~*~tactically~*~*~ (outnumbered).
 20278 | D:3      | 20278 ||| Stepping ~*~*~tactically~*~*~ (outnumbered).
 20280 | D:3      | 20280 ||| Stepping ~*~*~tactically~*~*~ (outnumbered).
 20282 | D:3      | 20282 ||| Stepping ~*~*~tactically~*~*~ (outnumbered).
 20284 | D:3      | 20284 ||| Stepping ~*~*~tactically~*~*~ (outnumbered).
 20286 | D:3      | 20286 ||| Stepping ~*~*~tactically~*~*~ (outnumbered).
 20288 | D:3      | 20288 ||| Stepping ~*~*~tactically~*~*~ (outnumbered).
 20290 | D:3      | 20290 ||| Stepping ~*~*~tactically~*~*~ (outnumbered).
 20292 | D:3      | 20292 ||| Stepping ~*~*~tactically~*~*~ (outnumbered).
 20294 | D:3      | 20294 ||| Stepping ~*~*~tactically~*~*~ (outnumbered).
 20296 | D:3      | 20296 ||| Stepping ~*~*~tactically~*~*~ (outnumbered).
 20298 | D:3      | 20298 ||| Stepping ~*~*~tactically~*~*~ (outnumbered).
 20300 | D:3      | 20300 ||| Stepping ~*~*~tactically~*~*~ (outnumbered).
 20302 | D:3      | 20302 ||| Stepping ~*~*~tactically~*~*~ (outnumbered).
 20304 | D:3      | 20304 ||| Stepping ~*~*~tactically~*~*~ (outnumbered).
 20306 | D:3      | 20306 ||| Stepping ~*~*~tactically~*~*~ (outnumbered).
 20308 | D:3      | 20308 ||| Stepping ~*~*~tactically~*~*~ (outnumbered).
 20310 | D:3      | 20310 ||| Stepping ~*~*~tactically~*~*~ (outnumbered).
 20312 | D:3      | 20312 ||| Stepping ~*~*~tactically~*~*~ (outnumbered).
 20314 | D:3      | 20314 ||| Stepping ~*~*~tactically~*~*~ (outnumbered).
 20316 | D:3      | 20316 ||| Stepping ~*~*~tactically~*~*~ (outnumbered).
 20318 | D:3      | 20318 ||| Stepping ~*~*~tactically~*~*~ (outnumbered).
 20320 | D:3      | 20320 ||| Stepping ~*~*~tactically~*~*~ (outnumbered).
 20322 | D:3      | 20322 ||| Stepping ~*~*~tactically~*~*~ (outnumbered).
 20324 | D:3      | 20324 ||| Stepping ~*~*~tactically~*~*~ (outnumbered).
 20326 | D:3      | 20326 ||| Stepping ~*~*~tactically~*~*~ (outnumbered).
 20328 | D:3      | 20328 ||| Stepping ~*~*~tactically~*~*~ (outnumbered).
 20330 | D:3      | 20330 ||| Stepping ~*~*~tactically~*~*~ (outnumbered).
 20332 | D:3      | 20332 ||| Stepping ~*~*~tactically~*~*~ (outnumbered).
 20334 | D:3      | 20334 ||| Stepping ~*~*~tactically~*~*~ (outnumbered).
 20336 | D:3      | 20336 ||| Stepping ~*~*~tactically~*~*~ (outnumbered).
 20338 | D:3      | 20338 ||| Stepping ~*~*~tactically~*~*~ (outnumbered).
 20340 | D:3      | 20340 ||| Stepping ~*~*~tactically~*~*~ (outnumbered).
 20342 | D:3      | 20342 ||| Stepping ~*~*~tactically~*~*~ (outnumbered).
 20344 | D:3      | 20344 ||| Stepping ~*~*~tactically~*~*~ (outnumbered).
 20346 | D:3      | 20346 ||| Stepping ~*~*~tactically~*~*~ (outnumbered).
 20348 | D:3      | 20348 ||| Stepping ~*~*~tactically~*~*~ (outnumbered).
 20350 | D:3      | 20350 ||| Stepping ~*~*~tactically~*~*~ (outnumbered).
 20352 | D:3      | 20352 ||| Stepping ~*~*~tactically~*~*~ (outnumbered).
 20354 | D:3      | 20354 ||| Stepping ~*~*~tactically~*~*~ (outnumbered).
 20356 | D:3      | 20356 ||| Stepping ~*~*~tactically~*~*~ (outnumbered).
 20358 | D:3      | 20358 ||| Stepping ~*~*~tactically~*~*~ (outnumbered).
 20360 | D:3      | 20360 ||| Stepping ~*~*~tactically~*~*~ (outnumbered).
 20362 | D:3      | 20362 ||| Stepping ~*~*~tactically~*~*~ (outnumbered).
 20364 | D:3      | 20364 ||| Stepping ~*~*~tactically~*~*~ (outnumbered).
 20366 | D:3      | 20366 ||| Stepping ~*~*~tactically~*~*~ (outnumbered).
 20368 | D:3      | 20368 ||| Stepping ~*~*~tactically~*~*~ (outnumbered).
 20370 | D:3      | 20370 ||| Stepping ~*~*~tactically~*~*~ (outnumbered).
 20372 | D:3      | 20372 ||| Stepping ~*~*~tactically~*~*~ (outnumbered).
 20374 | D:3      | 20374 ||| Stepping ~*~*~tactically~*~*~ (outnumbered).
 20376 | D:3      | 20376 ||| Stepping ~*~*~tactically~*~*~ (outnumbered).
 20378 | D:3      | 20378 ||| Stepping ~*~*~tactically~*~*~ (outnumbered).
 20380 | D:3      | 20380 ||| Stepping ~*~*~tactically~*~*~ (outnumbered).
 20382 | D:3      | 20382 ||| Stepping ~*~*~tactically~*~*~ (outnumbered).
 20384 | D:3      | 20384 ||| Stepping ~*~*~tactically~*~*~ (outnumbered).
 20386 | D:3      | 20386 ||| Stepping ~*~*~tactically~*~*~ (outnumbered).
 20388 | D:3      | 20388 ||| Stepping ~*~*~tactically~*~*~ (outnumbered).
 20390 | D:3      | 20390 ||| Stepping ~*~*~tactically~*~*~ (outnumbered).
 20392 | D:3      | 20392 ||| Stepping ~*~*~tactically~*~*~ (outnumbered).
 20394 | D:3      | 20394 ||| Stepping ~*~*~tactically~*~*~ (outnumbered).
 20396 | D:3      | 20396 ||| Stepping ~*~*~tactically~*~*~ (outnumbered).
 20398 | D:3      | 20398 ||| Stepping ~*~*~tactically~*~*~ (outnumbered).
 20400 | D:3      | 20400 ||| Stepping ~*~*~tactically~*~*~ (outnumbered).
 20402 | D:3      | 20402 ||| Stepping ~*~*~tactically~*~*~ (outnumbered).
 20404 | D:3      | 20404 ||| Stepping ~*~*~tactically~*~*~ (outnumbered).
 20406 | D:3      | 20406 ||| Stepping ~*~*~tactically~*~*~ (outnumbered).
 20408 | D:3      | 20408 ||| Stepping ~*~*~tactically~*~*~ (outnumbered).
 20410 | D:3      | 20410 ||| Stepping ~*~*~tactically~*~*~ (outnumbered).
 20412 | D:3      | 20412 ||| Stepping ~*~*~tactically~*~*~ (outnumbered).
 20414 | D:3      | 20414 ||| Stepping ~*~*~tactically~*~*~ (outnumbered).
 20416 | D:3      | 20416 ||| Stepping ~*~*~tactically~*~*~ (outnumbered).
 20418 | D:3      | 20418 ||| Stepping ~*~*~tactically~*~*~ (outnumbered).
 20420 | D:3      | 20420 ||| Stepping ~*~*~tactically~*~*~ (outnumbered).
 20422 | D:3      | 20422 ||| Stepping ~*~*~tactically~*~*~ (outnumbered).
 20424 | D:3      | 20424 ||| Stepping ~*~*~tactically~*~*~ (outnumbered).
 20426 | D:3      | 20426 ||| Stepping ~*~*~tactically~*~*~ (outnumbered).
 20428 | D:3      | 20428 ||| Stepping ~*~*~tactically~*~*~ (outnumbered).
 20430 | D:3      | 20430 ||| Stepping ~*~*~tactically~*~*~ (outnumbered).
 20432 | D:3      | 20432 ||| Stepping ~*~*~tactically~*~*~ (outnumbered).
 20434 | D:3      | 20434 ||| Stepping ~*~*~tactically~*~*~ (outnumbered).
 20436 | D:3      | 20436 ||| Stepping ~*~*~tactically~*~*~ (outnumbered).
 20438 | D:3      | 20438 ||| Stepping ~*~*~tactically~*~*~ (outnumbered).
 20440 | D:3      | 20440 ||| Stepping ~*~*~tactically~*~*~ (outnumbered).
 20442 | D:3      | 20442 ||| Stepping ~*~*~tactically~*~*~ (outnumbered).
 20444 | D:3      | 20444 ||| Stepping ~*~*~tactically~*~*~ (outnumbered).
 20446 | D:3      | 20446 ||| Stepping ~*~*~tactically~*~*~ (outnumbered).
 20448 | D:3      | 20448 ||| Stepping ~*~*~tactically~*~*~ (outnumbered).
 20450 | D:3      | 20450 ||| Stepping ~*~*~tactically~*~*~ (outnumbered).
 20452 | D:3      | 20452 ||| Stepping ~*~*~tactically~*~*~ (outnumbered).
 20454 | D:3      | 20454 ||| Stepping ~*~*~tactically~*~*~ (outnumbered).
 20456 | D:3      | 20456 ||| Stepping ~*~*~tactically~*~*~ (outnumbered).
 20458 | D:3      | 20458 ||| Stepping ~*~*~tactically~*~*~ (outnumbered).
 20460 | D:3      | 20460 ||| Stepping ~*~*~tactically~*~*~ (outnumbered).
 20462 | D:3      | 20462 ||| Stepping ~*~*~tactically~*~*~ (outnumbered).
 20464 | D:3      | 20464 ||| Stepping ~*~*~tactically~*~*~ (outnumbered).
 20466 | D:3      | 20466 ||| Stepping ~*~*~tactically~*~*~ (outnumbered).
 20468 | D:3      | 20468 ||| Stepping ~*~*~tactically~*~*~ (outnumbered).
 20470 | D:3      | 20470 ||| Stepping ~*~*~tactically~*~*~ (outnumbered).
 20472 | D:3      | 20472 ||| Stepping ~*~*~tactically~*~*~ (outnumbered).
 20474 | D:3      | 20474 ||| Stepping ~*~*~tactically~*~*~ (outnumbered).
 20476 | D:3      | 20476 ||| Stepping ~*~*~tactically~*~*~ (outnumbered).
 20478 | D:3      | 20478 ||| Stepping ~*~*~tactically~*~*~ (outnumbered).
 20480 | D:3      | 20480 ||| Stepping ~*~*~tactically~*~*~ (outnumbered).
 20482 | D:3      | 20482 ||| Stepping ~*~*~tactically~*~*~ (outnumbered).
 20484 | D:3      | 20484 ||| Stepping ~*~*~tactically~*~*~ (outnumbered).
 20486 | D:3      | 20486 ||| Stepping ~*~*~tactically~*~*~ (outnumbered).
 20488 | D:3      | 20488 ||| Stepping ~*~*~tactically~*~*~ (outnumbered).
 20490 | D:3      | 20490 ||| Stepping ~*~*~tactically~*~*~ (outnumbered).
 20492 | D:3      | 20492 ||| Stepping ~*~*~tactically~*~*~ (outnumbered).
 20494 | D:3      | 20494 ||| Stepping ~*~*~tactically~*~*~ (outnumbered).
 20496 | D:3      | 20496 ||| Stepping ~*~*~tactically~*~*~ (outnumbered).
 20498 | D:3      | 20498 ||| Stepping ~*~*~tactically~*~*~ (outnumbered).
 20500 | D:3      | 20500 ||| Stepping ~*~*~tactically~*~*~ (outnumbered).
 20502 | D:3      | 20502 ||| Stepping ~*~*~tactically~*~*~ (outnumbered).
 20504 | D:3      | 20504 ||| Stepping ~*~*~tactically~*~*~ (outnumbered).
 20506 | D:3      | 20506 ||| Stepping ~*~*~tactically~*~*~ (outnumbered).
 20508 | D:3      | 20508 ||| Stepping ~*~*~tactically~*~*~ (outnumbered).
 20510 | D:3      | 20510 ||| Stepping ~*~*~tactically~*~*~ (outnumbered).
 20512 | D:3      | 20512 ||| Stepping ~*~*~tactically~*~*~ (outnumbered).
 20514 | D:3      | 20514 ||| Stepping ~*~*~tactically~*~*~ (outnumbered).
 20514 | D:3      | Glimpsed the power of Zot.
 20516 | D:3      | 20516 ||| Stepping ~*~*~tactically~*~*~ (outnumbered).
 20518 | D:3      | 20518 ||| Stepping ~*~*~tactically~*~*~ (outnumbered).
 20520 | D:3      | 20520 ||| Stepping ~*~*~tactically~*~*~ (outnumbered).
 20522 | D:3      | 20522 ||| Stepping ~*~*~tactically~*~*~ (outnumbered).
 20524 | D:3      | 20524 ||| Stepping ~*~*~tactically~*~*~ (outnumbered).
 20526 | D:3      | 20526 ||| Stepping ~*~*~tactically~*~*~ (outnumbered).
 20528 | D:3      | 20528 ||| Stepping ~*~*~tactically~*~*~ (outnumbered).
 20530 | D:3      | 20530 ||| Stepping ~*~*~tactically~*~*~ (outnumbered).
 20532 | D:3      | 20532 ||| Stepping ~*~*~tactically~*~*~ (outnumbered).
 20534 | D:3      | 20534 ||| Stepping ~*~*~tactically~*~*~ (outnumbered).
 20536 | D:3      | 20536 ||| Stepping ~*~*~tactically~*~*~ (outnumbered).
 20538 | D:3      | 20538 ||| Stepping ~*~*~tactically~*~*~ (outnumbered).
 20540 | D:3      | 20540 ||| Stepping ~*~*~tactically~*~*~ (outnumbered).
 20542 | D:3      | 20542 ||| Stepping ~*~*~tactically~*~*~ (outnumbered).
 20544 | D:3      | 20544 ||| Stepping ~*~*~tactically~*~*~ (outnumbered).
 20546 | D:3      | 20546 ||| Stepping ~*~*~tactically~*~*~ (outnumbered).
 20548 | D:3      | 20548 ||| Stepping ~*~*~tactically~*~*~ (outnumbered).
 20550 | D:3      | 20550 ||| Stepping ~*~*~tactically~*~*~ (outnumbered).
 20552 | D:3      | 20552 ||| Stepping ~*~*~tactically~*~*~ (outnumbered).
 20554 | D:3      | 20554 ||| Stepping ~*~*~tactically~*~*~ (outnumbered).
 20556 | D:3      | 20556 ||| Stepping ~*~*~tactically~*~*~ (outnumbered).
 20558 | D:3      | 20558 ||| Stepping ~*~*~tactically~*~*~ (outnumbered).
 20560 | D:3      | 20560 ||| Stepping ~*~*~tactically~*~*~ (outnumbered).
 20562 | D:3      | 20562 ||| Stepping ~*~*~tactically~*~*~ (outnumbered).
 20564 | D:3      | 20564 ||| Stepping ~*~*~tactically~*~*~ (outnumbered).
 20566 | D:3      | 20566 ||| Stepping ~*~*~tactically~*~*~ (outnumbered).
 20568 | D:3      | 20568 ||| Stepping ~*~*~tactically~*~*~ (outnumbered).
 20570 | D:3      | 20570 ||| Stepping ~*~*~tactically~*~*~ (outnumbered).
 20572 | D:3      | 20572 ||| Stepping ~*~*~tactically~*~*~ (outnumbered).
 20574 | D:3      | 20574 ||| Stepping ~*~*~tactically~*~*~ (outnumbered).
 20576 | D:3      | 20576 ||| Stepping ~*~*~tactically~*~*~ (outnumbered).
 20578 | D:3      | 20578 ||| Stepping ~*~*~tactically~*~*~ (outnumbered).
 20580 | D:3      | 20580 ||| Stepping ~*~*~tactically~*~*~ (outnumbered).
 20582 | D:3      | 20582 ||| Stepping ~*~*~tactically~*~*~ (outnumbered).
 20584 | D:3      | 20584 ||| Stepping ~*~*~tactically~*~*~ (outnumbered).
 20586 | D:3      | 20586 ||| Stepping ~*~*~tactically~*~*~ (outnumbered).
 20588 | D:3      | 20588 ||| Stepping ~*~*~tactically~*~*~ (outnumbered).
 20590 | D:3      | 20590 ||| Stepping ~*~*~tactically~*~*~ (outnumbered).
 20592 | D:3      | 20592 ||| Stepping ~*~*~tactically~*~*~ (outnumbered).
 20594 | D:3      | 20594 ||| Stepping ~*~*~tactically~*~*~ (outnumbered).
 20596 | D:3      | 20596 ||| Stepping ~*~*~tactically~*~*~ (outnumbered).
 20598 | D:3      | 20598 ||| Stepping ~*~*~tactically~*~*~ (outnumbered).
 20600 | D:3      | 20600 ||| Stepping ~*~*~tactically~*~*~ (outnumbered).
 20602 | D:3      | 20602 ||| Stepping ~*~*~tactically~*~*~ (outnumbered).
 20604 | D:3      | 20604 ||| Stepping ~*~*~tactically~*~*~ (outnumbered).
 20606 | D:3      | 20606 ||| Stepping ~*~*~tactically~*~*~ (outnumbered).
 20608 | D:3      | 20608 ||| Stepping ~*~*~tactically~*~*~ (outnumbered).
 20610 | D:3      | 20610 ||| Stepping ~*~*~tactically~*~*~ (outnumbered).
 20612 | D:3      | 20612 ||| Stepping ~*~*~tactically~*~*~ (outnumbered).
 20614 | D:3      | 20614 ||| Stepping ~*~*~tactically~*~*~ (outnumbered).
 20616 | D:3      | 20616 ||| Stepping ~*~*~tactically~*~*~ (outnumbered).
 20618 | D:3      | 20618 ||| Stepping ~*~*~tactically~*~*~ (outnumbered).
 20620 | D:3      | 20620 ||| Stepping ~*~*~tactically~*~*~ (outnumbered).
 20622 | D:3      | 20622 ||| Stepping ~*~*~tactically~*~*~ (outnumbered).
 20624 | D:3      | 20624 ||| Stepping ~*~*~tactically~*~*~ (outnumbered).
 20626 | D:3      | 20626 ||| Stepping ~*~*~tactically~*~*~ (outnumbered).
 20628 | D:3      | 20628 ||| Stepping ~*~*~tactically~*~*~ (outnumbered).
 20630 | D:3      | 20630 ||| Stepping ~*~*~tactically~*~*~ (outnumbered).
 20632 | D:3      | 20632 ||| Stepping ~*~*~tactically~*~*~ (outnumbered).
 20634 | D:3      | 20634 ||| Stepping ~*~*~tactically~*~*~ (outnumbered).
 20636 | D:3      | 20636 ||| Stepping ~*~*~tactically~*~*~ (outnumbered).
 20638 | D:3      | 20638 ||| Stepping ~*~*~tactically~*~*~ (outnumbered).
 20640 | D:3      | 20640 ||| Stepping ~*~*~tactically~*~*~ (outnumbered).
 20642 | D:3      | 20642 ||| Stepping ~*~*~tactically~*~*~ (outnumbered).
 20644 | D:3      | 20644 ||| Stepping ~*~*~tactically~*~*~ (outnumbered).
 20646 | D:3      | 20646 ||| Stepping ~*~*~tactically~*~*~ (outnumbered).
 20648 | D:3      | 20648 ||| Stepping ~*~*~tactically~*~*~ (outnumbered).
 20650 | D:3      | 20650 ||| Stepping ~*~*~tactically~*~*~ (outnumbered).
 20652 | D:3      | 20652 ||| Stepping ~*~*~tactically~*~*~ (outnumbered).
 20654 | D:3      | 20654 ||| Stepping ~*~*~tactically~*~*~ (outnumbered).
 20656 | D:3      | 20656 ||| Stepping ~*~*~tactically~*~*~ (outnumbered).
 20658 | D:3      | 20658 ||| Stepping ~*~*~tactically~*~*~ (outnumbered).
 20660 | D:3      | 20660 ||| Stepping ~*~*~tactically~*~*~ (outnumbered).
 20662 | D:3      | 20662 ||| Stepping ~*~*~tactically~*~*~ (outnumbered).
 20664 | D:3      | 20664 ||| Stepping ~*~*~tactically~*~*~ (outnumbered).
 20666 | D:3      | 20666 ||| Stepping ~*~*~tactically~*~*~ (outnumbered).
 20668 | D:3      | 20668 ||| Stepping ~*~*~tactically~*~*~ (outnumbered).
 20670 | D:3      | 20670 ||| Stepping ~*~*~tactically~*~*~ (outnumbered).
 20672 | D:3      | 20672 ||| Stepping ~*~*~tactically~*~*~ (outnumbered).
 20674 | D:3      | 20674 ||| Stepping ~*~*~tactically~*~*~ (outnumbered).
 20676 | D:3      | 20676 ||| Stepping ~*~*~tactically~*~*~ (outnumbered).
 20678 | D:3      | 20678 ||| Stepping ~*~*~tactically~*~*~ (outnumbered).
 20680 | D:3      | 20680 ||| Stepping ~*~*~tactically~*~*~ (outnumbered).
 20682 | D:3      | 20682 ||| Stepping ~*~*~tactically~*~*~ (outnumbered).
 20684 | D:3      | 20684 ||| Stepping ~*~*~tactically~*~*~ (outnumbered).
 20686 | D:3      | 20686 ||| Stepping ~*~*~tactically~*~*~ (outnumbered).
 20688 | D:3      | 20688 ||| Stepping ~*~*~tactically~*~*~ (outnumbered).
 20690 | D:3      | 20690 ||| Stepping ~*~*~tactically~*~*~ (outnumbered).
 20692 | D:3      | 20692 ||| Stepping ~*~*~tactically~*~*~ (outnumbered).
 20694 | D:3      | 20694 ||| Stepping ~*~*~tactically~*~*~ (outnumbered).
 20696 | D:3      | 20696 ||| Stepping ~*~*~tactically~*~*~ (outnumbered).
 20698 | D:3      | 20698 ||| Stepping ~*~*~tactically~*~*~ (outnumbered).
 20700 | D:3      | 20700 ||| Stepping ~*~*~tactically~*~*~ (outnumbered).
 20702 | D:3      | 20702 ||| Stepping ~*~*~tactically~*~*~ (outnumbered).
 20704 | D:3      | 20704 ||| Stepping ~*~*~tactically~*~*~ (outnumbered).
 20706 | D:3      | 20706 ||| Stepping ~*~*~tactically~*~*~ (outnumbered).
 20708 | D:3      | 20708 ||| Stepping ~*~*~tactically~*~*~ (outnumbered).
 20710 | D:3      | 20710 ||| Stepping ~*~*~tactically~*~*~ (outnumbered).
 20712 | D:3      | 20712 ||| Stepping ~*~*~tactically~*~*~ (outnumbered).
 20714 | D:3      | 20714 ||| Stepping ~*~*~tactically~*~*~ (outnumbered).
 20716 | D:3      | 20716 ||| Stepping ~*~*~tactically~*~*~ (outnumbered).
 20718 | D:3      | 20718 ||| Stepping ~*~*~tactically~*~*~ (outnumbered).
 20720 | D:3      | 20720 ||| Stepping ~*~*~tactically~*~*~ (outnumbered).
 20722 | D:3      | 20722 ||| Stepping ~*~*~tactically~*~*~ (outnumbered).
 20724 | D:3      | 20724 ||| Stepping ~*~*~tactically~*~*~ (outnumbered).
 20726 | D:3      | 20726 ||| Stepping ~*~*~tactically~*~*~ (outnumbered).
 20728 | D:3      | 20728 ||| Stepping ~*~*~tactically~*~*~ (outnumbered).
 20730 | D:3      | 20730 ||| Stepping ~*~*~tactically~*~*~ (outnumbered).
 20732 | D:3      | 20732 ||| Stepping ~*~*~tactically~*~*~ (outnumbered).
 20734 | D:3      | 20734 ||| Stepping ~*~*~tactically~*~*~ (outnumbered).
 20736 | D:3      | 20736 ||| Stepping ~*~*~tactically~*~*~ (outnumbered).
 20738 | D:3      | 20738 ||| Stepping ~*~*~tactically~*~*~ (outnumbered).
 20740 | D:3      | 20740 ||| Stepping ~*~*~tactically~*~*~ (outnumbered).
 20742 | D:3      | 20742 ||| Stepping ~*~*~tactically~*~*~ (outnumbered).
 20744 | D:3      | 20744 ||| Stepping ~*~*~tactically~*~*~ (outnumbered).
 20746 | D:3      | 20746 ||| Stepping ~*~*~tactically~*~*~ (outnumbered).
 20748 | D:3      | 20748 ||| Stepping ~*~*~tactically~*~*~ (outnumbered).
 20750 | D:3      | 20750 ||| Stepping ~*~*~tactically~*~*~ (outnumbered).
 20752 | D:3      | 20752 ||| Stepping ~*~*~tactically~*~*~ (outnumbered).
 20754 | D:3      | 20754 ||| Stepping ~*~*~tactically~*~*~ (outnumbered).
 20756 | D:3      | 20756 ||| Stepping ~*~*~tactically~*~*~ (outnumbered).
 20758 | D:3      | 20758 ||| Stepping ~*~*~tactically~*~*~ (outnumbered).
 20760 | D:3      | 20760 ||| Stepping ~*~*~tactically~*~*~ (outnumbered).
 20762 | D:3      | 20762 ||| Stepping ~*~*~tactically~*~*~ (outnumbered).
 20764 | D:3      | 20764 ||| Stepping ~*~*~tactically~*~*~ (outnumbered).
 20766 | D:3      | 20766 ||| Stepping ~*~*~tactically~*~*~ (outnumbered).
 20768 | D:3      | 20768 ||| Stepping ~*~*~tactically~*~*~ (outnumbered).
 20770 | D:3      | 20770 ||| Stepping ~*~*~tactically~*~*~ (outnumbered).
 20772 | D:3      | 20772 ||| Stepping ~*~*~tactically~*~*~ (outnumbered).
 20774 | D:3      | 20774 ||| Stepping ~*~*~tactically~*~*~ (outnumbered).
 20776 | D:3      | 20776 ||| Stepping ~*~*~tactically~*~*~ (outnumbered).
 20778 | D:3      | 20778 ||| Stepping ~*~*~tactically~*~*~ (outnumbered).
 20780 | D:3      | 20780 ||| Stepping ~*~*~tactically~*~*~ (outnumbered).
 20782 | D:3      | 20782 ||| Stepping ~*~*~tactically~*~*~ (outnumbered).
 20784 | D:3      | 20784 ||| Stepping ~*~*~tactically~*~*~ (outnumbered).
 20786 | D:3      | 20786 ||| Stepping ~*~*~tactically~*~*~ (outnumbered).
 20788 | D:3      | 20788 ||| Stepping ~*~*~tactically~*~*~ (outnumbered).
 20790 | D:3      | 20790 ||| Stepping ~*~*~tactically~*~*~ (outnumbered).
 20792 | D:3      | 20792 ||| Stepping ~*~*~tactically~*~*~ (outnumbered).
 20794 | D:3      | 20794 ||| Stepping ~*~*~tactically~*~*~ (outnumbered).
 20796 | D:3      | 20796 ||| Stepping ~*~*~tactically~*~*~ (outnumbered).
 20798 | D:3      | 20798 ||| Stepping ~*~*~tactically~*~*~ (outnumbered).
 20800 | D:3      | 20800 ||| Stepping ~*~*~tactically~*~*~ (outnumbered).
 20802 | D:3      | 20802 ||| Stepping ~*~*~tactically~*~*~ (outnumbered).
 20804 | D:3      | 20804 ||| Stepping ~*~*~tactically~*~*~ (outnumbered).
 20806 | D:3      | 20806 ||| Stepping ~*~*~tactically~*~*~ (outnumbered).
 20808 | D:3      | 20808 ||| Stepping ~*~*~tactically~*~*~ (outnumbered).
 20810 | D:3      | 20810 ||| Stepping ~*~*~tactically~*~*~ (outnumbered).
 20812 | D:3      | 20812 ||| Stepping ~*~*~tactically~*~*~ (outnumbered).
 20814 | D:3      | 20814 ||| Stepping ~*~*~tactically~*~*~ (outnumbered).
 20816 | D:3      | 20816 ||| Stepping ~*~*~tactically~*~*~ (outnumbered).
 20818 | D:3      | 20818 ||| Stepping ~*~*~tactically~*~*~ (outnumbered).
 20820 | D:3      | 20820 ||| Stepping ~*~*~tactically~*~*~ (outnumbered).
 20822 | D:3      | 20822 ||| Stepping ~*~*~tactically~*~*~ (outnumbered).
 20824 | D:3      | 20824 ||| Stepping ~*~*~tactically~*~*~ (outnumbered).
 20826 | D:3      | 20826 ||| Stepping ~*~*~tactically~*~*~ (outnumbered).
 20828 | D:3      | 20828 ||| Stepping ~*~*~tactically~*~*~ (outnumbered).
 20830 | D:3      | 20830 ||| Stepping ~*~*~tactically~*~*~ (outnumbered).
 20832 | D:3      | 20832 ||| Stepping ~*~*~tactically~*~*~ (outnumbered).
 20834 | D:3      | 20834 ||| Stepping ~*~*~tactically~*~*~ (outnumbered).
 20836 | D:3      | 20836 ||| Stepping ~*~*~tactically~*~*~ (outnumbered).
 20838 | D:3      | 20838 ||| Stepping ~*~*~tactically~*~*~ (outnumbered).
 20840 | D:3      | 20840 ||| Stepping ~*~*~tactically~*~*~ (outnumbered).
 20842 | D:3      | 20842 ||| Stepping ~*~*~tactically~*~*~ (outnumbered).
 20844 | D:3      | 20844 ||| Stepping ~*~*~tactically~*~*~ (outnumbered).
 20846 | D:3      | 20846 ||| Stepping ~*~*~tactically~*~*~ (outnumbered).
 20848 | D:3      | 20848 ||| Stepping ~*~*~tactically~*~*~ (outnumbered).
 20850 | D:3      | 20850 ||| Stepping ~*~*~tactically~*~*~ (outnumbered).
 20852 | D:3      | 20852 ||| Stepping ~*~*~tactically~*~*~ (outnumbered).
 20854 | D:3      | 20854 ||| Stepping ~*~*~tactically~*~*~ (outnumbered).
 20856 | D:3      | 20856 ||| Stepping ~*~*~tactically~*~*~ (outnumbered).
 20858 | D:3      | 20858 ||| Stepping ~*~*~tactically~*~*~ (outnumbered).
 20860 | D:3      | 20860 ||| Stepping ~*~*~tactically~*~*~ (outnumbered).
 20862 | D:3      | 20862 ||| Stepping ~*~*~tactically~*~*~ (outnumbered).
 20864 | D:3      | 20864 ||| Stepping ~*~*~tactically~*~*~ (outnumbered).
 20866 | D:3      | 20866 ||| Stepping ~*~*~tactically~*~*~ (outnumbered).
 20868 | D:3      | 20868 ||| Stepping ~*~*~tactically~*~*~ (outnumbered).
 20870 | D:3      | 20870 ||| Stepping ~*~*~tactically~*~*~ (outnumbered).
 20872 | D:3      | 20872 ||| Stepping ~*~*~tactically~*~*~ (outnumbered).
 20874 | D:3      | 20874 ||| Stepping ~*~*~tactically~*~*~ (outnumbered).
 20876 | D:3      | 20876 ||| Stepping ~*~*~tactically~*~*~ (outnumbered).
 20878 | D:3      | 20878 ||| Stepping ~*~*~tactically~*~*~ (outnumbered).
 20880 | D:3      | 20880 ||| Stepping ~*~*~tactically~*~*~ (outnumbered).
 20882 | D:3      | 20882 ||| Stepping ~*~*~tactically~*~*~ (outnumbered).
 20884 | D:3      | 20884 ||| Stepping ~*~*~tactically~*~*~ (outnumbered).
 20886 | D:3      | 20886 ||| Stepping ~*~*~tactically~*~*~ (outnumbered).
 20888 | D:3      | 20888 ||| Stepping ~*~*~tactically~*~*~ (outnumbered).
 20890 | D:3      | 20890 ||| Stepping ~*~*~tactically~*~*~ (outnumbered).
 20892 | D:3      | 20892 ||| Stepping ~*~*~tactically~*~*~ (outnumbered).
 20894 | D:3      | 20894 ||| Stepping ~*~*~tactically~*~*~ (outnumbered).
 20896 | D:3      | 20896 ||| Stepping ~*~*~tactically~*~*~ (outnumbered).
 20898 | D:3      | 20898 ||| Stepping ~*~*~tactically~*~*~ (outnumbered).
 20900 | D:3      | 20900 ||| Stepping ~*~*~tactically~*~*~ (outnumbered).
 20902 | D:3      | 20902 ||| Stepping ~*~*~tactically~*~*~ (outnumbered).
 20904 | D:3      | 20904 ||| Stepping ~*~*~tactically~*~*~ (outnumbered).
 20906 | D:3      | 20906 ||| Stepping ~*~*~tactically~*~*~ (outnumbered).
 20908 | D:3      | 20908 ||| Stepping ~*~*~tactically~*~*~ (outnumbered).
 20910 | D:3      | 20910 ||| Stepping ~*~*~tactically~*~*~ (outnumbered).
 20912 | D:3      | 20912 ||| Stepping ~*~*~tactically~*~*~ (outnumbered).
 20914 | D:3      | 20914 ||| Stepping ~*~*~tactically~*~*~ (outnumbered).
 20914 | D:3      | Glimpsed the power of Zot.
 20916 | D:3      | 20916 ||| Stepping ~*~*~tactically~*~*~ (outnumbered).
 20918 | D:3      | 20918 ||| Stepping ~*~*~tactically~*~*~ (outnumbered).
 20920 | D:3      | 20920 ||| Stepping ~*~*~tactically~*~*~ (outnumbered).
 20922 | D:3      | 20922 ||| Stepping ~*~*~tactically~*~*~ (outnumbered).
 20924 | D:3      | 20924 ||| Stepping ~*~*~tactically~*~*~ (outnumbered).
 20926 | D:3      | 20926 ||| Stepping ~*~*~tactically~*~*~ (outnumbered).
 20928 | D:3      | 20928 ||| Stepping ~*~*~tactically~*~*~ (outnumbered).
 20930 | D:3      | 20930 ||| Stepping ~*~*~tactically~*~*~ (outnumbered).
 20932 | D:3      | 20932 ||| Stepping ~*~*~tactically~*~*~ (outnumbered).
 20934 | D:3      | 20934 ||| Stepping ~*~*~tactically~*~*~ (outnumbered).
 20936 | D:3      | 20936 ||| Stepping ~*~*~tactically~*~*~ (outnumbered).
 20938 | D:3      | 20938 ||| Stepping ~*~*~tactically~*~*~ (outnumbered).
 20940 | D:3      | 20940 ||| Stepping ~*~*~tactically~*~*~ (outnumbered).
 20942 | D:3      | 20942 ||| Stepping ~*~*~tactically~*~*~ (outnumbered).
 20944 | D:3      | 20944 ||| Stepping ~*~*~tactically~*~*~ (outnumbered).
 20946 | D:3      | 20946 ||| Stepping ~*~*~tactically~*~*~ (outnumbered).
 20948 | D:3      | 20948 ||| Stepping ~*~*~tactically~*~*~ (outnumbered).
 20950 | D:3      | 20950 ||| Stepping ~*~*~tactically~*~*~ (outnumbered).
 20952 | D:3      | 20952 ||| Stepping ~*~*~tactically~*~*~ (outnumbered).
 20954 | D:3      | 20954 ||| Stepping ~*~*~tactically~*~*~ (outnumbered).
 20956 | D:3      | 20956 ||| Stepping ~*~*~tactically~*~*~ (outnumbered).
 20958 | D:3      | 20958 ||| Stepping ~*~*~tactically~*~*~ (outnumbered).
 20960 | D:3      | 20960 ||| Stepping ~*~*~tactically~*~*~ (outnumbered).
 20962 | D:3      | 20962 ||| Stepping ~*~*~tactically~*~*~ (outnumbered).
 20964 | D:3      | 20964 ||| Stepping ~*~*~tactically~*~*~ (outnumbered).
 20966 | D:3      | 20966 ||| Stepping ~*~*~tactically~*~*~ (outnumbered).
 20968 | D:3      | 20968 ||| Stepping ~*~*~tactically~*~*~ (outnumbered).
 20970 | D:3      | 20970 ||| Stepping ~*~*~tactically~*~*~ (outnumbered).
 20972 | D:3      | 20972 ||| Stepping ~*~*~tactically~*~*~ (outnumbered).
 20974 | D:3      | 20974 ||| Stepping ~*~*~tactically~*~*~ (outnumbered).
 20976 | D:3      | 20976 ||| Stepping ~*~*~tactically~*~*~ (outnumbered).
 20978 | D:3      | 20978 ||| Stepping ~*~*~tactically~*~*~ (outnumbered).
 20980 | D:3      | 20980 ||| Stepping ~*~*~tactically~*~*~ (outnumbered).
 20982 | D:3      | 20982 ||| Stepping ~*~*~tactically~*~*~ (outnumbered).
 20984 | D:3      | 20984 ||| Stepping ~*~*~tactically~*~*~ (outnumbered).
 20986 | D:3      | 20986 ||| Stepping ~*~*~tactically~*~*~ (outnumbered).
 20988 | D:3      | 20988 ||| Stepping ~*~*~tactically~*~*~ (outnumbered).
 20990 | D:3      | 20990 ||| Stepping ~*~*~tactically~*~*~ (outnumbered).
 20992 | D:3      | 20992 ||| Stepping ~*~*~tactically~*~*~ (outnumbered).
 20994 | D:3      | 20994 ||| Stepping ~*~*~tactically~*~*~ (outnumbered).
 20996 | D:3      | 20996 ||| Stepping ~*~*~tactically~*~*~ (outnumbered).
 20998 | D:3      | 20998 ||| Stepping ~*~*~tactically~*~*~ (outnumbered).
 21000 | D:3      | 21000 ||| Stepping ~*~*~tactically~*~*~ (outnumbered).
 21002 | D:3      | 21002 ||| Stepping ~*~*~tactically~*~*~ (outnumbered).
 21004 | D:3      | 21004 ||| Stepping ~*~*~tactically~*~*~ (outnumbered).
 21006 | D:3      | 21006 ||| Stepping ~*~*~tactically~*~*~ (outnumbered).
 21008 | D:3      | 21008 ||| Stepping ~*~*~tactically~*~*~ (outnumbered).
 21010 | D:3      | 21010 ||| Stepping ~*~*~tactically~*~*~ (outnumbered).
 21012 | D:3      | 21012 ||| Stepping ~*~*~tactically~*~*~ (outnumbered).
 21013 | D:3      | Tarried too long and was consumed by Zot

Levels and vault maps discovered:
D:1:      sevenhm_arrival_forest_fort_small_6, layout_loops_ring, st_stairs_6,
          minmay_misc_feat_iff, minmay_close_crescents
D:2:      layout_basic, shapermc_ecumenical_altar_mp_urbaneastern
D:3:      layout_loops_ring, kennysheep_okawaru_gauntlet, st_stairs_1,
          minmay_puff

Skill      XL: |  1  2  3 |
---------------+----------+-----
Unarmed Combat | 4 5 |  5.3
Fighting       | |  2.4
Spellcasting   | |  1.0
Fire Magic     | |  2.1

Action                   |  1- 3 |  4- 6 || total
-------------------------+-------+-------++-------
Melee: Unarmed           |   124 |    30 ||   154
       Punch             |     1 |     1 ||     2
  Use: Scroll            |    10 |     3 ||    13
       Potion            |     1 |       ||     1
Armor: Robe              |    32 |     5 ||    37
Dodge: Dodged            |    54 |    13 ||    67

Table legend:
 A = Non-vault XP
 B = Vault XP
 C = Vault XP percentage of total XP
 D = Non-vault monster count
 E = Vault monster count
 F = Vault count percentage of total count
                 A         B        C        D         E       F
            +---------+---------+-------+---------+---------+-------
      Total |     133 |      14 |   9.5 |      47 |       8 |  14.5
            +---------+---------+-------+---------+---------+-------
        D:1 |      27 |       8 |  22.9 |      16 |       5 |  23.8
        D:2 |      41 |       0 |   0.0 |      15 |       0 |   0.0
        D:3 |      65 |       6 |   8.5 |      16 |       3 |  15.8
            +---------+---------+-------+---------+---------+-------
